 Dungeon Crawl Stone Soup version 0.29.0-4-gdea44cf6ec (webtiles) character file.

Game seed: 10358102580136123171

3280 qw the Grappler (level 9, 1/1 (88) HPs)
             Began as a Troll Cinder Acolyte on Sept 1, 2022.
             Was a Priest of Ignis.
             Tarried too long and was consumed by Zot
             ... on level 7 of the Dungeon.
             The game lasted 01:23:45 (35744 turns).

qw the Grappler (Troll Cinder Acolyte)             Turns: 35744, Time: 01:23:45

HP:   1/1 (88)      AC:  6    Str: 28    XL:     9   Next: 69%
MP:   9/9           EV:  9    Int: 10    God:    Ignis [***...]
Gold: 184           SH:  0    Dex:  5    Spells: 10/10 levels left

rFire   + + .      SeeInvis .     - Unarmed
rCold   . . .      Faith    .   (no shield)
rNeg    . . .      Spirit   .   a - +1 robe {rF+}
rPois   +          Reflect  .   (helmet restricted)
rElec   .          Harm     .   j - +0 cloak {rPois}
rCorr   .          Rampage  .   (gloves unavailable)
Will    .....                   (boots unavailable)
Stlth   +.........              b - amulet of regeneration
HPRegen 1.60/turn               (no ring)
MPRegen 0.11/turn               (no ring)

@: extremely drained, bezotted and risking death
A: large, unfitting armour, claws 3, regeneration 1, shaggy fur 1, tough skin 1
a: Renounce Religion, Fiery Armour, Foxfire Swarm, Rising Flame


You were on level 7 of the Dungeon.
You worshipped Ignis.
Ignis was most pleased with you.
You visited 1 branch of the dungeon, and saw 7 of its levels.

You collected 349 gold pieces.
You spent 165 gold pieces at shops.


Innate Abilities, Weirdness & Mutations

You are too large for most types of armour.
You have claws for hands.
Your natural rate of healing is unusually fast.
You are covered in fur. (AC +1)
You have tough skin. (AC +1)


   Skills:
 - Level 5.0 Fighting
 - Level 1.1 Dodging
 + Level 12.8 Unarmed Combat
 - Level 1.0 Spellcasting
 - Level 2.1 Fire Magic


You had 10 spell levels left.
You didn't know any spells.
Your spell library contained the following spells:

 Spells                   Type           Power      Damage    Failure   Level
 Scorch                   Fire           8%         2d5       22%         2

Inventory:

Armour
 a - a +1 robe of fire resistance (worn)
 c - a +1 robe of willpower
 j - a +0 cloak of poison resistance (worn)
 k - a +1 robe of resistance
 l - +0 steam dragon scales
Jewellery
 b - an amulet of regeneration (around neck)
 g - a ring of poison resistance
Scrolls
 e - 4 scrolls of identify
 i - 2 scrolls of teleportation
Potions
 d - 2 potions of haste
 f - 7 potions of curing
 h - 2 potions of cancellation {unknown}
 m - 3 potions of might

Dungeon Overview and Level Annotations

Branches:
Dungeon (7/15) Zot: 0! Temple (0/1) D:4 You are so drained that the power of Zot will kill you!

Altars:
Ashenzari
Dithmenos
Hepliaklqana
Nemelex Xobeh
Ru
Sif Muna
Uskayaw
Wu Jian
Xom
Yredelemnul
Zin
The Shining One

Shops:
D:4 *   D:6 *


Message History

You see here a +0 helmet.
35708 ||| Stepping ~*~*~tactically~*~*~ (outnumbered).
You see here a +0 helmet.
35710 ||| Stepping ~*~*~tactically~*~*~ (outnumbered).
You see here a +0 helmet.
35712 ||| Stepping ~*~*~tactically~*~*~ (outnumbered).
You see here a +0 helmet.
35714 ||| Stepping ~*~*~tactically~*~*~ (outnumbered).
You see here a +0 helmet.
35716 ||| Stepping ~*~*~tactically~*~*~ (outnumbered).
You see here a +0 helmet.
35718 ||| Stepping ~*~*~tactically~*~*~ (outnumbered).
You see here a +0 helmet.
35720 ||| Stepping ~*~*~tactically~*~*~ (outnumbered).
You see here a +0 helmet.
35722 ||| Stepping ~*~*~tactically~*~*~ (outnumbered).
You see here a +0 helmet.
35724 ||| Stepping ~*~*~tactically~*~*~ (outnumbered).
You see here a +0 helmet.
35726 ||| Stepping ~*~*~tactically~*~*~ (outnumbered).
You see here a +0 helmet.
35728 ||| Stepping ~*~*~tactically~*~*~ (outnumbered).
You see here a +0 helmet.
35730 ||| Stepping ~*~*~tactically~*~*~ (outnumbered).
You see here a +0 helmet.
35732 ||| Stepping ~*~*~tactically~*~*~ (outnumbered).
You see here a +0 helmet.
35734 ||| Stepping ~*~*~tactically~*~*~ (outnumbered).
You see here a +0 helmet.
35736 ||| Stepping ~*~*~tactically~*~*~ (outnumbered).
You see here a +0 helmet.
35738 ||| Stepping ~*~*~tactically~*~*~ (outnumbered).
You see here a +0 helmet.
35740 ||| Stepping ~*~*~tactically~*~*~ (outnumbered).
You see here a +0 helmet.
35742 ||| Stepping ~*~*~tactically~*~*~ (outnumbered).
You see here a +0 helmet.
35744 ||| Stepping ~*~*~tactically~*~*~ (outnumbered).
Zot's tendrils burst from within you!
You die...

###### #####
##....# ....#
##.[#...#
.##.##
#.@#.....#
.##..###
#.##.....#
.......####
##.# .....# ##
.##.##....#
##..# .....# #.
###.#####.#
#..## .....# #.
##..## #.# #.##
~~.~~# #.
......# #.# #.#
g~.~g# #.
..##....#.###.#
#. .## #
#...##..#
##########


There were no monsters in sight!

Vanquished Creatures
  A two-headed ogre (D:6)
  Grinder (D:4)
  Sigmund (D:2)
  A steam dragon (D:7)
  Menkaure (D:7)
  A water moccasin (D:5)
  Duvessa (D:7)
  4 ice beasts
  An orc warrior (D:6)
  2 sky beasts (D:7)
  A phantom (D:5)
  A bullfrog (D:7)
  A necrophage (D:7)
  2 scorpions
  Dowan (D:7)
  3 orc priests
  3 hounds
  2 gnoll boudas (D:7)
  Jessica (D:2)
  4 iguanas (D:5)
  6 orc wizards
  Robin (D:2)
  15 gnolls
  2 adders
  3 shadow imps
  A white imp (D:3)
  2 worms
  2 dart slugs
  19 orcs
  8 ball pythons
  3 bats
  4 endoplasms
  A giant cockroach (D:2)
  12 goblins
  10 hobgoblins
  4 jackals (D:1)
  9 kobolds
  3 quokkas
  6 frilled lizards
  2 goblin skeletons (D:3)
  2 hobgoblin zombies (D:3)
  4 kobold skeletons (D:3)
  A kobold zombie (D:3)
  An orc skeleton (D:3)
  3 rats
  A spectral orc (D:4)
158 creatures vanquished.

Notes
Turn   | Place    | Note
-------+----------+-------------------------------------------
     0 | D:1      | qw the Troll Cinder Acolyte began the quest for the Orb.
     0 | D:1      | Reached XP level 1. HP: 22/22 MP: 1/1
     0 | D:1      | 0 ||| qw: Version: 0.1-a-97-g2dd2ca4
     0 | D:1      | 0 ||| qw: Game counter: 4738
     0 | D:1      | 0 ||| qw: Always use a shield: true
     0 | D:1      | 0 ||| qw: God list: Okawaru
     0 | D:1      | 0 ||| qw: Allow faded altars: false
     0 | D:1      | 0 ||| qw: Do Orc after D:15 true
     0 | D:1      | 0 ||| qw: Do second Lair branch before Depths: true
     0 | D:1      | 0 ||| qw: Lair rune preference: random
     0 | D:1      | 0 ||| qw: Plans: Normal
     0 | D:1      | 0 ||| PLANNING D:1-11
   212 | D:1      | Found a faded altar of an unknown god.
   235 | D:1      | Reached XP level 2. HP: 29/29 MP: 2/2
   328 | D:1      | 328 ||| Stepping ~*~*~tactically~*~*~ (outnumbered).
   365 | D:1      | 365 ||| Stepping ~*~*~tactically~*~*~ (outnumbered).
   677 | D:1      | Reached skill level 4 in Unarmed Combat
   779 | D:1      | 779 ||| Stepping ~*~*~tactically~*~*~ (stealth).
   916 | D:1      | 916 ||| READING 2 scrolls labelled ZUJUNG LAEHIU.
   917 | D:1      | 917 ||| READING scroll labelled USTRYR XUZU.
   918 | D:1      | 918 ||| READING scroll labelled BEOWKA SEING.
   932 | D:1      | 932 ||| READING scroll labelled CEEFAANLIDAUD.
   933 | D:1      | 933 ||| READING scroll labelled MIRY LY JOGGEMIG.
   934 | D:1      | 934 ||| READING scroll labelled NEGGICL HATZ.
  1035 | D:1      | 1035 ||| READING scroll labelled QIRUR TUDYMONO.
  1040 | D:1      | 1040 ||| DRINKING 2 fuming grey potions.
  1041 | D:1      | 1041 ||| DRINKING 2 coppery potions.
  1042 | D:1      | 1042 ||| DRINKING 2 green potions.
  1043 | D:1      | 1043 ||| DROPPING potion of brilliance.
  1044 | D:1      | 1044 ||| DROPPING potion of magic.
  1063 | D:2      | 1063 ||| STAIRDANCE
  1083 | D:2      | Reached XP level 3. HP: 32/36 MP: 3/3
  1083 | D:2      | 1083 ||| STAIRDANCE
  1249 | D:2      | 1249 ||| Stepping ~*~*~tactically~*~*~ (stealth).
  1250 | D:2      | 1250 ||| Stepping ~*~*~tactically~*~*~ (stealth).
  1264 | D:2      | 1264 ||| Stepping ~*~*~tactically~*~*~ (stealth).
  1266 | D:2      | 1266 ||| INVOKING Fiery Armour.
  1270 | D:2      | 1270 ||| Stepping ~*~*~tactically~*~*~ (stealth).
  1271 | D:2      | 1271 ||| Stepping ~*~*~tactically~*~*~ (stealth).
  1304 | D:2      | Reached XP level 4. HP: 43/44 MP: 4/4
  1321 | D:2      | Reached skill level 5 in Unarmed Combat
  1336 | D:2      | Noticed Robin
  1341 | D:2      | Killed Robin
  1367 | D:2      | Noticed Sigmund
  1374 | D:2      | Killed Sigmund
  1375 | D:2      | Reached skill level 6 in Unarmed Combat
  1375 | D:2      | Reached XP level 5. HP: 37/50 MP: 5/5
  1936 | D:2      | Noticed Jessica
  1941 | D:2      | Killed Jessica
  1942 | D:2      | Reached XP level 6. HP: 55/59 MP: 6/6
  2077 | D:2      | 2077 ||| UPGRADING to +1 robe of willpower.
  2087 | D:2      | 2087 ||| DROPPING +0 robe.
  2088 | D:2      | 2088 ||| READING scroll labelled OPHOGG SEGAHU.
  2089 | D:2      | 2089 ||| DRINKING 2 fizzy purple potions.
  2194 | D:2      | 2194 ||| READING 2 scrolls of identify.
  2194 | D:2      | 2194 ||| IDENTIFYING orange potion
  2195 | D:2      | 2195 ||| DROPPING potion of berserk rage.
  2253 | D:2      | 2253 ||| READING scroll of teleportation.
  2254 | D:2      | 2254 ||| STAIRDANCE
  2302 | D:2      | 2302 ||| Stepping randomly (stuck).
  2327 | D:3      | Found an ornate altar of the Wu Jian Council.
  2353 | D:3      | Found a glowing silver altar of Zin.
  2420 | D:3      | Found a sacrificial altar of Ru.
  2503 | D:3      | Reached skill level 7 in Unarmed Combat
  2741 | D:3      | Found a glowing golden altar of the Shining One.
  2742 | D:3      | 2742 ||| Stepping ~*~*~tactically~*~*~ (hiding).
  2750 | D:3      | 2750 ||| INVOKING Fiery Armour.
  2756 | D:3      | 2756 ||| Stepping ~*~*~tactically~*~*~ (outnumbered).
  2757 | D:3      | 2757 ||| Stepping ~*~*~tactically~*~*~ (outnumbered).
  2763 | D:3      | 2763 ||| Stepping ~*~*~tactically~*~*~ (outnumbered).
  2936 | D:3      | 2936 ||| UPGRADING to amulet of regeneration.
  2941 | D:3      | 2941 ||| READING scroll labelled XIENAA ZANARE.
  2942 | D:3      | 2942 ||| READING scroll labelled ASOXTA PYHOASU.
  2943 | D:3      | 2943 ||| READING scroll labelled LITSAL ECKEXTA.
  2944 | D:3      | 2944 ||| READING 2 scrolls of identify.
  2944 | D:3      | 2944 ||| IDENTIFYING amethyst potion
  2997 | D:4      | Found Oxkudoni's Fire Supplies.
  3008 | D:4      | 3008 ||| BUYING +1 robe of fire resistance (165 gold).
  3008 | D:4      | Bought a +1 robe of fire resistance for 165 gold pieces
  3008 | D:4      | 3008 ||| SHOPLISTING ring of fire (325 gold, have 49).
  3008 | D:4      | 3008 ||| SHOPLISTING ring of protection from fire (325
                  | gold, have 49).
  3062 | D:4      | 3062 ||| Stepping ~*~*~tactically~*~*~ (stealth).
  3064 | D:4      | 3064 ||| INVOKING Fiery Armour.
  3158 | D:4      | Found a staircase to the Ecumenical Temple.
  3242 | D:4      | Noticed Grinder
  3247 | D:4      | 3247 ||| Stepping ~*~*~tactically~*~*~ (hiding).
  3248 | D:4      | 3248 ||| Stepping ~*~*~tactically~*~*~ (hiding).
  3254 | D:4      | Killed Grinder
  3255 | D:4      | Reached skill level 8 in Unarmed Combat
  3255 | D:4      | Reached XP level 7. HP: 66/66 MP: 7/7
  3504 | D:4      | Found a basalt altar of Yredelemnul.
  3760 | D:4      | 3760 ||| UPGRADING to +1 robe of fire resistance.
  3770 | D:4      | 3770 ||| UPGRADING to ring of poison resistance.
  3793 | D:5      | Entered Level 5 of the Dungeon
  3803 | D:5      | Reached skill level 3 in Fighting
  3930 | D:5      | 3930 ||| FLEEEEING.
  3931 | D:5      | 3931 ||| FLEEEEING.
  3932 | D:5      | 3932 ||| FLEEEEING.
  3933 | D:5      | 3933 ||| FLEEEEING.
  3934 | D:5      | 3934 ||| FLEEEEING.
  3935 | D:5      | 3935 ||| FLEEEEING.
  3936 | D:5      | 3936 ||| FLEEEEING.
  3937 | D:5      | 3937 ||| FLEEEEING.
  3938 | D:5      | 3938 ||| FLEEEEING.
  3939 | D:5      | 3939 ||| FLEEEEING.
  3940 | D:5      | 3940 ||| FLEEEEING.
  3941 | D:5      | 3941 ||| Stepping ~*~*~tactically~*~*~ (hiding).
  3945 | D:5      | Reached skill level 9 in Unarmed Combat
  3948 | D:5      | 3948 ||| Stepping ~*~*~tactically~*~*~ (stealth).
  4086 | D:5      | Reached skill level 1 in Dodging
  4157 | D:5      | Found a shimmering blue altar of Sif Muna.
  4181 | D:5      | Noticed a +0 hand axe
  4182 | D:5      | Noticed a +0 dagger
  4183 | D:5      | Found a hide-covered altar of Uskayaw.
  4245 | D:5      | Reached XP level 8. HP: 64/75 MP: 8/8
  4281 | D:5      | 4281 ||| Stepping ~*~*~tactically~*~*~ (stealth).
  4284 | D:5      | 4284 ||| Stepping ~*~*~tactically~*~*~ (stealth).
  4318 | D:5      | 4318 ||| Stepping ~*~*~tactically~*~*~ (stealth).
  4425 | D:5      | 4425 ||| Stepping ~*~*~tactically~*~*~ (stealth).
  4445 | D:5      | 4445 ||| READING scroll labelled FEBLUGAUP.
  4445 | D:5      | Identified a scroll of acquirement
  4445 | D:5      | 4445 ||| ACQUIRING +0 cloak of poison resistance
  4445 | D:5      | Acquired a +0 cloak of poison resistance
  4447 | D:5      | 4447 ||| UPGRADING to +0 cloak of poison resistance.
  4452 | D:5      | 4452 ||| REMOVING ring of poison resistance.
  4453 | D:5      | 4453 ||| DRINKING 2 emerald potions.
  4454 | D:5      | 4454 ||| DROPPING potion of attraction.
  4669 | D:5      | 4669 ||| READING 2 scrolls of teleportation.
  4670 | D:5      | 4670 ||| STAIRDANCE
  4806 | D:6      | Noticed a two-headed ogre
  4807 | D:6      | 4807 ||| READING 3 scrolls of identify.
  4807 | D:6      | 4807 ||| IDENTIFYING metallic blue potion
  4811 | D:6      | 4811 ||| READING scroll of teleportation.
  4812 | D:6      | 4812 ||| FLEEEEING.
  4814 | D:6      | 4814 ||| INVOKING Fiery Armour.
  4814 | D:6      | HP: 8/75 [two-headed ogre/+0 giant club (11)]
  4815 | D:6      | 4815 ||| DRINKING potion of heal wounds.
  4849 | D:6      | 4849 ||| Stepping ~*~*~tactically~*~*~ (hiding).
  4854 | D:6      | Reached skill level 10 in Unarmed Combat
  4887 | D:6      | Found a broken altar of Ashenzari.
  4888 | D:6      | Found Sinkol's Sacrilege Store.
  5124 | D:6      | Found a sparkling altar of Nemelex Xobeh.
  5265 | D:6      | 5265 ||| Stepping ~*~*~tactically~*~*~ (stealth).
  5537 | D:6      | 5537 ||| INVOKING Fiery Armour.
  5538 | D:6      | HP: 19/78 [two-headed ogre/+0 giant club (13)]
  5539 | D:6      | 5539 ||| READING 4 scrolls of teleportation.
  5540 | D:6      | Killed a two-headed ogre
  5541 | D:6      | Reached skill level 11 in Unarmed Combat
  5541 | D:6      | Reached XP level 9. HP: 24/84 MP: 9/9
  5621 | D:6      | 5621 ||| READING scroll labelled DOHISIT AMOOH.
  5630 | D:6      | Found a shimmering altar of Xom.
  5692 | D:5      | 5692 ||| READING 3 scrolls of teleportation.
  5726 | D:7      | 5726 ||| Stepping ~*~*~tactically~*~*~ (hiding).
  5729 | D:7      | 5729 ||| Stepping ~*~*~tactically~*~*~ (stealth).
  5739 | D:7      | 5739 ||| Stepping ~*~*~tactically~*~*~ (outnumbered).
  5751 | D:7      | 5751 ||| Stepping ~*~*~tactically~*~*~ (stealth).
  5751 | D:7      | Found a hazy altar of Hepliaklqana.
  5752 | D:7      | 5752 ||| Stepping ~*~*~tactically~*~*~ (hiding).
  5849 | D:7      | 5849 ||| Stepping ~*~*~tactically~*~*~ (hiding).
  5920 | D:7      | Noticed Duvessa
  5921 | D:7      | Noticed Dowan
  5922 | D:7      | 5922 ||| INVOKING Fiery Armour.
  5929 | D:7      | Killed Duvessa
  5933 | D:7      | Killed Dowan
  5934 | D:7      | Reached skill level 12 in Unarmed Combat
  6048 | D:7      | 6048 ||| INVOKING Fiery Armour.
  6049 | D:7      | 6049 ||| Stepping ~*~*~tactically~*~*~ (outnumbered).
  6066 | D:7      | Found a shadowy altar of Dithmenos.
  6068 | D:7      | 6068 ||| Stepping ~*~*~tactically~*~*~ (hiding).
  6219 | D:7      | Noticed Menkaure
  6222 | D:7      | Killed Menkaure
  6239 | D:7      | 6239 ||| Stepping ~*~*~tactically~*~*~ (hiding).
  6241 | D:7      | 6241 ||| Stepping ~*~*~tactically~*~*~ (outnumbered).
  6255 | D:7      | 6255 ||| Stepping ~*~*~tactically~*~*~ (outnumbered).
  6257 | D:7      | 6257 ||| Stepping ~*~*~tactically~*~*~ (outnumbered).
  6259 | D:7      | 6259 ||| Stepping ~*~*~tactically~*~*~ (outnumbered).
  6261 | D:7      | 6261 ||| Stepping ~*~*~tactically~*~*~ (outnumbered).
  6263 | D:7      | 6263 ||| Stepping ~*~*~tactically~*~*~ (outnumbered).
  6265 | D:7      | 6265 ||| Stepping ~*~*~tactically~*~*~ (outnumbered).
  6267 | D:7      | 6267 ||| Stepping ~*~*~tactically~*~*~ (outnumbered).
  6269 | D:7      | 6269 ||| Stepping ~*~*~tactically~*~*~ (outnumbered).
  6271 | D:7      | 6271 ||| Stepping ~*~*~tactically~*~*~ (outnumbered).
  6273 | D:7      | 6273 ||| Stepping ~*~*~tactically~*~*~ (outnumbered).
  6275 | D:7      | 6275 ||| Stepping ~*~*~tactically~*~*~ (outnumbered).
  6277 | D:7      | 6277 ||| Stepping ~*~*~tactically~*~*~ (outnumbered).
  6279 | D:7      | 6279 ||| Stepping ~*~*~tactically~*~*~ (outnumbered).
  6281 | D:7      | 6281 ||| Stepping ~*~*~tactically~*~*~ (outnumbered).
  6283 | D:7      | 6283 ||| Stepping ~*~*~tactically~*~*~ (outnumbered).
  6285 | D:7      | 6285 ||| Stepping ~*~*~tactically~*~*~ (outnumbered).
  6287 | D:7      | 6287 ||| Stepping ~*~*~tactically~*~*~ (outnumbered).
  6289 | D:7      | 6289 ||| Stepping ~*~*~tactically~*~*~ (outnumbered).
  6291 | D:7      | 6291 ||| Stepping ~*~*~tactically~*~*~ (outnumbered).
  6293 | D:7      | 6293 ||| Stepping ~*~*~tactically~*~*~ (outnumbered).
  6295 | D:7      | 6295 ||| Stepping ~*~*~tactically~*~*~ (outnumbered).
  6297 | D:7      | 6297 ||| Stepping ~*~*~tactically~*~*~ (outnumbered).
  6299 | D:7      | 6299 ||| Stepping ~*~*~tactically~*~*~ (outnumbered).
  6301 | D:7      | 6301 ||| Stepping ~*~*~tactically~*~*~ (outnumbered).
  6303 | D:7      | 6303 ||| Stepping ~*~*~tactically~*~*~ (outnumbered).
  6305 | D:7      | 6305 ||| Stepping ~*~*~tactically~*~*~ (outnumbered).
  6307 | D:7      | 6307 ||| Stepping ~*~*~tactically~*~*~ (outnumbered).
  6309 | D:7      | 6309 ||| Stepping ~*~*~tactically~*~*~ (outnumbered).
  6311 | D:7      | 6311 ||| Stepping ~*~*~tactically~*~*~ (outnumbered).
  6313 | D:7      | 6313 ||| Stepping ~*~*~tactically~*~*~ (outnumbered).
  6315 | D:7      | 6315 ||| Stepping ~*~*~tactically~*~*~ (outnumbered).
  6317 | D:7      | 6317 ||| Stepping ~*~*~tactically~*~*~ (outnumbered).
  6319 | D:7      | 6319 ||| Stepping ~*~*~tactically~*~*~ (outnumbered).
  6321 | D:7      | 6321 ||| Stepping ~*~*~tactically~*~*~ (outnumbered).
  6323 | D:7      | 6323 ||| Stepping ~*~*~tactically~*~*~ (outnumbered).
  6325 | D:7      | 6325 ||| Stepping ~*~*~tactically~*~*~ (outnumbered).
  6327 | D:7      | 6327 ||| Stepping ~*~*~tactically~*~*~ (outnumbered).
  6329 | D:7      | 6329 ||| Stepping ~*~*~tactically~*~*~ (outnumbered).
  6331 | D:7      | 6331 ||| Stepping ~*~*~tactically~*~*~ (outnumbered).
  6333 | D:7      | 6333 ||| Stepping ~*~*~tactically~*~*~ (outnumbered).
  6335 | D:7      | 6335 ||| Stepping ~*~*~tactically~*~*~ (outnumbered).
  6337 | D:7      | 6337 ||| Stepping ~*~*~tactically~*~*~ (outnumbered).
  6339 | D:7      | 6339 ||| Stepping ~*~*~tactically~*~*~ (outnumbered).
  6341 | D:7      | 6341 ||| Stepping ~*~*~tactically~*~*~ (outnumbered).
  6343 | D:7      | 6343 ||| Stepping ~*~*~tactically~*~*~ (outnumbered).
  6345 | D:7      | 6345 ||| Stepping ~*~*~tactically~*~*~ (outnumbered).
  6347 | D:7      | 6347 ||| Stepping ~*~*~tactically~*~*~ (outnumbered).
  6349 | D:7      | 6349 ||| Stepping ~*~*~tactically~*~*~ (outnumbered).
  6351 | D:7      | 6351 ||| Stepping ~*~*~tactically~*~*~ (outnumbered).
  6353 | D:7      | 6353 ||| Stepping ~*~*~tactically~*~*~ (outnumbered).
  6355 | D:7      | 6355 ||| Stepping ~*~*~tactically~*~*~ (outnumbered).
  6357 | D:7      | 6357 ||| Stepping ~*~*~tactically~*~*~ (outnumbered).
  6359 | D:7      | 6359 ||| Stepping ~*~*~tactically~*~*~ (outnumbered).
  6361 | D:7      | 6361 ||| Stepping ~*~*~tactically~*~*~ (outnumbered).
  6363 | D:7      | 6363 ||| Stepping ~*~*~tactically~*~*~ (outnumbered).
  6365 | D:7      | 6365 ||| Stepping ~*~*~tactically~*~*~ (outnumbered).
  6367 | D:7      | 6367 ||| Stepping ~*~*~tactically~*~*~ (outnumbered).
  6369 | D:7      | 6369 ||| Stepping ~*~*~tactically~*~*~ (outnumbered).
  6371 | D:7      | 6371 ||| Stepping ~*~*~tactically~*~*~ (outnumbered).
  6373 | D:7      | 6373 ||| Stepping ~*~*~tactically~*~*~ (outnumbered).
  6375 | D:7      | 6375 ||| Stepping ~*~*~tactically~*~*~ (outnumbered).
  6377 | D:7      | 6377 ||| Stepping ~*~*~tactically~*~*~ (outnumbered).
  6379 | D:7      | 6379 ||| Stepping ~*~*~tactically~*~*~ (outnumbered).
  6381 | D:7      | 6381 ||| Stepping ~*~*~tactically~*~*~ (outnumbered).
  6383 | D:7      | 6383 ||| Stepping ~*~*~tactically~*~*~ (outnumbered).
  6385 | D:7      | 6385 ||| Stepping ~*~*~tactically~*~*~ (outnumbered).
  6387 | D:7      | 6387 ||| Stepping ~*~*~tactically~*~*~ (outnumbered).
  6389 | D:7      | 6389 ||| Stepping ~*~*~tactically~*~*~ (outnumbered).
  6391 | D:7      | 6391 ||| Stepping ~*~*~tactically~*~*~ (outnumbered).
  6393 | D:7      | 6393 ||| Stepping ~*~*~tactically~*~*~ (outnumbered).
  6395 | D:7      | 6395 ||| Stepping ~*~*~tactically~*~*~ (outnumbered).
  6397 | D:7      | 6397 ||| Stepping ~*~*~tactically~*~*~ (outnumbered).
  6399 | D:7      | 6399 ||| Stepping ~*~*~tactically~*~*~ (outnumbered).
  6401 | D:7      | 6401 ||| Stepping ~*~*~tactically~*~*~ (outnumbered).
  6403 | D:7      | 6403 ||| Stepping ~*~*~tactically~*~*~ (outnumbered).
  6405 | D:7      | 6405 ||| Stepping ~*~*~tactically~*~*~ (outnumbered).
  6407 | D:7      | 6407 ||| Stepping ~*~*~tactically~*~*~ (outnumbered).
  6409 | D:7      | 6409 ||| Stepping ~*~*~tactically~*~*~ (outnumbered).
  6411 | D:7      | 6411 ||| Stepping ~*~*~tactically~*~*~ (outnumbered).
  6413 | D:7      | 6413 ||| Stepping ~*~*~tactically~*~*~ (outnumbered).
  6415 | D:7      | 6415 ||| Stepping ~*~*~tactically~*~*~ (outnumbered).
  6417 | D:7      | 6417 ||| Stepping ~*~*~tactically~*~*~ (outnumbered).
  6419 | D:7      | 6419 ||| Stepping ~*~*~tactically~*~*~ (outnumbered).
  6421 | D:7      | 6421 ||| Stepping ~*~*~tactically~*~*~ (outnumbered).
  6423 | D:7      | 6423 ||| Stepping ~*~*~tactically~*~*~ (outnumbered).
  6425 | D:7      | 6425 ||| Stepping ~*~*~tactically~*~*~ (outnumbered).
  6427 | D:7      | 6427 ||| Stepping ~*~*~tactically~*~*~ (outnumbered).
  6429 | D:7      | 6429 ||| Stepping ~*~*~tactically~*~*~ (outnumbered).
  6431 | D:7      | 6431 ||| Stepping ~*~*~tactically~*~*~ (outnumbered).
  6433 | D:7      | 6433 ||| Stepping ~*~*~tactically~*~*~ (outnumbered).
  6435 | D:7      | 6435 ||| Stepping ~*~*~tactically~*~*~ (outnumbered).
  6437 | D:7      | 6437 ||| Stepping ~*~*~tactically~*~*~ (outnumbered).
  6439 | D:7      | 6439 ||| Stepping ~*~*~tactically~*~*~ (outnumbered).
  6441 | D:7      | 6441 ||| Stepping ~*~*~tactically~*~*~ (outnumbered).
  6443 | D:7      | 6443 ||| Stepping ~*~*~tactically~*~*~ (outnumbered).
  6445 | D:7      | 6445 ||| Stepping ~*~*~tactically~*~*~ (outnumbered).
  6447 | D:7      | 6447 ||| Stepping ~*~*~tactically~*~*~ (outnumbered).
  6449 | D:7      | 6449 ||| Stepping ~*~*~tactically~*~*~ (outnumbered).
  6451 | D:7      | 6451 ||| Stepping ~*~*~tactically~*~*~ (outnumbered).
  6453 | D:7      | 6453 ||| Stepping ~*~*~tactically~*~*~ (outnumbered).
  6455 | D:7      | 6455 ||| Stepping ~*~*~tactically~*~*~ (outnumbered).
  6457 | D:7      | 6457 ||| Stepping ~*~*~tactically~*~*~ (outnumbered).
  6459 | D:7      | 6459 ||| Stepping ~*~*~tactically~*~*~ (outnumbered).
  6461 | D:7      | 6461 ||| Stepping ~*~*~tactically~*~*~ (outnumbered).
  6463 | D:7      | 6463 ||| Stepping ~*~*~tactically~*~*~ (outnumbered).
  6465 | D:7      | 6465 ||| Stepping ~*~*~tactically~*~*~ (outnumbered).
  6467 | D:7      | 6467 ||| Stepping ~*~*~tactically~*~*~ (outnumbered).
  6469 | D:7      | 6469 ||| Stepping ~*~*~tactically~*~*~ (outnumbered).
  6471 | D:7      | 6471 ||| Stepping ~*~*~tactically~*~*~ (outnumbered).
  6473 | D:7      | 6473 ||| Stepping ~*~*~tactically~*~*~ (outnumbered).
  6475 | D:7      | 6475 ||| Stepping ~*~*~tactically~*~*~ (outnumbered).
  6477 | D:7      | 6477 ||| Stepping ~*~*~tactically~*~*~ (outnumbered).
  6479 | D:7      | 6479 ||| Stepping ~*~*~tactically~*~*~ (outnumbered).
  6481 | D:7      | 6481 ||| Stepping ~*~*~tactically~*~*~ (outnumbered).
  6483 | D:7      | 6483 ||| Stepping ~*~*~tactically~*~*~ (outnumbered).
  6485 | D:7      | 6485 ||| Stepping ~*~*~tactically~*~*~ (outnumbered).
  6487 | D:7      | 6487 ||| Stepping ~*~*~tactically~*~*~ (outnumbered).
  6489 | D:7      | 6489 ||| Stepping ~*~*~tactically~*~*~ (outnumbered).
  6491 | D:7      | 6491 ||| Stepping ~*~*~tactically~*~*~ (outnumbered).
  6493 | D:7      | 6493 ||| Stepping ~*~*~tactically~*~*~ (outnumbered).
  6495 | D:7      | 6495 ||| Stepping ~*~*~tactically~*~*~ (outnumbered).
  6497 | D:7      | 6497 ||| Stepping ~*~*~tactically~*~*~ (outnumbered).
  6499 | D:7      | 6499 ||| Stepping ~*~*~tactically~*~*~ (outnumbered).
  6501 | D:7      | 6501 ||| Stepping ~*~*~tactically~*~*~ (outnumbered).
  6503 | D:7      | 6503 ||| Stepping ~*~*~tactically~*~*~ (outnumbered).
  6505 | D:7      | 6505 ||| Stepping ~*~*~tactically~*~*~ (outnumbered).
  6507 | D:7      | 6507 ||| Stepping ~*~*~tactically~*~*~ (outnumbered).
  6509 | D:7      | 6509 ||| Stepping ~*~*~tactically~*~*~ (outnumbered).
  6511 | D:7      | 6511 ||| Stepping ~*~*~tactically~*~*~ (outnumbered).
  6513 | D:7      | 6513 ||| Stepping ~*~*~tactically~*~*~ (outnumbered).
  6515 | D:7      | 6515 ||| Stepping ~*~*~tactically~*~*~ (outnumbered).
  6517 | D:7      | 6517 ||| Stepping ~*~*~tactically~*~*~ (outnumbered).
  6519 | D:7      | 6519 ||| Stepping ~*~*~tactically~*~*~ (outnumbered).
  6521 | D:7      | 6521 ||| Stepping ~*~*~tactically~*~*~ (outnumbered).
  6523 | D:7      | 6523 ||| Stepping ~*~*~tactically~*~*~ (outnumbered).
  6525 | D:7      | 6525 ||| Stepping ~*~*~tactically~*~*~ (outnumbered).
  6527 | D:7      | 6527 ||| Stepping ~*~*~tactically~*~*~ (outnumbered).
  6529 | D:7      | 6529 ||| Stepping ~*~*~tactically~*~*~ (outnumbered).
  6531 | D:7      | 6531 ||| Stepping ~*~*~tactically~*~*~ (outnumbered).
  6533 | D:7      | 6533 ||| Stepping ~*~*~tactically~*~*~ (outnumbered).
  6535 | D:7      | 6535 ||| Stepping ~*~*~tactically~*~*~ (outnumbered).
  6537 | D:7      | 6537 ||| Stepping ~*~*~tactically~*~*~ (outnumbered).
  6539 | D:7      | 6539 ||| Stepping ~*~*~tactically~*~*~ (outnumbered).
  6541 | D:7      | 6541 ||| Stepping ~*~*~tactically~*~*~ (outnumbered).
  6543 | D:7      | 6543 ||| Stepping ~*~*~tactically~*~*~ (outnumbered).
  6545 | D:7      | 6545 ||| Stepping ~*~*~tactically~*~*~ (outnumbered).
  6547 | D:7      | 6547 ||| Stepping ~*~*~tactically~*~*~ (outnumbered).
  6549 | D:7      | 6549 ||| Stepping ~*~*~tactically~*~*~ (outnumbered).
  6551 | D:7      | 6551 ||| Stepping ~*~*~tactically~*~*~ (outnumbered).
  6553 | D:7      | 6553 ||| Stepping ~*~*~tactically~*~*~ (outnumbered).
  6555 | D:7      | 6555 ||| Stepping ~*~*~tactically~*~*~ (outnumbered).
  6557 | D:7      | 6557 ||| Stepping ~*~*~tactically~*~*~ (outnumbered).
  6559 | D:7      | 6559 ||| Stepping ~*~*~tactically~*~*~ (outnumbered).
  6561 | D:7      | 6561 ||| Stepping ~*~*~tactically~*~*~ (outnumbered).
  6563 | D:7      | 6563 ||| Stepping ~*~*~tactically~*~*~ (outnumbered).
  6565 | D:7      | 6565 ||| Stepping ~*~*~tactically~*~*~ (outnumbered).
  6567 | D:7      | 6567 ||| Stepping ~*~*~tactically~*~*~ (outnumbered).
  6569 | D:7      | 6569 ||| Stepping ~*~*~tactically~*~*~ (outnumbered).
  6571 | D:7      | 6571 ||| Stepping ~*~*~tactically~*~*~ (outnumbered).
  6573 | D:7      | 6573 ||| Stepping ~*~*~tactically~*~*~ (outnumbered).
  6575 | D:7      | 6575 ||| Stepping ~*~*~tactically~*~*~ (outnumbered).
  6577 | D:7      | 6577 ||| Stepping ~*~*~tactically~*~*~ (outnumbered).
  6579 | D:7      | 6579 ||| Stepping ~*~*~tactically~*~*~ (outnumbered).
  6581 | D:7      | 6581 ||| Stepping ~*~*~tactically~*~*~ (outnumbered).
  6583 | D:7      | 6583 ||| Stepping ~*~*~tactically~*~*~ (outnumbered).
  6585 | D:7      | 6585 ||| Stepping ~*~*~tactically~*~*~ (outnumbered).
  6587 | D:7      | 6587 ||| Stepping ~*~*~tactically~*~*~ (outnumbered).
  6589 | D:7      | 6589 ||| Stepping ~*~*~tactically~*~*~ (outnumbered).
  6591 | D:7      | 6591 ||| Stepping ~*~*~tactically~*~*~ (outnumbered).
  6593 | D:7      | 6593 ||| Stepping ~*~*~tactically~*~*~ (outnumbered).
  6595 | D:7      | 6595 ||| Stepping ~*~*~tactically~*~*~ (outnumbered).
  6597 | D:7      | 6597 ||| Stepping ~*~*~tactically~*~*~ (outnumbered).
  6599 | D:7      | 6599 ||| Stepping ~*~*~tactically~*~*~ (outnumbered).
  6601 | D:7      | 6601 ||| Stepping ~*~*~tactically~*~*~ (outnumbered).
  6603 | D:7      | 6603 ||| Stepping ~*~*~tactically~*~*~ (outnumbered).
  6605 | D:7      | 6605 ||| Stepping ~*~*~tactically~*~*~ (outnumbered).
  6607 | D:7      | 6607 ||| Stepping ~*~*~tactically~*~*~ (outnumbered).
  6609 | D:7      | 6609 ||| Stepping ~*~*~tactically~*~*~ (outnumbered).
  6611 | D:7      | 6611 ||| Stepping ~*~*~tactically~*~*~ (outnumbered).
  6613 | D:7      | 6613 ||| Stepping ~*~*~tactically~*~*~ (outnumbered).
  6615 | D:7      | 6615 ||| Stepping ~*~*~tactically~*~*~ (outnumbered).
  6617 | D:7      | 6617 ||| Stepping ~*~*~tactically~*~*~ (outnumbered).
  6619 | D:7      | 6619 ||| Stepping ~*~*~tactically~*~*~ (outnumbered).
  6621 | D:7      | 6621 ||| Stepping ~*~*~tactically~*~*~ (outnumbered).
  6623 | D:7      | 6623 ||| Stepping ~*~*~tactically~*~*~ (outnumbered).
  6625 | D:7      | 6625 ||| Stepping ~*~*~tactically~*~*~ (outnumbered).
  6627 | D:7      | 6627 ||| Stepping ~*~*~tactically~*~*~ (outnumbered).
  6629 | D:7      | 6629 ||| Stepping ~*~*~tactically~*~*~ (outnumbered).
  6631 | D:7      | 6631 ||| Stepping ~*~*~tactically~*~*~ (outnumbered).
  6633 | D:7      | 6633 ||| Stepping ~*~*~tactically~*~*~ (outnumbered).
  6635 | D:7      | 6635 ||| Stepping ~*~*~tactically~*~*~ (outnumbered).
  6637 | D:7      | 6637 ||| Stepping ~*~*~tactically~*~*~ (outnumbered).
  6639 | D:7      | 6639 ||| Stepping ~*~*~tactically~*~*~ (outnumbered).
  6641 | D:7      | 6641 ||| Stepping ~*~*~tactically~*~*~ (outnumbered).
  6643 | D:7      | 6643 ||| Stepping ~*~*~tactically~*~*~ (outnumbered).
  6645 | D:7      | 6645 ||| Stepping ~*~*~tactically~*~*~ (outnumbered).
  6647 | D:7      | 6647 ||| Stepping ~*~*~tactically~*~*~ (outnumbered).
  6649 | D:7      | 6649 ||| Stepping ~*~*~tactically~*~*~ (outnumbered).
  6651 | D:7      | 6651 ||| Stepping ~*~*~tactically~*~*~ (outnumbered).
  6653 | D:7      | 6653 ||| Stepping ~*~*~tactically~*~*~ (outnumbered).
  6655 | D:7      | 6655 ||| Stepping ~*~*~tactically~*~*~ (outnumbered).
  6657 | D:7      | 6657 ||| Stepping ~*~*~tactically~*~*~ (outnumbered).
  6659 | D:7      | 6659 ||| Stepping ~*~*~tactically~*~*~ (outnumbered).
  6661 | D:7      | 6661 ||| Stepping ~*~*~tactically~*~*~ (outnumbered).
  6663 | D:7      | 6663 ||| Stepping ~*~*~tactically~*~*~ (outnumbered).
  6665 | D:7      | 6665 ||| Stepping ~*~*~tactically~*~*~ (outnumbered).
  6667 | D:7      | 6667 ||| Stepping ~*~*~tactically~*~*~ (outnumbered).
  6669 | D:7      | 6669 ||| Stepping ~*~*~tactically~*~*~ (outnumbered).
  6671 | D:7      | 6671 ||| Stepping ~*~*~tactically~*~*~ (outnumbered).
  6673 | D:7      | 6673 ||| Stepping ~*~*~tactically~*~*~ (outnumbered).
  6675 | D:7      | 6675 ||| Stepping ~*~*~tactically~*~*~ (outnumbered).
  6677 | D:7      | 6677 ||| Stepping ~*~*~tactically~*~*~ (outnumbered).
  6679 | D:7      | 6679 ||| Stepping ~*~*~tactically~*~*~ (outnumbered).
  6681 | D:7      | 6681 ||| Stepping ~*~*~tactically~*~*~ (outnumbered).
  6683 | D:7      | 6683 ||| Stepping ~*~*~tactically~*~*~ (outnumbered).
  6685 | D:7      | 6685 ||| Stepping ~*~*~tactically~*~*~ (outnumbered).
  6687 | D:7      | 6687 ||| Stepping ~*~*~tactically~*~*~ (outnumbered).
  6689 | D:7      | 6689 ||| Stepping ~*~*~tactically~*~*~ (outnumbered).
  6691 | D:7      | 6691 ||| Stepping ~*~*~tactically~*~*~ (outnumbered).
  6693 | D:7      | 6693 ||| Stepping ~*~*~tactically~*~*~ (outnumbered).
  6695 | D:7      | 6695 ||| Stepping ~*~*~tactically~*~*~ (outnumbered).
  6697 | D:7      | 6697 ||| Stepping ~*~*~tactically~*~*~ (outnumbered).
  6699 | D:7      | 6699 ||| Stepping ~*~*~tactically~*~*~ (outnumbered).
  6701 | D:7      | 6701 ||| Stepping ~*~*~tactically~*~*~ (outnumbered).
  6703 | D:7      | 6703 ||| Stepping ~*~*~tactically~*~*~ (outnumbered).
  6705 | D:7      | 6705 ||| Stepping ~*~*~tactically~*~*~ (outnumbered).
  6707 | D:7      | 6707 ||| Stepping ~*~*~tactically~*~*~ (outnumbered).
  6709 | D:7      | 6709 ||| Stepping ~*~*~tactically~*~*~ (outnumbered).
  6711 | D:7      | 6711 ||| Stepping ~*~*~tactically~*~*~ (outnumbered).
  6713 | D:7      | 6713 ||| Stepping ~*~*~tactically~*~*~ (outnumbered).
  6715 | D:7      | 6715 ||| Stepping ~*~*~tactically~*~*~ (outnumbered).
  6717 | D:7      | 6717 ||| Stepping ~*~*~tactically~*~*~ (outnumbered).
  6719 | D:7      | 6719 ||| Stepping ~*~*~tactically~*~*~ (outnumbered).
  6721 | D:7      | 6721 ||| Stepping ~*~*~tactically~*~*~ (outnumbered).
  6723 | D:7      | 6723 ||| Stepping ~*~*~tactically~*~*~ (outnumbered).
  6725 | D:7      | 6725 ||| Stepping ~*~*~tactically~*~*~ (outnumbered).
  6727 | D:7      | 6727 ||| Stepping ~*~*~tactically~*~*~ (outnumbered).
  6729 | D:7      | 6729 ||| Stepping ~*~*~tactically~*~*~ (outnumbered).
  6731 | D:7      | 6731 ||| Stepping ~*~*~tactically~*~*~ (outnumbered).
  6733 | D:7      | 6733 ||| Stepping ~*~*~tactically~*~*~ (outnumbered).
  6735 | D:7      | 6735 ||| Stepping ~*~*~tactically~*~*~ (outnumbered).
  6737 | D:7      | 6737 ||| Stepping ~*~*~tactically~*~*~ (outnumbered).
  6739 | D:7      | 6739 ||| Stepping ~*~*~tactically~*~*~ (outnumbered).
  6741 | D:7      | 6741 ||| Stepping ~*~*~tactically~*~*~ (outnumbered).
  6743 | D:7      | 6743 ||| Stepping ~*~*~tactically~*~*~ (outnumbered).
  6745 | D:7      | 6745 ||| Stepping ~*~*~tactically~*~*~ (outnumbered).
  6747 | D:7      | 6747 ||| Stepping ~*~*~tactically~*~*~ (outnumbered).
  6749 | D:7      | 6749 ||| Stepping ~*~*~tactically~*~*~ (outnumbered).
  6751 | D:7      | 6751 ||| Stepping ~*~*~tactically~*~*~ (outnumbered).
  6753 | D:7      | 6753 ||| Stepping ~*~*~tactically~*~*~ (outnumbered).
  6755 | D:7      | 6755 ||| Stepping ~*~*~tactically~*~*~ (outnumbered).
  6757 | D:7      | 6757 ||| Stepping ~*~*~tactically~*~*~ (outnumbered).
  6759 | D:7      | 6759 ||| Stepping ~*~*~tactically~*~*~ (outnumbered).
  6761 | D:7      | 6761 ||| Stepping ~*~*~tactically~*~*~ (outnumbered).
  6763 | D:7      | 6763 ||| Stepping ~*~*~tactically~*~*~ (outnumbered).
  6765 | D:7      | 6765 ||| Stepping ~*~*~tactically~*~*~ (outnumbered).
  6767 | D:7      | 6767 ||| Stepping ~*~*~tactically~*~*~ (outnumbered).
  6769 | D:7      | 6769 ||| Stepping ~*~*~tactically~*~*~ (outnumbered).
  6771 | D:7      | 6771 ||| Stepping ~*~*~tactically~*~*~ (outnumbered).
  6773 | D:7      | 6773 ||| Stepping ~*~*~tactically~*~*~ (outnumbered).
  6775 | D:7      | 6775 ||| Stepping ~*~*~tactically~*~*~ (outnumbered).
  6777 | D:7      | 6777 ||| Stepping ~*~*~tactically~*~*~ (outnumbered).
  6779 | D:7      | 6779 ||| Stepping ~*~*~tactically~*~*~ (outnumbered).
  6781 | D:7      | 6781 ||| Stepping ~*~*~tactically~*~*~ (outnumbered).
  6783 | D:7      | 6783 ||| Stepping ~*~*~tactically~*~*~ (outnumbered).
  6785 | D:7      | 6785 ||| Stepping ~*~*~tactically~*~*~ (outnumbered).
  6787 | D:7      | 6787 ||| Stepping ~*~*~tactically~*~*~ (outnumbered).
  6789 | D:7      | 6789 ||| Stepping ~*~*~tactically~*~*~ (outnumbered).
  6791 | D:7      | 6791 ||| Stepping ~*~*~tactically~*~*~ (outnumbered).
  6793 | D:7      | 6793 ||| Stepping ~*~*~tactically~*~*~ (outnumbered).
  6795 | D:7      | 6795 ||| Stepping ~*~*~tactically~*~*~ (outnumbered).
  6797 | D:7      | 6797 ||| Stepping ~*~*~tactically~*~*~ (outnumbered).
  6799 | D:7      | 6799 ||| Stepping ~*~*~tactically~*~*~ (outnumbered).
  6801 | D:7      | 6801 ||| Stepping ~*~*~tactically~*~*~ (outnumbered).
  6803 | D:7      | 6803 ||| Stepping ~*~*~tactically~*~*~ (outnumbered).
  6805 | D:7      | 6805 ||| Stepping ~*~*~tactically~*~*~ (outnumbered).
  6807 | D:7      | 6807 ||| Stepping ~*~*~tactically~*~*~ (outnumbered).
  6809 | D:7      | 6809 ||| Stepping ~*~*~tactically~*~*~ (outnumbered).
  6811 | D:7      | 6811 ||| Stepping ~*~*~tactically~*~*~ (outnumbered).
  6813 | D:7      | 6813 ||| Stepping ~*~*~tactically~*~*~ (outnumbered).
  6815 | D:7      | 6815 ||| Stepping ~*~*~tactically~*~*~ (outnumbered).
  6817 | D:7      | 6817 ||| Stepping ~*~*~tactically~*~*~ (outnumbered).
  6819 | D:7      | 6819 ||| Stepping ~*~*~tactically~*~*~ (outnumbered).
  6821 | D:7      | 6821 ||| Stepping ~*~*~tactically~*~*~ (outnumbered).
  6823 | D:7      | 6823 ||| Stepping ~*~*~tactically~*~*~ (outnumbered).
  6825 | D:7      | 6825 ||| Stepping ~*~*~tactically~*~*~ (outnumbered).
  6827 | D:7      | 6827 ||| Stepping ~*~*~tactically~*~*~ (outnumbered).
  6829 | D:7      | 6829 ||| Stepping ~*~*~tactically~*~*~ (outnumbered).
  6831 | D:7      | 6831 ||| Stepping ~*~*~tactically~*~*~ (outnumbered).
  6833 | D:7      | 6833 ||| Stepping ~*~*~tactically~*~*~ (outnumbered).
  6835 | D:7      | 6835 ||| Stepping ~*~*~tactically~*~*~ (outnumbered).
  6837 | D:7      | 6837 ||| Stepping ~*~*~tactically~*~*~ (outnumbered).
  6839 | D:7      | 6839 ||| Stepping ~*~*~tactically~*~*~ (outnumbered).
  6841 | D:7      | 6841 ||| Stepping ~*~*~tactically~*~*~ (outnumbered).
  6843 | D:7      | 6843 ||| Stepping ~*~*~tactically~*~*~ (outnumbered).
  6845 | D:7      | 6845 ||| Stepping ~*~*~tactically~*~*~ (outnumbered).
  6847 | D:7      | 6847 ||| Stepping ~*~*~tactically~*~*~ (outnumbered).
  6849 | D:7      | 6849 ||| Stepping ~*~*~tactically~*~*~ (outnumbered).
  6851 | D:7      | 6851 ||| Stepping ~*~*~tactically~*~*~ (outnumbered).
  6853 | D:7      | 6853 ||| Stepping ~*~*~tactically~*~*~ (outnumbered).
  6855 | D:7      | 6855 ||| Stepping ~*~*~tactically~*~*~ (outnumbered).
  6857 | D:7      | 6857 ||| Stepping ~*~*~tactically~*~*~ (outnumbered).
  6859 | D:7      | 6859 ||| Stepping ~*~*~tactically~*~*~ (outnumbered).
  6861 | D:7      | 6861 ||| Stepping ~*~*~tactically~*~*~ (outnumbered).
  6863 | D:7      | 6863 ||| Stepping ~*~*~tactically~*~*~ (outnumbered).
  6865 | D:7      | 6865 ||| Stepping ~*~*~tactically~*~*~ (outnumbered).
  6867 | D:7      | 6867 ||| Stepping ~*~*~tactically~*~*~ (outnumbered).
  6869 | D:7      | 6869 ||| Stepping ~*~*~tactically~*~*~ (outnumbered).
  6871 | D:7      | 6871 ||| Stepping ~*~*~tactically~*~*~ (outnumbered).
  6873 | D:7      | 6873 ||| Stepping ~*~*~tactically~*~*~ (outnumbered).
  6875 | D:7      | 6875 ||| Stepping ~*~*~tactically~*~*~ (outnumbered).
  6877 | D:7      | 6877 ||| Stepping ~*~*~tactically~*~*~ (outnumbered).
  6879 | D:7      | 6879 ||| Stepping ~*~*~tactically~*~*~ (outnumbered).
  6881 | D:7      | 6881 ||| Stepping ~*~*~tactically~*~*~ (outnumbered).
  6883 | D:7      | 6883 ||| Stepping ~*~*~tactically~*~*~ (outnumbered).
  6885 | D:7      | 6885 ||| Stepping ~*~*~tactically~*~*~ (outnumbered).
  6887 | D:7      | 6887 ||| Stepping ~*~*~tactically~*~*~ (outnumbered).
  6889 | D:7      | 6889 ||| Stepping ~*~*~tactically~*~*~ (outnumbered).
  6891 | D:7      | 6891 ||| Stepping ~*~*~tactically~*~*~ (outnumbered).
  6893 | D:7      | 6893 ||| Stepping ~*~*~tactically~*~*~ (outnumbered).
  6895 | D:7      | 6895 ||| Stepping ~*~*~tactically~*~*~ (outnumbered).
  6897 | D:7      | 6897 ||| Stepping ~*~*~tactically~*~*~ (outnumbered).
  6899 | D:7      | 6899 ||| Stepping ~*~*~tactically~*~*~ (outnumbered).
  6901 | D:7      | 6901 ||| Stepping ~*~*~tactically~*~*~ (outnumbered).
  6903 | D:7      | 6903 ||| Stepping ~*~*~tactically~*~*~ (outnumbered).
  6905 | D:7      | 6905 ||| Stepping ~*~*~tactically~*~*~ (outnumbered).
  6907 | D:7      | 6907 ||| Stepping ~*~*~tactically~*~*~ (outnumbered).
  6909 | D:7      | 6909 ||| Stepping ~*~*~tactically~*~*~ (outnumbered).
  6911 | D:7      | 6911 ||| Stepping ~*~*~tactically~*~*~ (outnumbered).
  6913 | D:7      | 6913 ||| Stepping ~*~*~tactically~*~*~ (outnumbered).
  6915 | D:7      | 6915 ||| Stepping ~*~*~tactically~*~*~ (outnumbered).
  6917 | D:7      | 6917 ||| Stepping ~*~*~tactically~*~*~ (outnumbered).
  6919 | D:7      | 6919 ||| Stepping ~*~*~tactically~*~*~ (outnumbered).
  6921 | D:7      | 6921 ||| Stepping ~*~*~tactically~*~*~ (outnumbered).
  6923 | D:7      | 6923 ||| Stepping ~*~*~tactically~*~*~ (outnumbered).
  6925 | D:7      | 6925 ||| Stepping ~*~*~tactically~*~*~ (outnumbered).
  6927 | D:7      | 6927 ||| Stepping ~*~*~tactically~*~*~ (outnumbered).
  6929 | D:7      | 6929 ||| Stepping ~*~*~tactically~*~*~ (outnumbered).
  6931 | D:7      | 6931 ||| Stepping ~*~*~tactically~*~*~ (outnumbered).
  6933 | D:7      | 6933 ||| Stepping ~*~*~tactically~*~*~ (outnumbered).
  6935 | D:7      | 6935 ||| Stepping ~*~*~tactically~*~*~ (outnumbered).
  6937 | D:7      | 6937 ||| Stepping ~*~*~tactically~*~*~ (outnumbered).
  6939 | D:7      | 6939 ||| Stepping ~*~*~tactically~*~*~ (outnumbered).
  6941 | D:7      | 6941 ||| Stepping ~*~*~tactically~*~*~ (outnumbered).
  6943 | D:7      | 6943 ||| Stepping ~*~*~tactically~*~*~ (outnumbered).
  6945 | D:7      | 6945 ||| Stepping ~*~*~tactically~*~*~ (outnumbered).
  6947 | D:7      | 6947 ||| Stepping ~*~*~tactically~*~*~ (outnumbered).
  6949 | D:7      | 6949 ||| Stepping ~*~*~tactically~*~*~ (outnumbered).
  6951 | D:7      | 6951 ||| Stepping ~*~*~tactically~*~*~ (outnumbered).
  6953 | D:7      | 6953 ||| Stepping ~*~*~tactically~*~*~ (outnumbered).
  6955 | D:7      | 6955 ||| Stepping ~*~*~tactically~*~*~ (outnumbered).
  6957 | D:7      | 6957 ||| Stepping ~*~*~tactically~*~*~ (outnumbered).
  6959 | D:7      | 6959 ||| Stepping ~*~*~tactically~*~*~ (outnumbered).
  6961 | D:7      | 6961 ||| Stepping ~*~*~tactically~*~*~ (outnumbered).
  6963 | D:7      | 6963 ||| Stepping ~*~*~tactically~*~*~ (outnumbered).
  6965 | D:7      | 6965 ||| Stepping ~*~*~tactically~*~*~ (outnumbered).
  6967 | D:7      | 6967 ||| Stepping ~*~*~tactically~*~*~ (outnumbered).
  6969 | D:7      | 6969 ||| Stepping ~*~*~tactically~*~*~ (outnumbered).
  6971 | D:7      | 6971 ||| Stepping ~*~*~tactically~*~*~ (outnumbered).
  6973 | D:7      | 6973 ||| Stepping ~*~*~tactically~*~*~ (outnumbered).
  6975 | D:7      | 6975 ||| Stepping ~*~*~tactically~*~*~ (outnumbered).
  6977 | D:7      | 6977 ||| Stepping ~*~*~tactically~*~*~ (outnumbered).
  6979 | D:7      | 6979 ||| Stepping ~*~*~tactically~*~*~ (outnumbered).
  6981 | D:7      | 6981 ||| Stepping ~*~*~tactically~*~*~ (outnumbered).
  6983 | D:7      | 6983 ||| Stepping ~*~*~tactically~*~*~ (outnumbered).
  6985 | D:7      | 6985 ||| Stepping ~*~*~tactically~*~*~ (outnumbered).
  6987 | D:7      | 6987 ||| Stepping ~*~*~tactically~*~*~ (outnumbered).
  6989 | D:7      | 6989 ||| Stepping ~*~*~tactically~*~*~ (outnumbered).
  6991 | D:7      | 6991 ||| Stepping ~*~*~tactically~*~*~ (outnumbered).
  6993 | D:7      | 6993 ||| Stepping ~*~*~tactically~*~*~ (outnumbered).
  6995 | D:7      | 6995 ||| Stepping ~*~*~tactically~*~*~ (outnumbered).
  6997 | D:7      | 6997 ||| Stepping ~*~*~tactically~*~*~ (outnumbered).
  6999 | D:7      | 6999 ||| Stepping ~*~*~tactically~*~*~ (outnumbered).
  7001 | D:7      | 7001 ||| Stepping ~*~*~tactically~*~*~ (outnumbered).
  7003 | D:7      | 7003 ||| Stepping ~*~*~tactically~*~*~ (outnumbered).
  7005 | D:7      | 7005 ||| Stepping ~*~*~tactically~*~*~ (outnumbered).
  7007 | D:7      | 7007 ||| Stepping ~*~*~tactically~*~*~ (outnumbered).
  7009 | D:7      | 7009 ||| Stepping ~*~*~tactically~*~*~ (outnumbered).
  7011 | D:7      | 7011 ||| Stepping ~*~*~tactically~*~*~ (outnumbered).
  7013 | D:7      | 7013 ||| Stepping ~*~*~tactically~*~*~ (outnumbered).
  7015 | D:7      | 7015 ||| Stepping ~*~*~tactically~*~*~ (outnumbered).
  7017 | D:7      | 7017 ||| Stepping ~*~*~tactically~*~*~ (outnumbered).
  7019 | D:7      | 7019 ||| Stepping ~*~*~tactically~*~*~ (outnumbered).
  7021 | D:7      | 7021 ||| Stepping ~*~*~tactically~*~*~ (outnumbered).
  7023 | D:7      | 7023 ||| Stepping ~*~*~tactically~*~*~ (outnumbered).
  7025 | D:7      | 7025 ||| Stepping ~*~*~tactically~*~*~ (outnumbered).
  7027 | D:7      | 7027 ||| Stepping ~*~*~tactically~*~*~ (outnumbered).
  7029 | D:7      | 7029 ||| Stepping ~*~*~tactically~*~*~ (outnumbered).
  7031 | D:7      | 7031 ||| Stepping ~*~*~tactically~*~*~ (outnumbered).
  7033 | D:7      | 7033 ||| Stepping ~*~*~tactically~*~*~ (outnumbered).
  7035 | D:7      | 7035 ||| Stepping ~*~*~tactically~*~*~ (outnumbered).
  7037 | D:7      | 7037 ||| Stepping ~*~*~tactically~*~*~ (outnumbered).
  7039 | D:7      | 7039 ||| Stepping ~*~*~tactically~*~*~ (outnumbered).
  7041 | D:7      | 7041 ||| Stepping ~*~*~tactically~*~*~ (outnumbered).
  7043 | D:7      | 7043 ||| Stepping ~*~*~tactically~*~*~ (outnumbered).
  7045 | D:7      | 7045 ||| Stepping ~*~*~tactically~*~*~ (outnumbered).
  7047 | D:7      | 7047 ||| Stepping ~*~*~tactically~*~*~ (outnumbered).
  7049 | D:7      | 7049 ||| Stepping ~*~*~tactically~*~*~ (outnumbered).
  7051 | D:7      | 7051 ||| Stepping ~*~*~tactically~*~*~ (outnumbered).
  7053 | D:7      | 7053 ||| Stepping ~*~*~tactically~*~*~ (outnumbered).
  7055 | D:7      | 7055 ||| Stepping ~*~*~tactically~*~*~ (outnumbered).
  7057 | D:7      | 7057 ||| Stepping ~*~*~tactically~*~*~ (outnumbered).
  7059 | D:7      | 7059 ||| Stepping ~*~*~tactically~*~*~ (outnumbered).
  7061 | D:7      | 7061 ||| Stepping ~*~*~tactically~*~*~ (outnumbered).
  7063 | D:7      | 7063 ||| Stepping ~*~*~tactically~*~*~ (outnumbered).
  7065 | D:7      | 7065 ||| Stepping ~*~*~tactically~*~*~ (outnumbered).
  7067 | D:7      | 7067 ||| Stepping ~*~*~tactically~*~*~ (outnumbered).
  7069 | D:7      | 7069 ||| Stepping ~*~*~tactically~*~*~ (outnumbered).
  7071 | D:7      | 7071 ||| Stepping ~*~*~tactically~*~*~ (outnumbered).
  7073 | D:7      | 7073 ||| Stepping ~*~*~tactically~*~*~ (outnumbered).
  7075 | D:7      | 7075 ||| Stepping ~*~*~tactically~*~*~ (outnumbered).
  7077 | D:7      | 7077 ||| Stepping ~*~*~tactically~*~*~ (outnumbered).
  7079 | D:7      | 7079 ||| Stepping ~*~*~tactically~*~*~ (outnumbered).
  7081 | D:7      | 7081 ||| Stepping ~*~*~tactically~*~*~ (outnumbered).
  7083 | D:7      | 7083 ||| Stepping ~*~*~tactically~*~*~ (outnumbered).
  7085 | D:7      | 7085 ||| Stepping ~*~*~tactically~*~*~ (outnumbered).
  7087 | D:7      | 7087 ||| Stepping ~*~*~tactically~*~*~ (outnumbered).
  7089 | D:7      | 7089 ||| Stepping ~*~*~tactically~*~*~ (outnumbered).
  7091 | D:7      | 7091 ||| Stepping ~*~*~tactically~*~*~ (outnumbered).
  7093 | D:7      | 7093 ||| Stepping ~*~*~tactically~*~*~ (outnumbered).
  7095 | D:7      | 7095 ||| Stepping ~*~*~tactically~*~*~ (outnumbered).
  7097 | D:7      | 7097 ||| Stepping ~*~*~tactically~*~*~ (outnumbered).
  7099 | D:7      | 7099 ||| Stepping ~*~*~tactically~*~*~ (outnumbered).
  7101 | D:7      | 7101 ||| Stepping ~*~*~tactically~*~*~ (outnumbered).
  7103 | D:7      | 7103 ||| Stepping ~*~*~tactically~*~*~ (outnumbered).
  7105 | D:7      | 7105 ||| Stepping ~*~*~tactically~*~*~ (outnumbered).
  7107 | D:7      | 7107 ||| Stepping ~*~*~tactically~*~*~ (outnumbered).
  7109 | D:7      | 7109 ||| Stepping ~*~*~tactically~*~*~ (outnumbered).
  7111 | D:7      | 7111 ||| Stepping ~*~*~tactically~*~*~ (outnumbered).
  7113 | D:7      | 7113 ||| Stepping ~*~*~tactically~*~*~ (outnumbered).
  7115 | D:7      | 7115 ||| Stepping ~*~*~tactically~*~*~ (outnumbered).
  7117 | D:7      | 7117 ||| Stepping ~*~*~tactically~*~*~ (outnumbered).
  7119 | D:7      | 7119 ||| Stepping ~*~*~tactically~*~*~ (outnumbered).
  7121 | D:7      | 7121 ||| Stepping ~*~*~tactically~*~*~ (outnumbered).
  7123 | D:7      | 7123 ||| Stepping ~*~*~tactically~*~*~ (outnumbered).
  7125 | D:7      | 7125 ||| Stepping ~*~*~tactically~*~*~ (outnumbered).
  7127 | D:7      | 7127 ||| Stepping ~*~*~tactically~*~*~ (outnumbered).
  7129 | D:7      | 7129 ||| Stepping ~*~*~tactically~*~*~ (outnumbered).
  7131 | D:7      | 7131 ||| Stepping ~*~*~tactically~*~*~ (outnumbered).
  7133 | D:7      | 7133 ||| Stepping ~*~*~tactically~*~*~ (outnumbered).
  7135 | D:7      | 7135 ||| Stepping ~*~*~tactically~*~*~ (outnumbered).
  7137 | D:7      | 7137 ||| Stepping ~*~*~tactically~*~*~ (outnumbered).
  7139 | D:7      | 7139 ||| Stepping ~*~*~tactically~*~*~ (outnumbered).
  7141 | D:7      | 7141 ||| Stepping ~*~*~tactically~*~*~ (outnumbered).
  7143 | D:7      | 7143 ||| Stepping ~*~*~tactically~*~*~ (outnumbered).
  7145 | D:7      | 7145 ||| Stepping ~*~*~tactically~*~*~ (outnumbered).
  7147 | D:7      | 7147 ||| Stepping ~*~*~tactically~*~*~ (outnumbered).
  7149 | D:7      | 7149 ||| Stepping ~*~*~tactically~*~*~ (outnumbered).
  7151 | D:7      | 7151 ||| Stepping ~*~*~tactically~*~*~ (outnumbered).
  7153 | D:7      | 7153 ||| Stepping ~*~*~tactically~*~*~ (outnumbered).
  7155 | D:7      | 7155 ||| Stepping ~*~*~tactically~*~*~ (outnumbered).
  7157 | D:7      | 7157 ||| Stepping ~*~*~tactically~*~*~ (outnumbered).
  7159 | D:7      | 7159 ||| Stepping ~*~*~tactically~*~*~ (outnumbered).
  7161 | D:7      | 7161 ||| Stepping ~*~*~tactically~*~*~ (outnumbered).
  7163 | D:7      | 7163 ||| Stepping ~*~*~tactically~*~*~ (outnumbered).
  7165 | D:7      | 7165 ||| Stepping ~*~*~tactically~*~*~ (outnumbered).
  7167 | D:7      | 7167 ||| Stepping ~*~*~tactically~*~*~ (outnumbered).
  7169 | D:7      | 7169 ||| Stepping ~*~*~tactically~*~*~ (outnumbered).
  7171 | D:7      | 7171 ||| Stepping ~*~*~tactically~*~*~ (outnumbered).
  7173 | D:7      | 7173 ||| Stepping ~*~*~tactically~*~*~ (outnumbered).
  7175 | D:7      | 7175 ||| Stepping ~*~*~tactically~*~*~ (outnumbered).
  7177 | D:7      | 7177 ||| Stepping ~*~*~tactically~*~*~ (outnumbered).
  7179 | D:7      | 7179 ||| Stepping ~*~*~tactically~*~*~ (outnumbered).
  7181 | D:7      | 7181 ||| Stepping ~*~*~tactically~*~*~ (outnumbered).
  7183 | D:7      | 7183 ||| Stepping ~*~*~tactically~*~*~ (outnumbered).
  7185 | D:7      | 7185 ||| Stepping ~*~*~tactically~*~*~ (outnumbered).
  7187 | D:7      | 7187 ||| Stepping ~*~*~tactically~*~*~ (outnumbered).
  7189 | D:7      | 7189 ||| Stepping ~*~*~tactically~*~*~ (outnumbered).
  7191 | D:7      | 7191 ||| Stepping ~*~*~tactically~*~*~ (outnumbered).
  7193 | D:7      | 7193 ||| Stepping ~*~*~tactically~*~*~ (outnumbered).
  7195 | D:7      | 7195 ||| Stepping ~*~*~tactically~*~*~ (outnumbered).
  7197 | D:7      | 7197 ||| Stepping ~*~*~tactically~*~*~ (outnumbered).
  7199 | D:7      | 7199 ||| Stepping ~*~*~tactically~*~*~ (outnumbered).
  7201 | D:7      | 7201 ||| Stepping ~*~*~tactically~*~*~ (outnumbered).
  7203 | D:7      | 7203 ||| Stepping ~*~*~tactically~*~*~ (outnumbered).
  7205 | D:7      | 7205 ||| Stepping ~*~*~tactically~*~*~ (outnumbered).
  7207 | D:7      | 7207 ||| Stepping ~*~*~tactically~*~*~ (outnumbered).
  7209 | D:7      | 7209 ||| Stepping ~*~*~tactically~*~*~ (outnumbered).
  7211 | D:7      | 7211 ||| Stepping ~*~*~tactically~*~*~ (outnumbered).
  7213 | D:7      | 7213 ||| Stepping ~*~*~tactically~*~*~ (outnumbered).
  7215 | D:7      | 7215 ||| Stepping ~*~*~tactically~*~*~ (outnumbered).
  7217 | D:7      | 7217 ||| Stepping ~*~*~tactically~*~*~ (outnumbered).
  7219 | D:7      | 7219 ||| Stepping ~*~*~tactically~*~*~ (outnumbered).
  7221 | D:7      | 7221 ||| Stepping ~*~*~tactically~*~*~ (outnumbered).
  7223 | D:7      | 7223 ||| Stepping ~*~*~tactically~*~*~ (outnumbered).
  7225 | D:7      | 7225 ||| Stepping ~*~*~tactically~*~*~ (outnumbered).
  7227 | D:7      | 7227 ||| Stepping ~*~*~tactically~*~*~ (outnumbered).
  7229 | D:7      | 7229 ||| Stepping ~*~*~tactically~*~*~ (outnumbered).
  7231 | D:7      | 7231 ||| Stepping ~*~*~tactically~*~*~ (outnumbered).
  7233 | D:7      | 7233 ||| Stepping ~*~*~tactically~*~*~ (outnumbered).
  7235 | D:7      | 7235 ||| Stepping ~*~*~tactically~*~*~ (outnumbered).
  7237 | D:7      | 7237 ||| Stepping ~*~*~tactically~*~*~ (outnumbered).
  7239 | D:7      | 7239 ||| Stepping ~*~*~tactically~*~*~ (outnumbered).
  7241 | D:7      | 7241 ||| Stepping ~*~*~tactically~*~*~ (outnumbered).
  7243 | D:7      | 7243 ||| Stepping ~*~*~tactically~*~*~ (outnumbered).
  7245 | D:7      | 7245 ||| Stepping ~*~*~tactically~*~*~ (outnumbered).
  7247 | D:7      | 7247 ||| Stepping ~*~*~tactically~*~*~ (outnumbered).
  7249 | D:7      | 7249 ||| Stepping ~*~*~tactically~*~*~ (outnumbered).
  7251 | D:7      | 7251 ||| Stepping ~*~*~tactically~*~*~ (outnumbered).
  7253 | D:7      | 7253 ||| Stepping ~*~*~tactically~*~*~ (outnumbered).
  7255 | D:7      | 7255 ||| Stepping ~*~*~tactically~*~*~ (outnumbered).
  7257 | D:7      | 7257 ||| Stepping ~*~*~tactically~*~*~ (outnumbered).
  7259 | D:7      | 7259 ||| Stepping ~*~*~tactically~*~*~ (outnumbered).
  7261 | D:7      | 7261 ||| Stepping ~*~*~tactically~*~*~ (outnumbered).
  7263 | D:7      | 7263 ||| Stepping ~*~*~tactically~*~*~ (outnumbered).
  7265 | D:7      | 7265 ||| Stepping ~*~*~tactically~*~*~ (outnumbered).
  7267 | D:7      | 7267 ||| Stepping ~*~*~tactically~*~*~ (outnumbered).
  7269 | D:7      | 7269 ||| Stepping ~*~*~tactically~*~*~ (outnumbered).
  7271 | D:7      | 7271 ||| Stepping ~*~*~tactically~*~*~ (outnumbered).
  7273 | D:7      | 7273 ||| Stepping ~*~*~tactically~*~*~ (outnumbered).
  7275 | D:7      | 7275 ||| Stepping ~*~*~tactically~*~*~ (outnumbered).
  7277 | D:7      | 7277 ||| Stepping ~*~*~tactically~*~*~ (outnumbered).
  7279 | D:7      | 7279 ||| Stepping ~*~*~tactically~*~*~ (outnumbered).
  7281 | D:7      | 7281 ||| Stepping ~*~*~tactically~*~*~ (outnumbered).
  7283 | D:7      | 7283 ||| Stepping ~*~*~tactically~*~*~ (outnumbered).
  7285 | D:7      | 7285 ||| Stepping ~*~*~tactically~*~*~ (outnumbered).
  7287 | D:7      | 7287 ||| Stepping ~*~*~tactically~*~*~ (outnumbered).
  7289 | D:7      | 7289 ||| Stepping ~*~*~tactically~*~*~ (outnumbered).
  7291 | D:7      | 7291 ||| Stepping ~*~*~tactically~*~*~ (outnumbered).
  7293 | D:7      | 7293 ||| Stepping ~*~*~tactically~*~*~ (outnumbered).
  7295 | D:7      | 7295 ||| Stepping ~*~*~tactically~*~*~ (outnumbered).
  7297 | D:7      | 7297 ||| Stepping ~*~*~tactically~*~*~ (outnumbered).
  7299 | D:7      | 7299 ||| Stepping ~*~*~tactically~*~*~ (outnumbered).
  7301 | D:7      | 7301 ||| Stepping ~*~*~tactically~*~*~ (outnumbered).
  7303 | D:7      | 7303 ||| Stepping ~*~*~tactically~*~*~ (outnumbered).
  7305 | D:7      | 7305 ||| Stepping ~*~*~tactically~*~*~ (outnumbered).
  7307 | D:7      | 7307 ||| Stepping ~*~*~tactically~*~*~ (outnumbered).
  7309 | D:7      | 7309 ||| Stepping ~*~*~tactically~*~*~ (outnumbered).
  7311 | D:7      | 7311 ||| Stepping ~*~*~tactically~*~*~ (outnumbered).
  7313 | D:7      | 7313 ||| Stepping ~*~*~tactically~*~*~ (outnumbered).
  7315 | D:7      | 7315 ||| Stepping ~*~*~tactically~*~*~ (outnumbered).
  7317 | D:7      | 7317 ||| Stepping ~*~*~tactically~*~*~ (outnumbered).
  7319 | D:7      | 7319 ||| Stepping ~*~*~tactically~*~*~ (outnumbered).
  7321 | D:7      | 7321 ||| Stepping ~*~*~tactically~*~*~ (outnumbered).
  7323 | D:7      | 7323 ||| Stepping ~*~*~tactically~*~*~ (outnumbered).
  7325 | D:7      | 7325 ||| Stepping ~*~*~tactically~*~*~ (outnumbered).
  7327 | D:7      | 7327 ||| Stepping ~*~*~tactically~*~*~ (outnumbered).
  7329 | D:7      | 7329 ||| Stepping ~*~*~tactically~*~*~ (outnumbered).
  7331 | D:7      | 7331 ||| Stepping ~*~*~tactically~*~*~ (outnumbered).
  7333 | D:7      | 7333 ||| Stepping ~*~*~tactically~*~*~ (outnumbered).
  7335 | D:7      | 7335 ||| Stepping ~*~*~tactically~*~*~ (outnumbered).
  7337 | D:7      | 7337 ||| Stepping ~*~*~tactically~*~*~ (outnumbered).
  7339 | D:7      | 7339 ||| Stepping ~*~*~tactically~*~*~ (outnumbered).
  7341 | D:7      | 7341 ||| Stepping ~*~*~tactically~*~*~ (outnumbered).
  7343 | D:7      | 7343 ||| Stepping ~*~*~tactically~*~*~ (outnumbered).
  7345 | D:7      | 7345 ||| Stepping ~*~*~tactically~*~*~ (outnumbered).
  7347 | D:7      | 7347 ||| Stepping ~*~*~tactically~*~*~ (outnumbered).
  7349 | D:7      | 7349 ||| Stepping ~*~*~tactically~*~*~ (outnumbered).
  7351 | D:7      | 7351 ||| Stepping ~*~*~tactically~*~*~ (outnumbered).
  7353 | D:7      | 7353 ||| Stepping ~*~*~tactically~*~*~ (outnumbered).
  7355 | D:7      | 7355 ||| Stepping ~*~*~tactically~*~*~ (outnumbered).
  7357 | D:7      | 7357 ||| Stepping ~*~*~tactically~*~*~ (outnumbered).
  7359 | D:7      | 7359 ||| Stepping ~*~*~tactically~*~*~ (outnumbered).
  7361 | D:7      | 7361 ||| Stepping ~*~*~tactically~*~*~ (outnumbered).
  7363 | D:7      | 7363 ||| Stepping ~*~*~tactically~*~*~ (outnumbered).
  7365 | D:7      | 7365 ||| Stepping ~*~*~tactically~*~*~ (outnumbered).
  7367 | D:7      | 7367 ||| Stepping ~*~*~tactically~*~*~ (outnumbered).
  7369 | D:7      | 7369 ||| Stepping ~*~*~tactically~*~*~ (outnumbered).
  7371 | D:7      | 7371 ||| Stepping ~*~*~tactically~*~*~ (outnumbered).
  7373 | D:7      | 7373 ||| Stepping ~*~*~tactically~*~*~ (outnumbered).
  7375 | D:7      | 7375 ||| Stepping ~*~*~tactically~*~*~ (outnumbered).
  7377 | D:7      | 7377 ||| Stepping ~*~*~tactically~*~*~ (outnumbered).
  7379 | D:7      | 7379 ||| Stepping ~*~*~tactically~*~*~ (outnumbered).
  7381 | D:7      | 7381 ||| Stepping ~*~*~tactically~*~*~ (outnumbered).
  7383 | D:7      | 7383 ||| Stepping ~*~*~tactically~*~*~ (outnumbered).
  7385 | D:7      | 7385 ||| Stepping ~*~*~tactically~*~*~ (outnumbered).
  7387 | D:7      | 7387 ||| Stepping ~*~*~tactically~*~*~ (outnumbered).
  7389 | D:7      | 7389 ||| Stepping ~*~*~tactically~*~*~ (outnumbered).
  7391 | D:7      | 7391 ||| Stepping ~*~*~tactically~*~*~ (outnumbered).
  7393 | D:7      | 7393 ||| Stepping ~*~*~tactically~*~*~ (outnumbered).
  7395 | D:7      | 7395 ||| Stepping ~*~*~tactically~*~*~ (outnumbered).
  7397 | D:7      | 7397 ||| Stepping ~*~*~tactically~*~*~ (outnumbered).
  7399 | D:7      | 7399 ||| Stepping ~*~*~tactically~*~*~ (outnumbered).
  7401 | D:7      | 7401 ||| Stepping ~*~*~tactically~*~*~ (outnumbered).
  7403 | D:7      | 7403 ||| Stepping ~*~*~tactically~*~*~ (outnumbered).
  7405 | D:7      | 7405 ||| Stepping ~*~*~tactically~*~*~ (outnumbered).
  7407 | D:7      | 7407 ||| Stepping ~*~*~tactically~*~*~ (outnumbered).
  7409 | D:7      | 7409 ||| Stepping ~*~*~tactically~*~*~ (outnumbered).
  7411 | D:7      | 7411 ||| Stepping ~*~*~tactically~*~*~ (outnumbered).
  7413 | D:7      | 7413 ||| Stepping ~*~*~tactically~*~*~ (outnumbered).
  7415 | D:7      | 7415 ||| Stepping ~*~*~tactically~*~*~ (outnumbered).
  7417 | D:7      | 7417 ||| Stepping ~*~*~tactically~*~*~ (outnumbered).
  7419 | D:7      | 7419 ||| Stepping ~*~*~tactically~*~*~ (outnumbered).
  7421 | D:7      | 7421 ||| Stepping ~*~*~tactically~*~*~ (outnumbered).
  7423 | D:7      | 7423 ||| Stepping ~*~*~tactically~*~*~ (outnumbered).
  7425 | D:7      | 7425 ||| Stepping ~*~*~tactically~*~*~ (outnumbered).
  7427 | D:7      | 7427 ||| Stepping ~*~*~tactically~*~*~ (outnumbered).
  7429 | D:7      | 7429 ||| Stepping ~*~*~tactically~*~*~ (outnumbered).
  7431 | D:7      | 7431 ||| Stepping ~*~*~tactically~*~*~ (outnumbered).
  7433 | D:7      | 7433 ||| Stepping ~*~*~tactically~*~*~ (outnumbered).
  7435 | D:7      | 7435 ||| Stepping ~*~*~tactically~*~*~ (outnumbered).
  7437 | D:7      | 7437 ||| Stepping ~*~*~tactically~*~*~ (outnumbered).
  7439 | D:7      | 7439 ||| Stepping ~*~*~tactically~*~*~ (outnumbered).
  7441 | D:7      | 7441 ||| Stepping ~*~*~tactically~*~*~ (outnumbered).
  7443 | D:7      | 7443 ||| Stepping ~*~*~tactically~*~*~ (outnumbered).
  7445 | D:7      | 7445 ||| Stepping ~*~*~tactically~*~*~ (outnumbered).
  7447 | D:7      | 7447 ||| Stepping ~*~*~tactically~*~*~ (outnumbered).
  7449 | D:7      | 7449 ||| Stepping ~*~*~tactically~*~*~ (outnumbered).
  7451 | D:7      | 7451 ||| Stepping ~*~*~tactically~*~*~ (outnumbered).
  7453 | D:7      | 7453 ||| Stepping ~*~*~tactically~*~*~ (outnumbered).
  7455 | D:7      | 7455 ||| Stepping ~*~*~tactically~*~*~ (outnumbered).
  7457 | D:7      | 7457 ||| Stepping ~*~*~tactically~*~*~ (outnumbered).
  7459 | D:7      | 7459 ||| Stepping ~*~*~tactically~*~*~ (outnumbered).
  7461 | D:7      | 7461 ||| Stepping ~*~*~tactically~*~*~ (outnumbered).
  7463 | D:7      | 7463 ||| Stepping ~*~*~tactically~*~*~ (outnumbered).
  7465 | D:7      | 7465 ||| Stepping ~*~*~tactically~*~*~ (outnumbered).
  7467 | D:7      | 7467 ||| Stepping ~*~*~tactically~*~*~ (outnumbered).
  7469 | D:7      | 7469 ||| Stepping ~*~*~tactically~*~*~ (outnumbered).
  7471 | D:7      | 7471 ||| Stepping ~*~*~tactically~*~*~ (outnumbered).
  7473 | D:7      | 7473 ||| Stepping ~*~*~tactically~*~*~ (outnumbered).
  7475 | D:7      | 7475 ||| Stepping ~*~*~tactically~*~*~ (outnumbered).
  7477 | D:7      | 7477 ||| Stepping ~*~*~tactically~*~*~ (outnumbered).
  7479 | D:7      | 7479 ||| Stepping ~*~*~tactically~*~*~ (outnumbered).
  7481 | D:7      | 7481 ||| Stepping ~*~*~tactically~*~*~ (outnumbered).
  7483 | D:7      | 7483 ||| Stepping ~*~*~tactically~*~*~ (outnumbered).
  7485 | D:7      | 7485 ||| Stepping ~*~*~tactically~*~*~ (outnumbered).
  7487 | D:7      | 7487 ||| Stepping ~*~*~tactically~*~*~ (outnumbered).
  7489 | D:7      | 7489 ||| Stepping ~*~*~tactically~*~*~ (outnumbered).
  7491 | D:7      | 7491 ||| Stepping ~*~*~tactically~*~*~ (outnumbered).
  7493 | D:7      | 7493 ||| Stepping ~*~*~tactically~*~*~ (outnumbered).
  7495 | D:7      | 7495 ||| Stepping ~*~*~tactically~*~*~ (outnumbered).
  7497 | D:7      | 7497 ||| Stepping ~*~*~tactically~*~*~ (outnumbered).
  7499 | D:7      | 7499 ||| Stepping ~*~*~tactically~*~*~ (outnumbered).
  7501 | D:7      | 7501 ||| Stepping ~*~*~tactically~*~*~ (outnumbered).
  7503 | D:7      | 7503 ||| Stepping ~*~*~tactically~*~*~ (outnumbered).
  7505 | D:7      | 7505 ||| Stepping ~*~*~tactically~*~*~ (outnumbered).
  7507 | D:7      | 7507 ||| Stepping ~*~*~tactically~*~*~ (outnumbered).
  7509 | D:7      | 7509 ||| Stepping ~*~*~tactically~*~*~ (outnumbered).
  7511 | D:7      | 7511 ||| Stepping ~*~*~tactically~*~*~ (outnumbered).
  7513 | D:7      | 7513 ||| Stepping ~*~*~tactically~*~*~ (outnumbered).
  7515 | D:7      | 7515 ||| Stepping ~*~*~tactically~*~*~ (outnumbered).
  7517 | D:7      | 7517 ||| Stepping ~*~*~tactically~*~*~ (outnumbered).
  7519 | D:7      | 7519 ||| Stepping ~*~*~tactically~*~*~ (outnumbered).
  7521 | D:7      | 7521 ||| Stepping ~*~*~tactically~*~*~ (outnumbered).
  7523 | D:7      | 7523 ||| Stepping ~*~*~tactically~*~*~ (outnumbered).
  7525 | D:7      | 7525 ||| Stepping ~*~*~tactically~*~*~ (outnumbered).
  7527 | D:7      | 7527 ||| Stepping ~*~*~tactically~*~*~ (outnumbered).
  7529 | D:7      | 7529 ||| Stepping ~*~*~tactically~*~*~ (outnumbered).
  7531 | D:7      | 7531 ||| Stepping ~*~*~tactically~*~*~ (outnumbered).
  7533 | D:7      | 7533 ||| Stepping ~*~*~tactically~*~*~ (outnumbered).
  7535 | D:7      | 7535 ||| Stepping ~*~*~tactically~*~*~ (outnumbered).
  7537 | D:7      | 7537 ||| Stepping ~*~*~tactically~*~*~ (outnumbered).
  7539 | D:7      | 7539 ||| Stepping ~*~*~tactically~*~*~ (outnumbered).
  7541 | D:7      | 7541 ||| Stepping ~*~*~tactically~*~*~ (outnumbered).
  7543 | D:7      | 7543 ||| Stepping ~*~*~tactically~*~*~ (outnumbered).
  7545 | D:7      | 7545 ||| Stepping ~*~*~tactically~*~*~ (outnumbered).
  7547 | D:7      | 7547 ||| Stepping ~*~*~tactically~*~*~ (outnumbered).
  7549 | D:7      | 7549 ||| Stepping ~*~*~tactically~*~*~ (outnumbered).
  7551 | D:7      | 7551 ||| Stepping ~*~*~tactically~*~*~ (outnumbered).
  7553 | D:7      | 7553 ||| Stepping ~*~*~tactically~*~*~ (outnumbered).
  7555 | D:7      | 7555 ||| Stepping ~*~*~tactically~*~*~ (outnumbered).
  7557 | D:7      | 7557 ||| Stepping ~*~*~tactically~*~*~ (outnumbered).
  7559 | D:7      | 7559 ||| Stepping ~*~*~tactically~*~*~ (outnumbered).
  7561 | D:7      | 7561 ||| Stepping ~*~*~tactically~*~*~ (outnumbered).
  7563 | D:7      | 7563 ||| Stepping ~*~*~tactically~*~*~ (outnumbered).
  7565 | D:7      | 7565 ||| Stepping ~*~*~tactically~*~*~ (outnumbered).
  7567 | D:7      | 7567 ||| Stepping ~*~*~tactically~*~*~ (outnumbered).
  7569 | D:7      | 7569 ||| Stepping ~*~*~tactically~*~*~ (outnumbered).
  7571 | D:7      | 7571 ||| Stepping ~*~*~tactically~*~*~ (outnumbered).
  7573 | D:7      | 7573 ||| Stepping ~*~*~tactically~*~*~ (outnumbered).
  7575 | D:7      | 7575 ||| Stepping ~*~*~tactically~*~*~ (outnumbered).
  7577 | D:7      | 7577 ||| Stepping ~*~*~tactically~*~*~ (outnumbered).
  7579 | D:7      | 7579 ||| Stepping ~*~*~tactically~*~*~ (outnumbered).
  7581 | D:7      | 7581 ||| Stepping ~*~*~tactically~*~*~ (outnumbered).
  7583 | D:7      | 7583 ||| Stepping ~*~*~tactically~*~*~ (outnumbered).
  7585 | D:7      | 7585 ||| Stepping ~*~*~tactically~*~*~ (outnumbered).
  7587 | D:7      | 7587 ||| Stepping ~*~*~tactically~*~*~ (outnumbered).
  7589 | D:7      | 7589 ||| Stepping ~*~*~tactically~*~*~ (outnumbered).
  7591 | D:7      | 7591 ||| Stepping ~*~*~tactically~*~*~ (outnumbered).
  7593 | D:7      | 7593 ||| Stepping ~*~*~tactically~*~*~ (outnumbered).
  7595 | D:7      | 7595 ||| Stepping ~*~*~tactically~*~*~ (outnumbered).
  7597 | D:7      | 7597 ||| Stepping ~*~*~tactically~*~*~ (outnumbered).
  7599 | D:7      | 7599 ||| Stepping ~*~*~tactically~*~*~ (outnumbered).
  7601 | D:7      | 7601 ||| Stepping ~*~*~tactically~*~*~ (outnumbered).
  7603 | D:7      | 7603 ||| Stepping ~*~*~tactically~*~*~ (outnumbered).
  7605 | D:7      | 7605 ||| Stepping ~*~*~tactically~*~*~ (outnumbered).
  7607 | D:7      | 7607 ||| Stepping ~*~*~tactically~*~*~ (outnumbered).
  7609 | D:7      | 7609 ||| Stepping ~*~*~tactically~*~*~ (outnumbered).
  7611 | D:7      | 7611 ||| Stepping ~*~*~tactically~*~*~ (outnumbered).
  7613 | D:7      | 7613 ||| Stepping ~*~*~tactically~*~*~ (outnumbered).
  7615 | D:7      | 7615 ||| Stepping ~*~*~tactically~*~*~ (outnumbered).
  7617 | D:7      | 7617 ||| Stepping ~*~*~tactically~*~*~ (outnumbered).
  7619 | D:7      | 7619 ||| Stepping ~*~*~tactically~*~*~ (outnumbered).
  7621 | D:7      | 7621 ||| Stepping ~*~*~tactically~*~*~ (outnumbered).
  7623 | D:7      | 7623 ||| Stepping ~*~*~tactically~*~*~ (outnumbered).
  7625 | D:7      | 7625 ||| Stepping ~*~*~tactically~*~*~ (outnumbered).
  7627 | D:7      | 7627 ||| Stepping ~*~*~tactically~*~*~ (outnumbered).
  7629 | D:7      | 7629 ||| Stepping ~*~*~tactically~*~*~ (outnumbered).
  7631 | D:7      | 7631 ||| Stepping ~*~*~tactically~*~*~ (outnumbered).
  7633 | D:7      | 7633 ||| Stepping ~*~*~tactically~*~*~ (outnumbered).
  7635 | D:7      | 7635 ||| Stepping ~*~*~tactically~*~*~ (outnumbered).
  7637 | D:7      | 7637 ||| Stepping ~*~*~tactically~*~*~ (outnumbered).
  7639 | D:7      | 7639 ||| Stepping ~*~*~tactically~*~*~ (outnumbered).
  7641 | D:7      | 7641 ||| Stepping ~*~*~tactically~*~*~ (outnumbered).
  7643 | D:7      | 7643 ||| Stepping ~*~*~tactically~*~*~ (outnumbered).
  7645 | D:7      | 7645 ||| Stepping ~*~*~tactically~*~*~ (outnumbered).
  7647 | D:7      | 7647 ||| Stepping ~*~*~tactically~*~*~ (outnumbered).
  7649 | D:7      | 7649 ||| Stepping ~*~*~tactically~*~*~ (outnumbered).
  7651 | D:7      | 7651 ||| Stepping ~*~*~tactically~*~*~ (outnumbered).
  7653 | D:7      | 7653 ||| Stepping ~*~*~tactically~*~*~ (outnumbered).
  7655 | D:7      | 7655 ||| Stepping ~*~*~tactically~*~*~ (outnumbered).
  7657 | D:7      | 7657 ||| Stepping ~*~*~tactically~*~*~ (outnumbered).
  7659 | D:7      | 7659 ||| Stepping ~*~*~tactically~*~*~ (outnumbered).
  7661 | D:7      | 7661 ||| Stepping ~*~*~tactically~*~*~ (outnumbered).
  7663 | D:7      | 7663 ||| Stepping ~*~*~tactically~*~*~ (outnumbered).
  7665 | D:7      | 7665 ||| Stepping ~*~*~tactically~*~*~ (outnumbered).
  7667 | D:7      | 7667 ||| Stepping ~*~*~tactically~*~*~ (outnumbered).
  7669 | D:7      | 7669 ||| Stepping ~*~*~tactically~*~*~ (outnumbered).
  7671 | D:7      | 7671 ||| Stepping ~*~*~tactically~*~*~ (outnumbered).
  7673 | D:7      | 7673 ||| Stepping ~*~*~tactically~*~*~ (outnumbered).
  7675 | D:7      | 7675 ||| Stepping ~*~*~tactically~*~*~ (outnumbered).
  7677 | D:7      | 7677 ||| Stepping ~*~*~tactically~*~*~ (outnumbered).
  7679 | D:7      | 7679 ||| Stepping ~*~*~tactically~*~*~ (outnumbered).
  7681 | D:7      | 7681 ||| Stepping ~*~*~tactically~*~*~ (outnumbered).
  7683 | D:7      | 7683 ||| Stepping ~*~*~tactically~*~*~ (outnumbered).
  7685 | D:7      | 7685 ||| Stepping ~*~*~tactically~*~*~ (outnumbered).
  7687 | D:7      | 7687 ||| Stepping ~*~*~tactically~*~*~ (outnumbered).
  7689 | D:7      | 7689 ||| Stepping ~*~*~tactically~*~*~ (outnumbered).
  7691 | D:7      | 7691 ||| Stepping ~*~*~tactically~*~*~ (outnumbered).
  7693 | D:7      | 7693 ||| Stepping ~*~*~tactically~*~*~ (outnumbered).
  7695 | D:7      | 7695 ||| Stepping ~*~*~tactically~*~*~ (outnumbered).
  7697 | D:7      | 7697 ||| Stepping ~*~*~tactically~*~*~ (outnumbered).
  7699 | D:7      | 7699 ||| Stepping ~*~*~tactically~*~*~ (outnumbered).
  7701 | D:7      | 7701 ||| Stepping ~*~*~tactically~*~*~ (outnumbered).
  7703 | D:7      | 7703 ||| Stepping ~*~*~tactically~*~*~ (outnumbered).
  7705 | D:7      | 7705 ||| Stepping ~*~*~tactically~*~*~ (outnumbered).
  7707 | D:7      | 7707 ||| Stepping ~*~*~tactically~*~*~ (outnumbered).
  7709 | D:7      | 7709 ||| Stepping ~*~*~tactically~*~*~ (outnumbered).
  7711 | D:7      | 7711 ||| Stepping ~*~*~tactically~*~*~ (outnumbered).
  7713 | D:7      | 7713 ||| Stepping ~*~*~tactically~*~*~ (outnumbered).
  7715 | D:7      | 7715 ||| Stepping ~*~*~tactically~*~*~ (outnumbered).
  7717 | D:7      | 7717 ||| Stepping ~*~*~tactically~*~*~ (outnumbered).
  7719 | D:7      | 7719 ||| Stepping ~*~*~tactically~*~*~ (outnumbered).
  7721 | D:7      | 7721 ||| Stepping ~*~*~tactically~*~*~ (outnumbered).
  7723 | D:7      | 7723 ||| Stepping ~*~*~tactically~*~*~ (outnumbered).
  7725 | D:7      | 7725 ||| Stepping ~*~*~tactically~*~*~ (outnumbered).
  7727 | D:7      | 7727 ||| Stepping ~*~*~tactically~*~*~ (outnumbered).
  7729 | D:7      | 7729 ||| Stepping ~*~*~tactically~*~*~ (outnumbered).
  7731 | D:7      | 7731 ||| Stepping ~*~*~tactically~*~*~ (outnumbered).
  7733 | D:7      | 7733 ||| Stepping ~*~*~tactically~*~*~ (outnumbered).
  7735 | D:7      | 7735 ||| Stepping ~*~*~tactically~*~*~ (outnumbered).
  7737 | D:7      | 7737 ||| Stepping ~*~*~tactically~*~*~ (outnumbered).
  7739 | D:7      | 7739 ||| Stepping ~*~*~tactically~*~*~ (outnumbered).
  7741 | D:7      | 7741 ||| Stepping ~*~*~tactically~*~*~ (outnumbered).
  7743 | D:7      | 7743 ||| Stepping ~*~*~tactically~*~*~ (outnumbered).
  7745 | D:7      | 7745 ||| Stepping ~*~*~tactically~*~*~ (outnumbered).
  7747 | D:7      | 7747 ||| Stepping ~*~*~tactically~*~*~ (outnumbered).
  7749 | D:7      | 7749 ||| Stepping ~*~*~tactically~*~*~ (outnumbered).
  7751 | D:7      | 7751 ||| Stepping ~*~*~tactically~*~*~ (outnumbered).
  7753 | D:7      | 7753 ||| Stepping ~*~*~tactically~*~*~ (outnumbered).
  7755 | D:7      | 7755 ||| Stepping ~*~*~tactically~*~*~ (outnumbered).
  7757 | D:7      | 7757 ||| Stepping ~*~*~tactically~*~*~ (outnumbered).
  7759 | D:7      | 7759 ||| Stepping ~*~*~tactically~*~*~ (outnumbered).
  7761 | D:7      | 7761 ||| Stepping ~*~*~tactically~*~*~ (outnumbered).
  7763 | D:7      | 7763 ||| Stepping ~*~*~tactically~*~*~ (outnumbered).
  7765 | D:7      | 7765 ||| Stepping ~*~*~tactically~*~*~ (outnumbered).
  7767 | D:7      | 7767 ||| Stepping ~*~*~tactically~*~*~ (outnumbered).
  7769 | D:7      | 7769 ||| Stepping ~*~*~tactically~*~*~ (outnumbered).
  7771 | D:7      | 7771 ||| Stepping ~*~*~tactically~*~*~ (outnumbered).
  7773 | D:7      | 7773 ||| Stepping ~*~*~tactically~*~*~ (outnumbered).
  7775 | D:7      | 7775 ||| Stepping ~*~*~tactically~*~*~ (outnumbered).
  7777 | D:7      | 7777 ||| Stepping ~*~*~tactically~*~*~ (outnumbered).
  7779 | D:7      | 7779 ||| Stepping ~*~*~tactically~*~*~ (outnumbered).
  7781 | D:7      | 7781 ||| Stepping ~*~*~tactically~*~*~ (outnumbered).
  7783 | D:7      | 7783 ||| Stepping ~*~*~tactically~*~*~ (outnumbered).
  7785 | D:7      | 7785 ||| Stepping ~*~*~tactically~*~*~ (outnumbered).
  7787 | D:7      | 7787 ||| Stepping ~*~*~tactically~*~*~ (outnumbered).
  7789 | D:7      | 7789 ||| Stepping ~*~*~tactically~*~*~ (outnumbered).
  7791 | D:7      | 7791 ||| Stepping ~*~*~tactically~*~*~ (outnumbered).
  7793 | D:7      | 7793 ||| Stepping ~*~*~tactically~*~*~ (outnumbered).
  7795 | D:7      | 7795 ||| Stepping ~*~*~tactically~*~*~ (outnumbered).
  7797 | D:7      | 7797 ||| Stepping ~*~*~tactically~*~*~ (outnumbered).
  7799 | D:7      | 7799 ||| Stepping ~*~*~tactically~*~*~ (outnumbered).
  7801 | D:7      | 7801 ||| Stepping ~*~*~tactically~*~*~ (outnumbered).
  7803 | D:7      | 7803 ||| Stepping ~*~*~tactically~*~*~ (outnumbered).
  7805 | D:7      | 7805 ||| Stepping ~*~*~tactically~*~*~ (outnumbered).
  7807 | D:7      | 7807 ||| Stepping ~*~*~tactically~*~*~ (outnumbered).
  7809 | D:7      | 7809 ||| Stepping ~*~*~tactically~*~*~ (outnumbered).
  7811 | D:7      | 7811 ||| Stepping ~*~*~tactically~*~*~ (outnumbered).
  7813 | D:7      | 7813 ||| Stepping ~*~*~tactically~*~*~ (outnumbered).
  7815 | D:7      | 7815 ||| Stepping ~*~*~tactically~*~*~ (outnumbered).
  7817 | D:7      | 7817 ||| Stepping ~*~*~tactically~*~*~ (outnumbered).
  7819 | D:7      | 7819 ||| Stepping ~*~*~tactically~*~*~ (outnumbered).
  7821 | D:7      | 7821 ||| Stepping ~*~*~tactically~*~*~ (outnumbered).
  7823 | D:7      | 7823 ||| Stepping ~*~*~tactically~*~*~ (outnumbered).
  7825 | D:7      | 7825 ||| Stepping ~*~*~tactically~*~*~ (outnumbered).
  7827 | D:7      | 7827 ||| Stepping ~*~*~tactically~*~*~ (outnumbered).
  7829 | D:7      | 7829 ||| Stepping ~*~*~tactically~*~*~ (outnumbered).
  7831 | D:7      | 7831 ||| Stepping ~*~*~tactically~*~*~ (outnumbered).
  7833 | D:7      | 7833 ||| Stepping ~*~*~tactically~*~*~ (outnumbered).
  7835 | D:7      | 7835 ||| Stepping ~*~*~tactically~*~*~ (outnumbered).
  7837 | D:7      | 7837 ||| Stepping ~*~*~tactically~*~*~ (outnumbered).
  7839 | D:7      | 7839 ||| Stepping ~*~*~tactically~*~*~ (outnumbered).
  7841 | D:7      | 7841 ||| Stepping ~*~*~tactically~*~*~ (outnumbered).
  7843 | D:7      | 7843 ||| Stepping ~*~*~tactically~*~*~ (outnumbered).
  7845 | D:7      | 7845 ||| Stepping ~*~*~tactically~*~*~ (outnumbered).
  7847 | D:7      | 7847 ||| Stepping ~*~*~tactically~*~*~ (outnumbered).
  7849 | D:7      | 7849 ||| Stepping ~*~*~tactically~*~*~ (outnumbered).
  7851 | D:7      | 7851 ||| Stepping ~*~*~tactically~*~*~ (outnumbered).
  7853 | D:7      | 7853 ||| Stepping ~*~*~tactically~*~*~ (outnumbered).
  7855 | D:7      | 7855 ||| Stepping ~*~*~tactically~*~*~ (outnumbered).
  7857 | D:7      | 7857 ||| Stepping ~*~*~tactically~*~*~ (outnumbered).
  7859 | D:7      | 7859 ||| Stepping ~*~*~tactically~*~*~ (outnumbered).
  7861 | D:7      | 7861 ||| Stepping ~*~*~tactically~*~*~ (outnumbered).
  7863 | D:7      | 7863 ||| Stepping ~*~*~tactically~*~*~ (outnumbered).
  7865 | D:7      | 7865 ||| Stepping ~*~*~tactically~*~*~ (outnumbered).
  7867 | D:7      | 7867 ||| Stepping ~*~*~tactically~*~*~ (outnumbered).
  7869 | D:7      | 7869 ||| Stepping ~*~*~tactically~*~*~ (outnumbered).
  7871 | D:7      | 7871 ||| Stepping ~*~*~tactically~*~*~ (outnumbered).
  7873 | D:7      | 7873 ||| Stepping ~*~*~tactically~*~*~ (outnumbered).
  7875 | D:7      | 7875 ||| Stepping ~*~*~tactically~*~*~ (outnumbered).
  7877 | D:7      | 7877 ||| Stepping ~*~*~tactically~*~*~ (outnumbered).
  7879 | D:7      | 7879 ||| Stepping ~*~*~tactically~*~*~ (outnumbered).
  7881 | D:7      | 7881 ||| Stepping ~*~*~tactically~*~*~ (outnumbered).
  7883 | D:7      | 7883 ||| Stepping ~*~*~tactically~*~*~ (outnumbered).
  7885 | D:7      | 7885 ||| Stepping ~*~*~tactically~*~*~ (outnumbered).
  7887 | D:7      | 7887 ||| Stepping ~*~*~tactically~*~*~ (outnumbered).
  7889 | D:7      | 7889 ||| Stepping ~*~*~tactically~*~*~ (outnumbered).
  7891 | D:7      | 7891 ||| Stepping ~*~*~tactically~*~*~ (outnumbered).
  7893 | D:7      | 7893 ||| Stepping ~*~*~tactically~*~*~ (outnumbered).
  7895 | D:7      | 7895 ||| Stepping ~*~*~tactically~*~*~ (outnumbered).
  7897 | D:7      | 7897 ||| Stepping ~*~*~tactically~*~*~ (outnumbered).
  7899 | D:7      | 7899 ||| Stepping ~*~*~tactically~*~*~ (outnumbered).
  7901 | D:7      | 7901 ||| Stepping ~*~*~tactically~*~*~ (outnumbered).
  7903 | D:7      | 7903 ||| Stepping ~*~*~tactically~*~*~ (outnumbered).
  7905 | D:7      | 7905 ||| Stepping ~*~*~tactically~*~*~ (outnumbered).
  7907 | D:7      | 7907 ||| Stepping ~*~*~tactically~*~*~ (outnumbered).
  7909 | D:7      | 7909 ||| Stepping ~*~*~tactically~*~*~ (outnumbered).
  7911 | D:7      | 7911 ||| Stepping ~*~*~tactically~*~*~ (outnumbered).
  7913 | D:7      | 7913 ||| Stepping ~*~*~tactically~*~*~ (outnumbered).
  7915 | D:7      | 7915 ||| Stepping ~*~*~tactically~*~*~ (outnumbered).
  7917 | D:7      | 7917 ||| Stepping ~*~*~tactically~*~*~ (outnumbered).
  7919 | D:7      | 7919 ||| Stepping ~*~*~tactically~*~*~ (outnumbered).
  7921 | D:7      | 7921 ||| Stepping ~*~*~tactically~*~*~ (outnumbered).
  7923 | D:7      | 7923 ||| Stepping ~*~*~tactically~*~*~ (outnumbered).
  7925 | D:7      | 7925 ||| Stepping ~*~*~tactically~*~*~ (outnumbered).
  7927 | D:7      | 7927 ||| Stepping ~*~*~tactically~*~*~ (outnumbered).
  7929 | D:7      | 7929 ||| Stepping ~*~*~tactically~*~*~ (outnumbered).
  7931 | D:7      | 7931 ||| Stepping ~*~*~tactically~*~*~ (outnumbered).
  7933 | D:7      | 7933 ||| Stepping ~*~*~tactically~*~*~ (outnumbered).
  7935 | D:7      | 7935 ||| Stepping ~*~*~tactically~*~*~ (outnumbered).
  7937 | D:7      | 7937 ||| Stepping ~*~*~tactically~*~*~ (outnumbered).
  7939 | D:7      | 7939 ||| Stepping ~*~*~tactically~*~*~ (outnumbered).
  7941 | D:7      | 7941 ||| Stepping ~*~*~tactically~*~*~ (outnumbered).
  7943 | D:7      | 7943 ||| Stepping ~*~*~tactically~*~*~ (outnumbered).
  7945 | D:7      | 7945 ||| Stepping ~*~*~tactically~*~*~ (outnumbered).
  7947 | D:7      | 7947 ||| Stepping ~*~*~tactically~*~*~ (outnumbered).
  7949 | D:7      | 7949 ||| Stepping ~*~*~tactically~*~*~ (outnumbered).
  7951 | D:7      | 7951 ||| Stepping ~*~*~tactically~*~*~ (outnumbered).
  7953 | D:7      | 7953 ||| Stepping ~*~*~tactically~*~*~ (outnumbered).
  7955 | D:7      | 7955 ||| Stepping ~*~*~tactically~*~*~ (outnumbered).
  7957 | D:7      | 7957 ||| Stepping ~*~*~tactically~*~*~ (outnumbered).
  7959 | D:7      | 7959 ||| Stepping ~*~*~tactically~*~*~ (outnumbered).
  7961 | D:7      | 7961 ||| Stepping ~*~*~tactically~*~*~ (outnumbered).
  7963 | D:7      | 7963 ||| Stepping ~*~*~tactically~*~*~ (outnumbered).
  7965 | D:7      | 7965 ||| Stepping ~*~*~tactically~*~*~ (outnumbered).
  7967 | D:7      | 7967 ||| Stepping ~*~*~tactically~*~*~ (outnumbered).
  7969 | D:7      | 7969 ||| Stepping ~*~*~tactically~*~*~ (outnumbered).
  7971 | D:7      | 7971 ||| Stepping ~*~*~tactically~*~*~ (outnumbered).
  7973 | D:7      | 7973 ||| Stepping ~*~*~tactically~*~*~ (outnumbered).
  7975 | D:7      | 7975 ||| Stepping ~*~*~tactically~*~*~ (outnumbered).
  7977 | D:7      | 7977 ||| Stepping ~*~*~tactically~*~*~ (outnumbered).
  7979 | D:7      | 7979 ||| Stepping ~*~*~tactically~*~*~ (outnumbered).
  7981 | D:7      | 7981 ||| Stepping ~*~*~tactically~*~*~ (outnumbered).
  7983 | D:7      | 7983 ||| Stepping ~*~*~tactically~*~*~ (outnumbered).
  7985 | D:7      | 7985 ||| Stepping ~*~*~tactically~*~*~ (outnumbered).
  7987 | D:7      | 7987 ||| Stepping ~*~*~tactically~*~*~ (outnumbered).
  7989 | D:7      | 7989 ||| Stepping ~*~*~tactically~*~*~ (outnumbered).
  7991 | D:7      | 7991 ||| Stepping ~*~*~tactically~*~*~ (outnumbered).
  7993 | D:7      | 7993 ||| Stepping ~*~*~tactically~*~*~ (outnumbered).
  7995 | D:7      | 7995 ||| Stepping ~*~*~tactically~*~*~ (outnumbered).
  7997 | D:7      | 7997 ||| Stepping ~*~*~tactically~*~*~ (outnumbered).
  7999 | D:7      | 7999 ||| Stepping ~*~*~tactically~*~*~ (outnumbered).
  8001 | D:7      | 8001 ||| Stepping ~*~*~tactically~*~*~ (outnumbered).
  8003 | D:7      | 8003 ||| Stepping ~*~*~tactically~*~*~ (outnumbered).
  8005 | D:7      | 8005 ||| Stepping ~*~*~tactically~*~*~ (outnumbered).
  8007 | D:7      | 8007 ||| Stepping ~*~*~tactically~*~*~ (outnumbered).
  8009 | D:7      | 8009 ||| Stepping ~*~*~tactically~*~*~ (outnumbered).
  8011 | D:7      | 8011 ||| Stepping ~*~*~tactically~*~*~ (outnumbered).
  8013 | D:7      | 8013 ||| Stepping ~*~*~tactically~*~*~ (outnumbered).
  8015 | D:7      | 8015 ||| Stepping ~*~*~tactically~*~*~ (outnumbered).
  8017 | D:7      | 8017 ||| Stepping ~*~*~tactically~*~*~ (outnumbered).
  8019 | D:7      | 8019 ||| Stepping ~*~*~tactically~*~*~ (outnumbered).
  8021 | D:7      | 8021 ||| Stepping ~*~*~tactically~*~*~ (outnumbered).
  8023 | D:7      | 8023 ||| Stepping ~*~*~tactically~*~*~ (outnumbered).
  8025 | D:7      | 8025 ||| Stepping ~*~*~tactically~*~*~ (outnumbered).
  8027 | D:7      | 8027 ||| Stepping ~*~*~tactically~*~*~ (outnumbered).
  8029 | D:7      | 8029 ||| Stepping ~*~*~tactically~*~*~ (outnumbered).
  8031 | D:7      | 8031 ||| Stepping ~*~*~tactically~*~*~ (outnumbered).
  8033 | D:7      | 8033 ||| Stepping ~*~*~tactically~*~*~ (outnumbered).
  8035 | D:7      | 8035 ||| Stepping ~*~*~tactically~*~*~ (outnumbered).
  8037 | D:7      | 8037 ||| Stepping ~*~*~tactically~*~*~ (outnumbered).
  8039 | D:7      | 8039 ||| Stepping ~*~*~tactically~*~*~ (outnumbered).
  8041 | D:7      | 8041 ||| Stepping ~*~*~tactically~*~*~ (outnumbered).
  8043 | D:7      | 8043 ||| Stepping ~*~*~tactically~*~*~ (outnumbered).
  8045 | D:7      | 8045 ||| Stepping ~*~*~tactically~*~*~ (outnumbered).
  8047 | D:7      | 8047 ||| Stepping ~*~*~tactically~*~*~ (outnumbered).
  8049 | D:7      | 8049 ||| Stepping ~*~*~tactically~*~*~ (outnumbered).
  8051 | D:7      | 8051 ||| Stepping ~*~*~tactically~*~*~ (outnumbered).
  8053 | D:7      | 8053 ||| Stepping ~*~*~tactically~*~*~ (outnumbered).
  8055 | D:7      | 8055 ||| Stepping ~*~*~tactically~*~*~ (outnumbered).
  8057 | D:7      | 8057 ||| Stepping ~*~*~tactically~*~*~ (outnumbered).
  8059 | D:7      | 8059 ||| Stepping ~*~*~tactically~*~*~ (outnumbered).
  8061 | D:7      | 8061 ||| Stepping ~*~*~tactically~*~*~ (outnumbered).
  8063 | D:7      | 8063 ||| Stepping ~*~*~tactically~*~*~ (outnumbered).
  8065 | D:7      | 8065 ||| Stepping ~*~*~tactically~*~*~ (outnumbered).
  8067 | D:7      | 8067 ||| Stepping ~*~*~tactically~*~*~ (outnumbered).
  8069 | D:7      | 8069 ||| Stepping ~*~*~tactically~*~*~ (outnumbered).
  8071 | D:7      | 8071 ||| Stepping ~*~*~tactically~*~*~ (outnumbered).
  8073 | D:7      | 8073 ||| Stepping ~*~*~tactically~*~*~ (outnumbered).
  8075 | D:7      | 8075 ||| Stepping ~*~*~tactically~*~*~ (outnumbered).
  8077 | D:7      | 8077 ||| Stepping ~*~*~tactically~*~*~ (outnumbered).
  8079 | D:7      | 8079 ||| Stepping ~*~*~tactically~*~*~ (outnumbered).
  8081 | D:7      | 8081 ||| Stepping ~*~*~tactically~*~*~ (outnumbered).
  8083 | D:7      | 8083 ||| Stepping ~*~*~tactically~*~*~ (outnumbered).
  8085 | D:7      | 8085 ||| Stepping ~*~*~tactically~*~*~ (outnumbered).
  8087 | D:7      | 8087 ||| Stepping ~*~*~tactically~*~*~ (outnumbered).
  8089 | D:7      | 8089 ||| Stepping ~*~*~tactically~*~*~ (outnumbered).
  8091 | D:7      | 8091 ||| Stepping ~*~*~tactically~*~*~ (outnumbered).
  8093 | D:7      | 8093 ||| Stepping ~*~*~tactically~*~*~ (outnumbered).
  8095 | D:7      | 8095 ||| Stepping ~*~*~tactically~*~*~ (outnumbered).
  8097 | D:7      | 8097 ||| Stepping ~*~*~tactically~*~*~ (outnumbered).
  8099 | D:7      | 8099 ||| Stepping ~*~*~tactically~*~*~ (outnumbered).
  8101 | D:7      | 8101 ||| Stepping ~*~*~tactically~*~*~ (outnumbered).
  8103 | D:7      | 8103 ||| Stepping ~*~*~tactically~*~*~ (outnumbered).
  8105 | D:7      | 8105 ||| Stepping ~*~*~tactically~*~*~ (outnumbered).
  8107 | D:7      | 8107 ||| Stepping ~*~*~tactically~*~*~ (outnumbered).
  8109 | D:7      | 8109 ||| Stepping ~*~*~tactically~*~*~ (outnumbered).
  8111 | D:7      | 8111 ||| Stepping ~*~*~tactically~*~*~ (outnumbered).
  8113 | D:7      | 8113 ||| Stepping ~*~*~tactically~*~*~ (outnumbered).
  8115 | D:7      | 8115 ||| Stepping ~*~*~tactically~*~*~ (outnumbered).
  8117 | D:7      | 8117 ||| Stepping ~*~*~tactically~*~*~ (outnumbered).
  8119 | D:7      | 8119 ||| Stepping ~*~*~tactically~*~*~ (outnumbered).
  8121 | D:7      | 8121 ||| Stepping ~*~*~tactically~*~*~ (outnumbered).
  8123 | D:7      | 8123 ||| Stepping ~*~*~tactically~*~*~ (outnumbered).
  8125 | D:7      | 8125 ||| Stepping ~*~*~tactically~*~*~ (outnumbered).
  8127 | D:7      | 8127 ||| Stepping ~*~*~tactically~*~*~ (outnumbered).
  8129 | D:7      | 8129 ||| Stepping ~*~*~tactically~*~*~ (outnumbered).
  8131 | D:7      | 8131 ||| Stepping ~*~*~tactically~*~*~ (outnumbered).
  8133 | D:7      | 8133 ||| Stepping ~*~*~tactically~*~*~ (outnumbered).
  8135 | D:7      | 8135 ||| Stepping ~*~*~tactically~*~*~ (outnumbered).
  8137 | D:7      | 8137 ||| Stepping ~*~*~tactically~*~*~ (outnumbered).
  8139 | D:7      | 8139 ||| Stepping ~*~*~tactically~*~*~ (outnumbered).
  8141 | D:7      | 8141 ||| Stepping ~*~*~tactically~*~*~ (outnumbered).
  8143 | D:7      | 8143 ||| Stepping ~*~*~tactically~*~*~ (outnumbered).
  8145 | D:7      | 8145 ||| Stepping ~*~*~tactically~*~*~ (outnumbered).
  8147 | D:7      | 8147 ||| Stepping ~*~*~tactically~*~*~ (outnumbered).
  8149 | D:7      | 8149 ||| Stepping ~*~*~tactically~*~*~ (outnumbered).
  8151 | D:7      | 8151 ||| Stepping ~*~*~tactically~*~*~ (outnumbered).
  8153 | D:7      | 8153 ||| Stepping ~*~*~tactically~*~*~ (outnumbered).
  8155 | D:7      | 8155 ||| Stepping ~*~*~tactically~*~*~ (outnumbered).
  8157 | D:7      | 8157 ||| Stepping ~*~*~tactically~*~*~ (outnumbered).
  8159 | D:7      | 8159 ||| Stepping ~*~*~tactically~*~*~ (outnumbered).
  8161 | D:7      | 8161 ||| Stepping ~*~*~tactically~*~*~ (outnumbered).
  8163 | D:7      | 8163 ||| Stepping ~*~*~tactically~*~*~ (outnumbered).
  8165 | D:7      | 8165 ||| Stepping ~*~*~tactically~*~*~ (outnumbered).
  8167 | D:7      | 8167 ||| Stepping ~*~*~tactically~*~*~ (outnumbered).
  8169 | D:7      | 8169 ||| Stepping ~*~*~tactically~*~*~ (outnumbered).
  8171 | D:7      | 8171 ||| Stepping ~*~*~tactically~*~*~ (outnumbered).
  8173 | D:7      | 8173 ||| Stepping ~*~*~tactically~*~*~ (outnumbered).
  8175 | D:7      | 8175 ||| Stepping ~*~*~tactically~*~*~ (outnumbered).
  8177 | D:7      | 8177 ||| Stepping ~*~*~tactically~*~*~ (outnumbered).
  8179 | D:7      | 8179 ||| Stepping ~*~*~tactically~*~*~ (outnumbered).
  8181 | D:7      | 8181 ||| Stepping ~*~*~tactically~*~*~ (outnumbered).
  8183 | D:7      | 8183 ||| Stepping ~*~*~tactically~*~*~ (outnumbered).
  8185 | D:7      | 8185 ||| Stepping ~*~*~tactically~*~*~ (outnumbered).
  8187 | D:7      | 8187 ||| Stepping ~*~*~tactically~*~*~ (outnumbered).
  8189 | D:7      | 8189 ||| Stepping ~*~*~tactically~*~*~ (outnumbered).
  8191 | D:7      | 8191 ||| Stepping ~*~*~tactically~*~*~ (outnumbered).
  8193 | D:7      | 8193 ||| Stepping ~*~*~tactically~*~*~ (outnumbered).
  8195 | D:7      | 8195 ||| Stepping ~*~*~tactically~*~*~ (outnumbered).
  8197 | D:7      | 8197 ||| Stepping ~*~*~tactically~*~*~ (outnumbered).
  8199 | D:7      | 8199 ||| Stepping ~*~*~tactically~*~*~ (outnumbered).
  8201 | D:7      | 8201 ||| Stepping ~*~*~tactically~*~*~ (outnumbered).
  8203 | D:7      | 8203 ||| Stepping ~*~*~tactically~*~*~ (outnumbered).
  8205 | D:7      | 8205 ||| Stepping ~*~*~tactically~*~*~ (outnumbered).
  8207 | D:7      | 8207 ||| Stepping ~*~*~tactically~*~*~ (outnumbered).
  8209 | D:7      | 8209 ||| Stepping ~*~*~tactically~*~*~ (outnumbered).
  8211 | D:7      | 8211 ||| Stepping ~*~*~tactically~*~*~ (outnumbered).
  8213 | D:7      | 8213 ||| Stepping ~*~*~tactically~*~*~ (outnumbered).
  8215 | D:7      | 8215 ||| Stepping ~*~*~tactically~*~*~ (outnumbered).
  8217 | D:7      | 8217 ||| Stepping ~*~*~tactically~*~*~ (outnumbered).
  8219 | D:7      | 8219 ||| Stepping ~*~*~tactically~*~*~ (outnumbered).
  8221 | D:7      | 8221 ||| Stepping ~*~*~tactically~*~*~ (outnumbered).
  8223 | D:7      | 8223 ||| Stepping ~*~*~tactically~*~*~ (outnumbered).
  8225 | D:7      | 8225 ||| Stepping ~*~*~tactically~*~*~ (outnumbered).
  8227 | D:7      | 8227 ||| Stepping ~*~*~tactically~*~*~ (outnumbered).
  8229 | D:7      | 8229 ||| Stepping ~*~*~tactically~*~*~ (outnumbered).
  8231 | D:7      | 8231 ||| Stepping ~*~*~tactically~*~*~ (outnumbered).
  8233 | D:7      | 8233 ||| Stepping ~*~*~tactically~*~*~ (outnumbered).
  8235 | D:7      | 8235 ||| Stepping ~*~*~tactically~*~*~ (outnumbered).
  8237 | D:7      | 8237 ||| Stepping ~*~*~tactically~*~*~ (outnumbered).
  8239 | D:7      | 8239 ||| Stepping ~*~*~tactically~*~*~ (outnumbered).
  8241 | D:7      | 8241 ||| Stepping ~*~*~tactically~*~*~ (outnumbered).
  8243 | D:7      | 8243 ||| Stepping ~*~*~tactically~*~*~ (outnumbered).
  8245 | D:7      | 8245 ||| Stepping ~*~*~tactically~*~*~ (outnumbered).
  8247 | D:7      | 8247 ||| Stepping ~*~*~tactically~*~*~ (outnumbered).
  8249 | D:7      | 8249 ||| Stepping ~*~*~tactically~*~*~ (outnumbered).
  8251 | D:7      | 8251 ||| Stepping ~*~*~tactically~*~*~ (outnumbered).
  8253 | D:7      | 8253 ||| Stepping ~*~*~tactically~*~*~ (outnumbered).
  8255 | D:7      | 8255 ||| Stepping ~*~*~tactically~*~*~ (outnumbered).
  8257 | D:7      | 8257 ||| Stepping ~*~*~tactically~*~*~ (outnumbered).
  8259 | D:7      | 8259 ||| Stepping ~*~*~tactically~*~*~ (outnumbered).
  8261 | D:7      | 8261 ||| Stepping ~*~*~tactically~*~*~ (outnumbered).
  8263 | D:7      | 8263 ||| Stepping ~*~*~tactically~*~*~ (outnumbered).
  8265 | D:7      | 8265 ||| Stepping ~*~*~tactically~*~*~ (outnumbered).
  8267 | D:7      | 8267 ||| Stepping ~*~*~tactically~*~*~ (outnumbered).
  8269 | D:7      | 8269 ||| Stepping ~*~*~tactically~*~*~ (outnumbered).
  8271 | D:7      | 8271 ||| Stepping ~*~*~tactically~*~*~ (outnumbered).
  8273 | D:7      | 8273 ||| Stepping ~*~*~tactically~*~*~ (outnumbered).
  8275 | D:7      | 8275 ||| Stepping ~*~*~tactically~*~*~ (outnumbered).
  8277 | D:7      | 8277 ||| Stepping ~*~*~tactically~*~*~ (outnumbered).
  8279 | D:7      | 8279 ||| Stepping ~*~*~tactically~*~*~ (outnumbered).
  8281 | D:7      | 8281 ||| Stepping ~*~*~tactically~*~*~ (outnumbered).
  8283 | D:7      | 8283 ||| Stepping ~*~*~tactically~*~*~ (outnumbered).
  8285 | D:7      | 8285 ||| Stepping ~*~*~tactically~*~*~ (outnumbered).
  8287 | D:7      | 8287 ||| Stepping ~*~*~tactically~*~*~ (outnumbered).
  8289 | D:7      | 8289 ||| Stepping ~*~*~tactically~*~*~ (outnumbered).
  8291 | D:7      | 8291 ||| Stepping ~*~*~tactically~*~*~ (outnumbered).
  8293 | D:7      | 8293 ||| Stepping ~*~*~tactically~*~*~ (outnumbered).
  8295 | D:7      | 8295 ||| Stepping ~*~*~tactically~*~*~ (outnumbered).
  8297 | D:7      | 8297 ||| Stepping ~*~*~tactically~*~*~ (outnumbered).
  8299 | D:7      | 8299 ||| Stepping ~*~*~tactically~*~*~ (outnumbered).
  8301 | D:7      | 8301 ||| Stepping ~*~*~tactically~*~*~ (outnumbered).
  8303 | D:7      | 8303 ||| Stepping ~*~*~tactically~*~*~ (outnumbered).
  8305 | D:7      | 8305 ||| Stepping ~*~*~tactically~*~*~ (outnumbered).
  8307 | D:7      | 8307 ||| Stepping ~*~*~tactically~*~*~ (outnumbered).
  8309 | D:7      | 8309 ||| Stepping ~*~*~tactically~*~*~ (outnumbered).
  8311 | D:7      | 8311 ||| Stepping ~*~*~tactically~*~*~ (outnumbered).
  8313 | D:7      | 8313 ||| Stepping ~*~*~tactically~*~*~ (outnumbered).
  8315 | D:7      | 8315 ||| Stepping ~*~*~tactically~*~*~ (outnumbered).
  8317 | D:7      | 8317 ||| Stepping ~*~*~tactically~*~*~ (outnumbered).
  8319 | D:7      | 8319 ||| Stepping ~*~*~tactically~*~*~ (outnumbered).
  8321 | D:7      | 8321 ||| Stepping ~*~*~tactically~*~*~ (outnumbered).
  8323 | D:7      | 8323 ||| Stepping ~*~*~tactically~*~*~ (outnumbered).
  8325 | D:7      | 8325 ||| Stepping ~*~*~tactically~*~*~ (outnumbered).
  8327 | D:7      | 8327 ||| Stepping ~*~*~tactically~*~*~ (outnumbered).
  8329 | D:7      | 8329 ||| Stepping ~*~*~tactically~*~*~ (outnumbered).
  8331 | D:7      | 8331 ||| Stepping ~*~*~tactically~*~*~ (outnumbered).
  8333 | D:7      | 8333 ||| Stepping ~*~*~tactically~*~*~ (outnumbered).
  8335 | D:7      | 8335 ||| Stepping ~*~*~tactically~*~*~ (outnumbered).
  8337 | D:7      | 8337 ||| Stepping ~*~*~tactically~*~*~ (outnumbered).
  8339 | D:7      | 8339 ||| Stepping ~*~*~tactically~*~*~ (outnumbered).
  8341 | D:7      | 8341 ||| Stepping ~*~*~tactically~*~*~ (outnumbered).
  8343 | D:7      | 8343 ||| Stepping ~*~*~tactically~*~*~ (outnumbered).
  8345 | D:7      | 8345 ||| Stepping ~*~*~tactically~*~*~ (outnumbered).
  8347 | D:7      | 8347 ||| Stepping ~*~*~tactically~*~*~ (outnumbered).
  8349 | D:7      | 8349 ||| Stepping ~*~*~tactically~*~*~ (outnumbered).
  8351 | D:7      | 8351 ||| Stepping ~*~*~tactically~*~*~ (outnumbered).
  8353 | D:7      | 8353 ||| Stepping ~*~*~tactically~*~*~ (outnumbered).
  8355 | D:7      | 8355 ||| Stepping ~*~*~tactically~*~*~ (outnumbered).
  8357 | D:7      | 8357 ||| Stepping ~*~*~tactically~*~*~ (outnumbered).
  8359 | D:7      | 8359 ||| Stepping ~*~*~tactically~*~*~ (outnumbered).
  8361 | D:7      | 8361 ||| Stepping ~*~*~tactically~*~*~ (outnumbered).
  8363 | D:7      | 8363 ||| Stepping ~*~*~tactically~*~*~ (outnumbered).
  8365 | D:7      | 8365 ||| Stepping ~*~*~tactically~*~*~ (outnumbered).
  8367 | D:7      | 8367 ||| Stepping ~*~*~tactically~*~*~ (outnumbered).
  8369 | D:7      | 8369 ||| Stepping ~*~*~tactically~*~*~ (outnumbered).
  8371 | D:7      | 8371 ||| Stepping ~*~*~tactically~*~*~ (outnumbered).
  8373 | D:7      | 8373 ||| Stepping ~*~*~tactically~*~*~ (outnumbered).
  8375 | D:7      | 8375 ||| Stepping ~*~*~tactically~*~*~ (outnumbered).
  8377 | D:7      | 8377 ||| Stepping ~*~*~tactically~*~*~ (outnumbered).
  8379 | D:7      | 8379 ||| Stepping ~*~*~tactically~*~*~ (outnumbered).
  8381 | D:7      | 8381 ||| Stepping ~*~*~tactically~*~*~ (outnumbered).
  8383 | D:7      | 8383 ||| Stepping ~*~*~tactically~*~*~ (outnumbered).
  8385 | D:7      | 8385 ||| Stepping ~*~*~tactically~*~*~ (outnumbered).
  8387 | D:7      | 8387 ||| Stepping ~*~*~tactically~*~*~ (outnumbered).
  8389 | D:7      | 8389 ||| Stepping ~*~*~tactically~*~*~ (outnumbered).
  8391 | D:7      | 8391 ||| Stepping ~*~*~tactically~*~*~ (outnumbered).
  8393 | D:7      | 8393 ||| Stepping ~*~*~tactically~*~*~ (outnumbered).
  8395 | D:7      | 8395 ||| Stepping ~*~*~tactically~*~*~ (outnumbered).
  8397 | D:7      | 8397 ||| Stepping ~*~*~tactically~*~*~ (outnumbered).
  8399 | D:7      | 8399 ||| Stepping ~*~*~tactically~*~*~ (outnumbered).
  8401 | D:7      | 8401 ||| Stepping ~*~*~tactically~*~*~ (outnumbered).
  8403 | D:7      | 8403 ||| Stepping ~*~*~tactically~*~*~ (outnumbered).
  8405 | D:7      | 8405 ||| Stepping ~*~*~tactically~*~*~ (outnumbered).
  8407 | D:7      | 8407 ||| Stepping ~*~*~tactically~*~*~ (outnumbered).
  8409 | D:7      | 8409 ||| Stepping ~*~*~tactically~*~*~ (outnumbered).
  8411 | D:7      | 8411 ||| Stepping ~*~*~tactically~*~*~ (outnumbered).
  8413 | D:7      | 8413 ||| Stepping ~*~*~tactically~*~*~ (outnumbered).
  8415 | D:7      | 8415 ||| Stepping ~*~*~tactically~*~*~ (outnumbered).
  8417 | D:7      | 8417 ||| Stepping ~*~*~tactically~*~*~ (outnumbered).
  8419 | D:7      | 8419 ||| Stepping ~*~*~tactically~*~*~ (outnumbered).
  8421 | D:7      | 8421 ||| Stepping ~*~*~tactically~*~*~ (outnumbered).
  8423 | D:7      | 8423 ||| Stepping ~*~*~tactically~*~*~ (outnumbered).
  8425 | D:7      | 8425 ||| Stepping ~*~*~tactically~*~*~ (outnumbered).
  8427 | D:7      | 8427 ||| Stepping ~*~*~tactically~*~*~ (outnumbered).
  8429 | D:7      | 8429 ||| Stepping ~*~*~tactically~*~*~ (outnumbered).
  8431 | D:7      | 8431 ||| Stepping ~*~*~tactically~*~*~ (outnumbered).
  8433 | D:7      | 8433 ||| Stepping ~*~*~tactically~*~*~ (outnumbered).
  8435 | D:7      | 8435 ||| Stepping ~*~*~tactically~*~*~ (outnumbered).
  8437 | D:7      | 8437 ||| Stepping ~*~*~tactically~*~*~ (outnumbered).
  8439 | D:7      | 8439 ||| Stepping ~*~*~tactically~*~*~ (outnumbered).
  8441 | D:7      | 8441 ||| Stepping ~*~*~tactically~*~*~ (outnumbered).
  8443 | D:7      | 8443 ||| Stepping ~*~*~tactically~*~*~ (outnumbered).
  8445 | D:7      | 8445 ||| Stepping ~*~*~tactically~*~*~ (outnumbered).
  8447 | D:7      | 8447 ||| Stepping ~*~*~tactically~*~*~ (outnumbered).
  8449 | D:7      | 8449 ||| Stepping ~*~*~tactically~*~*~ (outnumbered).
  8451 | D:7      | 8451 ||| Stepping ~*~*~tactically~*~*~ (outnumbered).
  8453 | D:7      | 8453 ||| Stepping ~*~*~tactically~*~*~ (outnumbered).
  8455 | D:7      | 8455 ||| Stepping ~*~*~tactically~*~*~ (outnumbered).
  8457 | D:7      | 8457 ||| Stepping ~*~*~tactically~*~*~ (outnumbered).
  8459 | D:7      | 8459 ||| Stepping ~*~*~tactically~*~*~ (outnumbered).
  8461 | D:7      | 8461 ||| Stepping ~*~*~tactically~*~*~ (outnumbered).
  8463 | D:7      | 8463 ||| Stepping ~*~*~tactically~*~*~ (outnumbered).
  8465 | D:7      | 8465 ||| Stepping ~*~*~tactically~*~*~ (outnumbered).
  8467 | D:7      | 8467 ||| Stepping ~*~*~tactically~*~*~ (outnumbered).
  8469 | D:7      | 8469 ||| Stepping ~*~*~tactically~*~*~ (outnumbered).
  8471 | D:7      | 8471 ||| Stepping ~*~*~tactically~*~*~ (outnumbered).
  8473 | D:7      | 8473 ||| Stepping ~*~*~tactically~*~*~ (outnumbered).
  8475 | D:7      | 8475 ||| Stepping ~*~*~tactically~*~*~ (outnumbered).
  8477 | D:7      | 8477 ||| Stepping ~*~*~tactically~*~*~ (outnumbered).
  8479 | D:7      | 8479 ||| Stepping ~*~*~tactically~*~*~ (outnumbered).
  8481 | D:7      | 8481 ||| Stepping ~*~*~tactically~*~*~ (outnumbered).
  8483 | D:7      | 8483 ||| Stepping ~*~*~tactically~*~*~ (outnumbered).
  8485 | D:7      | 8485 ||| Stepping ~*~*~tactically~*~*~ (outnumbered).
  8487 | D:7      | 8487 ||| Stepping ~*~*~tactically~*~*~ (outnumbered).
  8489 | D:7      | 8489 ||| Stepping ~*~*~tactically~*~*~ (outnumbered).
  8491 | D:7      | 8491 ||| Stepping ~*~*~tactically~*~*~ (outnumbered).
  8493 | D:7      | 8493 ||| Stepping ~*~*~tactically~*~*~ (outnumbered).
  8495 | D:7      | 8495 ||| Stepping ~*~*~tactically~*~*~ (outnumbered).
  8497 | D:7      | 8497 ||| Stepping ~*~*~tactically~*~*~ (outnumbered).
  8499 | D:7      | 8499 ||| Stepping ~*~*~tactically~*~*~ (outnumbered).
  8501 | D:7      | 8501 ||| Stepping ~*~*~tactically~*~*~ (outnumbered).
  8503 | D:7      | 8503 ||| Stepping ~*~*~tactically~*~*~ (outnumbered).
  8505 | D:7      | 8505 ||| Stepping ~*~*~tactically~*~*~ (outnumbered).
  8507 | D:7      | 8507 ||| Stepping ~*~*~tactically~*~*~ (outnumbered).
  8509 | D:7      | 8509 ||| Stepping ~*~*~tactically~*~*~ (outnumbered).
  8511 | D:7      | 8511 ||| Stepping ~*~*~tactically~*~*~ (outnumbered).
  8513 | D:7      | 8513 ||| Stepping ~*~*~tactically~*~*~ (outnumbered).
  8515 | D:7      | 8515 ||| Stepping ~*~*~tactically~*~*~ (outnumbered).
  8517 | D:7      | 8517 ||| Stepping ~*~*~tactically~*~*~ (outnumbered).
  8519 | D:7      | 8519 ||| Stepping ~*~*~tactically~*~*~ (outnumbered).
  8521 | D:7      | 8521 ||| Stepping ~*~*~tactically~*~*~ (outnumbered).
  8523 | D:7      | 8523 ||| Stepping ~*~*~tactically~*~*~ (outnumbered).
  8525 | D:7      | 8525 ||| Stepping ~*~*~tactically~*~*~ (outnumbered).
  8527 | D:7      | 8527 ||| Stepping ~*~*~tactically~*~*~ (outnumbered).
  8529 | D:7      | 8529 ||| Stepping ~*~*~tactically~*~*~ (outnumbered).
  8531 | D:7      | 8531 ||| Stepping ~*~*~tactically~*~*~ (outnumbered).
  8533 | D:7      | 8533 ||| Stepping ~*~*~tactically~*~*~ (outnumbered).
  8535 | D:7      | 8535 ||| Stepping ~*~*~tactically~*~*~ (outnumbered).
  8537 | D:7      | 8537 ||| Stepping ~*~*~tactically~*~*~ (outnumbered).
  8539 | D:7      | 8539 ||| Stepping ~*~*~tactically~*~*~ (outnumbered).
  8541 | D:7      | 8541 ||| Stepping ~*~*~tactically~*~*~ (outnumbered).
  8543 | D:7      | 8543 ||| Stepping ~*~*~tactically~*~*~ (outnumbered).
  8545 | D:7      | 8545 ||| Stepping ~*~*~tactically~*~*~ (outnumbered).
  8547 | D:7      | 8547 ||| Stepping ~*~*~tactically~*~*~ (outnumbered).
  8549 | D:7      | 8549 ||| Stepping ~*~*~tactically~*~*~ (outnumbered).
  8551 | D:7      | 8551 ||| Stepping ~*~*~tactically~*~*~ (outnumbered).
  8553 | D:7      | 8553 ||| Stepping ~*~*~tactically~*~*~ (outnumbered).
  8555 | D:7      | 8555 ||| Stepping ~*~*~tactically~*~*~ (outnumbered).
  8557 | D:7      | 8557 ||| Stepping ~*~*~tactically~*~*~ (outnumbered).
  8559 | D:7      | 8559 ||| Stepping ~*~*~tactically~*~*~ (outnumbered).
  8561 | D:7      | 8561 ||| Stepping ~*~*~tactically~*~*~ (outnumbered).
  8563 | D:7      | 8563 ||| Stepping ~*~*~tactically~*~*~ (outnumbered).
  8565 | D:7      | 8565 ||| Stepping ~*~*~tactically~*~*~ (outnumbered).
  8567 | D:7      | 8567 ||| Stepping ~*~*~tactically~*~*~ (outnumbered).
  8569 | D:7      | 8569 ||| Stepping ~*~*~tactically~*~*~ (outnumbered).
  8571 | D:7      | 8571 ||| Stepping ~*~*~tactically~*~*~ (outnumbered).
  8573 | D:7      | 8573 ||| Stepping ~*~*~tactically~*~*~ (outnumbered).
  8575 | D:7      | 8575 ||| Stepping ~*~*~tactically~*~*~ (outnumbered).
  8577 | D:7      | 8577 ||| Stepping ~*~*~tactically~*~*~ (outnumbered).
  8579 | D:7      | 8579 ||| Stepping ~*~*~tactically~*~*~ (outnumbered).
  8581 | D:7      | 8581 ||| Stepping ~*~*~tactically~*~*~ (outnumbered).
  8583 | D:7      | 8583 ||| Stepping ~*~*~tactically~*~*~ (outnumbered).
  8585 | D:7      | 8585 ||| Stepping ~*~*~tactically~*~*~ (outnumbered).
  8587 | D:7      | 8587 ||| Stepping ~*~*~tactically~*~*~ (outnumbered).
  8589 | D:7      | 8589 ||| Stepping ~*~*~tactically~*~*~ (outnumbered).
  8591 | D:7      | 8591 ||| Stepping ~*~*~tactically~*~*~ (outnumbered).
  8593 | D:7      | 8593 ||| Stepping ~*~*~tactically~*~*~ (outnumbered).
  8595 | D:7      | 8595 ||| Stepping ~*~*~tactically~*~*~ (outnumbered).
  8597 | D:7      | 8597 ||| Stepping ~*~*~tactically~*~*~ (outnumbered).
  8599 | D:7      | 8599 ||| Stepping ~*~*~tactically~*~*~ (outnumbered).
  8601 | D:7      | 8601 ||| Stepping ~*~*~tactically~*~*~ (outnumbered).
  8603 | D:7      | 8603 ||| Stepping ~*~*~tactically~*~*~ (outnumbered).
  8605 | D:7      | 8605 ||| Stepping ~*~*~tactically~*~*~ (outnumbered).
  8607 | D:7      | 8607 ||| Stepping ~*~*~tactically~*~*~ (outnumbered).
  8609 | D:7      | 8609 ||| Stepping ~*~*~tactically~*~*~ (outnumbered).
  8611 | D:7      | 8611 ||| Stepping ~*~*~tactically~*~*~ (outnumbered).
  8613 | D:7      | 8613 ||| Stepping ~*~*~tactically~*~*~ (outnumbered).
  8615 | D:7      | 8615 ||| Stepping ~*~*~tactically~*~*~ (outnumbered).
  8617 | D:7      | 8617 ||| Stepping ~*~*~tactically~*~*~ (outnumbered).
  8619 | D:7      | 8619 ||| Stepping ~*~*~tactically~*~*~ (outnumbered).
  8621 | D:7      | 8621 ||| Stepping ~*~*~tactically~*~*~ (outnumbered).
  8623 | D:7      | 8623 ||| Stepping ~*~*~tactically~*~*~ (outnumbered).
  8625 | D:7      | 8625 ||| Stepping ~*~*~tactically~*~*~ (outnumbered).
  8627 | D:7      | 8627 ||| Stepping ~*~*~tactically~*~*~ (outnumbered).
  8629 | D:7      | 8629 ||| Stepping ~*~*~tactically~*~*~ (outnumbered).
  8631 | D:7      | 8631 ||| Stepping ~*~*~tactically~*~*~ (outnumbered).
  8633 | D:7      | 8633 ||| Stepping ~*~*~tactically~*~*~ (outnumbered).
  8635 | D:7      | 8635 ||| Stepping ~*~*~tactically~*~*~ (outnumbered).
  8637 | D:7      | 8637 ||| Stepping ~*~*~tactically~*~*~ (outnumbered).
  8639 | D:7      | 8639 ||| Stepping ~*~*~tactically~*~*~ (outnumbered).
  8641 | D:7      | 8641 ||| Stepping ~*~*~tactically~*~*~ (outnumbered).
  8643 | D:7      | 8643 ||| Stepping ~*~*~tactically~*~*~ (outnumbered).
  8645 | D:7      | 8645 ||| Stepping ~*~*~tactically~*~*~ (outnumbered).
  8647 | D:7      | 8647 ||| Stepping ~*~*~tactically~*~*~ (outnumbered).
  8649 | D:7      | 8649 ||| Stepping ~*~*~tactically~*~*~ (outnumbered).
  8651 | D:7      | 8651 ||| Stepping ~*~*~tactically~*~*~ (outnumbered).
  8653 | D:7      | 8653 ||| Stepping ~*~*~tactically~*~*~ (outnumbered).
  8655 | D:7      | 8655 ||| Stepping ~*~*~tactically~*~*~ (outnumbered).
  8657 | D:7      | 8657 ||| Stepping ~*~*~tactically~*~*~ (outnumbered).
  8659 | D:7      | 8659 ||| Stepping ~*~*~tactically~*~*~ (outnumbered).
  8661 | D:7      | 8661 ||| Stepping ~*~*~tactically~*~*~ (outnumbered).
  8663 | D:7      | 8663 ||| Stepping ~*~*~tactically~*~*~ (outnumbered).
  8665 | D:7      | 8665 ||| Stepping ~*~*~tactically~*~*~ (outnumbered).
  8667 | D:7      | 8667 ||| Stepping ~*~*~tactically~*~*~ (outnumbered).
  8669 | D:7      | 8669 ||| Stepping ~*~*~tactically~*~*~ (outnumbered).
  8671 | D:7      | 8671 ||| Stepping ~*~*~tactically~*~*~ (outnumbered).
  8673 | D:7      | 8673 ||| Stepping ~*~*~tactically~*~*~ (outnumbered).
  8675 | D:7      | 8675 ||| Stepping ~*~*~tactically~*~*~ (outnumbered).
  8677 | D:7      | 8677 ||| Stepping ~*~*~tactically~*~*~ (outnumbered).
  8679 | D:7      | 8679 ||| Stepping ~*~*~tactically~*~*~ (outnumbered).
  8681 | D:7      | 8681 ||| Stepping ~*~*~tactically~*~*~ (outnumbered).
  8683 | D:7      | 8683 ||| Stepping ~*~*~tactically~*~*~ (outnumbered).
  8685 | D:7      | 8685 ||| Stepping ~*~*~tactically~*~*~ (outnumbered).
  8687 | D:7      | 8687 ||| Stepping ~*~*~tactically~*~*~ (outnumbered).
  8689 | D:7      | 8689 ||| Stepping ~*~*~tactically~*~*~ (outnumbered).
  8691 | D:7      | 8691 ||| Stepping ~*~*~tactically~*~*~ (outnumbered).
  8693 | D:7      | 8693 ||| Stepping ~*~*~tactically~*~*~ (outnumbered).
  8695 | D:7      | 8695 ||| Stepping ~*~*~tactically~*~*~ (outnumbered).
  8697 | D:7      | 8697 ||| Stepping ~*~*~tactically~*~*~ (outnumbered).
  8699 | D:7      | 8699 ||| Stepping ~*~*~tactically~*~*~ (outnumbered).
  8701 | D:7      | 8701 ||| Stepping ~*~*~tactically~*~*~ (outnumbered).
  8703 | D:7      | 8703 ||| Stepping ~*~*~tactically~*~*~ (outnumbered).
  8705 | D:7      | 8705 ||| Stepping ~*~*~tactically~*~*~ (outnumbered).
  8707 | D:7      | 8707 ||| Stepping ~*~*~tactically~*~*~ (outnumbered).
  8709 | D:7      | 8709 ||| Stepping ~*~*~tactically~*~*~ (outnumbered).
  8711 | D:7      | 8711 ||| Stepping ~*~*~tactically~*~*~ (outnumbered).
  8713 | D:7      | 8713 ||| Stepping ~*~*~tactically~*~*~ (outnumbered).
  8715 | D:7      | 8715 ||| Stepping ~*~*~tactically~*~*~ (outnumbered).
  8717 | D:7      | 8717 ||| Stepping ~*~*~tactically~*~*~ (outnumbered).
  8719 | D:7      | 8719 ||| Stepping ~*~*~tactically~*~*~ (outnumbered).
  8721 | D:7      | 8721 ||| Stepping ~*~*~tactically~*~*~ (outnumbered).
  8723 | D:7      | 8723 ||| Stepping ~*~*~tactically~*~*~ (outnumbered).
  8725 | D:7      | 8725 ||| Stepping ~*~*~tactically~*~*~ (outnumbered).
  8727 | D:7      | 8727 ||| Stepping ~*~*~tactically~*~*~ (outnumbered).
  8729 | D:7      | 8729 ||| Stepping ~*~*~tactically~*~*~ (outnumbered).
  8731 | D:7      | 8731 ||| Stepping ~*~*~tactically~*~*~ (outnumbered).
  8733 | D:7      | 8733 ||| Stepping ~*~*~tactically~*~*~ (outnumbered).
  8735 | D:7      | 8735 ||| Stepping ~*~*~tactically~*~*~ (outnumbered).
  8737 | D:7      | 8737 ||| Stepping ~*~*~tactically~*~*~ (outnumbered).
  8739 | D:7      | 8739 ||| Stepping ~*~*~tactically~*~*~ (outnumbered).
  8741 | D:7      | 8741 ||| Stepping ~*~*~tactically~*~*~ (outnumbered).
  8743 | D:7      | 8743 ||| Stepping ~*~*~tactically~*~*~ (outnumbered).
  8745 | D:7      | 8745 ||| Stepping ~*~*~tactically~*~*~ (outnumbered).
  8747 | D:7      | 8747 ||| Stepping ~*~*~tactically~*~*~ (outnumbered).
  8749 | D:7      | 8749 ||| Stepping ~*~*~tactically~*~*~ (outnumbered).
  8751 | D:7      | 8751 ||| Stepping ~*~*~tactically~*~*~ (outnumbered).
  8753 | D:7      | 8753 ||| Stepping ~*~*~tactically~*~*~ (outnumbered).
  8755 | D:7      | 8755 ||| Stepping ~*~*~tactically~*~*~ (outnumbered).
  8757 | D:7      | 8757 ||| Stepping ~*~*~tactically~*~*~ (outnumbered).
  8759 | D:7      | 8759 ||| Stepping ~*~*~tactically~*~*~ (outnumbered).
  8761 | D:7      | 8761 ||| Stepping ~*~*~tactically~*~*~ (outnumbered).
  8763 | D:7      | 8763 ||| Stepping ~*~*~tactically~*~*~ (outnumbered).
  8765 | D:7      | 8765 ||| Stepping ~*~*~tactically~*~*~ (outnumbered).
  8767 | D:7      | 8767 ||| Stepping ~*~*~tactically~*~*~ (outnumbered).
  8769 | D:7      | 8769 ||| Stepping ~*~*~tactically~*~*~ (outnumbered).
  8771 | D:7      | 8771 ||| Stepping ~*~*~tactically~*~*~ (outnumbered).
  8773 | D:7      | 8773 ||| Stepping ~*~*~tactically~*~*~ (outnumbered).
  8775 | D:7      | 8775 ||| Stepping ~*~*~tactically~*~*~ (outnumbered).
  8777 | D:7      | 8777 ||| Stepping ~*~*~tactically~*~*~ (outnumbered).
  8779 | D:7      | 8779 ||| Stepping ~*~*~tactically~*~*~ (outnumbered).
  8781 | D:7      | 8781 ||| Stepping ~*~*~tactically~*~*~ (outnumbered).
  8783 | D:7      | 8783 ||| Stepping ~*~*~tactically~*~*~ (outnumbered).
  8785 | D:7      | 8785 ||| Stepping ~*~*~tactically~*~*~ (outnumbered).
  8787 | D:7      | 8787 ||| Stepping ~*~*~tactically~*~*~ (outnumbered).
  8789 | D:7      | 8789 ||| Stepping ~*~*~tactically~*~*~ (outnumbered).
  8791 | D:7      | 8791 ||| Stepping ~*~*~tactically~*~*~ (outnumbered).
  8793 | D:7      | 8793 ||| Stepping ~*~*~tactically~*~*~ (outnumbered).
  8795 | D:7      | 8795 ||| Stepping ~*~*~tactically~*~*~ (outnumbered).
  8797 | D:7      | 8797 ||| Stepping ~*~*~tactically~*~*~ (outnumbered).
  8799 | D:7      | 8799 ||| Stepping ~*~*~tactically~*~*~ (outnumbered).
  8801 | D:7      | 8801 ||| Stepping ~*~*~tactically~*~*~ (outnumbered).
  8803 | D:7      | 8803 ||| Stepping ~*~*~tactically~*~*~ (outnumbered).
  8805 | D:7      | 8805 ||| Stepping ~*~*~tactically~*~*~ (outnumbered).
  8807 | D:7      | 8807 ||| Stepping ~*~*~tactically~*~*~ (outnumbered).
  8809 | D:7      | 8809 ||| Stepping ~*~*~tactically~*~*~ (outnumbered).
  8811 | D:7      | 8811 ||| Stepping ~*~*~tactically~*~*~ (outnumbered).
  8813 | D:7      | 8813 ||| Stepping ~*~*~tactically~*~*~ (outnumbered).
  8815 | D:7      | 8815 ||| Stepping ~*~*~tactically~*~*~ (outnumbered).
  8817 | D:7      | 8817 ||| Stepping ~*~*~tactically~*~*~ (outnumbered).
  8819 | D:7      | 8819 ||| Stepping ~*~*~tactically~*~*~ (outnumbered).
  8821 | D:7      | 8821 ||| Stepping ~*~*~tactically~*~*~ (outnumbered).
  8823 | D:7      | 8823 ||| Stepping ~*~*~tactically~*~*~ (outnumbered).
  8825 | D:7      | 8825 ||| Stepping ~*~*~tactically~*~*~ (outnumbered).
  8827 | D:7      | 8827 ||| Stepping ~*~*~tactically~*~*~ (outnumbered).
  8829 | D:7      | 8829 ||| Stepping ~*~*~tactically~*~*~ (outnumbered).
  8831 | D:7      | 8831 ||| Stepping ~*~*~tactically~*~*~ (outnumbered).
  8833 | D:7      | 8833 ||| Stepping ~*~*~tactically~*~*~ (outnumbered).
  8835 | D:7      | 8835 ||| Stepping ~*~*~tactically~*~*~ (outnumbered).
  8837 | D:7      | 8837 ||| Stepping ~*~*~tactically~*~*~ (outnumbered).
  8839 | D:7      | 8839 ||| Stepping ~*~*~tactically~*~*~ (outnumbered).
  8841 | D:7      | 8841 ||| Stepping ~*~*~tactically~*~*~ (outnumbered).
  8843 | D:7      | 8843 ||| Stepping ~*~*~tactically~*~*~ (outnumbered).
  8845 | D:7      | 8845 ||| Stepping ~*~*~tactically~*~*~ (outnumbered).
  8847 | D:7      | 8847 ||| Stepping ~*~*~tactically~*~*~ (outnumbered).
  8849 | D:7      | 8849 ||| Stepping ~*~*~tactically~*~*~ (outnumbered).
  8851 | D:7      | 8851 ||| Stepping ~*~*~tactically~*~*~ (outnumbered).
  8853 | D:7      | 8853 ||| Stepping ~*~*~tactically~*~*~ (outnumbered).
  8855 | D:7      | 8855 ||| Stepping ~*~*~tactically~*~*~ (outnumbered).
  8857 | D:7      | 8857 ||| Stepping ~*~*~tactically~*~*~ (outnumbered).
  8859 | D:7      | 8859 ||| Stepping ~*~*~tactically~*~*~ (outnumbered).
  8861 | D:7      | 8861 ||| Stepping ~*~*~tactically~*~*~ (outnumbered).
  8863 | D:7      | 8863 ||| Stepping ~*~*~tactically~*~*~ (outnumbered).
  8865 | D:7      | 8865 ||| Stepping ~*~*~tactically~*~*~ (outnumbered).
  8867 | D:7      | 8867 ||| Stepping ~*~*~tactically~*~*~ (outnumbered).
  8869 | D:7      | 8869 ||| Stepping ~*~*~tactically~*~*~ (outnumbered).
  8871 | D:7      | 8871 ||| Stepping ~*~*~tactically~*~*~ (outnumbered).
  8873 | D:7      | 8873 ||| Stepping ~*~*~tactically~*~*~ (outnumbered).
  8875 | D:7      | 8875 ||| Stepping ~*~*~tactically~*~*~ (outnumbered).
  8877 | D:7      | 8877 ||| Stepping ~*~*~tactically~*~*~ (outnumbered).
  8879 | D:7      | 8879 ||| Stepping ~*~*~tactically~*~*~ (outnumbered).
  8881 | D:7      | 8881 ||| Stepping ~*~*~tactically~*~*~ (outnumbered).
  8883 | D:7      | 8883 ||| Stepping ~*~*~tactically~*~*~ (outnumbered).
  8885 | D:7      | 8885 ||| Stepping ~*~*~tactically~*~*~ (outnumbered).
  8887 | D:7      | 8887 ||| Stepping ~*~*~tactically~*~*~ (outnumbered).
  8889 | D:7      | 8889 ||| Stepping ~*~*~tactically~*~*~ (outnumbered).
  8891 | D:7      | 8891 ||| Stepping ~*~*~tactically~*~*~ (outnumbered).
  8893 | D:7      | 8893 ||| Stepping ~*~*~tactically~*~*~ (outnumbered).
  8895 | D:7      | 8895 ||| Stepping ~*~*~tactically~*~*~ (outnumbered).
  8897 | D:7      | 8897 ||| Stepping ~*~*~tactically~*~*~ (outnumbered).
  8899 | D:7      | 8899 ||| Stepping ~*~*~tactically~*~*~ (outnumbered).
  8901 | D:7      | 8901 ||| Stepping ~*~*~tactically~*~*~ (outnumbered).
  8903 | D:7      | 8903 ||| Stepping ~*~*~tactically~*~*~ (outnumbered).
  8905 | D:7      | 8905 ||| Stepping ~*~*~tactically~*~*~ (outnumbered).
  8907 | D:7      | 8907 ||| Stepping ~*~*~tactically~*~*~ (outnumbered).
  8909 | D:7      | 8909 ||| Stepping ~*~*~tactically~*~*~ (outnumbered).
  8911 | D:7      | 8911 ||| Stepping ~*~*~tactically~*~*~ (outnumbered).
  8913 | D:7      | 8913 ||| Stepping ~*~*~tactically~*~*~ (outnumbered).
  8915 | D:7      | 8915 ||| Stepping ~*~*~tactically~*~*~ (outnumbered).
  8917 | D:7      | 8917 ||| Stepping ~*~*~tactically~*~*~ (outnumbered).
  8919 | D:7      | 8919 ||| Stepping ~*~*~tactically~*~*~ (outnumbered).
  8921 | D:7      | 8921 ||| Stepping ~*~*~tactically~*~*~ (outnumbered).
  8923 | D:7      | 8923 ||| Stepping ~*~*~tactically~*~*~ (outnumbered).
  8925 | D:7      | 8925 ||| Stepping ~*~*~tactically~*~*~ (outnumbered).
  8927 | D:7      | 8927 ||| Stepping ~*~*~tactically~*~*~ (outnumbered).
  8929 | D:7      | 8929 ||| Stepping ~*~*~tactically~*~*~ (outnumbered).
  8931 | D:7      | 8931 ||| Stepping ~*~*~tactically~*~*~ (outnumbered).
  8933 | D:7      | 8933 ||| Stepping ~*~*~tactically~*~*~ (outnumbered).
  8935 | D:7      | 8935 ||| Stepping ~*~*~tactically~*~*~ (outnumbered).
  8937 | D:7      | 8937 ||| Stepping ~*~*~tactically~*~*~ (outnumbered).
  8939 | D:7      | 8939 ||| Stepping ~*~*~tactically~*~*~ (outnumbered).
  8941 | D:7      | 8941 ||| Stepping ~*~*~tactically~*~*~ (outnumbered).
  8943 | D:7      | 8943 ||| Stepping ~*~*~tactically~*~*~ (outnumbered).
  8945 | D:7      | 8945 ||| Stepping ~*~*~tactically~*~*~ (outnumbered).
  8947 | D:7      | 8947 ||| Stepping ~*~*~tactically~*~*~ (outnumbered).
  8949 | D:7      | 8949 ||| Stepping ~*~*~tactically~*~*~ (outnumbered).
  8951 | D:7      | 8951 ||| Stepping ~*~*~tactically~*~*~ (outnumbered).
  8953 | D:7      | 8953 ||| Stepping ~*~*~tactically~*~*~ (outnumbered).
  8955 | D:7      | 8955 ||| Stepping ~*~*~tactically~*~*~ (outnumbered).
  8957 | D:7      | 8957 ||| Stepping ~*~*~tactically~*~*~ (outnumbered).
  8959 | D:7      | 8959 ||| Stepping ~*~*~tactically~*~*~ (outnumbered).
  8961 | D:7      | 8961 ||| Stepping ~*~*~tactically~*~*~ (outnumbered).
  8963 | D:7      | 8963 ||| Stepping ~*~*~tactically~*~*~ (outnumbered).
  8965 | D:7      | 8965 ||| Stepping ~*~*~tactically~*~*~ (outnumbered).
  8967 | D:7      | 8967 ||| Stepping ~*~*~tactically~*~*~ (outnumbered).
  8969 | D:7      | 8969 ||| Stepping ~*~*~tactically~*~*~ (outnumbered).
  8971 | D:7      | 8971 ||| Stepping ~*~*~tactically~*~*~ (outnumbered).
  8973 | D:7      | 8973 ||| Stepping ~*~*~tactically~*~*~ (outnumbered).
  8975 | D:7      | 8975 ||| Stepping ~*~*~tactically~*~*~ (outnumbered).
  8977 | D:7      | 8977 ||| Stepping ~*~*~tactically~*~*~ (outnumbered).
  8979 | D:7      | 8979 ||| Stepping ~*~*~tactically~*~*~ (outnumbered).
  8981 | D:7      | 8981 ||| Stepping ~*~*~tactically~*~*~ (outnumbered).
  8983 | D:7      | 8983 ||| Stepping ~*~*~tactically~*~*~ (outnumbered).
  8985 | D:7      | 8985 ||| Stepping ~*~*~tactically~*~*~ (outnumbered).
  8987 | D:7      | 8987 ||| Stepping ~*~*~tactically~*~*~ (outnumbered).
  8989 | D:7      | 8989 ||| Stepping ~*~*~tactically~*~*~ (outnumbered).
  8991 | D:7      | 8991 ||| Stepping ~*~*~tactically~*~*~ (outnumbered).
  8993 | D:7      | 8993 ||| Stepping ~*~*~tactically~*~*~ (outnumbered).
  8995 | D:7      | 8995 ||| Stepping ~*~*~tactically~*~*~ (outnumbered).
  8997 | D:7      | 8997 ||| Stepping ~*~*~tactically~*~*~ (outnumbered).
  8999 | D:7      | 8999 ||| Stepping ~*~*~tactically~*~*~ (outnumbered).
  9001 | D:7      | 9001 ||| Stepping ~*~*~tactically~*~*~ (outnumbered).
  9003 | D:7      | 9003 ||| Stepping ~*~*~tactically~*~*~ (outnumbered).
  9005 | D:7      | 9005 ||| Stepping ~*~*~tactically~*~*~ (outnumbered).
  9007 | D:7      | 9007 ||| Stepping ~*~*~tactically~*~*~ (outnumbered).
  9009 | D:7      | 9009 ||| Stepping ~*~*~tactically~*~*~ (outnumbered).
  9011 | D:7      | 9011 ||| Stepping ~*~*~tactically~*~*~ (outnumbered).
  9013 | D:7      | 9013 ||| Stepping ~*~*~tactically~*~*~ (outnumbered).
  9015 | D:7      | 9015 ||| Stepping ~*~*~tactically~*~*~ (outnumbered).
  9017 | D:7      | 9017 ||| Stepping ~*~*~tactically~*~*~ (outnumbered).
  9019 | D:7      | 9019 ||| Stepping ~*~*~tactically~*~*~ (outnumbered).
  9021 | D:7      | 9021 ||| Stepping ~*~*~tactically~*~*~ (outnumbered).
  9023 | D:7      | 9023 ||| Stepping ~*~*~tactically~*~*~ (outnumbered).
  9025 | D:7      | 9025 ||| Stepping ~*~*~tactically~*~*~ (outnumbered).
  9027 | D:7      | 9027 ||| Stepping ~*~*~tactically~*~*~ (outnumbered).
  9029 | D:7      | 9029 ||| Stepping ~*~*~tactically~*~*~ (outnumbered).
  9031 | D:7      | 9031 ||| Stepping ~*~*~tactically~*~*~ (outnumbered).
  9033 | D:7      | 9033 ||| Stepping ~*~*~tactically~*~*~ (outnumbered).
  9035 | D:7      | 9035 ||| Stepping ~*~*~tactically~*~*~ (outnumbered).
  9037 | D:7      | 9037 ||| Stepping ~*~*~tactically~*~*~ (outnumbered).
  9039 | D:7      | 9039 ||| Stepping ~*~*~tactically~*~*~ (outnumbered).
  9041 | D:7      | 9041 ||| Stepping ~*~*~tactically~*~*~ (outnumbered).
  9043 | D:7      | 9043 ||| Stepping ~*~*~tactically~*~*~ (outnumbered).
  9045 | D:7      | 9045 ||| Stepping ~*~*~tactically~*~*~ (outnumbered).
  9047 | D:7      | 9047 ||| Stepping ~*~*~tactically~*~*~ (outnumbered).
  9049 | D:7      | 9049 ||| Stepping ~*~*~tactically~*~*~ (outnumbered).
  9051 | D:7      | 9051 ||| Stepping ~*~*~tactically~*~*~ (outnumbered).
  9053 | D:7      | 9053 ||| Stepping ~*~*~tactically~*~*~ (outnumbered).
  9055 | D:7      | 9055 ||| Stepping ~*~*~tactically~*~*~ (outnumbered).
  9057 | D:7      | 9057 ||| Stepping ~*~*~tactically~*~*~ (outnumbered).
  9059 | D:7      | 9059 ||| Stepping ~*~*~tactically~*~*~ (outnumbered).
  9061 | D:7      | 9061 ||| Stepping ~*~*~tactically~*~*~ (outnumbered).
  9063 | D:7      | 9063 ||| Stepping ~*~*~tactically~*~*~ (outnumbered).
  9065 | D:7      | 9065 ||| Stepping ~*~*~tactically~*~*~ (outnumbered).
  9067 | D:7      | 9067 ||| Stepping ~*~*~tactically~*~*~ (outnumbered).
  9069 | D:7      | 9069 ||| Stepping ~*~*~tactically~*~*~ (outnumbered).
  9071 | D:7      | 9071 ||| Stepping ~*~*~tactically~*~*~ (outnumbered).
  9073 | D:7      | 9073 ||| Stepping ~*~*~tactically~*~*~ (outnumbered).
  9075 | D:7      | 9075 ||| Stepping ~*~*~tactically~*~*~ (outnumbered).
  9077 | D:7      | 9077 ||| Stepping ~*~*~tactically~*~*~ (outnumbered).
  9079 | D:7      | 9079 ||| Stepping ~*~*~tactically~*~*~ (outnumbered).
  9081 | D:7      | 9081 ||| Stepping ~*~*~tactically~*~*~ (outnumbered).
  9083 | D:7      | 9083 ||| Stepping ~*~*~tactically~*~*~ (outnumbered).
  9085 | D:7      | 9085 ||| Stepping ~*~*~tactically~*~*~ (outnumbered).
  9087 | D:7      | 9087 ||| Stepping ~*~*~tactically~*~*~ (outnumbered).
  9089 | D:7      | 9089 ||| Stepping ~*~*~tactically~*~*~ (outnumbered).
  9091 | D:7      | 9091 ||| Stepping ~*~*~tactically~*~*~ (outnumbered).
  9093 | D:7      | 9093 ||| Stepping ~*~*~tactically~*~*~ (outnumbered).
  9095 | D:7      | 9095 ||| Stepping ~*~*~tactically~*~*~ (outnumbered).
  9097 | D:7      | 9097 ||| Stepping ~*~*~tactically~*~*~ (outnumbered).
  9099 | D:7      | 9099 ||| Stepping ~*~*~tactically~*~*~ (outnumbered).
  9101 | D:7      | 9101 ||| Stepping ~*~*~tactically~*~*~ (outnumbered).
  9103 | D:7      | 9103 ||| Stepping ~*~*~tactically~*~*~ (outnumbered).
  9105 | D:7      | 9105 ||| Stepping ~*~*~tactically~*~*~ (outnumbered).
  9107 | D:7      | 9107 ||| Stepping ~*~*~tactically~*~*~ (outnumbered).
  9109 | D:7      | 9109 ||| Stepping ~*~*~tactically~*~*~ (outnumbered).
  9111 | D:7      | 9111 ||| Stepping ~*~*~tactically~*~*~ (outnumbered).
  9113 | D:7      | 9113 ||| Stepping ~*~*~tactically~*~*~ (outnumbered).
  9115 | D:7      | 9115 ||| Stepping ~*~*~tactically~*~*~ (outnumbered).
  9117 | D:7      | 9117 ||| Stepping ~*~*~tactically~*~*~ (outnumbered).
  9119 | D:7      | 9119 ||| Stepping ~*~*~tactically~*~*~ (outnumbered).
  9121 | D:7      | 9121 ||| Stepping ~*~*~tactically~*~*~ (outnumbered).
  9123 | D:7      | 9123 ||| Stepping ~*~*~tactically~*~*~ (outnumbered).
  9125 | D:7      | 9125 ||| Stepping ~*~*~tactically~*~*~ (outnumbered).
  9127 | D:7      | 9127 ||| Stepping ~*~*~tactically~*~*~ (outnumbered).
  9129 | D:7      | 9129 ||| Stepping ~*~*~tactically~*~*~ (outnumbered).
  9131 | D:7      | 9131 ||| Stepping ~*~*~tactically~*~*~ (outnumbered).
  9133 | D:7      | 9133 ||| Stepping ~*~*~tactically~*~*~ (outnumbered).
  9135 | D:7      | 9135 ||| Stepping ~*~*~tactically~*~*~ (outnumbered).
  9137 | D:7      | 9137 ||| Stepping ~*~*~tactically~*~*~ (outnumbered).
  9139 | D:7      | 9139 ||| Stepping ~*~*~tactically~*~*~ (outnumbered).
  9141 | D:7      | 9141 ||| Stepping ~*~*~tactically~*~*~ (outnumbered).
  9143 | D:7      | 9143 ||| Stepping ~*~*~tactically~*~*~ (outnumbered).
  9145 | D:7      | 9145 ||| Stepping ~*~*~tactically~*~*~ (outnumbered).
  9147 | D:7      | 9147 ||| Stepping ~*~*~tactically~*~*~ (outnumbered).
  9149 | D:7      | 9149 ||| Stepping ~*~*~tactically~*~*~ (outnumbered).
  9151 | D:7      | 9151 ||| Stepping ~*~*~tactically~*~*~ (outnumbered).
  9153 | D:7      | 9153 ||| Stepping ~*~*~tactically~*~*~ (outnumbered).
  9155 | D:7      | 9155 ||| Stepping ~*~*~tactically~*~*~ (outnumbered).
  9157 | D:7      | 9157 ||| Stepping ~*~*~tactically~*~*~ (outnumbered).
  9159 | D:7      | 9159 ||| Stepping ~*~*~tactically~*~*~ (outnumbered).
  9161 | D:7      | 9161 ||| Stepping ~*~*~tactically~*~*~ (outnumbered).
  9163 | D:7      | 9163 ||| Stepping ~*~*~tactically~*~*~ (outnumbered).
  9165 | D:7      | 9165 ||| Stepping ~*~*~tactically~*~*~ (outnumbered).
  9167 | D:7      | 9167 ||| Stepping ~*~*~tactically~*~*~ (outnumbered).
  9169 | D:7      | 9169 ||| Stepping ~*~*~tactically~*~*~ (outnumbered).
  9171 | D:7      | 9171 ||| Stepping ~*~*~tactically~*~*~ (outnumbered).
  9173 | D:7      | 9173 ||| Stepping ~*~*~tactically~*~*~ (outnumbered).
  9175 | D:7      | 9175 ||| Stepping ~*~*~tactically~*~*~ (outnumbered).
  9177 | D:7      | 9177 ||| Stepping ~*~*~tactically~*~*~ (outnumbered).
  9179 | D:7      | 9179 ||| Stepping ~*~*~tactically~*~*~ (outnumbered).
  9181 | D:7      | 9181 ||| Stepping ~*~*~tactically~*~*~ (outnumbered).
  9183 | D:7      | 9183 ||| Stepping ~*~*~tactically~*~*~ (outnumbered).
  9185 | D:7      | 9185 ||| Stepping ~*~*~tactically~*~*~ (outnumbered).
  9187 | D:7      | 9187 ||| Stepping ~*~*~tactically~*~*~ (outnumbered).
  9189 | D:7      | 9189 ||| Stepping ~*~*~tactically~*~*~ (outnumbered).
  9191 | D:7      | 9191 ||| Stepping ~*~*~tactically~*~*~ (outnumbered).
  9193 | D:7      | 9193 ||| Stepping ~*~*~tactically~*~*~ (outnumbered).
  9195 | D:7      | 9195 ||| Stepping ~*~*~tactically~*~*~ (outnumbered).
  9197 | D:7      | 9197 ||| Stepping ~*~*~tactically~*~*~ (outnumbered).
  9199 | D:7      | 9199 ||| Stepping ~*~*~tactically~*~*~ (outnumbered).
  9201 | D:7      | 9201 ||| Stepping ~*~*~tactically~*~*~ (outnumbered).
  9203 | D:7      | 9203 ||| Stepping ~*~*~tactically~*~*~ (outnumbered).
  9205 | D:7      | 9205 ||| Stepping ~*~*~tactically~*~*~ (outnumbered).
  9207 | D:7      | 9207 ||| Stepping ~*~*~tactically~*~*~ (outnumbered).
  9209 | D:7      | 9209 ||| Stepping ~*~*~tactically~*~*~ (outnumbered).
  9211 | D:7      | 9211 ||| Stepping ~*~*~tactically~*~*~ (outnumbered).
  9213 | D:7      | 9213 ||| Stepping ~*~*~tactically~*~*~ (outnumbered).
  9215 | D:7      | 9215 ||| Stepping ~*~*~tactically~*~*~ (outnumbered).
  9217 | D:7      | 9217 ||| Stepping ~*~*~tactically~*~*~ (outnumbered).
  9219 | D:7      | 9219 ||| Stepping ~*~*~tactically~*~*~ (outnumbered).
  9221 | D:7      | 9221 ||| Stepping ~*~*~tactically~*~*~ (outnumbered).
  9223 | D:7      | 9223 ||| Stepping ~*~*~tactically~*~*~ (outnumbered).
  9225 | D:7      | 9225 ||| Stepping ~*~*~tactically~*~*~ (outnumbered).
  9227 | D:7      | 9227 ||| Stepping ~*~*~tactically~*~*~ (outnumbered).
  9229 | D:7      | 9229 ||| Stepping ~*~*~tactically~*~*~ (outnumbered).
  9231 | D:7      | 9231 ||| Stepping ~*~*~tactically~*~*~ (outnumbered).
  9233 | D:7      | 9233 ||| Stepping ~*~*~tactically~*~*~ (outnumbered).
  9235 | D:7      | 9235 ||| Stepping ~*~*~tactically~*~*~ (outnumbered).
  9237 | D:7      | 9237 ||| Stepping ~*~*~tactically~*~*~ (outnumbered).
  9239 | D:7      | 9239 ||| Stepping ~*~*~tactically~*~*~ (outnumbered).
  9241 | D:7      | 9241 ||| Stepping ~*~*~tactically~*~*~ (outnumbered).
  9243 | D:7      | 9243 ||| Stepping ~*~*~tactically~*~*~ (outnumbered).
  9245 | D:7      | 9245 ||| Stepping ~*~*~tactically~*~*~ (outnumbered).
  9247 | D:7      | 9247 ||| Stepping ~*~*~tactically~*~*~ (outnumbered).
  9249 | D:7      | 9249 ||| Stepping ~*~*~tactically~*~*~ (outnumbered).
  9251 | D:7      | 9251 ||| Stepping ~*~*~tactically~*~*~ (outnumbered).
  9253 | D:7      | 9253 ||| Stepping ~*~*~tactically~*~*~ (outnumbered).
  9255 | D:7      | 9255 ||| Stepping ~*~*~tactically~*~*~ (outnumbered).
  9257 | D:7      | 9257 ||| Stepping ~*~*~tactically~*~*~ (outnumbered).
  9259 | D:7      | 9259 ||| Stepping ~*~*~tactically~*~*~ (outnumbered).
  9261 | D:7      | 9261 ||| Stepping ~*~*~tactically~*~*~ (outnumbered).
  9263 | D:7      | 9263 ||| Stepping ~*~*~tactically~*~*~ (outnumbered).
  9265 | D:7      | 9265 ||| Stepping ~*~*~tactically~*~*~ (outnumbered).
  9267 | D:7      | 9267 ||| Stepping ~*~*~tactically~*~*~ (outnumbered).
  9269 | D:7      | 9269 ||| Stepping ~*~*~tactically~*~*~ (outnumbered).
  9271 | D:7      | 9271 ||| Stepping ~*~*~tactically~*~*~ (outnumbered).
  9273 | D:7      | 9273 ||| Stepping ~*~*~tactically~*~*~ (outnumbered).
  9275 | D:7      | 9275 ||| Stepping ~*~*~tactically~*~*~ (outnumbered).
  9277 | D:7      | 9277 ||| Stepping ~*~*~tactically~*~*~ (outnumbered).
  9279 | D:7      | 9279 ||| Stepping ~*~*~tactically~*~*~ (outnumbered).
  9281 | D:7      | 9281 ||| Stepping ~*~*~tactically~*~*~ (outnumbered).
  9283 | D:7      | 9283 ||| Stepping ~*~*~tactically~*~*~ (outnumbered).
  9285 | D:7      | 9285 ||| Stepping ~*~*~tactically~*~*~ (outnumbered).
  9287 | D:7      | 9287 ||| Stepping ~*~*~tactically~*~*~ (outnumbered).
  9289 | D:7      | 9289 ||| Stepping ~*~*~tactically~*~*~ (outnumbered).
  9291 | D:7      | 9291 ||| Stepping ~*~*~tactically~*~*~ (outnumbered).
  9293 | D:7      | 9293 ||| Stepping ~*~*~tactically~*~*~ (outnumbered).
  9295 | D:7      | 9295 ||| Stepping ~*~*~tactically~*~*~ (outnumbered).
  9297 | D:7      | 9297 ||| Stepping ~*~*~tactically~*~*~ (outnumbered).
  9299 | D:7      | 9299 ||| Stepping ~*~*~tactically~*~*~ (outnumbered).
  9301 | D:7      | 9301 ||| Stepping ~*~*~tactically~*~*~ (outnumbered).
  9303 | D:7      | 9303 ||| Stepping ~*~*~tactically~*~*~ (outnumbered).
  9305 | D:7      | 9305 ||| Stepping ~*~*~tactically~*~*~ (outnumbered).
  9307 | D:7      | 9307 ||| Stepping ~*~*~tactically~*~*~ (outnumbered).
  9309 | D:7      | 9309 ||| Stepping ~*~*~tactically~*~*~ (outnumbered).
  9311 | D:7      | 9311 ||| Stepping ~*~*~tactically~*~*~ (outnumbered).
  9313 | D:7      | 9313 ||| Stepping ~*~*~tactically~*~*~ (outnumbered).
  9315 | D:7      | 9315 ||| Stepping ~*~*~tactically~*~*~ (outnumbered).
  9317 | D:7      | 9317 ||| Stepping ~*~*~tactically~*~*~ (outnumbered).
  9319 | D:7      | 9319 ||| Stepping ~*~*~tactically~*~*~ (outnumbered).
  9321 | D:7      | 9321 ||| Stepping ~*~*~tactically~*~*~ (outnumbered).
  9323 | D:7      | 9323 ||| Stepping ~*~*~tactically~*~*~ (outnumbered).
  9325 | D:7      | 9325 ||| Stepping ~*~*~tactically~*~*~ (outnumbered).
  9327 | D:7      | 9327 ||| Stepping ~*~*~tactically~*~*~ (outnumbered).
  9329 | D:7      | 9329 ||| Stepping ~*~*~tactically~*~*~ (outnumbered).
  9331 | D:7      | 9331 ||| Stepping ~*~*~tactically~*~*~ (outnumbered).
  9333 | D:7      | 9333 ||| Stepping ~*~*~tactically~*~*~ (outnumbered).
  9335 | D:7      | 9335 ||| Stepping ~*~*~tactically~*~*~ (outnumbered).
  9337 | D:7      | 9337 ||| Stepping ~*~*~tactically~*~*~ (outnumbered).
  9339 | D:7      | 9339 ||| Stepping ~*~*~tactically~*~*~ (outnumbered).
  9341 | D:7      | 9341 ||| Stepping ~*~*~tactically~*~*~ (outnumbered).
  9343 | D:7      | 9343 ||| Stepping ~*~*~tactically~*~*~ (outnumbered).
  9345 | D:7      | 9345 ||| Stepping ~*~*~tactically~*~*~ (outnumbered).
  9347 | D:7      | 9347 ||| Stepping ~*~*~tactically~*~*~ (outnumbered).
  9349 | D:7      | 9349 ||| Stepping ~*~*~tactically~*~*~ (outnumbered).
  9351 | D:7      | 9351 ||| Stepping ~*~*~tactically~*~*~ (outnumbered).
  9353 | D:7      | 9353 ||| Stepping ~*~*~tactically~*~*~ (outnumbered).
  9355 | D:7      | 9355 ||| Stepping ~*~*~tactically~*~*~ (outnumbered).
  9357 | D:7      | 9357 ||| Stepping ~*~*~tactically~*~*~ (outnumbered).
  9359 | D:7      | 9359 ||| Stepping ~*~*~tactically~*~*~ (outnumbered).
  9361 | D:7      | 9361 ||| Stepping ~*~*~tactically~*~*~ (outnumbered).
  9363 | D:7      | 9363 ||| Stepping ~*~*~tactically~*~*~ (outnumbered).
  9365 | D:7      | 9365 ||| Stepping ~*~*~tactically~*~*~ (outnumbered).
  9367 | D:7      | 9367 ||| Stepping ~*~*~tactically~*~*~ (outnumbered).
  9369 | D:7      | 9369 ||| Stepping ~*~*~tactically~*~*~ (outnumbered).
  9371 | D:7      | 9371 ||| Stepping ~*~*~tactically~*~*~ (outnumbered).
  9373 | D:7      | 9373 ||| Stepping ~*~*~tactically~*~*~ (outnumbered).
  9375 | D:7      | 9375 ||| Stepping ~*~*~tactically~*~*~ (outnumbered).
  9377 | D:7      | 9377 ||| Stepping ~*~*~tactically~*~*~ (outnumbered).
  9379 | D:7      | 9379 ||| Stepping ~*~*~tactically~*~*~ (outnumbered).
  9381 | D:7      | 9381 ||| Stepping ~*~*~tactically~*~*~ (outnumbered).
  9383 | D:7      | 9383 ||| Stepping ~*~*~tactically~*~*~ (outnumbered).
  9385 | D:7      | 9385 ||| Stepping ~*~*~tactically~*~*~ (outnumbered).
  9387 | D:7      | 9387 ||| Stepping ~*~*~tactically~*~*~ (outnumbered).
  9389 | D:7      | 9389 ||| Stepping ~*~*~tactically~*~*~ (outnumbered).
  9391 | D:7      | 9391 ||| Stepping ~*~*~tactically~*~*~ (outnumbered).
  9393 | D:7      | 9393 ||| Stepping ~*~*~tactically~*~*~ (outnumbered).
  9395 | D:7      | 9395 ||| Stepping ~*~*~tactically~*~*~ (outnumbered).
  9397 | D:7      | 9397 ||| Stepping ~*~*~tactically~*~*~ (outnumbered).
  9399 | D:7      | 9399 ||| Stepping ~*~*~tactically~*~*~ (outnumbered).
  9401 | D:7      | 9401 ||| Stepping ~*~*~tactically~*~*~ (outnumbered).
  9403 | D:7      | 9403 ||| Stepping ~*~*~tactically~*~*~ (outnumbered).
  9405 | D:7      | 9405 ||| Stepping ~*~*~tactically~*~*~ (outnumbered).
  9407 | D:7      | 9407 ||| Stepping ~*~*~tactically~*~*~ (outnumbered).
  9409 | D:7      | 9409 ||| Stepping ~*~*~tactically~*~*~ (outnumbered).
  9411 | D:7      | 9411 ||| Stepping ~*~*~tactically~*~*~ (outnumbered).
  9413 | D:7      | 9413 ||| Stepping ~*~*~tactically~*~*~ (outnumbered).
  9415 | D:7      | 9415 ||| Stepping ~*~*~tactically~*~*~ (outnumbered).
  9417 | D:7      | 9417 ||| Stepping ~*~*~tactically~*~*~ (outnumbered).
  9419 | D:7      | 9419 ||| Stepping ~*~*~tactically~*~*~ (outnumbered).
  9421 | D:7      | 9421 ||| Stepping ~*~*~tactically~*~*~ (outnumbered).
  9423 | D:7      | 9423 ||| Stepping ~*~*~tactically~*~*~ (outnumbered).
  9425 | D:7      | 9425 ||| Stepping ~*~*~tactically~*~*~ (outnumbered).
  9427 | D:7      | 9427 ||| Stepping ~*~*~tactically~*~*~ (outnumbered).
  9429 | D:7      | 9429 ||| Stepping ~*~*~tactically~*~*~ (outnumbered).
  9431 | D:7      | 9431 ||| Stepping ~*~*~tactically~*~*~ (outnumbered).
  9433 | D:7      | 9433 ||| Stepping ~*~*~tactically~*~*~ (outnumbered).
  9435 | D:7      | 9435 ||| Stepping ~*~*~tactically~*~*~ (outnumbered).
  9437 | D:7      | 9437 ||| Stepping ~*~*~tactically~*~*~ (outnumbered).
  9439 | D:7      | 9439 ||| Stepping ~*~*~tactically~*~*~ (outnumbered).
  9441 | D:7      | 9441 ||| Stepping ~*~*~tactically~*~*~ (outnumbered).
  9443 | D:7      | 9443 ||| Stepping ~*~*~tactically~*~*~ (outnumbered).
  9445 | D:7      | 9445 ||| Stepping ~*~*~tactically~*~*~ (outnumbered).
  9447 | D:7      | 9447 ||| Stepping ~*~*~tactically~*~*~ (outnumbered).
  9449 | D:7      | 9449 ||| Stepping ~*~*~tactically~*~*~ (outnumbered).
  9451 | D:7      | 9451 ||| Stepping ~*~*~tactically~*~*~ (outnumbered).
  9453 | D:7      | 9453 ||| Stepping ~*~*~tactically~*~*~ (outnumbered).
  9455 | D:7      | 9455 ||| Stepping ~*~*~tactically~*~*~ (outnumbered).
  9457 | D:7      | 9457 ||| Stepping ~*~*~tactically~*~*~ (outnumbered).
  9459 | D:7      | 9459 ||| Stepping ~*~*~tactically~*~*~ (outnumbered).
  9461 | D:7      | 9461 ||| Stepping ~*~*~tactically~*~*~ (outnumbered).
  9463 | D:7      | 9463 ||| Stepping ~*~*~tactically~*~*~ (outnumbered).
  9465 | D:7      | 9465 ||| Stepping ~*~*~tactically~*~*~ (outnumbered).
  9467 | D:7      | 9467 ||| Stepping ~*~*~tactically~*~*~ (outnumbered).
  9469 | D:7      | 9469 ||| Stepping ~*~*~tactically~*~*~ (outnumbered).
  9471 | D:7      | 9471 ||| Stepping ~*~*~tactically~*~*~ (outnumbered).
  9473 | D:7      | 9473 ||| Stepping ~*~*~tactically~*~*~ (outnumbered).
  9475 | D:7      | 9475 ||| Stepping ~*~*~tactically~*~*~ (outnumbered).
  9477 | D:7      | 9477 ||| Stepping ~*~*~tactically~*~*~ (outnumbered).
  9479 | D:7      | 9479 ||| Stepping ~*~*~tactically~*~*~ (outnumbered).
  9481 | D:7      | 9481 ||| Stepping ~*~*~tactically~*~*~ (outnumbered).
  9483 | D:7      | 9483 ||| Stepping ~*~*~tactically~*~*~ (outnumbered).
  9485 | D:7      | 9485 ||| Stepping ~*~*~tactically~*~*~ (outnumbered).
  9487 | D:7      | 9487 ||| Stepping ~*~*~tactically~*~*~ (outnumbered).
  9489 | D:7      | 9489 ||| Stepping ~*~*~tactically~*~*~ (outnumbered).
  9491 | D:7      | 9491 ||| Stepping ~*~*~tactically~*~*~ (outnumbered).
  9493 | D:7      | 9493 ||| Stepping ~*~*~tactically~*~*~ (outnumbered).
  9495 | D:7      | 9495 ||| Stepping ~*~*~tactically~*~*~ (outnumbered).
  9497 | D:7      | 9497 ||| Stepping ~*~*~tactically~*~*~ (outnumbered).
  9499 | D:7      | 9499 ||| Stepping ~*~*~tactically~*~*~ (outnumbered).
  9501 | D:7      | 9501 ||| Stepping ~*~*~tactically~*~*~ (outnumbered).
  9503 | D:7      | 9503 ||| Stepping ~*~*~tactically~*~*~ (outnumbered).
  9505 | D:7      | 9505 ||| Stepping ~*~*~tactically~*~*~ (outnumbered).
  9507 | D:7      | 9507 ||| Stepping ~*~*~tactically~*~*~ (outnumbered).
  9509 | D:7      | 9509 ||| Stepping ~*~*~tactically~*~*~ (outnumbered).
  9511 | D:7      | 9511 ||| Stepping ~*~*~tactically~*~*~ (outnumbered).
  9513 | D:7      | 9513 ||| Stepping ~*~*~tactically~*~*~ (outnumbered).
  9515 | D:7      | 9515 ||| Stepping ~*~*~tactically~*~*~ (outnumbered).
  9517 | D:7      | 9517 ||| Stepping ~*~*~tactically~*~*~ (outnumbered).
  9519 | D:7      | 9519 ||| Stepping ~*~*~tactically~*~*~ (outnumbered).
  9521 | D:7      | 9521 ||| Stepping ~*~*~tactically~*~*~ (outnumbered).
  9523 | D:7      | 9523 ||| Stepping ~*~*~tactically~*~*~ (outnumbered).
  9525 | D:7      | 9525 ||| Stepping ~*~*~tactically~*~*~ (outnumbered).
  9527 | D:7      | 9527 ||| Stepping ~*~*~tactically~*~*~ (outnumbered).
  9529 | D:7      | 9529 ||| Stepping ~*~*~tactically~*~*~ (outnumbered).
  9531 | D:7      | 9531 ||| Stepping ~*~*~tactically~*~*~ (outnumbered).
  9533 | D:7      | 9533 ||| Stepping ~*~*~tactically~*~*~ (outnumbered).
  9535 | D:7      | 9535 ||| Stepping ~*~*~tactically~*~*~ (outnumbered).
  9537 | D:7      | 9537 ||| Stepping ~*~*~tactically~*~*~ (outnumbered).
  9539 | D:7      | 9539 ||| Stepping ~*~*~tactically~*~*~ (outnumbered).
  9541 | D:7      | 9541 ||| Stepping ~*~*~tactically~*~*~ (outnumbered).
  9543 | D:7      | 9543 ||| Stepping ~*~*~tactically~*~*~ (outnumbered).
  9545 | D:7      | 9545 ||| Stepping ~*~*~tactically~*~*~ (outnumbered).
  9547 | D:7      | 9547 ||| Stepping ~*~*~tactically~*~*~ (outnumbered).
  9549 | D:7      | 9549 ||| Stepping ~*~*~tactically~*~*~ (outnumbered).
  9551 | D:7      | 9551 ||| Stepping ~*~*~tactically~*~*~ (outnumbered).
  9553 | D:7      | 9553 ||| Stepping ~*~*~tactically~*~*~ (outnumbered).
  9555 | D:7      | 9555 ||| Stepping ~*~*~tactically~*~*~ (outnumbered).
  9557 | D:7      | 9557 ||| Stepping ~*~*~tactically~*~*~ (outnumbered).
  9559 | D:7      | 9559 ||| Stepping ~*~*~tactically~*~*~ (outnumbered).
  9561 | D:7      | 9561 ||| Stepping ~*~*~tactically~*~*~ (outnumbered).
  9563 | D:7      | 9563 ||| Stepping ~*~*~tactically~*~*~ (outnumbered).
  9565 | D:7      | 9565 ||| Stepping ~*~*~tactically~*~*~ (outnumbered).
  9567 | D:7      | 9567 ||| Stepping ~*~*~tactically~*~*~ (outnumbered).
  9569 | D:7      | 9569 ||| Stepping ~*~*~tactically~*~*~ (outnumbered).
  9571 | D:7      | 9571 ||| Stepping ~*~*~tactically~*~*~ (outnumbered).
  9573 | D:7      | 9573 ||| Stepping ~*~*~tactically~*~*~ (outnumbered).
  9575 | D:7      | 9575 ||| Stepping ~*~*~tactically~*~*~ (outnumbered).
  9577 | D:7      | 9577 ||| Stepping ~*~*~tactically~*~*~ (outnumbered).
  9579 | D:7      | 9579 ||| Stepping ~*~*~tactically~*~*~ (outnumbered).
  9581 | D:7      | 9581 ||| Stepping ~*~*~tactically~*~*~ (outnumbered).
  9583 | D:7      | 9583 ||| Stepping ~*~*~tactically~*~*~ (outnumbered).
  9585 | D:7      | 9585 ||| Stepping ~*~*~tactically~*~*~ (outnumbered).
  9587 | D:7      | 9587 ||| Stepping ~*~*~tactically~*~*~ (outnumbered).
  9589 | D:7      | 9589 ||| Stepping ~*~*~tactically~*~*~ (outnumbered).
  9591 | D:7      | 9591 ||| Stepping ~*~*~tactically~*~*~ (outnumbered).
  9593 | D:7      | 9593 ||| Stepping ~*~*~tactically~*~*~ (outnumbered).
  9595 | D:7      | 9595 ||| Stepping ~*~*~tactically~*~*~ (outnumbered).
  9597 | D:7      | 9597 ||| Stepping ~*~*~tactically~*~*~ (outnumbered).
  9599 | D:7      | 9599 ||| Stepping ~*~*~tactically~*~*~ (outnumbered).
  9601 | D:7      | 9601 ||| Stepping ~*~*~tactically~*~*~ (outnumbered).
  9603 | D:7      | 9603 ||| Stepping ~*~*~tactically~*~*~ (outnumbered).
  9605 | D:7      | 9605 ||| Stepping ~*~*~tactically~*~*~ (outnumbered).
  9607 | D:7      | 9607 ||| Stepping ~*~*~tactically~*~*~ (outnumbered).
  9609 | D:7      | 9609 ||| Stepping ~*~*~tactically~*~*~ (outnumbered).
  9611 | D:7      | 9611 ||| Stepping ~*~*~tactically~*~*~ (outnumbered).
  9613 | D:7      | 9613 ||| Stepping ~*~*~tactically~*~*~ (outnumbered).
  9615 | D:7      | 9615 ||| Stepping ~*~*~tactically~*~*~ (outnumbered).
  9617 | D:7      | 9617 ||| Stepping ~*~*~tactically~*~*~ (outnumbered).
  9619 | D:7      | 9619 ||| Stepping ~*~*~tactically~*~*~ (outnumbered).
  9621 | D:7      | 9621 ||| Stepping ~*~*~tactically~*~*~ (outnumbered).
  9623 | D:7      | 9623 ||| Stepping ~*~*~tactically~*~*~ (outnumbered).
  9625 | D:7      | 9625 ||| Stepping ~*~*~tactically~*~*~ (outnumbered).
  9627 | D:7      | 9627 ||| Stepping ~*~*~tactically~*~*~ (outnumbered).
  9628 | D:7      | 9628 ||| Stepping ~*~*~tactically~*~*~ (stealth).
  9629 | D:7      | 9629 ||| Stepping ~*~*~tactically~*~*~ (outnumbered).
  9631 | D:7      | 9631 ||| Stepping ~*~*~tactically~*~*~ (outnumbered).
  9633 | D:7      | 9633 ||| Stepping ~*~*~tactically~*~*~ (outnumbered).
  9635 | D:7      | 9635 ||| Stepping ~*~*~tactically~*~*~ (outnumbered).
  9637 | D:7      | 9637 ||| Stepping ~*~*~tactically~*~*~ (outnumbered).
  9639 | D:7      | 9639 ||| Stepping ~*~*~tactically~*~*~ (outnumbered).
  9641 | D:7      | 9641 ||| Stepping ~*~*~tactically~*~*~ (outnumbered).
  9643 | D:7      | 9643 ||| Stepping ~*~*~tactically~*~*~ (outnumbered).
  9645 | D:7      | 9645 ||| Stepping ~*~*~tactically~*~*~ (outnumbered).
  9647 | D:7      | 9647 ||| Stepping ~*~*~tactically~*~*~ (outnumbered).
  9649 | D:7      | 9649 ||| Stepping ~*~*~tactically~*~*~ (outnumbered).
  9651 | D:7      | 9651 ||| Stepping ~*~*~tactically~*~*~ (outnumbered).
  9653 | D:7      | 9653 ||| Stepping ~*~*~tactically~*~*~ (outnumbered).
  9655 | D:7      | 9655 ||| Stepping ~*~*~tactically~*~*~ (outnumbered).
  9657 | D:7      | 9657 ||| Stepping ~*~*~tactically~*~*~ (outnumbered).
  9659 | D:7      | 9659 ||| Stepping ~*~*~tactically~*~*~ (outnumbered).
  9661 | D:7      | 9661 ||| Stepping ~*~*~tactically~*~*~ (outnumbered).
  9663 | D:7      | 9663 ||| Stepping ~*~*~tactically~*~*~ (outnumbered).
  9665 | D:7      | 9665 ||| Stepping ~*~*~tactically~*~*~ (outnumbered).
  9667 | D:7      | 9667 ||| Stepping ~*~*~tactically~*~*~ (outnumbered).
  9669 | D:7      | 9669 ||| Stepping ~*~*~tactically~*~*~ (outnumbered).
  9671 | D:7      | 9671 ||| Stepping ~*~*~tactically~*~*~ (outnumbered).
  9673 | D:7      | 9673 ||| Stepping ~*~*~tactically~*~*~ (outnumbered).
  9675 | D:7      | 9675 ||| Stepping ~*~*~tactically~*~*~ (outnumbered).
  9677 | D:7      | 9677 ||| Stepping ~*~*~tactically~*~*~ (outnumbered).
  9679 | D:7      | 9679 ||| Stepping ~*~*~tactically~*~*~ (outnumbered).
  9681 | D:7      | 9681 ||| Stepping ~*~*~tactically~*~*~ (outnumbered).
  9683 | D:7      | 9683 ||| Stepping ~*~*~tactically~*~*~ (outnumbered).
  9685 | D:7      | 9685 ||| Stepping ~*~*~tactically~*~*~ (outnumbered).
  9687 | D:7      | 9687 ||| Stepping ~*~*~tactically~*~*~ (outnumbered).
  9689 | D:7      | 9689 ||| Stepping ~*~*~tactically~*~*~ (outnumbered).
  9691 | D:7      | 9691 ||| Stepping ~*~*~tactically~*~*~ (outnumbered).
  9693 | D:7      | 9693 ||| Stepping ~*~*~tactically~*~*~ (outnumbered).
  9695 | D:7      | 9695 ||| Stepping ~*~*~tactically~*~*~ (outnumbered).
  9697 | D:7      | 9697 ||| Stepping ~*~*~tactically~*~*~ (outnumbered).
  9699 | D:7      | 9699 ||| Stepping ~*~*~tactically~*~*~ (outnumbered).
  9701 | D:7      | 9701 ||| Stepping ~*~*~tactically~*~*~ (outnumbered).
  9703 | D:7      | 9703 ||| Stepping ~*~*~tactically~*~*~ (outnumbered).
  9705 | D:7      | 9705 ||| Stepping ~*~*~tactically~*~*~ (outnumbered).
  9707 | D:7      | 9707 ||| Stepping ~*~*~tactically~*~*~ (outnumbered).
  9709 | D:7      | 9709 ||| Stepping ~*~*~tactically~*~*~ (outnumbered).
  9711 | D:7      | 9711 ||| Stepping ~*~*~tactically~*~*~ (outnumbered).
  9713 | D:7      | 9713 ||| Stepping ~*~*~tactically~*~*~ (outnumbered).
  9715 | D:7      | 9715 ||| Stepping ~*~*~tactically~*~*~ (outnumbered).
  9717 | D:7      | 9717 ||| Stepping ~*~*~tactically~*~*~ (outnumbered).
  9719 | D:7      | 9719 ||| Stepping ~*~*~tactically~*~*~ (outnumbered).
  9721 | D:7      | 9721 ||| Stepping ~*~*~tactically~*~*~ (outnumbered).
  9723 | D:7      | 9723 ||| Stepping ~*~*~tactically~*~*~ (outnumbered).
  9725 | D:7      | 9725 ||| Stepping ~*~*~tactically~*~*~ (outnumbered).
  9727 | D:7      | 9727 ||| Stepping ~*~*~tactically~*~*~ (outnumbered).
  9729 | D:7      | 9729 ||| Stepping ~*~*~tactically~*~*~ (outnumbered).
  9731 | D:7      | 9731 ||| Stepping ~*~*~tactically~*~*~ (outnumbered).
  9733 | D:7      | 9733 ||| Stepping ~*~*~tactically~*~*~ (outnumbered).
  9735 | D:7      | 9735 ||| Stepping ~*~*~tactically~*~*~ (outnumbered).
  9737 | D:7      | 9737 ||| Stepping ~*~*~tactically~*~*~ (outnumbered).
  9739 | D:7      | 9739 ||| Stepping ~*~*~tactically~*~*~ (outnumbered).
  9741 | D:7      | 9741 ||| Stepping ~*~*~tactically~*~*~ (outnumbered).
  9743 | D:7      | 9743 ||| Stepping ~*~*~tactically~*~*~ (outnumbered).
  9745 | D:7      | 9745 ||| Stepping ~*~*~tactically~*~*~ (outnumbered).
  9747 | D:7      | 9747 ||| Stepping ~*~*~tactically~*~*~ (outnumbered).
  9749 | D:7      | 9749 ||| Stepping ~*~*~tactically~*~*~ (outnumbered).
  9751 | D:7      | 9751 ||| Stepping ~*~*~tactically~*~*~ (outnumbered).
  9753 | D:7      | 9753 ||| Stepping ~*~*~tactically~*~*~ (outnumbered).
  9755 | D:7      | 9755 ||| Stepping ~*~*~tactically~*~*~ (outnumbered).
  9757 | D:7      | 9757 ||| Stepping ~*~*~tactically~*~*~ (outnumbered).
  9759 | D:7      | 9759 ||| Stepping ~*~*~tactically~*~*~ (outnumbered).
  9761 | D:7      | 9761 ||| Stepping ~*~*~tactically~*~*~ (outnumbered).
  9763 | D:7      | 9763 ||| Stepping ~*~*~tactically~*~*~ (outnumbered).
  9765 | D:7      | 9765 ||| Stepping ~*~*~tactically~*~*~ (outnumbered).
  9767 | D:7      | 9767 ||| Stepping ~*~*~tactically~*~*~ (outnumbered).
  9769 | D:7      | 9769 ||| Stepping ~*~*~tactically~*~*~ (outnumbered).
  9771 | D:7      | 9771 ||| Stepping ~*~*~tactically~*~*~ (outnumbered).
  9773 | D:7      | 9773 ||| Stepping ~*~*~tactically~*~*~ (outnumbered).
  9775 | D:7      | 9775 ||| Stepping ~*~*~tactically~*~*~ (outnumbered).
  9777 | D:7      | 9777 ||| Stepping ~*~*~tactically~*~*~ (outnumbered).
  9779 | D:7      | 9779 ||| Stepping ~*~*~tactically~*~*~ (outnumbered).
  9781 | D:7      | 9781 ||| Stepping ~*~*~tactically~*~*~ (outnumbered).
  9783 | D:7      | 9783 ||| Stepping ~*~*~tactically~*~*~ (outnumbered).
  9785 | D:7      | 9785 ||| Stepping ~*~*~tactically~*~*~ (outnumbered).
  9787 | D:7      | 9787 ||| Stepping ~*~*~tactically~*~*~ (outnumbered).
  9789 | D:7      | 9789 ||| Stepping ~*~*~tactically~*~*~ (outnumbered).
  9791 | D:7      | 9791 ||| Stepping ~*~*~tactically~*~*~ (outnumbered).
  9793 | D:7      | 9793 ||| Stepping ~*~*~tactically~*~*~ (outnumbered).
  9795 | D:7      | 9795 ||| Stepping ~*~*~tactically~*~*~ (outnumbered).
  9797 | D:7      | 9797 ||| Stepping ~*~*~tactically~*~*~ (outnumbered).
  9799 | D:7      | 9799 ||| Stepping ~*~*~tactically~*~*~ (outnumbered).
  9801 | D:7      | 9801 ||| Stepping ~*~*~tactically~*~*~ (outnumbered).
  9803 | D:7      | 9803 ||| Stepping ~*~*~tactically~*~*~ (outnumbered).
  9805 | D:7      | 9805 ||| Stepping ~*~*~tactically~*~*~ (outnumbered).
  9807 | D:7      | 9807 ||| Stepping ~*~*~tactically~*~*~ (outnumbered).
  9809 | D:7      | 9809 ||| Stepping ~*~*~tactically~*~*~ (outnumbered).
  9811 | D:7      | 9811 ||| Stepping ~*~*~tactically~*~*~ (outnumbered).
  9813 | D:7      | 9813 ||| Stepping ~*~*~tactically~*~*~ (outnumbered).
  9815 | D:7      | 9815 ||| Stepping ~*~*~tactically~*~*~ (outnumbered).
  9817 | D:7      | 9817 ||| Stepping ~*~*~tactically~*~*~ (outnumbered).
  9819 | D:7      | 9819 ||| Stepping ~*~*~tactically~*~*~ (outnumbered).
  9821 | D:7      | 9821 ||| Stepping ~*~*~tactically~*~*~ (outnumbered).
  9823 | D:7      | 9823 ||| Stepping ~*~*~tactically~*~*~ (outnumbered).
  9825 | D:7      | 9825 ||| Stepping ~*~*~tactically~*~*~ (outnumbered).
  9827 | D:7      | 9827 ||| Stepping ~*~*~tactically~*~*~ (outnumbered).
  9829 | D:7      | 9829 ||| Stepping ~*~*~tactically~*~*~ (outnumbered).
  9831 | D:7      | 9831 ||| Stepping ~*~*~tactically~*~*~ (outnumbered).
  9833 | D:7      | 9833 ||| Stepping ~*~*~tactically~*~*~ (outnumbered).
  9835 | D:7      | 9835 ||| Stepping ~*~*~tactically~*~*~ (outnumbered).
  9837 | D:7      | 9837 ||| Stepping ~*~*~tactically~*~*~ (outnumbered).
  9839 | D:7      | 9839 ||| Stepping ~*~*~tactically~*~*~ (outnumbered).
  9841 | D:7      | 9841 ||| Stepping ~*~*~tactically~*~*~ (outnumbered).
  9843 | D:7      | 9843 ||| Stepping ~*~*~tactically~*~*~ (outnumbered).
  9845 | D:7      | 9845 ||| Stepping ~*~*~tactically~*~*~ (outnumbered).
  9847 | D:7      | 9847 ||| Stepping ~*~*~tactically~*~*~ (outnumbered).
  9849 | D:7      | 9849 ||| Stepping ~*~*~tactically~*~*~ (outnumbered).
  9851 | D:7      | 9851 ||| Stepping ~*~*~tactically~*~*~ (outnumbered).
  9853 | D:7      | 9853 ||| Stepping ~*~*~tactically~*~*~ (outnumbered).
  9855 | D:7      | 9855 ||| Stepping ~*~*~tactically~*~*~ (outnumbered).
  9857 | D:7      | 9857 ||| Stepping ~*~*~tactically~*~*~ (outnumbered).
  9859 | D:7      | 9859 ||| Stepping ~*~*~tactically~*~*~ (outnumbered).
  9861 | D:7      | 9861 ||| Stepping ~*~*~tactically~*~*~ (outnumbered).
  9863 | D:7      | 9863 ||| Stepping ~*~*~tactically~*~*~ (outnumbered).
  9865 | D:7      | 9865 ||| Stepping ~*~*~tactically~*~*~ (outnumbered).
  9867 | D:7      | 9867 ||| Stepping ~*~*~tactically~*~*~ (outnumbered).
  9869 | D:7      | 9869 ||| Stepping ~*~*~tactically~*~*~ (outnumbered).
  9871 | D:7      | 9871 ||| Stepping ~*~*~tactically~*~*~ (outnumbered).
  9873 | D:7      | 9873 ||| Stepping ~*~*~tactically~*~*~ (outnumbered).
  9875 | D:7      | 9875 ||| Stepping ~*~*~tactically~*~*~ (outnumbered).
  9877 | D:7      | 9877 ||| Stepping ~*~*~tactically~*~*~ (outnumbered).
  9879 | D:7      | 9879 ||| Stepping ~*~*~tactically~*~*~ (outnumbered).
  9881 | D:7      | 9881 ||| Stepping ~*~*~tactically~*~*~ (outnumbered).
  9883 | D:7      | 9883 ||| Stepping ~*~*~tactically~*~*~ (outnumbered).
  9885 | D:7      | 9885 ||| Stepping ~*~*~tactically~*~*~ (outnumbered).
  9887 | D:7      | 9887 ||| Stepping ~*~*~tactically~*~*~ (outnumbered).
  9889 | D:7      | 9889 ||| Stepping ~*~*~tactically~*~*~ (outnumbered).
  9891 | D:7      | 9891 ||| Stepping ~*~*~tactically~*~*~ (outnumbered).
  9893 | D:7      | 9893 ||| Stepping ~*~*~tactically~*~*~ (outnumbered).
  9895 | D:7      | 9895 ||| Stepping ~*~*~tactically~*~*~ (outnumbered).
  9897 | D:7      | 9897 ||| Stepping ~*~*~tactically~*~*~ (outnumbered).
  9899 | D:7      | 9899 ||| Stepping ~*~*~tactically~*~*~ (outnumbered).
  9901 | D:7      | 9901 ||| Stepping ~*~*~tactically~*~*~ (outnumbered).
  9903 | D:7      | 9903 ||| Stepping ~*~*~tactically~*~*~ (outnumbered).
  9905 | D:7      | 9905 ||| Stepping ~*~*~tactically~*~*~ (outnumbered).
  9907 | D:7      | 9907 ||| Stepping ~*~*~tactically~*~*~ (outnumbered).
  9909 | D:7      | 9909 ||| Stepping ~*~*~tactically~*~*~ (outnumbered).
  9911 | D:7      | 9911 ||| Stepping ~*~*~tactically~*~*~ (outnumbered).
  9913 | D:7      | 9913 ||| Stepping ~*~*~tactically~*~*~ (outnumbered).
  9915 | D:7      | 9915 ||| Stepping ~*~*~tactically~*~*~ (outnumbered).
  9917 | D:7      | 9917 ||| Stepping ~*~*~tactically~*~*~ (outnumbered).
  9919 | D:7      | 9919 ||| Stepping ~*~*~tactically~*~*~ (outnumbered).
  9921 | D:7      | 9921 ||| Stepping ~*~*~tactically~*~*~ (outnumbered).
  9923 | D:7      | 9923 ||| Stepping ~*~*~tactically~*~*~ (outnumbered).
  9925 | D:7      | 9925 ||| Stepping ~*~*~tactically~*~*~ (outnumbered).
  9927 | D:7      | 9927 ||| Stepping ~*~*~tactically~*~*~ (outnumbered).
  9929 | D:7      | 9929 ||| Stepping ~*~*~tactically~*~*~ (outnumbered).
  9931 | D:7      | 9931 ||| Stepping ~*~*~tactically~*~*~ (outnumbered).
  9933 | D:7      | 9933 ||| Stepping ~*~*~tactically~*~*~ (outnumbered).
  9935 | D:7      | 9935 ||| Stepping ~*~*~tactically~*~*~ (outnumbered).
  9937 | D:7      | 9937 ||| Stepping ~*~*~tactically~*~*~ (outnumbered).
  9939 | D:7      | 9939 ||| Stepping ~*~*~tactically~*~*~ (outnumbered).
  9941 | D:7      | 9941 ||| Stepping ~*~*~tactically~*~*~ (outnumbered).
  9943 | D:7      | 9943 ||| Stepping ~*~*~tactically~*~*~ (outnumbered).
  9945 | D:7      | 9945 ||| Stepping ~*~*~tactically~*~*~ (outnumbered).
  9947 | D:7      | 9947 ||| Stepping ~*~*~tactically~*~*~ (outnumbered).
  9949 | D:7      | 9949 ||| Stepping ~*~*~tactically~*~*~ (outnumbered).
  9951 | D:7      | 9951 ||| Stepping ~*~*~tactically~*~*~ (outnumbered).
  9953 | D:7      | 9953 ||| Stepping ~*~*~tactically~*~*~ (outnumbered).
  9955 | D:7      | 9955 ||| Stepping ~*~*~tactically~*~*~ (outnumbered).
  9957 | D:7      | 9957 ||| Stepping ~*~*~tactically~*~*~ (outnumbered).
  9959 | D:7      | 9959 ||| Stepping ~*~*~tactically~*~*~ (outnumbered).
  9961 | D:7      | 9961 ||| Stepping ~*~*~tactically~*~*~ (outnumbered).
  9963 | D:7      | 9963 ||| Stepping ~*~*~tactically~*~*~ (outnumbered).
  9965 | D:7      | 9965 ||| Stepping ~*~*~tactically~*~*~ (outnumbered).
  9967 | D:7      | 9967 ||| Stepping ~*~*~tactically~*~*~ (outnumbered).
  9969 | D:7      | 9969 ||| Stepping ~*~*~tactically~*~*~ (outnumbered).
  9971 | D:7      | 9971 ||| Stepping ~*~*~tactically~*~*~ (outnumbered).
  9973 | D:7      | 9973 ||| Stepping ~*~*~tactically~*~*~ (outnumbered).
  9975 | D:7      | 9975 ||| Stepping ~*~*~tactically~*~*~ (outnumbered).
  9977 | D:7      | 9977 ||| Stepping ~*~*~tactically~*~*~ (outnumbered).
  9979 | D:7      | 9979 ||| Stepping ~*~*~tactically~*~*~ (outnumbered).
  9981 | D:7      | 9981 ||| Stepping ~*~*~tactically~*~*~ (outnumbered).
  9983 | D:7      | 9983 ||| Stepping ~*~*~tactically~*~*~ (outnumbered).
  9985 | D:7      | 9985 ||| Stepping ~*~*~tactically~*~*~ (outnumbered).
  9987 | D:7      | 9987 ||| Stepping ~*~*~tactically~*~*~ (outnumbered).
  9989 | D:7      | 9989 ||| Stepping ~*~*~tactically~*~*~ (outnumbered).
  9991 | D:7      | 9991 ||| Stepping ~*~*~tactically~*~*~ (outnumbered).
  9993 | D:7      | 9993 ||| Stepping ~*~*~tactically~*~*~ (outnumbered).
  9995 | D:7      | 9995 ||| Stepping ~*~*~tactically~*~*~ (outnumbered).
  9997 | D:7      | 9997 ||| Stepping ~*~*~tactically~*~*~ (outnumbered).
  9999 | D:7      | 9999 ||| Stepping ~*~*~tactically~*~*~ (outnumbered).
 10001 | D:7      | 10001 ||| Stepping ~*~*~tactically~*~*~ (outnumbered).
 10003 | D:7      | 10003 ||| Stepping ~*~*~tactically~*~*~ (outnumbered).
 10005 | D:7      | 10005 ||| Stepping ~*~*~tactically~*~*~ (outnumbered).
 10007 | D:7      | 10007 ||| Stepping ~*~*~tactically~*~*~ (outnumbered).
 10009 | D:7      | 10009 ||| Stepping ~*~*~tactically~*~*~ (outnumbered).
 10011 | D:7      | 10011 ||| Stepping ~*~*~tactically~*~*~ (outnumbered).
 10013 | D:7      | 10013 ||| Stepping ~*~*~tactically~*~*~ (outnumbered).
 10015 | D:7      | 10015 ||| Stepping ~*~*~tactically~*~*~ (outnumbered).
 10017 | D:7      | 10017 ||| Stepping ~*~*~tactically~*~*~ (outnumbered).
 10019 | D:7      | 10019 ||| Stepping ~*~*~tactically~*~*~ (outnumbered).
 10021 | D:7      | 10021 ||| Stepping ~*~*~tactically~*~*~ (outnumbered).
 10023 | D:7      | 10023 ||| Stepping ~*~*~tactically~*~*~ (outnumbered).
 10025 | D:7      | 10025 ||| Stepping ~*~*~tactically~*~*~ (outnumbered).
 10027 | D:7      | 10027 ||| Stepping ~*~*~tactically~*~*~ (outnumbered).
 10029 | D:7      | 10029 ||| Stepping ~*~*~tactically~*~*~ (outnumbered).
 10031 | D:7      | 10031 ||| Stepping ~*~*~tactically~*~*~ (outnumbered).
 10033 | D:7      | 10033 ||| Stepping ~*~*~tactically~*~*~ (outnumbered).
 10035 | D:7      | 10035 ||| Stepping ~*~*~tactically~*~*~ (outnumbered).
 10037 | D:7      | 10037 ||| Stepping ~*~*~tactically~*~*~ (outnumbered).
 10039 | D:7      | 10039 ||| Stepping ~*~*~tactically~*~*~ (outnumbered).
 10041 | D:7      | 10041 ||| Stepping ~*~*~tactically~*~*~ (outnumbered).
 10043 | D:7      | 10043 ||| Stepping ~*~*~tactically~*~*~ (outnumbered).
 10045 | D:7      | 10045 ||| Stepping ~*~*~tactically~*~*~ (outnumbered).
 10047 | D:7      | 10047 ||| Stepping ~*~*~tactically~*~*~ (outnumbered).
 10049 | D:7      | 10049 ||| Stepping ~*~*~tactically~*~*~ (outnumbered).
 10051 | D:7      | 10051 ||| Stepping ~*~*~tactically~*~*~ (outnumbered).
 10053 | D:7      | 10053 ||| Stepping ~*~*~tactically~*~*~ (outnumbered).
 10055 | D:7      | 10055 ||| Stepping ~*~*~tactically~*~*~ (outnumbered).
 10057 | D:7      | 10057 ||| Stepping ~*~*~tactically~*~*~ (outnumbered).
 10059 | D:7      | 10059 ||| Stepping ~*~*~tactically~*~*~ (outnumbered).
 10061 | D:7      | 10061 ||| Stepping ~*~*~tactically~*~*~ (outnumbered).
 10063 | D:7      | 10063 ||| Stepping ~*~*~tactically~*~*~ (outnumbered).
 10065 | D:7      | 10065 ||| Stepping ~*~*~tactically~*~*~ (outnumbered).
 10067 | D:7      | 10067 ||| Stepping ~*~*~tactically~*~*~ (outnumbered).
 10069 | D:7      | 10069 ||| Stepping ~*~*~tactically~*~*~ (outnumbered).
 10071 | D:7      | 10071 ||| Stepping ~*~*~tactically~*~*~ (outnumbered).
 10073 | D:7      | 10073 ||| Stepping ~*~*~tactically~*~*~ (outnumbered).
 10075 | D:7      | 10075 ||| Stepping ~*~*~tactically~*~*~ (outnumbered).
 10077 | D:7      | 10077 ||| Stepping ~*~*~tactically~*~*~ (outnumbered).
 10079 | D:7      | 10079 ||| Stepping ~*~*~tactically~*~*~ (outnumbered).
 10081 | D:7      | 10081 ||| Stepping ~*~*~tactically~*~*~ (outnumbered).
 10083 | D:7      | 10083 ||| Stepping ~*~*~tactically~*~*~ (outnumbered).
 10085 | D:7      | 10085 ||| Stepping ~*~*~tactically~*~*~ (outnumbered).
 10087 | D:7      | 10087 ||| Stepping ~*~*~tactically~*~*~ (outnumbered).
 10089 | D:7      | 10089 ||| Stepping ~*~*~tactically~*~*~ (outnumbered).
 10091 | D:7      | 10091 ||| Stepping ~*~*~tactically~*~*~ (outnumbered).
 10093 | D:7      | 10093 ||| Stepping ~*~*~tactically~*~*~ (outnumbered).
 10095 | D:7      | 10095 ||| Stepping ~*~*~tactically~*~*~ (outnumbered).
 10097 | D:7      | 10097 ||| Stepping ~*~*~tactically~*~*~ (outnumbered).
 10099 | D:7      | 10099 ||| Stepping ~*~*~tactically~*~*~ (outnumbered).
 10101 | D:7      | 10101 ||| Stepping ~*~*~tactically~*~*~ (outnumbered).
 10103 | D:7      | 10103 ||| Stepping ~*~*~tactically~*~*~ (outnumbered).
 10105 | D:7      | 10105 ||| Stepping ~*~*~tactically~*~*~ (outnumbered).
 10107 | D:7      | 10107 ||| Stepping ~*~*~tactically~*~*~ (outnumbered).
 10109 | D:7      | 10109 ||| Stepping ~*~*~tactically~*~*~ (outnumbered).
 10111 | D:7      | 10111 ||| Stepping ~*~*~tactically~*~*~ (outnumbered).
 10113 | D:7      | 10113 ||| Stepping ~*~*~tactically~*~*~ (outnumbered).
 10115 | D:7      | 10115 ||| Stepping ~*~*~tactically~*~*~ (outnumbered).
 10117 | D:7      | 10117 ||| Stepping ~*~*~tactically~*~*~ (outnumbered).
 10119 | D:7      | 10119 ||| Stepping ~*~*~tactically~*~*~ (outnumbered).
 10121 | D:7      | 10121 ||| Stepping ~*~*~tactically~*~*~ (outnumbered).
 10123 | D:7      | 10123 ||| Stepping ~*~*~tactically~*~*~ (outnumbered).
 10125 | D:7      | 10125 ||| Stepping ~*~*~tactically~*~*~ (outnumbered).
 10127 | D:7      | 10127 ||| Stepping ~*~*~tactically~*~*~ (outnumbered).
 10129 | D:7      | 10129 ||| Stepping ~*~*~tactically~*~*~ (outnumbered).
 10131 | D:7      | 10131 ||| Stepping ~*~*~tactically~*~*~ (outnumbered).
 10133 | D:7      | 10133 ||| Stepping ~*~*~tactically~*~*~ (outnumbered).
 10135 | D:7      | 10135 ||| Stepping ~*~*~tactically~*~*~ (outnumbered).
 10137 | D:7      | 10137 ||| Stepping ~*~*~tactically~*~*~ (outnumbered).
 10139 | D:7      | 10139 ||| Stepping ~*~*~tactically~*~*~ (outnumbered).
 10141 | D:7      | 10141 ||| Stepping ~*~*~tactically~*~*~ (outnumbered).
 10143 | D:7      | 10143 ||| Stepping ~*~*~tactically~*~*~ (outnumbered).
 10145 | D:7      | 10145 ||| Stepping ~*~*~tactically~*~*~ (outnumbered).
 10147 | D:7      | 10147 ||| Stepping ~*~*~tactically~*~*~ (outnumbered).
 10149 | D:7      | 10149 ||| Stepping ~*~*~tactically~*~*~ (outnumbered).
 10151 | D:7      | 10151 ||| Stepping ~*~*~tactically~*~*~ (outnumbered).
 10153 | D:7      | 10153 ||| Stepping ~*~*~tactically~*~*~ (outnumbered).
 10155 | D:7      | 10155 ||| Stepping ~*~*~tactically~*~*~ (outnumbered).
 10157 | D:7      | 10157 ||| Stepping ~*~*~tactically~*~*~ (outnumbered).
 10159 | D:7      | 10159 ||| Stepping ~*~*~tactically~*~*~ (outnumbered).
 10161 | D:7      | 10161 ||| Stepping ~*~*~tactically~*~*~ (outnumbered).
 10163 | D:7      | 10163 ||| Stepping ~*~*~tactically~*~*~ (outnumbered).
 10165 | D:7      | 10165 ||| Stepping ~*~*~tactically~*~*~ (outnumbered).
 10167 | D:7      | 10167 ||| Stepping ~*~*~tactically~*~*~ (outnumbered).
 10169 | D:7      | 10169 ||| Stepping ~*~*~tactically~*~*~ (outnumbered).
 10171 | D:7      | 10171 ||| Stepping ~*~*~tactically~*~*~ (outnumbered).
 10173 | D:7      | 10173 ||| Stepping ~*~*~tactically~*~*~ (outnumbered).
 10175 | D:7      | 10175 ||| Stepping ~*~*~tactically~*~*~ (outnumbered).
 10177 | D:7      | 10177 ||| Stepping ~*~*~tactically~*~*~ (outnumbered).
 10179 | D:7      | 10179 ||| Stepping ~*~*~tactically~*~*~ (outnumbered).
 10181 | D:7      | 10181 ||| Stepping ~*~*~tactically~*~*~ (outnumbered).
 10183 | D:7      | 10183 ||| Stepping ~*~*~tactically~*~*~ (outnumbered).
 10185 | D:7      | 10185 ||| Stepping ~*~*~tactically~*~*~ (outnumbered).
 10187 | D:7      | 10187 ||| Stepping ~*~*~tactically~*~*~ (outnumbered).
 10189 | D:7      | 10189 ||| Stepping ~*~*~tactically~*~*~ (outnumbered).
 10191 | D:7      | 10191 ||| Stepping ~*~*~tactically~*~*~ (outnumbered).
 10193 | D:7      | 10193 ||| Stepping ~*~*~tactically~*~*~ (outnumbered).
 10195 | D:7      | 10195 ||| Stepping ~*~*~tactically~*~*~ (outnumbered).
 10197 | D:7      | 10197 ||| Stepping ~*~*~tactically~*~*~ (outnumbered).
 10199 | D:7      | 10199 ||| Stepping ~*~*~tactically~*~*~ (outnumbered).
 10201 | D:7      | 10201 ||| Stepping ~*~*~tactically~*~*~ (outnumbered).
 10203 | D:7      | 10203 ||| Stepping ~*~*~tactically~*~*~ (outnumbered).
 10205 | D:7      | 10205 ||| Stepping ~*~*~tactically~*~*~ (outnumbered).
 10207 | D:7      | 10207 ||| Stepping ~*~*~tactically~*~*~ (outnumbered).
 10209 | D:7      | 10209 ||| Stepping ~*~*~tactically~*~*~ (outnumbered).
 10211 | D:7      | 10211 ||| Stepping ~*~*~tactically~*~*~ (outnumbered).
 10213 | D:7      | 10213 ||| Stepping ~*~*~tactically~*~*~ (outnumbered).
 10215 | D:7      | 10215 ||| Stepping ~*~*~tactically~*~*~ (outnumbered).
 10217 | D:7      | 10217 ||| Stepping ~*~*~tactically~*~*~ (outnumbered).
 10219 | D:7      | 10219 ||| Stepping ~*~*~tactically~*~*~ (outnumbered).
 10221 | D:7      | 10221 ||| Stepping ~*~*~tactically~*~*~ (outnumbered).
 10223 | D:7      | 10223 ||| Stepping ~*~*~tactically~*~*~ (outnumbered).
 10225 | D:7      | 10225 ||| Stepping ~*~*~tactically~*~*~ (outnumbered).
 10227 | D:7      | 10227 ||| Stepping ~*~*~tactically~*~*~ (outnumbered).
 10229 | D:7      | 10229 ||| Stepping ~*~*~tactically~*~*~ (outnumbered).
 10231 | D:7      | 10231 ||| Stepping ~*~*~tactically~*~*~ (outnumbered).
 10233 | D:7      | 10233 ||| Stepping ~*~*~tactically~*~*~ (outnumbered).
 10235 | D:7      | 10235 ||| Stepping ~*~*~tactically~*~*~ (outnumbered).
 10237 | D:7      | 10237 ||| Stepping ~*~*~tactically~*~*~ (outnumbered).
 10239 | D:7      | 10239 ||| Stepping ~*~*~tactically~*~*~ (outnumbered).
 10241 | D:7      | 10241 ||| Stepping ~*~*~tactically~*~*~ (outnumbered).
 10243 | D:7      | 10243 ||| Stepping ~*~*~tactically~*~*~ (outnumbered).
 10245 | D:7      | 10245 ||| Stepping ~*~*~tactically~*~*~ (outnumbered).
 10247 | D:7      | 10247 ||| Stepping ~*~*~tactically~*~*~ (outnumbered).
 10249 | D:7      | 10249 ||| Stepping ~*~*~tactically~*~*~ (outnumbered).
 10251 | D:7      | 10251 ||| Stepping ~*~*~tactically~*~*~ (outnumbered).
 10253 | D:7      | 10253 ||| Stepping ~*~*~tactically~*~*~ (outnumbered).
 10255 | D:7      | 10255 ||| Stepping ~*~*~tactically~*~*~ (outnumbered).
 10257 | D:7      | 10257 ||| Stepping ~*~*~tactically~*~*~ (outnumbered).
 10259 | D:7      | 10259 ||| Stepping ~*~*~tactically~*~*~ (outnumbered).
 10261 | D:7      | 10261 ||| Stepping ~*~*~tactically~*~*~ (outnumbered).
 10263 | D:7      | 10263 ||| Stepping ~*~*~tactically~*~*~ (outnumbered).
 10265 | D:7      | 10265 ||| Stepping ~*~*~tactically~*~*~ (outnumbered).
 10267 | D:7      | 10267 ||| Stepping ~*~*~tactically~*~*~ (outnumbered).
 10269 | D:7      | 10269 ||| Stepping ~*~*~tactically~*~*~ (outnumbered).
 10271 | D:7      | 10271 ||| Stepping ~*~*~tactically~*~*~ (outnumbered).
 10273 | D:7      | 10273 ||| Stepping ~*~*~tactically~*~*~ (outnumbered).
 10275 | D:7      | 10275 ||| Stepping ~*~*~tactically~*~*~ (outnumbered).
 10277 | D:7      | 10277 ||| Stepping ~*~*~tactically~*~*~ (outnumbered).
 10279 | D:7      | 10279 ||| Stepping ~*~*~tactically~*~*~ (outnumbered).
 10281 | D:7      | 10281 ||| Stepping ~*~*~tactically~*~*~ (outnumbered).
 10283 | D:7      | 10283 ||| Stepping ~*~*~tactically~*~*~ (outnumbered).
 10285 | D:7      | 10285 ||| Stepping ~*~*~tactically~*~*~ (outnumbered).
 10287 | D:7      | 10287 ||| Stepping ~*~*~tactically~*~*~ (outnumbered).
 10289 | D:7      | 10289 ||| Stepping ~*~*~tactically~*~*~ (outnumbered).
 10291 | D:7      | 10291 ||| Stepping ~*~*~tactically~*~*~ (outnumbered).
 10293 | D:7      | 10293 ||| Stepping ~*~*~tactically~*~*~ (outnumbered).
 10295 | D:7      | 10295 ||| Stepping ~*~*~tactically~*~*~ (outnumbered).
 10297 | D:7      | 10297 ||| Stepping ~*~*~tactically~*~*~ (outnumbered).
 10299 | D:7      | 10299 ||| Stepping ~*~*~tactically~*~*~ (outnumbered).
 10301 | D:7      | 10301 ||| Stepping ~*~*~tactically~*~*~ (outnumbered).
 10303 | D:7      | 10303 ||| Stepping ~*~*~tactically~*~*~ (outnumbered).
 10305 | D:7      | 10305 ||| Stepping ~*~*~tactically~*~*~ (outnumbered).
 10307 | D:7      | 10307 ||| Stepping ~*~*~tactically~*~*~ (outnumbered).
 10309 | D:7      | 10309 ||| Stepping ~*~*~tactically~*~*~ (outnumbered).
 10311 | D:7      | 10311 ||| Stepping ~*~*~tactically~*~*~ (outnumbered).
 10313 | D:7      | 10313 ||| Stepping ~*~*~tactically~*~*~ (outnumbered).
 10315 | D:7      | 10315 ||| Stepping ~*~*~tactically~*~*~ (outnumbered).
 10317 | D:7      | 10317 ||| Stepping ~*~*~tactically~*~*~ (outnumbered).
 10319 | D:7      | 10319 ||| Stepping ~*~*~tactically~*~*~ (outnumbered).
 10321 | D:7      | 10321 ||| Stepping ~*~*~tactically~*~*~ (outnumbered).
 10323 | D:7      | 10323 ||| Stepping ~*~*~tactically~*~*~ (outnumbered).
 10325 | D:7      | 10325 ||| Stepping ~*~*~tactically~*~*~ (outnumbered).
 10327 | D:7      | 10327 ||| Stepping ~*~*~tactically~*~*~ (outnumbered).
 10329 | D:7      | 10329 ||| Stepping ~*~*~tactically~*~*~ (outnumbered).
 10331 | D:7      | 10331 ||| Stepping ~*~*~tactically~*~*~ (outnumbered).
 10333 | D:7      | 10333 ||| Stepping ~*~*~tactically~*~*~ (outnumbered).
 10335 | D:7      | 10335 ||| Stepping ~*~*~tactically~*~*~ (outnumbered).
 10337 | D:7      | 10337 ||| Stepping ~*~*~tactically~*~*~ (outnumbered).
 10339 | D:7      | 10339 ||| Stepping ~*~*~tactically~*~*~ (outnumbered).
 10341 | D:7      | 10341 ||| Stepping ~*~*~tactically~*~*~ (outnumbered).
 10343 | D:7      | 10343 ||| Stepping ~*~*~tactically~*~*~ (outnumbered).
 10345 | D:7      | 10345 ||| Stepping ~*~*~tactically~*~*~ (outnumbered).
 10347 | D:7      | 10347 ||| Stepping ~*~*~tactically~*~*~ (outnumbered).
 10349 | D:7      | 10349 ||| Stepping ~*~*~tactically~*~*~ (outnumbered).
 10351 | D:7      | 10351 ||| Stepping ~*~*~tactically~*~*~ (outnumbered).
 10353 | D:7      | 10353 ||| Stepping ~*~*~tactically~*~*~ (outnumbered).
 10355 | D:7      | 10355 ||| Stepping ~*~*~tactically~*~*~ (outnumbered).
 10357 | D:7      | 10357 ||| Stepping ~*~*~tactically~*~*~ (outnumbered).
 10359 | D:7      | 10359 ||| Stepping ~*~*~tactically~*~*~ (outnumbered).
 10361 | D:7      | 10361 ||| Stepping ~*~*~tactically~*~*~ (outnumbered).
 10363 | D:7      | 10363 ||| Stepping ~*~*~tactically~*~*~ (outnumbered).
 10365 | D:7      | 10365 ||| Stepping ~*~*~tactically~*~*~ (outnumbered).
 10367 | D:7      | 10367 ||| Stepping ~*~*~tactically~*~*~ (outnumbered).
 10369 | D:7      | 10369 ||| Stepping ~*~*~tactically~*~*~ (outnumbered).
 10371 | D:7      | 10371 ||| Stepping ~*~*~tactically~*~*~ (outnumbered).
 10373 | D:7      | 10373 ||| Stepping ~*~*~tactically~*~*~ (outnumbered).
 10375 | D:7      | 10375 ||| Stepping ~*~*~tactically~*~*~ (outnumbered).
 10377 | D:7      | 10377 ||| Stepping ~*~*~tactically~*~*~ (outnumbered).
 10379 | D:7      | 10379 ||| Stepping ~*~*~tactically~*~*~ (outnumbered).
 10381 | D:7      | 10381 ||| Stepping ~*~*~tactically~*~*~ (outnumbered).
 10383 | D:7      | 10383 ||| Stepping ~*~*~tactically~*~*~ (outnumbered).
 10385 | D:7      | 10385 ||| Stepping ~*~*~tactically~*~*~ (outnumbered).
 10387 | D:7      | 10387 ||| Stepping ~*~*~tactically~*~*~ (outnumbered).
 10389 | D:7      | 10389 ||| Stepping ~*~*~tactically~*~*~ (outnumbered).
 10391 | D:7      | 10391 ||| Stepping ~*~*~tactically~*~*~ (outnumbered).
 10393 | D:7      | 10393 ||| Stepping ~*~*~tactically~*~*~ (outnumbered).
 10395 | D:7      | 10395 ||| Stepping ~*~*~tactically~*~*~ (outnumbered).
 10397 | D:7      | 10397 ||| Stepping ~*~*~tactically~*~*~ (outnumbered).
 10399 | D:7      | 10399 ||| Stepping ~*~*~tactically~*~*~ (outnumbered).
 10401 | D:7      | 10401 ||| Stepping ~*~*~tactically~*~*~ (outnumbered).
 10403 | D:7      | 10403 ||| Stepping ~*~*~tactically~*~*~ (outnumbered).
 10405 | D:7      | 10405 ||| Stepping ~*~*~tactically~*~*~ (outnumbered).
 10407 | D:7      | 10407 ||| Stepping ~*~*~tactically~*~*~ (outnumbered).
 10409 | D:7      | 10409 ||| Stepping ~*~*~tactically~*~*~ (outnumbered).
 10411 | D:7      | 10411 ||| Stepping ~*~*~tactically~*~*~ (outnumbered).
 10413 | D:7      | 10413 ||| Stepping ~*~*~tactically~*~*~ (outnumbered).
 10415 | D:7      | 10415 ||| Stepping ~*~*~tactically~*~*~ (outnumbered).
 10417 | D:7      | 10417 ||| Stepping ~*~*~tactically~*~*~ (outnumbered).
 10419 | D:7      | 10419 ||| Stepping ~*~*~tactically~*~*~ (outnumbered).
 10421 | D:7      | 10421 ||| Stepping ~*~*~tactically~*~*~ (outnumbered).
 10423 | D:7      | 10423 ||| Stepping ~*~*~tactically~*~*~ (outnumbered).
 10425 | D:7      | 10425 ||| Stepping ~*~*~tactically~*~*~ (outnumbered).
 10427 | D:7      | 10427 ||| Stepping ~*~*~tactically~*~*~ (outnumbered).
 10429 | D:7      | 10429 ||| Stepping ~*~*~tactically~*~*~ (outnumbered).
 10431 | D:7      | 10431 ||| Stepping ~*~*~tactically~*~*~ (outnumbered).
 10433 | D:7      | 10433 ||| Stepping ~*~*~tactically~*~*~ (outnumbered).
 10435 | D:7      | 10435 ||| Stepping ~*~*~tactically~*~*~ (outnumbered).
 10437 | D:7      | 10437 ||| Stepping ~*~*~tactically~*~*~ (outnumbered).
 10439 | D:7      | 10439 ||| Stepping ~*~*~tactically~*~*~ (outnumbered).
 10441 | D:7      | 10441 ||| Stepping ~*~*~tactically~*~*~ (outnumbered).
 10443 | D:7      | 10443 ||| Stepping ~*~*~tactically~*~*~ (outnumbered).
 10445 | D:7      | 10445 ||| Stepping ~*~*~tactically~*~*~ (outnumbered).
 10447 | D:7      | 10447 ||| Stepping ~*~*~tactically~*~*~ (outnumbered).
 10449 | D:7      | 10449 ||| Stepping ~*~*~tactically~*~*~ (outnumbered).
 10451 | D:7      | 10451 ||| Stepping ~*~*~tactically~*~*~ (outnumbered).
 10453 | D:7      | 10453 ||| Stepping ~*~*~tactically~*~*~ (outnumbered).
 10455 | D:7      | 10455 ||| Stepping ~*~*~tactically~*~*~ (outnumbered).
 10457 | D:7      | 10457 ||| Stepping ~*~*~tactically~*~*~ (outnumbered).
 10459 | D:7      | 10459 ||| Stepping ~*~*~tactically~*~*~ (outnumbered).
 10461 | D:7      | 10461 ||| Stepping ~*~*~tactically~*~*~ (outnumbered).
 10463 | D:7      | 10463 ||| Stepping ~*~*~tactically~*~*~ (outnumbered).
 10465 | D:7      | 10465 ||| Stepping ~*~*~tactically~*~*~ (outnumbered).
 10467 | D:7      | 10467 ||| Stepping ~*~*~tactically~*~*~ (outnumbered).
 10469 | D:7      | 10469 ||| Stepping ~*~*~tactically~*~*~ (outnumbered).
 10471 | D:7      | 10471 ||| Stepping ~*~*~tactically~*~*~ (outnumbered).
 10473 | D:7      | 10473 ||| Stepping ~*~*~tactically~*~*~ (outnumbered).
 10475 | D:7      | 10475 ||| Stepping ~*~*~tactically~*~*~ (outnumbered).
 10477 | D:7      | 10477 ||| Stepping ~*~*~tactically~*~*~ (outnumbered).
 10479 | D:7      | 10479 ||| Stepping ~*~*~tactically~*~*~ (outnumbered).
 10481 | D:7      | 10481 ||| Stepping ~*~*~tactically~*~*~ (outnumbered).
 10483 | D:7      | 10483 ||| Stepping ~*~*~tactically~*~*~ (outnumbered).
 10485 | D:7      | 10485 ||| Stepping ~*~*~tactically~*~*~ (outnumbered).
 10487 | D:7      | 10487 ||| Stepping ~*~*~tactically~*~*~ (outnumbered).
 10489 | D:7      | 10489 ||| Stepping ~*~*~tactically~*~*~ (outnumbered).
 10491 | D:7      | 10491 ||| Stepping ~*~*~tactically~*~*~ (outnumbered).
 10493 | D:7      | 10493 ||| Stepping ~*~*~tactically~*~*~ (outnumbered).
 10495 | D:7      | 10495 ||| Stepping ~*~*~tactically~*~*~ (outnumbered).
 10497 | D:7      | 10497 ||| Stepping ~*~*~tactically~*~*~ (outnumbered).
 10499 | D:7      | 10499 ||| Stepping ~*~*~tactically~*~*~ (outnumbered).
 10501 | D:7      | 10501 ||| Stepping ~*~*~tactically~*~*~ (outnumbered).
 10503 | D:7      | 10503 ||| Stepping ~*~*~tactically~*~*~ (outnumbered).
 10505 | D:7      | 10505 ||| Stepping ~*~*~tactically~*~*~ (outnumbered).
 10507 | D:7      | 10507 ||| Stepping ~*~*~tactically~*~*~ (outnumbered).
 10509 | D:7      | 10509 ||| Stepping ~*~*~tactically~*~*~ (outnumbered).
 10511 | D:7      | 10511 ||| Stepping ~*~*~tactically~*~*~ (outnumbered).
 10513 | D:7      | 10513 ||| Stepping ~*~*~tactically~*~*~ (outnumbered).
 10515 | D:7      | 10515 ||| Stepping ~*~*~tactically~*~*~ (outnumbered).
 10517 | D:7      | 10517 ||| Stepping ~*~*~tactically~*~*~ (outnumbered).
 10519 | D:7      | 10519 ||| Stepping ~*~*~tactically~*~*~ (outnumbered).
 10521 | D:7      | 10521 ||| Stepping ~*~*~tactically~*~*~ (outnumbered).
 10523 | D:7      | 10523 ||| Stepping ~*~*~tactically~*~*~ (outnumbered).
 10525 | D:7      | 10525 ||| Stepping ~*~*~tactically~*~*~ (outnumbered).
 10527 | D:7      | 10527 ||| Stepping ~*~*~tactically~*~*~ (outnumbered).
 10529 | D:7      | 10529 ||| Stepping ~*~*~tactically~*~*~ (outnumbered).
 10531 | D:7      | 10531 ||| Stepping ~*~*~tactically~*~*~ (outnumbered).
 10533 | D:7      | 10533 ||| Stepping ~*~*~tactically~*~*~ (outnumbered).
 10535 | D:7      | 10535 ||| Stepping ~*~*~tactically~*~*~ (outnumbered).
 10537 | D:7      | 10537 ||| Stepping ~*~*~tactically~*~*~ (outnumbered).
 10539 | D:7      | 10539 ||| Stepping ~*~*~tactically~*~*~ (outnumbered).
 10541 | D:7      | 10541 ||| Stepping ~*~*~tactically~*~*~ (outnumbered).
 10543 | D:7      | 10543 ||| Stepping ~*~*~tactically~*~*~ (outnumbered).
 10545 | D:7      | 10545 ||| Stepping ~*~*~tactically~*~*~ (outnumbered).
 10547 | D:7      | 10547 ||| Stepping ~*~*~tactically~*~*~ (outnumbered).
 10549 | D:7      | 10549 ||| Stepping ~*~*~tactically~*~*~ (outnumbered).
 10551 | D:7      | 10551 ||| Stepping ~*~*~tactically~*~*~ (outnumbered).
 10553 | D:7      | 10553 ||| Stepping ~*~*~tactically~*~*~ (outnumbered).
 10555 | D:7      | 10555 ||| Stepping ~*~*~tactically~*~*~ (outnumbered).
 10557 | D:7      | 10557 ||| Stepping ~*~*~tactically~*~*~ (outnumbered).
 10559 | D:7      | 10559 ||| Stepping ~*~*~tactically~*~*~ (outnumbered).
 10561 | D:7      | 10561 ||| Stepping ~*~*~tactically~*~*~ (outnumbered).
 10563 | D:7      | 10563 ||| Stepping ~*~*~tactically~*~*~ (outnumbered).
 10565 | D:7      | 10565 ||| Stepping ~*~*~tactically~*~*~ (outnumbered).
 10567 | D:7      | 10567 ||| Stepping ~*~*~tactically~*~*~ (outnumbered).
 10569 | D:7      | 10569 ||| Stepping ~*~*~tactically~*~*~ (outnumbered).
 10571 | D:7      | 10571 ||| Stepping ~*~*~tactically~*~*~ (outnumbered).
 10573 | D:7      | 10573 ||| Stepping ~*~*~tactically~*~*~ (outnumbered).
 10575 | D:7      | 10575 ||| Stepping ~*~*~tactically~*~*~ (outnumbered).
 10577 | D:7      | 10577 ||| Stepping ~*~*~tactically~*~*~ (outnumbered).
 10579 | D:7      | 10579 ||| Stepping ~*~*~tactically~*~*~ (outnumbered).
 10581 | D:7      | 10581 ||| Stepping ~*~*~tactically~*~*~ (outnumbered).
 10583 | D:7      | 10583 ||| Stepping ~*~*~tactically~*~*~ (outnumbered).
 10585 | D:7      | 10585 ||| Stepping ~*~*~tactically~*~*~ (outnumbered).
 10587 | D:7      | 10587 ||| Stepping ~*~*~tactically~*~*~ (outnumbered).
 10589 | D:7      | 10589 ||| Stepping ~*~*~tactically~*~*~ (outnumbered).
 10591 | D:7      | 10591 ||| Stepping ~*~*~tactically~*~*~ (outnumbered).
 10593 | D:7      | 10593 ||| Stepping ~*~*~tactically~*~*~ (outnumbered).
 10595 | D:7      | 10595 ||| Stepping ~*~*~tactically~*~*~ (outnumbered).
 10597 | D:7      | 10597 ||| Stepping ~*~*~tactically~*~*~ (outnumbered).
 10599 | D:7      | 10599 ||| Stepping ~*~*~tactically~*~*~ (outnumbered).
 10601 | D:7      | 10601 ||| Stepping ~*~*~tactically~*~*~ (outnumbered).
 10603 | D:7      | 10603 ||| Stepping ~*~*~tactically~*~*~ (outnumbered).
 10605 | D:7      | 10605 ||| Stepping ~*~*~tactically~*~*~ (outnumbered).
 10607 | D:7      | 10607 ||| Stepping ~*~*~tactically~*~*~ (outnumbered).
 10609 | D:7      | 10609 ||| Stepping ~*~*~tactically~*~*~ (outnumbered).
 10611 | D:7      | 10611 ||| Stepping ~*~*~tactically~*~*~ (outnumbered).
 10613 | D:7      | 10613 ||| Stepping ~*~*~tactically~*~*~ (outnumbered).
 10615 | D:7      | 10615 ||| Stepping ~*~*~tactically~*~*~ (outnumbered).
 10617 | D:7      | 10617 ||| Stepping ~*~*~tactically~*~*~ (outnumbered).
 10619 | D:7      | 10619 ||| Stepping ~*~*~tactically~*~*~ (outnumbered).
 10621 | D:7      | 10621 ||| Stepping ~*~*~tactically~*~*~ (outnumbered).
 10623 | D:7      | 10623 ||| Stepping ~*~*~tactically~*~*~ (outnumbered).
 10625 | D:7      | 10625 ||| Stepping ~*~*~tactically~*~*~ (outnumbered).
 10627 | D:7      | 10627 ||| Stepping ~*~*~tactically~*~*~ (outnumbered).
 10629 | D:7      | 10629 ||| Stepping ~*~*~tactically~*~*~ (outnumbered).
 10631 | D:7      | 10631 ||| Stepping ~*~*~tactically~*~*~ (outnumbered).
 10633 | D:7      | 10633 ||| Stepping ~*~*~tactically~*~*~ (outnumbered).
 10635 | D:7      | 10635 ||| Stepping ~*~*~tactically~*~*~ (outnumbered).
 10637 | D:7      | 10637 ||| Stepping ~*~*~tactically~*~*~ (outnumbered).
 10639 | D:7      | 10639 ||| Stepping ~*~*~tactically~*~*~ (outnumbered).
 10641 | D:7      | 10641 ||| Stepping ~*~*~tactically~*~*~ (outnumbered).
 10643 | D:7      | 10643 ||| Stepping ~*~*~tactically~*~*~ (outnumbered).
 10645 | D:7      | 10645 ||| Stepping ~*~*~tactically~*~*~ (outnumbered).
 10647 | D:7      | 10647 ||| Stepping ~*~*~tactically~*~*~ (outnumbered).
 10649 | D:7      | 10649 ||| Stepping ~*~*~tactically~*~*~ (outnumbered).
 10651 | D:7      | 10651 ||| Stepping ~*~*~tactically~*~*~ (outnumbered).
 10653 | D:7      | 10653 ||| Stepping ~*~*~tactically~*~*~ (outnumbered).
 10655 | D:7      | 10655 ||| Stepping ~*~*~tactically~*~*~ (outnumbered).
 10657 | D:7      | 10657 ||| Stepping ~*~*~tactically~*~*~ (outnumbered).
 10659 | D:7      | 10659 ||| Stepping ~*~*~tactically~*~*~ (outnumbered).
 10661 | D:7      | 10661 ||| Stepping ~*~*~tactically~*~*~ (outnumbered).
 10663 | D:7      | 10663 ||| Stepping ~*~*~tactically~*~*~ (outnumbered).
 10665 | D:7      | 10665 ||| Stepping ~*~*~tactically~*~*~ (outnumbered).
 10667 | D:7      | 10667 ||| Stepping ~*~*~tactically~*~*~ (outnumbered).
 10669 | D:7      | 10669 ||| Stepping ~*~*~tactically~*~*~ (outnumbered).
 10671 | D:7      | 10671 ||| Stepping ~*~*~tactically~*~*~ (outnumbered).
 10673 | D:7      | 10673 ||| Stepping ~*~*~tactically~*~*~ (outnumbered).
 10675 | D:7      | 10675 ||| Stepping ~*~*~tactically~*~*~ (outnumbered).
 10677 | D:7      | 10677 ||| Stepping ~*~*~tactically~*~*~ (outnumbered).
 10679 | D:7      | 10679 ||| Stepping ~*~*~tactically~*~*~ (outnumbered).
 10681 | D:7      | 10681 ||| Stepping ~*~*~tactically~*~*~ (outnumbered).
 10683 | D:7      | 10683 ||| Stepping ~*~*~tactically~*~*~ (outnumbered).
 10685 | D:7      | 10685 ||| Stepping ~*~*~tactically~*~*~ (outnumbered).
 10687 | D:7      | 10687 ||| Stepping ~*~*~tactically~*~*~ (outnumbered).
 10689 | D:7      | 10689 ||| Stepping ~*~*~tactically~*~*~ (outnumbered).
 10691 | D:7      | 10691 ||| Stepping ~*~*~tactically~*~*~ (outnumbered).
 10693 | D:7      | 10693 ||| Stepping ~*~*~tactically~*~*~ (outnumbered).
 10695 | D:7      | 10695 ||| Stepping ~*~*~tactically~*~*~ (outnumbered).
 10697 | D:7      | 10697 ||| Stepping ~*~*~tactically~*~*~ (outnumbered).
 10699 | D:7      | 10699 ||| Stepping ~*~*~tactically~*~*~ (outnumbered).
 10701 | D:7      | 10701 ||| Stepping ~*~*~tactically~*~*~ (outnumbered).
 10703 | D:7      | 10703 ||| Stepping ~*~*~tactically~*~*~ (outnumbered).
 10705 | D:7      | 10705 ||| Stepping ~*~*~tactically~*~*~ (outnumbered).
 10707 | D:7      | 10707 ||| Stepping ~*~*~tactically~*~*~ (outnumbered).
 10709 | D:7      | 10709 ||| Stepping ~*~*~tactically~*~*~ (outnumbered).
 10711 | D:7      | 10711 ||| Stepping ~*~*~tactically~*~*~ (outnumbered).
 10713 | D:7      | 10713 ||| Stepping ~*~*~tactically~*~*~ (outnumbered).
 10715 | D:7      | 10715 ||| Stepping ~*~*~tactically~*~*~ (outnumbered).
 10717 | D:7      | 10717 ||| Stepping ~*~*~tactically~*~*~ (outnumbered).
 10719 | D:7      | 10719 ||| Stepping ~*~*~tactically~*~*~ (outnumbered).
 10721 | D:7      | 10721 ||| Stepping ~*~*~tactically~*~*~ (outnumbered).
 10723 | D:7      | 10723 ||| Stepping ~*~*~tactically~*~*~ (outnumbered).
 10725 | D:7      | 10725 ||| Stepping ~*~*~tactically~*~*~ (outnumbered).
 10727 | D:7      | 10727 ||| Stepping ~*~*~tactically~*~*~ (outnumbered).
 10729 | D:7      | 10729 ||| Stepping ~*~*~tactically~*~*~ (outnumbered).
 10731 | D:7      | 10731 ||| Stepping ~*~*~tactically~*~*~ (outnumbered).
 10733 | D:7      | 10733 ||| Stepping ~*~*~tactically~*~*~ (outnumbered).
 10735 | D:7      | 10735 ||| Stepping ~*~*~tactically~*~*~ (outnumbered).
 10737 | D:7      | 10737 ||| Stepping ~*~*~tactically~*~*~ (outnumbered).
 10739 | D:7      | 10739 ||| Stepping ~*~*~tactically~*~*~ (outnumbered).
 10741 | D:7      | 10741 ||| Stepping ~*~*~tactically~*~*~ (outnumbered).
 10743 | D:7      | 10743 ||| Stepping ~*~*~tactically~*~*~ (outnumbered).
 10745 | D:7      | 10745 ||| Stepping ~*~*~tactically~*~*~ (outnumbered).
 10747 | D:7      | 10747 ||| Stepping ~*~*~tactically~*~*~ (outnumbered).
 10749 | D:7      | 10749 ||| Stepping ~*~*~tactically~*~*~ (outnumbered).
 10751 | D:7      | 10751 ||| Stepping ~*~*~tactically~*~*~ (outnumbered).
 10753 | D:7      | 10753 ||| Stepping ~*~*~tactically~*~*~ (outnumbered).
 10755 | D:7      | 10755 ||| Stepping ~*~*~tactically~*~*~ (outnumbered).
 10757 | D:7      | 10757 ||| Stepping ~*~*~tactically~*~*~ (outnumbered).
 10759 | D:7      | 10759 ||| Stepping ~*~*~tactically~*~*~ (outnumbered).
 10761 | D:7      | 10761 ||| Stepping ~*~*~tactically~*~*~ (outnumbered).
 10763 | D:7      | 10763 ||| Stepping ~*~*~tactically~*~*~ (outnumbered).
 10765 | D:7      | 10765 ||| Stepping ~*~*~tactically~*~*~ (outnumbered).
 10767 | D:7      | 10767 ||| Stepping ~*~*~tactically~*~*~ (outnumbered).
 10769 | D:7      | 10769 ||| Stepping ~*~*~tactically~*~*~ (outnumbered).
 10771 | D:7      | 10771 ||| Stepping ~*~*~tactically~*~*~ (outnumbered).
 10773 | D:7      | 10773 ||| Stepping ~*~*~tactically~*~*~ (outnumbered).
 10775 | D:7      | 10775 ||| Stepping ~*~*~tactically~*~*~ (outnumbered).
 10777 | D:7      | 10777 ||| Stepping ~*~*~tactically~*~*~ (outnumbered).
 10779 | D:7      | 10779 ||| Stepping ~*~*~tactically~*~*~ (outnumbered).
 10781 | D:7      | 10781 ||| Stepping ~*~*~tactically~*~*~ (outnumbered).
 10783 | D:7      | 10783 ||| Stepping ~*~*~tactically~*~*~ (outnumbered).
 10785 | D:7      | 10785 ||| Stepping ~*~*~tactically~*~*~ (outnumbered).
 10787 | D:7      | 10787 ||| Stepping ~*~*~tactically~*~*~ (outnumbered).
 10789 | D:7      | 10789 ||| Stepping ~*~*~tactically~*~*~ (outnumbered).
 10791 | D:7      | 10791 ||| Stepping ~*~*~tactically~*~*~ (outnumbered).
 10793 | D:7      | 10793 ||| Stepping ~*~*~tactically~*~*~ (outnumbered).
 10795 | D:7      | 10795 ||| Stepping ~*~*~tactically~*~*~ (outnumbered).
 10797 | D:7      | 10797 ||| Stepping ~*~*~tactically~*~*~ (outnumbered).
 10799 | D:7      | 10799 ||| Stepping ~*~*~tactically~*~*~ (outnumbered).
 10801 | D:7      | 10801 ||| Stepping ~*~*~tactically~*~*~ (outnumbered).
 10803 | D:7      | 10803 ||| Stepping ~*~*~tactically~*~*~ (outnumbered).
 10805 | D:7      | 10805 ||| Stepping ~*~*~tactically~*~*~ (outnumbered).
 10807 | D:7      | 10807 ||| Stepping ~*~*~tactically~*~*~ (outnumbered).
 10809 | D:7      | 10809 ||| Stepping ~*~*~tactically~*~*~ (outnumbered).
 10811 | D:7      | 10811 ||| Stepping ~*~*~tactically~*~*~ (outnumbered).
 10813 | D:7      | 10813 ||| Stepping ~*~*~tactically~*~*~ (outnumbered).
 10815 | D:7      | 10815 ||| Stepping ~*~*~tactically~*~*~ (outnumbered).
 10817 | D:7      | 10817 ||| Stepping ~*~*~tactically~*~*~ (outnumbered).
 10819 | D:7      | 10819 ||| Stepping ~*~*~tactically~*~*~ (outnumbered).
 10821 | D:7      | 10821 ||| Stepping ~*~*~tactically~*~*~ (outnumbered).
 10823 | D:7      | 10823 ||| Stepping ~*~*~tactically~*~*~ (outnumbered).
 10825 | D:7      | 10825 ||| Stepping ~*~*~tactically~*~*~ (outnumbered).
 10827 | D:7      | 10827 ||| Stepping ~*~*~tactically~*~*~ (outnumbered).
 10829 | D:7      | 10829 ||| Stepping ~*~*~tactically~*~*~ (outnumbered).
 10831 | D:7      | 10831 ||| Stepping ~*~*~tactically~*~*~ (outnumbered).
 10833 | D:7      | 10833 ||| Stepping ~*~*~tactically~*~*~ (outnumbered).
 10835 | D:7      | 10835 ||| Stepping ~*~*~tactically~*~*~ (outnumbered).
 10837 | D:7      | 10837 ||| Stepping ~*~*~tactically~*~*~ (outnumbered).
 10839 | D:7      | 10839 ||| Stepping ~*~*~tactically~*~*~ (outnumbered).
 10841 | D:7      | 10841 ||| Stepping ~*~*~tactically~*~*~ (outnumbered).
 10843 | D:7      | 10843 ||| Stepping ~*~*~tactically~*~*~ (outnumbered).
 10845 | D:7      | 10845 ||| Stepping ~*~*~tactically~*~*~ (outnumbered).
 10847 | D:7      | 10847 ||| Stepping ~*~*~tactically~*~*~ (outnumbered).
 10849 | D:7      | 10849 ||| Stepping ~*~*~tactically~*~*~ (outnumbered).
 10851 | D:7      | 10851 ||| Stepping ~*~*~tactically~*~*~ (outnumbered).
 10853 | D:7      | 10853 ||| Stepping ~*~*~tactically~*~*~ (outnumbered).
 10855 | D:7      | 10855 ||| Stepping ~*~*~tactically~*~*~ (outnumbered).
 10857 | D:7      | 10857 ||| Stepping ~*~*~tactically~*~*~ (outnumbered).
 10859 | D:7      | 10859 ||| Stepping ~*~*~tactically~*~*~ (outnumbered).
 10861 | D:7      | 10861 ||| Stepping ~*~*~tactically~*~*~ (outnumbered).
 10863 | D:7      | 10863 ||| Stepping ~*~*~tactically~*~*~ (outnumbered).
 10865 | D:7      | 10865 ||| Stepping ~*~*~tactically~*~*~ (outnumbered).
 10867 | D:7      | 10867 ||| Stepping ~*~*~tactically~*~*~ (outnumbered).
 10869 | D:7      | 10869 ||| Stepping ~*~*~tactically~*~*~ (outnumbered).
 10871 | D:7      | 10871 ||| Stepping ~*~*~tactically~*~*~ (outnumbered).
 10873 | D:7      | 10873 ||| Stepping ~*~*~tactically~*~*~ (outnumbered).
 10875 | D:7      | 10875 ||| Stepping ~*~*~tactically~*~*~ (outnumbered).
 10877 | D:7      | 10877 ||| Stepping ~*~*~tactically~*~*~ (outnumbered).
 10879 | D:7      | 10879 ||| Stepping ~*~*~tactically~*~*~ (outnumbered).
 10881 | D:7      | 10881 ||| Stepping ~*~*~tactically~*~*~ (outnumbered).
 10883 | D:7      | 10883 ||| Stepping ~*~*~tactically~*~*~ (outnumbered).
 10885 | D:7      | 10885 ||| Stepping ~*~*~tactically~*~*~ (outnumbered).
 10887 | D:7      | 10887 ||| Stepping ~*~*~tactically~*~*~ (outnumbered).
 10889 | D:7      | 10889 ||| Stepping ~*~*~tactically~*~*~ (outnumbered).
 10891 | D:7      | 10891 ||| Stepping ~*~*~tactically~*~*~ (outnumbered).
 10893 | D:7      | 10893 ||| Stepping ~*~*~tactically~*~*~ (outnumbered).
 10895 | D:7      | 10895 ||| Stepping ~*~*~tactically~*~*~ (outnumbered).
 10897 | D:7      | 10897 ||| Stepping ~*~*~tactically~*~*~ (outnumbered).
 10899 | D:7      | 10899 ||| Stepping ~*~*~tactically~*~*~ (outnumbered).
 10901 | D:7      | 10901 ||| Stepping ~*~*~tactically~*~*~ (outnumbered).
 10903 | D:7      | 10903 ||| Stepping ~*~*~tactically~*~*~ (outnumbered).
 10905 | D:7      | 10905 ||| Stepping ~*~*~tactically~*~*~ (outnumbered).
 10907 | D:7      | 10907 ||| Stepping ~*~*~tactically~*~*~ (outnumbered).
 10909 | D:7      | 10909 ||| Stepping ~*~*~tactically~*~*~ (outnumbered).
 10911 | D:7      | 10911 ||| Stepping ~*~*~tactically~*~*~ (outnumbered).
 10913 | D:7      | 10913 ||| Stepping ~*~*~tactically~*~*~ (outnumbered).
 10915 | D:7      | 10915 ||| Stepping ~*~*~tactically~*~*~ (outnumbered).
 10917 | D:7      | 10917 ||| Stepping ~*~*~tactically~*~*~ (outnumbered).
 10919 | D:7      | 10919 ||| Stepping ~*~*~tactically~*~*~ (outnumbered).
 10921 | D:7      | 10921 ||| Stepping ~*~*~tactically~*~*~ (outnumbered).
 10923 | D:7      | 10923 ||| Stepping ~*~*~tactically~*~*~ (outnumbered).
 10925 | D:7      | 10925 ||| Stepping ~*~*~tactically~*~*~ (outnumbered).
 10927 | D:7      | 10927 ||| Stepping ~*~*~tactically~*~*~ (outnumbered).
 10929 | D:7      | 10929 ||| Stepping ~*~*~tactically~*~*~ (outnumbered).
 10931 | D:7      | 10931 ||| Stepping ~*~*~tactically~*~*~ (outnumbered).
 10933 | D:7      | 10933 ||| Stepping ~*~*~tactically~*~*~ (outnumbered).
 10935 | D:7      | 10935 ||| Stepping ~*~*~tactically~*~*~ (outnumbered).
 10937 | D:7      | 10937 ||| Stepping ~*~*~tactically~*~*~ (outnumbered).
 10939 | D:7      | 10939 ||| Stepping ~*~*~tactically~*~*~ (outnumbered).
 10941 | D:7      | 10941 ||| Stepping ~*~*~tactically~*~*~ (outnumbered).
 10943 | D:7      | 10943 ||| Stepping ~*~*~tactically~*~*~ (outnumbered).
 10945 | D:7      | 10945 ||| Stepping ~*~*~tactically~*~*~ (outnumbered).
 10947 | D:7      | 10947 ||| Stepping ~*~*~tactically~*~*~ (outnumbered).
 10949 | D:7      | 10949 ||| Stepping ~*~*~tactically~*~*~ (outnumbered).
 10951 | D:7      | 10951 ||| Stepping ~*~*~tactically~*~*~ (outnumbered).
 10953 | D:7      | 10953 ||| Stepping ~*~*~tactically~*~*~ (outnumbered).
 10955 | D:7      | 10955 ||| Stepping ~*~*~tactically~*~*~ (outnumbered).
 10957 | D:7      | 10957 ||| Stepping ~*~*~tactically~*~*~ (outnumbered).
 10959 | D:7      | 10959 ||| Stepping ~*~*~tactically~*~*~ (outnumbered).
 10961 | D:7      | 10961 ||| Stepping ~*~*~tactically~*~*~ (outnumbered).
 10963 | D:7      | 10963 ||| Stepping ~*~*~tactically~*~*~ (outnumbered).
 10965 | D:7      | 10965 ||| Stepping ~*~*~tactically~*~*~ (outnumbered).
 10967 | D:7      | 10967 ||| Stepping ~*~*~tactically~*~*~ (outnumbered).
 10969 | D:7      | 10969 ||| Stepping ~*~*~tactically~*~*~ (outnumbered).
 10971 | D:7      | 10971 ||| Stepping ~*~*~tactically~*~*~ (outnumbered).
 10973 | D:7      | 10973 ||| Stepping ~*~*~tactically~*~*~ (outnumbered).
 10975 | D:7      | 10975 ||| Stepping ~*~*~tactically~*~*~ (outnumbered).
 10977 | D:7      | 10977 ||| Stepping ~*~*~tactically~*~*~ (outnumbered).
 10979 | D:7      | 10979 ||| Stepping ~*~*~tactically~*~*~ (outnumbered).
 10981 | D:7      | 10981 ||| Stepping ~*~*~tactically~*~*~ (outnumbered).
 10983 | D:7      | 10983 ||| Stepping ~*~*~tactically~*~*~ (outnumbered).
 10985 | D:7      | 10985 ||| Stepping ~*~*~tactically~*~*~ (outnumbered).
 10987 | D:7      | 10987 ||| Stepping ~*~*~tactically~*~*~ (outnumbered).
 10989 | D:7      | 10989 ||| Stepping ~*~*~tactically~*~*~ (outnumbered).
 10991 | D:7      | 10991 ||| Stepping ~*~*~tactically~*~*~ (outnumbered).
 10993 | D:7      | 10993 ||| Stepping ~*~*~tactically~*~*~ (outnumbered).
 10995 | D:7      | 10995 ||| Stepping ~*~*~tactically~*~*~ (outnumbered).
 10997 | D:7      | 10997 ||| Stepping ~*~*~tactically~*~*~ (outnumbered).
 10999 | D:7      | 10999 ||| Stepping ~*~*~tactically~*~*~ (outnumbered).
 11001 | D:7      | 11001 ||| Stepping ~*~*~tactically~*~*~ (outnumbered).
 11003 | D:7      | 11003 ||| Stepping ~*~*~tactically~*~*~ (outnumbered).
 11005 | D:7      | 11005 ||| Stepping ~*~*~tactically~*~*~ (outnumbered).
 11007 | D:7      | 11007 ||| Stepping ~*~*~tactically~*~*~ (outnumbered).
 11009 | D:7      | 11009 ||| Stepping ~*~*~tactically~*~*~ (outnumbered).
 11011 | D:7      | 11011 ||| Stepping ~*~*~tactically~*~*~ (outnumbered).
 11013 | D:7      | 11013 ||| Stepping ~*~*~tactically~*~*~ (outnumbered).
 11015 | D:7      | 11015 ||| Stepping ~*~*~tactically~*~*~ (outnumbered).
 11017 | D:7      | 11017 ||| Stepping ~*~*~tactically~*~*~ (outnumbered).
 11019 | D:7      | 11019 ||| Stepping ~*~*~tactically~*~*~ (outnumbered).
 11021 | D:7      | 11021 ||| Stepping ~*~*~tactically~*~*~ (outnumbered).
 11023 | D:7      | 11023 ||| Stepping ~*~*~tactically~*~*~ (outnumbered).
 11025 | D:7      | 11025 ||| Stepping ~*~*~tactically~*~*~ (outnumbered).
 11027 | D:7      | 11027 ||| Stepping ~*~*~tactically~*~*~ (outnumbered).
 11029 | D:7      | 11029 ||| Stepping ~*~*~tactically~*~*~ (outnumbered).
 11031 | D:7      | 11031 ||| Stepping ~*~*~tactically~*~*~ (outnumbered).
 11033 | D:7      | 11033 ||| Stepping ~*~*~tactically~*~*~ (outnumbered).
 11035 | D:7      | 11035 ||| Stepping ~*~*~tactically~*~*~ (outnumbered).
 11037 | D:7      | 11037 ||| Stepping ~*~*~tactically~*~*~ (outnumbered).
 11039 | D:7      | 11039 ||| Stepping ~*~*~tactically~*~*~ (outnumbered).
 11041 | D:7      | 11041 ||| Stepping ~*~*~tactically~*~*~ (outnumbered).
 11043 | D:7      | 11043 ||| Stepping ~*~*~tactically~*~*~ (outnumbered).
 11045 | D:7      | 11045 ||| Stepping ~*~*~tactically~*~*~ (outnumbered).
 11047 | D:7      | 11047 ||| Stepping ~*~*~tactically~*~*~ (outnumbered).
 11049 | D:7      | 11049 ||| Stepping ~*~*~tactically~*~*~ (outnumbered).
 11051 | D:7      | 11051 ||| Stepping ~*~*~tactically~*~*~ (outnumbered).
 11053 | D:7      | 11053 ||| Stepping ~*~*~tactically~*~*~ (outnumbered).
 11055 | D:7      | 11055 ||| Stepping ~*~*~tactically~*~*~ (outnumbered).
 11057 | D:7      | 11057 ||| Stepping ~*~*~tactically~*~*~ (outnumbered).
 11059 | D:7      | 11059 ||| Stepping ~*~*~tactically~*~*~ (outnumbered).
 11061 | D:7      | 11061 ||| Stepping ~*~*~tactically~*~*~ (outnumbered).
 11063 | D:7      | 11063 ||| Stepping ~*~*~tactically~*~*~ (outnumbered).
 11065 | D:7      | 11065 ||| Stepping ~*~*~tactically~*~*~ (outnumbered).
 11067 | D:7      | 11067 ||| Stepping ~*~*~tactically~*~*~ (outnumbered).
 11069 | D:7      | 11069 ||| Stepping ~*~*~tactically~*~*~ (outnumbered).
 11071 | D:7      | 11071 ||| Stepping ~*~*~tactically~*~*~ (outnumbered).
 11073 | D:7      | 11073 ||| Stepping ~*~*~tactically~*~*~ (outnumbered).
 11075 | D:7      | 11075 ||| Stepping ~*~*~tactically~*~*~ (outnumbered).
 11077 | D:7      | 11077 ||| Stepping ~*~*~tactically~*~*~ (outnumbered).
 11079 | D:7      | 11079 ||| Stepping ~*~*~tactically~*~*~ (outnumbered).
 11081 | D:7      | 11081 ||| Stepping ~*~*~tactically~*~*~ (outnumbered).
 11083 | D:7      | 11083 ||| Stepping ~*~*~tactically~*~*~ (outnumbered).
 11085 | D:7      | 11085 ||| Stepping ~*~*~tactically~*~*~ (outnumbered).
 11087 | D:7      | 11087 ||| Stepping ~*~*~tactically~*~*~ (outnumbered).
 11089 | D:7      | 11089 ||| Stepping ~*~*~tactically~*~*~ (outnumbered).
 11091 | D:7      | 11091 ||| Stepping ~*~*~tactically~*~*~ (outnumbered).
 11093 | D:7      | 11093 ||| Stepping ~*~*~tactically~*~*~ (outnumbered).
 11095 | D:7      | 11095 ||| Stepping ~*~*~tactically~*~*~ (outnumbered).
 11097 | D:7      | 11097 ||| Stepping ~*~*~tactically~*~*~ (outnumbered).
 11099 | D:7      | 11099 ||| Stepping ~*~*~tactically~*~*~ (outnumbered).
 11101 | D:7      | 11101 ||| Stepping ~*~*~tactically~*~*~ (outnumbered).
 11103 | D:7      | 11103 ||| Stepping ~*~*~tactically~*~*~ (outnumbered).
 11105 | D:7      | 11105 ||| Stepping ~*~*~tactically~*~*~ (outnumbered).
 11107 | D:7      | 11107 ||| Stepping ~*~*~tactically~*~*~ (outnumbered).
 11109 | D:7      | 11109 ||| Stepping ~*~*~tactically~*~*~ (outnumbered).
 11111 | D:7      | 11111 ||| Stepping ~*~*~tactically~*~*~ (outnumbered).
 11113 | D:7      | 11113 ||| Stepping ~*~*~tactically~*~*~ (outnumbered).
 11115 | D:7      | 11115 ||| Stepping ~*~*~tactically~*~*~ (outnumbered).
 11117 | D:7      | 11117 ||| Stepping ~*~*~tactically~*~*~ (outnumbered).
 11119 | D:7      | 11119 ||| Stepping ~*~*~tactically~*~*~ (outnumbered).
 11121 | D:7      | 11121 ||| Stepping ~*~*~tactically~*~*~ (outnumbered).
 11123 | D:7      | 11123 ||| Stepping ~*~*~tactically~*~*~ (outnumbered).
 11125 | D:7      | 11125 ||| Stepping ~*~*~tactically~*~*~ (outnumbered).
 11127 | D:7      | 11127 ||| Stepping ~*~*~tactically~*~*~ (outnumbered).
 11129 | D:7      | 11129 ||| Stepping ~*~*~tactically~*~*~ (outnumbered).
 11131 | D:7      | 11131 ||| Stepping ~*~*~tactically~*~*~ (outnumbered).
 11133 | D:7      | 11133 ||| Stepping ~*~*~tactically~*~*~ (outnumbered).
 11135 | D:7      | 11135 ||| Stepping ~*~*~tactically~*~*~ (outnumbered).
 11137 | D:7      | 11137 ||| Stepping ~*~*~tactically~*~*~ (outnumbered).
 11139 | D:7      | 11139 ||| Stepping ~*~*~tactically~*~*~ (outnumbered).
 11141 | D:7      | 11141 ||| Stepping ~*~*~tactically~*~*~ (outnumbered).
 11143 | D:7      | 11143 ||| Stepping ~*~*~tactically~*~*~ (outnumbered).
 11145 | D:7      | 11145 ||| Stepping ~*~*~tactically~*~*~ (outnumbered).
 11147 | D:7      | 11147 ||| Stepping ~*~*~tactically~*~*~ (outnumbered).
 11149 | D:7      | 11149 ||| Stepping ~*~*~tactically~*~*~ (outnumbered).
 11151 | D:7      | 11151 ||| Stepping ~*~*~tactically~*~*~ (outnumbered).
 11153 | D:7      | 11153 ||| Stepping ~*~*~tactically~*~*~ (outnumbered).
 11155 | D:7      | 11155 ||| Stepping ~*~*~tactically~*~*~ (outnumbered).
 11157 | D:7      | 11157 ||| Stepping ~*~*~tactically~*~*~ (outnumbered).
 11159 | D:7      | 11159 ||| Stepping ~*~*~tactically~*~*~ (outnumbered).
 11161 | D:7      | 11161 ||| Stepping ~*~*~tactically~*~*~ (outnumbered).
 11163 | D:7      | 11163 ||| Stepping ~*~*~tactically~*~*~ (outnumbered).
 11165 | D:7      | 11165 ||| Stepping ~*~*~tactically~*~*~ (outnumbered).
 11167 | D:7      | 11167 ||| Stepping ~*~*~tactically~*~*~ (outnumbered).
 11169 | D:7      | 11169 ||| Stepping ~*~*~tactically~*~*~ (outnumbered).
 11171 | D:7      | 11171 ||| Stepping ~*~*~tactically~*~*~ (outnumbered).
 11173 | D:7      | 11173 ||| Stepping ~*~*~tactically~*~*~ (outnumbered).
 11175 | D:7      | 11175 ||| Stepping ~*~*~tactically~*~*~ (outnumbered).
 11177 | D:7      | 11177 ||| Stepping ~*~*~tactically~*~*~ (outnumbered).
 11179 | D:7      | 11179 ||| Stepping ~*~*~tactically~*~*~ (outnumbered).
 11181 | D:7      | 11181 ||| Stepping ~*~*~tactically~*~*~ (outnumbered).
 11183 | D:7      | 11183 ||| Stepping ~*~*~tactically~*~*~ (outnumbered).
 11185 | D:7      | 11185 ||| Stepping ~*~*~tactically~*~*~ (outnumbered).
 11187 | D:7      | 11187 ||| Stepping ~*~*~tactically~*~*~ (outnumbered).
 11189 | D:7      | 11189 ||| Stepping ~*~*~tactically~*~*~ (outnumbered).
 11191 | D:7      | 11191 ||| Stepping ~*~*~tactically~*~*~ (outnumbered).
 11193 | D:7      | 11193 ||| Stepping ~*~*~tactically~*~*~ (outnumbered).
 11195 | D:7      | 11195 ||| Stepping ~*~*~tactically~*~*~ (outnumbered).
 11197 | D:7      | 11197 ||| Stepping ~*~*~tactically~*~*~ (outnumbered).
 11199 | D:7      | 11199 ||| Stepping ~*~*~tactically~*~*~ (outnumbered).
 11201 | D:7      | 11201 ||| Stepping ~*~*~tactically~*~*~ (outnumbered).
 11203 | D:7      | 11203 ||| Stepping ~*~*~tactically~*~*~ (outnumbered).
 11205 | D:7      | 11205 ||| Stepping ~*~*~tactically~*~*~ (outnumbered).
 11207 | D:7      | 11207 ||| Stepping ~*~*~tactically~*~*~ (outnumbered).
 11209 | D:7      | 11209 ||| Stepping ~*~*~tactically~*~*~ (outnumbered).
 11211 | D:7      | 11211 ||| Stepping ~*~*~tactically~*~*~ (outnumbered).
 11213 | D:7      | 11213 ||| Stepping ~*~*~tactically~*~*~ (outnumbered).
 11215 | D:7      | 11215 ||| Stepping ~*~*~tactically~*~*~ (outnumbered).
 11217 | D:7      | 11217 ||| Stepping ~*~*~tactically~*~*~ (outnumbered).
 11219 | D:7      | 11219 ||| Stepping ~*~*~tactically~*~*~ (outnumbered).
 11221 | D:7      | 11221 ||| Stepping ~*~*~tactically~*~*~ (outnumbered).
 11223 | D:7      | 11223 ||| Stepping ~*~*~tactically~*~*~ (outnumbered).
 11225 | D:7      | 11225 ||| Stepping ~*~*~tactically~*~*~ (outnumbered).
 11227 | D:7      | 11227 ||| Stepping ~*~*~tactically~*~*~ (outnumbered).
 11229 | D:7      | 11229 ||| Stepping ~*~*~tactically~*~*~ (outnumbered).
 11231 | D:7      | 11231 ||| Stepping ~*~*~tactically~*~*~ (outnumbered).
 11233 | D:7      | 11233 ||| Stepping ~*~*~tactically~*~*~ (outnumbered).
 11235 | D:7      | 11235 ||| Stepping ~*~*~tactically~*~*~ (outnumbered).
 11237 | D:7      | 11237 ||| Stepping ~*~*~tactically~*~*~ (outnumbered).
 11239 | D:7      | 11239 ||| Stepping ~*~*~tactically~*~*~ (outnumbered).
 11241 | D:7      | 11241 ||| Stepping ~*~*~tactically~*~*~ (outnumbered).
 11243 | D:7      | 11243 ||| Stepping ~*~*~tactically~*~*~ (outnumbered).
 11245 | D:7      | 11245 ||| Stepping ~*~*~tactically~*~*~ (outnumbered).
 11247 | D:7      | 11247 ||| Stepping ~*~*~tactically~*~*~ (outnumbered).
 11249 | D:7      | 11249 ||| Stepping ~*~*~tactically~*~*~ (outnumbered).
 11251 | D:7      | 11251 ||| Stepping ~*~*~tactically~*~*~ (outnumbered).
 11253 | D:7      | 11253 ||| Stepping ~*~*~tactically~*~*~ (outnumbered).
 11255 | D:7      | 11255 ||| Stepping ~*~*~tactically~*~*~ (outnumbered).
 11257 | D:7      | 11257 ||| Stepping ~*~*~tactically~*~*~ (outnumbered).
 11259 | D:7      | 11259 ||| Stepping ~*~*~tactically~*~*~ (outnumbered).
 11261 | D:7      | 11261 ||| Stepping ~*~*~tactically~*~*~ (outnumbered).
 11263 | D:7      | 11263 ||| Stepping ~*~*~tactically~*~*~ (outnumbered).
 11265 | D:7      | 11265 ||| Stepping ~*~*~tactically~*~*~ (outnumbered).
 11267 | D:7      | 11267 ||| Stepping ~*~*~tactically~*~*~ (outnumbered).
 11269 | D:7      | 11269 ||| Stepping ~*~*~tactically~*~*~ (outnumbered).
 11271 | D:7      | 11271 ||| Stepping ~*~*~tactically~*~*~ (outnumbered).
 11273 | D:7      | 11273 ||| Stepping ~*~*~tactically~*~*~ (outnumbered).
 11275 | D:7      | 11275 ||| Stepping ~*~*~tactically~*~*~ (outnumbered).
 11277 | D:7      | 11277 ||| Stepping ~*~*~tactically~*~*~ (outnumbered).
 11279 | D:7      | 11279 ||| Stepping ~*~*~tactically~*~*~ (outnumbered).
 11281 | D:7      | 11281 ||| Stepping ~*~*~tactically~*~*~ (outnumbered).
 11283 | D:7      | 11283 ||| Stepping ~*~*~tactically~*~*~ (outnumbered).
 11285 | D:7      | 11285 ||| Stepping ~*~*~tactically~*~*~ (outnumbered).
 11287 | D:7      | 11287 ||| Stepping ~*~*~tactically~*~*~ (outnumbered).
 11289 | D:7      | 11289 ||| Stepping ~*~*~tactically~*~*~ (outnumbered).
 11291 | D:7      | 11291 ||| Stepping ~*~*~tactically~*~*~ (outnumbered).
 11293 | D:7      | 11293 ||| Stepping ~*~*~tactically~*~*~ (outnumbered).
 11295 | D:7      | 11295 ||| Stepping ~*~*~tactically~*~*~ (outnumbered).
 11297 | D:7      | 11297 ||| Stepping ~*~*~tactically~*~*~ (outnumbered).
 11299 | D:7      | 11299 ||| Stepping ~*~*~tactically~*~*~ (outnumbered).
 11301 | D:7      | 11301 ||| Stepping ~*~*~tactically~*~*~ (outnumbered).
 11303 | D:7      | 11303 ||| Stepping ~*~*~tactically~*~*~ (outnumbered).
 11305 | D:7      | 11305 ||| Stepping ~*~*~tactically~*~*~ (outnumbered).
 11307 | D:7      | 11307 ||| Stepping ~*~*~tactically~*~*~ (outnumbered).
 11309 | D:7      | 11309 ||| Stepping ~*~*~tactically~*~*~ (outnumbered).
 11311 | D:7      | 11311 ||| Stepping ~*~*~tactically~*~*~ (outnumbered).
 11313 | D:7      | 11313 ||| Stepping ~*~*~tactically~*~*~ (outnumbered).
 11315 | D:7      | 11315 ||| Stepping ~*~*~tactically~*~*~ (outnumbered).
 11317 | D:7      | 11317 ||| Stepping ~*~*~tactically~*~*~ (outnumbered).
 11319 | D:7      | 11319 ||| Stepping ~*~*~tactically~*~*~ (outnumbered).
 11321 | D:7      | 11321 ||| Stepping ~*~*~tactically~*~*~ (outnumbered).
 11323 | D:7      | 11323 ||| Stepping ~*~*~tactically~*~*~ (outnumbered).
 11325 | D:7      | 11325 ||| Stepping ~*~*~tactically~*~*~ (outnumbered).
 11327 | D:7      | 11327 ||| Stepping ~*~*~tactically~*~*~ (outnumbered).
 11329 | D:7      | 11329 ||| Stepping ~*~*~tactically~*~*~ (outnumbered).
 11331 | D:7      | 11331 ||| Stepping ~*~*~tactically~*~*~ (outnumbered).
 11333 | D:7      | 11333 ||| Stepping ~*~*~tactically~*~*~ (outnumbered).
 11335 | D:7      | 11335 ||| Stepping ~*~*~tactically~*~*~ (outnumbered).
 11337 | D:7      | 11337 ||| Stepping ~*~*~tactically~*~*~ (outnumbered).
 11339 | D:7      | 11339 ||| Stepping ~*~*~tactically~*~*~ (outnumbered).
 11341 | D:7      | 11341 ||| Stepping ~*~*~tactically~*~*~ (outnumbered).
 11343 | D:7      | 11343 ||| Stepping ~*~*~tactically~*~*~ (outnumbered).
 11345 | D:7      | 11345 ||| Stepping ~*~*~tactically~*~*~ (outnumbered).
 11347 | D:7      | 11347 ||| Stepping ~*~*~tactically~*~*~ (outnumbered).
 11349 | D:7      | 11349 ||| Stepping ~*~*~tactically~*~*~ (outnumbered).
 11351 | D:7      | 11351 ||| Stepping ~*~*~tactically~*~*~ (outnumbered).
 11353 | D:7      | 11353 ||| Stepping ~*~*~tactically~*~*~ (outnumbered).
 11355 | D:7      | 11355 ||| Stepping ~*~*~tactically~*~*~ (outnumbered).
 11357 | D:7      | 11357 ||| Stepping ~*~*~tactically~*~*~ (outnumbered).
 11359 | D:7      | 11359 ||| Stepping ~*~*~tactically~*~*~ (outnumbered).
 11361 | D:7      | 11361 ||| Stepping ~*~*~tactically~*~*~ (outnumbered).
 11363 | D:7      | 11363 ||| Stepping ~*~*~tactically~*~*~ (outnumbered).
 11365 | D:7      | 11365 ||| Stepping ~*~*~tactically~*~*~ (outnumbered).
 11367 | D:7      | 11367 ||| Stepping ~*~*~tactically~*~*~ (outnumbered).
 11369 | D:7      | 11369 ||| Stepping ~*~*~tactically~*~*~ (outnumbered).
 11371 | D:7      | 11371 ||| Stepping ~*~*~tactically~*~*~ (outnumbered).
 11373 | D:7      | 11373 ||| Stepping ~*~*~tactically~*~*~ (outnumbered).
 11375 | D:7      | 11375 ||| Stepping ~*~*~tactically~*~*~ (outnumbered).
 11377 | D:7      | 11377 ||| Stepping ~*~*~tactically~*~*~ (outnumbered).
 11379 | D:7      | 11379 ||| Stepping ~*~*~tactically~*~*~ (outnumbered).
 11381 | D:7      | 11381 ||| Stepping ~*~*~tactically~*~*~ (outnumbered).
 11383 | D:7      | 11383 ||| Stepping ~*~*~tactically~*~*~ (outnumbered).
 11385 | D:7      | 11385 ||| Stepping ~*~*~tactically~*~*~ (outnumbered).
 11387 | D:7      | 11387 ||| Stepping ~*~*~tactically~*~*~ (outnumbered).
 11389 | D:7      | 11389 ||| Stepping ~*~*~tactically~*~*~ (outnumbered).
 11391 | D:7      | 11391 ||| Stepping ~*~*~tactically~*~*~ (outnumbered).
 11393 | D:7      | 11393 ||| Stepping ~*~*~tactically~*~*~ (outnumbered).
 11395 | D:7      | 11395 ||| Stepping ~*~*~tactically~*~*~ (outnumbered).
 11397 | D:7      | 11397 ||| Stepping ~*~*~tactically~*~*~ (outnumbered).
 11399 | D:7      | 11399 ||| Stepping ~*~*~tactically~*~*~ (outnumbered).
 11401 | D:7      | 11401 ||| Stepping ~*~*~tactically~*~*~ (outnumbered).
 11403 | D:7      | 11403 ||| Stepping ~*~*~tactically~*~*~ (outnumbered).
 11405 | D:7      | 11405 ||| Stepping ~*~*~tactically~*~*~ (outnumbered).
 11407 | D:7      | 11407 ||| Stepping ~*~*~tactically~*~*~ (outnumbered).
 11409 | D:7      | 11409 ||| Stepping ~*~*~tactically~*~*~ (outnumbered).
 11411 | D:7      | 11411 ||| Stepping ~*~*~tactically~*~*~ (outnumbered).
 11413 | D:7      | 11413 ||| Stepping ~*~*~tactically~*~*~ (outnumbered).
 11415 | D:7      | 11415 ||| Stepping ~*~*~tactically~*~*~ (outnumbered).
 11417 | D:7      | 11417 ||| Stepping ~*~*~tactically~*~*~ (outnumbered).
 11419 | D:7      | 11419 ||| Stepping ~*~*~tactically~*~*~ (outnumbered).
 11421 | D:7      | 11421 ||| Stepping ~*~*~tactically~*~*~ (outnumbered).
 11423 | D:7      | 11423 ||| Stepping ~*~*~tactically~*~*~ (outnumbered).
 11425 | D:7      | 11425 ||| Stepping ~*~*~tactically~*~*~ (outnumbered).
 11427 | D:7      | 11427 ||| Stepping ~*~*~tactically~*~*~ (outnumbered).
 11429 | D:7      | 11429 ||| Stepping ~*~*~tactically~*~*~ (outnumbered).
 11431 | D:7      | 11431 ||| Stepping ~*~*~tactically~*~*~ (outnumbered).
 11433 | D:7      | 11433 ||| Stepping ~*~*~tactically~*~*~ (outnumbered).
 11435 | D:7      | 11435 ||| Stepping ~*~*~tactically~*~*~ (outnumbered).
 11437 | D:7      | 11437 ||| Stepping ~*~*~tactically~*~*~ (outnumbered).
 11439 | D:7      | 11439 ||| Stepping ~*~*~tactically~*~*~ (outnumbered).
 11441 | D:7      | 11441 ||| Stepping ~*~*~tactically~*~*~ (outnumbered).
 11443 | D:7      | 11443 ||| Stepping ~*~*~tactically~*~*~ (outnumbered).
 11445 | D:7      | 11445 ||| Stepping ~*~*~tactically~*~*~ (outnumbered).
 11447 | D:7      | 11447 ||| Stepping ~*~*~tactically~*~*~ (outnumbered).
 11449 | D:7      | 11449 ||| Stepping ~*~*~tactically~*~*~ (outnumbered).
 11451 | D:7      | 11451 ||| Stepping ~*~*~tactically~*~*~ (outnumbered).
 11453 | D:7      | 11453 ||| Stepping ~*~*~tactically~*~*~ (outnumbered).
 11455 | D:7      | 11455 ||| Stepping ~*~*~tactically~*~*~ (outnumbered).
 11457 | D:7      | 11457 ||| Stepping ~*~*~tactically~*~*~ (outnumbered).
 11459 | D:7      | 11459 ||| Stepping ~*~*~tactically~*~*~ (outnumbered).
 11461 | D:7      | 11461 ||| Stepping ~*~*~tactically~*~*~ (outnumbered).
 11463 | D:7      | 11463 ||| Stepping ~*~*~tactically~*~*~ (outnumbered).
 11465 | D:7      | 11465 ||| Stepping ~*~*~tactically~*~*~ (outnumbered).
 11467 | D:7      | 11467 ||| Stepping ~*~*~tactically~*~*~ (outnumbered).
 11469 | D:7      | 11469 ||| Stepping ~*~*~tactically~*~*~ (outnumbered).
 11471 | D:7      | 11471 ||| Stepping ~*~*~tactically~*~*~ (outnumbered).
 11473 | D:7      | 11473 ||| Stepping ~*~*~tactically~*~*~ (outnumbered).
 11475 | D:7      | 11475 ||| Stepping ~*~*~tactically~*~*~ (outnumbered).
 11477 | D:7      | 11477 ||| Stepping ~*~*~tactically~*~*~ (outnumbered).
 11479 | D:7      | 11479 ||| Stepping ~*~*~tactically~*~*~ (outnumbered).
 11481 | D:7      | 11481 ||| Stepping ~*~*~tactically~*~*~ (outnumbered).
 11483 | D:7      | 11483 ||| Stepping ~*~*~tactically~*~*~ (outnumbered).
 11485 | D:7      | 11485 ||| Stepping ~*~*~tactically~*~*~ (outnumbered).
 11487 | D:7      | 11487 ||| Stepping ~*~*~tactically~*~*~ (outnumbered).
 11489 | D:7      | 11489 ||| Stepping ~*~*~tactically~*~*~ (outnumbered).
 11491 | D:7      | 11491 ||| Stepping ~*~*~tactically~*~*~ (outnumbered).
 11493 | D:7      | 11493 ||| Stepping ~*~*~tactically~*~*~ (outnumbered).
 11495 | D:7      | 11495 ||| Stepping ~*~*~tactically~*~*~ (outnumbered).
 11497 | D:7      | 11497 ||| Stepping ~*~*~tactically~*~*~ (outnumbered).
 11499 | D:7      | 11499 ||| Stepping ~*~*~tactically~*~*~ (outnumbered).
 11501 | D:7      | 11501 ||| Stepping ~*~*~tactically~*~*~ (outnumbered).
 11503 | D:7      | 11503 ||| Stepping ~*~*~tactically~*~*~ (outnumbered).
 11505 | D:7      | 11505 ||| Stepping ~*~*~tactically~*~*~ (outnumbered).
 11507 | D:7      | 11507 ||| Stepping ~*~*~tactically~*~*~ (outnumbered).
 11509 | D:7      | 11509 ||| Stepping ~*~*~tactically~*~*~ (outnumbered).
 11511 | D:7      | 11511 ||| Stepping ~*~*~tactically~*~*~ (outnumbered).
 11513 | D:7      | 11513 ||| Stepping ~*~*~tactically~*~*~ (outnumbered).
 11515 | D:7      | 11515 ||| Stepping ~*~*~tactically~*~*~ (outnumbered).
 11517 | D:7      | 11517 ||| Stepping ~*~*~tactically~*~*~ (outnumbered).
 11519 | D:7      | 11519 ||| Stepping ~*~*~tactically~*~*~ (outnumbered).
 11521 | D:7      | 11521 ||| Stepping ~*~*~tactically~*~*~ (outnumbered).
 11523 | D:7      | 11523 ||| Stepping ~*~*~tactically~*~*~ (outnumbered).
 11525 | D:7      | 11525 ||| Stepping ~*~*~tactically~*~*~ (outnumbered).
 11527 | D:7      | 11527 ||| Stepping ~*~*~tactically~*~*~ (outnumbered).
 11529 | D:7      | 11529 ||| Stepping ~*~*~tactically~*~*~ (outnumbered).
 11531 | D:7      | 11531 ||| Stepping ~*~*~tactically~*~*~ (outnumbered).
 11533 | D:7      | 11533 ||| Stepping ~*~*~tactically~*~*~ (outnumbered).
 11535 | D:7      | 11535 ||| Stepping ~*~*~tactically~*~*~ (outnumbered).
 11537 | D:7      | 11537 ||| Stepping ~*~*~tactically~*~*~ (outnumbered).
 11539 | D:7      | 11539 ||| Stepping ~*~*~tactically~*~*~ (outnumbered).
 11541 | D:7      | 11541 ||| Stepping ~*~*~tactically~*~*~ (outnumbered).
 11543 | D:7      | 11543 ||| Stepping ~*~*~tactically~*~*~ (outnumbered).
 11545 | D:7      | 11545 ||| Stepping ~*~*~tactically~*~*~ (outnumbered).
 11547 | D:7      | 11547 ||| Stepping ~*~*~tactically~*~*~ (outnumbered).
 11549 | D:7      | 11549 ||| Stepping ~*~*~tactically~*~*~ (outnumbered).
 11551 | D:7      | 11551 ||| Stepping ~*~*~tactically~*~*~ (outnumbered).
 11553 | D:7      | 11553 ||| Stepping ~*~*~tactically~*~*~ (outnumbered).
 11555 | D:7      | 11555 ||| Stepping ~*~*~tactically~*~*~ (outnumbered).
 11557 | D:7      | 11557 ||| Stepping ~*~*~tactically~*~*~ (outnumbered).
 11559 | D:7      | 11559 ||| Stepping ~*~*~tactically~*~*~ (outnumbered).
 11561 | D:7      | 11561 ||| Stepping ~*~*~tactically~*~*~ (outnumbered).
 11563 | D:7      | 11563 ||| Stepping ~*~*~tactically~*~*~ (outnumbered).
 11565 | D:7      | 11565 ||| Stepping ~*~*~tactically~*~*~ (outnumbered).
 11567 | D:7      | 11567 ||| Stepping ~*~*~tactically~*~*~ (outnumbered).
 11569 | D:7      | 11569 ||| Stepping ~*~*~tactically~*~*~ (outnumbered).
 11571 | D:7      | 11571 ||| Stepping ~*~*~tactically~*~*~ (outnumbered).
 11573 | D:7      | 11573 ||| Stepping ~*~*~tactically~*~*~ (outnumbered).
 11575 | D:7      | 11575 ||| Stepping ~*~*~tactically~*~*~ (outnumbered).
 11577 | D:7      | 11577 ||| Stepping ~*~*~tactically~*~*~ (outnumbered).
 11579 | D:7      | 11579 ||| Stepping ~*~*~tactically~*~*~ (outnumbered).
 11581 | D:7      | 11581 ||| Stepping ~*~*~tactically~*~*~ (outnumbered).
 11583 | D:7      | 11583 ||| Stepping ~*~*~tactically~*~*~ (outnumbered).
 11585 | D:7      | 11585 ||| Stepping ~*~*~tactically~*~*~ (outnumbered).
 11587 | D:7      | 11587 ||| Stepping ~*~*~tactically~*~*~ (outnumbered).
 11589 | D:7      | 11589 ||| Stepping ~*~*~tactically~*~*~ (outnumbered).
 11591 | D:7      | 11591 ||| Stepping ~*~*~tactically~*~*~ (outnumbered).
 11593 | D:7      | 11593 ||| Stepping ~*~*~tactically~*~*~ (outnumbered).
 11595 | D:7      | 11595 ||| Stepping ~*~*~tactically~*~*~ (outnumbered).
 11597 | D:7      | 11597 ||| Stepping ~*~*~tactically~*~*~ (outnumbered).
 11599 | D:7      | 11599 ||| Stepping ~*~*~tactically~*~*~ (outnumbered).
 11601 | D:7      | 11601 ||| Stepping ~*~*~tactically~*~*~ (outnumbered).
 11603 | D:7      | 11603 ||| Stepping ~*~*~tactically~*~*~ (outnumbered).
 11605 | D:7      | 11605 ||| Stepping ~*~*~tactically~*~*~ (outnumbered).
 11607 | D:7      | 11607 ||| Stepping ~*~*~tactically~*~*~ (outnumbered).
 11609 | D:7      | 11609 ||| Stepping ~*~*~tactically~*~*~ (outnumbered).
 11611 | D:7      | 11611 ||| Stepping ~*~*~tactically~*~*~ (outnumbered).
 11613 | D:7      | 11613 ||| Stepping ~*~*~tactically~*~*~ (outnumbered).
 11615 | D:7      | 11615 ||| Stepping ~*~*~tactically~*~*~ (outnumbered).
 11617 | D:7      | 11617 ||| Stepping ~*~*~tactically~*~*~ (outnumbered).
 11619 | D:7      | 11619 ||| Stepping ~*~*~tactically~*~*~ (outnumbered).
 11621 | D:7      | 11621 ||| Stepping ~*~*~tactically~*~*~ (outnumbered).
 11623 | D:7      | 11623 ||| Stepping ~*~*~tactically~*~*~ (outnumbered).
 11625 | D:7      | 11625 ||| Stepping ~*~*~tactically~*~*~ (outnumbered).
 11627 | D:7      | 11627 ||| Stepping ~*~*~tactically~*~*~ (outnumbered).
 11629 | D:7      | 11629 ||| Stepping ~*~*~tactically~*~*~ (outnumbered).
 11631 | D:7      | 11631 ||| Stepping ~*~*~tactically~*~*~ (outnumbered).
 11633 | D:7      | 11633 ||| Stepping ~*~*~tactically~*~*~ (outnumbered).
 11635 | D:7      | 11635 ||| Stepping ~*~*~tactically~*~*~ (outnumbered).
 11637 | D:7      | 11637 ||| Stepping ~*~*~tactically~*~*~ (outnumbered).
 11639 | D:7      | 11639 ||| Stepping ~*~*~tactically~*~*~ (outnumbered).
 11641 | D:7      | 11641 ||| Stepping ~*~*~tactically~*~*~ (outnumbered).
 11643 | D:7      | 11643 ||| Stepping ~*~*~tactically~*~*~ (outnumbered).
 11645 | D:7      | 11645 ||| Stepping ~*~*~tactically~*~*~ (outnumbered).
 11647 | D:7      | 11647 ||| Stepping ~*~*~tactically~*~*~ (outnumbered).
 11649 | D:7      | 11649 ||| Stepping ~*~*~tactically~*~*~ (outnumbered).
 11651 | D:7      | 11651 ||| Stepping ~*~*~tactically~*~*~ (outnumbered).
 11653 | D:7      | 11653 ||| Stepping ~*~*~tactically~*~*~ (outnumbered).
 11655 | D:7      | 11655 ||| Stepping ~*~*~tactically~*~*~ (outnumbered).
 11657 | D:7      | 11657 ||| Stepping ~*~*~tactically~*~*~ (outnumbered).
 11659 | D:7      | 11659 ||| Stepping ~*~*~tactically~*~*~ (outnumbered).
 11661 | D:7      | 11661 ||| Stepping ~*~*~tactically~*~*~ (outnumbered).
 11663 | D:7      | 11663 ||| Stepping ~*~*~tactically~*~*~ (outnumbered).
 11665 | D:7      | 11665 ||| Stepping ~*~*~tactically~*~*~ (outnumbered).
 11667 | D:7      | 11667 ||| Stepping ~*~*~tactically~*~*~ (outnumbered).
 11669 | D:7      | 11669 ||| Stepping ~*~*~tactically~*~*~ (outnumbered).
 11671 | D:7      | 11671 ||| Stepping ~*~*~tactically~*~*~ (outnumbered).
 11673 | D:7      | 11673 ||| Stepping ~*~*~tactically~*~*~ (outnumbered).
 11675 | D:7      | 11675 ||| Stepping ~*~*~tactically~*~*~ (outnumbered).
 11677 | D:7      | 11677 ||| Stepping ~*~*~tactically~*~*~ (outnumbered).
 11679 | D:7      | 11679 ||| Stepping ~*~*~tactically~*~*~ (outnumbered).
 11681 | D:7      | 11681 ||| Stepping ~*~*~tactically~*~*~ (outnumbered).
 11683 | D:7      | 11683 ||| Stepping ~*~*~tactically~*~*~ (outnumbered).
 11685 | D:7      | 11685 ||| Stepping ~*~*~tactically~*~*~ (outnumbered).
 11687 | D:7      | 11687 ||| Stepping ~*~*~tactically~*~*~ (outnumbered).
 11689 | D:7      | 11689 ||| Stepping ~*~*~tactically~*~*~ (outnumbered).
 11691 | D:7      | 11691 ||| Stepping ~*~*~tactically~*~*~ (outnumbered).
 11693 | D:7      | 11693 ||| Stepping ~*~*~tactically~*~*~ (outnumbered).
 11695 | D:7      | 11695 ||| Stepping ~*~*~tactically~*~*~ (outnumbered).
 11697 | D:7      | 11697 ||| Stepping ~*~*~tactically~*~*~ (outnumbered).
 11699 | D:7      | 11699 ||| Stepping ~*~*~tactically~*~*~ (outnumbered).
 11701 | D:7      | 11701 ||| Stepping ~*~*~tactically~*~*~ (outnumbered).
 11703 | D:7      | 11703 ||| Stepping ~*~*~tactically~*~*~ (outnumbered).
 11705 | D:7      | 11705 ||| Stepping ~*~*~tactically~*~*~ (outnumbered).
 11707 | D:7      | 11707 ||| Stepping ~*~*~tactically~*~*~ (outnumbered).
 11709 | D:7      | 11709 ||| Stepping ~*~*~tactically~*~*~ (outnumbered).
 11711 | D:7      | 11711 ||| Stepping ~*~*~tactically~*~*~ (outnumbered).
 11713 | D:7      | 11713 ||| Stepping ~*~*~tactically~*~*~ (outnumbered).
 11715 | D:7      | 11715 ||| Stepping ~*~*~tactically~*~*~ (outnumbered).
 11717 | D:7      | 11717 ||| Stepping ~*~*~tactically~*~*~ (outnumbered).
 11719 | D:7      | 11719 ||| Stepping ~*~*~tactically~*~*~ (outnumbered).
 11721 | D:7      | 11721 ||| Stepping ~*~*~tactically~*~*~ (outnumbered).
 11723 | D:7      | 11723 ||| Stepping ~*~*~tactically~*~*~ (outnumbered).
 11725 | D:7      | 11725 ||| Stepping ~*~*~tactically~*~*~ (outnumbered).
 11727 | D:7      | 11727 ||| Stepping ~*~*~tactically~*~*~ (outnumbered).
 11729 | D:7      | 11729 ||| Stepping ~*~*~tactically~*~*~ (outnumbered).
 11731 | D:7      | 11731 ||| Stepping ~*~*~tactically~*~*~ (outnumbered).
 11733 | D:7      | 11733 ||| Stepping ~*~*~tactically~*~*~ (outnumbered).
 11735 | D:7      | 11735 ||| Stepping ~*~*~tactically~*~*~ (outnumbered).
 11737 | D:7      | 11737 ||| Stepping ~*~*~tactically~*~*~ (outnumbered).
 11739 | D:7      | 11739 ||| Stepping ~*~*~tactically~*~*~ (outnumbered).
 11741 | D:7      | 11741 ||| Stepping ~*~*~tactically~*~*~ (outnumbered).
 11743 | D:7      | 11743 ||| Stepping ~*~*~tactically~*~*~ (outnumbered).
 11745 | D:7      | 11745 ||| Stepping ~*~*~tactically~*~*~ (outnumbered).
 11747 | D:7      | 11747 ||| Stepping ~*~*~tactically~*~*~ (outnumbered).
 11749 | D:7      | 11749 ||| Stepping ~*~*~tactically~*~*~ (outnumbered).
 11751 | D:7      | 11751 ||| Stepping ~*~*~tactically~*~*~ (outnumbered).
 11753 | D:7      | 11753 ||| Stepping ~*~*~tactically~*~*~ (outnumbered).
 11755 | D:7      | 11755 ||| Stepping ~*~*~tactically~*~*~ (outnumbered).
 11757 | D:7      | 11757 ||| Stepping ~*~*~tactically~*~*~ (outnumbered).
 11759 | D:7      | 11759 ||| Stepping ~*~*~tactically~*~*~ (outnumbered).
 11761 | D:7      | 11761 ||| Stepping ~*~*~tactically~*~*~ (outnumbered).
 11763 | D:7      | 11763 ||| Stepping ~*~*~tactically~*~*~ (outnumbered).
 11765 | D:7      | 11765 ||| Stepping ~*~*~tactically~*~*~ (outnumbered).
 11767 | D:7      | 11767 ||| Stepping ~*~*~tactically~*~*~ (outnumbered).
 11769 | D:7      | 11769 ||| Stepping ~*~*~tactically~*~*~ (outnumbered).
 11771 | D:7      | 11771 ||| Stepping ~*~*~tactically~*~*~ (outnumbered).
 11773 | D:7      | 11773 ||| Stepping ~*~*~tactically~*~*~ (outnumbered).
 11775 | D:7      | 11775 ||| Stepping ~*~*~tactically~*~*~ (outnumbered).
 11777 | D:7      | 11777 ||| Stepping ~*~*~tactically~*~*~ (outnumbered).
 11779 | D:7      | 11779 ||| Stepping ~*~*~tactically~*~*~ (outnumbered).
 11781 | D:7      | 11781 ||| Stepping ~*~*~tactically~*~*~ (outnumbered).
 11783 | D:7      | 11783 ||| Stepping ~*~*~tactically~*~*~ (outnumbered).
 11785 | D:7      | 11785 ||| Stepping ~*~*~tactically~*~*~ (outnumbered).
 11787 | D:7      | 11787 ||| Stepping ~*~*~tactically~*~*~ (outnumbered).
 11789 | D:7      | 11789 ||| Stepping ~*~*~tactically~*~*~ (outnumbered).
 11791 | D:7      | 11791 ||| Stepping ~*~*~tactically~*~*~ (outnumbered).
 11793 | D:7      | 11793 ||| Stepping ~*~*~tactically~*~*~ (outnumbered).
 11795 | D:7      | 11795 ||| Stepping ~*~*~tactically~*~*~ (outnumbered).
 11797 | D:7      | 11797 ||| Stepping ~*~*~tactically~*~*~ (outnumbered).
 11799 | D:7      | 11799 ||| Stepping ~*~*~tactically~*~*~ (outnumbered).
 11801 | D:7      | 11801 ||| Stepping ~*~*~tactically~*~*~ (outnumbered).
 11803 | D:7      | 11803 ||| Stepping ~*~*~tactically~*~*~ (outnumbered).
 11805 | D:7      | 11805 ||| Stepping ~*~*~tactically~*~*~ (outnumbered).
 11807 | D:7      | 11807 ||| Stepping ~*~*~tactically~*~*~ (outnumbered).
 11809 | D:7      | 11809 ||| Stepping ~*~*~tactically~*~*~ (outnumbered).
 11811 | D:7      | 11811 ||| Stepping ~*~*~tactically~*~*~ (outnumbered).
 11813 | D:7      | 11813 ||| Stepping ~*~*~tactically~*~*~ (outnumbered).
 11815 | D:7      | 11815 ||| Stepping ~*~*~tactically~*~*~ (outnumbered).
 11817 | D:7      | 11817 ||| Stepping ~*~*~tactically~*~*~ (outnumbered).
 11819 | D:7      | 11819 ||| Stepping ~*~*~tactically~*~*~ (outnumbered).
 11821 | D:7      | 11821 ||| Stepping ~*~*~tactically~*~*~ (outnumbered).
 11823 | D:7      | 11823 ||| Stepping ~*~*~tactically~*~*~ (outnumbered).
 11825 | D:7      | 11825 ||| Stepping ~*~*~tactically~*~*~ (outnumbered).
 11827 | D:7      | 11827 ||| Stepping ~*~*~tactically~*~*~ (outnumbered).
 11829 | D:7      | 11829 ||| Stepping ~*~*~tactically~*~*~ (outnumbered).
 11831 | D:7      | 11831 ||| Stepping ~*~*~tactically~*~*~ (outnumbered).
 11833 | D:7      | 11833 ||| Stepping ~*~*~tactically~*~*~ (outnumbered).
 11835 | D:7      | 11835 ||| Stepping ~*~*~tactically~*~*~ (outnumbered).
 11837 | D:7      | 11837 ||| Stepping ~*~*~tactically~*~*~ (outnumbered).
 11839 | D:7      | 11839 ||| Stepping ~*~*~tactically~*~*~ (outnumbered).
 11841 | D:7      | 11841 ||| Stepping ~*~*~tactically~*~*~ (outnumbered).
 11843 | D:7      | 11843 ||| Stepping ~*~*~tactically~*~*~ (outnumbered).
 11845 | D:7      | 11845 ||| Stepping ~*~*~tactically~*~*~ (outnumbered).
 11847 | D:7      | 11847 ||| Stepping ~*~*~tactically~*~*~ (outnumbered).
 11849 | D:7      | 11849 ||| Stepping ~*~*~tactically~*~*~ (outnumbered).
 11851 | D:7      | 11851 ||| Stepping ~*~*~tactically~*~*~ (outnumbered).
 11853 | D:7      | 11853 ||| Stepping ~*~*~tactically~*~*~ (outnumbered).
 11855 | D:7      | 11855 ||| Stepping ~*~*~tactically~*~*~ (outnumbered).
 11857 | D:7      | 11857 ||| Stepping ~*~*~tactically~*~*~ (outnumbered).
 11859 | D:7      | 11859 ||| Stepping ~*~*~tactically~*~*~ (outnumbered).
 11861 | D:7      | 11861 ||| Stepping ~*~*~tactically~*~*~ (outnumbered).
 11863 | D:7      | 11863 ||| Stepping ~*~*~tactically~*~*~ (outnumbered).
 11865 | D:7      | 11865 ||| Stepping ~*~*~tactically~*~*~ (outnumbered).
 11867 | D:7      | 11867 ||| Stepping ~*~*~tactically~*~*~ (outnumbered).
 11869 | D:7      | 11869 ||| Stepping ~*~*~tactically~*~*~ (outnumbered).
 11871 | D:7      | 11871 ||| Stepping ~*~*~tactically~*~*~ (outnumbered).
 11873 | D:7      | 11873 ||| Stepping ~*~*~tactically~*~*~ (outnumbered).
 11875 | D:7      | 11875 ||| Stepping ~*~*~tactically~*~*~ (outnumbered).
 11877 | D:7      | 11877 ||| Stepping ~*~*~tactically~*~*~ (outnumbered).
 11879 | D:7      | 11879 ||| Stepping ~*~*~tactically~*~*~ (outnumbered).
 11881 | D:7      | 11881 ||| Stepping ~*~*~tactically~*~*~ (outnumbered).
 11883 | D:7      | 11883 ||| Stepping ~*~*~tactically~*~*~ (outnumbered).
 11885 | D:7      | 11885 ||| Stepping ~*~*~tactically~*~*~ (outnumbered).
 11887 | D:7      | 11887 ||| Stepping ~*~*~tactically~*~*~ (outnumbered).
 11889 | D:7      | 11889 ||| Stepping ~*~*~tactically~*~*~ (outnumbered).
 11891 | D:7      | 11891 ||| Stepping ~*~*~tactically~*~*~ (outnumbered).
 11893 | D:7      | 11893 ||| Stepping ~*~*~tactically~*~*~ (outnumbered).
 11895 | D:7      | 11895 ||| Stepping ~*~*~tactically~*~*~ (outnumbered).
 11897 | D:7      | 11897 ||| Stepping ~*~*~tactically~*~*~ (outnumbered).
 11899 | D:7      | 11899 ||| Stepping ~*~*~tactically~*~*~ (outnumbered).
 11901 | D:7      | 11901 ||| Stepping ~*~*~tactically~*~*~ (outnumbered).
 11903 | D:7      | 11903 ||| Stepping ~*~*~tactically~*~*~ (outnumbered).
 11905 | D:7      | 11905 ||| Stepping ~*~*~tactically~*~*~ (outnumbered).
 11907 | D:7      | 11907 ||| Stepping ~*~*~tactically~*~*~ (outnumbered).
 11909 | D:7      | 11909 ||| Stepping ~*~*~tactically~*~*~ (outnumbered).
 11911 | D:7      | 11911 ||| Stepping ~*~*~tactically~*~*~ (outnumbered).
 11913 | D:7      | 11913 ||| Stepping ~*~*~tactically~*~*~ (outnumbered).
 11915 | D:7      | 11915 ||| Stepping ~*~*~tactically~*~*~ (outnumbered).
 11917 | D:7      | 11917 ||| Stepping ~*~*~tactically~*~*~ (outnumbered).
 11919 | D:7      | 11919 ||| Stepping ~*~*~tactically~*~*~ (outnumbered).
 11921 | D:7      | 11921 ||| Stepping ~*~*~tactically~*~*~ (outnumbered).
 11923 | D:7      | 11923 ||| Stepping ~*~*~tactically~*~*~ (outnumbered).
 11925 | D:7      | 11925 ||| Stepping ~*~*~tactically~*~*~ (outnumbered).
 11927 | D:7      | 11927 ||| Stepping ~*~*~tactically~*~*~ (outnumbered).
 11929 | D:7      | 11929 ||| Stepping ~*~*~tactically~*~*~ (outnumbered).
 11931 | D:7      | 11931 ||| Stepping ~*~*~tactically~*~*~ (outnumbered).
 11933 | D:7      | 11933 ||| Stepping ~*~*~tactically~*~*~ (outnumbered).
 11935 | D:7      | 11935 ||| Stepping ~*~*~tactically~*~*~ (outnumbered).
 11937 | D:7      | 11937 ||| Stepping ~*~*~tactically~*~*~ (outnumbered).
 11939 | D:7      | 11939 ||| Stepping ~*~*~tactically~*~*~ (outnumbered).
 11941 | D:7      | 11941 ||| Stepping ~*~*~tactically~*~*~ (outnumbered).
 11943 | D:7      | 11943 ||| Stepping ~*~*~tactically~*~*~ (outnumbered).
 11945 | D:7      | 11945 ||| Stepping ~*~*~tactically~*~*~ (outnumbered).
 11947 | D:7      | 11947 ||| Stepping ~*~*~tactically~*~*~ (outnumbered).
 11949 | D:7      | 11949 ||| Stepping ~*~*~tactically~*~*~ (outnumbered).
 11951 | D:7      | 11951 ||| Stepping ~*~*~tactically~*~*~ (outnumbered).
 11953 | D:7      | 11953 ||| Stepping ~*~*~tactically~*~*~ (outnumbered).
 11955 | D:7      | 11955 ||| Stepping ~*~*~tactically~*~*~ (outnumbered).
 11957 | D:7      | 11957 ||| Stepping ~*~*~tactically~*~*~ (outnumbered).
 11959 | D:7      | 11959 ||| Stepping ~*~*~tactically~*~*~ (outnumbered).
 11961 | D:7      | 11961 ||| Stepping ~*~*~tactically~*~*~ (outnumbered).
 11963 | D:7      | 11963 ||| Stepping ~*~*~tactically~*~*~ (outnumbered).
 11965 | D:7      | 11965 ||| Stepping ~*~*~tactically~*~*~ (outnumbered).
 11967 | D:7      | 11967 ||| Stepping ~*~*~tactically~*~*~ (outnumbered).
 11969 | D:7      | 11969 ||| Stepping ~*~*~tactically~*~*~ (outnumbered).
 11971 | D:7      | 11971 ||| Stepping ~*~*~tactically~*~*~ (outnumbered).
 11973 | D:7      | 11973 ||| Stepping ~*~*~tactically~*~*~ (outnumbered).
 11975 | D:7      | 11975 ||| Stepping ~*~*~tactically~*~*~ (outnumbered).
 11977 | D:7      | 11977 ||| Stepping ~*~*~tactically~*~*~ (outnumbered).
 11979 | D:7      | 11979 ||| Stepping ~*~*~tactically~*~*~ (outnumbered).
 11981 | D:7      | 11981 ||| Stepping ~*~*~tactically~*~*~ (outnumbered).
 11983 | D:7      | 11983 ||| Stepping ~*~*~tactically~*~*~ (outnumbered).
 11985 | D:7      | 11985 ||| Stepping ~*~*~tactically~*~*~ (outnumbered).
 11987 | D:7      | 11987 ||| Stepping ~*~*~tactically~*~*~ (outnumbered).
 11989 | D:7      | 11989 ||| Stepping ~*~*~tactically~*~*~ (outnumbered).
 11991 | D:7      | 11991 ||| Stepping ~*~*~tactically~*~*~ (outnumbered).
 11993 | D:7      | 11993 ||| Stepping ~*~*~tactically~*~*~ (outnumbered).
 11995 | D:7      | 11995 ||| Stepping ~*~*~tactically~*~*~ (outnumbered).
 11997 | D:7      | 11997 ||| Stepping ~*~*~tactically~*~*~ (outnumbered).
 11999 | D:7      | 11999 ||| Stepping ~*~*~tactically~*~*~ (outnumbered).
 12001 | D:7      | 12001 ||| Stepping ~*~*~tactically~*~*~ (outnumbered).
 12003 | D:7      | 12003 ||| Stepping ~*~*~tactically~*~*~ (outnumbered).
 12005 | D:7      | 12005 ||| Stepping ~*~*~tactically~*~*~ (outnumbered).
 12007 | D:7      | 12007 ||| Stepping ~*~*~tactically~*~*~ (outnumbered).
 12009 | D:7      | 12009 ||| Stepping ~*~*~tactically~*~*~ (outnumbered).
 12011 | D:7      | 12011 ||| Stepping ~*~*~tactically~*~*~ (outnumbered).
 12013 | D:7      | 12013 ||| Stepping ~*~*~tactically~*~*~ (outnumbered).
 12015 | D:7      | 12015 ||| Stepping ~*~*~tactically~*~*~ (outnumbered).
 12017 | D:7      | 12017 ||| Stepping ~*~*~tactically~*~*~ (outnumbered).
 12019 | D:7      | 12019 ||| Stepping ~*~*~tactically~*~*~ (outnumbered).
 12021 | D:7      | 12021 ||| Stepping ~*~*~tactically~*~*~ (outnumbered).
 12023 | D:7      | 12023 ||| Stepping ~*~*~tactically~*~*~ (outnumbered).
 12025 | D:7      | 12025 ||| Stepping ~*~*~tactically~*~*~ (outnumbered).
 12027 | D:7      | 12027 ||| Stepping ~*~*~tactically~*~*~ (outnumbered).
 12029 | D:7      | 12029 ||| Stepping ~*~*~tactically~*~*~ (outnumbered).
 12031 | D:7      | 12031 ||| Stepping ~*~*~tactically~*~*~ (outnumbered).
 12033 | D:7      | 12033 ||| Stepping ~*~*~tactically~*~*~ (outnumbered).
 12035 | D:7      | 12035 ||| Stepping ~*~*~tactically~*~*~ (outnumbered).
 12037 | D:7      | 12037 ||| Stepping ~*~*~tactically~*~*~ (outnumbered).
 12039 | D:7      | 12039 ||| Stepping ~*~*~tactically~*~*~ (outnumbered).
 12041 | D:7      | 12041 ||| Stepping ~*~*~tactically~*~*~ (outnumbered).
 12043 | D:7      | 12043 ||| Stepping ~*~*~tactically~*~*~ (outnumbered).
 12045 | D:7      | 12045 ||| Stepping ~*~*~tactically~*~*~ (outnumbered).
 12047 | D:7      | 12047 ||| Stepping ~*~*~tactically~*~*~ (outnumbered).
 12049 | D:7      | 12049 ||| Stepping ~*~*~tactically~*~*~ (outnumbered).
 12051 | D:7      | 12051 ||| Stepping ~*~*~tactically~*~*~ (outnumbered).
 12053 | D:7      | 12053 ||| Stepping ~*~*~tactically~*~*~ (outnumbered).
 12055 | D:7      | 12055 ||| Stepping ~*~*~tactically~*~*~ (outnumbered).
 12057 | D:7      | 12057 ||| Stepping ~*~*~tactically~*~*~ (outnumbered).
 12059 | D:7      | 12059 ||| Stepping ~*~*~tactically~*~*~ (outnumbered).
 12061 | D:7      | 12061 ||| Stepping ~*~*~tactically~*~*~ (outnumbered).
 12063 | D:7      | 12063 ||| Stepping ~*~*~tactically~*~*~ (outnumbered).
 12065 | D:7      | 12065 ||| Stepping ~*~*~tactically~*~*~ (outnumbered).
 12067 | D:7      | 12067 ||| Stepping ~*~*~tactically~*~*~ (outnumbered).
 12069 | D:7      | 12069 ||| Stepping ~*~*~tactically~*~*~ (outnumbered).
 12071 | D:7      | 12071 ||| Stepping ~*~*~tactically~*~*~ (outnumbered).
 12073 | D:7      | 12073 ||| Stepping ~*~*~tactically~*~*~ (outnumbered).
 12075 | D:7      | 12075 ||| Stepping ~*~*~tactically~*~*~ (outnumbered).
 12077 | D:7      | 12077 ||| Stepping ~*~*~tactically~*~*~ (outnumbered).
 12079 | D:7      | 12079 ||| Stepping ~*~*~tactically~*~*~ (outnumbered).
 12081 | D:7      | 12081 ||| Stepping ~*~*~tactically~*~*~ (outnumbered).
 12083 | D:7      | 12083 ||| Stepping ~*~*~tactically~*~*~ (outnumbered).
 12085 | D:7      | 12085 ||| Stepping ~*~*~tactically~*~*~ (outnumbered).
 12087 | D:7      | 12087 ||| Stepping ~*~*~tactically~*~*~ (outnumbered).
 12089 | D:7      | 12089 ||| Stepping ~*~*~tactically~*~*~ (outnumbered).
 12091 | D:7      | 12091 ||| Stepping ~*~*~tactically~*~*~ (outnumbered).
 12093 | D:7      | 12093 ||| Stepping ~*~*~tactically~*~*~ (outnumbered).
 12095 | D:7      | 12095 ||| Stepping ~*~*~tactically~*~*~ (outnumbered).
 12097 | D:7      | 12097 ||| Stepping ~*~*~tactically~*~*~ (outnumbered).
 12099 | D:7      | 12099 ||| Stepping ~*~*~tactically~*~*~ (outnumbered).
 12101 | D:7      | 12101 ||| Stepping ~*~*~tactically~*~*~ (outnumbered).
 12103 | D:7      | 12103 ||| Stepping ~*~*~tactically~*~*~ (outnumbered).
 12105 | D:7      | 12105 ||| Stepping ~*~*~tactically~*~*~ (outnumbered).
 12107 | D:7      | 12107 ||| Stepping ~*~*~tactically~*~*~ (outnumbered).
 12109 | D:7      | 12109 ||| Stepping ~*~*~tactically~*~*~ (outnumbered).
 12111 | D:7      | 12111 ||| Stepping ~*~*~tactically~*~*~ (outnumbered).
 12113 | D:7      | 12113 ||| Stepping ~*~*~tactically~*~*~ (outnumbered).
 12115 | D:7      | 12115 ||| Stepping ~*~*~tactically~*~*~ (outnumbered).
 12117 | D:7      | 12117 ||| Stepping ~*~*~tactically~*~*~ (outnumbered).
 12119 | D:7      | 12119 ||| Stepping ~*~*~tactically~*~*~ (outnumbered).
 12121 | D:7      | 12121 ||| Stepping ~*~*~tactically~*~*~ (outnumbered).
 12123 | D:7      | 12123 ||| Stepping ~*~*~tactically~*~*~ (outnumbered).
 12125 | D:7      | 12125 ||| Stepping ~*~*~tactically~*~*~ (outnumbered).
 12127 | D:7      | 12127 ||| Stepping ~*~*~tactically~*~*~ (outnumbered).
 12129 | D:7      | 12129 ||| Stepping ~*~*~tactically~*~*~ (outnumbered).
 12131 | D:7      | 12131 ||| Stepping ~*~*~tactically~*~*~ (outnumbered).
 12133 | D:7      | 12133 ||| Stepping ~*~*~tactically~*~*~ (outnumbered).
 12135 | D:7      | 12135 ||| Stepping ~*~*~tactically~*~*~ (outnumbered).
 12137 | D:7      | 12137 ||| Stepping ~*~*~tactically~*~*~ (outnumbered).
 12139 | D:7      | 12139 ||| Stepping ~*~*~tactically~*~*~ (outnumbered).
 12141 | D:7      | 12141 ||| Stepping ~*~*~tactically~*~*~ (outnumbered).
 12143 | D:7      | 12143 ||| Stepping ~*~*~tactically~*~*~ (outnumbered).
 12145 | D:7      | 12145 ||| Stepping ~*~*~tactically~*~*~ (outnumbered).
 12147 | D:7      | 12147 ||| Stepping ~*~*~tactically~*~*~ (outnumbered).
 12149 | D:7      | 12149 ||| Stepping ~*~*~tactically~*~*~ (outnumbered).
 12151 | D:7      | 12151 ||| Stepping ~*~*~tactically~*~*~ (outnumbered).
 12153 | D:7      | 12153 ||| Stepping ~*~*~tactically~*~*~ (outnumbered).
 12155 | D:7      | 12155 ||| Stepping ~*~*~tactically~*~*~ (outnumbered).
 12157 | D:7      | 12157 ||| Stepping ~*~*~tactically~*~*~ (outnumbered).
 12159 | D:7      | 12159 ||| Stepping ~*~*~tactically~*~*~ (outnumbered).
 12161 | D:7      | 12161 ||| Stepping ~*~*~tactically~*~*~ (outnumbered).
 12163 | D:7      | 12163 ||| Stepping ~*~*~tactically~*~*~ (outnumbered).
 12165 | D:7      | 12165 ||| Stepping ~*~*~tactically~*~*~ (outnumbered).
 12167 | D:7      | 12167 ||| Stepping ~*~*~tactically~*~*~ (outnumbered).
 12169 | D:7      | 12169 ||| Stepping ~*~*~tactically~*~*~ (outnumbered).
 12171 | D:7      | 12171 ||| Stepping ~*~*~tactically~*~*~ (outnumbered).
 12173 | D:7      | 12173 ||| Stepping ~*~*~tactically~*~*~ (outnumbered).
 12175 | D:7      | 12175 ||| Stepping ~*~*~tactically~*~*~ (outnumbered).
 12177 | D:7      | 12177 ||| Stepping ~*~*~tactically~*~*~ (outnumbered).
 12179 | D:7      | 12179 ||| Stepping ~*~*~tactically~*~*~ (outnumbered).
 12181 | D:7      | 12181 ||| Stepping ~*~*~tactically~*~*~ (outnumbered).
 12183 | D:7      | 12183 ||| Stepping ~*~*~tactically~*~*~ (outnumbered).
 12185 | D:7      | 12185 ||| Stepping ~*~*~tactically~*~*~ (outnumbered).
 12187 | D:7      | 12187 ||| Stepping ~*~*~tactically~*~*~ (outnumbered).
 12189 | D:7      | 12189 ||| Stepping ~*~*~tactically~*~*~ (outnumbered).
 12191 | D:7      | 12191 ||| Stepping ~*~*~tactically~*~*~ (outnumbered).
 12193 | D:7      | 12193 ||| Stepping ~*~*~tactically~*~*~ (outnumbered).
 12195 | D:7      | 12195 ||| Stepping ~*~*~tactically~*~*~ (outnumbered).
 12197 | D:7      | 12197 ||| Stepping ~*~*~tactically~*~*~ (outnumbered).
 12199 | D:7      | 12199 ||| Stepping ~*~*~tactically~*~*~ (outnumbered).
 12201 | D:7      | 12201 ||| Stepping ~*~*~tactically~*~*~ (outnumbered).
 12203 | D:7      | 12203 ||| Stepping ~*~*~tactically~*~*~ (outnumbered).
 12205 | D:7      | 12205 ||| Stepping ~*~*~tactically~*~*~ (outnumbered).
 12207 | D:7      | 12207 ||| Stepping ~*~*~tactically~*~*~ (outnumbered).
 12209 | D:7      | 12209 ||| Stepping ~*~*~tactically~*~*~ (outnumbered).
 12211 | D:7      | 12211 ||| Stepping ~*~*~tactically~*~*~ (outnumbered).
 12213 | D:7      | 12213 ||| Stepping ~*~*~tactically~*~*~ (outnumbered).
 12215 | D:7      | 12215 ||| Stepping ~*~*~tactically~*~*~ (outnumbered).
 12217 | D:7      | 12217 ||| Stepping ~*~*~tactically~*~*~ (outnumbered).
 12219 | D:7      | 12219 ||| Stepping ~*~*~tactically~*~*~ (outnumbered).
 12221 | D:7      | 12221 ||| Stepping ~*~*~tactically~*~*~ (outnumbered).
 12223 | D:7      | 12223 ||| Stepping ~*~*~tactically~*~*~ (outnumbered).
 12225 | D:7      | 12225 ||| Stepping ~*~*~tactically~*~*~ (outnumbered).
 12227 | D:7      | 12227 ||| Stepping ~*~*~tactically~*~*~ (outnumbered).
 12229 | D:7      | 12229 ||| Stepping ~*~*~tactically~*~*~ (outnumbered).
 12231 | D:7      | 12231 ||| Stepping ~*~*~tactically~*~*~ (outnumbered).
 12233 | D:7      | 12233 ||| Stepping ~*~*~tactically~*~*~ (outnumbered).
 12235 | D:7      | 12235 ||| Stepping ~*~*~tactically~*~*~ (outnumbered).
 12237 | D:7      | 12237 ||| Stepping ~*~*~tactically~*~*~ (outnumbered).
 12239 | D:7      | 12239 ||| Stepping ~*~*~tactically~*~*~ (outnumbered).
 12241 | D:7      | 12241 ||| Stepping ~*~*~tactically~*~*~ (outnumbered).
 12243 | D:7      | 12243 ||| Stepping ~*~*~tactically~*~*~ (outnumbered).
 12245 | D:7      | 12245 ||| Stepping ~*~*~tactically~*~*~ (outnumbered).
 12247 | D:7      | 12247 ||| Stepping ~*~*~tactically~*~*~ (outnumbered).
 12249 | D:7      | 12249 ||| Stepping ~*~*~tactically~*~*~ (outnumbered).
 12251 | D:7      | 12251 ||| Stepping ~*~*~tactically~*~*~ (outnumbered).
 12253 | D:7      | 12253 ||| Stepping ~*~*~tactically~*~*~ (outnumbered).
 12255 | D:7      | 12255 ||| Stepping ~*~*~tactically~*~*~ (outnumbered).
 12257 | D:7      | 12257 ||| Stepping ~*~*~tactically~*~*~ (outnumbered).
 12259 | D:7      | 12259 ||| Stepping ~*~*~tactically~*~*~ (outnumbered).
 12261 | D:7      | 12261 ||| Stepping ~*~*~tactically~*~*~ (outnumbered).
 12263 | D:7      | 12263 ||| Stepping ~*~*~tactically~*~*~ (outnumbered).
 12265 | D:7      | 12265 ||| Stepping ~*~*~tactically~*~*~ (outnumbered).
 12267 | D:7      | 12267 ||| Stepping ~*~*~tactically~*~*~ (outnumbered).
 12269 | D:7      | 12269 ||| Stepping ~*~*~tactically~*~*~ (outnumbered).
 12271 | D:7      | 12271 ||| Stepping ~*~*~tactically~*~*~ (outnumbered).
 12273 | D:7      | 12273 ||| Stepping ~*~*~tactically~*~*~ (outnumbered).
 12275 | D:7      | 12275 ||| Stepping ~*~*~tactically~*~*~ (outnumbered).
 12277 | D:7      | 12277 ||| Stepping ~*~*~tactically~*~*~ (outnumbered).
 12279 | D:7      | 12279 ||| Stepping ~*~*~tactically~*~*~ (outnumbered).
 12281 | D:7      | 12281 ||| Stepping ~*~*~tactically~*~*~ (outnumbered).
 12283 | D:7      | 12283 ||| Stepping ~*~*~tactically~*~*~ (outnumbered).
 12285 | D:7      | 12285 ||| Stepping ~*~*~tactically~*~*~ (outnumbered).
 12287 | D:7      | 12287 ||| Stepping ~*~*~tactically~*~*~ (outnumbered).
 12289 | D:7      | 12289 ||| Stepping ~*~*~tactically~*~*~ (outnumbered).
 12291 | D:7      | 12291 ||| Stepping ~*~*~tactically~*~*~ (outnumbered).
 12293 | D:7      | 12293 ||| Stepping ~*~*~tactically~*~*~ (outnumbered).
 12295 | D:7      | 12295 ||| Stepping ~*~*~tactically~*~*~ (outnumbered).
 12297 | D:7      | 12297 ||| Stepping ~*~*~tactically~*~*~ (outnumbered).
 12299 | D:7      | 12299 ||| Stepping ~*~*~tactically~*~*~ (outnumbered).
 12301 | D:7      | 12301 ||| Stepping ~*~*~tactically~*~*~ (outnumbered).
 12303 | D:7      | 12303 ||| Stepping ~*~*~tactically~*~*~ (outnumbered).
 12305 | D:7      | 12305 ||| Stepping ~*~*~tactically~*~*~ (outnumbered).
 12307 | D:7      | 12307 ||| Stepping ~*~*~tactically~*~*~ (outnumbered).
 12309 | D:7      | 12309 ||| Stepping ~*~*~tactically~*~*~ (outnumbered).
 12311 | D:7      | 12311 ||| Stepping ~*~*~tactically~*~*~ (outnumbered).
 12313 | D:7      | 12313 ||| Stepping ~*~*~tactically~*~*~ (outnumbered).
 12315 | D:7      | 12315 ||| Stepping ~*~*~tactically~*~*~ (outnumbered).
 12317 | D:7      | 12317 ||| Stepping ~*~*~tactically~*~*~ (outnumbered).
 12319 | D:7      | 12319 ||| Stepping ~*~*~tactically~*~*~ (outnumbered).
 12321 | D:7      | 12321 ||| Stepping ~*~*~tactically~*~*~ (outnumbered).
 12323 | D:7      | 12323 ||| Stepping ~*~*~tactically~*~*~ (outnumbered).
 12325 | D:7      | 12325 ||| Stepping ~*~*~tactically~*~*~ (outnumbered).
 12327 | D:7      | 12327 ||| Stepping ~*~*~tactically~*~*~ (outnumbered).
 12329 | D:7      | 12329 ||| Stepping ~*~*~tactically~*~*~ (outnumbered).
 12331 | D:7      | 12331 ||| Stepping ~*~*~tactically~*~*~ (outnumbered).
 12333 | D:7      | 12333 ||| Stepping ~*~*~tactically~*~*~ (outnumbered).
 12335 | D:7      | 12335 ||| Stepping ~*~*~tactically~*~*~ (outnumbered).
 12337 | D:7      | 12337 ||| Stepping ~*~*~tactically~*~*~ (outnumbered).
 12339 | D:7      | 12339 ||| Stepping ~*~*~tactically~*~*~ (outnumbered).
 12341 | D:7      | 12341 ||| Stepping ~*~*~tactically~*~*~ (outnumbered).
 12343 | D:7      | 12343 ||| Stepping ~*~*~tactically~*~*~ (outnumbered).
 12345 | D:7      | 12345 ||| Stepping ~*~*~tactically~*~*~ (outnumbered).
 12347 | D:7      | 12347 ||| Stepping ~*~*~tactically~*~*~ (outnumbered).
 12349 | D:7      | 12349 ||| Stepping ~*~*~tactically~*~*~ (outnumbered).
 12351 | D:7      | 12351 ||| Stepping ~*~*~tactically~*~*~ (outnumbered).
 12353 | D:7      | 12353 ||| Stepping ~*~*~tactically~*~*~ (outnumbered).
 12355 | D:7      | 12355 ||| Stepping ~*~*~tactically~*~*~ (outnumbered).
 12357 | D:7      | 12357 ||| Stepping ~*~*~tactically~*~*~ (outnumbered).
 12359 | D:7      | 12359 ||| Stepping ~*~*~tactically~*~*~ (outnumbered).
 12361 | D:7      | 12361 ||| Stepping ~*~*~tactically~*~*~ (outnumbered).
 12363 | D:7      | 12363 ||| Stepping ~*~*~tactically~*~*~ (outnumbered).
 12365 | D:7      | 12365 ||| Stepping ~*~*~tactically~*~*~ (outnumbered).
 12367 | D:7      | 12367 ||| Stepping ~*~*~tactically~*~*~ (outnumbered).
 12369 | D:7      | 12369 ||| Stepping ~*~*~tactically~*~*~ (outnumbered).
 12371 | D:7      | 12371 ||| Stepping ~*~*~tactically~*~*~ (outnumbered).
 12373 | D:7      | 12373 ||| Stepping ~*~*~tactically~*~*~ (outnumbered).
 12375 | D:7      | 12375 ||| Stepping ~*~*~tactically~*~*~ (outnumbered).
 12377 | D:7      | 12377 ||| Stepping ~*~*~tactically~*~*~ (outnumbered).
 12379 | D:7      | 12379 ||| Stepping ~*~*~tactically~*~*~ (outnumbered).
 12381 | D:7      | 12381 ||| Stepping ~*~*~tactically~*~*~ (outnumbered).
 12383 | D:7      | 12383 ||| Stepping ~*~*~tactically~*~*~ (outnumbered).
 12385 | D:7      | 12385 ||| Stepping ~*~*~tactically~*~*~ (outnumbered).
 12387 | D:7      | 12387 ||| Stepping ~*~*~tactically~*~*~ (outnumbered).
 12389 | D:7      | 12389 ||| Stepping ~*~*~tactically~*~*~ (outnumbered).
 12391 | D:7      | 12391 ||| Stepping ~*~*~tactically~*~*~ (outnumbered).
 12393 | D:7      | 12393 ||| Stepping ~*~*~tactically~*~*~ (outnumbered).
 12395 | D:7      | 12395 ||| Stepping ~*~*~tactically~*~*~ (outnumbered).
 12397 | D:7      | 12397 ||| Stepping ~*~*~tactically~*~*~ (outnumbered).
 12399 | D:7      | 12399 ||| Stepping ~*~*~tactically~*~*~ (outnumbered).
 12401 | D:7      | 12401 ||| Stepping ~*~*~tactically~*~*~ (outnumbered).
 12403 | D:7      | 12403 ||| Stepping ~*~*~tactically~*~*~ (outnumbered).
 12405 | D:7      | 12405 ||| Stepping ~*~*~tactically~*~*~ (outnumbered).
 12407 | D:7      | 12407 ||| Stepping ~*~*~tactically~*~*~ (outnumbered).
 12409 | D:7      | 12409 ||| Stepping ~*~*~tactically~*~*~ (outnumbered).
 12411 | D:7      | 12411 ||| Stepping ~*~*~tactically~*~*~ (outnumbered).
 12413 | D:7      | 12413 ||| Stepping ~*~*~tactically~*~*~ (outnumbered).
 12415 | D:7      | 12415 ||| Stepping ~*~*~tactically~*~*~ (outnumbered).
 12417 | D:7      | 12417 ||| Stepping ~*~*~tactically~*~*~ (outnumbered).
 12419 | D:7      | 12419 ||| Stepping ~*~*~tactically~*~*~ (outnumbered).
 12421 | D:7      | 12421 ||| Stepping ~*~*~tactically~*~*~ (outnumbered).
 12423 | D:7      | 12423 ||| Stepping ~*~*~tactically~*~*~ (outnumbered).
 12425 | D:7      | 12425 ||| Stepping ~*~*~tactically~*~*~ (outnumbered).
 12427 | D:7      | 12427 ||| Stepping ~*~*~tactically~*~*~ (outnumbered).
 12429 | D:7      | 12429 ||| Stepping ~*~*~tactically~*~*~ (outnumbered).
 12431 | D:7      | 12431 ||| Stepping ~*~*~tactically~*~*~ (outnumbered).
 12433 | D:7      | 12433 ||| Stepping ~*~*~tactically~*~*~ (outnumbered).
 12435 | D:7      | 12435 ||| Stepping ~*~*~tactically~*~*~ (outnumbered).
 12437 | D:7      | 12437 ||| Stepping ~*~*~tactically~*~*~ (outnumbered).
 12439 | D:7      | 12439 ||| Stepping ~*~*~tactically~*~*~ (outnumbered).
 12441 | D:7      | 12441 ||| Stepping ~*~*~tactically~*~*~ (outnumbered).
 12443 | D:7      | 12443 ||| Stepping ~*~*~tactically~*~*~ (outnumbered).
 12445 | D:7      | 12445 ||| Stepping ~*~*~tactically~*~*~ (outnumbered).
 12447 | D:7      | 12447 ||| Stepping ~*~*~tactically~*~*~ (outnumbered).
 12449 | D:7      | 12449 ||| Stepping ~*~*~tactically~*~*~ (outnumbered).
 12451 | D:7      | 12451 ||| Stepping ~*~*~tactically~*~*~ (outnumbered).
 12453 | D:7      | 12453 ||| Stepping ~*~*~tactically~*~*~ (outnumbered).
 12455 | D:7      | 12455 ||| Stepping ~*~*~tactically~*~*~ (outnumbered).
 12457 | D:7      | 12457 ||| Stepping ~*~*~tactically~*~*~ (outnumbered).
 12459 | D:7      | 12459 ||| Stepping ~*~*~tactically~*~*~ (outnumbered).
 12461 | D:7      | 12461 ||| Stepping ~*~*~tactically~*~*~ (outnumbered).
 12463 | D:7      | 12463 ||| Stepping ~*~*~tactically~*~*~ (outnumbered).
 12465 | D:7      | 12465 ||| Stepping ~*~*~tactically~*~*~ (outnumbered).
 12467 | D:7      | 12467 ||| Stepping ~*~*~tactically~*~*~ (outnumbered).
 12469 | D:7      | 12469 ||| Stepping ~*~*~tactically~*~*~ (outnumbered).
 12471 | D:7      | 12471 ||| Stepping ~*~*~tactically~*~*~ (outnumbered).
 12473 | D:7      | 12473 ||| Stepping ~*~*~tactically~*~*~ (outnumbered).
 12475 | D:7      | 12475 ||| Stepping ~*~*~tactically~*~*~ (outnumbered).
 12477 | D:7      | 12477 ||| Stepping ~*~*~tactically~*~*~ (outnumbered).
 12479 | D:7      | 12479 ||| Stepping ~*~*~tactically~*~*~ (outnumbered).
 12481 | D:7      | 12481 ||| Stepping ~*~*~tactically~*~*~ (outnumbered).
 12483 | D:7      | 12483 ||| Stepping ~*~*~tactically~*~*~ (outnumbered).
 12485 | D:7      | 12485 ||| Stepping ~*~*~tactically~*~*~ (outnumbered).
 12487 | D:7      | 12487 ||| Stepping ~*~*~tactically~*~*~ (outnumbered).
 12489 | D:7      | 12489 ||| Stepping ~*~*~tactically~*~*~ (outnumbered).
 12491 | D:7      | 12491 ||| Stepping ~*~*~tactically~*~*~ (outnumbered).
 12493 | D:7      | 12493 ||| Stepping ~*~*~tactically~*~*~ (outnumbered).
 12495 | D:7      | 12495 ||| Stepping ~*~*~tactically~*~*~ (outnumbered).
 12497 | D:7      | 12497 ||| Stepping ~*~*~tactically~*~*~ (outnumbered).
 12499 | D:7      | 12499 ||| Stepping ~*~*~tactically~*~*~ (outnumbered).
 12501 | D:7      | 12501 ||| Stepping ~*~*~tactically~*~*~ (outnumbered).
 12503 | D:7      | 12503 ||| Stepping ~*~*~tactically~*~*~ (outnumbered).
 12505 | D:7      | 12505 ||| Stepping ~*~*~tactically~*~*~ (outnumbered).
 12507 | D:7      | 12507 ||| Stepping ~*~*~tactically~*~*~ (outnumbered).
 12509 | D:7      | 12509 ||| Stepping ~*~*~tactically~*~*~ (outnumbered).
 12511 | D:7      | 12511 ||| Stepping ~*~*~tactically~*~*~ (outnumbered).
 12513 | D:7      | 12513 ||| Stepping ~*~*~tactically~*~*~ (outnumbered).
 12515 | D:7      | 12515 ||| Stepping ~*~*~tactically~*~*~ (outnumbered).
 12517 | D:7      | 12517 ||| Stepping ~*~*~tactically~*~*~ (outnumbered).
 12519 | D:7      | 12519 ||| Stepping ~*~*~tactically~*~*~ (outnumbered).
 12521 | D:7      | 12521 ||| Stepping ~*~*~tactically~*~*~ (outnumbered).
 12523 | D:7      | 12523 ||| Stepping ~*~*~tactically~*~*~ (outnumbered).
 12525 | D:7      | 12525 ||| Stepping ~*~*~tactically~*~*~ (outnumbered).
 12527 | D:7      | 12527 ||| Stepping ~*~*~tactically~*~*~ (outnumbered).
 12529 | D:7      | 12529 ||| Stepping ~*~*~tactically~*~*~ (outnumbered).
 12531 | D:7      | 12531 ||| Stepping ~*~*~tactically~*~*~ (outnumbered).
 12533 | D:7      | 12533 ||| Stepping ~*~*~tactically~*~*~ (outnumbered).
 12535 | D:7      | 12535 ||| Stepping ~*~*~tactically~*~*~ (outnumbered).
 12537 | D:7      | 12537 ||| Stepping ~*~*~tactically~*~*~ (outnumbered).
 12539 | D:7      | 12539 ||| Stepping ~*~*~tactically~*~*~ (outnumbered).
 12541 | D:7      | 12541 ||| Stepping ~*~*~tactically~*~*~ (outnumbered).
 12543 | D:7      | 12543 ||| Stepping ~*~*~tactically~*~*~ (outnumbered).
 12545 | D:7      | 12545 ||| Stepping ~*~*~tactically~*~*~ (outnumbered).
 12547 | D:7      | 12547 ||| Stepping ~*~*~tactically~*~*~ (outnumbered).
 12549 | D:7      | 12549 ||| Stepping ~*~*~tactically~*~*~ (outnumbered).
 12551 | D:7      | 12551 ||| Stepping ~*~*~tactically~*~*~ (outnumbered).
 12553 | D:7      | 12553 ||| Stepping ~*~*~tactically~*~*~ (outnumbered).
 12555 | D:7      | 12555 ||| Stepping ~*~*~tactically~*~*~ (outnumbered).
 12557 | D:7      | 12557 ||| Stepping ~*~*~tactically~*~*~ (outnumbered).
 12559 | D:7      | 12559 ||| Stepping ~*~*~tactically~*~*~ (outnumbered).
 12561 | D:7      | 12561 ||| Stepping ~*~*~tactically~*~*~ (outnumbered).
 12563 | D:7      | 12563 ||| Stepping ~*~*~tactically~*~*~ (outnumbered).
 12565 | D:7      | 12565 ||| Stepping ~*~*~tactically~*~*~ (outnumbered).
 12567 | D:7      | 12567 ||| Stepping ~*~*~tactically~*~*~ (outnumbered).
 12569 | D:7      | 12569 ||| Stepping ~*~*~tactically~*~*~ (outnumbered).
 12571 | D:7      | 12571 ||| Stepping ~*~*~tactically~*~*~ (outnumbered).
 12573 | D:7      | 12573 ||| Stepping ~*~*~tactically~*~*~ (outnumbered).
 12575 | D:7      | 12575 ||| Stepping ~*~*~tactically~*~*~ (outnumbered).
 12577 | D:7      | 12577 ||| Stepping ~*~*~tactically~*~*~ (outnumbered).
 12579 | D:7      | 12579 ||| Stepping ~*~*~tactically~*~*~ (outnumbered).
 12581 | D:7      | 12581 ||| Stepping ~*~*~tactically~*~*~ (outnumbered).
 12583 | D:7      | 12583 ||| Stepping ~*~*~tactically~*~*~ (outnumbered).
 12585 | D:7      | 12585 ||| Stepping ~*~*~tactically~*~*~ (outnumbered).
 12587 | D:7      | 12587 ||| Stepping ~*~*~tactically~*~*~ (outnumbered).
 12589 | D:7      | 12589 ||| Stepping ~*~*~tactically~*~*~ (outnumbered).
 12591 | D:7      | 12591 ||| Stepping ~*~*~tactically~*~*~ (outnumbered).
 12593 | D:7      | 12593 ||| Stepping ~*~*~tactically~*~*~ (outnumbered).
 12595 | D:7      | 12595 ||| Stepping ~*~*~tactically~*~*~ (outnumbered).
 12597 | D:7      | 12597 ||| Stepping ~*~*~tactically~*~*~ (outnumbered).
 12599 | D:7      | 12599 ||| Stepping ~*~*~tactically~*~*~ (outnumbered).
 12601 | D:7      | 12601 ||| Stepping ~*~*~tactically~*~*~ (outnumbered).
 12603 | D:7      | 12603 ||| Stepping ~*~*~tactically~*~*~ (outnumbered).
 12605 | D:7      | 12605 ||| Stepping ~*~*~tactically~*~*~ (outnumbered).
 12607 | D:7      | 12607 ||| Stepping ~*~*~tactically~*~*~ (outnumbered).
 12609 | D:7      | 12609 ||| Stepping ~*~*~tactically~*~*~ (outnumbered).
 12611 | D:7      | 12611 ||| Stepping ~*~*~tactically~*~*~ (outnumbered).
 12613 | D:7      | 12613 ||| Stepping ~*~*~tactically~*~*~ (outnumbered).
 12615 | D:7      | 12615 ||| Stepping ~*~*~tactically~*~*~ (outnumbered).
 12617 | D:7      | 12617 ||| Stepping ~*~*~tactically~*~*~ (outnumbered).
 12619 | D:7      | 12619 ||| Stepping ~*~*~tactically~*~*~ (outnumbered).
 12621 | D:7      | 12621 ||| Stepping ~*~*~tactically~*~*~ (outnumbered).
 12623 | D:7      | 12623 ||| Stepping ~*~*~tactically~*~*~ (outnumbered).
 12625 | D:7      | 12625 ||| Stepping ~*~*~tactically~*~*~ (outnumbered).
 12627 | D:7      | 12627 ||| Stepping ~*~*~tactically~*~*~ (outnumbered).
 12629 | D:7      | 12629 ||| Stepping ~*~*~tactically~*~*~ (outnumbered).
 12631 | D:7      | 12631 ||| Stepping ~*~*~tactically~*~*~ (outnumbered).
 12633 | D:7      | 12633 ||| Stepping ~*~*~tactically~*~*~ (outnumbered).
 12635 | D:7      | 12635 ||| Stepping ~*~*~tactically~*~*~ (outnumbered).
 12637 | D:7      | 12637 ||| Stepping ~*~*~tactically~*~*~ (outnumbered).
 12639 | D:7      | 12639 ||| Stepping ~*~*~tactically~*~*~ (outnumbered).
 12641 | D:7      | 12641 ||| Stepping ~*~*~tactically~*~*~ (outnumbered).
 12643 | D:7      | 12643 ||| Stepping ~*~*~tactically~*~*~ (outnumbered).
 12645 | D:7      | 12645 ||| Stepping ~*~*~tactically~*~*~ (outnumbered).
 12647 | D:7      | 12647 ||| Stepping ~*~*~tactically~*~*~ (outnumbered).
 12649 | D:7      | 12649 ||| Stepping ~*~*~tactically~*~*~ (outnumbered).
 12651 | D:7      | 12651 ||| Stepping ~*~*~tactically~*~*~ (outnumbered).
 12653 | D:7      | 12653 ||| Stepping ~*~*~tactically~*~*~ (outnumbered).
 12655 | D:7      | 12655 ||| Stepping ~*~*~tactically~*~*~ (outnumbered).
 12657 | D:7      | 12657 ||| Stepping ~*~*~tactically~*~*~ (outnumbered).
 12659 | D:7      | 12659 ||| Stepping ~*~*~tactically~*~*~ (outnumbered).
 12661 | D:7      | 12661 ||| Stepping ~*~*~tactically~*~*~ (outnumbered).
 12663 | D:7      | 12663 ||| Stepping ~*~*~tactically~*~*~ (outnumbered).
 12665 | D:7      | 12665 ||| Stepping ~*~*~tactically~*~*~ (outnumbered).
 12667 | D:7      | 12667 ||| Stepping ~*~*~tactically~*~*~ (outnumbered).
 12669 | D:7      | 12669 ||| Stepping ~*~*~tactically~*~*~ (outnumbered).
 12671 | D:7      | 12671 ||| Stepping ~*~*~tactically~*~*~ (outnumbered).
 12673 | D:7      | 12673 ||| Stepping ~*~*~tactically~*~*~ (outnumbered).
 12675 | D:7      | 12675 ||| Stepping ~*~*~tactically~*~*~ (outnumbered).
 12677 | D:7      | 12677 ||| Stepping ~*~*~tactically~*~*~ (outnumbered).
 12679 | D:7      | 12679 ||| Stepping ~*~*~tactically~*~*~ (outnumbered).
 12681 | D:7      | 12681 ||| Stepping ~*~*~tactically~*~*~ (outnumbered).
 12683 | D:7      | 12683 ||| Stepping ~*~*~tactically~*~*~ (outnumbered).
 12685 | D:7      | 12685 ||| Stepping ~*~*~tactically~*~*~ (outnumbered).
 12687 | D:7      | 12687 ||| Stepping ~*~*~tactically~*~*~ (outnumbered).
 12689 | D:7      | 12689 ||| Stepping ~*~*~tactically~*~*~ (outnumbered).
 12691 | D:7      | 12691 ||| Stepping ~*~*~tactically~*~*~ (outnumbered).
 12693 | D:7      | 12693 ||| Stepping ~*~*~tactically~*~*~ (outnumbered).
 12695 | D:7      | 12695 ||| Stepping ~*~*~tactically~*~*~ (outnumbered).
 12697 | D:7      | 12697 ||| Stepping ~*~*~tactically~*~*~ (outnumbered).
 12699 | D:7      | 12699 ||| Stepping ~*~*~tactically~*~*~ (outnumbered).
 12701 | D:7      | 12701 ||| Stepping ~*~*~tactically~*~*~ (outnumbered).
 12703 | D:7      | 12703 ||| Stepping ~*~*~tactically~*~*~ (outnumbered).
 12705 | D:7      | 12705 ||| Stepping ~*~*~tactically~*~*~ (outnumbered).
 12707 | D:7      | 12707 ||| Stepping ~*~*~tactically~*~*~ (outnumbered).
 12709 | D:7      | 12709 ||| Stepping ~*~*~tactically~*~*~ (outnumbered).
 12711 | D:7      | 12711 ||| Stepping ~*~*~tactically~*~*~ (outnumbered).
 12713 | D:7      | 12713 ||| Stepping ~*~*~tactically~*~*~ (outnumbered).
 12715 | D:7      | 12715 ||| Stepping ~*~*~tactically~*~*~ (outnumbered).
 12717 | D:7      | 12717 ||| Stepping ~*~*~tactically~*~*~ (outnumbered).
 12719 | D:7      | 12719 ||| Stepping ~*~*~tactically~*~*~ (outnumbered).
 12721 | D:7      | 12721 ||| Stepping ~*~*~tactically~*~*~ (outnumbered).
 12723 | D:7      | 12723 ||| Stepping ~*~*~tactically~*~*~ (outnumbered).
 12725 | D:7      | 12725 ||| Stepping ~*~*~tactically~*~*~ (outnumbered).
 12727 | D:7      | 12727 ||| Stepping ~*~*~tactically~*~*~ (outnumbered).
 12729 | D:7      | 12729 ||| Stepping ~*~*~tactically~*~*~ (outnumbered).
 12731 | D:7      | 12731 ||| Stepping ~*~*~tactically~*~*~ (outnumbered).
 12733 | D:7      | 12733 ||| Stepping ~*~*~tactically~*~*~ (outnumbered).
 12735 | D:7      | 12735 ||| Stepping ~*~*~tactically~*~*~ (outnumbered).
 12737 | D:7      | 12737 ||| Stepping ~*~*~tactically~*~*~ (outnumbered).
 12739 | D:7      | 12739 ||| Stepping ~*~*~tactically~*~*~ (outnumbered).
 12741 | D:7      | 12741 ||| Stepping ~*~*~tactically~*~*~ (outnumbered).
 12743 | D:7      | 12743 ||| Stepping ~*~*~tactically~*~*~ (outnumbered).
 12745 | D:7      | 12745 ||| Stepping ~*~*~tactically~*~*~ (outnumbered).
 12747 | D:7      | 12747 ||| Stepping ~*~*~tactically~*~*~ (outnumbered).
 12749 | D:7      | 12749 ||| Stepping ~*~*~tactically~*~*~ (outnumbered).
 12751 | D:7      | 12751 ||| Stepping ~*~*~tactically~*~*~ (outnumbered).
 12753 | D:7      | 12753 ||| Stepping ~*~*~tactically~*~*~ (outnumbered).
 12755 | D:7      | 12755 ||| Stepping ~*~*~tactically~*~*~ (outnumbered).
 12757 | D:7      | 12757 ||| Stepping ~*~*~tactically~*~*~ (outnumbered).
 12759 | D:7      | 12759 ||| Stepping ~*~*~tactically~*~*~ (outnumbered).
 12761 | D:7      | 12761 ||| Stepping ~*~*~tactically~*~*~ (outnumbered).
 12763 | D:7      | 12763 ||| Stepping ~*~*~tactically~*~*~ (outnumbered).
 12765 | D:7      | 12765 ||| Stepping ~*~*~tactically~*~*~ (outnumbered).
 12767 | D:7      | 12767 ||| Stepping ~*~*~tactically~*~*~ (outnumbered).
 12769 | D:7      | 12769 ||| Stepping ~*~*~tactically~*~*~ (outnumbered).
 12771 | D:7      | 12771 ||| Stepping ~*~*~tactically~*~*~ (outnumbered).
 12773 | D:7      | 12773 ||| Stepping ~*~*~tactically~*~*~ (outnumbered).
 12775 | D:7      | 12775 ||| Stepping ~*~*~tactically~*~*~ (outnumbered).
 12777 | D:7      | 12777 ||| Stepping ~*~*~tactically~*~*~ (outnumbered).
 12779 | D:7      | 12779 ||| Stepping ~*~*~tactically~*~*~ (outnumbered).
 12781 | D:7      | 12781 ||| Stepping ~*~*~tactically~*~*~ (outnumbered).
 12783 | D:7      | 12783 ||| Stepping ~*~*~tactically~*~*~ (outnumbered).
 12785 | D:7      | 12785 ||| Stepping ~*~*~tactically~*~*~ (outnumbered).
 12787 | D:7      | 12787 ||| Stepping ~*~*~tactically~*~*~ (outnumbered).
 12789 | D:7      | 12789 ||| Stepping ~*~*~tactically~*~*~ (outnumbered).
 12791 | D:7      | 12791 ||| Stepping ~*~*~tactically~*~*~ (outnumbered).
 12793 | D:7      | 12793 ||| Stepping ~*~*~tactically~*~*~ (outnumbered).
 12795 | D:7      | 12795 ||| Stepping ~*~*~tactically~*~*~ (outnumbered).
 12797 | D:7      | 12797 ||| Stepping ~*~*~tactically~*~*~ (outnumbered).
 12799 | D:7      | 12799 ||| Stepping ~*~*~tactically~*~*~ (outnumbered).
 12801 | D:7      | 12801 ||| Stepping ~*~*~tactically~*~*~ (outnumbered).
 12803 | D:7      | 12803 ||| Stepping ~*~*~tactically~*~*~ (outnumbered).
 12805 | D:7      | 12805 ||| Stepping ~*~*~tactically~*~*~ (outnumbered).
 12807 | D:7      | 12807 ||| Stepping ~*~*~tactically~*~*~ (outnumbered).
 12809 | D:7      | 12809 ||| Stepping ~*~*~tactically~*~*~ (outnumbered).
 12811 | D:7      | 12811 ||| Stepping ~*~*~tactically~*~*~ (outnumbered).
 12813 | D:7      | 12813 ||| Stepping ~*~*~tactically~*~*~ (outnumbered).
 12815 | D:7      | 12815 ||| Stepping ~*~*~tactically~*~*~ (outnumbered).
 12817 | D:7      | 12817 ||| Stepping ~*~*~tactically~*~*~ (outnumbered).
 12819 | D:7      | 12819 ||| Stepping ~*~*~tactically~*~*~ (outnumbered).
 12821 | D:7      | 12821 ||| Stepping ~*~*~tactically~*~*~ (outnumbered).
 12823 | D:7      | 12823 ||| Stepping ~*~*~tactically~*~*~ (outnumbered).
 12825 | D:7      | 12825 ||| Stepping ~*~*~tactically~*~*~ (outnumbered).
 12827 | D:7      | 12827 ||| Stepping ~*~*~tactically~*~*~ (outnumbered).
 12829 | D:7      | 12829 ||| Stepping ~*~*~tactically~*~*~ (outnumbered).
 12831 | D:7      | 12831 ||| Stepping ~*~*~tactically~*~*~ (outnumbered).
 12833 | D:7      | 12833 ||| Stepping ~*~*~tactically~*~*~ (outnumbered).
 12835 | D:7      | 12835 ||| Stepping ~*~*~tactically~*~*~ (outnumbered).
 12837 | D:7      | 12837 ||| Stepping ~*~*~tactically~*~*~ (outnumbered).
 12839 | D:7      | 12839 ||| Stepping ~*~*~tactically~*~*~ (outnumbered).
 12841 | D:7      | 12841 ||| Stepping ~*~*~tactically~*~*~ (outnumbered).
 12843 | D:7      | 12843 ||| Stepping ~*~*~tactically~*~*~ (outnumbered).
 12845 | D:7      | 12845 ||| Stepping ~*~*~tactically~*~*~ (outnumbered).
 12847 | D:7      | 12847 ||| Stepping ~*~*~tactically~*~*~ (outnumbered).
 12849 | D:7      | 12849 ||| Stepping ~*~*~tactically~*~*~ (outnumbered).
 12851 | D:7      | 12851 ||| Stepping ~*~*~tactically~*~*~ (outnumbered).
 12853 | D:7      | 12853 ||| Stepping ~*~*~tactically~*~*~ (outnumbered).
 12855 | D:7      | 12855 ||| Stepping ~*~*~tactically~*~*~ (outnumbered).
 12857 | D:7      | 12857 ||| Stepping ~*~*~tactically~*~*~ (outnumbered).
 12859 | D:7      | 12859 ||| Stepping ~*~*~tactically~*~*~ (outnumbered).
 12861 | D:7      | 12861 ||| Stepping ~*~*~tactically~*~*~ (outnumbered).
 12863 | D:7      | 12863 ||| Stepping ~*~*~tactically~*~*~ (outnumbered).
 12865 | D:7      | 12865 ||| Stepping ~*~*~tactically~*~*~ (outnumbered).
 12867 | D:7      | 12867 ||| Stepping ~*~*~tactically~*~*~ (outnumbered).
 12869 | D:7      | 12869 ||| Stepping ~*~*~tactically~*~*~ (outnumbered).
 12871 | D:7      | 12871 ||| Stepping ~*~*~tactically~*~*~ (outnumbered).
 12873 | D:7      | 12873 ||| Stepping ~*~*~tactically~*~*~ (outnumbered).
 12875 | D:7      | 12875 ||| Stepping ~*~*~tactically~*~*~ (outnumbered).
 12877 | D:7      | 12877 ||| Stepping ~*~*~tactically~*~*~ (outnumbered).
 12879 | D:7      | 12879 ||| Stepping ~*~*~tactically~*~*~ (outnumbered).
 12881 | D:7      | 12881 ||| Stepping ~*~*~tactically~*~*~ (outnumbered).
 12883 | D:7      | 12883 ||| Stepping ~*~*~tactically~*~*~ (outnumbered).
 12885 | D:7      | 12885 ||| Stepping ~*~*~tactically~*~*~ (outnumbered).
 12887 | D:7      | 12887 ||| Stepping ~*~*~tactically~*~*~ (outnumbered).
 12889 | D:7      | 12889 ||| Stepping ~*~*~tactically~*~*~ (outnumbered).
 12891 | D:7      | 12891 ||| Stepping ~*~*~tactically~*~*~ (outnumbered).
 12893 | D:7      | 12893 ||| Stepping ~*~*~tactically~*~*~ (outnumbered).
 12895 | D:7      | 12895 ||| Stepping ~*~*~tactically~*~*~ (outnumbered).
 12897 | D:7      | 12897 ||| Stepping ~*~*~tactically~*~*~ (outnumbered).
 12899 | D:7      | 12899 ||| Stepping ~*~*~tactically~*~*~ (outnumbered).
 12901 | D:7      | 12901 ||| Stepping ~*~*~tactically~*~*~ (outnumbered).
 12903 | D:7      | 12903 ||| Stepping ~*~*~tactically~*~*~ (outnumbered).
 12905 | D:7      | 12905 ||| Stepping ~*~*~tactically~*~*~ (outnumbered).
 12907 | D:7      | 12907 ||| Stepping ~*~*~tactically~*~*~ (outnumbered).
 12909 | D:7      | 12909 ||| Stepping ~*~*~tactically~*~*~ (outnumbered).
 12911 | D:7      | 12911 ||| Stepping ~*~*~tactically~*~*~ (outnumbered).
 12913 | D:7      | 12913 ||| Stepping ~*~*~tactically~*~*~ (outnumbered).
 12915 | D:7      | 12915 ||| Stepping ~*~*~tactically~*~*~ (outnumbered).
 12917 | D:7      | 12917 ||| Stepping ~*~*~tactically~*~*~ (outnumbered).
 12919 | D:7      | 12919 ||| Stepping ~*~*~tactically~*~*~ (outnumbered).
 12921 | D:7      | 12921 ||| Stepping ~*~*~tactically~*~*~ (outnumbered).
 12923 | D:7      | 12923 ||| Stepping ~*~*~tactically~*~*~ (outnumbered).
 12925 | D:7      | 12925 ||| Stepping ~*~*~tactically~*~*~ (outnumbered).
 12927 | D:7      | 12927 ||| Stepping ~*~*~tactically~*~*~ (outnumbered).
 12929 | D:7      | 12929 ||| Stepping ~*~*~tactically~*~*~ (outnumbered).
 12931 | D:7      | 12931 ||| Stepping ~*~*~tactically~*~*~ (outnumbered).
 12933 | D:7      | 12933 ||| Stepping ~*~*~tactically~*~*~ (outnumbered).
 12935 | D:7      | 12935 ||| Stepping ~*~*~tactically~*~*~ (outnumbered).
 12937 | D:7      | 12937 ||| Stepping ~*~*~tactically~*~*~ (outnumbered).
 12939 | D:7      | 12939 ||| Stepping ~*~*~tactically~*~*~ (outnumbered).
 12941 | D:7      | 12941 ||| Stepping ~*~*~tactically~*~*~ (outnumbered).
 12943 | D:7      | 12943 ||| Stepping ~*~*~tactically~*~*~ (outnumbered).
 12945 | D:7      | 12945 ||| Stepping ~*~*~tactically~*~*~ (outnumbered).
 12947 | D:7      | 12947 ||| Stepping ~*~*~tactically~*~*~ (outnumbered).
 12949 | D:7      | 12949 ||| Stepping ~*~*~tactically~*~*~ (outnumbered).
 12951 | D:7      | 12951 ||| Stepping ~*~*~tactically~*~*~ (outnumbered).
 12953 | D:7      | 12953 ||| Stepping ~*~*~tactically~*~*~ (outnumbered).
 12955 | D:7      | 12955 ||| Stepping ~*~*~tactically~*~*~ (outnumbered).
 12957 | D:7      | 12957 ||| Stepping ~*~*~tactically~*~*~ (outnumbered).
 12959 | D:7      | 12959 ||| Stepping ~*~*~tactically~*~*~ (outnumbered).
 12961 | D:7      | 12961 ||| Stepping ~*~*~tactically~*~*~ (outnumbered).
 12963 | D:7      | 12963 ||| Stepping ~*~*~tactically~*~*~ (outnumbered).
 12965 | D:7      | 12965 ||| Stepping ~*~*~tactically~*~*~ (outnumbered).
 12967 | D:7      | 12967 ||| Stepping ~*~*~tactically~*~*~ (outnumbered).
 12969 | D:7      | 12969 ||| Stepping ~*~*~tactically~*~*~ (outnumbered).
 12971 | D:7      | 12971 ||| Stepping ~*~*~tactically~*~*~ (outnumbered).
 12973 | D:7      | 12973 ||| Stepping ~*~*~tactically~*~*~ (outnumbered).
 12975 | D:7      | 12975 ||| Stepping ~*~*~tactically~*~*~ (outnumbered).
 12977 | D:7      | 12977 ||| Stepping ~*~*~tactically~*~*~ (outnumbered).
 12979 | D:7      | 12979 ||| Stepping ~*~*~tactically~*~*~ (outnumbered).
 12981 | D:7      | 12981 ||| Stepping ~*~*~tactically~*~*~ (outnumbered).
 12983 | D:7      | 12983 ||| Stepping ~*~*~tactically~*~*~ (outnumbered).
 12985 | D:7      | 12985 ||| Stepping ~*~*~tactically~*~*~ (outnumbered).
 12987 | D:7      | 12987 ||| Stepping ~*~*~tactically~*~*~ (outnumbered).
 12989 | D:7      | 12989 ||| Stepping ~*~*~tactically~*~*~ (outnumbered).
 12991 | D:7      | 12991 ||| Stepping ~*~*~tactically~*~*~ (outnumbered).
 12993 | D:7      | 12993 ||| Stepping ~*~*~tactically~*~*~ (outnumbered).
 12995 | D:7      | 12995 ||| Stepping ~*~*~tactically~*~*~ (outnumbered).
 12997 | D:7      | 12997 ||| Stepping ~*~*~tactically~*~*~ (outnumbered).
 12999 | D:7      | 12999 ||| Stepping ~*~*~tactically~*~*~ (outnumbered).
 13001 | D:7      | 13001 ||| Stepping ~*~*~tactically~*~*~ (outnumbered).
 13003 | D:7      | 13003 ||| Stepping ~*~*~tactically~*~*~ (outnumbered).
 13005 | D:7      | 13005 ||| Stepping ~*~*~tactically~*~*~ (outnumbered).
 13007 | D:7      | 13007 ||| Stepping ~*~*~tactically~*~*~ (outnumbered).
 13009 | D:7      | 13009 ||| Stepping ~*~*~tactically~*~*~ (outnumbered).
 13011 | D:7      | 13011 ||| Stepping ~*~*~tactically~*~*~ (outnumbered).
 13013 | D:7      | 13013 ||| Stepping ~*~*~tactically~*~*~ (outnumbered).
 13015 | D:7      | 13015 ||| Stepping ~*~*~tactically~*~*~ (outnumbered).
 13017 | D:7      | 13017 ||| Stepping ~*~*~tactically~*~*~ (outnumbered).
 13019 | D:7      | 13019 ||| Stepping ~*~*~tactically~*~*~ (outnumbered).
 13021 | D:7      | 13021 ||| Stepping ~*~*~tactically~*~*~ (outnumbered).
 13023 | D:7      | 13023 ||| Stepping ~*~*~tactically~*~*~ (outnumbered).
 13025 | D:7      | 13025 ||| Stepping ~*~*~tactically~*~*~ (outnumbered).
 13027 | D:7      | 13027 ||| Stepping ~*~*~tactically~*~*~ (outnumbered).
 13029 | D:7      | 13029 ||| Stepping ~*~*~tactically~*~*~ (outnumbered).
 13031 | D:7      | 13031 ||| Stepping ~*~*~tactically~*~*~ (outnumbered).
 13033 | D:7      | 13033 ||| Stepping ~*~*~tactically~*~*~ (outnumbered).
 13035 | D:7      | 13035 ||| Stepping ~*~*~tactically~*~*~ (outnumbered).
 13037 | D:7      | 13037 ||| Stepping ~*~*~tactically~*~*~ (outnumbered).
 13039 | D:7      | 13039 ||| Stepping ~*~*~tactically~*~*~ (outnumbered).
 13041 | D:7      | 13041 ||| Stepping ~*~*~tactically~*~*~ (outnumbered).
 13043 | D:7      | 13043 ||| Stepping ~*~*~tactically~*~*~ (outnumbered).
 13045 | D:7      | 13045 ||| Stepping ~*~*~tactically~*~*~ (outnumbered).
 13047 | D:7      | 13047 ||| Stepping ~*~*~tactically~*~*~ (outnumbered).
 13049 | D:7      | 13049 ||| Stepping ~*~*~tactically~*~*~ (outnumbered).
 13051 | D:7      | 13051 ||| Stepping ~*~*~tactically~*~*~ (outnumbered).
 13053 | D:7      | 13053 ||| Stepping ~*~*~tactically~*~*~ (outnumbered).
 13055 | D:7      | 13055 ||| Stepping ~*~*~tactically~*~*~ (outnumbered).
 13057 | D:7      | 13057 ||| Stepping ~*~*~tactically~*~*~ (outnumbered).
 13059 | D:7      | 13059 ||| Stepping ~*~*~tactically~*~*~ (outnumbered).
 13061 | D:7      | 13061 ||| Stepping ~*~*~tactically~*~*~ (outnumbered).
 13063 | D:7      | 13063 ||| Stepping ~*~*~tactically~*~*~ (outnumbered).
 13065 | D:7      | 13065 ||| Stepping ~*~*~tactically~*~*~ (outnumbered).
 13067 | D:7      | 13067 ||| Stepping ~*~*~tactically~*~*~ (outnumbered).
 13069 | D:7      | 13069 ||| Stepping ~*~*~tactically~*~*~ (outnumbered).
 13071 | D:7      | 13071 ||| Stepping ~*~*~tactically~*~*~ (outnumbered).
 13073 | D:7      | 13073 ||| Stepping ~*~*~tactically~*~*~ (outnumbered).
 13075 | D:7      | 13075 ||| Stepping ~*~*~tactically~*~*~ (outnumbered).
 13077 | D:7      | 13077 ||| Stepping ~*~*~tactically~*~*~ (outnumbered).
 13079 | D:7      | 13079 ||| Stepping ~*~*~tactically~*~*~ (outnumbered).
 13081 | D:7      | 13081 ||| Stepping ~*~*~tactically~*~*~ (outnumbered).
 13083 | D:7      | 13083 ||| Stepping ~*~*~tactically~*~*~ (outnumbered).
 13085 | D:7      | 13085 ||| Stepping ~*~*~tactically~*~*~ (outnumbered).
 13087 | D:7      | 13087 ||| Stepping ~*~*~tactically~*~*~ (outnumbered).
 13089 | D:7      | 13089 ||| Stepping ~*~*~tactically~*~*~ (outnumbered).
 13091 | D:7      | 13091 ||| Stepping ~*~*~tactically~*~*~ (outnumbered).
 13093 | D:7      | 13093 ||| Stepping ~*~*~tactically~*~*~ (outnumbered).
 13095 | D:7      | 13095 ||| Stepping ~*~*~tactically~*~*~ (outnumbered).
 13097 | D:7      | 13097 ||| Stepping ~*~*~tactically~*~*~ (outnumbered).
 13099 | D:7      | 13099 ||| Stepping ~*~*~tactically~*~*~ (outnumbered).
 13101 | D:7      | 13101 ||| Stepping ~*~*~tactically~*~*~ (outnumbered).
 13103 | D:7      | 13103 ||| Stepping ~*~*~tactically~*~*~ (outnumbered).
 13105 | D:7      | 13105 ||| Stepping ~*~*~tactically~*~*~ (outnumbered).
 13107 | D:7      | 13107 ||| Stepping ~*~*~tactically~*~*~ (outnumbered).
 13109 | D:7      | 13109 ||| Stepping ~*~*~tactically~*~*~ (outnumbered).
 13111 | D:7      | 13111 ||| Stepping ~*~*~tactically~*~*~ (outnumbered).
 13113 | D:7      | 13113 ||| Stepping ~*~*~tactically~*~*~ (outnumbered).
 13115 | D:7      | 13115 ||| Stepping ~*~*~tactically~*~*~ (outnumbered).
 13117 | D:7      | 13117 ||| Stepping ~*~*~tactically~*~*~ (outnumbered).
 13119 | D:7      | 13119 ||| Stepping ~*~*~tactically~*~*~ (outnumbered).
 13121 | D:7      | 13121 ||| Stepping ~*~*~tactically~*~*~ (outnumbered).
 13123 | D:7      | 13123 ||| Stepping ~*~*~tactically~*~*~ (outnumbered).
 13125 | D:7      | 13125 ||| Stepping ~*~*~tactically~*~*~ (outnumbered).
 13127 | D:7      | 13127 ||| Stepping ~*~*~tactically~*~*~ (outnumbered).
 13129 | D:7      | 13129 ||| Stepping ~*~*~tactically~*~*~ (outnumbered).
 13131 | D:7      | 13131 ||| Stepping ~*~*~tactically~*~*~ (outnumbered).
 13133 | D:7      | 13133 ||| Stepping ~*~*~tactically~*~*~ (outnumbered).
 13135 | D:7      | 13135 ||| Stepping ~*~*~tactically~*~*~ (outnumbered).
 13137 | D:7      | 13137 ||| Stepping ~*~*~tactically~*~*~ (outnumbered).
 13139 | D:7      | 13139 ||| Stepping ~*~*~tactically~*~*~ (outnumbered).
 13141 | D:7      | 13141 ||| Stepping ~*~*~tactically~*~*~ (outnumbered).
 13143 | D:7      | 13143 ||| Stepping ~*~*~tactically~*~*~ (outnumbered).
 13145 | D:7      | 13145 ||| Stepping ~*~*~tactically~*~*~ (outnumbered).
 13147 | D:7      | 13147 ||| Stepping ~*~*~tactically~*~*~ (outnumbered).
 13149 | D:7      | 13149 ||| Stepping ~*~*~tactically~*~*~ (outnumbered).
 13151 | D:7      | 13151 ||| Stepping ~*~*~tactically~*~*~ (outnumbered).
 13153 | D:7      | 13153 ||| Stepping ~*~*~tactically~*~*~ (outnumbered).
 13155 | D:7      | 13155 ||| Stepping ~*~*~tactically~*~*~ (outnumbered).
 13157 | D:7      | 13157 ||| Stepping ~*~*~tactically~*~*~ (outnumbered).
 13159 | D:7      | 13159 ||| Stepping ~*~*~tactically~*~*~ (outnumbered).
 13161 | D:7      | 13161 ||| Stepping ~*~*~tactically~*~*~ (outnumbered).
 13163 | D:7      | 13163 ||| Stepping ~*~*~tactically~*~*~ (outnumbered).
 13165 | D:7      | 13165 ||| Stepping ~*~*~tactically~*~*~ (outnumbered).
 13167 | D:7      | 13167 ||| Stepping ~*~*~tactically~*~*~ (outnumbered).
 13169 | D:7      | 13169 ||| Stepping ~*~*~tactically~*~*~ (outnumbered).
 13171 | D:7      | 13171 ||| Stepping ~*~*~tactically~*~*~ (outnumbered).
 13173 | D:7      | 13173 ||| Stepping ~*~*~tactically~*~*~ (outnumbered).
 13175 | D:7      | 13175 ||| Stepping ~*~*~tactically~*~*~ (outnumbered).
 13177 | D:7      | 13177 ||| Stepping ~*~*~tactically~*~*~ (outnumbered).
 13179 | D:7      | 13179 ||| Stepping ~*~*~tactically~*~*~ (outnumbered).
 13181 | D:7      | 13181 ||| Stepping ~*~*~tactically~*~*~ (outnumbered).
 13183 | D:7      | 13183 ||| Stepping ~*~*~tactically~*~*~ (outnumbered).
 13185 | D:7      | 13185 ||| Stepping ~*~*~tactically~*~*~ (outnumbered).
 13187 | D:7      | 13187 ||| Stepping ~*~*~tactically~*~*~ (outnumbered).
 13189 | D:7      | 13189 ||| Stepping ~*~*~tactically~*~*~ (outnumbered).
 13191 | D:7      | 13191 ||| Stepping ~*~*~tactically~*~*~ (outnumbered).
 13193 | D:7      | 13193 ||| Stepping ~*~*~tactically~*~*~ (outnumbered).
 13195 | D:7      | 13195 ||| Stepping ~*~*~tactically~*~*~ (outnumbered).
 13197 | D:7      | 13197 ||| Stepping ~*~*~tactically~*~*~ (outnumbered).
 13199 | D:7      | 13199 ||| Stepping ~*~*~tactically~*~*~ (outnumbered).
 13201 | D:7      | 13201 ||| Stepping ~*~*~tactically~*~*~ (outnumbered).
 13203 | D:7      | 13203 ||| Stepping ~*~*~tactically~*~*~ (outnumbered).
 13205 | D:7      | 13205 ||| Stepping ~*~*~tactically~*~*~ (outnumbered).
 13207 | D:7      | 13207 ||| Stepping ~*~*~tactically~*~*~ (outnumbered).
 13209 | D:7      | 13209 ||| Stepping ~*~*~tactically~*~*~ (outnumbered).
 13211 | D:7      | 13211 ||| Stepping ~*~*~tactically~*~*~ (outnumbered).
 13213 | D:7      | 13213 ||| Stepping ~*~*~tactically~*~*~ (outnumbered).
 13215 | D:7      | 13215 ||| Stepping ~*~*~tactically~*~*~ (outnumbered).
 13217 | D:7      | 13217 ||| Stepping ~*~*~tactically~*~*~ (outnumbered).
 13219 | D:7      | 13219 ||| Stepping ~*~*~tactically~*~*~ (outnumbered).
 13221 | D:7      | 13221 ||| Stepping ~*~*~tactically~*~*~ (outnumbered).
 13223 | D:7      | 13223 ||| Stepping ~*~*~tactically~*~*~ (outnumbered).
 13225 | D:7      | 13225 ||| Stepping ~*~*~tactically~*~*~ (outnumbered).
 13227 | D:7      | 13227 ||| Stepping ~*~*~tactically~*~*~ (outnumbered).
 13229 | D:7      | 13229 ||| Stepping ~*~*~tactically~*~*~ (outnumbered).
 13231 | D:7      | 13231 ||| Stepping ~*~*~tactically~*~*~ (outnumbered).
 13233 | D:7      | 13233 ||| Stepping ~*~*~tactically~*~*~ (outnumbered).
 13235 | D:7      | 13235 ||| Stepping ~*~*~tactically~*~*~ (outnumbered).
 13237 | D:7      | 13237 ||| Stepping ~*~*~tactically~*~*~ (outnumbered).
 13239 | D:7      | 13239 ||| Stepping ~*~*~tactically~*~*~ (outnumbered).
 13241 | D:7      | 13241 ||| Stepping ~*~*~tactically~*~*~ (outnumbered).
 13243 | D:7      | 13243 ||| Stepping ~*~*~tactically~*~*~ (outnumbered).
 13245 | D:7      | 13245 ||| Stepping ~*~*~tactically~*~*~ (outnumbered).
 13247 | D:7      | 13247 ||| Stepping ~*~*~tactically~*~*~ (outnumbered).
 13249 | D:7      | 13249 ||| Stepping ~*~*~tactically~*~*~ (outnumbered).
 13251 | D:7      | 13251 ||| Stepping ~*~*~tactically~*~*~ (outnumbered).
 13253 | D:7      | 13253 ||| Stepping ~*~*~tactically~*~*~ (outnumbered).
 13255 | D:7      | 13255 ||| Stepping ~*~*~tactically~*~*~ (outnumbered).
 13257 | D:7      | 13257 ||| Stepping ~*~*~tactically~*~*~ (outnumbered).
 13259 | D:7      | 13259 ||| Stepping ~*~*~tactically~*~*~ (outnumbered).
 13261 | D:7      | 13261 ||| Stepping ~*~*~tactically~*~*~ (outnumbered).
 13263 | D:7      | 13263 ||| Stepping ~*~*~tactically~*~*~ (outnumbered).
 13265 | D:7      | 13265 ||| Stepping ~*~*~tactically~*~*~ (outnumbered).
 13267 | D:7      | 13267 ||| Stepping ~*~*~tactically~*~*~ (outnumbered).
 13269 | D:7      | 13269 ||| Stepping ~*~*~tactically~*~*~ (outnumbered).
 13271 | D:7      | 13271 ||| Stepping ~*~*~tactically~*~*~ (outnumbered).
 13273 | D:7      | 13273 ||| Stepping ~*~*~tactically~*~*~ (outnumbered).
 13275 | D:7      | 13275 ||| Stepping ~*~*~tactically~*~*~ (outnumbered).
 13277 | D:7      | 13277 ||| Stepping ~*~*~tactically~*~*~ (outnumbered).
 13279 | D:7      | 13279 ||| Stepping ~*~*~tactically~*~*~ (outnumbered).
 13281 | D:7      | 13281 ||| Stepping ~*~*~tactically~*~*~ (outnumbered).
 13283 | D:7      | 13283 ||| Stepping ~*~*~tactically~*~*~ (outnumbered).
 13285 | D:7      | 13285 ||| Stepping ~*~*~tactically~*~*~ (outnumbered).
 13287 | D:7      | 13287 ||| Stepping ~*~*~tactically~*~*~ (outnumbered).
 13289 | D:7      | 13289 ||| Stepping ~*~*~tactically~*~*~ (outnumbered).
 13291 | D:7      | 13291 ||| Stepping ~*~*~tactically~*~*~ (outnumbered).
 13293 | D:7      | 13293 ||| Stepping ~*~*~tactically~*~*~ (outnumbered).
 13295 | D:7      | 13295 ||| Stepping ~*~*~tactically~*~*~ (outnumbered).
 13297 | D:7      | 13297 ||| Stepping ~*~*~tactically~*~*~ (outnumbered).
 13299 | D:7      | 13299 ||| Stepping ~*~*~tactically~*~*~ (outnumbered).
 13301 | D:7      | 13301 ||| Stepping ~*~*~tactically~*~*~ (outnumbered).
 13303 | D:7      | 13303 ||| Stepping ~*~*~tactically~*~*~ (outnumbered).
 13305 | D:7      | 13305 ||| Stepping ~*~*~tactically~*~*~ (outnumbered).
 13307 | D:7      | 13307 ||| Stepping ~*~*~tactically~*~*~ (outnumbered).
 13309 | D:7      | 13309 ||| Stepping ~*~*~tactically~*~*~ (outnumbered).
 13311 | D:7      | 13311 ||| Stepping ~*~*~tactically~*~*~ (outnumbered).
 13313 | D:7      | 13313 ||| Stepping ~*~*~tactically~*~*~ (outnumbered).
 13315 | D:7      | 13315 ||| Stepping ~*~*~tactically~*~*~ (outnumbered).
 13317 | D:7      | 13317 ||| Stepping ~*~*~tactically~*~*~ (outnumbered).
 13319 | D:7      | 13319 ||| Stepping ~*~*~tactically~*~*~ (outnumbered).
 13321 | D:7      | 13321 ||| Stepping ~*~*~tactically~*~*~ (outnumbered).
 13323 | D:7      | 13323 ||| Stepping ~*~*~tactically~*~*~ (outnumbered).
 13325 | D:7      | 13325 ||| Stepping ~*~*~tactically~*~*~ (outnumbered).
 13327 | D:7      | 13327 ||| Stepping ~*~*~tactically~*~*~ (outnumbered).
 13329 | D:7      | 13329 ||| Stepping ~*~*~tactically~*~*~ (outnumbered).
 13331 | D:7      | 13331 ||| Stepping ~*~*~tactically~*~*~ (outnumbered).
 13333 | D:7      | 13333 ||| Stepping ~*~*~tactically~*~*~ (outnumbered).
 13335 | D:7      | 13335 ||| Stepping ~*~*~tactically~*~*~ (outnumbered).
 13337 | D:7      | 13337 ||| Stepping ~*~*~tactically~*~*~ (outnumbered).
 13339 | D:7      | 13339 ||| Stepping ~*~*~tactically~*~*~ (outnumbered).
 13341 | D:7      | 13341 ||| Stepping ~*~*~tactically~*~*~ (outnumbered).
 13343 | D:7      | 13343 ||| Stepping ~*~*~tactically~*~*~ (outnumbered).
 13345 | D:7      | 13345 ||| Stepping ~*~*~tactically~*~*~ (outnumbered).
 13347 | D:7      | 13347 ||| Stepping ~*~*~tactically~*~*~ (outnumbered).
 13349 | D:7      | 13349 ||| Stepping ~*~*~tactically~*~*~ (outnumbered).
 13351 | D:7      | 13351 ||| Stepping ~*~*~tactically~*~*~ (outnumbered).
 13353 | D:7      | 13353 ||| Stepping ~*~*~tactically~*~*~ (outnumbered).
 13355 | D:7      | 13355 ||| Stepping ~*~*~tactically~*~*~ (outnumbered).
 13357 | D:7      | 13357 ||| Stepping ~*~*~tactically~*~*~ (outnumbered).
 13359 | D:7      | 13359 ||| Stepping ~*~*~tactically~*~*~ (outnumbered).
 13361 | D:7      | 13361 ||| Stepping ~*~*~tactically~*~*~ (outnumbered).
 13363 | D:7      | 13363 ||| Stepping ~*~*~tactically~*~*~ (outnumbered).
 13365 | D:7      | 13365 ||| Stepping ~*~*~tactically~*~*~ (outnumbered).
 13367 | D:7      | 13367 ||| Stepping ~*~*~tactically~*~*~ (outnumbered).
 13369 | D:7      | 13369 ||| Stepping ~*~*~tactically~*~*~ (outnumbered).
 13371 | D:7      | 13371 ||| Stepping ~*~*~tactically~*~*~ (outnumbered).
 13373 | D:7      | 13373 ||| Stepping ~*~*~tactically~*~*~ (outnumbered).
 13375 | D:7      | 13375 ||| Stepping ~*~*~tactically~*~*~ (outnumbered).
 13377 | D:7      | 13377 ||| Stepping ~*~*~tactically~*~*~ (outnumbered).
 13379 | D:7      | 13379 ||| Stepping ~*~*~tactically~*~*~ (outnumbered).
 13381 | D:7      | 13381 ||| Stepping ~*~*~tactically~*~*~ (outnumbered).
 13383 | D:7      | 13383 ||| Stepping ~*~*~tactically~*~*~ (outnumbered).
 13385 | D:7      | 13385 ||| Stepping ~*~*~tactically~*~*~ (outnumbered).
 13387 | D:7      | 13387 ||| Stepping ~*~*~tactically~*~*~ (outnumbered).
 13389 | D:7      | 13389 ||| Stepping ~*~*~tactically~*~*~ (outnumbered).
 13391 | D:7      | 13391 ||| Stepping ~*~*~tactically~*~*~ (outnumbered).
 13393 | D:7      | 13393 ||| Stepping ~*~*~tactically~*~*~ (outnumbered).
 13395 | D:7      | 13395 ||| Stepping ~*~*~tactically~*~*~ (outnumbered).
 13397 | D:7      | 13397 ||| Stepping ~*~*~tactically~*~*~ (outnumbered).
 13399 | D:7      | 13399 ||| Stepping ~*~*~tactically~*~*~ (outnumbered).
 13401 | D:7      | 13401 ||| Stepping ~*~*~tactically~*~*~ (outnumbered).
 13403 | D:7      | 13403 ||| Stepping ~*~*~tactically~*~*~ (outnumbered).
 13405 | D:7      | 13405 ||| Stepping ~*~*~tactically~*~*~ (outnumbered).
 13407 | D:7      | 13407 ||| Stepping ~*~*~tactically~*~*~ (outnumbered).
 13409 | D:7      | 13409 ||| Stepping ~*~*~tactically~*~*~ (outnumbered).
 13411 | D:7      | 13411 ||| Stepping ~*~*~tactically~*~*~ (outnumbered).
 13413 | D:7      | 13413 ||| Stepping ~*~*~tactically~*~*~ (outnumbered).
 13415 | D:7      | 13415 ||| Stepping ~*~*~tactically~*~*~ (outnumbered).
 13417 | D:7      | 13417 ||| Stepping ~*~*~tactically~*~*~ (outnumbered).
 13419 | D:7      | 13419 ||| Stepping ~*~*~tactically~*~*~ (outnumbered).
 13421 | D:7      | 13421 ||| Stepping ~*~*~tactically~*~*~ (outnumbered).
 13423 | D:7      | 13423 ||| Stepping ~*~*~tactically~*~*~ (outnumbered).
 13425 | D:7      | 13425 ||| Stepping ~*~*~tactically~*~*~ (outnumbered).
 13427 | D:7      | 13427 ||| Stepping ~*~*~tactically~*~*~ (outnumbered).
 13429 | D:7      | 13429 ||| Stepping ~*~*~tactically~*~*~ (outnumbered).
 13431 | D:7      | 13431 ||| Stepping ~*~*~tactically~*~*~ (outnumbered).
 13433 | D:7      | 13433 ||| Stepping ~*~*~tactically~*~*~ (outnumbered).
 13435 | D:7      | 13435 ||| Stepping ~*~*~tactically~*~*~ (outnumbered).
 13437 | D:7      | 13437 ||| Stepping ~*~*~tactically~*~*~ (outnumbered).
 13439 | D:7      | 13439 ||| Stepping ~*~*~tactically~*~*~ (outnumbered).
 13441 | D:7      | 13441 ||| Stepping ~*~*~tactically~*~*~ (outnumbered).
 13443 | D:7      | 13443 ||| Stepping ~*~*~tactically~*~*~ (outnumbered).
 13445 | D:7      | 13445 ||| Stepping ~*~*~tactically~*~*~ (outnumbered).
 13447 | D:7      | 13447 ||| Stepping ~*~*~tactically~*~*~ (outnumbered).
 13449 | D:7      | 13449 ||| Stepping ~*~*~tactically~*~*~ (outnumbered).
 13451 | D:7      | 13451 ||| Stepping ~*~*~tactically~*~*~ (outnumbered).
 13453 | D:7      | 13453 ||| Stepping ~*~*~tactically~*~*~ (outnumbered).
 13455 | D:7      | 13455 ||| Stepping ~*~*~tactically~*~*~ (outnumbered).
 13457 | D:7      | 13457 ||| Stepping ~*~*~tactically~*~*~ (outnumbered).
 13459 | D:7      | 13459 ||| Stepping ~*~*~tactically~*~*~ (outnumbered).
 13461 | D:7      | 13461 ||| Stepping ~*~*~tactically~*~*~ (outnumbered).
 13463 | D:7      | 13463 ||| Stepping ~*~*~tactically~*~*~ (outnumbered).
 13465 | D:7      | 13465 ||| Stepping ~*~*~tactically~*~*~ (outnumbered).
 13467 | D:7      | 13467 ||| Stepping ~*~*~tactically~*~*~ (outnumbered).
 13469 | D:7      | 13469 ||| Stepping ~*~*~tactically~*~*~ (outnumbered).
 13471 | D:7      | 13471 ||| Stepping ~*~*~tactically~*~*~ (outnumbered).
 13473 | D:7      | 13473 ||| Stepping ~*~*~tactically~*~*~ (outnumbered).
 13475 | D:7      | 13475 ||| Stepping ~*~*~tactically~*~*~ (outnumbered).
 13477 | D:7      | 13477 ||| Stepping ~*~*~tactically~*~*~ (outnumbered).
 13479 | D:7      | 13479 ||| Stepping ~*~*~tactically~*~*~ (outnumbered).
 13481 | D:7      | 13481 ||| Stepping ~*~*~tactically~*~*~ (outnumbered).
 13483 | D:7      | 13483 ||| Stepping ~*~*~tactically~*~*~ (outnumbered).
 13485 | D:7      | 13485 ||| Stepping ~*~*~tactically~*~*~ (outnumbered).
 13487 | D:7      | 13487 ||| Stepping ~*~*~tactically~*~*~ (outnumbered).
 13489 | D:7      | 13489 ||| Stepping ~*~*~tactically~*~*~ (outnumbered).
 13491 | D:7      | 13491 ||| Stepping ~*~*~tactically~*~*~ (outnumbered).
 13493 | D:7      | 13493 ||| Stepping ~*~*~tactically~*~*~ (outnumbered).
 13495 | D:7      | 13495 ||| Stepping ~*~*~tactically~*~*~ (outnumbered).
 13497 | D:7      | 13497 ||| Stepping ~*~*~tactically~*~*~ (outnumbered).
 13499 | D:7      | 13499 ||| Stepping ~*~*~tactically~*~*~ (outnumbered).
 13501 | D:7      | 13501 ||| Stepping ~*~*~tactically~*~*~ (outnumbered).
 13503 | D:7      | 13503 ||| Stepping ~*~*~tactically~*~*~ (outnumbered).
 13505 | D:7      | 13505 ||| Stepping ~*~*~tactically~*~*~ (outnumbered).
 13507 | D:7      | 13507 ||| Stepping ~*~*~tactically~*~*~ (outnumbered).
 13509 | D:7      | 13509 ||| Stepping ~*~*~tactically~*~*~ (outnumbered).
 13511 | D:7      | 13511 ||| Stepping ~*~*~tactically~*~*~ (outnumbered).
 13513 | D:7      | 13513 ||| Stepping ~*~*~tactically~*~*~ (outnumbered).
 13515 | D:7      | 13515 ||| Stepping ~*~*~tactically~*~*~ (outnumbered).
 13517 | D:7      | 13517 ||| Stepping ~*~*~tactically~*~*~ (outnumbered).
 13519 | D:7      | 13519 ||| Stepping ~*~*~tactically~*~*~ (outnumbered).
 13521 | D:7      | 13521 ||| Stepping ~*~*~tactically~*~*~ (outnumbered).
 13522 | D:7      | 13522 ||| Stepping ~*~*~tactically~*~*~ (stealth).
 13523 | D:7      | 13523 ||| Stepping ~*~*~tactically~*~*~ (outnumbered).
 13532 | D:7      | 13532 ||| Stepping ~*~*~tactically~*~*~ (outnumbered).
 13534 | D:7      | 13534 ||| Stepping ~*~*~tactically~*~*~ (outnumbered).
 13536 | D:7      | 13536 ||| Stepping ~*~*~tactically~*~*~ (outnumbered).
 13538 | D:7      | 13538 ||| Stepping ~*~*~tactically~*~*~ (outnumbered).
 13540 | D:7      | 13540 ||| Stepping ~*~*~tactically~*~*~ (outnumbered).
 13542 | D:7      | 13542 ||| Stepping ~*~*~tactically~*~*~ (outnumbered).
 13544 | D:7      | 13544 ||| Stepping ~*~*~tactically~*~*~ (outnumbered).
 13546 | D:7      | 13546 ||| Stepping ~*~*~tactically~*~*~ (outnumbered).
 13548 | D:7      | 13548 ||| Stepping ~*~*~tactically~*~*~ (outnumbered).
 13550 | D:7      | 13550 ||| Stepping ~*~*~tactically~*~*~ (outnumbered).
 13552 | D:7      | 13552 ||| Stepping ~*~*~tactically~*~*~ (outnumbered).
 13554 | D:7      | 13554 ||| Stepping ~*~*~tactically~*~*~ (outnumbered).
 13556 | D:7      | 13556 ||| Stepping ~*~*~tactically~*~*~ (outnumbered).
 13558 | D:7      | 13558 ||| Stepping ~*~*~tactically~*~*~ (outnumbered).
 13560 | D:7      | 13560 ||| Stepping ~*~*~tactically~*~*~ (outnumbered).
 13562 | D:7      | 13562 ||| Stepping ~*~*~tactically~*~*~ (outnumbered).
 13564 | D:7      | 13564 ||| Stepping ~*~*~tactically~*~*~ (outnumbered).
 13566 | D:7      | 13566 ||| Stepping ~*~*~tactically~*~*~ (outnumbered).
 13568 | D:7      | 13568 ||| Stepping ~*~*~tactically~*~*~ (outnumbered).
 13570 | D:7      | 13570 ||| Stepping ~*~*~tactically~*~*~ (outnumbered).
 13572 | D:7      | 13572 ||| Stepping ~*~*~tactically~*~*~ (outnumbered).
 13574 | D:7      | 13574 ||| Stepping ~*~*~tactically~*~*~ (outnumbered).
 13576 | D:7      | 13576 ||| Stepping ~*~*~tactically~*~*~ (outnumbered).
 13578 | D:7      | 13578 ||| Stepping ~*~*~tactically~*~*~ (outnumbered).
 13580 | D:7      | 13580 ||| Stepping ~*~*~tactically~*~*~ (outnumbered).
 13582 | D:7      | 13582 ||| Stepping ~*~*~tactically~*~*~ (outnumbered).
 13584 | D:7      | 13584 ||| Stepping ~*~*~tactically~*~*~ (outnumbered).
 13586 | D:7      | 13586 ||| Stepping ~*~*~tactically~*~*~ (outnumbered).
 13588 | D:7      | 13588 ||| Stepping ~*~*~tactically~*~*~ (outnumbered).
 13590 | D:7      | 13590 ||| Stepping ~*~*~tactically~*~*~ (outnumbered).
 13592 | D:7      | 13592 ||| Stepping ~*~*~tactically~*~*~ (outnumbered).
 13594 | D:7      | 13594 ||| Stepping ~*~*~tactically~*~*~ (outnumbered).
 13596 | D:7      | 13596 ||| Stepping ~*~*~tactically~*~*~ (outnumbered).
 13598 | D:7      | 13598 ||| Stepping ~*~*~tactically~*~*~ (outnumbered).
 13600 | D:7      | 13600 ||| Stepping ~*~*~tactically~*~*~ (outnumbered).
 13602 | D:7      | 13602 ||| Stepping ~*~*~tactically~*~*~ (outnumbered).
 13604 | D:7      | 13604 ||| Stepping ~*~*~tactically~*~*~ (outnumbered).
 13606 | D:7      | 13606 ||| Stepping ~*~*~tactically~*~*~ (outnumbered).
 13608 | D:7      | 13608 ||| Stepping ~*~*~tactically~*~*~ (outnumbered).
 13610 | D:7      | 13610 ||| Stepping ~*~*~tactically~*~*~ (outnumbered).
 13612 | D:7      | 13612 ||| Stepping ~*~*~tactically~*~*~ (outnumbered).
 13614 | D:7      | 13614 ||| Stepping ~*~*~tactically~*~*~ (outnumbered).
 13616 | D:7      | 13616 ||| Stepping ~*~*~tactically~*~*~ (outnumbered).
 13618 | D:7      | 13618 ||| Stepping ~*~*~tactically~*~*~ (outnumbered).
 13620 | D:7      | 13620 ||| Stepping ~*~*~tactically~*~*~ (outnumbered).
 13622 | D:7      | 13622 ||| Stepping ~*~*~tactically~*~*~ (outnumbered).
 13624 | D:7      | 13624 ||| Stepping ~*~*~tactically~*~*~ (outnumbered).
 13626 | D:7      | 13626 ||| Stepping ~*~*~tactically~*~*~ (outnumbered).
 13628 | D:7      | 13628 ||| Stepping ~*~*~tactically~*~*~ (outnumbered).
 13630 | D:7      | 13630 ||| Stepping ~*~*~tactically~*~*~ (outnumbered).
 13632 | D:7      | 13632 ||| Stepping ~*~*~tactically~*~*~ (outnumbered).
 13634 | D:7      | 13634 ||| Stepping ~*~*~tactically~*~*~ (outnumbered).
 13636 | D:7      | 13636 ||| Stepping ~*~*~tactically~*~*~ (outnumbered).
 13638 | D:7      | 13638 ||| Stepping ~*~*~tactically~*~*~ (outnumbered).
 13640 | D:7      | 13640 ||| Stepping ~*~*~tactically~*~*~ (outnumbered).
 13642 | D:7      | 13642 ||| Stepping ~*~*~tactically~*~*~ (outnumbered).
 13644 | D:7      | 13644 ||| Stepping ~*~*~tactically~*~*~ (outnumbered).
 13646 | D:7      | 13646 ||| Stepping ~*~*~tactically~*~*~ (outnumbered).
 13648 | D:7      | 13648 ||| Stepping ~*~*~tactically~*~*~ (outnumbered).
 13650 | D:7      | 13650 ||| Stepping ~*~*~tactically~*~*~ (outnumbered).
 13652 | D:7      | 13652 ||| Stepping ~*~*~tactically~*~*~ (outnumbered).
 13654 | D:7      | 13654 ||| Stepping ~*~*~tactically~*~*~ (outnumbered).
 13656 | D:7      | 13656 ||| Stepping ~*~*~tactically~*~*~ (outnumbered).
 13658 | D:7      | 13658 ||| Stepping ~*~*~tactically~*~*~ (outnumbered).
 13660 | D:7      | 13660 ||| Stepping ~*~*~tactically~*~*~ (outnumbered).
 13662 | D:7      | 13662 ||| Stepping ~*~*~tactically~*~*~ (outnumbered).
 13664 | D:7      | 13664 ||| Stepping ~*~*~tactically~*~*~ (outnumbered).
 13666 | D:7      | 13666 ||| Stepping ~*~*~tactically~*~*~ (outnumbered).
 13668 | D:7      | 13668 ||| Stepping ~*~*~tactically~*~*~ (outnumbered).
 13670 | D:7      | 13670 ||| Stepping ~*~*~tactically~*~*~ (outnumbered).
 13672 | D:7      | 13672 ||| Stepping ~*~*~tactically~*~*~ (outnumbered).
 13674 | D:7      | 13674 ||| Stepping ~*~*~tactically~*~*~ (outnumbered).
 13676 | D:7      | 13676 ||| Stepping ~*~*~tactically~*~*~ (outnumbered).
 13678 | D:7      | 13678 ||| Stepping ~*~*~tactically~*~*~ (outnumbered).
 13680 | D:7      | 13680 ||| Stepping ~*~*~tactically~*~*~ (outnumbered).
 13682 | D:7      | 13682 ||| Stepping ~*~*~tactically~*~*~ (outnumbered).
 13684 | D:7      | 13684 ||| Stepping ~*~*~tactically~*~*~ (outnumbered).
 13686 | D:7      | 13686 ||| Stepping ~*~*~tactically~*~*~ (outnumbered).
 13688 | D:7      | 13688 ||| Stepping ~*~*~tactically~*~*~ (outnumbered).
 13690 | D:7      | 13690 ||| Stepping ~*~*~tactically~*~*~ (outnumbered).
 13692 | D:7      | 13692 ||| Stepping ~*~*~tactically~*~*~ (outnumbered).
 13694 | D:7      | 13694 ||| Stepping ~*~*~tactically~*~*~ (outnumbered).
 13696 | D:7      | 13696 ||| Stepping ~*~*~tactically~*~*~ (outnumbered).
 13698 | D:7      | 13698 ||| Stepping ~*~*~tactically~*~*~ (outnumbered).
 13700 | D:7      | 13700 ||| Stepping ~*~*~tactically~*~*~ (outnumbered).
 13702 | D:7      | 13702 ||| Stepping ~*~*~tactically~*~*~ (outnumbered).
 13704 | D:7      | 13704 ||| Stepping ~*~*~tactically~*~*~ (outnumbered).
 13706 | D:7      | 13706 ||| Stepping ~*~*~tactically~*~*~ (outnumbered).
 13708 | D:7      | 13708 ||| Stepping ~*~*~tactically~*~*~ (outnumbered).
 13710 | D:7      | 13710 ||| Stepping ~*~*~tactically~*~*~ (outnumbered).
 13712 | D:7      | 13712 ||| Stepping ~*~*~tactically~*~*~ (outnumbered).
 13714 | D:7      | 13714 ||| Stepping ~*~*~tactically~*~*~ (outnumbered).
 13716 | D:7      | 13716 ||| Stepping ~*~*~tactically~*~*~ (outnumbered).
 13718 | D:7      | 13718 ||| Stepping ~*~*~tactically~*~*~ (outnumbered).
 13720 | D:7      | 13720 ||| Stepping ~*~*~tactically~*~*~ (outnumbered).
 13722 | D:7      | 13722 ||| Stepping ~*~*~tactically~*~*~ (outnumbered).
 13724 | D:7      | 13724 ||| Stepping ~*~*~tactically~*~*~ (outnumbered).
 13726 | D:7      | 13726 ||| Stepping ~*~*~tactically~*~*~ (outnumbered).
 13728 | D:7      | 13728 ||| Stepping ~*~*~tactically~*~*~ (outnumbered).
 13730 | D:7      | 13730 ||| Stepping ~*~*~tactically~*~*~ (outnumbered).
 13732 | D:7      | 13732 ||| Stepping ~*~*~tactically~*~*~ (outnumbered).
 13734 | D:7      | 13734 ||| Stepping ~*~*~tactically~*~*~ (outnumbered).
 13736 | D:7      | 13736 ||| Stepping ~*~*~tactically~*~*~ (outnumbered).
 13738 | D:7      | 13738 ||| Stepping ~*~*~tactically~*~*~ (outnumbered).
 13740 | D:7      | 13740 ||| Stepping ~*~*~tactically~*~*~ (outnumbered).
 13742 | D:7      | 13742 ||| Stepping ~*~*~tactically~*~*~ (outnumbered).
 13744 | D:7      | 13744 ||| Stepping ~*~*~tactically~*~*~ (outnumbered).
 13746 | D:7      | 13746 ||| Stepping ~*~*~tactically~*~*~ (outnumbered).
 13748 | D:7      | 13748 ||| Stepping ~*~*~tactically~*~*~ (outnumbered).
 13750 | D:7      | 13750 ||| Stepping ~*~*~tactically~*~*~ (outnumbered).
 13752 | D:7      | 13752 ||| Stepping ~*~*~tactically~*~*~ (outnumbered).
 13754 | D:7      | 13754 ||| Stepping ~*~*~tactically~*~*~ (outnumbered).
 13756 | D:7      | 13756 ||| Stepping ~*~*~tactically~*~*~ (outnumbered).
 13758 | D:7      | 13758 ||| Stepping ~*~*~tactically~*~*~ (outnumbered).
 13760 | D:7      | 13760 ||| Stepping ~*~*~tactically~*~*~ (outnumbered).
 13762 | D:7      | 13762 ||| Stepping ~*~*~tactically~*~*~ (outnumbered).
 13764 | D:7      | 13764 ||| Stepping ~*~*~tactically~*~*~ (outnumbered).
 13766 | D:7      | 13766 ||| Stepping ~*~*~tactically~*~*~ (outnumbered).
 13768 | D:7      | 13768 ||| Stepping ~*~*~tactically~*~*~ (outnumbered).
 13770 | D:7      | 13770 ||| Stepping ~*~*~tactically~*~*~ (outnumbered).
 13772 | D:7      | 13772 ||| Stepping ~*~*~tactically~*~*~ (outnumbered).
 13774 | D:7      | 13774 ||| Stepping ~*~*~tactically~*~*~ (outnumbered).
 13776 | D:7      | 13776 ||| Stepping ~*~*~tactically~*~*~ (outnumbered).
 13778 | D:7      | 13778 ||| Stepping ~*~*~tactically~*~*~ (outnumbered).
 13780 | D:7      | 13780 ||| Stepping ~*~*~tactically~*~*~ (outnumbered).
 13782 | D:7      | 13782 ||| Stepping ~*~*~tactically~*~*~ (outnumbered).
 13784 | D:7      | 13784 ||| Stepping ~*~*~tactically~*~*~ (outnumbered).
 13786 | D:7      | 13786 ||| Stepping ~*~*~tactically~*~*~ (outnumbered).
 13788 | D:7      | 13788 ||| Stepping ~*~*~tactically~*~*~ (outnumbered).
 13790 | D:7      | 13790 ||| Stepping ~*~*~tactically~*~*~ (outnumbered).
 13792 | D:7      | 13792 ||| Stepping ~*~*~tactically~*~*~ (outnumbered).
 13794 | D:7      | 13794 ||| Stepping ~*~*~tactically~*~*~ (outnumbered).
 13796 | D:7      | 13796 ||| Stepping ~*~*~tactically~*~*~ (outnumbered).
 13798 | D:7      | 13798 ||| Stepping ~*~*~tactically~*~*~ (outnumbered).
 13800 | D:7      | 13800 ||| Stepping ~*~*~tactically~*~*~ (outnumbered).
 13802 | D:7      | 13802 ||| Stepping ~*~*~tactically~*~*~ (outnumbered).
 13804 | D:7      | 13804 ||| Stepping ~*~*~tactically~*~*~ (outnumbered).
 13806 | D:7      | 13806 ||| Stepping ~*~*~tactically~*~*~ (outnumbered).
 13808 | D:7      | 13808 ||| Stepping ~*~*~tactically~*~*~ (outnumbered).
 13810 | D:7      | 13810 ||| Stepping ~*~*~tactically~*~*~ (outnumbered).
 13812 | D:7      | 13812 ||| Stepping ~*~*~tactically~*~*~ (outnumbered).
 13814 | D:7      | 13814 ||| Stepping ~*~*~tactically~*~*~ (outnumbered).
 13816 | D:7      | 13816 ||| Stepping ~*~*~tactically~*~*~ (outnumbered).
 13818 | D:7      | 13818 ||| Stepping ~*~*~tactically~*~*~ (outnumbered).
 13820 | D:7      | 13820 ||| Stepping ~*~*~tactically~*~*~ (outnumbered).
 13822 | D:7      | 13822 ||| Stepping ~*~*~tactically~*~*~ (outnumbered).
 13824 | D:7      | 13824 ||| Stepping ~*~*~tactically~*~*~ (outnumbered).
 13826 | D:7      | 13826 ||| Stepping ~*~*~tactically~*~*~ (outnumbered).
 13828 | D:7      | 13828 ||| Stepping ~*~*~tactically~*~*~ (outnumbered).
 13830 | D:7      | 13830 ||| Stepping ~*~*~tactically~*~*~ (outnumbered).
 13832 | D:7      | 13832 ||| Stepping ~*~*~tactically~*~*~ (outnumbered).
 13834 | D:7      | 13834 ||| Stepping ~*~*~tactically~*~*~ (outnumbered).
 13836 | D:7      | 13836 ||| Stepping ~*~*~tactically~*~*~ (outnumbered).
 13838 | D:7      | 13838 ||| Stepping ~*~*~tactically~*~*~ (outnumbered).
 13840 | D:7      | 13840 ||| Stepping ~*~*~tactically~*~*~ (outnumbered).
 13842 | D:7      | 13842 ||| Stepping ~*~*~tactically~*~*~ (outnumbered).
 13844 | D:7      | 13844 ||| Stepping ~*~*~tactically~*~*~ (outnumbered).
 13846 | D:7      | 13846 ||| Stepping ~*~*~tactically~*~*~ (outnumbered).
 13848 | D:7      | 13848 ||| Stepping ~*~*~tactically~*~*~ (outnumbered).
 13850 | D:7      | 13850 ||| Stepping ~*~*~tactically~*~*~ (outnumbered).
 13852 | D:7      | 13852 ||| Stepping ~*~*~tactically~*~*~ (outnumbered).
 13854 | D:7      | 13854 ||| Stepping ~*~*~tactically~*~*~ (outnumbered).
 13856 | D:7      | 13856 ||| Stepping ~*~*~tactically~*~*~ (outnumbered).
 13858 | D:7      | 13858 ||| Stepping ~*~*~tactically~*~*~ (outnumbered).
 13860 | D:7      | 13860 ||| Stepping ~*~*~tactically~*~*~ (outnumbered).
 13862 | D:7      | 13862 ||| Stepping ~*~*~tactically~*~*~ (outnumbered).
 13864 | D:7      | 13864 ||| Stepping ~*~*~tactically~*~*~ (outnumbered).
 13866 | D:7      | 13866 ||| Stepping ~*~*~tactically~*~*~ (outnumbered).
 13868 | D:7      | 13868 ||| Stepping ~*~*~tactically~*~*~ (outnumbered).
 13870 | D:7      | 13870 ||| Stepping ~*~*~tactically~*~*~ (outnumbered).
 13872 | D:7      | 13872 ||| Stepping ~*~*~tactically~*~*~ (outnumbered).
 13874 | D:7      | 13874 ||| Stepping ~*~*~tactically~*~*~ (outnumbered).
 13876 | D:7      | 13876 ||| Stepping ~*~*~tactically~*~*~ (outnumbered).
 13878 | D:7      | 13878 ||| Stepping ~*~*~tactically~*~*~ (outnumbered).
 13880 | D:7      | 13880 ||| Stepping ~*~*~tactically~*~*~ (outnumbered).
 13882 | D:7      | 13882 ||| Stepping ~*~*~tactically~*~*~ (outnumbered).
 13884 | D:7      | 13884 ||| Stepping ~*~*~tactically~*~*~ (outnumbered).
 13886 | D:7      | 13886 ||| Stepping ~*~*~tactically~*~*~ (outnumbered).
 13888 | D:7      | 13888 ||| Stepping ~*~*~tactically~*~*~ (outnumbered).
 13890 | D:7      | 13890 ||| Stepping ~*~*~tactically~*~*~ (outnumbered).
 13892 | D:7      | 13892 ||| Stepping ~*~*~tactically~*~*~ (outnumbered).
 13894 | D:7      | 13894 ||| Stepping ~*~*~tactically~*~*~ (outnumbered).
 13896 | D:7      | 13896 ||| Stepping ~*~*~tactically~*~*~ (outnumbered).
 13898 | D:7      | 13898 ||| Stepping ~*~*~tactically~*~*~ (outnumbered).
 13900 | D:7      | 13900 ||| Stepping ~*~*~tactically~*~*~ (outnumbered).
 13902 | D:7      | 13902 ||| Stepping ~*~*~tactically~*~*~ (outnumbered).
 13904 | D:7      | 13904 ||| Stepping ~*~*~tactically~*~*~ (outnumbered).
 13906 | D:7      | 13906 ||| Stepping ~*~*~tactically~*~*~ (outnumbered).
 13908 | D:7      | 13908 ||| Stepping ~*~*~tactically~*~*~ (outnumbered).
 13910 | D:7      | 13910 ||| Stepping ~*~*~tactically~*~*~ (outnumbered).
 13912 | D:7      | 13912 ||| Stepping ~*~*~tactically~*~*~ (outnumbered).
 13914 | D:7      | 13914 ||| Stepping ~*~*~tactically~*~*~ (outnumbered).
 13916 | D:7      | 13916 ||| Stepping ~*~*~tactically~*~*~ (outnumbered).
 13918 | D:7      | 13918 ||| Stepping ~*~*~tactically~*~*~ (outnumbered).
 13920 | D:7      | 13920 ||| Stepping ~*~*~tactically~*~*~ (outnumbered).
 13922 | D:7      | 13922 ||| Stepping ~*~*~tactically~*~*~ (outnumbered).
 13924 | D:7      | 13924 ||| Stepping ~*~*~tactically~*~*~ (outnumbered).
 13926 | D:7      | 13926 ||| Stepping ~*~*~tactically~*~*~ (outnumbered).
 13928 | D:7      | 13928 ||| Stepping ~*~*~tactically~*~*~ (outnumbered).
 13930 | D:7      | 13930 ||| Stepping ~*~*~tactically~*~*~ (outnumbered).
 13932 | D:7      | 13932 ||| Stepping ~*~*~tactically~*~*~ (outnumbered).
 13934 | D:7      | 13934 ||| Stepping ~*~*~tactically~*~*~ (outnumbered).
 13936 | D:7      | 13936 ||| Stepping ~*~*~tactically~*~*~ (outnumbered).
 13938 | D:7      | 13938 ||| Stepping ~*~*~tactically~*~*~ (outnumbered).
 13940 | D:7      | 13940 ||| Stepping ~*~*~tactically~*~*~ (outnumbered).
 13942 | D:7      | 13942 ||| Stepping ~*~*~tactically~*~*~ (outnumbered).
 13944 | D:7      | 13944 ||| Stepping ~*~*~tactically~*~*~ (outnumbered).
 13946 | D:7      | 13946 ||| Stepping ~*~*~tactically~*~*~ (outnumbered).
 13948 | D:7      | 13948 ||| Stepping ~*~*~tactically~*~*~ (outnumbered).
 13950 | D:7      | 13950 ||| Stepping ~*~*~tactically~*~*~ (outnumbered).
 13952 | D:7      | 13952 ||| Stepping ~*~*~tactically~*~*~ (outnumbered).
 13954 | D:7      | 13954 ||| Stepping ~*~*~tactically~*~*~ (outnumbered).
 13956 | D:7      | 13956 ||| Stepping ~*~*~tactically~*~*~ (outnumbered).
 13958 | D:7      | 13958 ||| Stepping ~*~*~tactically~*~*~ (outnumbered).
 13960 | D:7      | 13960 ||| Stepping ~*~*~tactically~*~*~ (outnumbered).
 13962 | D:7      | 13962 ||| Stepping ~*~*~tactically~*~*~ (outnumbered).
 13964 | D:7      | 13964 ||| Stepping ~*~*~tactically~*~*~ (outnumbered).
 13966 | D:7      | 13966 ||| Stepping ~*~*~tactically~*~*~ (outnumbered).
 13968 | D:7      | 13968 ||| Stepping ~*~*~tactically~*~*~ (outnumbered).
 13970 | D:7      | 13970 ||| Stepping ~*~*~tactically~*~*~ (outnumbered).
 13972 | D:7      | 13972 ||| Stepping ~*~*~tactically~*~*~ (outnumbered).
 13974 | D:7      | 13974 ||| Stepping ~*~*~tactically~*~*~ (outnumbered).
 13976 | D:7      | 13976 ||| Stepping ~*~*~tactically~*~*~ (outnumbered).
 13978 | D:7      | 13978 ||| Stepping ~*~*~tactically~*~*~ (outnumbered).
 13980 | D:7      | 13980 ||| Stepping ~*~*~tactically~*~*~ (outnumbered).
 13982 | D:7      | 13982 ||| Stepping ~*~*~tactically~*~*~ (outnumbered).
 13984 | D:7      | 13984 ||| Stepping ~*~*~tactically~*~*~ (outnumbered).
 13986 | D:7      | 13986 ||| Stepping ~*~*~tactically~*~*~ (outnumbered).
 13988 | D:7      | 13988 ||| Stepping ~*~*~tactically~*~*~ (outnumbered).
 13990 | D:7      | 13990 ||| Stepping ~*~*~tactically~*~*~ (outnumbered).
 13992 | D:7      | 13992 ||| Stepping ~*~*~tactically~*~*~ (outnumbered).
 13994 | D:7      | 13994 ||| Stepping ~*~*~tactically~*~*~ (outnumbered).
 13996 | D:7      | 13996 ||| Stepping ~*~*~tactically~*~*~ (outnumbered).
 13998 | D:7      | 13998 ||| Stepping ~*~*~tactically~*~*~ (outnumbered).
 14000 | D:7      | 14000 ||| Stepping ~*~*~tactically~*~*~ (outnumbered).
 14002 | D:7      | 14002 ||| Stepping ~*~*~tactically~*~*~ (outnumbered).
 14004 | D:7      | 14004 ||| Stepping ~*~*~tactically~*~*~ (outnumbered).
 14006 | D:7      | 14006 ||| Stepping ~*~*~tactically~*~*~ (outnumbered).
 14008 | D:7      | 14008 ||| Stepping ~*~*~tactically~*~*~ (outnumbered).
 14010 | D:7      | 14010 ||| Stepping ~*~*~tactically~*~*~ (outnumbered).
 14012 | D:7      | 14012 ||| Stepping ~*~*~tactically~*~*~ (outnumbered).
 14014 | D:7      | 14014 ||| Stepping ~*~*~tactically~*~*~ (outnumbered).
 14016 | D:7      | 14016 ||| Stepping ~*~*~tactically~*~*~ (outnumbered).
 14018 | D:7      | 14018 ||| Stepping ~*~*~tactically~*~*~ (outnumbered).
 14020 | D:7      | 14020 ||| Stepping ~*~*~tactically~*~*~ (outnumbered).
 14022 | D:7      | 14022 ||| Stepping ~*~*~tactically~*~*~ (outnumbered).
 14024 | D:7      | 14024 ||| Stepping ~*~*~tactically~*~*~ (outnumbered).
 14026 | D:7      | 14026 ||| Stepping ~*~*~tactically~*~*~ (outnumbered).
 14028 | D:7      | 14028 ||| Stepping ~*~*~tactically~*~*~ (outnumbered).
 14030 | D:7      | 14030 ||| Stepping ~*~*~tactically~*~*~ (outnumbered).
 14032 | D:7      | 14032 ||| Stepping ~*~*~tactically~*~*~ (outnumbered).
 14034 | D:7      | 14034 ||| Stepping ~*~*~tactically~*~*~ (outnumbered).
 14036 | D:7      | 14036 ||| Stepping ~*~*~tactically~*~*~ (outnumbered).
 14038 | D:7      | 14038 ||| Stepping ~*~*~tactically~*~*~ (outnumbered).
 14040 | D:7      | 14040 ||| Stepping ~*~*~tactically~*~*~ (outnumbered).
 14042 | D:7      | 14042 ||| Stepping ~*~*~tactically~*~*~ (outnumbered).
 14044 | D:7      | 14044 ||| Stepping ~*~*~tactically~*~*~ (outnumbered).
 14046 | D:7      | 14046 ||| Stepping ~*~*~tactically~*~*~ (outnumbered).
 14048 | D:7      | 14048 ||| Stepping ~*~*~tactically~*~*~ (outnumbered).
 14050 | D:7      | 14050 ||| Stepping ~*~*~tactically~*~*~ (outnumbered).
 14052 | D:7      | 14052 ||| Stepping ~*~*~tactically~*~*~ (outnumbered).
 14054 | D:7      | 14054 ||| Stepping ~*~*~tactically~*~*~ (outnumbered).
 14056 | D:7      | 14056 ||| Stepping ~*~*~tactically~*~*~ (outnumbered).
 14058 | D:7      | 14058 ||| Stepping ~*~*~tactically~*~*~ (outnumbered).
 14060 | D:7      | 14060 ||| Stepping ~*~*~tactically~*~*~ (outnumbered).
 14062 | D:7      | 14062 ||| Stepping ~*~*~tactically~*~*~ (outnumbered).
 14064 | D:7      | 14064 ||| Stepping ~*~*~tactically~*~*~ (outnumbered).
 14066 | D:7      | 14066 ||| Stepping ~*~*~tactically~*~*~ (outnumbered).
 14068 | D:7      | 14068 ||| Stepping ~*~*~tactically~*~*~ (outnumbered).
 14070 | D:7      | 14070 ||| Stepping ~*~*~tactically~*~*~ (outnumbered).
 14072 | D:7      | 14072 ||| Stepping ~*~*~tactically~*~*~ (outnumbered).
 14074 | D:7      | 14074 ||| Stepping ~*~*~tactically~*~*~ (outnumbered).
 14076 | D:7      | 14076 ||| Stepping ~*~*~tactically~*~*~ (outnumbered).
 14078 | D:7      | 14078 ||| Stepping ~*~*~tactically~*~*~ (outnumbered).
 14080 | D:7      | 14080 ||| Stepping ~*~*~tactically~*~*~ (outnumbered).
 14082 | D:7      | 14082 ||| Stepping ~*~*~tactically~*~*~ (outnumbered).
 14084 | D:7      | 14084 ||| Stepping ~*~*~tactically~*~*~ (outnumbered).
 14086 | D:7      | 14086 ||| Stepping ~*~*~tactically~*~*~ (outnumbered).
 14088 | D:7      | 14088 ||| Stepping ~*~*~tactically~*~*~ (outnumbered).
 14090 | D:7      | 14090 ||| Stepping ~*~*~tactically~*~*~ (outnumbered).
 14092 | D:7      | 14092 ||| Stepping ~*~*~tactically~*~*~ (outnumbered).
 14094 | D:7      | 14094 ||| Stepping ~*~*~tactically~*~*~ (outnumbered).
 14096 | D:7      | 14096 ||| Stepping ~*~*~tactically~*~*~ (outnumbered).
 14098 | D:7      | 14098 ||| Stepping ~*~*~tactically~*~*~ (outnumbered).
 14100 | D:7      | 14100 ||| Stepping ~*~*~tactically~*~*~ (outnumbered).
 14102 | D:7      | 14102 ||| Stepping ~*~*~tactically~*~*~ (outnumbered).
 14104 | D:7      | 14104 ||| Stepping ~*~*~tactically~*~*~ (outnumbered).
 14106 | D:7      | 14106 ||| Stepping ~*~*~tactically~*~*~ (outnumbered).
 14108 | D:7      | 14108 ||| Stepping ~*~*~tactically~*~*~ (outnumbered).
 14110 | D:7      | 14110 ||| Stepping ~*~*~tactically~*~*~ (outnumbered).
 14112 | D:7      | 14112 ||| Stepping ~*~*~tactically~*~*~ (outnumbered).
 14114 | D:7      | 14114 ||| Stepping ~*~*~tactically~*~*~ (outnumbered).
 14116 | D:7      | 14116 ||| Stepping ~*~*~tactically~*~*~ (outnumbered).
 14118 | D:7      | 14118 ||| Stepping ~*~*~tactically~*~*~ (outnumbered).
 14120 | D:7      | 14120 ||| Stepping ~*~*~tactically~*~*~ (outnumbered).
 14122 | D:7      | 14122 ||| Stepping ~*~*~tactically~*~*~ (outnumbered).
 14124 | D:7      | 14124 ||| Stepping ~*~*~tactically~*~*~ (outnumbered).
 14126 | D:7      | 14126 ||| Stepping ~*~*~tactically~*~*~ (outnumbered).
 14128 | D:7      | 14128 ||| Stepping ~*~*~tactically~*~*~ (outnumbered).
 14130 | D:7      | 14130 ||| Stepping ~*~*~tactically~*~*~ (outnumbered).
 14132 | D:7      | 14132 ||| Stepping ~*~*~tactically~*~*~ (outnumbered).
 14134 | D:7      | 14134 ||| Stepping ~*~*~tactically~*~*~ (outnumbered).
 14136 | D:7      | 14136 ||| Stepping ~*~*~tactically~*~*~ (outnumbered).
 14138 | D:7      | 14138 ||| Stepping ~*~*~tactically~*~*~ (outnumbered).
 14140 | D:7      | 14140 ||| Stepping ~*~*~tactically~*~*~ (outnumbered).
 14142 | D:7      | 14142 ||| Stepping ~*~*~tactically~*~*~ (outnumbered).
 14144 | D:7      | 14144 ||| Stepping ~*~*~tactically~*~*~ (outnumbered).
 14146 | D:7      | 14146 ||| Stepping ~*~*~tactically~*~*~ (outnumbered).
 14148 | D:7      | 14148 ||| Stepping ~*~*~tactically~*~*~ (outnumbered).
 14150 | D:7      | 14150 ||| Stepping ~*~*~tactically~*~*~ (outnumbered).
 14152 | D:7      | 14152 ||| Stepping ~*~*~tactically~*~*~ (outnumbered).
 14154 | D:7      | 14154 ||| Stepping ~*~*~tactically~*~*~ (outnumbered).
 14156 | D:7      | 14156 ||| Stepping ~*~*~tactically~*~*~ (outnumbered).
 14158 | D:7      | 14158 ||| Stepping ~*~*~tactically~*~*~ (outnumbered).
 14160 | D:7      | 14160 ||| Stepping ~*~*~tactically~*~*~ (outnumbered).
 14162 | D:7      | 14162 ||| Stepping ~*~*~tactically~*~*~ (outnumbered).
 14164 | D:7      | 14164 ||| Stepping ~*~*~tactically~*~*~ (outnumbered).
 14166 | D:7      | 14166 ||| Stepping ~*~*~tactically~*~*~ (outnumbered).
 14168 | D:7      | 14168 ||| Stepping ~*~*~tactically~*~*~ (outnumbered).
 14170 | D:7      | 14170 ||| Stepping ~*~*~tactically~*~*~ (outnumbered).
 14172 | D:7      | 14172 ||| Stepping ~*~*~tactically~*~*~ (outnumbered).
 14174 | D:7      | 14174 ||| Stepping ~*~*~tactically~*~*~ (outnumbered).
 14176 | D:7      | 14176 ||| Stepping ~*~*~tactically~*~*~ (outnumbered).
 14178 | D:7      | 14178 ||| Stepping ~*~*~tactically~*~*~ (outnumbered).
 14180 | D:7      | 14180 ||| Stepping ~*~*~tactically~*~*~ (outnumbered).
 14182 | D:7      | 14182 ||| Stepping ~*~*~tactically~*~*~ (outnumbered).
 14184 | D:7      | 14184 ||| Stepping ~*~*~tactically~*~*~ (outnumbered).
 14186 | D:7      | 14186 ||| Stepping ~*~*~tactically~*~*~ (outnumbered).
 14188 | D:7      | 14188 ||| Stepping ~*~*~tactically~*~*~ (outnumbered).
 14190 | D:7      | 14190 ||| Stepping ~*~*~tactically~*~*~ (outnumbered).
 14192 | D:7      | 14192 ||| Stepping ~*~*~tactically~*~*~ (outnumbered).
 14194 | D:7      | 14194 ||| Stepping ~*~*~tactically~*~*~ (outnumbered).
 14196 | D:7      | 14196 ||| Stepping ~*~*~tactically~*~*~ (outnumbered).
 14198 | D:7      | 14198 ||| Stepping ~*~*~tactically~*~*~ (outnumbered).
 14200 | D:7      | 14200 ||| Stepping ~*~*~tactically~*~*~ (outnumbered).
 14202 | D:7      | 14202 ||| Stepping ~*~*~tactically~*~*~ (outnumbered).
 14204 | D:7      | 14204 ||| Stepping ~*~*~tactically~*~*~ (outnumbered).
 14206 | D:7      | 14206 ||| Stepping ~*~*~tactically~*~*~ (outnumbered).
 14208 | D:7      | 14208 ||| Stepping ~*~*~tactically~*~*~ (outnumbered).
 14210 | D:7      | 14210 ||| Stepping ~*~*~tactically~*~*~ (outnumbered).
 14212 | D:7      | 14212 ||| Stepping ~*~*~tactically~*~*~ (outnumbered).
 14214 | D:7      | 14214 ||| Stepping ~*~*~tactically~*~*~ (outnumbered).
 14216 | D:7      | 14216 ||| Stepping ~*~*~tactically~*~*~ (outnumbered).
 14218 | D:7      | 14218 ||| Stepping ~*~*~tactically~*~*~ (outnumbered).
 14220 | D:7      | 14220 ||| Stepping ~*~*~tactically~*~*~ (outnumbered).
 14222 | D:7      | 14222 ||| Stepping ~*~*~tactically~*~*~ (outnumbered).
 14224 | D:7      | 14224 ||| Stepping ~*~*~tactically~*~*~ (outnumbered).
 14226 | D:7      | 14226 ||| Stepping ~*~*~tactically~*~*~ (outnumbered).
 14228 | D:7      | 14228 ||| Stepping ~*~*~tactically~*~*~ (outnumbered).
 14230 | D:7      | 14230 ||| Stepping ~*~*~tactically~*~*~ (outnumbered).
 14232 | D:7      | 14232 ||| Stepping ~*~*~tactically~*~*~ (outnumbered).
 14234 | D:7      | 14234 ||| Stepping ~*~*~tactically~*~*~ (outnumbered).
 14236 | D:7      | 14236 ||| Stepping ~*~*~tactically~*~*~ (outnumbered).
 14238 | D:7      | 14238 ||| Stepping ~*~*~tactically~*~*~ (outnumbered).
 14240 | D:7      | 14240 ||| Stepping ~*~*~tactically~*~*~ (outnumbered).
 14242 | D:7      | 14242 ||| Stepping ~*~*~tactically~*~*~ (outnumbered).
 14244 | D:7      | 14244 ||| Stepping ~*~*~tactically~*~*~ (outnumbered).
 14246 | D:7      | 14246 ||| Stepping ~*~*~tactically~*~*~ (outnumbered).
 14248 | D:7      | 14248 ||| Stepping ~*~*~tactically~*~*~ (outnumbered).
 14250 | D:7      | 14250 ||| Stepping ~*~*~tactically~*~*~ (outnumbered).
 14252 | D:7      | 14252 ||| Stepping ~*~*~tactically~*~*~ (outnumbered).
 14254 | D:7      | 14254 ||| Stepping ~*~*~tactically~*~*~ (outnumbered).
 14256 | D:7      | 14256 ||| Stepping ~*~*~tactically~*~*~ (outnumbered).
 14258 | D:7      | 14258 ||| Stepping ~*~*~tactically~*~*~ (outnumbered).
 14260 | D:7      | 14260 ||| Stepping ~*~*~tactically~*~*~ (outnumbered).
 14262 | D:7      | 14262 ||| Stepping ~*~*~tactically~*~*~ (outnumbered).
 14264 | D:7      | 14264 ||| Stepping ~*~*~tactically~*~*~ (outnumbered).
 14266 | D:7      | 14266 ||| Stepping ~*~*~tactically~*~*~ (outnumbered).
 14268 | D:7      | 14268 ||| Stepping ~*~*~tactically~*~*~ (outnumbered).
 14270 | D:7      | 14270 ||| Stepping ~*~*~tactically~*~*~ (outnumbered).
 14272 | D:7      | 14272 ||| Stepping ~*~*~tactically~*~*~ (outnumbered).
 14274 | D:7      | 14274 ||| Stepping ~*~*~tactically~*~*~ (outnumbered).
 14276 | D:7      | 14276 ||| Stepping ~*~*~tactically~*~*~ (outnumbered).
 14278 | D:7      | 14278 ||| Stepping ~*~*~tactically~*~*~ (outnumbered).
 14280 | D:7      | 14280 ||| Stepping ~*~*~tactically~*~*~ (outnumbered).
 14282 | D:7      | 14282 ||| Stepping ~*~*~tactically~*~*~ (outnumbered).
 14284 | D:7      | 14284 ||| Stepping ~*~*~tactically~*~*~ (outnumbered).
 14286 | D:7      | 14286 ||| Stepping ~*~*~tactically~*~*~ (outnumbered).
 14288 | D:7      | 14288 ||| Stepping ~*~*~tactically~*~*~ (outnumbered).
 14290 | D:7      | 14290 ||| Stepping ~*~*~tactically~*~*~ (outnumbered).
 14292 | D:7      | 14292 ||| Stepping ~*~*~tactically~*~*~ (outnumbered).
 14294 | D:7      | 14294 ||| Stepping ~*~*~tactically~*~*~ (outnumbered).
 14296 | D:7      | 14296 ||| Stepping ~*~*~tactically~*~*~ (outnumbered).
 14298 | D:7      | 14298 ||| Stepping ~*~*~tactically~*~*~ (outnumbered).
 14300 | D:7      | 14300 ||| Stepping ~*~*~tactically~*~*~ (outnumbered).
 14302 | D:7      | 14302 ||| Stepping ~*~*~tactically~*~*~ (outnumbered).
 14304 | D:7      | 14304 ||| Stepping ~*~*~tactically~*~*~ (outnumbered).
 14306 | D:7      | 14306 ||| Stepping ~*~*~tactically~*~*~ (outnumbered).
 14308 | D:7      | 14308 ||| Stepping ~*~*~tactically~*~*~ (outnumbered).
 14310 | D:7      | 14310 ||| Stepping ~*~*~tactically~*~*~ (outnumbered).
 14312 | D:7      | 14312 ||| Stepping ~*~*~tactically~*~*~ (outnumbered).
 14314 | D:7      | 14314 ||| Stepping ~*~*~tactically~*~*~ (outnumbered).
 14316 | D:7      | 14316 ||| Stepping ~*~*~tactically~*~*~ (outnumbered).
 14318 | D:7      | 14318 ||| Stepping ~*~*~tactically~*~*~ (outnumbered).
 14320 | D:7      | 14320 ||| Stepping ~*~*~tactically~*~*~ (outnumbered).
 14322 | D:7      | 14322 ||| Stepping ~*~*~tactically~*~*~ (outnumbered).
 14324 | D:7      | 14324 ||| Stepping ~*~*~tactically~*~*~ (outnumbered).
 14326 | D:7      | 14326 ||| Stepping ~*~*~tactically~*~*~ (outnumbered).
 14328 | D:7      | 14328 ||| Stepping ~*~*~tactically~*~*~ (outnumbered).
 14330 | D:7      | 14330 ||| Stepping ~*~*~tactically~*~*~ (outnumbered).
 14332 | D:7      | 14332 ||| Stepping ~*~*~tactically~*~*~ (outnumbered).
 14334 | D:7      | 14334 ||| Stepping ~*~*~tactically~*~*~ (outnumbered).
 14336 | D:7      | 14336 ||| Stepping ~*~*~tactically~*~*~ (outnumbered).
 14338 | D:7      | 14338 ||| Stepping ~*~*~tactically~*~*~ (outnumbered).
 14340 | D:7      | 14340 ||| Stepping ~*~*~tactically~*~*~ (outnumbered).
 14342 | D:7      | 14342 ||| Stepping ~*~*~tactically~*~*~ (outnumbered).
 14344 | D:7      | 14344 ||| Stepping ~*~*~tactically~*~*~ (outnumbered).
 14346 | D:7      | 14346 ||| Stepping ~*~*~tactically~*~*~ (outnumbered).
 14348 | D:7      | 14348 ||| Stepping ~*~*~tactically~*~*~ (outnumbered).
 14350 | D:7      | 14350 ||| Stepping ~*~*~tactically~*~*~ (outnumbered).
 14352 | D:7      | 14352 ||| Stepping ~*~*~tactically~*~*~ (outnumbered).
 14354 | D:7      | 14354 ||| Stepping ~*~*~tactically~*~*~ (outnumbered).
 14356 | D:7      | 14356 ||| Stepping ~*~*~tactically~*~*~ (outnumbered).
 14358 | D:7      | 14358 ||| Stepping ~*~*~tactically~*~*~ (outnumbered).
 14360 | D:7      | 14360 ||| Stepping ~*~*~tactically~*~*~ (outnumbered).
 14362 | D:7      | 14362 ||| Stepping ~*~*~tactically~*~*~ (outnumbered).
 14364 | D:7      | 14364 ||| Stepping ~*~*~tactically~*~*~ (outnumbered).
 14366 | D:7      | 14366 ||| Stepping ~*~*~tactically~*~*~ (outnumbered).
 14368 | D:7      | 14368 ||| Stepping ~*~*~tactically~*~*~ (outnumbered).
 14370 | D:7      | 14370 ||| Stepping ~*~*~tactically~*~*~ (outnumbered).
 14372 | D:7      | 14372 ||| Stepping ~*~*~tactically~*~*~ (outnumbered).
 14374 | D:7      | 14374 ||| Stepping ~*~*~tactically~*~*~ (outnumbered).
 14376 | D:7      | 14376 ||| Stepping ~*~*~tactically~*~*~ (outnumbered).
 14378 | D:7      | 14378 ||| Stepping ~*~*~tactically~*~*~ (outnumbered).
 14380 | D:7      | 14380 ||| Stepping ~*~*~tactically~*~*~ (outnumbered).
 14382 | D:7      | 14382 ||| Stepping ~*~*~tactically~*~*~ (outnumbered).
 14384 | D:7      | 14384 ||| Stepping ~*~*~tactically~*~*~ (outnumbered).
 14386 | D:7      | 14386 ||| Stepping ~*~*~tactically~*~*~ (outnumbered).
 14388 | D:7      | 14388 ||| Stepping ~*~*~tactically~*~*~ (outnumbered).
 14390 | D:7      | 14390 ||| Stepping ~*~*~tactically~*~*~ (outnumbered).
 14392 | D:7      | 14392 ||| Stepping ~*~*~tactically~*~*~ (outnumbered).
 14394 | D:7      | 14394 ||| Stepping ~*~*~tactically~*~*~ (outnumbered).
 14396 | D:7      | 14396 ||| Stepping ~*~*~tactically~*~*~ (outnumbered).
 14398 | D:7      | 14398 ||| Stepping ~*~*~tactically~*~*~ (outnumbered).
 14400 | D:7      | 14400 ||| Stepping ~*~*~tactically~*~*~ (outnumbered).
 14402 | D:7      | 14402 ||| Stepping ~*~*~tactically~*~*~ (outnumbered).
 14404 | D:7      | 14404 ||| Stepping ~*~*~tactically~*~*~ (outnumbered).
 14406 | D:7      | 14406 ||| Stepping ~*~*~tactically~*~*~ (outnumbered).
 14408 | D:7      | 14408 ||| Stepping ~*~*~tactically~*~*~ (outnumbered).
 14410 | D:7      | 14410 ||| Stepping ~*~*~tactically~*~*~ (outnumbered).
 14412 | D:7      | 14412 ||| Stepping ~*~*~tactically~*~*~ (outnumbered).
 14414 | D:7      | 14414 ||| Stepping ~*~*~tactically~*~*~ (outnumbered).
 14416 | D:7      | 14416 ||| Stepping ~*~*~tactically~*~*~ (outnumbered).
 14418 | D:7      | 14418 ||| Stepping ~*~*~tactically~*~*~ (outnumbered).
 14420 | D:7      | 14420 ||| Stepping ~*~*~tactically~*~*~ (outnumbered).
 14422 | D:7      | 14422 ||| Stepping ~*~*~tactically~*~*~ (outnumbered).
 14424 | D:7      | 14424 ||| Stepping ~*~*~tactically~*~*~ (outnumbered).
 14426 | D:7      | 14426 ||| Stepping ~*~*~tactically~*~*~ (outnumbered).
 14428 | D:7      | 14428 ||| Stepping ~*~*~tactically~*~*~ (outnumbered).
 14430 | D:7      | 14430 ||| Stepping ~*~*~tactically~*~*~ (outnumbered).
 14432 | D:7      | 14432 ||| Stepping ~*~*~tactically~*~*~ (outnumbered).
 14434 | D:7      | 14434 ||| Stepping ~*~*~tactically~*~*~ (outnumbered).
 14436 | D:7      | 14436 ||| Stepping ~*~*~tactically~*~*~ (outnumbered).
 14438 | D:7      | 14438 ||| Stepping ~*~*~tactically~*~*~ (outnumbered).
 14440 | D:7      | 14440 ||| Stepping ~*~*~tactically~*~*~ (outnumbered).
 14442 | D:7      | 14442 ||| Stepping ~*~*~tactically~*~*~ (outnumbered).
 14444 | D:7      | 14444 ||| Stepping ~*~*~tactically~*~*~ (outnumbered).
 14446 | D:7      | 14446 ||| Stepping ~*~*~tactically~*~*~ (outnumbered).
 14448 | D:7      | 14448 ||| Stepping ~*~*~tactically~*~*~ (outnumbered).
 14450 | D:7      | 14450 ||| Stepping ~*~*~tactically~*~*~ (outnumbered).
 14452 | D:7      | 14452 ||| Stepping ~*~*~tactically~*~*~ (outnumbered).
 14454 | D:7      | 14454 ||| Stepping ~*~*~tactically~*~*~ (outnumbered).
 14456 | D:7      | 14456 ||| Stepping ~*~*~tactically~*~*~ (outnumbered).
 14458 | D:7      | 14458 ||| Stepping ~*~*~tactically~*~*~ (outnumbered).
 14460 | D:7      | 14460 ||| Stepping ~*~*~tactically~*~*~ (outnumbered).
 14462 | D:7      | 14462 ||| Stepping ~*~*~tactically~*~*~ (outnumbered).
 14464 | D:7      | 14464 ||| Stepping ~*~*~tactically~*~*~ (outnumbered).
 14466 | D:7      | 14466 ||| Stepping ~*~*~tactically~*~*~ (outnumbered).
 14468 | D:7      | 14468 ||| Stepping ~*~*~tactically~*~*~ (outnumbered).
 14470 | D:7      | 14470 ||| Stepping ~*~*~tactically~*~*~ (outnumbered).
 14472 | D:7      | 14472 ||| Stepping ~*~*~tactically~*~*~ (outnumbered).
 14474 | D:7      | 14474 ||| Stepping ~*~*~tactically~*~*~ (outnumbered).
 14476 | D:7      | 14476 ||| Stepping ~*~*~tactically~*~*~ (outnumbered).
 14478 | D:7      | 14478 ||| Stepping ~*~*~tactically~*~*~ (outnumbered).
 14480 | D:7      | 14480 ||| Stepping ~*~*~tactically~*~*~ (outnumbered).
 14482 | D:7      | 14482 ||| Stepping ~*~*~tactically~*~*~ (outnumbered).
 14484 | D:7      | 14484 ||| Stepping ~*~*~tactically~*~*~ (outnumbered).
 14486 | D:7      | 14486 ||| Stepping ~*~*~tactically~*~*~ (outnumbered).
 14488 | D:7      | 14488 ||| Stepping ~*~*~tactically~*~*~ (outnumbered).
 14490 | D:7      | 14490 ||| Stepping ~*~*~tactically~*~*~ (outnumbered).
 14492 | D:7      | 14492 ||| Stepping ~*~*~tactically~*~*~ (outnumbered).
 14494 | D:7      | 14494 ||| Stepping ~*~*~tactically~*~*~ (outnumbered).
 14496 | D:7      | 14496 ||| Stepping ~*~*~tactically~*~*~ (outnumbered).
 14498 | D:7      | 14498 ||| Stepping ~*~*~tactically~*~*~ (outnumbered).
 14500 | D:7      | 14500 ||| Stepping ~*~*~tactically~*~*~ (outnumbered).
 14502 | D:7      | 14502 ||| Stepping ~*~*~tactically~*~*~ (outnumbered).
 14504 | D:7      | 14504 ||| Stepping ~*~*~tactically~*~*~ (outnumbered).
 14506 | D:7      | 14506 ||| Stepping ~*~*~tactically~*~*~ (outnumbered).
 14508 | D:7      | 14508 ||| Stepping ~*~*~tactically~*~*~ (outnumbered).
 14510 | D:7      | 14510 ||| Stepping ~*~*~tactically~*~*~ (outnumbered).
 14512 | D:7      | 14512 ||| Stepping ~*~*~tactically~*~*~ (outnumbered).
 14514 | D:7      | 14514 ||| Stepping ~*~*~tactically~*~*~ (outnumbered).
 14516 | D:7      | 14516 ||| Stepping ~*~*~tactically~*~*~ (outnumbered).
 14518 | D:7      | 14518 ||| Stepping ~*~*~tactically~*~*~ (outnumbered).
 14520 | D:7      | 14520 ||| Stepping ~*~*~tactically~*~*~ (outnumbered).
 14522 | D:7      | 14522 ||| Stepping ~*~*~tactically~*~*~ (outnumbered).
 14524 | D:7      | 14524 ||| Stepping ~*~*~tactically~*~*~ (outnumbered).
 14526 | D:7      | 14526 ||| Stepping ~*~*~tactically~*~*~ (outnumbered).
 14528 | D:7      | 14528 ||| Stepping ~*~*~tactically~*~*~ (outnumbered).
 14530 | D:7      | 14530 ||| Stepping ~*~*~tactically~*~*~ (outnumbered).
 14532 | D:7      | 14532 ||| Stepping ~*~*~tactically~*~*~ (outnumbered).
 14534 | D:7      | 14534 ||| Stepping ~*~*~tactically~*~*~ (outnumbered).
 14536 | D:7      | 14536 ||| Stepping ~*~*~tactically~*~*~ (outnumbered).
 14538 | D:7      | 14538 ||| Stepping ~*~*~tactically~*~*~ (outnumbered).
 14540 | D:7      | 14540 ||| Stepping ~*~*~tactically~*~*~ (outnumbered).
 14542 | D:7      | 14542 ||| Stepping ~*~*~tactically~*~*~ (outnumbered).
 14544 | D:7      | 14544 ||| Stepping ~*~*~tactically~*~*~ (outnumbered).
 14546 | D:7      | 14546 ||| Stepping ~*~*~tactically~*~*~ (outnumbered).
 14548 | D:7      | 14548 ||| Stepping ~*~*~tactically~*~*~ (outnumbered).
 14550 | D:7      | 14550 ||| Stepping ~*~*~tactically~*~*~ (outnumbered).
 14552 | D:7      | 14552 ||| Stepping ~*~*~tactically~*~*~ (outnumbered).
 14554 | D:7      | 14554 ||| Stepping ~*~*~tactically~*~*~ (outnumbered).
 14556 | D:7      | 14556 ||| Stepping ~*~*~tactically~*~*~ (outnumbered).
 14558 | D:7      | 14558 ||| Stepping ~*~*~tactically~*~*~ (outnumbered).
 14560 | D:7      | 14560 ||| Stepping ~*~*~tactically~*~*~ (outnumbered).
 14562 | D:7      | 14562 ||| Stepping ~*~*~tactically~*~*~ (outnumbered).
 14564 | D:7      | 14564 ||| Stepping ~*~*~tactically~*~*~ (outnumbered).
 14566 | D:7      | 14566 ||| Stepping ~*~*~tactically~*~*~ (outnumbered).
 14568 | D:7      | 14568 ||| Stepping ~*~*~tactically~*~*~ (outnumbered).
 14570 | D:7      | 14570 ||| Stepping ~*~*~tactically~*~*~ (outnumbered).
 14572 | D:7      | 14572 ||| Stepping ~*~*~tactically~*~*~ (outnumbered).
 14574 | D:7      | 14574 ||| Stepping ~*~*~tactically~*~*~ (outnumbered).
 14576 | D:7      | 14576 ||| Stepping ~*~*~tactically~*~*~ (outnumbered).
 14578 | D:7      | 14578 ||| Stepping ~*~*~tactically~*~*~ (outnumbered).
 14580 | D:7      | 14580 ||| Stepping ~*~*~tactically~*~*~ (outnumbered).
 14582 | D:7      | 14582 ||| Stepping ~*~*~tactically~*~*~ (outnumbered).
 14584 | D:7      | 14584 ||| Stepping ~*~*~tactically~*~*~ (outnumbered).
 14586 | D:7      | 14586 ||| Stepping ~*~*~tactically~*~*~ (outnumbered).
 14588 | D:7      | 14588 ||| Stepping ~*~*~tactically~*~*~ (outnumbered).
 14590 | D:7      | 14590 ||| Stepping ~*~*~tactically~*~*~ (outnumbered).
 14592 | D:7      | 14592 ||| Stepping ~*~*~tactically~*~*~ (outnumbered).
 14594 | D:7      | 14594 ||| Stepping ~*~*~tactically~*~*~ (outnumbered).
 14596 | D:7      | 14596 ||| Stepping ~*~*~tactically~*~*~ (outnumbered).
 14598 | D:7      | 14598 ||| Stepping ~*~*~tactically~*~*~ (outnumbered).
 14600 | D:7      | 14600 ||| Stepping ~*~*~tactically~*~*~ (outnumbered).
 14602 | D:7      | 14602 ||| Stepping ~*~*~tactically~*~*~ (outnumbered).
 14604 | D:7      | 14604 ||| Stepping ~*~*~tactically~*~*~ (outnumbered).
 14606 | D:7      | 14606 ||| Stepping ~*~*~tactically~*~*~ (outnumbered).
 14608 | D:7      | 14608 ||| Stepping ~*~*~tactically~*~*~ (outnumbered).
 14610 | D:7      | 14610 ||| Stepping ~*~*~tactically~*~*~ (outnumbered).
 14612 | D:7      | 14612 ||| Stepping ~*~*~tactically~*~*~ (outnumbered).
 14614 | D:7      | 14614 ||| Stepping ~*~*~tactically~*~*~ (outnumbered).
 14616 | D:7      | 14616 ||| Stepping ~*~*~tactically~*~*~ (outnumbered).
 14618 | D:7      | 14618 ||| Stepping ~*~*~tactically~*~*~ (outnumbered).
 14620 | D:7      | 14620 ||| Stepping ~*~*~tactically~*~*~ (outnumbered).
 14622 | D:7      | 14622 ||| Stepping ~*~*~tactically~*~*~ (outnumbered).
 14624 | D:7      | 14624 ||| Stepping ~*~*~tactically~*~*~ (outnumbered).
 14626 | D:7      | 14626 ||| Stepping ~*~*~tactically~*~*~ (outnumbered).
 14628 | D:7      | 14628 ||| Stepping ~*~*~tactically~*~*~ (outnumbered).
 14630 | D:7      | 14630 ||| Stepping ~*~*~tactically~*~*~ (outnumbered).
 14632 | D:7      | 14632 ||| Stepping ~*~*~tactically~*~*~ (outnumbered).
 14634 | D:7      | 14634 ||| Stepping ~*~*~tactically~*~*~ (outnumbered).
 14636 | D:7      | 14636 ||| Stepping ~*~*~tactically~*~*~ (outnumbered).
 14638 | D:7      | 14638 ||| Stepping ~*~*~tactically~*~*~ (outnumbered).
 14640 | D:7      | 14640 ||| Stepping ~*~*~tactically~*~*~ (outnumbered).
 14642 | D:7      | 14642 ||| Stepping ~*~*~tactically~*~*~ (outnumbered).
 14644 | D:7      | 14644 ||| Stepping ~*~*~tactically~*~*~ (outnumbered).
 14646 | D:7      | 14646 ||| Stepping ~*~*~tactically~*~*~ (outnumbered).
 14648 | D:7      | 14648 ||| Stepping ~*~*~tactically~*~*~ (outnumbered).
 14650 | D:7      | 14650 ||| Stepping ~*~*~tactically~*~*~ (outnumbered).
 14652 | D:7      | 14652 ||| Stepping ~*~*~tactically~*~*~ (outnumbered).
 14654 | D:7      | 14654 ||| Stepping ~*~*~tactically~*~*~ (outnumbered).
 14656 | D:7      | 14656 ||| Stepping ~*~*~tactically~*~*~ (outnumbered).
 14658 | D:7      | 14658 ||| Stepping ~*~*~tactically~*~*~ (outnumbered).
 14660 | D:7      | 14660 ||| Stepping ~*~*~tactically~*~*~ (outnumbered).
 14662 | D:7      | 14662 ||| Stepping ~*~*~tactically~*~*~ (outnumbered).
 14664 | D:7      | 14664 ||| Stepping ~*~*~tactically~*~*~ (outnumbered).
 14666 | D:7      | 14666 ||| Stepping ~*~*~tactically~*~*~ (outnumbered).
 14668 | D:7      | 14668 ||| Stepping ~*~*~tactically~*~*~ (outnumbered).
 14670 | D:7      | 14670 ||| Stepping ~*~*~tactically~*~*~ (outnumbered).
 14672 | D:7      | 14672 ||| Stepping ~*~*~tactically~*~*~ (outnumbered).
 14674 | D:7      | 14674 ||| Stepping ~*~*~tactically~*~*~ (outnumbered).
 14676 | D:7      | 14676 ||| Stepping ~*~*~tactically~*~*~ (outnumbered).
 14678 | D:7      | 14678 ||| Stepping ~*~*~tactically~*~*~ (outnumbered).
 14680 | D:7      | 14680 ||| Stepping ~*~*~tactically~*~*~ (outnumbered).
 14682 | D:7      | 14682 ||| Stepping ~*~*~tactically~*~*~ (outnumbered).
 14684 | D:7      | 14684 ||| Stepping ~*~*~tactically~*~*~ (outnumbered).
 14686 | D:7      | 14686 ||| Stepping ~*~*~tactically~*~*~ (outnumbered).
 14688 | D:7      | 14688 ||| Stepping ~*~*~tactically~*~*~ (outnumbered).
 14690 | D:7      | 14690 ||| Stepping ~*~*~tactically~*~*~ (outnumbered).
 14692 | D:7      | 14692 ||| Stepping ~*~*~tactically~*~*~ (outnumbered).
 14694 | D:7      | 14694 ||| Stepping ~*~*~tactically~*~*~ (outnumbered).
 14696 | D:7      | 14696 ||| Stepping ~*~*~tactically~*~*~ (outnumbered).
 14698 | D:7      | 14698 ||| Stepping ~*~*~tactically~*~*~ (outnumbered).
 14700 | D:7      | 14700 ||| Stepping ~*~*~tactically~*~*~ (outnumbered).
 14702 | D:7      | 14702 ||| Stepping ~*~*~tactically~*~*~ (outnumbered).
 14704 | D:7      | 14704 ||| Stepping ~*~*~tactically~*~*~ (outnumbered).
 14706 | D:7      | 14706 ||| Stepping ~*~*~tactically~*~*~ (outnumbered).
 14708 | D:7      | 14708 ||| Stepping ~*~*~tactically~*~*~ (outnumbered).
 14710 | D:7      | 14710 ||| Stepping ~*~*~tactically~*~*~ (outnumbered).
 14712 | D:7      | 14712 ||| Stepping ~*~*~tactically~*~*~ (outnumbered).
 14714 | D:7      | 14714 ||| Stepping ~*~*~tactically~*~*~ (outnumbered).
 14716 | D:7      | 14716 ||| Stepping ~*~*~tactically~*~*~ (outnumbered).
 14718 | D:7      | 14718 ||| Stepping ~*~*~tactically~*~*~ (outnumbered).
 14720 | D:7      | 14720 ||| Stepping ~*~*~tactically~*~*~ (outnumbered).
 14722 | D:7      | 14722 ||| Stepping ~*~*~tactically~*~*~ (outnumbered).
 14724 | D:7      | 14724 ||| Stepping ~*~*~tactically~*~*~ (outnumbered).
 14726 | D:7      | 14726 ||| Stepping ~*~*~tactically~*~*~ (outnumbered).
 14728 | D:7      | 14728 ||| Stepping ~*~*~tactically~*~*~ (outnumbered).
 14730 | D:7      | 14730 ||| Stepping ~*~*~tactically~*~*~ (outnumbered).
 14732 | D:7      | 14732 ||| Stepping ~*~*~tactically~*~*~ (outnumbered).
 14734 | D:7      | 14734 ||| Stepping ~*~*~tactically~*~*~ (outnumbered).
 14736 | D:7      | 14736 ||| Stepping ~*~*~tactically~*~*~ (outnumbered).
 14738 | D:7      | 14738 ||| Stepping ~*~*~tactically~*~*~ (outnumbered).
 14740 | D:7      | 14740 ||| Stepping ~*~*~tactically~*~*~ (outnumbered).
 14742 | D:7      | 14742 ||| Stepping ~*~*~tactically~*~*~ (outnumbered).
 14744 | D:7      | 14744 ||| Stepping ~*~*~tactically~*~*~ (outnumbered).
 14746 | D:7      | 14746 ||| Stepping ~*~*~tactically~*~*~ (outnumbered).
 14748 | D:7      | 14748 ||| Stepping ~*~*~tactically~*~*~ (outnumbered).
 14750 | D:7      | 14750 ||| Stepping ~*~*~tactically~*~*~ (outnumbered).
 14752 | D:7      | 14752 ||| Stepping ~*~*~tactically~*~*~ (outnumbered).
 14754 | D:7      | 14754 ||| Stepping ~*~*~tactically~*~*~ (outnumbered).
 14756 | D:7      | 14756 ||| Stepping ~*~*~tactically~*~*~ (outnumbered).
 14758 | D:7      | 14758 ||| Stepping ~*~*~tactically~*~*~ (outnumbered).
 14760 | D:7      | 14760 ||| Stepping ~*~*~tactically~*~*~ (outnumbered).
 14762 | D:7      | 14762 ||| Stepping ~*~*~tactically~*~*~ (outnumbered).
 14764 | D:7      | 14764 ||| Stepping ~*~*~tactically~*~*~ (outnumbered).
 14766 | D:7      | 14766 ||| Stepping ~*~*~tactically~*~*~ (outnumbered).
 14768 | D:7      | 14768 ||| Stepping ~*~*~tactically~*~*~ (outnumbered).
 14770 | D:7      | 14770 ||| Stepping ~*~*~tactically~*~*~ (outnumbered).
 14772 | D:7      | 14772 ||| Stepping ~*~*~tactically~*~*~ (outnumbered).
 14774 | D:7      | 14774 ||| Stepping ~*~*~tactically~*~*~ (outnumbered).
 14776 | D:7      | 14776 ||| Stepping ~*~*~tactically~*~*~ (outnumbered).
 14778 | D:7      | 14778 ||| Stepping ~*~*~tactically~*~*~ (outnumbered).
 14780 | D:7      | 14780 ||| Stepping ~*~*~tactically~*~*~ (outnumbered).
 14782 | D:7      | 14782 ||| Stepping ~*~*~tactically~*~*~ (outnumbered).
 14784 | D:7      | 14784 ||| Stepping ~*~*~tactically~*~*~ (outnumbered).
 14786 | D:7      | 14786 ||| Stepping ~*~*~tactically~*~*~ (outnumbered).
 14788 | D:7      | 14788 ||| Stepping ~*~*~tactically~*~*~ (outnumbered).
 14790 | D:7      | 14790 ||| Stepping ~*~*~tactically~*~*~ (outnumbered).
 14792 | D:7      | 14792 ||| Stepping ~*~*~tactically~*~*~ (outnumbered).
 14794 | D:7      | 14794 ||| Stepping ~*~*~tactically~*~*~ (outnumbered).
 14796 | D:7      | 14796 ||| Stepping ~*~*~tactically~*~*~ (outnumbered).
 14798 | D:7      | 14798 ||| Stepping ~*~*~tactically~*~*~ (outnumbered).
 14800 | D:7      | 14800 ||| Stepping ~*~*~tactically~*~*~ (outnumbered).
 14802 | D:7      | 14802 ||| Stepping ~*~*~tactically~*~*~ (outnumbered).
 14804 | D:7      | 14804 ||| Stepping ~*~*~tactically~*~*~ (outnumbered).
 14806 | D:7      | 14806 ||| Stepping ~*~*~tactically~*~*~ (outnumbered).
 14808 | D:7      | 14808 ||| Stepping ~*~*~tactically~*~*~ (outnumbered).
 14810 | D:7      | 14810 ||| Stepping ~*~*~tactically~*~*~ (outnumbered).
 14812 | D:7      | 14812 ||| Stepping ~*~*~tactically~*~*~ (outnumbered).
 14814 | D:7      | 14814 ||| Stepping ~*~*~tactically~*~*~ (outnumbered).
 14816 | D:7      | 14816 ||| Stepping ~*~*~tactically~*~*~ (outnumbered).
 14818 | D:7      | 14818 ||| Stepping ~*~*~tactically~*~*~ (outnumbered).
 14820 | D:7      | 14820 ||| Stepping ~*~*~tactically~*~*~ (outnumbered).
 14822 | D:7      | 14822 ||| Stepping ~*~*~tactically~*~*~ (outnumbered).
 14824 | D:7      | 14824 ||| Stepping ~*~*~tactically~*~*~ (outnumbered).
 14826 | D:7      | 14826 ||| Stepping ~*~*~tactically~*~*~ (outnumbered).
 14828 | D:7      | 14828 ||| Stepping ~*~*~tactically~*~*~ (outnumbered).
 14830 | D:7      | 14830 ||| Stepping ~*~*~tactically~*~*~ (outnumbered).
 14832 | D:7      | 14832 ||| Stepping ~*~*~tactically~*~*~ (outnumbered).
 14834 | D:7      | 14834 ||| Stepping ~*~*~tactically~*~*~ (outnumbered).
 14836 | D:7      | 14836 ||| Stepping ~*~*~tactically~*~*~ (outnumbered).
 14838 | D:7      | 14838 ||| Stepping ~*~*~tactically~*~*~ (outnumbered).
 14840 | D:7      | 14840 ||| Stepping ~*~*~tactically~*~*~ (outnumbered).
 14842 | D:7      | 14842 ||| Stepping ~*~*~tactically~*~*~ (outnumbered).
 14844 | D:7      | 14844 ||| Stepping ~*~*~tactically~*~*~ (outnumbered).
 14846 | D:7      | 14846 ||| Stepping ~*~*~tactically~*~*~ (outnumbered).
 14848 | D:7      | 14848 ||| Stepping ~*~*~tactically~*~*~ (outnumbered).
 14850 | D:7      | 14850 ||| Stepping ~*~*~tactically~*~*~ (outnumbered).
 14852 | D:7      | 14852 ||| Stepping ~*~*~tactically~*~*~ (outnumbered).
 14854 | D:7      | 14854 ||| Stepping ~*~*~tactically~*~*~ (outnumbered).
 14856 | D:7      | 14856 ||| Stepping ~*~*~tactically~*~*~ (outnumbered).
 14858 | D:7      | 14858 ||| Stepping ~*~*~tactically~*~*~ (outnumbered).
 14860 | D:7      | 14860 ||| Stepping ~*~*~tactically~*~*~ (outnumbered).
 14862 | D:7      | 14862 ||| Stepping ~*~*~tactically~*~*~ (outnumbered).
 14864 | D:7      | 14864 ||| Stepping ~*~*~tactically~*~*~ (outnumbered).
 14866 | D:7      | 14866 ||| Stepping ~*~*~tactically~*~*~ (outnumbered).
 14868 | D:7      | 14868 ||| Stepping ~*~*~tactically~*~*~ (outnumbered).
 14870 | D:7      | 14870 ||| Stepping ~*~*~tactically~*~*~ (outnumbered).
 14872 | D:7      | 14872 ||| Stepping ~*~*~tactically~*~*~ (outnumbered).
 14874 | D:7      | 14874 ||| Stepping ~*~*~tactically~*~*~ (outnumbered).
 14876 | D:7      | 14876 ||| Stepping ~*~*~tactically~*~*~ (outnumbered).
 14878 | D:7      | 14878 ||| Stepping ~*~*~tactically~*~*~ (outnumbered).
 14880 | D:7      | 14880 ||| Stepping ~*~*~tactically~*~*~ (outnumbered).
 14882 | D:7      | 14882 ||| Stepping ~*~*~tactically~*~*~ (outnumbered).
 14884 | D:7      | 14884 ||| Stepping ~*~*~tactically~*~*~ (outnumbered).
 14886 | D:7      | 14886 ||| Stepping ~*~*~tactically~*~*~ (outnumbered).
 14888 | D:7      | 14888 ||| Stepping ~*~*~tactically~*~*~ (outnumbered).
 14890 | D:7      | 14890 ||| Stepping ~*~*~tactically~*~*~ (outnumbered).
 14892 | D:7      | 14892 ||| Stepping ~*~*~tactically~*~*~ (outnumbered).
 14894 | D:7      | 14894 ||| Stepping ~*~*~tactically~*~*~ (outnumbered).
 14896 | D:7      | 14896 ||| Stepping ~*~*~tactically~*~*~ (outnumbered).
 14898 | D:7      | 14898 ||| Stepping ~*~*~tactically~*~*~ (outnumbered).
 14900 | D:7      | 14900 ||| Stepping ~*~*~tactically~*~*~ (outnumbered).
 14902 | D:7      | 14902 ||| Stepping ~*~*~tactically~*~*~ (outnumbered).
 14904 | D:7      | 14904 ||| Stepping ~*~*~tactically~*~*~ (outnumbered).
 14906 | D:7      | 14906 ||| Stepping ~*~*~tactically~*~*~ (outnumbered).
 14908 | D:7      | 14908 ||| Stepping ~*~*~tactically~*~*~ (outnumbered).
 14910 | D:7      | 14910 ||| Stepping ~*~*~tactically~*~*~ (outnumbered).
 14912 | D:7      | 14912 ||| Stepping ~*~*~tactically~*~*~ (outnumbered).
 14914 | D:7      | 14914 ||| Stepping ~*~*~tactically~*~*~ (outnumbered).
 14916 | D:7      | 14916 ||| Stepping ~*~*~tactically~*~*~ (outnumbered).
 14918 | D:7      | 14918 ||| Stepping ~*~*~tactically~*~*~ (outnumbered).
 14920 | D:7      | 14920 ||| Stepping ~*~*~tactically~*~*~ (outnumbered).
 14922 | D:7      | 14922 ||| Stepping ~*~*~tactically~*~*~ (outnumbered).
 14924 | D:7      | 14924 ||| Stepping ~*~*~tactically~*~*~ (outnumbered).
 14926 | D:7      | 14926 ||| Stepping ~*~*~tactically~*~*~ (outnumbered).
 14928 | D:7      | 14928 ||| Stepping ~*~*~tactically~*~*~ (outnumbered).
 14930 | D:7      | 14930 ||| Stepping ~*~*~tactically~*~*~ (outnumbered).
 14932 | D:7      | 14932 ||| Stepping ~*~*~tactically~*~*~ (outnumbered).
 14934 | D:7      | 14934 ||| Stepping ~*~*~tactically~*~*~ (outnumbered).
 14936 | D:7      | 14936 ||| Stepping ~*~*~tactically~*~*~ (outnumbered).
 14938 | D:7      | 14938 ||| Stepping ~*~*~tactically~*~*~ (outnumbered).
 14940 | D:7      | 14940 ||| Stepping ~*~*~tactically~*~*~ (outnumbered).
 14942 | D:7      | 14942 ||| Stepping ~*~*~tactically~*~*~ (outnumbered).
 14944 | D:7      | 14944 ||| Stepping ~*~*~tactically~*~*~ (outnumbered).
 14946 | D:7      | 14946 ||| Stepping ~*~*~tactically~*~*~ (outnumbered).
 14948 | D:7      | 14948 ||| Stepping ~*~*~tactically~*~*~ (outnumbered).
 14950 | D:7      | 14950 ||| Stepping ~*~*~tactically~*~*~ (outnumbered).
 14952 | D:7      | 14952 ||| Stepping ~*~*~tactically~*~*~ (outnumbered).
 14954 | D:7      | 14954 ||| Stepping ~*~*~tactically~*~*~ (outnumbered).
 14956 | D:7      | 14956 ||| Stepping ~*~*~tactically~*~*~ (outnumbered).
 14958 | D:7      | 14958 ||| Stepping ~*~*~tactically~*~*~ (outnumbered).
 14960 | D:7      | 14960 ||| Stepping ~*~*~tactically~*~*~ (outnumbered).
 14962 | D:7      | 14962 ||| Stepping ~*~*~tactically~*~*~ (outnumbered).
 14964 | D:7      | 14964 ||| Stepping ~*~*~tactically~*~*~ (outnumbered).
 14966 | D:7      | 14966 ||| Stepping ~*~*~tactically~*~*~ (outnumbered).
 14968 | D:7      | 14968 ||| Stepping ~*~*~tactically~*~*~ (outnumbered).
 14970 | D:7      | 14970 ||| Stepping ~*~*~tactically~*~*~ (outnumbered).
 14972 | D:7      | 14972 ||| Stepping ~*~*~tactically~*~*~ (outnumbered).
 14974 | D:7      | 14974 ||| Stepping ~*~*~tactically~*~*~ (outnumbered).
 14976 | D:7      | 14976 ||| Stepping ~*~*~tactically~*~*~ (outnumbered).
 14978 | D:7      | 14978 ||| Stepping ~*~*~tactically~*~*~ (outnumbered).
 14980 | D:7      | 14980 ||| Stepping ~*~*~tactically~*~*~ (outnumbered).
 14982 | D:7      | 14982 ||| Stepping ~*~*~tactically~*~*~ (outnumbered).
 14984 | D:7      | 14984 ||| Stepping ~*~*~tactically~*~*~ (outnumbered).
 14986 | D:7      | 14986 ||| Stepping ~*~*~tactically~*~*~ (outnumbered).
 14988 | D:7      | 14988 ||| Stepping ~*~*~tactically~*~*~ (outnumbered).
 14990 | D:7      | 14990 ||| Stepping ~*~*~tactically~*~*~ (outnumbered).
 14992 | D:7      | 14992 ||| Stepping ~*~*~tactically~*~*~ (outnumbered).
 14994 | D:7      | 14994 ||| Stepping ~*~*~tactically~*~*~ (outnumbered).
 14996 | D:7      | 14996 ||| Stepping ~*~*~tactically~*~*~ (outnumbered).
 14998 | D:7      | 14998 ||| Stepping ~*~*~tactically~*~*~ (outnumbered).
 15000 | D:7      | 15000 ||| Stepping ~*~*~tactically~*~*~ (outnumbered).
 15002 | D:7      | 15002 ||| Stepping ~*~*~tactically~*~*~ (outnumbered).
 15004 | D:7      | 15004 ||| Stepping ~*~*~tactically~*~*~ (outnumbered).
 15006 | D:7      | 15006 ||| Stepping ~*~*~tactically~*~*~ (outnumbered).
 15008 | D:7      | 15008 ||| Stepping ~*~*~tactically~*~*~ (outnumbered).
 15010 | D:7      | 15010 ||| Stepping ~*~*~tactically~*~*~ (outnumbered).
 15012 | D:7      | 15012 ||| Stepping ~*~*~tactically~*~*~ (outnumbered).
 15014 | D:7      | 15014 ||| Stepping ~*~*~tactically~*~*~ (outnumbered).
 15016 | D:7      | 15016 ||| Stepping ~*~*~tactically~*~*~ (outnumbered).
 15018 | D:7      | 15018 ||| Stepping ~*~*~tactically~*~*~ (outnumbered).
 15020 | D:7      | 15020 ||| Stepping ~*~*~tactically~*~*~ (outnumbered).
 15022 | D:7      | 15022 ||| Stepping ~*~*~tactically~*~*~ (outnumbered).
 15024 | D:7      | 15024 ||| Stepping ~*~*~tactically~*~*~ (outnumbered).
 15026 | D:7      | 15026 ||| Stepping ~*~*~tactically~*~*~ (outnumbered).
 15028 | D:7      | 15028 ||| Stepping ~*~*~tactically~*~*~ (outnumbered).
 15030 | D:7      | 15030 ||| Stepping ~*~*~tactically~*~*~ (outnumbered).
 15032 | D:7      | 15032 ||| Stepping ~*~*~tactically~*~*~ (outnumbered).
 15034 | D:7      | 15034 ||| Stepping ~*~*~tactically~*~*~ (outnumbered).
 15036 | D:7      | 15036 ||| Stepping ~*~*~tactically~*~*~ (outnumbered).
 15038 | D:7      | 15038 ||| Stepping ~*~*~tactically~*~*~ (outnumbered).
 15040 | D:7      | 15040 ||| Stepping ~*~*~tactically~*~*~ (outnumbered).
 15042 | D:7      | 15042 ||| Stepping ~*~*~tactically~*~*~ (outnumbered).
 15044 | D:7      | 15044 ||| Stepping ~*~*~tactically~*~*~ (outnumbered).
 15046 | D:7      | 15046 ||| Stepping ~*~*~tactically~*~*~ (outnumbered).
 15048 | D:7      | 15048 ||| Stepping ~*~*~tactically~*~*~ (outnumbered).
 15050 | D:7      | 15050 ||| Stepping ~*~*~tactically~*~*~ (outnumbered).
 15052 | D:7      | 15052 ||| Stepping ~*~*~tactically~*~*~ (outnumbered).
 15054 | D:7      | 15054 ||| Stepping ~*~*~tactically~*~*~ (outnumbered).
 15056 | D:7      | 15056 ||| Stepping ~*~*~tactically~*~*~ (outnumbered).
 15058 | D:7      | 15058 ||| Stepping ~*~*~tactically~*~*~ (outnumbered).
 15060 | D:7      | 15060 ||| Stepping ~*~*~tactically~*~*~ (outnumbered).
 15062 | D:7      | 15062 ||| Stepping ~*~*~tactically~*~*~ (outnumbered).
 15064 | D:7      | 15064 ||| Stepping ~*~*~tactically~*~*~ (outnumbered).
 15066 | D:7      | 15066 ||| Stepping ~*~*~tactically~*~*~ (outnumbered).
 15068 | D:7      | 15068 ||| Stepping ~*~*~tactically~*~*~ (outnumbered).
 15070 | D:7      | 15070 ||| Stepping ~*~*~tactically~*~*~ (outnumbered).
 15072 | D:7      | 15072 ||| Stepping ~*~*~tactically~*~*~ (outnumbered).
 15074 | D:7      | 15074 ||| Stepping ~*~*~tactically~*~*~ (outnumbered).
 15076 | D:7      | 15076 ||| Stepping ~*~*~tactically~*~*~ (outnumbered).
 15078 | D:7      | 15078 ||| Stepping ~*~*~tactically~*~*~ (outnumbered).
 15080 | D:7      | 15080 ||| Stepping ~*~*~tactically~*~*~ (outnumbered).
 15082 | D:7      | 15082 ||| Stepping ~*~*~tactically~*~*~ (outnumbered).
 15084 | D:7      | 15084 ||| Stepping ~*~*~tactically~*~*~ (outnumbered).
 15086 | D:7      | 15086 ||| Stepping ~*~*~tactically~*~*~ (outnumbered).
 15088 | D:7      | 15088 ||| Stepping ~*~*~tactically~*~*~ (outnumbered).
 15090 | D:7      | 15090 ||| Stepping ~*~*~tactically~*~*~ (outnumbered).
 15092 | D:7      | 15092 ||| Stepping ~*~*~tactically~*~*~ (outnumbered).
 15094 | D:7      | 15094 ||| Stepping ~*~*~tactically~*~*~ (outnumbered).
 15096 | D:7      | 15096 ||| Stepping ~*~*~tactically~*~*~ (outnumbered).
 15098 | D:7      | 15098 ||| Stepping ~*~*~tactically~*~*~ (outnumbered).
 15100 | D:7      | 15100 ||| Stepping ~*~*~tactically~*~*~ (outnumbered).
 15102 | D:7      | 15102 ||| Stepping ~*~*~tactically~*~*~ (outnumbered).
 15104 | D:7      | 15104 ||| Stepping ~*~*~tactically~*~*~ (outnumbered).
 15106 | D:7      | 15106 ||| Stepping ~*~*~tactically~*~*~ (outnumbered).
 15108 | D:7      | 15108 ||| Stepping ~*~*~tactically~*~*~ (outnumbered).
 15110 | D:7      | 15110 ||| Stepping ~*~*~tactically~*~*~ (outnumbered).
 15112 | D:7      | 15112 ||| Stepping ~*~*~tactically~*~*~ (outnumbered).
 15114 | D:7      | 15114 ||| Stepping ~*~*~tactically~*~*~ (outnumbered).
 15116 | D:7      | 15116 ||| Stepping ~*~*~tactically~*~*~ (outnumbered).
 15118 | D:7      | 15118 ||| Stepping ~*~*~tactically~*~*~ (outnumbered).
 15120 | D:7      | 15120 ||| Stepping ~*~*~tactically~*~*~ (outnumbered).
 15122 | D:7      | 15122 ||| Stepping ~*~*~tactically~*~*~ (outnumbered).
 15124 | D:7      | 15124 ||| Stepping ~*~*~tactically~*~*~ (outnumbered).
 15126 | D:7      | 15126 ||| Stepping ~*~*~tactically~*~*~ (outnumbered).
 15128 | D:7      | 15128 ||| Stepping ~*~*~tactically~*~*~ (outnumbered).
 15130 | D:7      | 15130 ||| Stepping ~*~*~tactically~*~*~ (outnumbered).
 15132 | D:7      | 15132 ||| Stepping ~*~*~tactically~*~*~ (outnumbered).
 15134 | D:7      | 15134 ||| Stepping ~*~*~tactically~*~*~ (outnumbered).
 15136 | D:7      | 15136 ||| Stepping ~*~*~tactically~*~*~ (outnumbered).
 15138 | D:7      | 15138 ||| Stepping ~*~*~tactically~*~*~ (outnumbered).
 15140 | D:7      | 15140 ||| Stepping ~*~*~tactically~*~*~ (outnumbered).
 15142 | D:7      | 15142 ||| Stepping ~*~*~tactically~*~*~ (outnumbered).
 15144 | D:7      | 15144 ||| Stepping ~*~*~tactically~*~*~ (outnumbered).
 15146 | D:7      | 15146 ||| Stepping ~*~*~tactically~*~*~ (outnumbered).
 15148 | D:7      | 15148 ||| Stepping ~*~*~tactically~*~*~ (outnumbered).
 15150 | D:7      | 15150 ||| Stepping ~*~*~tactically~*~*~ (outnumbered).
 15152 | D:7      | 15152 ||| Stepping ~*~*~tactically~*~*~ (outnumbered).
 15154 | D:7      | 15154 ||| Stepping ~*~*~tactically~*~*~ (outnumbered).
 15156 | D:7      | 15156 ||| Stepping ~*~*~tactically~*~*~ (outnumbered).
 15158 | D:7      | 15158 ||| Stepping ~*~*~tactically~*~*~ (outnumbered).
 15160 | D:7      | 15160 ||| Stepping ~*~*~tactically~*~*~ (outnumbered).
 15162 | D:7      | 15162 ||| Stepping ~*~*~tactically~*~*~ (outnumbered).
 15164 | D:7      | 15164 ||| Stepping ~*~*~tactically~*~*~ (outnumbered).
 15166 | D:7      | 15166 ||| Stepping ~*~*~tactically~*~*~ (outnumbered).
 15168 | D:7      | 15168 ||| Stepping ~*~*~tactically~*~*~ (outnumbered).
 15170 | D:7      | 15170 ||| Stepping ~*~*~tactically~*~*~ (outnumbered).
 15172 | D:7      | 15172 ||| Stepping ~*~*~tactically~*~*~ (outnumbered).
 15174 | D:7      | 15174 ||| Stepping ~*~*~tactically~*~*~ (outnumbered).
 15176 | D:7      | 15176 ||| Stepping ~*~*~tactically~*~*~ (outnumbered).
 15178 | D:7      | 15178 ||| Stepping ~*~*~tactically~*~*~ (outnumbered).
 15180 | D:7      | 15180 ||| Stepping ~*~*~tactically~*~*~ (outnumbered).
 15182 | D:7      | 15182 ||| Stepping ~*~*~tactically~*~*~ (outnumbered).
 15184 | D:7      | 15184 ||| Stepping ~*~*~tactically~*~*~ (outnumbered).
 15186 | D:7      | 15186 ||| Stepping ~*~*~tactically~*~*~ (outnumbered).
 15188 | D:7      | 15188 ||| Stepping ~*~*~tactically~*~*~ (outnumbered).
 15190 | D:7      | 15190 ||| Stepping ~*~*~tactically~*~*~ (outnumbered).
 15192 | D:7      | 15192 ||| Stepping ~*~*~tactically~*~*~ (outnumbered).
 15194 | D:7      | 15194 ||| Stepping ~*~*~tactically~*~*~ (outnumbered).
 15196 | D:7      | 15196 ||| Stepping ~*~*~tactically~*~*~ (outnumbered).
 15198 | D:7      | 15198 ||| Stepping ~*~*~tactically~*~*~ (outnumbered).
 15200 | D:7      | 15200 ||| Stepping ~*~*~tactically~*~*~ (outnumbered).
 15202 | D:7      | 15202 ||| Stepping ~*~*~tactically~*~*~ (outnumbered).
 15204 | D:7      | 15204 ||| Stepping ~*~*~tactically~*~*~ (outnumbered).
 15206 | D:7      | 15206 ||| Stepping ~*~*~tactically~*~*~ (outnumbered).
 15208 | D:7      | 15208 ||| Stepping ~*~*~tactically~*~*~ (outnumbered).
 15210 | D:7      | 15210 ||| Stepping ~*~*~tactically~*~*~ (outnumbered).
 15212 | D:7      | 15212 ||| Stepping ~*~*~tactically~*~*~ (outnumbered).
 15214 | D:7      | 15214 ||| Stepping ~*~*~tactically~*~*~ (outnumbered).
 15216 | D:7      | 15216 ||| Stepping ~*~*~tactically~*~*~ (outnumbered).
 15218 | D:7      | 15218 ||| Stepping ~*~*~tactically~*~*~ (outnumbered).
 15220 | D:7      | 15220 ||| Stepping ~*~*~tactically~*~*~ (outnumbered).
 15222 | D:7      | 15222 ||| Stepping ~*~*~tactically~*~*~ (outnumbered).
 15224 | D:7      | 15224 ||| Stepping ~*~*~tactically~*~*~ (outnumbered).
 15226 | D:7      | 15226 ||| Stepping ~*~*~tactically~*~*~ (outnumbered).
 15228 | D:7      | 15228 ||| Stepping ~*~*~tactically~*~*~ (outnumbered).
 15230 | D:7      | 15230 ||| Stepping ~*~*~tactically~*~*~ (outnumbered).
 15232 | D:7      | 15232 ||| Stepping ~*~*~tactically~*~*~ (outnumbered).
 15234 | D:7      | 15234 ||| Stepping ~*~*~tactically~*~*~ (outnumbered).
 15236 | D:7      | 15236 ||| Stepping ~*~*~tactically~*~*~ (outnumbered).
 15238 | D:7      | 15238 ||| Stepping ~*~*~tactically~*~*~ (outnumbered).
 15240 | D:7      | 15240 ||| Stepping ~*~*~tactically~*~*~ (outnumbered).
 15242 | D:7      | 15242 ||| Stepping ~*~*~tactically~*~*~ (outnumbered).
 15244 | D:7      | 15244 ||| Stepping ~*~*~tactically~*~*~ (outnumbered).
 15246 | D:7      | 15246 ||| Stepping ~*~*~tactically~*~*~ (outnumbered).
 15248 | D:7      | 15248 ||| Stepping ~*~*~tactically~*~*~ (outnumbered).
 15250 | D:7      | 15250 ||| Stepping ~*~*~tactically~*~*~ (outnumbered).
 15252 | D:7      | 15252 ||| Stepping ~*~*~tactically~*~*~ (outnumbered).
 15254 | D:7      | 15254 ||| Stepping ~*~*~tactically~*~*~ (outnumbered).
 15256 | D:7      | 15256 ||| Stepping ~*~*~tactically~*~*~ (outnumbered).
 15258 | D:7      | 15258 ||| Stepping ~*~*~tactically~*~*~ (outnumbered).
 15260 | D:7      | 15260 ||| Stepping ~*~*~tactically~*~*~ (outnumbered).
 15262 | D:7      | 15262 ||| Stepping ~*~*~tactically~*~*~ (outnumbered).
 15264 | D:7      | 15264 ||| Stepping ~*~*~tactically~*~*~ (outnumbered).
 15266 | D:7      | 15266 ||| Stepping ~*~*~tactically~*~*~ (outnumbered).
 15268 | D:7      | 15268 ||| Stepping ~*~*~tactically~*~*~ (outnumbered).
 15270 | D:7      | 15270 ||| Stepping ~*~*~tactically~*~*~ (outnumbered).
 15272 | D:7      | 15272 ||| Stepping ~*~*~tactically~*~*~ (outnumbered).
 15274 | D:7      | 15274 ||| Stepping ~*~*~tactically~*~*~ (outnumbered).
 15276 | D:7      | 15276 ||| Stepping ~*~*~tactically~*~*~ (outnumbered).
 15278 | D:7      | 15278 ||| Stepping ~*~*~tactically~*~*~ (outnumbered).
 15280 | D:7      | 15280 ||| Stepping ~*~*~tactically~*~*~ (outnumbered).
 15282 | D:7      | 15282 ||| Stepping ~*~*~tactically~*~*~ (outnumbered).
 15284 | D:7      | 15284 ||| Stepping ~*~*~tactically~*~*~ (outnumbered).
 15286 | D:7      | 15286 ||| Stepping ~*~*~tactically~*~*~ (outnumbered).
 15288 | D:7      | 15288 ||| Stepping ~*~*~tactically~*~*~ (outnumbered).
 15290 | D:7      | 15290 ||| Stepping ~*~*~tactically~*~*~ (outnumbered).
 15292 | D:7      | 15292 ||| Stepping ~*~*~tactically~*~*~ (outnumbered).
 15294 | D:7      | 15294 ||| Stepping ~*~*~tactically~*~*~ (outnumbered).
 15296 | D:7      | 15296 ||| Stepping ~*~*~tactically~*~*~ (outnumbered).
 15298 | D:7      | 15298 ||| Stepping ~*~*~tactically~*~*~ (outnumbered).
 15300 | D:7      | 15300 ||| Stepping ~*~*~tactically~*~*~ (outnumbered).
 15302 | D:7      | 15302 ||| Stepping ~*~*~tactically~*~*~ (outnumbered).
 15304 | D:7      | 15304 ||| Stepping ~*~*~tactically~*~*~ (outnumbered).
 15306 | D:7      | 15306 ||| Stepping ~*~*~tactically~*~*~ (outnumbered).
 15308 | D:7      | 15308 ||| Stepping ~*~*~tactically~*~*~ (outnumbered).
 15310 | D:7      | 15310 ||| Stepping ~*~*~tactically~*~*~ (outnumbered).
 15312 | D:7      | 15312 ||| Stepping ~*~*~tactically~*~*~ (outnumbered).
 15314 | D:7      | 15314 ||| Stepping ~*~*~tactically~*~*~ (outnumbered).
 15316 | D:7      | 15316 ||| Stepping ~*~*~tactically~*~*~ (outnumbered).
 15318 | D:7      | 15318 ||| Stepping ~*~*~tactically~*~*~ (outnumbered).
 15320 | D:7      | 15320 ||| Stepping ~*~*~tactically~*~*~ (outnumbered).
 15322 | D:7      | 15322 ||| Stepping ~*~*~tactically~*~*~ (outnumbered).
 15324 | D:7      | 15324 ||| Stepping ~*~*~tactically~*~*~ (outnumbered).
 15326 | D:7      | 15326 ||| Stepping ~*~*~tactically~*~*~ (outnumbered).
 15328 | D:7      | 15328 ||| Stepping ~*~*~tactically~*~*~ (outnumbered).
 15330 | D:7      | 15330 ||| Stepping ~*~*~tactically~*~*~ (outnumbered).
 15332 | D:7      | 15332 ||| Stepping ~*~*~tactically~*~*~ (outnumbered).
 15334 | D:7      | 15334 ||| Stepping ~*~*~tactically~*~*~ (outnumbered).
 15336 | D:7      | 15336 ||| Stepping ~*~*~tactically~*~*~ (outnumbered).
 15338 | D:7      | 15338 ||| Stepping ~*~*~tactically~*~*~ (outnumbered).
 15340 | D:7      | 15340 ||| Stepping ~*~*~tactically~*~*~ (outnumbered).
 15342 | D:7      | 15342 ||| Stepping ~*~*~tactically~*~*~ (outnumbered).
 15344 | D:7      | 15344 ||| Stepping ~*~*~tactically~*~*~ (outnumbered).
 15346 | D:7      | 15346 ||| Stepping ~*~*~tactically~*~*~ (outnumbered).
 15348 | D:7      | 15348 ||| Stepping ~*~*~tactically~*~*~ (outnumbered).
 15350 | D:7      | 15350 ||| Stepping ~*~*~tactically~*~*~ (outnumbered).
 15352 | D:7      | 15352 ||| Stepping ~*~*~tactically~*~*~ (outnumbered).
 15354 | D:7      | 15354 ||| Stepping ~*~*~tactically~*~*~ (outnumbered).
 15356 | D:7      | 15356 ||| Stepping ~*~*~tactically~*~*~ (outnumbered).
 15358 | D:7      | 15358 ||| Stepping ~*~*~tactically~*~*~ (outnumbered).
 15360 | D:7      | 15360 ||| Stepping ~*~*~tactically~*~*~ (outnumbered).
 15362 | D:7      | 15362 ||| Stepping ~*~*~tactically~*~*~ (outnumbered).
 15364 | D:7      | 15364 ||| Stepping ~*~*~tactically~*~*~ (outnumbered).
 15366 | D:7      | 15366 ||| Stepping ~*~*~tactically~*~*~ (outnumbered).
 15368 | D:7      | 15368 ||| Stepping ~*~*~tactically~*~*~ (outnumbered).
 15370 | D:7      | 15370 ||| Stepping ~*~*~tactically~*~*~ (outnumbered).
 15372 | D:7      | 15372 ||| Stepping ~*~*~tactically~*~*~ (outnumbered).
 15374 | D:7      | 15374 ||| Stepping ~*~*~tactically~*~*~ (outnumbered).
 15376 | D:7      | 15376 ||| Stepping ~*~*~tactically~*~*~ (outnumbered).
 15378 | D:7      | 15378 ||| Stepping ~*~*~tactically~*~*~ (outnumbered).
 15380 | D:7      | 15380 ||| Stepping ~*~*~tactically~*~*~ (outnumbered).
 15382 | D:7      | 15382 ||| Stepping ~*~*~tactically~*~*~ (outnumbered).
 15384 | D:7      | 15384 ||| Stepping ~*~*~tactically~*~*~ (outnumbered).
 15386 | D:7      | 15386 ||| Stepping ~*~*~tactically~*~*~ (outnumbered).
 15388 | D:7      | 15388 ||| Stepping ~*~*~tactically~*~*~ (outnumbered).
 15390 | D:7      | 15390 ||| Stepping ~*~*~tactically~*~*~ (outnumbered).
 15392 | D:7      | 15392 ||| Stepping ~*~*~tactically~*~*~ (outnumbered).
 15394 | D:7      | 15394 ||| Stepping ~*~*~tactically~*~*~ (outnumbered).
 15396 | D:7      | 15396 ||| Stepping ~*~*~tactically~*~*~ (outnumbered).
 15398 | D:7      | 15398 ||| Stepping ~*~*~tactically~*~*~ (outnumbered).
 15400 | D:7      | 15400 ||| Stepping ~*~*~tactically~*~*~ (outnumbered).
 15402 | D:7      | 15402 ||| Stepping ~*~*~tactically~*~*~ (outnumbered).
 15404 | D:7      | 15404 ||| Stepping ~*~*~tactically~*~*~ (outnumbered).
 15406 | D:7      | 15406 ||| Stepping ~*~*~tactically~*~*~ (outnumbered).
 15408 | D:7      | 15408 ||| Stepping ~*~*~tactically~*~*~ (outnumbered).
 15410 | D:7      | 15410 ||| Stepping ~*~*~tactically~*~*~ (outnumbered).
 15412 | D:7      | 15412 ||| Stepping ~*~*~tactically~*~*~ (outnumbered).
 15414 | D:7      | 15414 ||| Stepping ~*~*~tactically~*~*~ (outnumbered).
 15416 | D:7      | 15416 ||| Stepping ~*~*~tactically~*~*~ (outnumbered).
 15418 | D:7      | 15418 ||| Stepping ~*~*~tactically~*~*~ (outnumbered).
 15420 | D:7      | 15420 ||| Stepping ~*~*~tactically~*~*~ (outnumbered).
 15422 | D:7      | 15422 ||| Stepping ~*~*~tactically~*~*~ (outnumbered).
 15424 | D:7      | 15424 ||| Stepping ~*~*~tactically~*~*~ (outnumbered).
 15426 | D:7      | 15426 ||| Stepping ~*~*~tactically~*~*~ (outnumbered).
 15428 | D:7      | 15428 ||| Stepping ~*~*~tactically~*~*~ (outnumbered).
 15430 | D:7      | 15430 ||| Stepping ~*~*~tactically~*~*~ (outnumbered).
 15432 | D:7      | 15432 ||| Stepping ~*~*~tactically~*~*~ (outnumbered).
 15434 | D:7      | 15434 ||| Stepping ~*~*~tactically~*~*~ (outnumbered).
 15436 | D:7      | 15436 ||| Stepping ~*~*~tactically~*~*~ (outnumbered).
 15438 | D:7      | 15438 ||| Stepping ~*~*~tactically~*~*~ (outnumbered).
 15440 | D:7      | 15440 ||| Stepping ~*~*~tactically~*~*~ (outnumbered).
 15442 | D:7      | 15442 ||| Stepping ~*~*~tactically~*~*~ (outnumbered).
 15444 | D:7      | 15444 ||| Stepping ~*~*~tactically~*~*~ (outnumbered).
 15446 | D:7      | 15446 ||| Stepping ~*~*~tactically~*~*~ (outnumbered).
 15448 | D:7      | 15448 ||| Stepping ~*~*~tactically~*~*~ (outnumbered).
 15450 | D:7      | 15450 ||| Stepping ~*~*~tactically~*~*~ (outnumbered).
 15452 | D:7      | 15452 ||| Stepping ~*~*~tactically~*~*~ (outnumbered).
 15454 | D:7      | 15454 ||| Stepping ~*~*~tactically~*~*~ (outnumbered).
 15456 | D:7      | 15456 ||| Stepping ~*~*~tactically~*~*~ (outnumbered).
 15458 | D:7      | 15458 ||| Stepping ~*~*~tactically~*~*~ (outnumbered).
 15460 | D:7      | 15460 ||| Stepping ~*~*~tactically~*~*~ (outnumbered).
 15462 | D:7      | 15462 ||| Stepping ~*~*~tactically~*~*~ (outnumbered).
 15464 | D:7      | 15464 ||| Stepping ~*~*~tactically~*~*~ (outnumbered).
 15466 | D:7      | 15466 ||| Stepping ~*~*~tactically~*~*~ (outnumbered).
 15468 | D:7      | 15468 ||| Stepping ~*~*~tactically~*~*~ (outnumbered).
 15470 | D:7      | 15470 ||| Stepping ~*~*~tactically~*~*~ (outnumbered).
 15472 | D:7      | 15472 ||| Stepping ~*~*~tactically~*~*~ (outnumbered).
 15474 | D:7      | 15474 ||| Stepping ~*~*~tactically~*~*~ (outnumbered).
 15476 | D:7      | 15476 ||| Stepping ~*~*~tactically~*~*~ (outnumbered).
 15478 | D:7      | 15478 ||| Stepping ~*~*~tactically~*~*~ (outnumbered).
 15480 | D:7      | 15480 ||| Stepping ~*~*~tactically~*~*~ (outnumbered).
 15482 | D:7      | 15482 ||| Stepping ~*~*~tactically~*~*~ (outnumbered).
 15484 | D:7      | 15484 ||| Stepping ~*~*~tactically~*~*~ (outnumbered).
 15486 | D:7      | 15486 ||| Stepping ~*~*~tactically~*~*~ (outnumbered).
 15488 | D:7      | 15488 ||| Stepping ~*~*~tactically~*~*~ (outnumbered).
 15490 | D:7      | 15490 ||| Stepping ~*~*~tactically~*~*~ (outnumbered).
 15492 | D:7      | 15492 ||| Stepping ~*~*~tactically~*~*~ (outnumbered).
 15494 | D:7      | 15494 ||| Stepping ~*~*~tactically~*~*~ (outnumbered).
 15496 | D:7      | 15496 ||| Stepping ~*~*~tactically~*~*~ (outnumbered).
 15498 | D:7      | 15498 ||| Stepping ~*~*~tactically~*~*~ (outnumbered).
 15500 | D:7      | 15500 ||| Stepping ~*~*~tactically~*~*~ (outnumbered).
 15502 | D:7      | 15502 ||| Stepping ~*~*~tactically~*~*~ (outnumbered).
 15504 | D:7      | 15504 ||| Stepping ~*~*~tactically~*~*~ (outnumbered).
 15506 | D:7      | 15506 ||| Stepping ~*~*~tactically~*~*~ (outnumbered).
 15508 | D:7      | 15508 ||| Stepping ~*~*~tactically~*~*~ (outnumbered).
 15510 | D:7      | 15510 ||| Stepping ~*~*~tactically~*~*~ (outnumbered).
 15512 | D:7      | 15512 ||| Stepping ~*~*~tactically~*~*~ (outnumbered).
 15514 | D:7      | 15514 ||| Stepping ~*~*~tactically~*~*~ (outnumbered).
 15516 | D:7      | 15516 ||| Stepping ~*~*~tactically~*~*~ (outnumbered).
 15518 | D:7      | 15518 ||| Stepping ~*~*~tactically~*~*~ (outnumbered).
 15520 | D:7      | 15520 ||| Stepping ~*~*~tactically~*~*~ (outnumbered).
 15522 | D:7      | 15522 ||| Stepping ~*~*~tactically~*~*~ (outnumbered).
 15524 | D:7      | 15524 ||| Stepping ~*~*~tactically~*~*~ (outnumbered).
 15526 | D:7      | 15526 ||| Stepping ~*~*~tactically~*~*~ (outnumbered).
 15528 | D:7      | 15528 ||| Stepping ~*~*~tactically~*~*~ (outnumbered).
 15530 | D:7      | 15530 ||| Stepping ~*~*~tactically~*~*~ (outnumbered).
 15532 | D:7      | 15532 ||| Stepping ~*~*~tactically~*~*~ (outnumbered).
 15534 | D:7      | 15534 ||| Stepping ~*~*~tactically~*~*~ (outnumbered).
 15536 | D:7      | 15536 ||| Stepping ~*~*~tactically~*~*~ (outnumbered).
 15538 | D:7      | 15538 ||| Stepping ~*~*~tactically~*~*~ (outnumbered).
 15540 | D:7      | 15540 ||| Stepping ~*~*~tactically~*~*~ (outnumbered).
 15542 | D:7      | 15542 ||| Stepping ~*~*~tactically~*~*~ (outnumbered).
 15544 | D:7      | 15544 ||| Stepping ~*~*~tactically~*~*~ (outnumbered).
 15546 | D:7      | 15546 ||| Stepping ~*~*~tactically~*~*~ (outnumbered).
 15548 | D:7      | 15548 ||| Stepping ~*~*~tactically~*~*~ (outnumbered).
 15550 | D:7      | 15550 ||| Stepping ~*~*~tactically~*~*~ (outnumbered).
 15552 | D:7      | 15552 ||| Stepping ~*~*~tactically~*~*~ (outnumbered).
 15554 | D:7      | 15554 ||| Stepping ~*~*~tactically~*~*~ (outnumbered).
 15556 | D:7      | 15556 ||| Stepping ~*~*~tactically~*~*~ (outnumbered).
 15558 | D:7      | 15558 ||| Stepping ~*~*~tactically~*~*~ (outnumbered).
 15560 | D:7      | 15560 ||| Stepping ~*~*~tactically~*~*~ (outnumbered).
 15562 | D:7      | 15562 ||| Stepping ~*~*~tactically~*~*~ (outnumbered).
 15564 | D:7      | 15564 ||| Stepping ~*~*~tactically~*~*~ (outnumbered).
 15566 | D:7      | 15566 ||| Stepping ~*~*~tactically~*~*~ (outnumbered).
 15568 | D:7      | 15568 ||| Stepping ~*~*~tactically~*~*~ (outnumbered).
 15570 | D:7      | 15570 ||| Stepping ~*~*~tactically~*~*~ (outnumbered).
 15572 | D:7      | 15572 ||| Stepping ~*~*~tactically~*~*~ (outnumbered).
 15574 | D:7      | 15574 ||| Stepping ~*~*~tactically~*~*~ (outnumbered).
 15576 | D:7      | 15576 ||| Stepping ~*~*~tactically~*~*~ (outnumbered).
 15578 | D:7      | 15578 ||| Stepping ~*~*~tactically~*~*~ (outnumbered).
 15580 | D:7      | 15580 ||| Stepping ~*~*~tactically~*~*~ (outnumbered).
 15582 | D:7      | 15582 ||| Stepping ~*~*~tactically~*~*~ (outnumbered).
 15584 | D:7      | 15584 ||| Stepping ~*~*~tactically~*~*~ (outnumbered).
 15586 | D:7      | 15586 ||| Stepping ~*~*~tactically~*~*~ (outnumbered).
 15588 | D:7      | 15588 ||| Stepping ~*~*~tactically~*~*~ (outnumbered).
 15590 | D:7      | 15590 ||| Stepping ~*~*~tactically~*~*~ (outnumbered).
 15592 | D:7      | 15592 ||| Stepping ~*~*~tactically~*~*~ (outnumbered).
 15594 | D:7      | 15594 ||| Stepping ~*~*~tactically~*~*~ (outnumbered).
 15596 | D:7      | 15596 ||| Stepping ~*~*~tactically~*~*~ (outnumbered).
 15598 | D:7      | 15598 ||| Stepping ~*~*~tactically~*~*~ (outnumbered).
 15600 | D:7      | 15600 ||| Stepping ~*~*~tactically~*~*~ (outnumbered).
 15602 | D:7      | 15602 ||| Stepping ~*~*~tactically~*~*~ (outnumbered).
 15604 | D:7      | 15604 ||| Stepping ~*~*~tactically~*~*~ (outnumbered).
 15606 | D:7      | 15606 ||| Stepping ~*~*~tactically~*~*~ (outnumbered).
 15608 | D:7      | 15608 ||| Stepping ~*~*~tactically~*~*~ (outnumbered).
 15610 | D:7      | 15610 ||| Stepping ~*~*~tactically~*~*~ (outnumbered).
 15612 | D:7      | 15612 ||| Stepping ~*~*~tactically~*~*~ (outnumbered).
 15614 | D:7      | 15614 ||| Stepping ~*~*~tactically~*~*~ (outnumbered).
 15616 | D:7      | 15616 ||| Stepping ~*~*~tactically~*~*~ (outnumbered).
 15618 | D:7      | 15618 ||| Stepping ~*~*~tactically~*~*~ (outnumbered).
 15620 | D:7      | 15620 ||| Stepping ~*~*~tactically~*~*~ (outnumbered).
 15622 | D:7      | 15622 ||| Stepping ~*~*~tactically~*~*~ (outnumbered).
 15624 | D:7      | 15624 ||| Stepping ~*~*~tactically~*~*~ (outnumbered).
 15626 | D:7      | 15626 ||| Stepping ~*~*~tactically~*~*~ (outnumbered).
 15628 | D:7      | 15628 ||| Stepping ~*~*~tactically~*~*~ (outnumbered).
 15630 | D:7      | 15630 ||| Stepping ~*~*~tactically~*~*~ (outnumbered).
 15632 | D:7      | 15632 ||| Stepping ~*~*~tactically~*~*~ (outnumbered).
 15634 | D:7      | 15634 ||| Stepping ~*~*~tactically~*~*~ (outnumbered).
 15636 | D:7      | 15636 ||| Stepping ~*~*~tactically~*~*~ (outnumbered).
 15638 | D:7      | 15638 ||| Stepping ~*~*~tactically~*~*~ (outnumbered).
 15640 | D:7      | 15640 ||| Stepping ~*~*~tactically~*~*~ (outnumbered).
 15642 | D:7      | 15642 ||| Stepping ~*~*~tactically~*~*~ (outnumbered).
 15644 | D:7      | 15644 ||| Stepping ~*~*~tactically~*~*~ (outnumbered).
 15646 | D:7      | 15646 ||| Stepping ~*~*~tactically~*~*~ (outnumbered).
 15648 | D:7      | 15648 ||| Stepping ~*~*~tactically~*~*~ (outnumbered).
 15650 | D:7      | 15650 ||| Stepping ~*~*~tactically~*~*~ (outnumbered).
 15652 | D:7      | 15652 ||| Stepping ~*~*~tactically~*~*~ (outnumbered).
 15654 | D:7      | 15654 ||| Stepping ~*~*~tactically~*~*~ (outnumbered).
 15656 | D:7      | 15656 ||| Stepping ~*~*~tactically~*~*~ (outnumbered).
 15658 | D:7      | 15658 ||| Stepping ~*~*~tactically~*~*~ (outnumbered).
 15660 | D:7      | 15660 ||| Stepping ~*~*~tactically~*~*~ (outnumbered).
 15662 | D:7      | 15662 ||| Stepping ~*~*~tactically~*~*~ (outnumbered).
 15664 | D:7      | 15664 ||| Stepping ~*~*~tactically~*~*~ (outnumbered).
 15666 | D:7      | 15666 ||| Stepping ~*~*~tactically~*~*~ (outnumbered).
 15668 | D:7      | 15668 ||| Stepping ~*~*~tactically~*~*~ (outnumbered).
 15670 | D:7      | 15670 ||| Stepping ~*~*~tactically~*~*~ (outnumbered).
 15672 | D:7      | 15672 ||| Stepping ~*~*~tactically~*~*~ (outnumbered).
 15674 | D:7      | 15674 ||| Stepping ~*~*~tactically~*~*~ (outnumbered).
 15676 | D:7      | 15676 ||| Stepping ~*~*~tactically~*~*~ (outnumbered).
 15678 | D:7      | 15678 ||| Stepping ~*~*~tactically~*~*~ (outnumbered).
 15680 | D:7      | 15680 ||| Stepping ~*~*~tactically~*~*~ (outnumbered).
 15682 | D:7      | 15682 ||| Stepping ~*~*~tactically~*~*~ (outnumbered).
 15684 | D:7      | 15684 ||| Stepping ~*~*~tactically~*~*~ (outnumbered).
 15686 | D:7      | 15686 ||| Stepping ~*~*~tactically~*~*~ (outnumbered).
 15688 | D:7      | 15688 ||| Stepping ~*~*~tactically~*~*~ (outnumbered).
 15690 | D:7      | 15690 ||| Stepping ~*~*~tactically~*~*~ (outnumbered).
 15692 | D:7      | 15692 ||| Stepping ~*~*~tactically~*~*~ (outnumbered).
 15694 | D:7      | 15694 ||| Stepping ~*~*~tactically~*~*~ (outnumbered).
 15696 | D:7      | 15696 ||| Stepping ~*~*~tactically~*~*~ (outnumbered).
 15698 | D:7      | 15698 ||| Stepping ~*~*~tactically~*~*~ (outnumbered).
 15700 | D:7      | 15700 ||| Stepping ~*~*~tactically~*~*~ (outnumbered).
 15702 | D:7      | 15702 ||| Stepping ~*~*~tactically~*~*~ (outnumbered).
 15704 | D:7      | 15704 ||| Stepping ~*~*~tactically~*~*~ (outnumbered).
 15706 | D:7      | 15706 ||| Stepping ~*~*~tactically~*~*~ (outnumbered).
 15708 | D:7      | 15708 ||| Stepping ~*~*~tactically~*~*~ (outnumbered).
 15710 | D:7      | 15710 ||| Stepping ~*~*~tactically~*~*~ (outnumbered).
 15712 | D:7      | 15712 ||| Stepping ~*~*~tactically~*~*~ (outnumbered).
 15714 | D:7      | 15714 ||| Stepping ~*~*~tactically~*~*~ (outnumbered).
 15716 | D:7      | 15716 ||| Stepping ~*~*~tactically~*~*~ (outnumbered).
 15718 | D:7      | 15718 ||| Stepping ~*~*~tactically~*~*~ (outnumbered).
 15720 | D:7      | 15720 ||| Stepping ~*~*~tactically~*~*~ (outnumbered).
 15722 | D:7      | 15722 ||| Stepping ~*~*~tactically~*~*~ (outnumbered).
 15724 | D:7      | 15724 ||| Stepping ~*~*~tactically~*~*~ (outnumbered).
 15726 | D:7      | 15726 ||| Stepping ~*~*~tactically~*~*~ (outnumbered).
 15728 | D:7      | 15728 ||| Stepping ~*~*~tactically~*~*~ (outnumbered).
 15730 | D:7      | 15730 ||| Stepping ~*~*~tactically~*~*~ (outnumbered).
 15732 | D:7      | 15732 ||| Stepping ~*~*~tactically~*~*~ (outnumbered).
 15734 | D:7      | 15734 ||| Stepping ~*~*~tactically~*~*~ (outnumbered).
 15736 | D:7      | 15736 ||| Stepping ~*~*~tactically~*~*~ (outnumbered).
 15738 | D:7      | 15738 ||| Stepping ~*~*~tactically~*~*~ (outnumbered).
 15740 | D:7      | 15740 ||| Stepping ~*~*~tactically~*~*~ (outnumbered).
 15742 | D:7      | 15742 ||| Stepping ~*~*~tactically~*~*~ (outnumbered).
 15744 | D:7      | 15744 ||| Stepping ~*~*~tactically~*~*~ (outnumbered).
 15746 | D:7      | 15746 ||| Stepping ~*~*~tactically~*~*~ (outnumbered).
 15748 | D:7      | 15748 ||| Stepping ~*~*~tactically~*~*~ (outnumbered).
 15750 | D:7      | 15750 ||| Stepping ~*~*~tactically~*~*~ (outnumbered).
 15752 | D:7      | 15752 ||| Stepping ~*~*~tactically~*~*~ (outnumbered).
 15754 | D:7      | 15754 ||| Stepping ~*~*~tactically~*~*~ (outnumbered).
 15756 | D:7      | 15756 ||| Stepping ~*~*~tactically~*~*~ (outnumbered).
 15758 | D:7      | 15758 ||| Stepping ~*~*~tactically~*~*~ (outnumbered).
 15760 | D:7      | 15760 ||| Stepping ~*~*~tactically~*~*~ (outnumbered).
 15762 | D:7      | 15762 ||| Stepping ~*~*~tactically~*~*~ (outnumbered).
 15764 | D:7      | 15764 ||| Stepping ~*~*~tactically~*~*~ (outnumbered).
 15766 | D:7      | 15766 ||| Stepping ~*~*~tactically~*~*~ (outnumbered).
 15768 | D:7      | 15768 ||| Stepping ~*~*~tactically~*~*~ (outnumbered).
 15770 | D:7      | 15770 ||| Stepping ~*~*~tactically~*~*~ (outnumbered).
 15772 | D:7      | 15772 ||| Stepping ~*~*~tactically~*~*~ (outnumbered).
 15774 | D:7      | 15774 ||| Stepping ~*~*~tactically~*~*~ (outnumbered).
 15776 | D:7      | 15776 ||| Stepping ~*~*~tactically~*~*~ (outnumbered).
 15778 | D:7      | 15778 ||| Stepping ~*~*~tactically~*~*~ (outnumbered).
 15780 | D:7      | 15780 ||| Stepping ~*~*~tactically~*~*~ (outnumbered).
 15782 | D:7      | 15782 ||| Stepping ~*~*~tactically~*~*~ (outnumbered).
 15784 | D:7      | 15784 ||| Stepping ~*~*~tactically~*~*~ (outnumbered).
 15786 | D:7      | 15786 ||| Stepping ~*~*~tactically~*~*~ (outnumbered).
 15788 | D:7      | 15788 ||| Stepping ~*~*~tactically~*~*~ (outnumbered).
 15790 | D:7      | 15790 ||| Stepping ~*~*~tactically~*~*~ (outnumbered).
 15792 | D:7      | 15792 ||| Stepping ~*~*~tactically~*~*~ (outnumbered).
 15794 | D:7      | 15794 ||| Stepping ~*~*~tactically~*~*~ (outnumbered).
 15796 | D:7      | 15796 ||| Stepping ~*~*~tactically~*~*~ (outnumbered).
 15798 | D:7      | 15798 ||| Stepping ~*~*~tactically~*~*~ (outnumbered).
 15800 | D:7      | 15800 ||| Stepping ~*~*~tactically~*~*~ (outnumbered).
 15802 | D:7      | 15802 ||| Stepping ~*~*~tactically~*~*~ (outnumbered).
 15804 | D:7      | 15804 ||| Stepping ~*~*~tactically~*~*~ (outnumbered).
 15806 | D:7      | 15806 ||| Stepping ~*~*~tactically~*~*~ (outnumbered).
 15808 | D:7      | 15808 ||| Stepping ~*~*~tactically~*~*~ (outnumbered).
 15810 | D:7      | 15810 ||| Stepping ~*~*~tactically~*~*~ (outnumbered).
 15812 | D:7      | 15812 ||| Stepping ~*~*~tactically~*~*~ (outnumbered).
 15814 | D:7      | 15814 ||| Stepping ~*~*~tactically~*~*~ (outnumbered).
 15816 | D:7      | 15816 ||| Stepping ~*~*~tactically~*~*~ (outnumbered).
 15818 | D:7      | 15818 ||| Stepping ~*~*~tactically~*~*~ (outnumbered).
 15820 | D:7      | 15820 ||| Stepping ~*~*~tactically~*~*~ (outnumbered).
 15822 | D:7      | 15822 ||| Stepping ~*~*~tactically~*~*~ (outnumbered).
 15824 | D:7      | 15824 ||| Stepping ~*~*~tactically~*~*~ (outnumbered).
 15826 | D:7      | 15826 ||| Stepping ~*~*~tactically~*~*~ (outnumbered).
 15828 | D:7      | 15828 ||| Stepping ~*~*~tactically~*~*~ (outnumbered).
 15830 | D:7      | 15830 ||| Stepping ~*~*~tactically~*~*~ (outnumbered).
 15832 | D:7      | 15832 ||| Stepping ~*~*~tactically~*~*~ (outnumbered).
 15834 | D:7      | 15834 ||| Stepping ~*~*~tactically~*~*~ (outnumbered).
 15836 | D:7      | 15836 ||| Stepping ~*~*~tactically~*~*~ (outnumbered).
 15838 | D:7      | 15838 ||| Stepping ~*~*~tactically~*~*~ (outnumbered).
 15840 | D:7      | 15840 ||| Stepping ~*~*~tactically~*~*~ (outnumbered).
 15842 | D:7      | 15842 ||| Stepping ~*~*~tactically~*~*~ (outnumbered).
 15844 | D:7      | 15844 ||| Stepping ~*~*~tactically~*~*~ (outnumbered).
 15846 | D:7      | 15846 ||| Stepping ~*~*~tactically~*~*~ (outnumbered).
 15848 | D:7      | 15848 ||| Stepping ~*~*~tactically~*~*~ (outnumbered).
 15850 | D:7      | 15850 ||| Stepping ~*~*~tactically~*~*~ (outnumbered).
 15852 | D:7      | 15852 ||| Stepping ~*~*~tactically~*~*~ (outnumbered).
 15854 | D:7      | 15854 ||| Stepping ~*~*~tactically~*~*~ (outnumbered).
 15856 | D:7      | 15856 ||| Stepping ~*~*~tactically~*~*~ (outnumbered).
 15858 | D:7      | 15858 ||| Stepping ~*~*~tactically~*~*~ (outnumbered).
 15860 | D:7      | 15860 ||| Stepping ~*~*~tactically~*~*~ (outnumbered).
 15862 | D:7      | 15862 ||| Stepping ~*~*~tactically~*~*~ (outnumbered).
 15864 | D:7      | 15864 ||| Stepping ~*~*~tactically~*~*~ (outnumbered).
 15866 | D:7      | 15866 ||| Stepping ~*~*~tactically~*~*~ (outnumbered).
 15868 | D:7      | 15868 ||| Stepping ~*~*~tactically~*~*~ (outnumbered).
 15870 | D:7      | 15870 ||| Stepping ~*~*~tactically~*~*~ (outnumbered).
 15872 | D:7      | 15872 ||| Stepping ~*~*~tactically~*~*~ (outnumbered).
 15874 | D:7      | 15874 ||| Stepping ~*~*~tactically~*~*~ (outnumbered).
 15876 | D:7      | 15876 ||| Stepping ~*~*~tactically~*~*~ (outnumbered).
 15878 | D:7      | 15878 ||| Stepping ~*~*~tactically~*~*~ (outnumbered).
 15880 | D:7      | 15880 ||| Stepping ~*~*~tactically~*~*~ (outnumbered).
 15882 | D:7      | 15882 ||| Stepping ~*~*~tactically~*~*~ (outnumbered).
 15884 | D:7      | 15884 ||| Stepping ~*~*~tactically~*~*~ (outnumbered).
 15886 | D:7      | 15886 ||| Stepping ~*~*~tactically~*~*~ (outnumbered).
 15888 | D:7      | 15888 ||| Stepping ~*~*~tactically~*~*~ (outnumbered).
 15890 | D:7      | 15890 ||| Stepping ~*~*~tactically~*~*~ (outnumbered).
 15892 | D:7      | 15892 ||| Stepping ~*~*~tactically~*~*~ (outnumbered).
 15894 | D:7      | 15894 ||| Stepping ~*~*~tactically~*~*~ (outnumbered).
 15896 | D:7      | 15896 ||| Stepping ~*~*~tactically~*~*~ (outnumbered).
 15898 | D:7      | 15898 ||| Stepping ~*~*~tactically~*~*~ (outnumbered).
 15900 | D:7      | 15900 ||| Stepping ~*~*~tactically~*~*~ (outnumbered).
 15902 | D:7      | 15902 ||| Stepping ~*~*~tactically~*~*~ (outnumbered).
 15904 | D:7      | 15904 ||| Stepping ~*~*~tactically~*~*~ (outnumbered).
 15906 | D:7      | 15906 ||| Stepping ~*~*~tactically~*~*~ (outnumbered).
 15908 | D:7      | 15908 ||| Stepping ~*~*~tactically~*~*~ (outnumbered).
 15910 | D:7      | 15910 ||| Stepping ~*~*~tactically~*~*~ (outnumbered).
 15912 | D:7      | 15912 ||| Stepping ~*~*~tactically~*~*~ (outnumbered).
 15914 | D:7      | 15914 ||| Stepping ~*~*~tactically~*~*~ (outnumbered).
 15916 | D:7      | 15916 ||| Stepping ~*~*~tactically~*~*~ (outnumbered).
 15918 | D:7      | 15918 ||| Stepping ~*~*~tactically~*~*~ (outnumbered).
 15920 | D:7      | 15920 ||| Stepping ~*~*~tactically~*~*~ (outnumbered).
 15922 | D:7      | 15922 ||| Stepping ~*~*~tactically~*~*~ (outnumbered).
 15924 | D:7      | 15924 ||| Stepping ~*~*~tactically~*~*~ (outnumbered).
 15926 | D:7      | 15926 ||| Stepping ~*~*~tactically~*~*~ (outnumbered).
 15928 | D:7      | 15928 ||| Stepping ~*~*~tactically~*~*~ (outnumbered).
 15930 | D:7      | 15930 ||| Stepping ~*~*~tactically~*~*~ (outnumbered).
 15932 | D:7      | 15932 ||| Stepping ~*~*~tactically~*~*~ (outnumbered).
 15934 | D:7      | 15934 ||| Stepping ~*~*~tactically~*~*~ (outnumbered).
 15936 | D:7      | 15936 ||| Stepping ~*~*~tactically~*~*~ (outnumbered).
 15938 | D:7      | 15938 ||| Stepping ~*~*~tactically~*~*~ (outnumbered).
 15940 | D:7      | 15940 ||| Stepping ~*~*~tactically~*~*~ (outnumbered).
 15942 | D:7      | 15942 ||| Stepping ~*~*~tactically~*~*~ (outnumbered).
 15944 | D:7      | 15944 ||| Stepping ~*~*~tactically~*~*~ (outnumbered).
 15946 | D:7      | 15946 ||| Stepping ~*~*~tactically~*~*~ (outnumbered).
 15948 | D:7      | 15948 ||| Stepping ~*~*~tactically~*~*~ (outnumbered).
 15950 | D:7      | 15950 ||| Stepping ~*~*~tactically~*~*~ (outnumbered).
 15952 | D:7      | 15952 ||| Stepping ~*~*~tactically~*~*~ (outnumbered).
 15954 | D:7      | 15954 ||| Stepping ~*~*~tactically~*~*~ (outnumbered).
 15956 | D:7      | 15956 ||| Stepping ~*~*~tactically~*~*~ (outnumbered).
 15958 | D:7      | 15958 ||| Stepping ~*~*~tactically~*~*~ (outnumbered).
 15960 | D:7      | 15960 ||| Stepping ~*~*~tactically~*~*~ (outnumbered).
 15962 | D:7      | 15962 ||| Stepping ~*~*~tactically~*~*~ (outnumbered).
 15964 | D:7      | 15964 ||| Stepping ~*~*~tactically~*~*~ (outnumbered).
 15966 | D:7      | 15966 ||| Stepping ~*~*~tactically~*~*~ (outnumbered).
 15968 | D:7      | 15968 ||| Stepping ~*~*~tactically~*~*~ (outnumbered).
 15970 | D:7      | 15970 ||| Stepping ~*~*~tactically~*~*~ (outnumbered).
 15972 | D:7      | 15972 ||| Stepping ~*~*~tactically~*~*~ (outnumbered).
 15974 | D:7      | 15974 ||| Stepping ~*~*~tactically~*~*~ (outnumbered).
 15976 | D:7      | 15976 ||| Stepping ~*~*~tactically~*~*~ (outnumbered).
 15978 | D:7      | 15978 ||| Stepping ~*~*~tactically~*~*~ (outnumbered).
 15980 | D:7      | 15980 ||| Stepping ~*~*~tactically~*~*~ (outnumbered).
 15982 | D:7      | 15982 ||| Stepping ~*~*~tactically~*~*~ (outnumbered).
 15984 | D:7      | 15984 ||| Stepping ~*~*~tactically~*~*~ (outnumbered).
 15986 | D:7      | 15986 ||| Stepping ~*~*~tactically~*~*~ (outnumbered).
 15988 | D:7      | 15988 ||| Stepping ~*~*~tactically~*~*~ (outnumbered).
 15990 | D:7      | 15990 ||| Stepping ~*~*~tactically~*~*~ (outnumbered).
 15992 | D:7      | 15992 ||| Stepping ~*~*~tactically~*~*~ (outnumbered).
 15994 | D:7      | 15994 ||| Stepping ~*~*~tactically~*~*~ (outnumbered).
 15996 | D:7      | 15996 ||| Stepping ~*~*~tactically~*~*~ (outnumbered).
 15998 | D:7      | 15998 ||| Stepping ~*~*~tactically~*~*~ (outnumbered).
 16000 | D:7      | 16000 ||| Stepping ~*~*~tactically~*~*~ (outnumbered).
 16002 | D:7      | 16002 ||| Stepping ~*~*~tactically~*~*~ (outnumbered).
 16004 | D:7      | 16004 ||| Stepping ~*~*~tactically~*~*~ (outnumbered).
 16006 | D:7      | 16006 ||| Stepping ~*~*~tactically~*~*~ (outnumbered).
 16008 | D:7      | 16008 ||| Stepping ~*~*~tactically~*~*~ (outnumbered).
 16010 | D:7      | 16010 ||| Stepping ~*~*~tactically~*~*~ (outnumbered).
 16012 | D:7      | 16012 ||| Stepping ~*~*~tactically~*~*~ (outnumbered).
 16014 | D:7      | 16014 ||| Stepping ~*~*~tactically~*~*~ (outnumbered).
 16016 | D:7      | 16016 ||| Stepping ~*~*~tactically~*~*~ (outnumbered).
 16018 | D:7      | 16018 ||| Stepping ~*~*~tactically~*~*~ (outnumbered).
 16020 | D:7      | 16020 ||| Stepping ~*~*~tactically~*~*~ (outnumbered).
 16022 | D:7      | 16022 ||| Stepping ~*~*~tactically~*~*~ (outnumbered).
 16024 | D:7      | 16024 ||| Stepping ~*~*~tactically~*~*~ (outnumbered).
 16026 | D:7      | 16026 ||| Stepping ~*~*~tactically~*~*~ (outnumbered).
 16028 | D:7      | 16028 ||| Stepping ~*~*~tactically~*~*~ (outnumbered).
 16030 | D:7      | 16030 ||| Stepping ~*~*~tactically~*~*~ (outnumbered).
 16032 | D:7      | 16032 ||| Stepping ~*~*~tactically~*~*~ (outnumbered).
 16034 | D:7      | 16034 ||| Stepping ~*~*~tactically~*~*~ (outnumbered).
 16036 | D:7      | 16036 ||| Stepping ~*~*~tactically~*~*~ (outnumbered).
 16038 | D:7      | 16038 ||| Stepping ~*~*~tactically~*~*~ (outnumbered).
 16040 | D:7      | 16040 ||| Stepping ~*~*~tactically~*~*~ (outnumbered).
 16042 | D:7      | 16042 ||| Stepping ~*~*~tactically~*~*~ (outnumbered).
 16044 | D:7      | 16044 ||| Stepping ~*~*~tactically~*~*~ (outnumbered).
 16046 | D:7      | 16046 ||| Stepping ~*~*~tactically~*~*~ (outnumbered).
 16048 | D:7      | 16048 ||| Stepping ~*~*~tactically~*~*~ (outnumbered).
 16050 | D:7      | 16050 ||| Stepping ~*~*~tactically~*~*~ (outnumbered).
 16052 | D:7      | 16052 ||| Stepping ~*~*~tactically~*~*~ (outnumbered).
 16054 | D:7      | 16054 ||| Stepping ~*~*~tactically~*~*~ (outnumbered).
 16056 | D:7      | 16056 ||| Stepping ~*~*~tactically~*~*~ (outnumbered).
 16058 | D:7      | 16058 ||| Stepping ~*~*~tactically~*~*~ (outnumbered).
 16060 | D:7      | 16060 ||| Stepping ~*~*~tactically~*~*~ (outnumbered).
 16062 | D:7      | 16062 ||| Stepping ~*~*~tactically~*~*~ (outnumbered).
 16064 | D:7      | 16064 ||| Stepping ~*~*~tactically~*~*~ (outnumbered).
 16066 | D:7      | 16066 ||| Stepping ~*~*~tactically~*~*~ (outnumbered).
 16068 | D:7      | 16068 ||| Stepping ~*~*~tactically~*~*~ (outnumbered).
 16070 | D:7      | 16070 ||| Stepping ~*~*~tactically~*~*~ (outnumbered).
 16072 | D:7      | 16072 ||| Stepping ~*~*~tactically~*~*~ (outnumbered).
 16074 | D:7      | 16074 ||| Stepping ~*~*~tactically~*~*~ (outnumbered).
 16076 | D:7      | 16076 ||| Stepping ~*~*~tactically~*~*~ (outnumbered).
 16078 | D:7      | 16078 ||| Stepping ~*~*~tactically~*~*~ (outnumbered).
 16080 | D:7      | 16080 ||| Stepping ~*~*~tactically~*~*~ (outnumbered).
 16082 | D:7      | 16082 ||| Stepping ~*~*~tactically~*~*~ (outnumbered).
 16084 | D:7      | 16084 ||| Stepping ~*~*~tactically~*~*~ (outnumbered).
 16086 | D:7      | 16086 ||| Stepping ~*~*~tactically~*~*~ (outnumbered).
 16088 | D:7      | 16088 ||| Stepping ~*~*~tactically~*~*~ (outnumbered).
 16090 | D:7      | 16090 ||| Stepping ~*~*~tactically~*~*~ (outnumbered).
 16092 | D:7      | 16092 ||| Stepping ~*~*~tactically~*~*~ (outnumbered).
 16094 | D:7      | 16094 ||| Stepping ~*~*~tactically~*~*~ (outnumbered).
 16096 | D:7      | 16096 ||| Stepping ~*~*~tactically~*~*~ (outnumbered).
 16098 | D:7      | 16098 ||| Stepping ~*~*~tactically~*~*~ (outnumbered).
 16100 | D:7      | 16100 ||| Stepping ~*~*~tactically~*~*~ (outnumbered).
 16102 | D:7      | 16102 ||| Stepping ~*~*~tactically~*~*~ (outnumbered).
 16104 | D:7      | 16104 ||| Stepping ~*~*~tactically~*~*~ (outnumbered).
 16106 | D:7      | 16106 ||| Stepping ~*~*~tactically~*~*~ (outnumbered).
 16108 | D:7      | 16108 ||| Stepping ~*~*~tactically~*~*~ (outnumbered).
 16110 | D:7      | 16110 ||| Stepping ~*~*~tactically~*~*~ (outnumbered).
 16112 | D:7      | 16112 ||| Stepping ~*~*~tactically~*~*~ (outnumbered).
 16114 | D:7      | 16114 ||| Stepping ~*~*~tactically~*~*~ (outnumbered).
 16116 | D:7      | 16116 ||| Stepping ~*~*~tactically~*~*~ (outnumbered).
 16118 | D:7      | 16118 ||| Stepping ~*~*~tactically~*~*~ (outnumbered).
 16120 | D:7      | 16120 ||| Stepping ~*~*~tactically~*~*~ (outnumbered).
 16122 | D:7      | 16122 ||| Stepping ~*~*~tactically~*~*~ (outnumbered).
 16124 | D:7      | 16124 ||| Stepping ~*~*~tactically~*~*~ (outnumbered).
 16126 | D:7      | 16126 ||| Stepping ~*~*~tactically~*~*~ (outnumbered).
 16128 | D:7      | 16128 ||| Stepping ~*~*~tactically~*~*~ (outnumbered).
 16130 | D:7      | 16130 ||| Stepping ~*~*~tactically~*~*~ (outnumbered).
 16132 | D:7      | 16132 ||| Stepping ~*~*~tactically~*~*~ (outnumbered).
 16134 | D:7      | 16134 ||| Stepping ~*~*~tactically~*~*~ (outnumbered).
 16136 | D:7      | 16136 ||| Stepping ~*~*~tactically~*~*~ (outnumbered).
 16138 | D:7      | 16138 ||| Stepping ~*~*~tactically~*~*~ (outnumbered).
 16140 | D:7      | 16140 ||| Stepping ~*~*~tactically~*~*~ (outnumbered).
 16142 | D:7      | 16142 ||| Stepping ~*~*~tactically~*~*~ (outnumbered).
 16144 | D:7      | 16144 ||| Stepping ~*~*~tactically~*~*~ (outnumbered).
 16146 | D:7      | 16146 ||| Stepping ~*~*~tactically~*~*~ (outnumbered).
 16148 | D:7      | 16148 ||| Stepping ~*~*~tactically~*~*~ (outnumbered).
 16150 | D:7      | 16150 ||| Stepping ~*~*~tactically~*~*~ (outnumbered).
 16152 | D:7      | 16152 ||| Stepping ~*~*~tactically~*~*~ (outnumbered).
 16154 | D:7      | 16154 ||| Stepping ~*~*~tactically~*~*~ (outnumbered).
 16156 | D:7      | 16156 ||| Stepping ~*~*~tactically~*~*~ (outnumbered).
 16158 | D:7      | 16158 ||| Stepping ~*~*~tactically~*~*~ (outnumbered).
 16160 | D:7      | 16160 ||| Stepping ~*~*~tactically~*~*~ (outnumbered).
 16162 | D:7      | 16162 ||| Stepping ~*~*~tactically~*~*~ (outnumbered).
 16164 | D:7      | 16164 ||| Stepping ~*~*~tactically~*~*~ (outnumbered).
 16166 | D:7      | 16166 ||| Stepping ~*~*~tactically~*~*~ (outnumbered).
 16168 | D:7      | 16168 ||| Stepping ~*~*~tactically~*~*~ (outnumbered).
 16170 | D:7      | 16170 ||| Stepping ~*~*~tactically~*~*~ (outnumbered).
 16172 | D:7      | 16172 ||| Stepping ~*~*~tactically~*~*~ (outnumbered).
 16174 | D:7      | 16174 ||| Stepping ~*~*~tactically~*~*~ (outnumbered).
 16176 | D:7      | 16176 ||| Stepping ~*~*~tactically~*~*~ (outnumbered).
 16178 | D:7      | 16178 ||| Stepping ~*~*~tactically~*~*~ (outnumbered).
 16180 | D:7      | 16180 ||| Stepping ~*~*~tactically~*~*~ (outnumbered).
 16182 | D:7      | 16182 ||| Stepping ~*~*~tactically~*~*~ (outnumbered).
 16184 | D:7      | 16184 ||| Stepping ~*~*~tactically~*~*~ (outnumbered).
 16186 | D:7      | 16186 ||| Stepping ~*~*~tactically~*~*~ (outnumbered).
 16188 | D:7      | 16188 ||| Stepping ~*~*~tactically~*~*~ (outnumbered).
 16190 | D:7      | 16190 ||| Stepping ~*~*~tactically~*~*~ (outnumbered).
 16192 | D:7      | 16192 ||| Stepping ~*~*~tactically~*~*~ (outnumbered).
 16194 | D:7      | 16194 ||| Stepping ~*~*~tactically~*~*~ (outnumbered).
 16196 | D:7      | 16196 ||| Stepping ~*~*~tactically~*~*~ (outnumbered).
 16198 | D:7      | 16198 ||| Stepping ~*~*~tactically~*~*~ (outnumbered).
 16200 | D:7      | 16200 ||| Stepping ~*~*~tactically~*~*~ (outnumbered).
 16202 | D:7      | 16202 ||| Stepping ~*~*~tactically~*~*~ (outnumbered).
 16204 | D:7      | 16204 ||| Stepping ~*~*~tactically~*~*~ (outnumbered).
 16206 | D:7      | 16206 ||| Stepping ~*~*~tactically~*~*~ (outnumbered).
 16208 | D:7      | 16208 ||| Stepping ~*~*~tactically~*~*~ (outnumbered).
 16210 | D:7      | 16210 ||| Stepping ~*~*~tactically~*~*~ (outnumbered).
 16212 | D:7      | 16212 ||| Stepping ~*~*~tactically~*~*~ (outnumbered).
 16214 | D:7      | 16214 ||| Stepping ~*~*~tactically~*~*~ (outnumbered).
 16216 | D:7      | 16216 ||| Stepping ~*~*~tactically~*~*~ (outnumbered).
 16218 | D:7      | 16218 ||| Stepping ~*~*~tactically~*~*~ (outnumbered).
 16220 | D:7      | 16220 ||| Stepping ~*~*~tactically~*~*~ (outnumbered).
 16222 | D:7      | 16222 ||| Stepping ~*~*~tactically~*~*~ (outnumbered).
 16224 | D:7      | 16224 ||| Stepping ~*~*~tactically~*~*~ (outnumbered).
 16226 | D:7      | 16226 ||| Stepping ~*~*~tactically~*~*~ (outnumbered).
 16228 | D:7      | 16228 ||| Stepping ~*~*~tactically~*~*~ (outnumbered).
 16230 | D:7      | 16230 ||| Stepping ~*~*~tactically~*~*~ (outnumbered).
 16232 | D:7      | 16232 ||| Stepping ~*~*~tactically~*~*~ (outnumbered).
 16234 | D:7      | 16234 ||| Stepping ~*~*~tactically~*~*~ (outnumbered).
 16236 | D:7      | 16236 ||| Stepping ~*~*~tactically~*~*~ (outnumbered).
 16238 | D:7      | 16238 ||| Stepping ~*~*~tactically~*~*~ (outnumbered).
 16240 | D:7      | 16240 ||| Stepping ~*~*~tactically~*~*~ (outnumbered).
 16242 | D:7      | 16242 ||| Stepping ~*~*~tactically~*~*~ (outnumbered).
 16244 | D:7      | 16244 ||| Stepping ~*~*~tactically~*~*~ (outnumbered).
 16246 | D:7      | 16246 ||| Stepping ~*~*~tactically~*~*~ (outnumbered).
 16248 | D:7      | 16248 ||| Stepping ~*~*~tactically~*~*~ (outnumbered).
 16250 | D:7      | 16250 ||| Stepping ~*~*~tactically~*~*~ (outnumbered).
 16252 | D:7      | 16252 ||| Stepping ~*~*~tactically~*~*~ (outnumbered).
 16254 | D:7      | 16254 ||| Stepping ~*~*~tactically~*~*~ (outnumbered).
 16256 | D:7      | 16256 ||| Stepping ~*~*~tactically~*~*~ (outnumbered).
 16258 | D:7      | 16258 ||| Stepping ~*~*~tactically~*~*~ (outnumbered).
 16260 | D:7      | 16260 ||| Stepping ~*~*~tactically~*~*~ (outnumbered).
 16262 | D:7      | 16262 ||| Stepping ~*~*~tactically~*~*~ (outnumbered).
 16264 | D:7      | 16264 ||| Stepping ~*~*~tactically~*~*~ (outnumbered).
 16266 | D:7      | 16266 ||| Stepping ~*~*~tactically~*~*~ (outnumbered).
 16268 | D:7      | 16268 ||| Stepping ~*~*~tactically~*~*~ (outnumbered).
 16270 | D:7      | 16270 ||| Stepping ~*~*~tactically~*~*~ (outnumbered).
 16272 | D:7      | 16272 ||| Stepping ~*~*~tactically~*~*~ (outnumbered).
 16274 | D:7      | 16274 ||| Stepping ~*~*~tactically~*~*~ (outnumbered).
 16276 | D:7      | 16276 ||| Stepping ~*~*~tactically~*~*~ (outnumbered).
 16278 | D:7      | 16278 ||| Stepping ~*~*~tactically~*~*~ (outnumbered).
 16280 | D:7      | 16280 ||| Stepping ~*~*~tactically~*~*~ (outnumbered).
 16282 | D:7      | 16282 ||| Stepping ~*~*~tactically~*~*~ (outnumbered).
 16284 | D:7      | 16284 ||| Stepping ~*~*~tactically~*~*~ (outnumbered).
 16286 | D:7      | 16286 ||| Stepping ~*~*~tactically~*~*~ (outnumbered).
 16288 | D:7      | 16288 ||| Stepping ~*~*~tactically~*~*~ (outnumbered).
 16290 | D:7      | 16290 ||| Stepping ~*~*~tactically~*~*~ (outnumbered).
 16292 | D:7      | 16292 ||| Stepping ~*~*~tactically~*~*~ (outnumbered).
 16294 | D:7      | 16294 ||| Stepping ~*~*~tactically~*~*~ (outnumbered).
 16296 | D:7      | 16296 ||| Stepping ~*~*~tactically~*~*~ (outnumbered).
 16298 | D:7      | 16298 ||| Stepping ~*~*~tactically~*~*~ (outnumbered).
 16300 | D:7      | 16300 ||| Stepping ~*~*~tactically~*~*~ (outnumbered).
 16302 | D:7      | 16302 ||| Stepping ~*~*~tactically~*~*~ (outnumbered).
 16304 | D:7      | 16304 ||| Stepping ~*~*~tactically~*~*~ (outnumbered).
 16306 | D:7      | 16306 ||| Stepping ~*~*~tactically~*~*~ (outnumbered).
 16308 | D:7      | 16308 ||| Stepping ~*~*~tactically~*~*~ (outnumbered).
 16310 | D:7      | 16310 ||| Stepping ~*~*~tactically~*~*~ (outnumbered).
 16312 | D:7      | 16312 ||| Stepping ~*~*~tactically~*~*~ (outnumbered).
 16314 | D:7      | 16314 ||| Stepping ~*~*~tactically~*~*~ (outnumbered).
 16316 | D:7      | 16316 ||| Stepping ~*~*~tactically~*~*~ (outnumbered).
 16318 | D:7      | 16318 ||| Stepping ~*~*~tactically~*~*~ (outnumbered).
 16320 | D:7      | 16320 ||| Stepping ~*~*~tactically~*~*~ (outnumbered).
 16322 | D:7      | 16322 ||| Stepping ~*~*~tactically~*~*~ (outnumbered).
 16324 | D:7      | 16324 ||| Stepping ~*~*~tactically~*~*~ (outnumbered).
 16326 | D:7      | 16326 ||| Stepping ~*~*~tactically~*~*~ (outnumbered).
 16328 | D:7      | 16328 ||| Stepping ~*~*~tactically~*~*~ (outnumbered).
 16330 | D:7      | 16330 ||| Stepping ~*~*~tactically~*~*~ (outnumbered).
 16332 | D:7      | 16332 ||| Stepping ~*~*~tactically~*~*~ (outnumbered).
 16334 | D:7      | 16334 ||| Stepping ~*~*~tactically~*~*~ (outnumbered).
 16336 | D:7      | 16336 ||| Stepping ~*~*~tactically~*~*~ (outnumbered).
 16338 | D:7      | 16338 ||| Stepping ~*~*~tactically~*~*~ (outnumbered).
 16340 | D:7      | 16340 ||| Stepping ~*~*~tactically~*~*~ (outnumbered).
 16342 | D:7      | 16342 ||| Stepping ~*~*~tactically~*~*~ (outnumbered).
 16344 | D:7      | 16344 ||| Stepping ~*~*~tactically~*~*~ (outnumbered).
 16346 | D:7      | 16346 ||| Stepping ~*~*~tactically~*~*~ (outnumbered).
 16348 | D:7      | 16348 ||| Stepping ~*~*~tactically~*~*~ (outnumbered).
 16350 | D:7      | 16350 ||| Stepping ~*~*~tactically~*~*~ (outnumbered).
 16352 | D:7      | 16352 ||| Stepping ~*~*~tactically~*~*~ (outnumbered).
 16354 | D:7      | 16354 ||| Stepping ~*~*~tactically~*~*~ (outnumbered).
 16356 | D:7      | 16356 ||| Stepping ~*~*~tactically~*~*~ (outnumbered).
 16358 | D:7      | 16358 ||| Stepping ~*~*~tactically~*~*~ (outnumbered).
 16360 | D:7      | 16360 ||| Stepping ~*~*~tactically~*~*~ (outnumbered).
 16362 | D:7      | 16362 ||| Stepping ~*~*~tactically~*~*~ (outnumbered).
 16364 | D:7      | 16364 ||| Stepping ~*~*~tactically~*~*~ (outnumbered).
 16366 | D:7      | 16366 ||| Stepping ~*~*~tactically~*~*~ (outnumbered).
 16368 | D:7      | 16368 ||| Stepping ~*~*~tactically~*~*~ (outnumbered).
 16370 | D:7      | 16370 ||| Stepping ~*~*~tactically~*~*~ (outnumbered).
 16372 | D:7      | 16372 ||| Stepping ~*~*~tactically~*~*~ (outnumbered).
 16374 | D:7      | 16374 ||| Stepping ~*~*~tactically~*~*~ (outnumbered).
 16376 | D:7      | 16376 ||| Stepping ~*~*~tactically~*~*~ (outnumbered).
 16378 | D:7      | 16378 ||| Stepping ~*~*~tactically~*~*~ (outnumbered).
 16380 | D:7      | 16380 ||| Stepping ~*~*~tactically~*~*~ (outnumbered).
 16382 | D:7      | 16382 ||| Stepping ~*~*~tactically~*~*~ (outnumbered).
 16384 | D:7      | 16384 ||| Stepping ~*~*~tactically~*~*~ (outnumbered).
 16386 | D:7      | 16386 ||| Stepping ~*~*~tactically~*~*~ (outnumbered).
 16388 | D:7      | 16388 ||| Stepping ~*~*~tactically~*~*~ (outnumbered).
 16390 | D:7      | 16390 ||| Stepping ~*~*~tactically~*~*~ (outnumbered).
 16392 | D:7      | 16392 ||| Stepping ~*~*~tactically~*~*~ (outnumbered).
 16394 | D:7      | 16394 ||| Stepping ~*~*~tactically~*~*~ (outnumbered).
 16396 | D:7      | 16396 ||| Stepping ~*~*~tactically~*~*~ (outnumbered).
 16398 | D:7      | 16398 ||| Stepping ~*~*~tactically~*~*~ (outnumbered).
 16400 | D:7      | 16400 ||| Stepping ~*~*~tactically~*~*~ (outnumbered).
 16402 | D:7      | 16402 ||| Stepping ~*~*~tactically~*~*~ (outnumbered).
 16404 | D:7      | 16404 ||| Stepping ~*~*~tactically~*~*~ (outnumbered).
 16406 | D:7      | 16406 ||| Stepping ~*~*~tactically~*~*~ (outnumbered).
 16408 | D:7      | 16408 ||| Stepping ~*~*~tactically~*~*~ (outnumbered).
 16410 | D:7      | 16410 ||| Stepping ~*~*~tactically~*~*~ (outnumbered).
 16412 | D:7      | 16412 ||| Stepping ~*~*~tactically~*~*~ (outnumbered).
 16414 | D:7      | 16414 ||| Stepping ~*~*~tactically~*~*~ (outnumbered).
 16416 | D:7      | 16416 ||| Stepping ~*~*~tactically~*~*~ (outnumbered).
 16418 | D:7      | 16418 ||| Stepping ~*~*~tactically~*~*~ (outnumbered).
 16420 | D:7      | 16420 ||| Stepping ~*~*~tactically~*~*~ (outnumbered).
 16422 | D:7      | 16422 ||| Stepping ~*~*~tactically~*~*~ (outnumbered).
 16424 | D:7      | 16424 ||| Stepping ~*~*~tactically~*~*~ (outnumbered).
 16426 | D:7      | 16426 ||| Stepping ~*~*~tactically~*~*~ (outnumbered).
 16428 | D:7      | 16428 ||| Stepping ~*~*~tactically~*~*~ (outnumbered).
 16430 | D:7      | 16430 ||| Stepping ~*~*~tactically~*~*~ (outnumbered).
 16432 | D:7      | 16432 ||| Stepping ~*~*~tactically~*~*~ (outnumbered).
 16434 | D:7      | 16434 ||| Stepping ~*~*~tactically~*~*~ (outnumbered).
 16436 | D:7      | 16436 ||| Stepping ~*~*~tactically~*~*~ (outnumbered).
 16438 | D:7      | 16438 ||| Stepping ~*~*~tactically~*~*~ (outnumbered).
 16440 | D:7      | 16440 ||| Stepping ~*~*~tactically~*~*~ (outnumbered).
 16442 | D:7      | 16442 ||| Stepping ~*~*~tactically~*~*~ (outnumbered).
 16444 | D:7      | 16444 ||| Stepping ~*~*~tactically~*~*~ (outnumbered).
 16446 | D:7      | 16446 ||| Stepping ~*~*~tactically~*~*~ (outnumbered).
 16448 | D:7      | 16448 ||| Stepping ~*~*~tactically~*~*~ (outnumbered).
 16450 | D:7      | 16450 ||| Stepping ~*~*~tactically~*~*~ (outnumbered).
 16452 | D:7      | 16452 ||| Stepping ~*~*~tactically~*~*~ (outnumbered).
 16454 | D:7      | 16454 ||| Stepping ~*~*~tactically~*~*~ (outnumbered).
 16456 | D:7      | 16456 ||| Stepping ~*~*~tactically~*~*~ (outnumbered).
 16458 | D:7      | 16458 ||| Stepping ~*~*~tactically~*~*~ (outnumbered).
 16460 | D:7      | 16460 ||| Stepping ~*~*~tactically~*~*~ (outnumbered).
 16462 | D:7      | 16462 ||| Stepping ~*~*~tactically~*~*~ (outnumbered).
 16464 | D:7      | 16464 ||| Stepping ~*~*~tactically~*~*~ (outnumbered).
 16466 | D:7      | 16466 ||| Stepping ~*~*~tactically~*~*~ (outnumbered).
 16468 | D:7      | 16468 ||| Stepping ~*~*~tactically~*~*~ (outnumbered).
 16470 | D:7      | 16470 ||| Stepping ~*~*~tactically~*~*~ (outnumbered).
 16472 | D:7      | 16472 ||| Stepping ~*~*~tactically~*~*~ (outnumbered).
 16474 | D:7      | 16474 ||| Stepping ~*~*~tactically~*~*~ (outnumbered).
 16476 | D:7      | 16476 ||| Stepping ~*~*~tactically~*~*~ (outnumbered).
 16478 | D:7      | 16478 ||| Stepping ~*~*~tactically~*~*~ (outnumbered).
 16480 | D:7      | 16480 ||| Stepping ~*~*~tactically~*~*~ (outnumbered).
 16482 | D:7      | 16482 ||| Stepping ~*~*~tactically~*~*~ (outnumbered).
 16484 | D:7      | 16484 ||| Stepping ~*~*~tactically~*~*~ (outnumbered).
 16486 | D:7      | 16486 ||| Stepping ~*~*~tactically~*~*~ (outnumbered).
 16488 | D:7      | 16488 ||| Stepping ~*~*~tactically~*~*~ (outnumbered).
 16490 | D:7      | 16490 ||| Stepping ~*~*~tactically~*~*~ (outnumbered).
 16492 | D:7      | 16492 ||| Stepping ~*~*~tactically~*~*~ (outnumbered).
 16494 | D:7      | 16494 ||| Stepping ~*~*~tactically~*~*~ (outnumbered).
 16496 | D:7      | 16496 ||| Stepping ~*~*~tactically~*~*~ (outnumbered).
 16498 | D:7      | 16498 ||| Stepping ~*~*~tactically~*~*~ (outnumbered).
 16500 | D:7      | 16500 ||| Stepping ~*~*~tactically~*~*~ (outnumbered).
 16502 | D:7      | 16502 ||| Stepping ~*~*~tactically~*~*~ (outnumbered).
 16504 | D:7      | 16504 ||| Stepping ~*~*~tactically~*~*~ (outnumbered).
 16506 | D:7      | 16506 ||| Stepping ~*~*~tactically~*~*~ (outnumbered).
 16508 | D:7      | 16508 ||| Stepping ~*~*~tactically~*~*~ (outnumbered).
 16510 | D:7      | 16510 ||| Stepping ~*~*~tactically~*~*~ (outnumbered).
 16512 | D:7      | 16512 ||| Stepping ~*~*~tactically~*~*~ (outnumbered).
 16514 | D:7      | 16514 ||| Stepping ~*~*~tactically~*~*~ (outnumbered).
 16516 | D:7      | 16516 ||| Stepping ~*~*~tactically~*~*~ (outnumbered).
 16518 | D:7      | 16518 ||| Stepping ~*~*~tactically~*~*~ (outnumbered).
 16520 | D:7      | 16520 ||| Stepping ~*~*~tactically~*~*~ (outnumbered).
 16522 | D:7      | 16522 ||| Stepping ~*~*~tactically~*~*~ (outnumbered).
 16524 | D:7      | 16524 ||| Stepping ~*~*~tactically~*~*~ (outnumbered).
 16526 | D:7      | 16526 ||| Stepping ~*~*~tactically~*~*~ (outnumbered).
 16528 | D:7      | 16528 ||| Stepping ~*~*~tactically~*~*~ (outnumbered).
 16530 | D:7      | 16530 ||| Stepping ~*~*~tactically~*~*~ (outnumbered).
 16532 | D:7      | 16532 ||| Stepping ~*~*~tactically~*~*~ (outnumbered).
 16534 | D:7      | 16534 ||| Stepping ~*~*~tactically~*~*~ (outnumbered).
 16536 | D:7      | 16536 ||| Stepping ~*~*~tactically~*~*~ (outnumbered).
 16538 | D:7      | 16538 ||| Stepping ~*~*~tactically~*~*~ (outnumbered).
 16540 | D:7      | 16540 ||| Stepping ~*~*~tactically~*~*~ (outnumbered).
 16542 | D:7      | 16542 ||| Stepping ~*~*~tactically~*~*~ (outnumbered).
 16544 | D:7      | 16544 ||| Stepping ~*~*~tactically~*~*~ (outnumbered).
 16546 | D:7      | 16546 ||| Stepping ~*~*~tactically~*~*~ (outnumbered).
 16548 | D:7      | 16548 ||| Stepping ~*~*~tactically~*~*~ (outnumbered).
 16550 | D:7      | 16550 ||| Stepping ~*~*~tactically~*~*~ (outnumbered).
 16552 | D:7      | 16552 ||| Stepping ~*~*~tactically~*~*~ (outnumbered).
 16554 | D:7      | 16554 ||| Stepping ~*~*~tactically~*~*~ (outnumbered).
 16556 | D:7      | 16556 ||| Stepping ~*~*~tactically~*~*~ (outnumbered).
 16558 | D:7      | 16558 ||| Stepping ~*~*~tactically~*~*~ (outnumbered).
 16560 | D:7      | 16560 ||| Stepping ~*~*~tactically~*~*~ (outnumbered).
 16562 | D:7      | 16562 ||| Stepping ~*~*~tactically~*~*~ (outnumbered).
 16564 | D:7      | 16564 ||| Stepping ~*~*~tactically~*~*~ (outnumbered).
 16566 | D:7      | 16566 ||| Stepping ~*~*~tactically~*~*~ (outnumbered).
 16568 | D:7      | 16568 ||| Stepping ~*~*~tactically~*~*~ (outnumbered).
 16570 | D:7      | 16570 ||| Stepping ~*~*~tactically~*~*~ (outnumbered).
 16572 | D:7      | 16572 ||| Stepping ~*~*~tactically~*~*~ (outnumbered).
 16574 | D:7      | 16574 ||| Stepping ~*~*~tactically~*~*~ (outnumbered).
 16576 | D:7      | 16576 ||| Stepping ~*~*~tactically~*~*~ (outnumbered).
 16578 | D:7      | 16578 ||| Stepping ~*~*~tactically~*~*~ (outnumbered).
 16580 | D:7      | 16580 ||| Stepping ~*~*~tactically~*~*~ (outnumbered).
 16582 | D:7      | 16582 ||| Stepping ~*~*~tactically~*~*~ (outnumbered).
 16584 | D:7      | 16584 ||| Stepping ~*~*~tactically~*~*~ (outnumbered).
 16586 | D:7      | 16586 ||| Stepping ~*~*~tactically~*~*~ (outnumbered).
 16588 | D:7      | 16588 ||| Stepping ~*~*~tactically~*~*~ (outnumbered).
 16590 | D:7      | 16590 ||| Stepping ~*~*~tactically~*~*~ (outnumbered).
 16592 | D:7      | 16592 ||| Stepping ~*~*~tactically~*~*~ (outnumbered).
 16594 | D:7      | 16594 ||| Stepping ~*~*~tactically~*~*~ (outnumbered).
 16596 | D:7      | 16596 ||| Stepping ~*~*~tactically~*~*~ (outnumbered).
 16598 | D:7      | 16598 ||| Stepping ~*~*~tactically~*~*~ (outnumbered).
 16600 | D:7      | 16600 ||| Stepping ~*~*~tactically~*~*~ (outnumbered).
 16602 | D:7      | 16602 ||| Stepping ~*~*~tactically~*~*~ (outnumbered).
 16604 | D:7      | 16604 ||| Stepping ~*~*~tactically~*~*~ (outnumbered).
 16606 | D:7      | 16606 ||| Stepping ~*~*~tactically~*~*~ (outnumbered).
 16608 | D:7      | 16608 ||| Stepping ~*~*~tactically~*~*~ (outnumbered).
 16610 | D:7      | 16610 ||| Stepping ~*~*~tactically~*~*~ (outnumbered).
 16612 | D:7      | 16612 ||| Stepping ~*~*~tactically~*~*~ (outnumbered).
 16614 | D:7      | 16614 ||| Stepping ~*~*~tactically~*~*~ (outnumbered).
 16616 | D:7      | 16616 ||| Stepping ~*~*~tactically~*~*~ (outnumbered).
 16618 | D:7      | 16618 ||| Stepping ~*~*~tactically~*~*~ (outnumbered).
 16620 | D:7      | 16620 ||| Stepping ~*~*~tactically~*~*~ (outnumbered).
 16622 | D:7      | 16622 ||| Stepping ~*~*~tactically~*~*~ (outnumbered).
 16624 | D:7      | 16624 ||| Stepping ~*~*~tactically~*~*~ (outnumbered).
 16626 | D:7      | 16626 ||| Stepping ~*~*~tactically~*~*~ (outnumbered).
 16628 | D:7      | 16628 ||| Stepping ~*~*~tactically~*~*~ (outnumbered).
 16630 | D:7      | 16630 ||| Stepping ~*~*~tactically~*~*~ (outnumbered).
 16632 | D:7      | 16632 ||| Stepping ~*~*~tactically~*~*~ (outnumbered).
 16634 | D:7      | 16634 ||| Stepping ~*~*~tactically~*~*~ (outnumbered).
 16636 | D:7      | 16636 ||| Stepping ~*~*~tactically~*~*~ (outnumbered).
 16638 | D:7      | 16638 ||| Stepping ~*~*~tactically~*~*~ (outnumbered).
 16640 | D:7      | 16640 ||| Stepping ~*~*~tactically~*~*~ (outnumbered).
 16642 | D:7      | 16642 ||| Stepping ~*~*~tactically~*~*~ (outnumbered).
 16644 | D:7      | 16644 ||| Stepping ~*~*~tactically~*~*~ (outnumbered).
 16646 | D:7      | 16646 ||| Stepping ~*~*~tactically~*~*~ (outnumbered).
 16648 | D:7      | 16648 ||| Stepping ~*~*~tactically~*~*~ (outnumbered).
 16650 | D:7      | 16650 ||| Stepping ~*~*~tactically~*~*~ (outnumbered).
 16652 | D:7      | 16652 ||| Stepping ~*~*~tactically~*~*~ (outnumbered).
 16654 | D:7      | 16654 ||| Stepping ~*~*~tactically~*~*~ (outnumbered).
 16656 | D:7      | 16656 ||| Stepping ~*~*~tactically~*~*~ (outnumbered).
 16658 | D:7      | 16658 ||| Stepping ~*~*~tactically~*~*~ (outnumbered).
 16660 | D:7      | 16660 ||| Stepping ~*~*~tactically~*~*~ (outnumbered).
 16662 | D:7      | 16662 ||| Stepping ~*~*~tactically~*~*~ (outnumbered).
 16664 | D:7      | 16664 ||| Stepping ~*~*~tactically~*~*~ (outnumbered).
 16666 | D:7      | 16666 ||| Stepping ~*~*~tactically~*~*~ (outnumbered).
 16668 | D:7      | 16668 ||| Stepping ~*~*~tactically~*~*~ (outnumbered).
 16670 | D:7      | 16670 ||| Stepping ~*~*~tactically~*~*~ (outnumbered).
 16672 | D:7      | 16672 ||| Stepping ~*~*~tactically~*~*~ (outnumbered).
 16674 | D:7      | 16674 ||| Stepping ~*~*~tactically~*~*~ (outnumbered).
 16676 | D:7      | 16676 ||| Stepping ~*~*~tactically~*~*~ (outnumbered).
 16678 | D:7      | 16678 ||| Stepping ~*~*~tactically~*~*~ (outnumbered).
 16680 | D:7      | 16680 ||| Stepping ~*~*~tactically~*~*~ (outnumbered).
 16682 | D:7      | 16682 ||| Stepping ~*~*~tactically~*~*~ (outnumbered).
 16684 | D:7      | 16684 ||| Stepping ~*~*~tactically~*~*~ (outnumbered).
 16686 | D:7      | 16686 ||| Stepping ~*~*~tactically~*~*~ (outnumbered).
 16688 | D:7      | 16688 ||| Stepping ~*~*~tactically~*~*~ (outnumbered).
 16690 | D:7      | 16690 ||| Stepping ~*~*~tactically~*~*~ (outnumbered).
 16692 | D:7      | 16692 ||| Stepping ~*~*~tactically~*~*~ (outnumbered).
 16694 | D:7      | 16694 ||| Stepping ~*~*~tactically~*~*~ (outnumbered).
 16696 | D:7      | 16696 ||| Stepping ~*~*~tactically~*~*~ (outnumbered).
 16698 | D:7      | 16698 ||| Stepping ~*~*~tactically~*~*~ (outnumbered).
 16700 | D:7      | 16700 ||| Stepping ~*~*~tactically~*~*~ (outnumbered).
 16702 | D:7      | 16702 ||| Stepping ~*~*~tactically~*~*~ (outnumbered).
 16704 | D:7      | 16704 ||| Stepping ~*~*~tactically~*~*~ (outnumbered).
 16706 | D:7      | 16706 ||| Stepping ~*~*~tactically~*~*~ (outnumbered).
 16708 | D:7      | 16708 ||| Stepping ~*~*~tactically~*~*~ (outnumbered).
 16710 | D:7      | 16710 ||| Stepping ~*~*~tactically~*~*~ (outnumbered).
 16712 | D:7      | 16712 ||| Stepping ~*~*~tactically~*~*~ (outnumbered).
 16714 | D:7      | 16714 ||| Stepping ~*~*~tactically~*~*~ (outnumbered).
 16716 | D:7      | 16716 ||| Stepping ~*~*~tactically~*~*~ (outnumbered).
 16718 | D:7      | 16718 ||| Stepping ~*~*~tactically~*~*~ (outnumbered).
 16720 | D:7      | 16720 ||| Stepping ~*~*~tactically~*~*~ (outnumbered).
 16722 | D:7      | 16722 ||| Stepping ~*~*~tactically~*~*~ (outnumbered).
 16724 | D:7      | 16724 ||| Stepping ~*~*~tactically~*~*~ (outnumbered).
 16726 | D:7      | 16726 ||| Stepping ~*~*~tactically~*~*~ (outnumbered).
 16728 | D:7      | 16728 ||| Stepping ~*~*~tactically~*~*~ (outnumbered).
 16730 | D:7      | 16730 ||| Stepping ~*~*~tactically~*~*~ (outnumbered).
 16732 | D:7      | 16732 ||| Stepping ~*~*~tactically~*~*~ (outnumbered).
 16734 | D:7      | 16734 ||| Stepping ~*~*~tactically~*~*~ (outnumbered).
 16736 | D:7      | 16736 ||| Stepping ~*~*~tactically~*~*~ (outnumbered).
 16738 | D:7      | 16738 ||| Stepping ~*~*~tactically~*~*~ (outnumbered).
 16740 | D:7      | 16740 ||| Stepping ~*~*~tactically~*~*~ (outnumbered).
 16742 | D:7      | 16742 ||| Stepping ~*~*~tactically~*~*~ (outnumbered).
 16744 | D:7      | 16744 ||| Stepping ~*~*~tactically~*~*~ (outnumbered).
 16746 | D:7      | 16746 ||| Stepping ~*~*~tactically~*~*~ (outnumbered).
 16748 | D:7      | 16748 ||| Stepping ~*~*~tactically~*~*~ (outnumbered).
 16750 | D:7      | 16750 ||| Stepping ~*~*~tactically~*~*~ (outnumbered).
 16752 | D:7      | 16752 ||| Stepping ~*~*~tactically~*~*~ (outnumbered).
 16754 | D:7      | 16754 ||| Stepping ~*~*~tactically~*~*~ (outnumbered).
 16756 | D:7      | 16756 ||| Stepping ~*~*~tactically~*~*~ (outnumbered).
 16758 | D:7      | 16758 ||| Stepping ~*~*~tactically~*~*~ (outnumbered).
 16760 | D:7      | 16760 ||| Stepping ~*~*~tactically~*~*~ (outnumbered).
 16762 | D:7      | 16762 ||| Stepping ~*~*~tactically~*~*~ (outnumbered).
 16764 | D:7      | 16764 ||| Stepping ~*~*~tactically~*~*~ (outnumbered).
 16766 | D:7      | 16766 ||| Stepping ~*~*~tactically~*~*~ (outnumbered).
 16768 | D:7      | 16768 ||| Stepping ~*~*~tactically~*~*~ (outnumbered).
 16770 | D:7      | 16770 ||| Stepping ~*~*~tactically~*~*~ (outnumbered).
 16772 | D:7      | 16772 ||| Stepping ~*~*~tactically~*~*~ (outnumbered).
 16774 | D:7      | 16774 ||| Stepping ~*~*~tactically~*~*~ (outnumbered).
 16776 | D:7      | 16776 ||| Stepping ~*~*~tactically~*~*~ (outnumbered).
 16778 | D:7      | 16778 ||| Stepping ~*~*~tactically~*~*~ (outnumbered).
 16780 | D:7      | 16780 ||| Stepping ~*~*~tactically~*~*~ (outnumbered).
 16782 | D:7      | 16782 ||| Stepping ~*~*~tactically~*~*~ (outnumbered).
 16784 | D:7      | 16784 ||| Stepping ~*~*~tactically~*~*~ (outnumbered).
 16786 | D:7      | 16786 ||| Stepping ~*~*~tactically~*~*~ (outnumbered).
 16788 | D:7      | 16788 ||| Stepping ~*~*~tactically~*~*~ (outnumbered).
 16790 | D:7      | 16790 ||| Stepping ~*~*~tactically~*~*~ (outnumbered).
 16792 | D:7      | 16792 ||| Stepping ~*~*~tactically~*~*~ (outnumbered).
 16794 | D:7      | 16794 ||| Stepping ~*~*~tactically~*~*~ (outnumbered).
 16796 | D:7      | 16796 ||| Stepping ~*~*~tactically~*~*~ (outnumbered).
 16798 | D:7      | 16798 ||| Stepping ~*~*~tactically~*~*~ (outnumbered).
 16800 | D:7      | 16800 ||| Stepping ~*~*~tactically~*~*~ (outnumbered).
 16802 | D:7      | 16802 ||| Stepping ~*~*~tactically~*~*~ (outnumbered).
 16804 | D:7      | 16804 ||| Stepping ~*~*~tactically~*~*~ (outnumbered).
 16806 | D:7      | 16806 ||| Stepping ~*~*~tactically~*~*~ (outnumbered).
 16808 | D:7      | 16808 ||| Stepping ~*~*~tactically~*~*~ (outnumbered).
 16810 | D:7      | 16810 ||| Stepping ~*~*~tactically~*~*~ (outnumbered).
 16812 | D:7      | 16812 ||| Stepping ~*~*~tactically~*~*~ (outnumbered).
 16814 | D:7      | 16814 ||| Stepping ~*~*~tactically~*~*~ (outnumbered).
 16816 | D:7      | 16816 ||| Stepping ~*~*~tactically~*~*~ (outnumbered).
 16818 | D:7      | 16818 ||| Stepping ~*~*~tactically~*~*~ (outnumbered).
 16820 | D:7      | 16820 ||| Stepping ~*~*~tactically~*~*~ (outnumbered).
 16822 | D:7      | 16822 ||| Stepping ~*~*~tactically~*~*~ (outnumbered).
 16824 | D:7      | 16824 ||| Stepping ~*~*~tactically~*~*~ (outnumbered).
 16826 | D:7      | 16826 ||| Stepping ~*~*~tactically~*~*~ (outnumbered).
 16828 | D:7      | 16828 ||| Stepping ~*~*~tactically~*~*~ (outnumbered).
 16830 | D:7      | 16830 ||| Stepping ~*~*~tactically~*~*~ (outnumbered).
 16832 | D:7      | 16832 ||| Stepping ~*~*~tactically~*~*~ (outnumbered).
 16834 | D:7      | 16834 ||| Stepping ~*~*~tactically~*~*~ (outnumbered).
 16836 | D:7      | 16836 ||| Stepping ~*~*~tactically~*~*~ (outnumbered).
 16838 | D:7      | 16838 ||| Stepping ~*~*~tactically~*~*~ (outnumbered).
 16840 | D:7      | 16840 ||| Stepping ~*~*~tactically~*~*~ (outnumbered).
 16842 | D:7      | 16842 ||| Stepping ~*~*~tactically~*~*~ (outnumbered).
 16844 | D:7      | 16844 ||| Stepping ~*~*~tactically~*~*~ (outnumbered).
 16846 | D:7      | 16846 ||| Stepping ~*~*~tactically~*~*~ (outnumbered).
 16848 | D:7      | 16848 ||| Stepping ~*~*~tactically~*~*~ (outnumbered).
 16850 | D:7      | 16850 ||| Stepping ~*~*~tactically~*~*~ (outnumbered).
 16852 | D:7      | 16852 ||| Stepping ~*~*~tactically~*~*~ (outnumbered).
 16854 | D:7      | 16854 ||| Stepping ~*~*~tactically~*~*~ (outnumbered).
 16856 | D:7      | 16856 ||| Stepping ~*~*~tactically~*~*~ (outnumbered).
 16858 | D:7      | 16858 ||| Stepping ~*~*~tactically~*~*~ (outnumbered).
 16860 | D:7      | 16860 ||| Stepping ~*~*~tactically~*~*~ (outnumbered).
 16862 | D:7      | 16862 ||| Stepping ~*~*~tactically~*~*~ (outnumbered).
 16864 | D:7      | 16864 ||| Stepping ~*~*~tactically~*~*~ (outnumbered).
 16866 | D:7      | 16866 ||| Stepping ~*~*~tactically~*~*~ (outnumbered).
 16868 | D:7      | 16868 ||| Stepping ~*~*~tactically~*~*~ (outnumbered).
 16870 | D:7      | 16870 ||| Stepping ~*~*~tactically~*~*~ (outnumbered).
 16872 | D:7      | 16872 ||| Stepping ~*~*~tactically~*~*~ (outnumbered).
 16874 | D:7      | 16874 ||| Stepping ~*~*~tactically~*~*~ (outnumbered).
 16876 | D:7      | 16876 ||| Stepping ~*~*~tactically~*~*~ (outnumbered).
 16878 | D:7      | 16878 ||| Stepping ~*~*~tactically~*~*~ (outnumbered).
 16880 | D:7      | 16880 ||| Stepping ~*~*~tactically~*~*~ (outnumbered).
 16882 | D:7      | 16882 ||| Stepping ~*~*~tactically~*~*~ (outnumbered).
 16884 | D:7      | 16884 ||| Stepping ~*~*~tactically~*~*~ (outnumbered).
 16886 | D:7      | 16886 ||| Stepping ~*~*~tactically~*~*~ (outnumbered).
 16888 | D:7      | 16888 ||| Stepping ~*~*~tactically~*~*~ (outnumbered).
 16890 | D:7      | 16890 ||| Stepping ~*~*~tactically~*~*~ (outnumbered).
 16892 | D:7      | 16892 ||| Stepping ~*~*~tactically~*~*~ (outnumbered).
 16894 | D:7      | 16894 ||| Stepping ~*~*~tactically~*~*~ (outnumbered).
 16896 | D:7      | 16896 ||| Stepping ~*~*~tactically~*~*~ (outnumbered).
 16898 | D:7      | 16898 ||| Stepping ~*~*~tactically~*~*~ (outnumbered).
 16900 | D:7      | 16900 ||| Stepping ~*~*~tactically~*~*~ (outnumbered).
 16902 | D:7      | 16902 ||| Stepping ~*~*~tactically~*~*~ (outnumbered).
 16904 | D:7      | 16904 ||| Stepping ~*~*~tactically~*~*~ (outnumbered).
 16906 | D:7      | 16906 ||| Stepping ~*~*~tactically~*~*~ (outnumbered).
 16908 | D:7      | 16908 ||| Stepping ~*~*~tactically~*~*~ (outnumbered).
 16910 | D:7      | 16910 ||| Stepping ~*~*~tactically~*~*~ (outnumbered).
 16912 | D:7      | 16912 ||| Stepping ~*~*~tactically~*~*~ (outnumbered).
 16914 | D:7      | 16914 ||| Stepping ~*~*~tactically~*~*~ (outnumbered).
 16916 | D:7      | 16916 ||| Stepping ~*~*~tactically~*~*~ (outnumbered).
 16918 | D:7      | 16918 ||| Stepping ~*~*~tactically~*~*~ (outnumbered).
 16920 | D:7      | 16920 ||| Stepping ~*~*~tactically~*~*~ (outnumbered).
 16922 | D:7      | 16922 ||| Stepping ~*~*~tactically~*~*~ (outnumbered).
 16924 | D:7      | 16924 ||| Stepping ~*~*~tactically~*~*~ (outnumbered).
 16926 | D:7      | 16926 ||| Stepping ~*~*~tactically~*~*~ (outnumbered).
 16928 | D:7      | 16928 ||| Stepping ~*~*~tactically~*~*~ (outnumbered).
 16930 | D:7      | 16930 ||| Stepping ~*~*~tactically~*~*~ (outnumbered).
 16932 | D:7      | 16932 ||| Stepping ~*~*~tactically~*~*~ (outnumbered).
 16934 | D:7      | 16934 ||| Stepping ~*~*~tactically~*~*~ (outnumbered).
 16936 | D:7      | 16936 ||| Stepping ~*~*~tactically~*~*~ (outnumbered).
 16938 | D:7      | 16938 ||| Stepping ~*~*~tactically~*~*~ (outnumbered).
 16940 | D:7      | 16940 ||| Stepping ~*~*~tactically~*~*~ (outnumbered).
 16942 | D:7      | 16942 ||| Stepping ~*~*~tactically~*~*~ (outnumbered).
 16944 | D:7      | 16944 ||| Stepping ~*~*~tactically~*~*~ (outnumbered).
 16946 | D:7      | 16946 ||| Stepping ~*~*~tactically~*~*~ (outnumbered).
 16948 | D:7      | 16948 ||| Stepping ~*~*~tactically~*~*~ (outnumbered).
 16950 | D:7      | 16950 ||| Stepping ~*~*~tactically~*~*~ (outnumbered).
 16952 | D:7      | 16952 ||| Stepping ~*~*~tactically~*~*~ (outnumbered).
 16954 | D:7      | 16954 ||| Stepping ~*~*~tactically~*~*~ (outnumbered).
 16956 | D:7      | 16956 ||| Stepping ~*~*~tactically~*~*~ (outnumbered).
 16958 | D:7      | 16958 ||| Stepping ~*~*~tactically~*~*~ (outnumbered).
 16960 | D:7      | 16960 ||| Stepping ~*~*~tactically~*~*~ (outnumbered).
 16962 | D:7      | 16962 ||| Stepping ~*~*~tactically~*~*~ (outnumbered).
 16964 | D:7      | 16964 ||| Stepping ~*~*~tactically~*~*~ (outnumbered).
 16966 | D:7      | 16966 ||| Stepping ~*~*~tactically~*~*~ (outnumbered).
 16968 | D:7      | 16968 ||| Stepping ~*~*~tactically~*~*~ (outnumbered).
 16970 | D:7      | 16970 ||| Stepping ~*~*~tactically~*~*~ (outnumbered).
 16972 | D:7      | 16972 ||| Stepping ~*~*~tactically~*~*~ (outnumbered).
 16974 | D:7      | 16974 ||| Stepping ~*~*~tactically~*~*~ (outnumbered).
 16976 | D:7      | 16976 ||| Stepping ~*~*~tactically~*~*~ (outnumbered).
 16978 | D:7      | 16978 ||| Stepping ~*~*~tactically~*~*~ (outnumbered).
 16980 | D:7      | 16980 ||| Stepping ~*~*~tactically~*~*~ (outnumbered).
 16982 | D:7      | 16982 ||| Stepping ~*~*~tactically~*~*~ (outnumbered).
 16984 | D:7      | 16984 ||| Stepping ~*~*~tactically~*~*~ (outnumbered).
 16986 | D:7      | 16986 ||| Stepping ~*~*~tactically~*~*~ (outnumbered).
 16988 | D:7      | 16988 ||| Stepping ~*~*~tactically~*~*~ (outnumbered).
 16990 | D:7      | 16990 ||| Stepping ~*~*~tactically~*~*~ (outnumbered).
 16992 | D:7      | 16992 ||| Stepping ~*~*~tactically~*~*~ (outnumbered).
 16994 | D:7      | 16994 ||| Stepping ~*~*~tactically~*~*~ (outnumbered).
 16996 | D:7      | 16996 ||| Stepping ~*~*~tactically~*~*~ (outnumbered).
 16998 | D:7      | 16998 ||| Stepping ~*~*~tactically~*~*~ (outnumbered).
 17000 | D:7      | 17000 ||| Stepping ~*~*~tactically~*~*~ (outnumbered).
 17002 | D:7      | 17002 ||| Stepping ~*~*~tactically~*~*~ (outnumbered).
 17004 | D:7      | 17004 ||| Stepping ~*~*~tactically~*~*~ (outnumbered).
 17006 | D:7      | 17006 ||| Stepping ~*~*~tactically~*~*~ (outnumbered).
 17008 | D:7      | 17008 ||| Stepping ~*~*~tactically~*~*~ (outnumbered).
 17010 | D:7      | 17010 ||| Stepping ~*~*~tactically~*~*~ (outnumbered).
 17012 | D:7      | 17012 ||| Stepping ~*~*~tactically~*~*~ (outnumbered).
 17014 | D:7      | 17014 ||| Stepping ~*~*~tactically~*~*~ (outnumbered).
 17016 | D:7      | 17016 ||| Stepping ~*~*~tactically~*~*~ (outnumbered).
 17018 | D:7      | 17018 ||| Stepping ~*~*~tactically~*~*~ (outnumbered).
 17020 | D:7      | 17020 ||| Stepping ~*~*~tactically~*~*~ (outnumbered).
 17022 | D:7      | 17022 ||| Stepping ~*~*~tactically~*~*~ (outnumbered).
 17024 | D:7      | 17024 ||| Stepping ~*~*~tactically~*~*~ (outnumbered).
 17026 | D:7      | 17026 ||| Stepping ~*~*~tactically~*~*~ (outnumbered).
 17028 | D:7      | 17028 ||| Stepping ~*~*~tactically~*~*~ (outnumbered).
 17030 | D:7      | 17030 ||| Stepping ~*~*~tactically~*~*~ (outnumbered).
 17032 | D:7      | 17032 ||| Stepping ~*~*~tactically~*~*~ (outnumbered).
 17034 | D:7      | 17034 ||| Stepping ~*~*~tactically~*~*~ (outnumbered).
 17036 | D:7      | 17036 ||| Stepping ~*~*~tactically~*~*~ (outnumbered).
 17038 | D:7      | 17038 ||| Stepping ~*~*~tactically~*~*~ (outnumbered).
 17040 | D:7      | 17040 ||| Stepping ~*~*~tactically~*~*~ (outnumbered).
 17042 | D:7      | 17042 ||| Stepping ~*~*~tactically~*~*~ (outnumbered).
 17044 | D:7      | 17044 ||| Stepping ~*~*~tactically~*~*~ (outnumbered).
 17046 | D:7      | 17046 ||| Stepping ~*~*~tactically~*~*~ (outnumbered).
 17048 | D:7      | 17048 ||| Stepping ~*~*~tactically~*~*~ (outnumbered).
 17050 | D:7      | 17050 ||| Stepping ~*~*~tactically~*~*~ (outnumbered).
 17052 | D:7      | 17052 ||| Stepping ~*~*~tactically~*~*~ (outnumbered).
 17054 | D:7      | 17054 ||| Stepping ~*~*~tactically~*~*~ (outnumbered).
 17056 | D:7      | 17056 ||| Stepping ~*~*~tactically~*~*~ (outnumbered).
 17058 | D:7      | 17058 ||| Stepping ~*~*~tactically~*~*~ (outnumbered).
 17060 | D:7      | 17060 ||| Stepping ~*~*~tactically~*~*~ (outnumbered).
 17062 | D:7      | 17062 ||| Stepping ~*~*~tactically~*~*~ (outnumbered).
 17064 | D:7      | 17064 ||| Stepping ~*~*~tactically~*~*~ (outnumbered).
 17066 | D:7      | 17066 ||| Stepping ~*~*~tactically~*~*~ (outnumbered).
 17068 | D:7      | 17068 ||| Stepping ~*~*~tactically~*~*~ (outnumbered).
 17070 | D:7      | 17070 ||| Stepping ~*~*~tactically~*~*~ (outnumbered).
 17072 | D:7      | 17072 ||| Stepping ~*~*~tactically~*~*~ (outnumbered).
 17074 | D:7      | 17074 ||| Stepping ~*~*~tactically~*~*~ (outnumbered).
 17076 | D:7      | 17076 ||| Stepping ~*~*~tactically~*~*~ (outnumbered).
 17078 | D:7      | 17078 ||| Stepping ~*~*~tactically~*~*~ (outnumbered).
 17080 | D:7      | 17080 ||| Stepping ~*~*~tactically~*~*~ (outnumbered).
 17082 | D:7      | 17082 ||| Stepping ~*~*~tactically~*~*~ (outnumbered).
 17084 | D:7      | 17084 ||| Stepping ~*~*~tactically~*~*~ (outnumbered).
 17086 | D:7      | 17086 ||| Stepping ~*~*~tactically~*~*~ (outnumbered).
 17088 | D:7      | 17088 ||| Stepping ~*~*~tactically~*~*~ (outnumbered).
 17090 | D:7      | 17090 ||| Stepping ~*~*~tactically~*~*~ (outnumbered).
 17092 | D:7      | 17092 ||| Stepping ~*~*~tactically~*~*~ (outnumbered).
 17094 | D:7      | 17094 ||| Stepping ~*~*~tactically~*~*~ (outnumbered).
 17096 | D:7      | 17096 ||| Stepping ~*~*~tactically~*~*~ (outnumbered).
 17098 | D:7      | 17098 ||| Stepping ~*~*~tactically~*~*~ (outnumbered).
 17100 | D:7      | 17100 ||| Stepping ~*~*~tactically~*~*~ (outnumbered).
 17102 | D:7      | 17102 ||| Stepping ~*~*~tactically~*~*~ (outnumbered).
 17104 | D:7      | 17104 ||| Stepping ~*~*~tactically~*~*~ (outnumbered).
 17106 | D:7      | 17106 ||| Stepping ~*~*~tactically~*~*~ (outnumbered).
 17108 | D:7      | 17108 ||| Stepping ~*~*~tactically~*~*~ (outnumbered).
 17110 | D:7      | 17110 ||| Stepping ~*~*~tactically~*~*~ (outnumbered).
 17112 | D:7      | 17112 ||| Stepping ~*~*~tactically~*~*~ (outnumbered).
 17114 | D:7      | 17114 ||| Stepping ~*~*~tactically~*~*~ (outnumbered).
 17116 | D:7      | 17116 ||| Stepping ~*~*~tactically~*~*~ (outnumbered).
 17118 | D:7      | 17118 ||| Stepping ~*~*~tactically~*~*~ (outnumbered).
 17120 | D:7      | 17120 ||| Stepping ~*~*~tactically~*~*~ (outnumbered).
 17122 | D:7      | 17122 ||| Stepping ~*~*~tactically~*~*~ (outnumbered).
 17124 | D:7      | 17124 ||| Stepping ~*~*~tactically~*~*~ (outnumbered).
 17126 | D:7      | 17126 ||| Stepping ~*~*~tactically~*~*~ (outnumbered).
 17128 | D:7      | 17128 ||| Stepping ~*~*~tactically~*~*~ (outnumbered).
 17130 | D:7      | 17130 ||| Stepping ~*~*~tactically~*~*~ (outnumbered).
 17132 | D:7      | 17132 ||| Stepping ~*~*~tactically~*~*~ (outnumbered).
 17134 | D:7      | 17134 ||| Stepping ~*~*~tactically~*~*~ (outnumbered).
 17136 | D:7      | 17136 ||| Stepping ~*~*~tactically~*~*~ (outnumbered).
 17138 | D:7      | 17138 ||| Stepping ~*~*~tactically~*~*~ (outnumbered).
 17140 | D:7      | 17140 ||| Stepping ~*~*~tactically~*~*~ (outnumbered).
 17142 | D:7      | 17142 ||| Stepping ~*~*~tactically~*~*~ (outnumbered).
 17144 | D:7      | 17144 ||| Stepping ~*~*~tactically~*~*~ (outnumbered).
 17146 | D:7      | 17146 ||| Stepping ~*~*~tactically~*~*~ (outnumbered).
 17148 | D:7      | 17148 ||| Stepping ~*~*~tactically~*~*~ (outnumbered).
 17150 | D:7      | 17150 ||| Stepping ~*~*~tactically~*~*~ (outnumbered).
 17152 | D:7      | 17152 ||| Stepping ~*~*~tactically~*~*~ (outnumbered).
 17154 | D:7      | 17154 ||| Stepping ~*~*~tactically~*~*~ (outnumbered).
 17156 | D:7      | 17156 ||| Stepping ~*~*~tactically~*~*~ (outnumbered).
 17158 | D:7      | 17158 ||| Stepping ~*~*~tactically~*~*~ (outnumbered).
 17160 | D:7      | 17160 ||| Stepping ~*~*~tactically~*~*~ (outnumbered).
 17162 | D:7      | 17162 ||| Stepping ~*~*~tactically~*~*~ (outnumbered).
 17164 | D:7      | 17164 ||| Stepping ~*~*~tactically~*~*~ (outnumbered).
 17166 | D:7      | 17166 ||| Stepping ~*~*~tactically~*~*~ (outnumbered).
 17168 | D:7      | 17168 ||| Stepping ~*~*~tactically~*~*~ (outnumbered).
 17170 | D:7      | 17170 ||| Stepping ~*~*~tactically~*~*~ (outnumbered).
 17172 | D:7      | 17172 ||| Stepping ~*~*~tactically~*~*~ (outnumbered).
 17174 | D:7      | 17174 ||| Stepping ~*~*~tactically~*~*~ (outnumbered).
 17176 | D:7      | 17176 ||| Stepping ~*~*~tactically~*~*~ (outnumbered).
 17178 | D:7      | 17178 ||| Stepping ~*~*~tactically~*~*~ (outnumbered).
 17180 | D:7      | 17180 ||| Stepping ~*~*~tactically~*~*~ (outnumbered).
 17182 | D:7      | 17182 ||| Stepping ~*~*~tactically~*~*~ (outnumbered).
 17184 | D:7      | 17184 ||| Stepping ~*~*~tactically~*~*~ (outnumbered).
 17186 | D:7      | 17186 ||| Stepping ~*~*~tactically~*~*~ (outnumbered).
 17188 | D:7      | 17188 ||| Stepping ~*~*~tactically~*~*~ (outnumbered).
 17190 | D:7      | 17190 ||| Stepping ~*~*~tactically~*~*~ (outnumbered).
 17192 | D:7      | 17192 ||| Stepping ~*~*~tactically~*~*~ (outnumbered).
 17194 | D:7      | 17194 ||| Stepping ~*~*~tactically~*~*~ (outnumbered).
 17196 | D:7      | 17196 ||| Stepping ~*~*~tactically~*~*~ (outnumbered).
 17198 | D:7      | 17198 ||| Stepping ~*~*~tactically~*~*~ (outnumbered).
 17200 | D:7      | 17200 ||| Stepping ~*~*~tactically~*~*~ (outnumbered).
 17202 | D:7      | 17202 ||| Stepping ~*~*~tactically~*~*~ (outnumbered).
 17204 | D:7      | 17204 ||| Stepping ~*~*~tactically~*~*~ (outnumbered).
 17206 | D:7      | 17206 ||| Stepping ~*~*~tactically~*~*~ (outnumbered).
 17208 | D:7      | 17208 ||| Stepping ~*~*~tactically~*~*~ (outnumbered).
 17210 | D:7      | 17210 ||| Stepping ~*~*~tactically~*~*~ (outnumbered).
 17212 | D:7      | 17212 ||| Stepping ~*~*~tactically~*~*~ (outnumbered).
 17214 | D:7      | 17214 ||| Stepping ~*~*~tactically~*~*~ (outnumbered).
 17216 | D:7      | 17216 ||| Stepping ~*~*~tactically~*~*~ (outnumbered).
 17218 | D:7      | 17218 ||| Stepping ~*~*~tactically~*~*~ (outnumbered).
 17220 | D:7      | 17220 ||| Stepping ~*~*~tactically~*~*~ (outnumbered).
 17222 | D:7      | 17222 ||| Stepping ~*~*~tactically~*~*~ (outnumbered).
 17224 | D:7      | 17224 ||| Stepping ~*~*~tactically~*~*~ (outnumbered).
 17226 | D:7      | 17226 ||| Stepping ~*~*~tactically~*~*~ (outnumbered).
 17228 | D:7      | 17228 ||| Stepping ~*~*~tactically~*~*~ (outnumbered).
 17230 | D:7      | 17230 ||| Stepping ~*~*~tactically~*~*~ (outnumbered).
 17232 | D:7      | 17232 ||| Stepping ~*~*~tactically~*~*~ (outnumbered).
 17234 | D:7      | 17234 ||| Stepping ~*~*~tactically~*~*~ (outnumbered).
 17236 | D:7      | 17236 ||| Stepping ~*~*~tactically~*~*~ (outnumbered).
 17238 | D:7      | 17238 ||| Stepping ~*~*~tactically~*~*~ (outnumbered).
 17240 | D:7      | 17240 ||| Stepping ~*~*~tactically~*~*~ (outnumbered).
 17242 | D:7      | 17242 ||| Stepping ~*~*~tactically~*~*~ (outnumbered).
 17244 | D:7      | 17244 ||| Stepping ~*~*~tactically~*~*~ (outnumbered).
 17246 | D:7      | 17246 ||| Stepping ~*~*~tactically~*~*~ (outnumbered).
 17248 | D:7      | 17248 ||| Stepping ~*~*~tactically~*~*~ (outnumbered).
 17250 | D:7      | 17250 ||| Stepping ~*~*~tactically~*~*~ (outnumbered).
 17252 | D:7      | 17252 ||| Stepping ~*~*~tactically~*~*~ (outnumbered).
 17254 | D:7      | 17254 ||| Stepping ~*~*~tactically~*~*~ (outnumbered).
 17256 | D:7      | 17256 ||| Stepping ~*~*~tactically~*~*~ (outnumbered).
 17258 | D:7      | 17258 ||| Stepping ~*~*~tactically~*~*~ (outnumbered).
 17260 | D:7      | 17260 ||| Stepping ~*~*~tactically~*~*~ (outnumbered).
 17262 | D:7      | 17262 ||| Stepping ~*~*~tactically~*~*~ (outnumbered).
 17264 | D:7      | 17264 ||| Stepping ~*~*~tactically~*~*~ (outnumbered).
 17266 | D:7      | 17266 ||| Stepping ~*~*~tactically~*~*~ (outnumbered).
 17268 | D:7      | 17268 ||| Stepping ~*~*~tactically~*~*~ (outnumbered).
 17270 | D:7      | 17270 ||| Stepping ~*~*~tactically~*~*~ (outnumbered).
 17272 | D:7      | 17272 ||| Stepping ~*~*~tactically~*~*~ (outnumbered).
 17274 | D:7      | 17274 ||| Stepping ~*~*~tactically~*~*~ (outnumbered).
 17276 | D:7      | 17276 ||| Stepping ~*~*~tactically~*~*~ (outnumbered).
 17278 | D:7      | 17278 ||| Stepping ~*~*~tactically~*~*~ (outnumbered).
 17280 | D:7      | 17280 ||| Stepping ~*~*~tactically~*~*~ (outnumbered).
 17282 | D:7      | 17282 ||| Stepping ~*~*~tactically~*~*~ (outnumbered).
 17284 | D:7      | 17284 ||| Stepping ~*~*~tactically~*~*~ (outnumbered).
 17286 | D:7      | 17286 ||| Stepping ~*~*~tactically~*~*~ (outnumbered).
 17288 | D:7      | 17288 ||| Stepping ~*~*~tactically~*~*~ (outnumbered).
 17290 | D:7      | 17290 ||| Stepping ~*~*~tactically~*~*~ (outnumbered).
 17292 | D:7      | 17292 ||| Stepping ~*~*~tactically~*~*~ (outnumbered).
 17294 | D:7      | 17294 ||| Stepping ~*~*~tactically~*~*~ (outnumbered).
 17296 | D:7      | 17296 ||| Stepping ~*~*~tactically~*~*~ (outnumbered).
 17298 | D:7      | 17298 ||| Stepping ~*~*~tactically~*~*~ (outnumbered).
 17300 | D:7      | 17300 ||| Stepping ~*~*~tactically~*~*~ (outnumbered).
 17302 | D:7      | 17302 ||| Stepping ~*~*~tactically~*~*~ (outnumbered).
 17304 | D:7      | 17304 ||| Stepping ~*~*~tactically~*~*~ (outnumbered).
 17306 | D:7      | 17306 ||| Stepping ~*~*~tactically~*~*~ (outnumbered).
 17308 | D:7      | 17308 ||| Stepping ~*~*~tactically~*~*~ (outnumbered).
 17310 | D:7      | 17310 ||| Stepping ~*~*~tactically~*~*~ (outnumbered).
 17312 | D:7      | 17312 ||| Stepping ~*~*~tactically~*~*~ (outnumbered).
 17314 | D:7      | 17314 ||| Stepping ~*~*~tactically~*~*~ (outnumbered).
 17316 | D:7      | 17316 ||| Stepping ~*~*~tactically~*~*~ (outnumbered).
 17318 | D:7      | 17318 ||| Stepping ~*~*~tactically~*~*~ (outnumbered).
 17320 | D:7      | 17320 ||| Stepping ~*~*~tactically~*~*~ (outnumbered).
 17322 | D:7      | 17322 ||| Stepping ~*~*~tactically~*~*~ (outnumbered).
 17324 | D:7      | 17324 ||| Stepping ~*~*~tactically~*~*~ (outnumbered).
 17326 | D:7      | 17326 ||| Stepping ~*~*~tactically~*~*~ (outnumbered).
 17328 | D:7      | 17328 ||| Stepping ~*~*~tactically~*~*~ (outnumbered).
 17330 | D:7      | 17330 ||| Stepping ~*~*~tactically~*~*~ (outnumbered).
 17332 | D:7      | 17332 ||| Stepping ~*~*~tactically~*~*~ (outnumbered).
 17334 | D:7      | 17334 ||| Stepping ~*~*~tactically~*~*~ (outnumbered).
 17336 | D:7      | 17336 ||| Stepping ~*~*~tactically~*~*~ (outnumbered).
 17338 | D:7      | 17338 ||| Stepping ~*~*~tactically~*~*~ (outnumbered).
 17340 | D:7      | 17340 ||| Stepping ~*~*~tactically~*~*~ (outnumbered).
 17342 | D:7      | 17342 ||| Stepping ~*~*~tactically~*~*~ (outnumbered).
 17344 | D:7      | 17344 ||| Stepping ~*~*~tactically~*~*~ (outnumbered).
 17346 | D:7      | 17346 ||| Stepping ~*~*~tactically~*~*~ (outnumbered).
 17348 | D:7      | 17348 ||| Stepping ~*~*~tactically~*~*~ (outnumbered).
 17350 | D:7      | 17350 ||| Stepping ~*~*~tactically~*~*~ (outnumbered).
 17352 | D:7      | 17352 ||| Stepping ~*~*~tactically~*~*~ (outnumbered).
 17354 | D:7      | 17354 ||| Stepping ~*~*~tactically~*~*~ (outnumbered).
 17356 | D:7      | 17356 ||| Stepping ~*~*~tactically~*~*~ (outnumbered).
 17358 | D:7      | 17358 ||| Stepping ~*~*~tactically~*~*~ (outnumbered).
 17360 | D:7      | 17360 ||| Stepping ~*~*~tactically~*~*~ (outnumbered).
 17362 | D:7      | 17362 ||| Stepping ~*~*~tactically~*~*~ (outnumbered).
 17364 | D:7      | 17364 ||| Stepping ~*~*~tactically~*~*~ (outnumbered).
 17366 | D:7      | 17366 ||| Stepping ~*~*~tactically~*~*~ (outnumbered).
 17368 | D:7      | 17368 ||| Stepping ~*~*~tactically~*~*~ (outnumbered).
 17370 | D:7      | 17370 ||| Stepping ~*~*~tactically~*~*~ (outnumbered).
 17372 | D:7      | 17372 ||| Stepping ~*~*~tactically~*~*~ (outnumbered).
 17374 | D:7      | 17374 ||| Stepping ~*~*~tactically~*~*~ (outnumbered).
 17376 | D:7      | 17376 ||| Stepping ~*~*~tactically~*~*~ (outnumbered).
 17378 | D:7      | 17378 ||| Stepping ~*~*~tactically~*~*~ (outnumbered).
 17380 | D:7      | 17380 ||| Stepping ~*~*~tactically~*~*~ (outnumbered).
 17382 | D:7      | 17382 ||| Stepping ~*~*~tactically~*~*~ (outnumbered).
 17384 | D:7      | 17384 ||| Stepping ~*~*~tactically~*~*~ (outnumbered).
 17386 | D:7      | 17386 ||| Stepping ~*~*~tactically~*~*~ (outnumbered).
 17388 | D:7      | 17388 ||| Stepping ~*~*~tactically~*~*~ (outnumbered).
 17390 | D:7      | 17390 ||| Stepping ~*~*~tactically~*~*~ (outnumbered).
 17392 | D:7      | 17392 ||| Stepping ~*~*~tactically~*~*~ (outnumbered).
 17394 | D:7      | 17394 ||| Stepping ~*~*~tactically~*~*~ (outnumbered).
 17396 | D:7      | 17396 ||| Stepping ~*~*~tactically~*~*~ (outnumbered).
 17398 | D:7      | 17398 ||| Stepping ~*~*~tactically~*~*~ (outnumbered).
 17400 | D:7      | 17400 ||| Stepping ~*~*~tactically~*~*~ (outnumbered).
 17402 | D:7      | 17402 ||| Stepping ~*~*~tactically~*~*~ (outnumbered).
 17404 | D:7      | 17404 ||| Stepping ~*~*~tactically~*~*~ (outnumbered).
 17406 | D:7      | 17406 ||| Stepping ~*~*~tactically~*~*~ (outnumbered).
 17408 | D:7      | 17408 ||| Stepping ~*~*~tactically~*~*~ (outnumbered).
 17410 | D:7      | 17410 ||| Stepping ~*~*~tactically~*~*~ (outnumbered).
 17412 | D:7      | 17412 ||| Stepping ~*~*~tactically~*~*~ (outnumbered).
 17414 | D:7      | 17414 ||| Stepping ~*~*~tactically~*~*~ (outnumbered).
 17416 | D:7      | 17416 ||| Stepping ~*~*~tactically~*~*~ (outnumbered).
 17418 | D:7      | 17418 ||| Stepping ~*~*~tactically~*~*~ (outnumbered).
 17420 | D:7      | 17420 ||| Stepping ~*~*~tactically~*~*~ (outnumbered).
 17422 | D:7      | 17422 ||| Stepping ~*~*~tactically~*~*~ (outnumbered).
 17424 | D:7      | 17424 ||| Stepping ~*~*~tactically~*~*~ (outnumbered).
 17426 | D:7      | 17426 ||| Stepping ~*~*~tactically~*~*~ (outnumbered).
 17428 | D:7      | 17428 ||| Stepping ~*~*~tactically~*~*~ (outnumbered).
 17430 | D:7      | 17430 ||| Stepping ~*~*~tactically~*~*~ (outnumbered).
 17432 | D:7      | 17432 ||| Stepping ~*~*~tactically~*~*~ (outnumbered).
 17434 | D:7      | 17434 ||| Stepping ~*~*~tactically~*~*~ (outnumbered).
 17436 | D:7      | 17436 ||| Stepping ~*~*~tactically~*~*~ (outnumbered).
 17438 | D:7      | 17438 ||| Stepping ~*~*~tactically~*~*~ (outnumbered).
 17440 | D:7      | 17440 ||| Stepping ~*~*~tactically~*~*~ (outnumbered).
 17442 | D:7      | 17442 ||| Stepping ~*~*~tactically~*~*~ (outnumbered).
 17444 | D:7      | 17444 ||| Stepping ~*~*~tactically~*~*~ (outnumbered).
 17446 | D:7      | 17446 ||| Stepping ~*~*~tactically~*~*~ (outnumbered).
 17448 | D:7      | 17448 ||| Stepping ~*~*~tactically~*~*~ (outnumbered).
 17450 | D:7      | 17450 ||| Stepping ~*~*~tactically~*~*~ (outnumbered).
 17452 | D:7      | 17452 ||| Stepping ~*~*~tactically~*~*~ (outnumbered).
 17454 | D:7      | 17454 ||| Stepping ~*~*~tactically~*~*~ (outnumbered).
 17456 | D:7      | 17456 ||| Stepping ~*~*~tactically~*~*~ (outnumbered).
 17458 | D:7      | 17458 ||| Stepping ~*~*~tactically~*~*~ (outnumbered).
 17460 | D:7      | 17460 ||| Stepping ~*~*~tactically~*~*~ (outnumbered).
 17462 | D:7      | 17462 ||| Stepping ~*~*~tactically~*~*~ (outnumbered).
 17464 | D:7      | 17464 ||| Stepping ~*~*~tactically~*~*~ (outnumbered).
 17466 | D:7      | 17466 ||| Stepping ~*~*~tactically~*~*~ (outnumbered).
 17468 | D:7      | 17468 ||| Stepping ~*~*~tactically~*~*~ (outnumbered).
 17470 | D:7      | 17470 ||| Stepping ~*~*~tactically~*~*~ (outnumbered).
 17472 | D:7      | 17472 ||| Stepping ~*~*~tactically~*~*~ (outnumbered).
 17474 | D:7      | 17474 ||| Stepping ~*~*~tactically~*~*~ (outnumbered).
 17476 | D:7      | 17476 ||| Stepping ~*~*~tactically~*~*~ (outnumbered).
 17478 | D:7      | 17478 ||| Stepping ~*~*~tactically~*~*~ (outnumbered).
 17480 | D:7      | 17480 ||| Stepping ~*~*~tactically~*~*~ (outnumbered).
 17482 | D:7      | 17482 ||| Stepping ~*~*~tactically~*~*~ (outnumbered).
 17484 | D:7      | 17484 ||| Stepping ~*~*~tactically~*~*~ (outnumbered).
 17486 | D:7      | 17486 ||| Stepping ~*~*~tactically~*~*~ (outnumbered).
 17488 | D:7      | 17488 ||| Stepping ~*~*~tactically~*~*~ (outnumbered).
 17490 | D:7      | 17490 ||| Stepping ~*~*~tactically~*~*~ (outnumbered).
 17492 | D:7      | 17492 ||| Stepping ~*~*~tactically~*~*~ (outnumbered).
 17494 | D:7      | 17494 ||| Stepping ~*~*~tactically~*~*~ (outnumbered).
 17496 | D:7      | 17496 ||| Stepping ~*~*~tactically~*~*~ (outnumbered).
 17498 | D:7      | 17498 ||| Stepping ~*~*~tactically~*~*~ (outnumbered).
 17500 | D:7      | 17500 ||| Stepping ~*~*~tactically~*~*~ (outnumbered).
 17502 | D:7      | 17502 ||| Stepping ~*~*~tactically~*~*~ (outnumbered).
 17504 | D:7      | 17504 ||| Stepping ~*~*~tactically~*~*~ (outnumbered).
 17506 | D:7      | 17506 ||| Stepping ~*~*~tactically~*~*~ (outnumbered).
 17508 | D:7      | 17508 ||| Stepping ~*~*~tactically~*~*~ (outnumbered).
 17510 | D:7      | 17510 ||| Stepping ~*~*~tactically~*~*~ (outnumbered).
 17512 | D:7      | 17512 ||| Stepping ~*~*~tactically~*~*~ (outnumbered).
 17514 | D:7      | 17514 ||| Stepping ~*~*~tactically~*~*~ (outnumbered).
 17516 | D:7      | 17516 ||| Stepping ~*~*~tactically~*~*~ (outnumbered).
 17518 | D:7      | 17518 ||| Stepping ~*~*~tactically~*~*~ (outnumbered).
 17520 | D:7      | 17520 ||| Stepping ~*~*~tactically~*~*~ (outnumbered).
 17522 | D:7      | 17522 ||| Stepping ~*~*~tactically~*~*~ (outnumbered).
 17524 | D:7      | 17524 ||| Stepping ~*~*~tactically~*~*~ (outnumbered).
 17526 | D:7      | 17526 ||| Stepping ~*~*~tactically~*~*~ (outnumbered).
 17528 | D:7      | 17528 ||| Stepping ~*~*~tactically~*~*~ (outnumbered).
 17530 | D:7      | 17530 ||| Stepping ~*~*~tactically~*~*~ (outnumbered).
 17532 | D:7      | 17532 ||| Stepping ~*~*~tactically~*~*~ (outnumbered).
 17534 | D:7      | 17534 ||| Stepping ~*~*~tactically~*~*~ (outnumbered).
 17536 | D:7      | 17536 ||| Stepping ~*~*~tactically~*~*~ (outnumbered).
 17538 | D:7      | 17538 ||| Stepping ~*~*~tactically~*~*~ (outnumbered).
 17540 | D:7      | 17540 ||| Stepping ~*~*~tactically~*~*~ (outnumbered).
 17542 | D:7      | 17542 ||| Stepping ~*~*~tactically~*~*~ (outnumbered).
 17544 | D:7      | 17544 ||| Stepping ~*~*~tactically~*~*~ (outnumbered).
 17546 | D:7      | 17546 ||| Stepping ~*~*~tactically~*~*~ (outnumbered).
 17548 | D:7      | 17548 ||| Stepping ~*~*~tactically~*~*~ (outnumbered).
 17550 | D:7      | 17550 ||| Stepping ~*~*~tactically~*~*~ (outnumbered).
 17552 | D:7      | 17552 ||| Stepping ~*~*~tactically~*~*~ (outnumbered).
 17554 | D:7      | 17554 ||| Stepping ~*~*~tactically~*~*~ (outnumbered).
 17556 | D:7      | 17556 ||| Stepping ~*~*~tactically~*~*~ (outnumbered).
 17558 | D:7      | 17558 ||| Stepping ~*~*~tactically~*~*~ (outnumbered).
 17560 | D:7      | 17560 ||| Stepping ~*~*~tactically~*~*~ (outnumbered).
 17562 | D:7      | 17562 ||| Stepping ~*~*~tactically~*~*~ (outnumbered).
 17564 | D:7      | 17564 ||| Stepping ~*~*~tactically~*~*~ (outnumbered).
 17566 | D:7      | 17566 ||| Stepping ~*~*~tactically~*~*~ (outnumbered).
 17568 | D:7      | 17568 ||| Stepping ~*~*~tactically~*~*~ (outnumbered).
 17570 | D:7      | 17570 ||| Stepping ~*~*~tactically~*~*~ (outnumbered).
 17572 | D:7      | 17572 ||| Stepping ~*~*~tactically~*~*~ (outnumbered).
 17574 | D:7      | 17574 ||| Stepping ~*~*~tactically~*~*~ (outnumbered).
 17576 | D:7      | 17576 ||| Stepping ~*~*~tactically~*~*~ (outnumbered).
 17578 | D:7      | 17578 ||| Stepping ~*~*~tactically~*~*~ (outnumbered).
 17580 | D:7      | 17580 ||| Stepping ~*~*~tactically~*~*~ (outnumbered).
 17582 | D:7      | 17582 ||| Stepping ~*~*~tactically~*~*~ (outnumbered).
 17584 | D:7      | 17584 ||| Stepping ~*~*~tactically~*~*~ (outnumbered).
 17586 | D:7      | 17586 ||| Stepping ~*~*~tactically~*~*~ (outnumbered).
 17588 | D:7      | 17588 ||| Stepping ~*~*~tactically~*~*~ (outnumbered).
 17590 | D:7      | 17590 ||| Stepping ~*~*~tactically~*~*~ (outnumbered).
 17592 | D:7      | 17592 ||| Stepping ~*~*~tactically~*~*~ (outnumbered).
 17594 | D:7      | 17594 ||| Stepping ~*~*~tactically~*~*~ (outnumbered).
 17596 | D:7      | 17596 ||| Stepping ~*~*~tactically~*~*~ (outnumbered).
 17598 | D:7      | 17598 ||| Stepping ~*~*~tactically~*~*~ (outnumbered).
 17600 | D:7      | 17600 ||| Stepping ~*~*~tactically~*~*~ (outnumbered).
 17602 | D:7      | 17602 ||| Stepping ~*~*~tactically~*~*~ (outnumbered).
 17604 | D:7      | 17604 ||| Stepping ~*~*~tactically~*~*~ (outnumbered).
 17606 | D:7      | 17606 ||| Stepping ~*~*~tactically~*~*~ (outnumbered).
 17608 | D:7      | 17608 ||| Stepping ~*~*~tactically~*~*~ (outnumbered).
 17610 | D:7      | 17610 ||| Stepping ~*~*~tactically~*~*~ (outnumbered).
 17612 | D:7      | 17612 ||| Stepping ~*~*~tactically~*~*~ (outnumbered).
 17614 | D:7      | 17614 ||| Stepping ~*~*~tactically~*~*~ (outnumbered).
 17616 | D:7      | 17616 ||| Stepping ~*~*~tactically~*~*~ (outnumbered).
 17618 | D:7      | 17618 ||| Stepping ~*~*~tactically~*~*~ (outnumbered).
 17620 | D:7      | 17620 ||| Stepping ~*~*~tactically~*~*~ (outnumbered).
 17622 | D:7      | 17622 ||| Stepping ~*~*~tactically~*~*~ (outnumbered).
 17624 | D:7      | 17624 ||| Stepping ~*~*~tactically~*~*~ (outnumbered).
 17626 | D:7      | 17626 ||| Stepping ~*~*~tactically~*~*~ (outnumbered).
 17628 | D:7      | 17628 ||| Stepping ~*~*~tactically~*~*~ (outnumbered).
 17630 | D:7      | 17630 ||| Stepping ~*~*~tactically~*~*~ (outnumbered).
 17632 | D:7      | 17632 ||| Stepping ~*~*~tactically~*~*~ (outnumbered).
 17634 | D:7      | 17634 ||| Stepping ~*~*~tactically~*~*~ (outnumbered).
 17636 | D:7      | 17636 ||| Stepping ~*~*~tactically~*~*~ (outnumbered).
 17638 | D:7      | 17638 ||| Stepping ~*~*~tactically~*~*~ (outnumbered).
 17640 | D:7      | 17640 ||| Stepping ~*~*~tactically~*~*~ (outnumbered).
 17642 | D:7      | 17642 ||| Stepping ~*~*~tactically~*~*~ (outnumbered).
 17644 | D:7      | 17644 ||| Stepping ~*~*~tactically~*~*~ (outnumbered).
 17646 | D:7      | 17646 ||| Stepping ~*~*~tactically~*~*~ (outnumbered).
 17648 | D:7      | 17648 ||| Stepping ~*~*~tactically~*~*~ (outnumbered).
 17650 | D:7      | 17650 ||| Stepping ~*~*~tactically~*~*~ (outnumbered).
 17652 | D:7      | 17652 ||| Stepping ~*~*~tactically~*~*~ (outnumbered).
 17654 | D:7      | 17654 ||| Stepping ~*~*~tactically~*~*~ (outnumbered).
 17656 | D:7      | 17656 ||| Stepping ~*~*~tactically~*~*~ (outnumbered).
 17658 | D:7      | 17658 ||| Stepping ~*~*~tactically~*~*~ (outnumbered).
 17660 | D:7      | 17660 ||| Stepping ~*~*~tactically~*~*~ (outnumbered).
 17662 | D:7      | 17662 ||| Stepping ~*~*~tactically~*~*~ (outnumbered).
 17664 | D:7      | 17664 ||| Stepping ~*~*~tactically~*~*~ (outnumbered).
 17666 | D:7      | 17666 ||| Stepping ~*~*~tactically~*~*~ (outnumbered).
 17668 | D:7      | 17668 ||| Stepping ~*~*~tactically~*~*~ (outnumbered).
 17670 | D:7      | 17670 ||| Stepping ~*~*~tactically~*~*~ (outnumbered).
 17672 | D:7      | 17672 ||| Stepping ~*~*~tactically~*~*~ (outnumbered).
 17674 | D:7      | 17674 ||| Stepping ~*~*~tactically~*~*~ (outnumbered).
 17676 | D:7      | 17676 ||| Stepping ~*~*~tactically~*~*~ (outnumbered).
 17678 | D:7      | 17678 ||| Stepping ~*~*~tactically~*~*~ (outnumbered).
 17680 | D:7      | 17680 ||| Stepping ~*~*~tactically~*~*~ (outnumbered).
 17682 | D:7      | 17682 ||| Stepping ~*~*~tactically~*~*~ (outnumbered).
 17684 | D:7      | 17684 ||| Stepping ~*~*~tactically~*~*~ (outnumbered).
 17686 | D:7      | 17686 ||| Stepping ~*~*~tactically~*~*~ (outnumbered).
 17688 | D:7      | 17688 ||| Stepping ~*~*~tactically~*~*~ (outnumbered).
 17690 | D:7      | 17690 ||| Stepping ~*~*~tactically~*~*~ (outnumbered).
 17692 | D:7      | 17692 ||| Stepping ~*~*~tactically~*~*~ (outnumbered).
 17694 | D:7      | 17694 ||| Stepping ~*~*~tactically~*~*~ (outnumbered).
 17696 | D:7      | 17696 ||| Stepping ~*~*~tactically~*~*~ (outnumbered).
 17698 | D:7      | 17698 ||| Stepping ~*~*~tactically~*~*~ (outnumbered).
 17700 | D:7      | 17700 ||| Stepping ~*~*~tactically~*~*~ (outnumbered).
 17702 | D:7      | 17702 ||| Stepping ~*~*~tactically~*~*~ (outnumbered).
 17704 | D:7      | 17704 ||| Stepping ~*~*~tactically~*~*~ (outnumbered).
 17706 | D:7      | 17706 ||| Stepping ~*~*~tactically~*~*~ (outnumbered).
 17708 | D:7      | 17708 ||| Stepping ~*~*~tactically~*~*~ (outnumbered).
 17710 | D:7      | 17710 ||| Stepping ~*~*~tactically~*~*~ (outnumbered).
 17712 | D:7      | 17712 ||| Stepping ~*~*~tactically~*~*~ (outnumbered).
 17714 | D:7      | 17714 ||| Stepping ~*~*~tactically~*~*~ (outnumbered).
 17716 | D:7      | 17716 ||| Stepping ~*~*~tactically~*~*~ (outnumbered).
 17718 | D:7      | 17718 ||| Stepping ~*~*~tactically~*~*~ (outnumbered).
 17720 | D:7      | 17720 ||| Stepping ~*~*~tactically~*~*~ (outnumbered).
 17722 | D:7      | 17722 ||| Stepping ~*~*~tactically~*~*~ (outnumbered).
 17724 | D:7      | 17724 ||| Stepping ~*~*~tactically~*~*~ (outnumbered).
 17726 | D:7      | 17726 ||| Stepping ~*~*~tactically~*~*~ (outnumbered).
 17728 | D:7      | 17728 ||| Stepping ~*~*~tactically~*~*~ (outnumbered).
 17730 | D:7      | 17730 ||| Stepping ~*~*~tactically~*~*~ (outnumbered).
 17732 | D:7      | 17732 ||| Stepping ~*~*~tactically~*~*~ (outnumbered).
 17734 | D:7      | 17734 ||| Stepping ~*~*~tactically~*~*~ (outnumbered).
 17736 | D:7      | 17736 ||| Stepping ~*~*~tactically~*~*~ (outnumbered).
 17738 | D:7      | 17738 ||| Stepping ~*~*~tactically~*~*~ (outnumbered).
 17740 | D:7      | 17740 ||| Stepping ~*~*~tactically~*~*~ (outnumbered).
 17742 | D:7      | 17742 ||| Stepping ~*~*~tactically~*~*~ (outnumbered).
 17744 | D:7      | 17744 ||| Stepping ~*~*~tactically~*~*~ (outnumbered).
 17746 | D:7      | 17746 ||| Stepping ~*~*~tactically~*~*~ (outnumbered).
 17748 | D:7      | 17748 ||| Stepping ~*~*~tactically~*~*~ (outnumbered).
 17750 | D:7      | 17750 ||| Stepping ~*~*~tactically~*~*~ (outnumbered).
 17752 | D:7      | 17752 ||| Stepping ~*~*~tactically~*~*~ (outnumbered).
 17754 | D:7      | 17754 ||| Stepping ~*~*~tactically~*~*~ (outnumbered).
 17756 | D:7      | 17756 ||| Stepping ~*~*~tactically~*~*~ (outnumbered).
 17758 | D:7      | 17758 ||| Stepping ~*~*~tactically~*~*~ (outnumbered).
 17760 | D:7      | 17760 ||| Stepping ~*~*~tactically~*~*~ (outnumbered).
 17762 | D:7      | 17762 ||| Stepping ~*~*~tactically~*~*~ (outnumbered).
 17764 | D:7      | 17764 ||| Stepping ~*~*~tactically~*~*~ (outnumbered).
 17766 | D:7      | 17766 ||| Stepping ~*~*~tactically~*~*~ (outnumbered).
 17768 | D:7      | 17768 ||| Stepping ~*~*~tactically~*~*~ (outnumbered).
 17770 | D:7      | 17770 ||| Stepping ~*~*~tactically~*~*~ (outnumbered).
 17772 | D:7      | 17772 ||| Stepping ~*~*~tactically~*~*~ (outnumbered).
 17774 | D:7      | 17774 ||| Stepping ~*~*~tactically~*~*~ (outnumbered).
 17776 | D:7      | 17776 ||| Stepping ~*~*~tactically~*~*~ (outnumbered).
 17778 | D:7      | 17778 ||| Stepping ~*~*~tactically~*~*~ (outnumbered).
 17780 | D:7      | 17780 ||| Stepping ~*~*~tactically~*~*~ (outnumbered).
 17782 | D:7      | 17782 ||| Stepping ~*~*~tactically~*~*~ (outnumbered).
 17784 | D:7      | 17784 ||| Stepping ~*~*~tactically~*~*~ (outnumbered).
 17786 | D:7      | 17786 ||| Stepping ~*~*~tactically~*~*~ (outnumbered).
 17788 | D:7      | 17788 ||| Stepping ~*~*~tactically~*~*~ (outnumbered).
 17790 | D:7      | 17790 ||| Stepping ~*~*~tactically~*~*~ (outnumbered).
 17792 | D:7      | 17792 ||| Stepping ~*~*~tactically~*~*~ (outnumbered).
 17794 | D:7      | 17794 ||| Stepping ~*~*~tactically~*~*~ (outnumbered).
 17796 | D:7      | 17796 ||| Stepping ~*~*~tactically~*~*~ (outnumbered).
 17798 | D:7      | 17798 ||| Stepping ~*~*~tactically~*~*~ (outnumbered).
 17800 | D:7      | 17800 ||| Stepping ~*~*~tactically~*~*~ (outnumbered).
 17802 | D:7      | 17802 ||| Stepping ~*~*~tactically~*~*~ (outnumbered).
 17804 | D:7      | 17804 ||| Stepping ~*~*~tactically~*~*~ (outnumbered).
 17806 | D:7      | 17806 ||| Stepping ~*~*~tactically~*~*~ (outnumbered).
 17808 | D:7      | 17808 ||| Stepping ~*~*~tactically~*~*~ (outnumbered).
 17810 | D:7      | 17810 ||| Stepping ~*~*~tactically~*~*~ (outnumbered).
 17812 | D:7      | 17812 ||| Stepping ~*~*~tactically~*~*~ (outnumbered).
 17814 | D:7      | 17814 ||| Stepping ~*~*~tactically~*~*~ (outnumbered).
 17816 | D:7      | 17816 ||| Stepping ~*~*~tactically~*~*~ (outnumbered).
 17818 | D:7      | 17818 ||| Stepping ~*~*~tactically~*~*~ (outnumbered).
 17820 | D:7      | 17820 ||| Stepping ~*~*~tactically~*~*~ (outnumbered).
 17822 | D:7      | 17822 ||| Stepping ~*~*~tactically~*~*~ (outnumbered).
 17824 | D:7      | 17824 ||| Stepping ~*~*~tactically~*~*~ (outnumbered).
 17826 | D:7      | 17826 ||| Stepping ~*~*~tactically~*~*~ (outnumbered).
 17828 | D:7      | 17828 ||| Stepping ~*~*~tactically~*~*~ (outnumbered).
 17830 | D:7      | 17830 ||| Stepping ~*~*~tactically~*~*~ (outnumbered).
 17832 | D:7      | 17832 ||| Stepping ~*~*~tactically~*~*~ (outnumbered).
 17834 | D:7      | 17834 ||| Stepping ~*~*~tactically~*~*~ (outnumbered).
 17836 | D:7      | 17836 ||| Stepping ~*~*~tactically~*~*~ (outnumbered).
 17838 | D:7      | 17838 ||| Stepping ~*~*~tactically~*~*~ (outnumbered).
 17840 | D:7      | 17840 ||| Stepping ~*~*~tactically~*~*~ (outnumbered).
 17842 | D:7      | 17842 ||| Stepping ~*~*~tactically~*~*~ (outnumbered).
 17844 | D:7      | 17844 ||| Stepping ~*~*~tactically~*~*~ (outnumbered).
 17846 | D:7      | 17846 ||| Stepping ~*~*~tactically~*~*~ (outnumbered).
 17848 | D:7      | 17848 ||| Stepping ~*~*~tactically~*~*~ (outnumbered).
 17850 | D:7      | 17850 ||| Stepping ~*~*~tactically~*~*~ (outnumbered).
 17852 | D:7      | 17852 ||| Stepping ~*~*~tactically~*~*~ (outnumbered).
 17854 | D:7      | 17854 ||| Stepping ~*~*~tactically~*~*~ (outnumbered).
 17856 | D:7      | 17856 ||| Stepping ~*~*~tactically~*~*~ (outnumbered).
 17858 | D:7      | 17858 ||| Stepping ~*~*~tactically~*~*~ (outnumbered).
 17860 | D:7      | 17860 ||| Stepping ~*~*~tactically~*~*~ (outnumbered).
 17862 | D:7      | 17862 ||| Stepping ~*~*~tactically~*~*~ (outnumbered).
 17864 | D:7      | 17864 ||| Stepping ~*~*~tactically~*~*~ (outnumbered).
 17866 | D:7      | 17866 ||| Stepping ~*~*~tactically~*~*~ (outnumbered).
 17868 | D:7      | 17868 ||| Stepping ~*~*~tactically~*~*~ (outnumbered).
 17870 | D:7      | 17870 ||| Stepping ~*~*~tactically~*~*~ (outnumbered).
 17872 | D:7      | 17872 ||| Stepping ~*~*~tactically~*~*~ (outnumbered).
 17874 | D:7      | 17874 ||| Stepping ~*~*~tactically~*~*~ (outnumbered).
 17876 | D:7      | 17876 ||| Stepping ~*~*~tactically~*~*~ (outnumbered).
 17878 | D:7      | 17878 ||| Stepping ~*~*~tactically~*~*~ (outnumbered).
 17880 | D:7      | 17880 ||| Stepping ~*~*~tactically~*~*~ (outnumbered).
 17882 | D:7      | 17882 ||| Stepping ~*~*~tactically~*~*~ (outnumbered).
 17884 | D:7      | 17884 ||| Stepping ~*~*~tactically~*~*~ (outnumbered).
 17886 | D:7      | 17886 ||| Stepping ~*~*~tactically~*~*~ (outnumbered).
 17888 | D:7      | 17888 ||| Stepping ~*~*~tactically~*~*~ (outnumbered).
 17890 | D:7      | 17890 ||| Stepping ~*~*~tactically~*~*~ (outnumbered).
 17892 | D:7      | 17892 ||| Stepping ~*~*~tactically~*~*~ (outnumbered).
 17894 | D:7      | 17894 ||| Stepping ~*~*~tactically~*~*~ (outnumbered).
 17896 | D:7      | 17896 ||| Stepping ~*~*~tactically~*~*~ (outnumbered).
 17898 | D:7      | 17898 ||| Stepping ~*~*~tactically~*~*~ (outnumbered).
 17900 | D:7      | 17900 ||| Stepping ~*~*~tactically~*~*~ (outnumbered).
 17902 | D:7      | 17902 ||| Stepping ~*~*~tactically~*~*~ (outnumbered).
 17904 | D:7      | 17904 ||| Stepping ~*~*~tactically~*~*~ (outnumbered).
 17906 | D:7      | 17906 ||| Stepping ~*~*~tactically~*~*~ (outnumbered).
 17908 | D:7      | 17908 ||| Stepping ~*~*~tactically~*~*~ (outnumbered).
 17910 | D:7      | 17910 ||| Stepping ~*~*~tactically~*~*~ (outnumbered).
 17912 | D:7      | 17912 ||| Stepping ~*~*~tactically~*~*~ (outnumbered).
 17914 | D:7      | 17914 ||| Stepping ~*~*~tactically~*~*~ (outnumbered).
 17916 | D:7      | 17916 ||| Stepping ~*~*~tactically~*~*~ (outnumbered).
 17918 | D:7      | 17918 ||| Stepping ~*~*~tactically~*~*~ (outnumbered).
 17920 | D:7      | 17920 ||| Stepping ~*~*~tactically~*~*~ (outnumbered).
 17922 | D:7      | 17922 ||| Stepping ~*~*~tactically~*~*~ (outnumbered).
 17924 | D:7      | 17924 ||| Stepping ~*~*~tactically~*~*~ (outnumbered).
 17926 | D:7      | 17926 ||| Stepping ~*~*~tactically~*~*~ (outnumbered).
 17928 | D:7      | 17928 ||| Stepping ~*~*~tactically~*~*~ (outnumbered).
 17930 | D:7      | 17930 ||| Stepping ~*~*~tactically~*~*~ (outnumbered).
 17932 | D:7      | 17932 ||| Stepping ~*~*~tactically~*~*~ (outnumbered).
 17934 | D:7      | 17934 ||| Stepping ~*~*~tactically~*~*~ (outnumbered).
 17936 | D:7      | 17936 ||| Stepping ~*~*~tactically~*~*~ (outnumbered).
 17938 | D:7      | 17938 ||| Stepping ~*~*~tactically~*~*~ (outnumbered).
 17940 | D:7      | 17940 ||| Stepping ~*~*~tactically~*~*~ (outnumbered).
 17942 | D:7      | 17942 ||| Stepping ~*~*~tactically~*~*~ (outnumbered).
 17944 | D:7      | 17944 ||| Stepping ~*~*~tactically~*~*~ (outnumbered).
 17946 | D:7      | 17946 ||| Stepping ~*~*~tactically~*~*~ (outnumbered).
 17948 | D:7      | 17948 ||| Stepping ~*~*~tactically~*~*~ (outnumbered).
 17950 | D:7      | 17950 ||| Stepping ~*~*~tactically~*~*~ (outnumbered).
 17952 | D:7      | 17952 ||| Stepping ~*~*~tactically~*~*~ (outnumbered).
 17954 | D:7      | 17954 ||| Stepping ~*~*~tactically~*~*~ (outnumbered).
 17956 | D:7      | 17956 ||| Stepping ~*~*~tactically~*~*~ (outnumbered).
 17958 | D:7      | 17958 ||| Stepping ~*~*~tactically~*~*~ (outnumbered).
 17960 | D:7      | 17960 ||| Stepping ~*~*~tactically~*~*~ (outnumbered).
 17962 | D:7      | 17962 ||| Stepping ~*~*~tactically~*~*~ (outnumbered).
 17964 | D:7      | 17964 ||| Stepping ~*~*~tactically~*~*~ (outnumbered).
 17966 | D:7      | 17966 ||| Stepping ~*~*~tactically~*~*~ (outnumbered).
 17968 | D:7      | 17968 ||| Stepping ~*~*~tactically~*~*~ (outnumbered).
 17970 | D:7      | 17970 ||| Stepping ~*~*~tactically~*~*~ (outnumbered).
 17972 | D:7      | 17972 ||| Stepping ~*~*~tactically~*~*~ (outnumbered).
 17974 | D:7      | 17974 ||| Stepping ~*~*~tactically~*~*~ (outnumbered).
 17976 | D:7      | 17976 ||| Stepping ~*~*~tactically~*~*~ (outnumbered).
 17978 | D:7      | 17978 ||| Stepping ~*~*~tactically~*~*~ (outnumbered).
 17980 | D:7      | 17980 ||| Stepping ~*~*~tactically~*~*~ (outnumbered).
 17982 | D:7      | 17982 ||| Stepping ~*~*~tactically~*~*~ (outnumbered).
 17984 | D:7      | 17984 ||| Stepping ~*~*~tactically~*~*~ (outnumbered).
 17986 | D:7      | 17986 ||| Stepping ~*~*~tactically~*~*~ (outnumbered).
 17988 | D:7      | 17988 ||| Stepping ~*~*~tactically~*~*~ (outnumbered).
 17990 | D:7      | 17990 ||| Stepping ~*~*~tactically~*~*~ (outnumbered).
 17992 | D:7      | 17992 ||| Stepping ~*~*~tactically~*~*~ (outnumbered).
 17994 | D:7      | 17994 ||| Stepping ~*~*~tactically~*~*~ (outnumbered).
 17996 | D:7      | 17996 ||| Stepping ~*~*~tactically~*~*~ (outnumbered).
 17998 | D:7      | 17998 ||| Stepping ~*~*~tactically~*~*~ (outnumbered).
 18000 | D:7      | 18000 ||| Stepping ~*~*~tactically~*~*~ (outnumbered).
 18002 | D:7      | 18002 ||| Stepping ~*~*~tactically~*~*~ (outnumbered).
 18004 | D:7      | 18004 ||| Stepping ~*~*~tactically~*~*~ (outnumbered).
 18006 | D:7      | 18006 ||| Stepping ~*~*~tactically~*~*~ (outnumbered).
 18008 | D:7      | 18008 ||| Stepping ~*~*~tactically~*~*~ (outnumbered).
 18010 | D:7      | 18010 ||| Stepping ~*~*~tactically~*~*~ (outnumbered).
 18012 | D:7      | 18012 ||| Stepping ~*~*~tactically~*~*~ (outnumbered).
 18014 | D:7      | 18014 ||| Stepping ~*~*~tactically~*~*~ (outnumbered).
 18016 | D:7      | 18016 ||| Stepping ~*~*~tactically~*~*~ (outnumbered).
 18018 | D:7      | 18018 ||| Stepping ~*~*~tactically~*~*~ (outnumbered).
 18020 | D:7      | 18020 ||| Stepping ~*~*~tactically~*~*~ (outnumbered).
 18022 | D:7      | 18022 ||| Stepping ~*~*~tactically~*~*~ (outnumbered).
 18024 | D:7      | 18024 ||| Stepping ~*~*~tactically~*~*~ (outnumbered).
 18026 | D:7      | 18026 ||| Stepping ~*~*~tactically~*~*~ (outnumbered).
 18028 | D:7      | 18028 ||| Stepping ~*~*~tactically~*~*~ (outnumbered).
 18030 | D:7      | 18030 ||| Stepping ~*~*~tactically~*~*~ (outnumbered).
 18032 | D:7      | 18032 ||| Stepping ~*~*~tactically~*~*~ (outnumbered).
 18034 | D:7      | 18034 ||| Stepping ~*~*~tactically~*~*~ (outnumbered).
 18036 | D:7      | 18036 ||| Stepping ~*~*~tactically~*~*~ (outnumbered).
 18038 | D:7      | 18038 ||| Stepping ~*~*~tactically~*~*~ (outnumbered).
 18040 | D:7      | 18040 ||| Stepping ~*~*~tactically~*~*~ (outnumbered).
 18042 | D:7      | 18042 ||| Stepping ~*~*~tactically~*~*~ (outnumbered).
 18044 | D:7      | 18044 ||| Stepping ~*~*~tactically~*~*~ (outnumbered).
 18046 | D:7      | 18046 ||| Stepping ~*~*~tactically~*~*~ (outnumbered).
 18048 | D:7      | 18048 ||| Stepping ~*~*~tactically~*~*~ (outnumbered).
 18050 | D:7      | 18050 ||| Stepping ~*~*~tactically~*~*~ (outnumbered).
 18052 | D:7      | 18052 ||| Stepping ~*~*~tactically~*~*~ (outnumbered).
 18054 | D:7      | 18054 ||| Stepping ~*~*~tactically~*~*~ (outnumbered).
 18056 | D:7      | 18056 ||| Stepping ~*~*~tactically~*~*~ (outnumbered).
 18058 | D:7      | 18058 ||| Stepping ~*~*~tactically~*~*~ (outnumbered).
 18060 | D:7      | 18060 ||| Stepping ~*~*~tactically~*~*~ (outnumbered).
 18062 | D:7      | 18062 ||| Stepping ~*~*~tactically~*~*~ (outnumbered).
 18064 | D:7      | 18064 ||| Stepping ~*~*~tactically~*~*~ (outnumbered).
 18066 | D:7      | 18066 ||| Stepping ~*~*~tactically~*~*~ (outnumbered).
 18068 | D:7      | 18068 ||| Stepping ~*~*~tactically~*~*~ (outnumbered).
 18070 | D:7      | 18070 ||| Stepping ~*~*~tactically~*~*~ (outnumbered).
 18072 | D:7      | 18072 ||| Stepping ~*~*~tactically~*~*~ (outnumbered).
 18074 | D:7      | 18074 ||| Stepping ~*~*~tactically~*~*~ (outnumbered).
 18076 | D:7      | 18076 ||| Stepping ~*~*~tactically~*~*~ (outnumbered).
 18078 | D:7      | 18078 ||| Stepping ~*~*~tactically~*~*~ (outnumbered).
 18080 | D:7      | 18080 ||| Stepping ~*~*~tactically~*~*~ (outnumbered).
 18082 | D:7      | 18082 ||| Stepping ~*~*~tactically~*~*~ (outnumbered).
 18084 | D:7      | 18084 ||| Stepping ~*~*~tactically~*~*~ (outnumbered).
 18086 | D:7      | 18086 ||| Stepping ~*~*~tactically~*~*~ (outnumbered).
 18088 | D:7      | 18088 ||| Stepping ~*~*~tactically~*~*~ (outnumbered).
 18090 | D:7      | 18090 ||| Stepping ~*~*~tactically~*~*~ (outnumbered).
 18092 | D:7      | 18092 ||| Stepping ~*~*~tactically~*~*~ (outnumbered).
 18094 | D:7      | 18094 ||| Stepping ~*~*~tactically~*~*~ (outnumbered).
 18096 | D:7      | 18096 ||| Stepping ~*~*~tactically~*~*~ (outnumbered).
 18098 | D:7      | 18098 ||| Stepping ~*~*~tactically~*~*~ (outnumbered).
 18100 | D:7      | 18100 ||| Stepping ~*~*~tactically~*~*~ (outnumbered).
 18102 | D:7      | 18102 ||| Stepping ~*~*~tactically~*~*~ (outnumbered).
 18104 | D:7      | 18104 ||| Stepping ~*~*~tactically~*~*~ (outnumbered).
 18106 | D:7      | 18106 ||| Stepping ~*~*~tactically~*~*~ (outnumbered).
 18108 | D:7      | 18108 ||| Stepping ~*~*~tactically~*~*~ (outnumbered).
 18110 | D:7      | 18110 ||| Stepping ~*~*~tactically~*~*~ (outnumbered).
 18112 | D:7      | 18112 ||| Stepping ~*~*~tactically~*~*~ (outnumbered).
 18114 | D:7      | 18114 ||| Stepping ~*~*~tactically~*~*~ (outnumbered).
 18116 | D:7      | 18116 ||| Stepping ~*~*~tactically~*~*~ (outnumbered).
 18118 | D:7      | 18118 ||| Stepping ~*~*~tactically~*~*~ (outnumbered).
 18120 | D:7      | 18120 ||| Stepping ~*~*~tactically~*~*~ (outnumbered).
 18122 | D:7      | 18122 ||| Stepping ~*~*~tactically~*~*~ (outnumbered).
 18124 | D:7      | 18124 ||| Stepping ~*~*~tactically~*~*~ (outnumbered).
 18126 | D:7      | 18126 ||| Stepping ~*~*~tactically~*~*~ (outnumbered).
 18128 | D:7      | 18128 ||| Stepping ~*~*~tactically~*~*~ (outnumbered).
 18130 | D:7      | 18130 ||| Stepping ~*~*~tactically~*~*~ (outnumbered).
 18132 | D:7      | 18132 ||| Stepping ~*~*~tactically~*~*~ (outnumbered).
 18134 | D:7      | 18134 ||| Stepping ~*~*~tactically~*~*~ (outnumbered).
 18136 | D:7      | 18136 ||| Stepping ~*~*~tactically~*~*~ (outnumbered).
 18138 | D:7      | 18138 ||| Stepping ~*~*~tactically~*~*~ (outnumbered).
 18140 | D:7      | 18140 ||| Stepping ~*~*~tactically~*~*~ (outnumbered).
 18142 | D:7      | 18142 ||| Stepping ~*~*~tactically~*~*~ (outnumbered).
 18144 | D:7      | 18144 ||| Stepping ~*~*~tactically~*~*~ (outnumbered).
 18146 | D:7      | 18146 ||| Stepping ~*~*~tactically~*~*~ (outnumbered).
 18148 | D:7      | 18148 ||| Stepping ~*~*~tactically~*~*~ (outnumbered).
 18150 | D:7      | 18150 ||| Stepping ~*~*~tactically~*~*~ (outnumbered).
 18152 | D:7      | 18152 ||| Stepping ~*~*~tactically~*~*~ (outnumbered).
 18154 | D:7      | 18154 ||| Stepping ~*~*~tactically~*~*~ (outnumbered).
 18156 | D:7      | 18156 ||| Stepping ~*~*~tactically~*~*~ (outnumbered).
 18158 | D:7      | 18158 ||| Stepping ~*~*~tactically~*~*~ (outnumbered).
 18160 | D:7      | 18160 ||| Stepping ~*~*~tactically~*~*~ (outnumbered).
 18162 | D:7      | 18162 ||| Stepping ~*~*~tactically~*~*~ (outnumbered).
 18164 | D:7      | 18164 ||| Stepping ~*~*~tactically~*~*~ (outnumbered).
 18166 | D:7      | 18166 ||| Stepping ~*~*~tactically~*~*~ (outnumbered).
 18168 | D:7      | 18168 ||| Stepping ~*~*~tactically~*~*~ (outnumbered).
 18170 | D:7      | 18170 ||| Stepping ~*~*~tactically~*~*~ (outnumbered).
 18172 | D:7      | 18172 ||| Stepping ~*~*~tactically~*~*~ (outnumbered).
 18174 | D:7      | 18174 ||| Stepping ~*~*~tactically~*~*~ (outnumbered).
 18176 | D:7      | 18176 ||| Stepping ~*~*~tactically~*~*~ (outnumbered).
 18178 | D:7      | 18178 ||| Stepping ~*~*~tactically~*~*~ (outnumbered).
 18180 | D:7      | 18180 ||| Stepping ~*~*~tactically~*~*~ (outnumbered).
 18182 | D:7      | 18182 ||| Stepping ~*~*~tactically~*~*~ (outnumbered).
 18184 | D:7      | 18184 ||| Stepping ~*~*~tactically~*~*~ (outnumbered).
 18186 | D:7      | 18186 ||| Stepping ~*~*~tactically~*~*~ (outnumbered).
 18188 | D:7      | 18188 ||| Stepping ~*~*~tactically~*~*~ (outnumbered).
 18190 | D:7      | 18190 ||| Stepping ~*~*~tactically~*~*~ (outnumbered).
 18192 | D:7      | 18192 ||| Stepping ~*~*~tactically~*~*~ (outnumbered).
 18194 | D:7      | 18194 ||| Stepping ~*~*~tactically~*~*~ (outnumbered).
 18196 | D:7      | 18196 ||| Stepping ~*~*~tactically~*~*~ (outnumbered).
 18198 | D:7      | 18198 ||| Stepping ~*~*~tactically~*~*~ (outnumbered).
 18200 | D:7      | 18200 ||| Stepping ~*~*~tactically~*~*~ (outnumbered).
 18202 | D:7      | 18202 ||| Stepping ~*~*~tactically~*~*~ (outnumbered).
 18204 | D:7      | 18204 ||| Stepping ~*~*~tactically~*~*~ (outnumbered).
 18206 | D:7      | 18206 ||| Stepping ~*~*~tactically~*~*~ (outnumbered).
 18208 | D:7      | 18208 ||| Stepping ~*~*~tactically~*~*~ (outnumbered).
 18210 | D:7      | 18210 ||| Stepping ~*~*~tactically~*~*~ (outnumbered).
 18212 | D:7      | 18212 ||| Stepping ~*~*~tactically~*~*~ (outnumbered).
 18214 | D:7      | 18214 ||| Stepping ~*~*~tactically~*~*~ (outnumbered).
 18216 | D:7      | 18216 ||| Stepping ~*~*~tactically~*~*~ (outnumbered).
 18218 | D:7      | 18218 ||| Stepping ~*~*~tactically~*~*~ (outnumbered).
 18220 | D:7      | 18220 ||| Stepping ~*~*~tactically~*~*~ (outnumbered).
 18222 | D:7      | 18222 ||| Stepping ~*~*~tactically~*~*~ (outnumbered).
 18224 | D:7      | 18224 ||| Stepping ~*~*~tactically~*~*~ (outnumbered).
 18226 | D:7      | 18226 ||| Stepping ~*~*~tactically~*~*~ (outnumbered).
 18228 | D:7      | 18228 ||| Stepping ~*~*~tactically~*~*~ (outnumbered).
 18230 | D:7      | 18230 ||| Stepping ~*~*~tactically~*~*~ (outnumbered).
 18232 | D:7      | 18232 ||| Stepping ~*~*~tactically~*~*~ (outnumbered).
 18234 | D:7      | 18234 ||| Stepping ~*~*~tactically~*~*~ (outnumbered).
 18236 | D:7      | 18236 ||| Stepping ~*~*~tactically~*~*~ (outnumbered).
 18238 | D:7      | 18238 ||| Stepping ~*~*~tactically~*~*~ (outnumbered).
 18240 | D:7      | 18240 ||| Stepping ~*~*~tactically~*~*~ (outnumbered).
 18242 | D:7      | 18242 ||| Stepping ~*~*~tactically~*~*~ (outnumbered).
 18244 | D:7      | 18244 ||| Stepping ~*~*~tactically~*~*~ (outnumbered).
 18246 | D:7      | 18246 ||| Stepping ~*~*~tactically~*~*~ (outnumbered).
 18248 | D:7      | 18248 ||| Stepping ~*~*~tactically~*~*~ (outnumbered).
 18250 | D:7      | 18250 ||| Stepping ~*~*~tactically~*~*~ (outnumbered).
 18252 | D:7      | 18252 ||| Stepping ~*~*~tactically~*~*~ (outnumbered).
 18254 | D:7      | 18254 ||| Stepping ~*~*~tactically~*~*~ (outnumbered).
 18256 | D:7      | 18256 ||| Stepping ~*~*~tactically~*~*~ (outnumbered).
 18258 | D:7      | 18258 ||| Stepping ~*~*~tactically~*~*~ (outnumbered).
 18260 | D:7      | 18260 ||| Stepping ~*~*~tactically~*~*~ (outnumbered).
 18262 | D:7      | 18262 ||| Stepping ~*~*~tactically~*~*~ (outnumbered).
 18264 | D:7      | 18264 ||| Stepping ~*~*~tactically~*~*~ (outnumbered).
 18266 | D:7      | 18266 ||| Stepping ~*~*~tactically~*~*~ (outnumbered).
 18268 | D:7      | 18268 ||| Stepping ~*~*~tactically~*~*~ (outnumbered).
 18270 | D:7      | 18270 ||| Stepping ~*~*~tactically~*~*~ (outnumbered).
 18272 | D:7      | 18272 ||| Stepping ~*~*~tactically~*~*~ (outnumbered).
 18274 | D:7      | 18274 ||| Stepping ~*~*~tactically~*~*~ (outnumbered).
 18276 | D:7      | 18276 ||| Stepping ~*~*~tactically~*~*~ (outnumbered).
 18278 | D:7      | 18278 ||| Stepping ~*~*~tactically~*~*~ (outnumbered).
 18280 | D:7      | 18280 ||| Stepping ~*~*~tactically~*~*~ (outnumbered).
 18282 | D:7      | 18282 ||| Stepping ~*~*~tactically~*~*~ (outnumbered).
 18284 | D:7      | 18284 ||| Stepping ~*~*~tactically~*~*~ (outnumbered).
 18286 | D:7      | 18286 ||| Stepping ~*~*~tactically~*~*~ (outnumbered).
 18288 | D:7      | 18288 ||| Stepping ~*~*~tactically~*~*~ (outnumbered).
 18290 | D:7      | 18290 ||| Stepping ~*~*~tactically~*~*~ (outnumbered).
 18292 | D:7      | 18292 ||| Stepping ~*~*~tactically~*~*~ (outnumbered).
 18294 | D:7      | 18294 ||| Stepping ~*~*~tactically~*~*~ (outnumbered).
 18296 | D:7      | 18296 ||| Stepping ~*~*~tactically~*~*~ (outnumbered).
 18298 | D:7      | 18298 ||| Stepping ~*~*~tactically~*~*~ (outnumbered).
 18300 | D:7      | 18300 ||| Stepping ~*~*~tactically~*~*~ (outnumbered).
 18302 | D:7      | 18302 ||| Stepping ~*~*~tactically~*~*~ (outnumbered).
 18304 | D:7      | 18304 ||| Stepping ~*~*~tactically~*~*~ (outnumbered).
 18306 | D:7      | 18306 ||| Stepping ~*~*~tactically~*~*~ (outnumbered).
 18308 | D:7      | 18308 ||| Stepping ~*~*~tactically~*~*~ (outnumbered).
 18310 | D:7      | 18310 ||| Stepping ~*~*~tactically~*~*~ (outnumbered).
 18312 | D:7      | 18312 ||| Stepping ~*~*~tactically~*~*~ (outnumbered).
 18314 | D:7      | 18314 ||| Stepping ~*~*~tactically~*~*~ (outnumbered).
 18316 | D:7      | 18316 ||| Stepping ~*~*~tactically~*~*~ (outnumbered).
 18318 | D:7      | 18318 ||| Stepping ~*~*~tactically~*~*~ (outnumbered).
 18320 | D:7      | 18320 ||| Stepping ~*~*~tactically~*~*~ (outnumbered).
 18322 | D:7      | 18322 ||| Stepping ~*~*~tactically~*~*~ (outnumbered).
 18324 | D:7      | 18324 ||| Stepping ~*~*~tactically~*~*~ (outnumbered).
 18326 | D:7      | 18326 ||| Stepping ~*~*~tactically~*~*~ (outnumbered).
 18328 | D:7      | 18328 ||| Stepping ~*~*~tactically~*~*~ (outnumbered).
 18330 | D:7      | 18330 ||| Stepping ~*~*~tactically~*~*~ (outnumbered).
 18332 | D:7      | 18332 ||| Stepping ~*~*~tactically~*~*~ (outnumbered).
 18334 | D:7      | 18334 ||| Stepping ~*~*~tactically~*~*~ (outnumbered).
 18336 | D:7      | 18336 ||| Stepping ~*~*~tactically~*~*~ (outnumbered).
 18338 | D:7      | 18338 ||| Stepping ~*~*~tactically~*~*~ (outnumbered).
 18340 | D:7      | 18340 ||| Stepping ~*~*~tactically~*~*~ (outnumbered).
 18342 | D:7      | 18342 ||| Stepping ~*~*~tactically~*~*~ (outnumbered).
 18344 | D:7      | 18344 ||| Stepping ~*~*~tactically~*~*~ (outnumbered).
 18346 | D:7      | 18346 ||| Stepping ~*~*~tactically~*~*~ (outnumbered).
 18348 | D:7      | 18348 ||| Stepping ~*~*~tactically~*~*~ (outnumbered).
 18350 | D:7      | 18350 ||| Stepping ~*~*~tactically~*~*~ (outnumbered).
 18352 | D:7      | 18352 ||| Stepping ~*~*~tactically~*~*~ (outnumbered).
 18354 | D:7      | 18354 ||| Stepping ~*~*~tactically~*~*~ (outnumbered).
 18356 | D:7      | 18356 ||| Stepping ~*~*~tactically~*~*~ (outnumbered).
 18358 | D:7      | 18358 ||| Stepping ~*~*~tactically~*~*~ (outnumbered).
 18360 | D:7      | 18360 ||| Stepping ~*~*~tactically~*~*~ (outnumbered).
 18362 | D:7      | 18362 ||| Stepping ~*~*~tactically~*~*~ (outnumbered).
 18364 | D:7      | 18364 ||| Stepping ~*~*~tactically~*~*~ (outnumbered).
 18366 | D:7      | 18366 ||| Stepping ~*~*~tactically~*~*~ (outnumbered).
 18368 | D:7      | 18368 ||| Stepping ~*~*~tactically~*~*~ (outnumbered).
 18370 | D:7      | 18370 ||| Stepping ~*~*~tactically~*~*~ (outnumbered).
 18372 | D:7      | 18372 ||| Stepping ~*~*~tactically~*~*~ (outnumbered).
 18374 | D:7      | 18374 ||| Stepping ~*~*~tactically~*~*~ (outnumbered).
 18376 | D:7      | 18376 ||| Stepping ~*~*~tactically~*~*~ (outnumbered).
 18378 | D:7      | 18378 ||| Stepping ~*~*~tactically~*~*~ (outnumbered).
 18380 | D:7      | 18380 ||| Stepping ~*~*~tactically~*~*~ (outnumbered).
 18382 | D:7      | 18382 ||| Stepping ~*~*~tactically~*~*~ (outnumbered).
 18384 | D:7      | 18384 ||| Stepping ~*~*~tactically~*~*~ (outnumbered).
 18386 | D:7      | 18386 ||| Stepping ~*~*~tactically~*~*~ (outnumbered).
 18388 | D:7      | 18388 ||| Stepping ~*~*~tactically~*~*~ (outnumbered).
 18390 | D:7      | 18390 ||| Stepping ~*~*~tactically~*~*~ (outnumbered).
 18392 | D:7      | 18392 ||| Stepping ~*~*~tactically~*~*~ (outnumbered).
 18394 | D:7      | 18394 ||| Stepping ~*~*~tactically~*~*~ (outnumbered).
 18396 | D:7      | 18396 ||| Stepping ~*~*~tactically~*~*~ (outnumbered).
 18398 | D:7      | 18398 ||| Stepping ~*~*~tactically~*~*~ (outnumbered).
 18400 | D:7      | 18400 ||| Stepping ~*~*~tactically~*~*~ (outnumbered).
 18402 | D:7      | 18402 ||| Stepping ~*~*~tactically~*~*~ (outnumbered).
 18404 | D:7      | 18404 ||| Stepping ~*~*~tactically~*~*~ (outnumbered).
 18406 | D:7      | 18406 ||| Stepping ~*~*~tactically~*~*~ (outnumbered).
 18408 | D:7      | 18408 ||| Stepping ~*~*~tactically~*~*~ (outnumbered).
 18410 | D:7      | 18410 ||| Stepping ~*~*~tactically~*~*~ (outnumbered).
 18412 | D:7      | 18412 ||| Stepping ~*~*~tactically~*~*~ (outnumbered).
 18414 | D:7      | 18414 ||| Stepping ~*~*~tactically~*~*~ (outnumbered).
 18416 | D:7      | 18416 ||| Stepping ~*~*~tactically~*~*~ (outnumbered).
 18418 | D:7      | 18418 ||| Stepping ~*~*~tactically~*~*~ (outnumbered).
 18420 | D:7      | 18420 ||| Stepping ~*~*~tactically~*~*~ (outnumbered).
 18422 | D:7      | 18422 ||| Stepping ~*~*~tactically~*~*~ (outnumbered).
 18424 | D:7      | 18424 ||| Stepping ~*~*~tactically~*~*~ (outnumbered).
 18426 | D:7      | 18426 ||| Stepping ~*~*~tactically~*~*~ (outnumbered).
 18428 | D:7      | 18428 ||| Stepping ~*~*~tactically~*~*~ (outnumbered).
 18430 | D:7      | 18430 ||| Stepping ~*~*~tactically~*~*~ (outnumbered).
 18432 | D:7      | 18432 ||| Stepping ~*~*~tactically~*~*~ (outnumbered).
 18434 | D:7      | 18434 ||| Stepping ~*~*~tactically~*~*~ (outnumbered).
 18436 | D:7      | 18436 ||| Stepping ~*~*~tactically~*~*~ (outnumbered).
 18438 | D:7      | 18438 ||| Stepping ~*~*~tactically~*~*~ (outnumbered).
 18440 | D:7      | 18440 ||| Stepping ~*~*~tactically~*~*~ (outnumbered).
 18442 | D:7      | 18442 ||| Stepping ~*~*~tactically~*~*~ (outnumbered).
 18444 | D:7      | 18444 ||| Stepping ~*~*~tactically~*~*~ (outnumbered).
 18446 | D:7      | 18446 ||| Stepping ~*~*~tactically~*~*~ (outnumbered).
 18448 | D:7      | 18448 ||| Stepping ~*~*~tactically~*~*~ (outnumbered).
 18450 | D:7      | 18450 ||| Stepping ~*~*~tactically~*~*~ (outnumbered).
 18452 | D:7      | 18452 ||| Stepping ~*~*~tactically~*~*~ (outnumbered).
 18454 | D:7      | 18454 ||| Stepping ~*~*~tactically~*~*~ (outnumbered).
 18456 | D:7      | 18456 ||| Stepping ~*~*~tactically~*~*~ (outnumbered).
 18458 | D:7      | 18458 ||| Stepping ~*~*~tactically~*~*~ (outnumbered).
 18460 | D:7      | 18460 ||| Stepping ~*~*~tactically~*~*~ (outnumbered).
 18462 | D:7      | 18462 ||| Stepping ~*~*~tactically~*~*~ (outnumbered).
 18464 | D:7      | 18464 ||| Stepping ~*~*~tactically~*~*~ (outnumbered).
 18466 | D:7      | 18466 ||| Stepping ~*~*~tactically~*~*~ (outnumbered).
 18468 | D:7      | 18468 ||| Stepping ~*~*~tactically~*~*~ (outnumbered).
 18470 | D:7      | 18470 ||| Stepping ~*~*~tactically~*~*~ (outnumbered).
 18472 | D:7      | 18472 ||| Stepping ~*~*~tactically~*~*~ (outnumbered).
 18474 | D:7      | 18474 ||| Stepping ~*~*~tactically~*~*~ (outnumbered).
 18476 | D:7      | 18476 ||| Stepping ~*~*~tactically~*~*~ (outnumbered).
 18478 | D:7      | 18478 ||| Stepping ~*~*~tactically~*~*~ (outnumbered).
 18480 | D:7      | 18480 ||| Stepping ~*~*~tactically~*~*~ (outnumbered).
 18482 | D:7      | 18482 ||| Stepping ~*~*~tactically~*~*~ (outnumbered).
 18484 | D:7      | 18484 ||| Stepping ~*~*~tactically~*~*~ (outnumbered).
 18486 | D:7      | 18486 ||| Stepping ~*~*~tactically~*~*~ (outnumbered).
 18488 | D:7      | 18488 ||| Stepping ~*~*~tactically~*~*~ (outnumbered).
 18490 | D:7      | 18490 ||| Stepping ~*~*~tactically~*~*~ (outnumbered).
 18492 | D:7      | 18492 ||| Stepping ~*~*~tactically~*~*~ (outnumbered).
 18494 | D:7      | 18494 ||| Stepping ~*~*~tactically~*~*~ (outnumbered).
 18496 | D:7      | 18496 ||| Stepping ~*~*~tactically~*~*~ (outnumbered).
 18498 | D:7      | 18498 ||| Stepping ~*~*~tactically~*~*~ (outnumbered).
 18500 | D:7      | 18500 ||| Stepping ~*~*~tactically~*~*~ (outnumbered).
 18502 | D:7      | 18502 ||| Stepping ~*~*~tactically~*~*~ (outnumbered).
 18504 | D:7      | 18504 ||| Stepping ~*~*~tactically~*~*~ (outnumbered).
 18506 | D:7      | 18506 ||| Stepping ~*~*~tactically~*~*~ (outnumbered).
 18508 | D:7      | 18508 ||| Stepping ~*~*~tactically~*~*~ (outnumbered).
 18510 | D:7      | 18510 ||| Stepping ~*~*~tactically~*~*~ (outnumbered).
 18512 | D:7      | 18512 ||| Stepping ~*~*~tactically~*~*~ (outnumbered).
 18514 | D:7      | 18514 ||| Stepping ~*~*~tactically~*~*~ (outnumbered).
 18516 | D:7      | 18516 ||| Stepping ~*~*~tactically~*~*~ (outnumbered).
 18518 | D:7      | 18518 ||| Stepping ~*~*~tactically~*~*~ (outnumbered).
 18520 | D:7      | 18520 ||| Stepping ~*~*~tactically~*~*~ (outnumbered).
 18522 | D:7      | 18522 ||| Stepping ~*~*~tactically~*~*~ (outnumbered).
 18524 | D:7      | 18524 ||| Stepping ~*~*~tactically~*~*~ (outnumbered).
 18526 | D:7      | 18526 ||| Stepping ~*~*~tactically~*~*~ (outnumbered).
 18528 | D:7      | 18528 ||| Stepping ~*~*~tactically~*~*~ (outnumbered).
 18530 | D:7      | 18530 ||| Stepping ~*~*~tactically~*~*~ (outnumbered).
 18532 | D:7      | 18532 ||| Stepping ~*~*~tactically~*~*~ (outnumbered).
 18534 | D:7      | 18534 ||| Stepping ~*~*~tactically~*~*~ (outnumbered).
 18536 | D:7      | 18536 ||| Stepping ~*~*~tactically~*~*~ (outnumbered).
 18538 | D:7      | 18538 ||| Stepping ~*~*~tactically~*~*~ (outnumbered).
 18540 | D:7      | 18540 ||| Stepping ~*~*~tactically~*~*~ (outnumbered).
 18542 | D:7      | 18542 ||| Stepping ~*~*~tactically~*~*~ (outnumbered).
 18544 | D:7      | 18544 ||| Stepping ~*~*~tactically~*~*~ (outnumbered).
 18546 | D:7      | 18546 ||| Stepping ~*~*~tactically~*~*~ (outnumbered).
 18548 | D:7      | 18548 ||| Stepping ~*~*~tactically~*~*~ (outnumbered).
 18550 | D:7      | 18550 ||| Stepping ~*~*~tactically~*~*~ (outnumbered).
 18552 | D:7      | 18552 ||| Stepping ~*~*~tactically~*~*~ (outnumbered).
 18554 | D:7      | 18554 ||| Stepping ~*~*~tactically~*~*~ (outnumbered).
 18556 | D:7      | 18556 ||| Stepping ~*~*~tactically~*~*~ (outnumbered).
 18558 | D:7      | 18558 ||| Stepping ~*~*~tactically~*~*~ (outnumbered).
 18560 | D:7      | 18560 ||| Stepping ~*~*~tactically~*~*~ (outnumbered).
 18562 | D:7      | 18562 ||| Stepping ~*~*~tactically~*~*~ (outnumbered).
 18564 | D:7      | 18564 ||| Stepping ~*~*~tactically~*~*~ (outnumbered).
 18566 | D:7      | 18566 ||| Stepping ~*~*~tactically~*~*~ (outnumbered).
 18568 | D:7      | 18568 ||| Stepping ~*~*~tactically~*~*~ (outnumbered).
 18570 | D:7      | 18570 ||| Stepping ~*~*~tactically~*~*~ (outnumbered).
 18572 | D:7      | 18572 ||| Stepping ~*~*~tactically~*~*~ (outnumbered).
 18574 | D:7      | 18574 ||| Stepping ~*~*~tactically~*~*~ (outnumbered).
 18576 | D:7      | 18576 ||| Stepping ~*~*~tactically~*~*~ (outnumbered).
 18578 | D:7      | 18578 ||| Stepping ~*~*~tactically~*~*~ (outnumbered).
 18580 | D:7      | 18580 ||| Stepping ~*~*~tactically~*~*~ (outnumbered).
 18582 | D:7      | 18582 ||| Stepping ~*~*~tactically~*~*~ (outnumbered).
 18584 | D:7      | 18584 ||| Stepping ~*~*~tactically~*~*~ (outnumbered).
 18586 | D:7      | 18586 ||| Stepping ~*~*~tactically~*~*~ (outnumbered).
 18588 | D:7      | 18588 ||| Stepping ~*~*~tactically~*~*~ (outnumbered).
 18590 | D:7      | 18590 ||| Stepping ~*~*~tactically~*~*~ (outnumbered).
 18592 | D:7      | 18592 ||| Stepping ~*~*~tactically~*~*~ (outnumbered).
 18594 | D:7      | 18594 ||| Stepping ~*~*~tactically~*~*~ (outnumbered).
 18596 | D:7      | 18596 ||| Stepping ~*~*~tactically~*~*~ (outnumbered).
 18598 | D:7      | 18598 ||| Stepping ~*~*~tactically~*~*~ (outnumbered).
 18600 | D:7      | 18600 ||| Stepping ~*~*~tactically~*~*~ (outnumbered).
 18602 | D:7      | 18602 ||| Stepping ~*~*~tactically~*~*~ (outnumbered).
 18604 | D:7      | 18604 ||| Stepping ~*~*~tactically~*~*~ (outnumbered).
 18606 | D:7      | 18606 ||| Stepping ~*~*~tactically~*~*~ (outnumbered).
 18608 | D:7      | 18608 ||| Stepping ~*~*~tactically~*~*~ (outnumbered).
 18610 | D:7      | 18610 ||| Stepping ~*~*~tactically~*~*~ (outnumbered).
 18612 | D:7      | 18612 ||| Stepping ~*~*~tactically~*~*~ (outnumbered).
 18614 | D:7      | 18614 ||| Stepping ~*~*~tactically~*~*~ (outnumbered).
 18616 | D:7      | 18616 ||| Stepping ~*~*~tactically~*~*~ (outnumbered).
 18618 | D:7      | 18618 ||| Stepping ~*~*~tactically~*~*~ (outnumbered).
 18620 | D:7      | 18620 ||| Stepping ~*~*~tactically~*~*~ (outnumbered).
 18622 | D:7      | 18622 ||| Stepping ~*~*~tactically~*~*~ (outnumbered).
 18624 | D:7      | 18624 ||| Stepping ~*~*~tactically~*~*~ (outnumbered).
 18626 | D:7      | 18626 ||| Stepping ~*~*~tactically~*~*~ (outnumbered).
 18628 | D:7      | 18628 ||| Stepping ~*~*~tactically~*~*~ (outnumbered).
 18630 | D:7      | 18630 ||| Stepping ~*~*~tactically~*~*~ (outnumbered).
 18632 | D:7      | 18632 ||| Stepping ~*~*~tactically~*~*~ (outnumbered).
 18634 | D:7      | 18634 ||| Stepping ~*~*~tactically~*~*~ (outnumbered).
 18636 | D:7      | 18636 ||| Stepping ~*~*~tactically~*~*~ (outnumbered).
 18638 | D:7      | 18638 ||| Stepping ~*~*~tactically~*~*~ (outnumbered).
 18640 | D:7      | 18640 ||| Stepping ~*~*~tactically~*~*~ (outnumbered).
 18642 | D:7      | 18642 ||| Stepping ~*~*~tactically~*~*~ (outnumbered).
 18644 | D:7      | 18644 ||| Stepping ~*~*~tactically~*~*~ (outnumbered).
 18646 | D:7      | 18646 ||| Stepping ~*~*~tactically~*~*~ (outnumbered).
 18648 | D:7      | 18648 ||| Stepping ~*~*~tactically~*~*~ (outnumbered).
 18650 | D:7      | 18650 ||| Stepping ~*~*~tactically~*~*~ (outnumbered).
 18652 | D:7      | 18652 ||| Stepping ~*~*~tactically~*~*~ (outnumbered).
 18654 | D:7      | 18654 ||| Stepping ~*~*~tactically~*~*~ (outnumbered).
 18656 | D:7      | 18656 ||| Stepping ~*~*~tactically~*~*~ (outnumbered).
 18658 | D:7      | 18658 ||| Stepping ~*~*~tactically~*~*~ (outnumbered).
 18660 | D:7      | 18660 ||| Stepping ~*~*~tactically~*~*~ (outnumbered).
 18662 | D:7      | 18662 ||| Stepping ~*~*~tactically~*~*~ (outnumbered).
 18664 | D:7      | 18664 ||| Stepping ~*~*~tactically~*~*~ (outnumbered).
 18666 | D:7      | 18666 ||| Stepping ~*~*~tactically~*~*~ (outnumbered).
 18668 | D:7      | 18668 ||| Stepping ~*~*~tactically~*~*~ (outnumbered).
 18670 | D:7      | 18670 ||| Stepping ~*~*~tactically~*~*~ (outnumbered).
 18672 | D:7      | 18672 ||| Stepping ~*~*~tactically~*~*~ (outnumbered).
 18674 | D:7      | 18674 ||| Stepping ~*~*~tactically~*~*~ (outnumbered).
 18676 | D:7      | 18676 ||| Stepping ~*~*~tactically~*~*~ (outnumbered).
 18678 | D:7      | 18678 ||| Stepping ~*~*~tactically~*~*~ (outnumbered).
 18680 | D:7      | 18680 ||| Stepping ~*~*~tactically~*~*~ (outnumbered).
 18682 | D:7      | 18682 ||| Stepping ~*~*~tactically~*~*~ (outnumbered).
 18684 | D:7      | 18684 ||| Stepping ~*~*~tactically~*~*~ (outnumbered).
 18686 | D:7      | 18686 ||| Stepping ~*~*~tactically~*~*~ (outnumbered).
 18688 | D:7      | 18688 ||| Stepping ~*~*~tactically~*~*~ (outnumbered).
 18690 | D:7      | 18690 ||| Stepping ~*~*~tactically~*~*~ (outnumbered).
 18692 | D:7      | 18692 ||| Stepping ~*~*~tactically~*~*~ (outnumbered).
 18694 | D:7      | 18694 ||| Stepping ~*~*~tactically~*~*~ (outnumbered).
 18696 | D:7      | 18696 ||| Stepping ~*~*~tactically~*~*~ (outnumbered).
 18698 | D:7      | 18698 ||| Stepping ~*~*~tactically~*~*~ (outnumbered).
 18700 | D:7      | 18700 ||| Stepping ~*~*~tactically~*~*~ (outnumbered).
 18702 | D:7      | 18702 ||| Stepping ~*~*~tactically~*~*~ (outnumbered).
 18704 | D:7      | 18704 ||| Stepping ~*~*~tactically~*~*~ (outnumbered).
 18706 | D:7      | 18706 ||| Stepping ~*~*~tactically~*~*~ (outnumbered).
 18708 | D:7      | 18708 ||| Stepping ~*~*~tactically~*~*~ (outnumbered).
 18710 | D:7      | 18710 ||| Stepping ~*~*~tactically~*~*~ (outnumbered).
 18712 | D:7      | 18712 ||| Stepping ~*~*~tactically~*~*~ (outnumbered).
 18714 | D:7      | 18714 ||| Stepping ~*~*~tactically~*~*~ (outnumbered).
 18716 | D:7      | 18716 ||| Stepping ~*~*~tactically~*~*~ (outnumbered).
 18718 | D:7      | 18718 ||| Stepping ~*~*~tactically~*~*~ (outnumbered).
 18720 | D:7      | 18720 ||| Stepping ~*~*~tactically~*~*~ (outnumbered).
 18722 | D:7      | 18722 ||| Stepping ~*~*~tactically~*~*~ (outnumbered).
 18724 | D:7      | 18724 ||| Stepping ~*~*~tactically~*~*~ (outnumbered).
 18726 | D:7      | 18726 ||| Stepping ~*~*~tactically~*~*~ (outnumbered).
 18728 | D:7      | 18728 ||| Stepping ~*~*~tactically~*~*~ (outnumbered).
 18730 | D:7      | 18730 ||| Stepping ~*~*~tactically~*~*~ (outnumbered).
 18732 | D:7      | 18732 ||| Stepping ~*~*~tactically~*~*~ (outnumbered).
 18734 | D:7      | 18734 ||| Stepping ~*~*~tactically~*~*~ (outnumbered).
 18736 | D:7      | 18736 ||| Stepping ~*~*~tactically~*~*~ (outnumbered).
 18738 | D:7      | 18738 ||| Stepping ~*~*~tactically~*~*~ (outnumbered).
 18740 | D:7      | 18740 ||| Stepping ~*~*~tactically~*~*~ (outnumbered).
 18742 | D:7      | 18742 ||| Stepping ~*~*~tactically~*~*~ (outnumbered).
 18744 | D:7      | 18744 ||| Stepping ~*~*~tactically~*~*~ (outnumbered).
 18746 | D:7      | 18746 ||| Stepping ~*~*~tactically~*~*~ (outnumbered).
 18748 | D:7      | 18748 ||| Stepping ~*~*~tactically~*~*~ (outnumbered).
 18750 | D:7      | 18750 ||| Stepping ~*~*~tactically~*~*~ (outnumbered).
 18752 | D:7      | 18752 ||| Stepping ~*~*~tactically~*~*~ (outnumbered).
 18754 | D:7      | 18754 ||| Stepping ~*~*~tactically~*~*~ (outnumbered).
 18756 | D:7      | 18756 ||| Stepping ~*~*~tactically~*~*~ (outnumbered).
 18758 | D:7      | 18758 ||| Stepping ~*~*~tactically~*~*~ (outnumbered).
 18760 | D:7      | 18760 ||| Stepping ~*~*~tactically~*~*~ (outnumbered).
 18762 | D:7      | 18762 ||| Stepping ~*~*~tactically~*~*~ (outnumbered).
 18764 | D:7      | 18764 ||| Stepping ~*~*~tactically~*~*~ (outnumbered).
 18766 | D:7      | 18766 ||| Stepping ~*~*~tactically~*~*~ (outnumbered).
 18768 | D:7      | 18768 ||| Stepping ~*~*~tactically~*~*~ (outnumbered).
 18770 | D:7      | 18770 ||| Stepping ~*~*~tactically~*~*~ (outnumbered).
 18772 | D:7      | 18772 ||| Stepping ~*~*~tactically~*~*~ (outnumbered).
 18774 | D:7      | 18774 ||| Stepping ~*~*~tactically~*~*~ (outnumbered).
 18776 | D:7      | 18776 ||| Stepping ~*~*~tactically~*~*~ (outnumbered).
 18778 | D:7      | 18778 ||| Stepping ~*~*~tactically~*~*~ (outnumbered).
 18780 | D:7      | 18780 ||| Stepping ~*~*~tactically~*~*~ (outnumbered).
 18782 | D:7      | 18782 ||| Stepping ~*~*~tactically~*~*~ (outnumbered).
 18784 | D:7      | 18784 ||| Stepping ~*~*~tactically~*~*~ (outnumbered).
 18786 | D:7      | 18786 ||| Stepping ~*~*~tactically~*~*~ (outnumbered).
 18788 | D:7      | 18788 ||| Stepping ~*~*~tactically~*~*~ (outnumbered).
 18790 | D:7      | 18790 ||| Stepping ~*~*~tactically~*~*~ (outnumbered).
 18792 | D:7      | 18792 ||| Stepping ~*~*~tactically~*~*~ (outnumbered).
 18794 | D:7      | 18794 ||| Stepping ~*~*~tactically~*~*~ (outnumbered).
 18796 | D:7      | 18796 ||| Stepping ~*~*~tactically~*~*~ (outnumbered).
 18798 | D:7      | 18798 ||| Stepping ~*~*~tactically~*~*~ (outnumbered).
 18800 | D:7      | 18800 ||| Stepping ~*~*~tactically~*~*~ (outnumbered).
 18802 | D:7      | 18802 ||| Stepping ~*~*~tactically~*~*~ (outnumbered).
 18804 | D:7      | 18804 ||| Stepping ~*~*~tactically~*~*~ (outnumbered).
 18806 | D:7      | 18806 ||| Stepping ~*~*~tactically~*~*~ (outnumbered).
 18808 | D:7      | 18808 ||| Stepping ~*~*~tactically~*~*~ (outnumbered).
 18810 | D:7      | 18810 ||| Stepping ~*~*~tactically~*~*~ (outnumbered).
 18812 | D:7      | 18812 ||| Stepping ~*~*~tactically~*~*~ (outnumbered).
 18814 | D:7      | 18814 ||| Stepping ~*~*~tactically~*~*~ (outnumbered).
 18816 | D:7      | 18816 ||| Stepping ~*~*~tactically~*~*~ (outnumbered).
 18818 | D:7      | 18818 ||| Stepping ~*~*~tactically~*~*~ (outnumbered).
 18820 | D:7      | 18820 ||| Stepping ~*~*~tactically~*~*~ (outnumbered).
 18822 | D:7      | 18822 ||| Stepping ~*~*~tactically~*~*~ (outnumbered).
 18824 | D:7      | 18824 ||| Stepping ~*~*~tactically~*~*~ (outnumbered).
 18826 | D:7      | 18826 ||| Stepping ~*~*~tactically~*~*~ (outnumbered).
 18828 | D:7      | 18828 ||| Stepping ~*~*~tactically~*~*~ (outnumbered).
 18830 | D:7      | 18830 ||| Stepping ~*~*~tactically~*~*~ (outnumbered).
 18832 | D:7      | 18832 ||| Stepping ~*~*~tactically~*~*~ (outnumbered).
 18834 | D:7      | 18834 ||| Stepping ~*~*~tactically~*~*~ (outnumbered).
 18836 | D:7      | 18836 ||| Stepping ~*~*~tactically~*~*~ (outnumbered).
 18838 | D:7      | 18838 ||| Stepping ~*~*~tactically~*~*~ (outnumbered).
 18840 | D:7      | 18840 ||| Stepping ~*~*~tactically~*~*~ (outnumbered).
 18842 | D:7      | 18842 ||| Stepping ~*~*~tactically~*~*~ (outnumbered).
 18844 | D:7      | 18844 ||| Stepping ~*~*~tactically~*~*~ (outnumbered).
 18846 | D:7      | 18846 ||| Stepping ~*~*~tactically~*~*~ (outnumbered).
 18848 | D:7      | 18848 ||| Stepping ~*~*~tactically~*~*~ (outnumbered).
 18850 | D:7      | 18850 ||| Stepping ~*~*~tactically~*~*~ (outnumbered).
 18852 | D:7      | 18852 ||| Stepping ~*~*~tactically~*~*~ (outnumbered).
 18854 | D:7      | 18854 ||| Stepping ~*~*~tactically~*~*~ (outnumbered).
 18856 | D:7      | 18856 ||| Stepping ~*~*~tactically~*~*~ (outnumbered).
 18858 | D:7      | 18858 ||| Stepping ~*~*~tactically~*~*~ (outnumbered).
 18860 | D:7      | 18860 ||| Stepping ~*~*~tactically~*~*~ (outnumbered).
 18862 | D:7      | 18862 ||| Stepping ~*~*~tactically~*~*~ (outnumbered).
 18864 | D:7      | 18864 ||| Stepping ~*~*~tactically~*~*~ (outnumbered).
 18866 | D:7      | 18866 ||| Stepping ~*~*~tactically~*~*~ (outnumbered).
 18868 | D:7      | 18868 ||| Stepping ~*~*~tactically~*~*~ (outnumbered).
 18870 | D:7      | 18870 ||| Stepping ~*~*~tactically~*~*~ (outnumbered).
 18872 | D:7      | 18872 ||| Stepping ~*~*~tactically~*~*~ (outnumbered).
 18874 | D:7      | 18874 ||| Stepping ~*~*~tactically~*~*~ (outnumbered).
 18876 | D:7      | 18876 ||| Stepping ~*~*~tactically~*~*~ (outnumbered).
 18878 | D:7      | 18878 ||| Stepping ~*~*~tactically~*~*~ (outnumbered).
 18880 | D:7      | 18880 ||| Stepping ~*~*~tactically~*~*~ (outnumbered).
 18882 | D:7      | 18882 ||| Stepping ~*~*~tactically~*~*~ (outnumbered).
 18884 | D:7      | 18884 ||| Stepping ~*~*~tactically~*~*~ (outnumbered).
 18886 | D:7      | 18886 ||| Stepping ~*~*~tactically~*~*~ (outnumbered).
 18888 | D:7      | 18888 ||| Stepping ~*~*~tactically~*~*~ (outnumbered).
 18890 | D:7      | 18890 ||| Stepping ~*~*~tactically~*~*~ (outnumbered).
 18892 | D:7      | 18892 ||| Stepping ~*~*~tactically~*~*~ (outnumbered).
 18894 | D:7      | 18894 ||| Stepping ~*~*~tactically~*~*~ (outnumbered).
 18896 | D:7      | 18896 ||| Stepping ~*~*~tactically~*~*~ (outnumbered).
 18898 | D:7      | 18898 ||| Stepping ~*~*~tactically~*~*~ (outnumbered).
 18900 | D:7      | 18900 ||| Stepping ~*~*~tactically~*~*~ (outnumbered).
 18902 | D:7      | 18902 ||| Stepping ~*~*~tactically~*~*~ (outnumbered).
 18904 | D:7      | 18904 ||| Stepping ~*~*~tactically~*~*~ (outnumbered).
 18906 | D:7      | 18906 ||| Stepping ~*~*~tactically~*~*~ (outnumbered).
 18908 | D:7      | 18908 ||| Stepping ~*~*~tactically~*~*~ (outnumbered).
 18910 | D:7      | 18910 ||| Stepping ~*~*~tactically~*~*~ (outnumbered).
 18912 | D:7      | 18912 ||| Stepping ~*~*~tactically~*~*~ (outnumbered).
 18914 | D:7      | 18914 ||| Stepping ~*~*~tactically~*~*~ (outnumbered).
 18916 | D:7      | 18916 ||| Stepping ~*~*~tactically~*~*~ (outnumbered).
 18918 | D:7      | 18918 ||| Stepping ~*~*~tactically~*~*~ (outnumbered).
 18920 | D:7      | 18920 ||| Stepping ~*~*~tactically~*~*~ (outnumbered).
 18922 | D:7      | 18922 ||| Stepping ~*~*~tactically~*~*~ (outnumbered).
 18924 | D:7      | 18924 ||| Stepping ~*~*~tactically~*~*~ (outnumbered).
 18926 | D:7      | 18926 ||| Stepping ~*~*~tactically~*~*~ (outnumbered).
 18928 | D:7      | 18928 ||| Stepping ~*~*~tactically~*~*~ (outnumbered).
 18930 | D:7      | 18930 ||| Stepping ~*~*~tactically~*~*~ (outnumbered).
 18932 | D:7      | 18932 ||| Stepping ~*~*~tactically~*~*~ (outnumbered).
 18934 | D:7      | 18934 ||| Stepping ~*~*~tactically~*~*~ (outnumbered).
 18936 | D:7      | 18936 ||| Stepping ~*~*~tactically~*~*~ (outnumbered).
 18938 | D:7      | 18938 ||| Stepping ~*~*~tactically~*~*~ (outnumbered).
 18940 | D:7      | 18940 ||| Stepping ~*~*~tactically~*~*~ (outnumbered).
 18942 | D:7      | 18942 ||| Stepping ~*~*~tactically~*~*~ (outnumbered).
 18944 | D:7      | 18944 ||| Stepping ~*~*~tactically~*~*~ (outnumbered).
 18946 | D:7      | 18946 ||| Stepping ~*~*~tactically~*~*~ (outnumbered).
 18948 | D:7      | 18948 ||| Stepping ~*~*~tactically~*~*~ (outnumbered).
 18950 | D:7      | 18950 ||| Stepping ~*~*~tactically~*~*~ (outnumbered).
 18952 | D:7      | 18952 ||| Stepping ~*~*~tactically~*~*~ (outnumbered).
 18954 | D:7      | 18954 ||| Stepping ~*~*~tactically~*~*~ (outnumbered).
 18956 | D:7      | 18956 ||| Stepping ~*~*~tactically~*~*~ (outnumbered).
 18958 | D:7      | 18958 ||| Stepping ~*~*~tactically~*~*~ (outnumbered).
 18960 | D:7      | 18960 ||| Stepping ~*~*~tactically~*~*~ (outnumbered).
 18962 | D:7      | 18962 ||| Stepping ~*~*~tactically~*~*~ (outnumbered).
 18964 | D:7      | 18964 ||| Stepping ~*~*~tactically~*~*~ (outnumbered).
 18966 | D:7      | 18966 ||| Stepping ~*~*~tactically~*~*~ (outnumbered).
 18968 | D:7      | 18968 ||| Stepping ~*~*~tactically~*~*~ (outnumbered).
 18970 | D:7      | 18970 ||| Stepping ~*~*~tactically~*~*~ (outnumbered).
 18972 | D:7      | 18972 ||| Stepping ~*~*~tactically~*~*~ (outnumbered).
 18974 | D:7      | 18974 ||| Stepping ~*~*~tactically~*~*~ (outnumbered).
 18976 | D:7      | 18976 ||| Stepping ~*~*~tactically~*~*~ (outnumbered).
 18978 | D:7      | 18978 ||| Stepping ~*~*~tactically~*~*~ (outnumbered).
 18980 | D:7      | 18980 ||| Stepping ~*~*~tactically~*~*~ (outnumbered).
 18982 | D:7      | 18982 ||| Stepping ~*~*~tactically~*~*~ (outnumbered).
 18984 | D:7      | 18984 ||| Stepping ~*~*~tactically~*~*~ (outnumbered).
 18986 | D:7      | 18986 ||| Stepping ~*~*~tactically~*~*~ (outnumbered).
 18988 | D:7      | 18988 ||| Stepping ~*~*~tactically~*~*~ (outnumbered).
 18990 | D:7      | 18990 ||| Stepping ~*~*~tactically~*~*~ (outnumbered).
 18992 | D:7      | 18992 ||| Stepping ~*~*~tactically~*~*~ (outnumbered).
 18994 | D:7      | 18994 ||| Stepping ~*~*~tactically~*~*~ (outnumbered).
 18996 | D:7      | 18996 ||| Stepping ~*~*~tactically~*~*~ (outnumbered).
 18998 | D:7      | 18998 ||| Stepping ~*~*~tactically~*~*~ (outnumbered).
 19000 | D:7      | 19000 ||| Stepping ~*~*~tactically~*~*~ (outnumbered).
 19002 | D:7      | 19002 ||| Stepping ~*~*~tactically~*~*~ (outnumbered).
 19004 | D:7      | 19004 ||| Stepping ~*~*~tactically~*~*~ (outnumbered).
 19006 | D:7      | 19006 ||| Stepping ~*~*~tactically~*~*~ (outnumbered).
 19008 | D:7      | 19008 ||| Stepping ~*~*~tactically~*~*~ (outnumbered).
 19010 | D:7      | 19010 ||| Stepping ~*~*~tactically~*~*~ (outnumbered).
 19012 | D:7      | 19012 ||| Stepping ~*~*~tactically~*~*~ (outnumbered).
 19014 | D:7      | 19014 ||| Stepping ~*~*~tactically~*~*~ (outnumbered).
 19016 | D:7      | 19016 ||| Stepping ~*~*~tactically~*~*~ (outnumbered).
 19018 | D:7      | 19018 ||| Stepping ~*~*~tactically~*~*~ (outnumbered).
 19020 | D:7      | 19020 ||| Stepping ~*~*~tactically~*~*~ (outnumbered).
 19022 | D:7      | 19022 ||| Stepping ~*~*~tactically~*~*~ (outnumbered).
 19024 | D:7      | 19024 ||| Stepping ~*~*~tactically~*~*~ (outnumbered).
 19026 | D:7      | 19026 ||| Stepping ~*~*~tactically~*~*~ (outnumbered).
 19028 | D:7      | 19028 ||| Stepping ~*~*~tactically~*~*~ (outnumbered).
 19030 | D:7      | 19030 ||| Stepping ~*~*~tactically~*~*~ (outnumbered).
 19032 | D:7      | 19032 ||| Stepping ~*~*~tactically~*~*~ (outnumbered).
 19034 | D:7      | 19034 ||| Stepping ~*~*~tactically~*~*~ (outnumbered).
 19036 | D:7      | 19036 ||| Stepping ~*~*~tactically~*~*~ (outnumbered).
 19038 | D:7      | 19038 ||| Stepping ~*~*~tactically~*~*~ (outnumbered).
 19040 | D:7      | 19040 ||| Stepping ~*~*~tactically~*~*~ (outnumbered).
 19042 | D:7      | 19042 ||| Stepping ~*~*~tactically~*~*~ (outnumbered).
 19044 | D:7      | 19044 ||| Stepping ~*~*~tactically~*~*~ (outnumbered).
 19046 | D:7      | 19046 ||| Stepping ~*~*~tactically~*~*~ (outnumbered).
 19048 | D:7      | 19048 ||| Stepping ~*~*~tactically~*~*~ (outnumbered).
 19050 | D:7      | 19050 ||| Stepping ~*~*~tactically~*~*~ (outnumbered).
 19052 | D:7      | 19052 ||| Stepping ~*~*~tactically~*~*~ (outnumbered).
 19054 | D:7      | 19054 ||| Stepping ~*~*~tactically~*~*~ (outnumbered).
 19056 | D:7      | 19056 ||| Stepping ~*~*~tactically~*~*~ (outnumbered).
 19058 | D:7      | 19058 ||| Stepping ~*~*~tactically~*~*~ (outnumbered).
 19060 | D:7      | 19060 ||| Stepping ~*~*~tactically~*~*~ (outnumbered).
 19062 | D:7      | 19062 ||| Stepping ~*~*~tactically~*~*~ (outnumbered).
 19064 | D:7      | 19064 ||| Stepping ~*~*~tactically~*~*~ (outnumbered).
 19066 | D:7      | 19066 ||| Stepping ~*~*~tactically~*~*~ (outnumbered).
 19068 | D:7      | 19068 ||| Stepping ~*~*~tactically~*~*~ (outnumbered).
 19070 | D:7      | 19070 ||| Stepping ~*~*~tactically~*~*~ (outnumbered).
 19072 | D:7      | 19072 ||| Stepping ~*~*~tactically~*~*~ (outnumbered).
 19074 | D:7      | 19074 ||| Stepping ~*~*~tactically~*~*~ (outnumbered).
 19076 | D:7      | 19076 ||| Stepping ~*~*~tactically~*~*~ (outnumbered).
 19078 | D:7      | 19078 ||| Stepping ~*~*~tactically~*~*~ (outnumbered).
 19080 | D:7      | 19080 ||| Stepping ~*~*~tactically~*~*~ (outnumbered).
 19082 | D:7      | 19082 ||| Stepping ~*~*~tactically~*~*~ (outnumbered).
 19084 | D:7      | 19084 ||| Stepping ~*~*~tactically~*~*~ (outnumbered).
 19086 | D:7      | 19086 ||| Stepping ~*~*~tactically~*~*~ (outnumbered).
 19088 | D:7      | 19088 ||| Stepping ~*~*~tactically~*~*~ (outnumbered).
 19090 | D:7      | 19090 ||| Stepping ~*~*~tactically~*~*~ (outnumbered).
 19092 | D:7      | 19092 ||| Stepping ~*~*~tactically~*~*~ (outnumbered).
 19094 | D:7      | 19094 ||| Stepping ~*~*~tactically~*~*~ (outnumbered).
 19096 | D:7      | 19096 ||| Stepping ~*~*~tactically~*~*~ (outnumbered).
 19098 | D:7      | 19098 ||| Stepping ~*~*~tactically~*~*~ (outnumbered).
 19100 | D:7      | 19100 ||| Stepping ~*~*~tactically~*~*~ (outnumbered).
 19102 | D:7      | 19102 ||| Stepping ~*~*~tactically~*~*~ (outnumbered).
 19104 | D:7      | 19104 ||| Stepping ~*~*~tactically~*~*~ (outnumbered).
 19106 | D:7      | 19106 ||| Stepping ~*~*~tactically~*~*~ (outnumbered).
 19108 | D:7      | 19108 ||| Stepping ~*~*~tactically~*~*~ (outnumbered).
 19110 | D:7      | 19110 ||| Stepping ~*~*~tactically~*~*~ (outnumbered).
 19112 | D:7      | 19112 ||| Stepping ~*~*~tactically~*~*~ (outnumbered).
 19114 | D:7      | 19114 ||| Stepping ~*~*~tactically~*~*~ (outnumbered).
 19116 | D:7      | 19116 ||| Stepping ~*~*~tactically~*~*~ (outnumbered).
 19118 | D:7      | 19118 ||| Stepping ~*~*~tactically~*~*~ (outnumbered).
 19120 | D:7      | 19120 ||| Stepping ~*~*~tactically~*~*~ (outnumbered).
 19122 | D:7      | 19122 ||| Stepping ~*~*~tactically~*~*~ (outnumbered).
 19124 | D:7      | 19124 ||| Stepping ~*~*~tactically~*~*~ (outnumbered).
 19126 | D:7      | 19126 ||| Stepping ~*~*~tactically~*~*~ (outnumbered).
 19128 | D:7      | 19128 ||| Stepping ~*~*~tactically~*~*~ (outnumbered).
 19130 | D:7      | 19130 ||| Stepping ~*~*~tactically~*~*~ (outnumbered).
 19132 | D:7      | 19132 ||| Stepping ~*~*~tactically~*~*~ (outnumbered).
 19134 | D:7      | 19134 ||| Stepping ~*~*~tactically~*~*~ (outnumbered).
 19136 | D:7      | 19136 ||| Stepping ~*~*~tactically~*~*~ (outnumbered).
 19138 | D:7      | 19138 ||| Stepping ~*~*~tactically~*~*~ (outnumbered).
 19140 | D:7      | 19140 ||| Stepping ~*~*~tactically~*~*~ (outnumbered).
 19142 | D:7      | 19142 ||| Stepping ~*~*~tactically~*~*~ (outnumbered).
 19144 | D:7      | 19144 ||| Stepping ~*~*~tactically~*~*~ (outnumbered).
 19146 | D:7      | 19146 ||| Stepping ~*~*~tactically~*~*~ (outnumbered).
 19148 | D:7      | 19148 ||| Stepping ~*~*~tactically~*~*~ (outnumbered).
 19150 | D:7      | 19150 ||| Stepping ~*~*~tactically~*~*~ (outnumbered).
 19152 | D:7      | 19152 ||| Stepping ~*~*~tactically~*~*~ (outnumbered).
 19154 | D:7      | 19154 ||| Stepping ~*~*~tactically~*~*~ (outnumbered).
 19156 | D:7      | 19156 ||| Stepping ~*~*~tactically~*~*~ (outnumbered).
 19158 | D:7      | 19158 ||| Stepping ~*~*~tactically~*~*~ (outnumbered).
 19160 | D:7      | 19160 ||| Stepping ~*~*~tactically~*~*~ (outnumbered).
 19162 | D:7      | 19162 ||| Stepping ~*~*~tactically~*~*~ (outnumbered).
 19164 | D:7      | 19164 ||| Stepping ~*~*~tactically~*~*~ (outnumbered).
 19166 | D:7      | 19166 ||| Stepping ~*~*~tactically~*~*~ (outnumbered).
 19168 | D:7      | 19168 ||| Stepping ~*~*~tactically~*~*~ (outnumbered).
 19170 | D:7      | 19170 ||| Stepping ~*~*~tactically~*~*~ (outnumbered).
 19172 | D:7      | 19172 ||| Stepping ~*~*~tactically~*~*~ (outnumbered).
 19174 | D:7      | 19174 ||| Stepping ~*~*~tactically~*~*~ (outnumbered).
 19176 | D:7      | 19176 ||| Stepping ~*~*~tactically~*~*~ (outnumbered).
 19178 | D:7      | 19178 ||| Stepping ~*~*~tactically~*~*~ (outnumbered).
 19180 | D:7      | 19180 ||| Stepping ~*~*~tactically~*~*~ (outnumbered).
 19182 | D:7      | 19182 ||| Stepping ~*~*~tactically~*~*~ (outnumbered).
 19184 | D:7      | 19184 ||| Stepping ~*~*~tactically~*~*~ (outnumbered).
 19186 | D:7      | 19186 ||| Stepping ~*~*~tactically~*~*~ (outnumbered).
 19188 | D:7      | 19188 ||| Stepping ~*~*~tactically~*~*~ (outnumbered).
 19190 | D:7      | 19190 ||| Stepping ~*~*~tactically~*~*~ (outnumbered).
 19192 | D:7      | 19192 ||| Stepping ~*~*~tactically~*~*~ (outnumbered).
 19194 | D:7      | 19194 ||| Stepping ~*~*~tactically~*~*~ (outnumbered).
 19196 | D:7      | 19196 ||| Stepping ~*~*~tactically~*~*~ (outnumbered).
 19198 | D:7      | 19198 ||| Stepping ~*~*~tactically~*~*~ (outnumbered).
 19200 | D:7      | 19200 ||| Stepping ~*~*~tactically~*~*~ (outnumbered).
 19202 | D:7      | 19202 ||| Stepping ~*~*~tactically~*~*~ (outnumbered).
 19204 | D:7      | 19204 ||| Stepping ~*~*~tactically~*~*~ (outnumbered).
 19206 | D:7      | 19206 ||| Stepping ~*~*~tactically~*~*~ (outnumbered).
 19208 | D:7      | 19208 ||| Stepping ~*~*~tactically~*~*~ (outnumbered).
 19210 | D:7      | 19210 ||| Stepping ~*~*~tactically~*~*~ (outnumbered).
 19212 | D:7      | 19212 ||| Stepping ~*~*~tactically~*~*~ (outnumbered).
 19214 | D:7      | 19214 ||| Stepping ~*~*~tactically~*~*~ (outnumbered).
 19216 | D:7      | 19216 ||| Stepping ~*~*~tactically~*~*~ (outnumbered).
 19218 | D:7      | 19218 ||| Stepping ~*~*~tactically~*~*~ (outnumbered).
 19220 | D:7      | 19220 ||| Stepping ~*~*~tactically~*~*~ (outnumbered).
 19222 | D:7      | 19222 ||| Stepping ~*~*~tactically~*~*~ (outnumbered).
 19224 | D:7      | 19224 ||| Stepping ~*~*~tactically~*~*~ (outnumbered).
 19226 | D:7      | 19226 ||| Stepping ~*~*~tactically~*~*~ (outnumbered).
 19228 | D:7      | 19228 ||| Stepping ~*~*~tactically~*~*~ (outnumbered).
 19230 | D:7      | 19230 ||| Stepping ~*~*~tactically~*~*~ (outnumbered).
 19232 | D:7      | 19232 ||| Stepping ~*~*~tactically~*~*~ (outnumbered).
 19234 | D:7      | 19234 ||| Stepping ~*~*~tactically~*~*~ (outnumbered).
 19236 | D:7      | 19236 ||| Stepping ~*~*~tactically~*~*~ (outnumbered).
 19238 | D:7      | 19238 ||| Stepping ~*~*~tactically~*~*~ (outnumbered).
 19240 | D:7      | 19240 ||| Stepping ~*~*~tactically~*~*~ (outnumbered).
 19242 | D:7      | 19242 ||| Stepping ~*~*~tactically~*~*~ (outnumbered).
 19244 | D:7      | 19244 ||| Stepping ~*~*~tactically~*~*~ (outnumbered).
 19246 | D:7      | 19246 ||| Stepping ~*~*~tactically~*~*~ (outnumbered).
 19248 | D:7      | 19248 ||| Stepping ~*~*~tactically~*~*~ (outnumbered).
 19250 | D:7      | 19250 ||| Stepping ~*~*~tactically~*~*~ (outnumbered).
 19252 | D:7      | 19252 ||| Stepping ~*~*~tactically~*~*~ (outnumbered).
 19254 | D:7      | 19254 ||| Stepping ~*~*~tactically~*~*~ (outnumbered).
 19256 | D:7      | 19256 ||| Stepping ~*~*~tactically~*~*~ (outnumbered).
 19258 | D:7      | 19258 ||| Stepping ~*~*~tactically~*~*~ (outnumbered).
 19260 | D:7      | 19260 ||| Stepping ~*~*~tactically~*~*~ (outnumbered).
 19262 | D:7      | 19262 ||| Stepping ~*~*~tactically~*~*~ (outnumbered).
 19264 | D:7      | 19264 ||| Stepping ~*~*~tactically~*~*~ (outnumbered).
 19266 | D:7      | 19266 ||| Stepping ~*~*~tactically~*~*~ (outnumbered).
 19268 | D:7      | 19268 ||| Stepping ~*~*~tactically~*~*~ (outnumbered).
 19270 | D:7      | 19270 ||| Stepping ~*~*~tactically~*~*~ (outnumbered).
 19272 | D:7      | 19272 ||| Stepping ~*~*~tactically~*~*~ (outnumbered).
 19274 | D:7      | 19274 ||| Stepping ~*~*~tactically~*~*~ (outnumbered).
 19276 | D:7      | 19276 ||| Stepping ~*~*~tactically~*~*~ (outnumbered).
 19278 | D:7      | 19278 ||| Stepping ~*~*~tactically~*~*~ (outnumbered).
 19280 | D:7      | 19280 ||| Stepping ~*~*~tactically~*~*~ (outnumbered).
 19282 | D:7      | 19282 ||| Stepping ~*~*~tactically~*~*~ (outnumbered).
 19284 | D:7      | 19284 ||| Stepping ~*~*~tactically~*~*~ (outnumbered).
 19286 | D:7      | 19286 ||| Stepping ~*~*~tactically~*~*~ (outnumbered).
 19288 | D:7      | 19288 ||| Stepping ~*~*~tactically~*~*~ (outnumbered).
 19290 | D:7      | 19290 ||| Stepping ~*~*~tactically~*~*~ (outnumbered).
 19292 | D:7      | 19292 ||| Stepping ~*~*~tactically~*~*~ (outnumbered).
 19294 | D:7      | 19294 ||| Stepping ~*~*~tactically~*~*~ (outnumbered).
 19296 | D:7      | 19296 ||| Stepping ~*~*~tactically~*~*~ (outnumbered).
 19298 | D:7      | 19298 ||| Stepping ~*~*~tactically~*~*~ (outnumbered).
 19300 | D:7      | 19300 ||| Stepping ~*~*~tactically~*~*~ (outnumbered).
 19302 | D:7      | 19302 ||| Stepping ~*~*~tactically~*~*~ (outnumbered).
 19304 | D:7      | 19304 ||| Stepping ~*~*~tactically~*~*~ (outnumbered).
 19306 | D:7      | 19306 ||| Stepping ~*~*~tactically~*~*~ (outnumbered).
 19308 | D:7      | 19308 ||| Stepping ~*~*~tactically~*~*~ (outnumbered).
 19310 | D:7      | 19310 ||| Stepping ~*~*~tactically~*~*~ (outnumbered).
 19312 | D:7      | 19312 ||| Stepping ~*~*~tactically~*~*~ (outnumbered).
 19314 | D:7      | 19314 ||| Stepping ~*~*~tactically~*~*~ (outnumbered).
 19316 | D:7      | 19316 ||| Stepping ~*~*~tactically~*~*~ (outnumbered).
 19318 | D:7      | 19318 ||| Stepping ~*~*~tactically~*~*~ (outnumbered).
 19320 | D:7      | 19320 ||| Stepping ~*~*~tactically~*~*~ (outnumbered).
 19322 | D:7      | 19322 ||| Stepping ~*~*~tactically~*~*~ (outnumbered).
 19324 | D:7      | 19324 ||| Stepping ~*~*~tactically~*~*~ (outnumbered).
 19326 | D:7      | 19326 ||| Stepping ~*~*~tactically~*~*~ (outnumbered).
 19328 | D:7      | 19328 ||| Stepping ~*~*~tactically~*~*~ (outnumbered).
 19330 | D:7      | 19330 ||| Stepping ~*~*~tactically~*~*~ (outnumbered).
 19332 | D:7      | 19332 ||| Stepping ~*~*~tactically~*~*~ (outnumbered).
 19334 | D:7      | 19334 ||| Stepping ~*~*~tactically~*~*~ (outnumbered).
 19336 | D:7      | 19336 ||| Stepping ~*~*~tactically~*~*~ (outnumbered).
 19338 | D:7      | 19338 ||| Stepping ~*~*~tactically~*~*~ (outnumbered).
 19340 | D:7      | 19340 ||| Stepping ~*~*~tactically~*~*~ (outnumbered).
 19342 | D:7      | 19342 ||| Stepping ~*~*~tactically~*~*~ (outnumbered).
 19344 | D:7      | 19344 ||| Stepping ~*~*~tactically~*~*~ (outnumbered).
 19346 | D:7      | 19346 ||| Stepping ~*~*~tactically~*~*~ (outnumbered).
 19348 | D:7      | 19348 ||| Stepping ~*~*~tactically~*~*~ (outnumbered).
 19350 | D:7      | 19350 ||| Stepping ~*~*~tactically~*~*~ (outnumbered).
 19352 | D:7      | 19352 ||| Stepping ~*~*~tactically~*~*~ (outnumbered).
 19354 | D:7      | 19354 ||| Stepping ~*~*~tactically~*~*~ (outnumbered).
 19356 | D:7      | 19356 ||| Stepping ~*~*~tactically~*~*~ (outnumbered).
 19358 | D:7      | 19358 ||| Stepping ~*~*~tactically~*~*~ (outnumbered).
 19360 | D:7      | 19360 ||| Stepping ~*~*~tactically~*~*~ (outnumbered).
 19362 | D:7      | 19362 ||| Stepping ~*~*~tactically~*~*~ (outnumbered).
 19364 | D:7      | 19364 ||| Stepping ~*~*~tactically~*~*~ (outnumbered).
 19366 | D:7      | 19366 ||| Stepping ~*~*~tactically~*~*~ (outnumbered).
 19368 | D:7      | 19368 ||| Stepping ~*~*~tactically~*~*~ (outnumbered).
 19370 | D:7      | 19370 ||| Stepping ~*~*~tactically~*~*~ (outnumbered).
 19372 | D:7      | 19372 ||| Stepping ~*~*~tactically~*~*~ (outnumbered).
 19374 | D:7      | 19374 ||| Stepping ~*~*~tactically~*~*~ (outnumbered).
 19376 | D:7      | 19376 ||| Stepping ~*~*~tactically~*~*~ (outnumbered).
 19378 | D:7      | 19378 ||| Stepping ~*~*~tactically~*~*~ (outnumbered).
 19380 | D:7      | 19380 ||| Stepping ~*~*~tactically~*~*~ (outnumbered).
 19382 | D:7      | 19382 ||| Stepping ~*~*~tactically~*~*~ (outnumbered).
 19384 | D:7      | 19384 ||| Stepping ~*~*~tactically~*~*~ (outnumbered).
 19386 | D:7      | 19386 ||| Stepping ~*~*~tactically~*~*~ (outnumbered).
 19388 | D:7      | 19388 ||| Stepping ~*~*~tactically~*~*~ (outnumbered).
 19390 | D:7      | 19390 ||| Stepping ~*~*~tactically~*~*~ (outnumbered).
 19392 | D:7      | 19392 ||| Stepping ~*~*~tactically~*~*~ (outnumbered).
 19394 | D:7      | 19394 ||| Stepping ~*~*~tactically~*~*~ (outnumbered).
 19396 | D:7      | 19396 ||| Stepping ~*~*~tactically~*~*~ (outnumbered).
 19398 | D:7      | 19398 ||| Stepping ~*~*~tactically~*~*~ (outnumbered).
 19400 | D:7      | 19400 ||| Stepping ~*~*~tactically~*~*~ (outnumbered).
 19402 | D:7      | 19402 ||| Stepping ~*~*~tactically~*~*~ (outnumbered).
 19404 | D:7      | 19404 ||| Stepping ~*~*~tactically~*~*~ (outnumbered).
 19406 | D:7      | 19406 ||| Stepping ~*~*~tactically~*~*~ (outnumbered).
 19408 | D:7      | 19408 ||| Stepping ~*~*~tactically~*~*~ (outnumbered).
 19410 | D:7      | 19410 ||| Stepping ~*~*~tactically~*~*~ (outnumbered).
 19412 | D:7      | 19412 ||| Stepping ~*~*~tactically~*~*~ (outnumbered).
 19414 | D:7      | 19414 ||| Stepping ~*~*~tactically~*~*~ (outnumbered).
 19416 | D:7      | 19416 ||| Stepping ~*~*~tactically~*~*~ (outnumbered).
 19418 | D:7      | 19418 ||| Stepping ~*~*~tactically~*~*~ (outnumbered).
 19420 | D:7      | 19420 ||| Stepping ~*~*~tactically~*~*~ (outnumbered).
 19422 | D:7      | 19422 ||| Stepping ~*~*~tactically~*~*~ (outnumbered).
 19424 | D:7      | 19424 ||| Stepping ~*~*~tactically~*~*~ (outnumbered).
 19426 | D:7      | 19426 ||| Stepping ~*~*~tactically~*~*~ (outnumbered).
 19428 | D:7      | 19428 ||| Stepping ~*~*~tactically~*~*~ (outnumbered).
 19430 | D:7      | 19430 ||| Stepping ~*~*~tactically~*~*~ (outnumbered).
 19432 | D:7      | 19432 ||| Stepping ~*~*~tactically~*~*~ (outnumbered).
 19434 | D:7      | 19434 ||| Stepping ~*~*~tactically~*~*~ (outnumbered).
 19436 | D:7      | 19436 ||| Stepping ~*~*~tactically~*~*~ (outnumbered).
 19438 | D:7      | 19438 ||| Stepping ~*~*~tactically~*~*~ (outnumbered).
 19440 | D:7      | 19440 ||| Stepping ~*~*~tactically~*~*~ (outnumbered).
 19442 | D:7      | 19442 ||| Stepping ~*~*~tactically~*~*~ (outnumbered).
 19444 | D:7      | 19444 ||| Stepping ~*~*~tactically~*~*~ (outnumbered).
 19446 | D:7      | 19446 ||| Stepping ~*~*~tactically~*~*~ (outnumbered).
 19448 | D:7      | 19448 ||| Stepping ~*~*~tactically~*~*~ (outnumbered).
 19450 | D:7      | 19450 ||| Stepping ~*~*~tactically~*~*~ (outnumbered).
 19452 | D:7      | 19452 ||| Stepping ~*~*~tactically~*~*~ (outnumbered).
 19454 | D:7      | 19454 ||| Stepping ~*~*~tactically~*~*~ (outnumbered).
 19456 | D:7      | 19456 ||| Stepping ~*~*~tactically~*~*~ (outnumbered).
 19458 | D:7      | 19458 ||| Stepping ~*~*~tactically~*~*~ (outnumbered).
 19460 | D:7      | 19460 ||| Stepping ~*~*~tactically~*~*~ (outnumbered).
 19462 | D:7      | 19462 ||| Stepping ~*~*~tactically~*~*~ (outnumbered).
 19464 | D:7      | 19464 ||| Stepping ~*~*~tactically~*~*~ (outnumbered).
 19466 | D:7      | 19466 ||| Stepping ~*~*~tactically~*~*~ (outnumbered).
 19468 | D:7      | 19468 ||| Stepping ~*~*~tactically~*~*~ (outnumbered).
 19470 | D:7      | 19470 ||| Stepping ~*~*~tactically~*~*~ (outnumbered).
 19472 | D:7      | 19472 ||| Stepping ~*~*~tactically~*~*~ (outnumbered).
 19474 | D:7      | 19474 ||| Stepping ~*~*~tactically~*~*~ (outnumbered).
 19476 | D:7      | 19476 ||| Stepping ~*~*~tactically~*~*~ (outnumbered).
 19478 | D:7      | 19478 ||| Stepping ~*~*~tactically~*~*~ (outnumbered).
 19480 | D:7      | 19480 ||| Stepping ~*~*~tactically~*~*~ (outnumbered).
 19482 | D:7      | 19482 ||| Stepping ~*~*~tactically~*~*~ (outnumbered).
 19484 | D:7      | 19484 ||| Stepping ~*~*~tactically~*~*~ (outnumbered).
 19486 | D:7      | 19486 ||| Stepping ~*~*~tactically~*~*~ (outnumbered).
 19488 | D:7      | 19488 ||| Stepping ~*~*~tactically~*~*~ (outnumbered).
 19490 | D:7      | 19490 ||| Stepping ~*~*~tactically~*~*~ (outnumbered).
 19492 | D:7      | 19492 ||| Stepping ~*~*~tactically~*~*~ (outnumbered).
 19494 | D:7      | 19494 ||| Stepping ~*~*~tactically~*~*~ (outnumbered).
 19496 | D:7      | 19496 ||| Stepping ~*~*~tactically~*~*~ (outnumbered).
 19498 | D:7      | 19498 ||| Stepping ~*~*~tactically~*~*~ (outnumbered).
 19500 | D:7      | 19500 ||| Stepping ~*~*~tactically~*~*~ (outnumbered).
 19502 | D:7      | 19502 ||| Stepping ~*~*~tactically~*~*~ (outnumbered).
 19504 | D:7      | 19504 ||| Stepping ~*~*~tactically~*~*~ (outnumbered).
 19506 | D:7      | 19506 ||| Stepping ~*~*~tactically~*~*~ (outnumbered).
 19508 | D:7      | 19508 ||| Stepping ~*~*~tactically~*~*~ (outnumbered).
 19510 | D:7      | 19510 ||| Stepping ~*~*~tactically~*~*~ (outnumbered).
 19512 | D:7      | 19512 ||| Stepping ~*~*~tactically~*~*~ (outnumbered).
 19514 | D:7      | 19514 ||| Stepping ~*~*~tactically~*~*~ (outnumbered).
 19516 | D:7      | 19516 ||| Stepping ~*~*~tactically~*~*~ (outnumbered).
 19518 | D:7      | 19518 ||| Stepping ~*~*~tactically~*~*~ (outnumbered).
 19520 | D:7      | 19520 ||| Stepping ~*~*~tactically~*~*~ (outnumbered).
 19522 | D:7      | 19522 ||| Stepping ~*~*~tactically~*~*~ (outnumbered).
 19524 | D:7      | 19524 ||| Stepping ~*~*~tactically~*~*~ (outnumbered).
 19526 | D:7      | 19526 ||| Stepping ~*~*~tactically~*~*~ (outnumbered).
 19528 | D:7      | 19528 ||| Stepping ~*~*~tactically~*~*~ (outnumbered).
 19530 | D:7      | 19530 ||| Stepping ~*~*~tactically~*~*~ (outnumbered).
 19532 | D:7      | 19532 ||| Stepping ~*~*~tactically~*~*~ (outnumbered).
 19534 | D:7      | 19534 ||| Stepping ~*~*~tactically~*~*~ (outnumbered).
 19536 | D:7      | 19536 ||| Stepping ~*~*~tactically~*~*~ (outnumbered).
 19538 | D:7      | 19538 ||| Stepping ~*~*~tactically~*~*~ (outnumbered).
 19540 | D:7      | 19540 ||| Stepping ~*~*~tactically~*~*~ (outnumbered).
 19542 | D:7      | 19542 ||| Stepping ~*~*~tactically~*~*~ (outnumbered).
 19544 | D:7      | 19544 ||| Stepping ~*~*~tactically~*~*~ (outnumbered).
 19546 | D:7      | 19546 ||| Stepping ~*~*~tactically~*~*~ (outnumbered).
 19548 | D:7      | 19548 ||| Stepping ~*~*~tactically~*~*~ (outnumbered).
 19550 | D:7      | 19550 ||| Stepping ~*~*~tactically~*~*~ (outnumbered).
 19552 | D:7      | 19552 ||| Stepping ~*~*~tactically~*~*~ (outnumbered).
 19554 | D:7      | 19554 ||| Stepping ~*~*~tactically~*~*~ (outnumbered).
 19556 | D:7      | 19556 ||| Stepping ~*~*~tactically~*~*~ (outnumbered).
 19558 | D:7      | 19558 ||| Stepping ~*~*~tactically~*~*~ (outnumbered).
 19560 | D:7      | 19560 ||| Stepping ~*~*~tactically~*~*~ (outnumbered).
 19562 | D:7      | 19562 ||| Stepping ~*~*~tactically~*~*~ (outnumbered).
 19564 | D:7      | 19564 ||| Stepping ~*~*~tactically~*~*~ (outnumbered).
 19566 | D:7      | 19566 ||| Stepping ~*~*~tactically~*~*~ (outnumbered).
 19568 | D:7      | 19568 ||| Stepping ~*~*~tactically~*~*~ (outnumbered).
 19570 | D:7      | 19570 ||| Stepping ~*~*~tactically~*~*~ (outnumbered).
 19572 | D:7      | 19572 ||| Stepping ~*~*~tactically~*~*~ (outnumbered).
 19574 | D:7      | 19574 ||| Stepping ~*~*~tactically~*~*~ (outnumbered).
 19576 | D:7      | 19576 ||| Stepping ~*~*~tactically~*~*~ (outnumbered).
 19578 | D:7      | 19578 ||| Stepping ~*~*~tactically~*~*~ (outnumbered).
 19580 | D:7      | 19580 ||| Stepping ~*~*~tactically~*~*~ (outnumbered).
 19582 | D:7      | 19582 ||| Stepping ~*~*~tactically~*~*~ (outnumbered).
 19584 | D:7      | 19584 ||| Stepping ~*~*~tactically~*~*~ (outnumbered).
 19586 | D:7      | 19586 ||| Stepping ~*~*~tactically~*~*~ (outnumbered).
 19588 | D:7      | 19588 ||| Stepping ~*~*~tactically~*~*~ (outnumbered).
 19590 | D:7      | 19590 ||| Stepping ~*~*~tactically~*~*~ (outnumbered).
 19592 | D:7      | 19592 ||| Stepping ~*~*~tactically~*~*~ (outnumbered).
 19594 | D:7      | 19594 ||| Stepping ~*~*~tactically~*~*~ (outnumbered).
 19596 | D:7      | 19596 ||| Stepping ~*~*~tactically~*~*~ (outnumbered).
 19598 | D:7      | 19598 ||| Stepping ~*~*~tactically~*~*~ (outnumbered).
 19600 | D:7      | 19600 ||| Stepping ~*~*~tactically~*~*~ (outnumbered).
 19602 | D:7      | 19602 ||| Stepping ~*~*~tactically~*~*~ (outnumbered).
 19604 | D:7      | 19604 ||| Stepping ~*~*~tactically~*~*~ (outnumbered).
 19606 | D:7      | 19606 ||| Stepping ~*~*~tactically~*~*~ (outnumbered).
 19608 | D:7      | 19608 ||| Stepping ~*~*~tactically~*~*~ (outnumbered).
 19610 | D:7      | 19610 ||| Stepping ~*~*~tactically~*~*~ (outnumbered).
 19612 | D:7      | 19612 ||| Stepping ~*~*~tactically~*~*~ (outnumbered).
 19614 | D:7      | 19614 ||| Stepping ~*~*~tactically~*~*~ (outnumbered).
 19616 | D:7      | 19616 ||| Stepping ~*~*~tactically~*~*~ (outnumbered).
 19618 | D:7      | 19618 ||| Stepping ~*~*~tactically~*~*~ (outnumbered).
 19620 | D:7      | 19620 ||| Stepping ~*~*~tactically~*~*~ (outnumbered).
 19622 | D:7      | 19622 ||| Stepping ~*~*~tactically~*~*~ (outnumbered).
 19624 | D:7      | 19624 ||| Stepping ~*~*~tactically~*~*~ (outnumbered).
 19626 | D:7      | 19626 ||| Stepping ~*~*~tactically~*~*~ (outnumbered).
 19628 | D:7      | 19628 ||| Stepping ~*~*~tactically~*~*~ (outnumbered).
 19630 | D:7      | 19630 ||| Stepping ~*~*~tactically~*~*~ (outnumbered).
 19632 | D:7      | 19632 ||| Stepping ~*~*~tactically~*~*~ (outnumbered).
 19634 | D:7      | 19634 ||| Stepping ~*~*~tactically~*~*~ (outnumbered).
 19636 | D:7      | 19636 ||| Stepping ~*~*~tactically~*~*~ (outnumbered).
 19638 | D:7      | 19638 ||| Stepping ~*~*~tactically~*~*~ (outnumbered).
 19640 | D:7      | 19640 ||| Stepping ~*~*~tactically~*~*~ (outnumbered).
 19642 | D:7      | 19642 ||| Stepping ~*~*~tactically~*~*~ (outnumbered).
 19644 | D:7      | 19644 ||| Stepping ~*~*~tactically~*~*~ (outnumbered).
 19646 | D:7      | 19646 ||| Stepping ~*~*~tactically~*~*~ (outnumbered).
 19648 | D:7      | 19648 ||| Stepping ~*~*~tactically~*~*~ (outnumbered).
 19650 | D:7      | 19650 ||| Stepping ~*~*~tactically~*~*~ (outnumbered).
 19652 | D:7      | 19652 ||| Stepping ~*~*~tactically~*~*~ (outnumbered).
 19654 | D:7      | 19654 ||| Stepping ~*~*~tactically~*~*~ (outnumbered).
 19656 | D:7      | 19656 ||| Stepping ~*~*~tactically~*~*~ (outnumbered).
 19658 | D:7      | 19658 ||| Stepping ~*~*~tactically~*~*~ (outnumbered).
 19660 | D:7      | 19660 ||| Stepping ~*~*~tactically~*~*~ (outnumbered).
 19662 | D:7      | 19662 ||| Stepping ~*~*~tactically~*~*~ (outnumbered).
 19664 | D:7      | 19664 ||| Stepping ~*~*~tactically~*~*~ (outnumbered).
 19666 | D:7      | 19666 ||| Stepping ~*~*~tactically~*~*~ (outnumbered).
 19668 | D:7      | 19668 ||| Stepping ~*~*~tactically~*~*~ (outnumbered).
 19670 | D:7      | 19670 ||| Stepping ~*~*~tactically~*~*~ (outnumbered).
 19672 | D:7      | 19672 ||| Stepping ~*~*~tactically~*~*~ (outnumbered).
 19674 | D:7      | 19674 ||| Stepping ~*~*~tactically~*~*~ (outnumbered).
 19676 | D:7      | 19676 ||| Stepping ~*~*~tactically~*~*~ (outnumbered).
 19678 | D:7      | 19678 ||| Stepping ~*~*~tactically~*~*~ (outnumbered).
 19680 | D:7      | 19680 ||| Stepping ~*~*~tactically~*~*~ (outnumbered).
 19682 | D:7      | 19682 ||| Stepping ~*~*~tactically~*~*~ (outnumbered).
 19684 | D:7      | 19684 ||| Stepping ~*~*~tactically~*~*~ (outnumbered).
 19686 | D:7      | 19686 ||| Stepping ~*~*~tactically~*~*~ (outnumbered).
 19688 | D:7      | 19688 ||| Stepping ~*~*~tactically~*~*~ (outnumbered).
 19690 | D:7      | 19690 ||| Stepping ~*~*~tactically~*~*~ (outnumbered).
 19692 | D:7      | 19692 ||| Stepping ~*~*~tactically~*~*~ (outnumbered).
 19694 | D:7      | 19694 ||| Stepping ~*~*~tactically~*~*~ (outnumbered).
 19696 | D:7      | 19696 ||| Stepping ~*~*~tactically~*~*~ (outnumbered).
 19698 | D:7      | 19698 ||| Stepping ~*~*~tactically~*~*~ (outnumbered).
 19700 | D:7      | 19700 ||| Stepping ~*~*~tactically~*~*~ (outnumbered).
 19702 | D:7      | 19702 ||| Stepping ~*~*~tactically~*~*~ (outnumbered).
 19704 | D:7      | 19704 ||| Stepping ~*~*~tactically~*~*~ (outnumbered).
 19706 | D:7      | 19706 ||| Stepping ~*~*~tactically~*~*~ (outnumbered).
 19708 | D:7      | 19708 ||| Stepping ~*~*~tactically~*~*~ (outnumbered).
 19710 | D:7      | 19710 ||| Stepping ~*~*~tactically~*~*~ (outnumbered).
 19712 | D:7      | 19712 ||| Stepping ~*~*~tactically~*~*~ (outnumbered).
 19714 | D:7      | 19714 ||| Stepping ~*~*~tactically~*~*~ (outnumbered).
 19716 | D:7      | 19716 ||| Stepping ~*~*~tactically~*~*~ (outnumbered).
 19718 | D:7      | 19718 ||| Stepping ~*~*~tactically~*~*~ (outnumbered).
 19720 | D:7      | 19720 ||| Stepping ~*~*~tactically~*~*~ (outnumbered).
 19722 | D:7      | 19722 ||| Stepping ~*~*~tactically~*~*~ (outnumbered).
 19724 | D:7      | 19724 ||| Stepping ~*~*~tactically~*~*~ (outnumbered).
 19726 | D:7      | 19726 ||| Stepping ~*~*~tactically~*~*~ (outnumbered).
 19728 | D:7      | 19728 ||| Stepping ~*~*~tactically~*~*~ (outnumbered).
 19730 | D:7      | 19730 ||| Stepping ~*~*~tactically~*~*~ (outnumbered).
 19732 | D:7      | 19732 ||| Stepping ~*~*~tactically~*~*~ (outnumbered).
 19734 | D:7      | 19734 ||| Stepping ~*~*~tactically~*~*~ (outnumbered).
 19736 | D:7      | 19736 ||| Stepping ~*~*~tactically~*~*~ (outnumbered).
 19738 | D:7      | 19738 ||| Stepping ~*~*~tactically~*~*~ (outnumbered).
 19740 | D:7      | 19740 ||| Stepping ~*~*~tactically~*~*~ (outnumbered).
 19742 | D:7      | 19742 ||| Stepping ~*~*~tactically~*~*~ (outnumbered).
 19744 | D:7      | 19744 ||| Stepping ~*~*~tactically~*~*~ (outnumbered).
 19746 | D:7      | 19746 ||| Stepping ~*~*~tactically~*~*~ (outnumbered).
 19748 | D:7      | 19748 ||| Stepping ~*~*~tactically~*~*~ (outnumbered).
 19750 | D:7      | 19750 ||| Stepping ~*~*~tactically~*~*~ (outnumbered).
 19752 | D:7      | 19752 ||| Stepping ~*~*~tactically~*~*~ (outnumbered).
 19754 | D:7      | 19754 ||| Stepping ~*~*~tactically~*~*~ (outnumbered).
 19756 | D:7      | 19756 ||| Stepping ~*~*~tactically~*~*~ (outnumbered).
 19758 | D:7      | 19758 ||| Stepping ~*~*~tactically~*~*~ (outnumbered).
 19760 | D:7      | 19760 ||| Stepping ~*~*~tactically~*~*~ (outnumbered).
 19762 | D:7      | 19762 ||| Stepping ~*~*~tactically~*~*~ (outnumbered).
 19764 | D:7      | 19764 ||| Stepping ~*~*~tactically~*~*~ (outnumbered).
 19766 | D:7      | 19766 ||| Stepping ~*~*~tactically~*~*~ (outnumbered).
 19768 | D:7      | 19768 ||| Stepping ~*~*~tactically~*~*~ (outnumbered).
 19770 | D:7      | 19770 ||| Stepping ~*~*~tactically~*~*~ (outnumbered).
 19772 | D:7      | 19772 ||| Stepping ~*~*~tactically~*~*~ (outnumbered).
 19774 | D:7      | 19774 ||| Stepping ~*~*~tactically~*~*~ (outnumbered).
 19776 | D:7      | 19776 ||| Stepping ~*~*~tactically~*~*~ (outnumbered).
 19778 | D:7      | 19778 ||| Stepping ~*~*~tactically~*~*~ (outnumbered).
 19780 | D:7      | 19780 ||| Stepping ~*~*~tactically~*~*~ (outnumbered).
 19782 | D:7      | 19782 ||| Stepping ~*~*~tactically~*~*~ (outnumbered).
 19784 | D:7      | 19784 ||| Stepping ~*~*~tactically~*~*~ (outnumbered).
 19786 | D:7      | 19786 ||| Stepping ~*~*~tactically~*~*~ (outnumbered).
 19788 | D:7      | 19788 ||| Stepping ~*~*~tactically~*~*~ (outnumbered).
 19790 | D:7      | 19790 ||| Stepping ~*~*~tactically~*~*~ (outnumbered).
 19792 | D:7      | 19792 ||| Stepping ~*~*~tactically~*~*~ (outnumbered).
 19794 | D:7      | 19794 ||| Stepping ~*~*~tactically~*~*~ (outnumbered).
 19796 | D:7      | 19796 ||| Stepping ~*~*~tactically~*~*~ (outnumbered).
 19798 | D:7      | 19798 ||| Stepping ~*~*~tactically~*~*~ (outnumbered).
 19800 | D:7      | 19800 ||| Stepping ~*~*~tactically~*~*~ (outnumbered).
 19802 | D:7      | 19802 ||| Stepping ~*~*~tactically~*~*~ (outnumbered).
 19804 | D:7      | 19804 ||| Stepping ~*~*~tactically~*~*~ (outnumbered).
 19806 | D:7      | 19806 ||| Stepping ~*~*~tactically~*~*~ (outnumbered).
 19808 | D:7      | 19808 ||| Stepping ~*~*~tactically~*~*~ (outnumbered).
 19810 | D:7      | 19810 ||| Stepping ~*~*~tactically~*~*~ (outnumbered).
 19812 | D:7      | 19812 ||| Stepping ~*~*~tactically~*~*~ (outnumbered).
 19814 | D:7      | 19814 ||| Stepping ~*~*~tactically~*~*~ (outnumbered).
 19816 | D:7      | 19816 ||| Stepping ~*~*~tactically~*~*~ (outnumbered).
 19818 | D:7      | 19818 ||| Stepping ~*~*~tactically~*~*~ (outnumbered).
 19820 | D:7      | 19820 ||| Stepping ~*~*~tactically~*~*~ (outnumbered).
 19822 | D:7      | 19822 ||| Stepping ~*~*~tactically~*~*~ (outnumbered).
 19824 | D:7      | 19824 ||| Stepping ~*~*~tactically~*~*~ (outnumbered).
 19826 | D:7      | 19826 ||| Stepping ~*~*~tactically~*~*~ (outnumbered).
 19828 | D:7      | 19828 ||| Stepping ~*~*~tactically~*~*~ (outnumbered).
 19830 | D:7      | 19830 ||| Stepping ~*~*~tactically~*~*~ (outnumbered).
 19832 | D:7      | 19832 ||| Stepping ~*~*~tactically~*~*~ (outnumbered).
 19834 | D:7      | 19834 ||| Stepping ~*~*~tactically~*~*~ (outnumbered).
 19836 | D:7      | 19836 ||| Stepping ~*~*~tactically~*~*~ (outnumbered).
 19838 | D:7      | 19838 ||| Stepping ~*~*~tactically~*~*~ (outnumbered).
 19840 | D:7      | 19840 ||| Stepping ~*~*~tactically~*~*~ (outnumbered).
 19842 | D:7      | 19842 ||| Stepping ~*~*~tactically~*~*~ (outnumbered).
 19844 | D:7      | 19844 ||| Stepping ~*~*~tactically~*~*~ (outnumbered).
 19846 | D:7      | 19846 ||| Stepping ~*~*~tactically~*~*~ (outnumbered).
 19848 | D:7      | 19848 ||| Stepping ~*~*~tactically~*~*~ (outnumbered).
 19850 | D:7      | 19850 ||| Stepping ~*~*~tactically~*~*~ (outnumbered).
 19852 | D:7      | 19852 ||| Stepping ~*~*~tactically~*~*~ (outnumbered).
 19854 | D:7      | 19854 ||| Stepping ~*~*~tactically~*~*~ (outnumbered).
 19856 | D:7      | 19856 ||| Stepping ~*~*~tactically~*~*~ (outnumbered).
 19858 | D:7      | 19858 ||| Stepping ~*~*~tactically~*~*~ (outnumbered).
 19860 | D:7      | 19860 ||| Stepping ~*~*~tactically~*~*~ (outnumbered).
 19862 | D:7      | 19862 ||| Stepping ~*~*~tactically~*~*~ (outnumbered).
 19864 | D:7      | 19864 ||| Stepping ~*~*~tactically~*~*~ (outnumbered).
 19866 | D:7      | 19866 ||| Stepping ~*~*~tactically~*~*~ (outnumbered).
 19868 | D:7      | 19868 ||| Stepping ~*~*~tactically~*~*~ (outnumbered).
 19870 | D:7      | 19870 ||| Stepping ~*~*~tactically~*~*~ (outnumbered).
 19872 | D:7      | 19872 ||| Stepping ~*~*~tactically~*~*~ (outnumbered).
 19874 | D:7      | 19874 ||| Stepping ~*~*~tactically~*~*~ (outnumbered).
 19876 | D:7      | 19876 ||| Stepping ~*~*~tactically~*~*~ (outnumbered).
 19878 | D:7      | 19878 ||| Stepping ~*~*~tactically~*~*~ (outnumbered).
 19880 | D:7      | 19880 ||| Stepping ~*~*~tactically~*~*~ (outnumbered).
 19882 | D:7      | 19882 ||| Stepping ~*~*~tactically~*~*~ (outnumbered).
 19884 | D:7      | 19884 ||| Stepping ~*~*~tactically~*~*~ (outnumbered).
 19886 | D:7      | 19886 ||| Stepping ~*~*~tactically~*~*~ (outnumbered).
 19888 | D:7      | 19888 ||| Stepping ~*~*~tactically~*~*~ (outnumbered).
 19890 | D:7      | 19890 ||| Stepping ~*~*~tactically~*~*~ (outnumbered).
 19892 | D:7      | 19892 ||| Stepping ~*~*~tactically~*~*~ (outnumbered).
 19894 | D:7      | 19894 ||| Stepping ~*~*~tactically~*~*~ (outnumbered).
 19896 | D:7      | 19896 ||| Stepping ~*~*~tactically~*~*~ (outnumbered).
 19898 | D:7      | 19898 ||| Stepping ~*~*~tactically~*~*~ (outnumbered).
 19900 | D:7      | 19900 ||| Stepping ~*~*~tactically~*~*~ (outnumbered).
 19902 | D:7      | 19902 ||| Stepping ~*~*~tactically~*~*~ (outnumbered).
 19904 | D:7      | 19904 ||| Stepping ~*~*~tactically~*~*~ (outnumbered).
 19906 | D:7      | 19906 ||| Stepping ~*~*~tactically~*~*~ (outnumbered).
 19908 | D:7      | 19908 ||| Stepping ~*~*~tactically~*~*~ (outnumbered).
 19910 | D:7      | 19910 ||| Stepping ~*~*~tactically~*~*~ (outnumbered).
 19912 | D:7      | 19912 ||| Stepping ~*~*~tactically~*~*~ (outnumbered).
 19914 | D:7      | 19914 ||| Stepping ~*~*~tactically~*~*~ (outnumbered).
 19916 | D:7      | 19916 ||| Stepping ~*~*~tactically~*~*~ (outnumbered).
 19918 | D:7      | 19918 ||| Stepping ~*~*~tactically~*~*~ (outnumbered).
 19920 | D:7      | 19920 ||| Stepping ~*~*~tactically~*~*~ (outnumbered).
 19922 | D:7      | 19922 ||| Stepping ~*~*~tactically~*~*~ (outnumbered).
 19924 | D:7      | 19924 ||| Stepping ~*~*~tactically~*~*~ (outnumbered).
 19926 | D:7      | 19926 ||| Stepping ~*~*~tactically~*~*~ (outnumbered).
 19928 | D:7      | 19928 ||| Stepping ~*~*~tactically~*~*~ (outnumbered).
 19930 | D:7      | 19930 ||| Stepping ~*~*~tactically~*~*~ (outnumbered).
 19932 | D:7      | 19932 ||| Stepping ~*~*~tactically~*~*~ (outnumbered).
 19934 | D:7      | 19934 ||| Stepping ~*~*~tactically~*~*~ (outnumbered).
 19936 | D:7      | 19936 ||| Stepping ~*~*~tactically~*~*~ (outnumbered).
 19938 | D:7      | 19938 ||| Stepping ~*~*~tactically~*~*~ (outnumbered).
 19940 | D:7      | 19940 ||| Stepping ~*~*~tactically~*~*~ (outnumbered).
 19942 | D:7      | 19942 ||| Stepping ~*~*~tactically~*~*~ (outnumbered).
 19944 | D:7      | 19944 ||| Stepping ~*~*~tactically~*~*~ (outnumbered).
 19946 | D:7      | 19946 ||| Stepping ~*~*~tactically~*~*~ (outnumbered).
 19948 | D:7      | 19948 ||| Stepping ~*~*~tactically~*~*~ (outnumbered).
 19950 | D:7      | 19950 ||| Stepping ~*~*~tactically~*~*~ (outnumbered).
 19952 | D:7      | 19952 ||| Stepping ~*~*~tactically~*~*~ (outnumbered).
 19954 | D:7      | 19954 ||| Stepping ~*~*~tactically~*~*~ (outnumbered).
 19956 | D:7      | 19956 ||| Stepping ~*~*~tactically~*~*~ (outnumbered).
 19958 | D:7      | 19958 ||| Stepping ~*~*~tactically~*~*~ (outnumbered).
 19960 | D:7      | 19960 ||| Stepping ~*~*~tactically~*~*~ (outnumbered).
 19962 | D:7      | 19962 ||| Stepping ~*~*~tactically~*~*~ (outnumbered).
 19964 | D:7      | 19964 ||| Stepping ~*~*~tactically~*~*~ (outnumbered).
 19966 | D:7      | 19966 ||| Stepping ~*~*~tactically~*~*~ (outnumbered).
 19968 | D:7      | 19968 ||| Stepping ~*~*~tactically~*~*~ (outnumbered).
 19970 | D:7      | 19970 ||| Stepping ~*~*~tactically~*~*~ (outnumbered).
 19972 | D:7      | 19972 ||| Stepping ~*~*~tactically~*~*~ (outnumbered).
 19974 | D:7      | 19974 ||| Stepping ~*~*~tactically~*~*~ (outnumbered).
 19976 | D:7      | 19976 ||| Stepping ~*~*~tactically~*~*~ (outnumbered).
 19978 | D:7      | 19978 ||| Stepping ~*~*~tactically~*~*~ (outnumbered).
 19980 | D:7      | 19980 ||| Stepping ~*~*~tactically~*~*~ (outnumbered).
 19982 | D:7      | 19982 ||| Stepping ~*~*~tactically~*~*~ (outnumbered).
 19984 | D:7      | 19984 ||| Stepping ~*~*~tactically~*~*~ (outnumbered).
 19986 | D:7      | 19986 ||| Stepping ~*~*~tactically~*~*~ (outnumbered).
 19988 | D:7      | 19988 ||| Stepping ~*~*~tactically~*~*~ (outnumbered).
 19990 | D:7      | 19990 ||| Stepping ~*~*~tactically~*~*~ (outnumbered).
 19992 | D:7      | 19992 ||| Stepping ~*~*~tactically~*~*~ (outnumbered).
 19994 | D:7      | 19994 ||| Stepping ~*~*~tactically~*~*~ (outnumbered).
 19996 | D:7      | 19996 ||| Stepping ~*~*~tactically~*~*~ (outnumbered).
 19998 | D:7      | 19998 ||| Stepping ~*~*~tactically~*~*~ (outnumbered).
 20000 | D:7      | 20000 ||| Stepping ~*~*~tactically~*~*~ (outnumbered).
 20002 | D:7      | 20002 ||| Stepping ~*~*~tactically~*~*~ (outnumbered).
 20004 | D:7      | 20004 ||| Stepping ~*~*~tactically~*~*~ (outnumbered).
 20006 | D:7      | 20006 ||| Stepping ~*~*~tactically~*~*~ (outnumbered).
 20008 | D:7      | 20008 ||| Stepping ~*~*~tactically~*~*~ (outnumbered).
 20010 | D:7      | 20010 ||| Stepping ~*~*~tactically~*~*~ (outnumbered).
 20012 | D:7      | 20012 ||| Stepping ~*~*~tactically~*~*~ (outnumbered).
 20014 | D:7      | 20014 ||| Stepping ~*~*~tactically~*~*~ (outnumbered).
 20016 | D:7      | 20016 ||| Stepping ~*~*~tactically~*~*~ (outnumbered).
 20018 | D:7      | 20018 ||| Stepping ~*~*~tactically~*~*~ (outnumbered).
 20020 | D:7      | 20020 ||| Stepping ~*~*~tactically~*~*~ (outnumbered).
 20022 | D:7      | 20022 ||| Stepping ~*~*~tactically~*~*~ (outnumbered).
 20024 | D:7      | 20024 ||| Stepping ~*~*~tactically~*~*~ (outnumbered).
 20026 | D:7      | 20026 ||| Stepping ~*~*~tactically~*~*~ (outnumbered).
 20028 | D:7      | 20028 ||| Stepping ~*~*~tactically~*~*~ (outnumbered).
 20030 | D:7      | 20030 ||| Stepping ~*~*~tactically~*~*~ (outnumbered).
 20032 | D:7      | 20032 ||| Stepping ~*~*~tactically~*~*~ (outnumbered).
 20034 | D:7      | 20034 ||| Stepping ~*~*~tactically~*~*~ (outnumbered).
 20036 | D:7      | 20036 ||| Stepping ~*~*~tactically~*~*~ (outnumbered).
 20038 | D:7      | 20038 ||| Stepping ~*~*~tactically~*~*~ (outnumbered).
 20040 | D:7      | 20040 ||| Stepping ~*~*~tactically~*~*~ (outnumbered).
 20042 | D:7      | 20042 ||| Stepping ~*~*~tactically~*~*~ (outnumbered).
 20044 | D:7      | 20044 ||| Stepping ~*~*~tactically~*~*~ (outnumbered).
 20046 | D:7      | 20046 ||| Stepping ~*~*~tactically~*~*~ (outnumbered).
 20048 | D:7      | 20048 ||| Stepping ~*~*~tactically~*~*~ (outnumbered).
 20050 | D:7      | 20050 ||| Stepping ~*~*~tactically~*~*~ (outnumbered).
 20052 | D:7      | 20052 ||| Stepping ~*~*~tactically~*~*~ (outnumbered).
 20054 | D:7      | 20054 ||| Stepping ~*~*~tactically~*~*~ (outnumbered).
 20056 | D:7      | 20056 ||| Stepping ~*~*~tactically~*~*~ (outnumbered).
 20058 | D:7      | 20058 ||| Stepping ~*~*~tactically~*~*~ (outnumbered).
 20060 | D:7      | 20060 ||| Stepping ~*~*~tactically~*~*~ (outnumbered).
 20062 | D:7      | 20062 ||| Stepping ~*~*~tactically~*~*~ (outnumbered).
 20064 | D:7      | 20064 ||| Stepping ~*~*~tactically~*~*~ (outnumbered).
 20066 | D:7      | 20066 ||| Stepping ~*~*~tactically~*~*~ (outnumbered).
 20068 | D:7      | 20068 ||| Stepping ~*~*~tactically~*~*~ (outnumbered).
 20070 | D:7      | 20070 ||| Stepping ~*~*~tactically~*~*~ (outnumbered).
 20072 | D:7      | 20072 ||| Stepping ~*~*~tactically~*~*~ (outnumbered).
 20074 | D:7      | 20074 ||| Stepping ~*~*~tactically~*~*~ (outnumbered).
 20076 | D:7      | 20076 ||| Stepping ~*~*~tactically~*~*~ (outnumbered).
 20078 | D:7      | 20078 ||| Stepping ~*~*~tactically~*~*~ (outnumbered).
 20080 | D:7      | 20080 ||| Stepping ~*~*~tactically~*~*~ (outnumbered).
 20082 | D:7      | 20082 ||| Stepping ~*~*~tactically~*~*~ (outnumbered).
 20084 | D:7      | 20084 ||| Stepping ~*~*~tactically~*~*~ (outnumbered).
 20086 | D:7      | 20086 ||| Stepping ~*~*~tactically~*~*~ (outnumbered).
 20088 | D:7      | 20088 ||| Stepping ~*~*~tactically~*~*~ (outnumbered).
 20090 | D:7      | 20090 ||| Stepping ~*~*~tactically~*~*~ (outnumbered).
 20092 | D:7      | 20092 ||| Stepping ~*~*~tactically~*~*~ (outnumbered).
 20094 | D:7      | 20094 ||| Stepping ~*~*~tactically~*~*~ (outnumbered).
 20096 | D:7      | 20096 ||| Stepping ~*~*~tactically~*~*~ (outnumbered).
 20098 | D:7      | 20098 ||| Stepping ~*~*~tactically~*~*~ (outnumbered).
 20100 | D:7      | 20100 ||| Stepping ~*~*~tactically~*~*~ (outnumbered).
 20102 | D:7      | 20102 ||| Stepping ~*~*~tactically~*~*~ (outnumbered).
 20104 | D:7      | 20104 ||| Stepping ~*~*~tactically~*~*~ (outnumbered).
 20106 | D:7      | 20106 ||| Stepping ~*~*~tactically~*~*~ (outnumbered).
 20108 | D:7      | 20108 ||| Stepping ~*~*~tactically~*~*~ (outnumbered).
 20110 | D:7      | 20110 ||| Stepping ~*~*~tactically~*~*~ (outnumbered).
 20112 | D:7      | 20112 ||| Stepping ~*~*~tactically~*~*~ (outnumbered).
 20114 | D:7      | 20114 ||| Stepping ~*~*~tactically~*~*~ (outnumbered).
 20116 | D:7      | 20116 ||| Stepping ~*~*~tactically~*~*~ (outnumbered).
 20118 | D:7      | 20118 ||| Stepping ~*~*~tactically~*~*~ (outnumbered).
 20120 | D:7      | 20120 ||| Stepping ~*~*~tactically~*~*~ (outnumbered).
 20122 | D:7      | 20122 ||| Stepping ~*~*~tactically~*~*~ (outnumbered).
 20124 | D:7      | 20124 ||| Stepping ~*~*~tactically~*~*~ (outnumbered).
 20126 | D:7      | 20126 ||| Stepping ~*~*~tactically~*~*~ (outnumbered).
 20128 | D:7      | 20128 ||| Stepping ~*~*~tactically~*~*~ (outnumbered).
 20130 | D:7      | 20130 ||| Stepping ~*~*~tactically~*~*~ (outnumbered).
 20132 | D:7      | 20132 ||| Stepping ~*~*~tactically~*~*~ (outnumbered).
 20134 | D:7      | 20134 ||| Stepping ~*~*~tactically~*~*~ (outnumbered).
 20136 | D:7      | 20136 ||| Stepping ~*~*~tactically~*~*~ (outnumbered).
 20138 | D:7      | 20138 ||| Stepping ~*~*~tactically~*~*~ (outnumbered).
 20140 | D:7      | 20140 ||| Stepping ~*~*~tactically~*~*~ (outnumbered).
 20142 | D:7      | 20142 ||| Stepping ~*~*~tactically~*~*~ (outnumbered).
 20144 | D:7      | 20144 ||| Stepping ~*~*~tactically~*~*~ (outnumbered).
 20146 | D:7      | 20146 ||| Stepping ~*~*~tactically~*~*~ (outnumbered).
 20148 | D:7      | 20148 ||| Stepping ~*~*~tactically~*~*~ (outnumbered).
 20150 | D:7      | 20150 ||| Stepping ~*~*~tactically~*~*~ (outnumbered).
 20152 | D:7      | 20152 ||| Stepping ~*~*~tactically~*~*~ (outnumbered).
 20154 | D:7      | 20154 ||| Stepping ~*~*~tactically~*~*~ (outnumbered).
 20156 | D:7      | 20156 ||| Stepping ~*~*~tactically~*~*~ (outnumbered).
 20158 | D:7      | 20158 ||| Stepping ~*~*~tactically~*~*~ (outnumbered).
 20160 | D:7      | 20160 ||| Stepping ~*~*~tactically~*~*~ (outnumbered).
 20162 | D:7      | 20162 ||| Stepping ~*~*~tactically~*~*~ (outnumbered).
 20164 | D:7      | 20164 ||| Stepping ~*~*~tactically~*~*~ (outnumbered).
 20166 | D:7      | 20166 ||| Stepping ~*~*~tactically~*~*~ (outnumbered).
 20168 | D:7      | 20168 ||| Stepping ~*~*~tactically~*~*~ (outnumbered).
 20170 | D:7      | 20170 ||| Stepping ~*~*~tactically~*~*~ (outnumbered).
 20172 | D:7      | 20172 ||| Stepping ~*~*~tactically~*~*~ (outnumbered).
 20174 | D:7      | 20174 ||| Stepping ~*~*~tactically~*~*~ (outnumbered).
 20176 | D:7      | 20176 ||| Stepping ~*~*~tactically~*~*~ (outnumbered).
 20178 | D:7      | 20178 ||| Stepping ~*~*~tactically~*~*~ (outnumbered).
 20180 | D:7      | 20180 ||| Stepping ~*~*~tactically~*~*~ (outnumbered).
 20182 | D:7      | 20182 ||| Stepping ~*~*~tactically~*~*~ (outnumbered).
 20184 | D:7      | 20184 ||| Stepping ~*~*~tactically~*~*~ (outnumbered).
 20186 | D:7      | 20186 ||| Stepping ~*~*~tactically~*~*~ (outnumbered).
 20188 | D:7      | 20188 ||| Stepping ~*~*~tactically~*~*~ (outnumbered).
 20190 | D:7      | 20190 ||| Stepping ~*~*~tactically~*~*~ (outnumbered).
 20192 | D:7      | 20192 ||| Stepping ~*~*~tactically~*~*~ (outnumbered).
 20194 | D:7      | 20194 ||| Stepping ~*~*~tactically~*~*~ (outnumbered).
 20196 | D:7      | 20196 ||| Stepping ~*~*~tactically~*~*~ (outnumbered).
 20198 | D:7      | 20198 ||| Stepping ~*~*~tactically~*~*~ (outnumbered).
 20200 | D:7      | 20200 ||| Stepping ~*~*~tactically~*~*~ (outnumbered).
 20202 | D:7      | 20202 ||| Stepping ~*~*~tactically~*~*~ (outnumbered).
 20204 | D:7      | 20204 ||| Stepping ~*~*~tactically~*~*~ (outnumbered).
 20206 | D:7      | 20206 ||| Stepping ~*~*~tactically~*~*~ (outnumbered).
 20208 | D:7      | 20208 ||| Stepping ~*~*~tactically~*~*~ (outnumbered).
 20210 | D:7      | 20210 ||| Stepping ~*~*~tactically~*~*~ (outnumbered).
 20212 | D:7      | 20212 ||| Stepping ~*~*~tactically~*~*~ (outnumbered).
 20214 | D:7      | 20214 ||| Stepping ~*~*~tactically~*~*~ (outnumbered).
 20216 | D:7      | 20216 ||| Stepping ~*~*~tactically~*~*~ (outnumbered).
 20218 | D:7      | 20218 ||| Stepping ~*~*~tactically~*~*~ (outnumbered).
 20220 | D:7      | 20220 ||| Stepping ~*~*~tactically~*~*~ (outnumbered).
 20222 | D:7      | 20222 ||| Stepping ~*~*~tactically~*~*~ (outnumbered).
 20224 | D:7      | 20224 ||| Stepping ~*~*~tactically~*~*~ (outnumbered).
 20226 | D:7      | 20226 ||| Stepping ~*~*~tactically~*~*~ (outnumbered).
 20228 | D:7      | 20228 ||| Stepping ~*~*~tactically~*~*~ (outnumbered).
 20230 | D:7      | 20230 ||| Stepping ~*~*~tactically~*~*~ (outnumbered).
 20232 | D:7      | 20232 ||| Stepping ~*~*~tactically~*~*~ (outnumbered).
 20234 | D:7      | 20234 ||| Stepping ~*~*~tactically~*~*~ (outnumbered).
 20236 | D:7      | 20236 ||| Stepping ~*~*~tactically~*~*~ (outnumbered).
 20238 | D:7      | 20238 ||| Stepping ~*~*~tactically~*~*~ (outnumbered).
 20240 | D:7      | 20240 ||| Stepping ~*~*~tactically~*~*~ (outnumbered).
 20242 | D:7      | 20242 ||| Stepping ~*~*~tactically~*~*~ (outnumbered).
 20244 | D:7      | 20244 ||| Stepping ~*~*~tactically~*~*~ (outnumbered).
 20246 | D:7      | 20246 ||| Stepping ~*~*~tactically~*~*~ (outnumbered).
 20248 | D:7      | 20248 ||| Stepping ~*~*~tactically~*~*~ (outnumbered).
 20250 | D:7      | 20250 ||| Stepping ~*~*~tactically~*~*~ (outnumbered).
 20252 | D:7      | 20252 ||| Stepping ~*~*~tactically~*~*~ (outnumbered).
 20254 | D:7      | 20254 ||| Stepping ~*~*~tactically~*~*~ (outnumbered).
 20256 | D:7      | 20256 ||| Stepping ~*~*~tactically~*~*~ (outnumbered).
 20258 | D:7      | 20258 ||| Stepping ~*~*~tactically~*~*~ (outnumbered).
 20260 | D:7      | 20260 ||| Stepping ~*~*~tactically~*~*~ (outnumbered).
 20262 | D:7      | 20262 ||| Stepping ~*~*~tactically~*~*~ (outnumbered).
 20264 | D:7      | 20264 ||| Stepping ~*~*~tactically~*~*~ (outnumbered).
 20266 | D:7      | 20266 ||| Stepping ~*~*~tactically~*~*~ (outnumbered).
 20268 | D:7      | 20268 ||| Stepping ~*~*~tactically~*~*~ (outnumbered).
 20270 | D:7      | 20270 ||| Stepping ~*~*~tactically~*~*~ (outnumbered).
 20272 | D:7      | 20272 ||| Stepping ~*~*~tactically~*~*~ (outnumbered).
 20274 | D:7      | 20274 ||| Stepping ~*~*~tactically~*~*~ (outnumbered).
 20276 | D:7      | 20276 ||| Stepping ~*~*~tactically~*~*~ (outnumbered).
 20278 | D:7      | 20278 ||| Stepping ~*~*~tactically~*~*~ (outnumbered).
 20280 | D:7      | 20280 ||| Stepping ~*~*~tactically~*~*~ (outnumbered).
 20282 | D:7      | 20282 ||| Stepping ~*~*~tactically~*~*~ (outnumbered).
 20284 | D:7      | 20284 ||| Stepping ~*~*~tactically~*~*~ (outnumbered).
 20286 | D:7      | 20286 ||| Stepping ~*~*~tactically~*~*~ (outnumbered).
 20288 | D:7      | 20288 ||| Stepping ~*~*~tactically~*~*~ (outnumbered).
 20290 | D:7      | 20290 ||| Stepping ~*~*~tactically~*~*~ (outnumbered).
 20292 | D:7      | 20292 ||| Stepping ~*~*~tactically~*~*~ (outnumbered).
 20294 | D:7      | 20294 ||| Stepping ~*~*~tactically~*~*~ (outnumbered).
 20296 | D:7      | 20296 ||| Stepping ~*~*~tactically~*~*~ (outnumbered).
 20298 | D:7      | 20298 ||| Stepping ~*~*~tactically~*~*~ (outnumbered).
 20300 | D:7      | 20300 ||| Stepping ~*~*~tactically~*~*~ (outnumbered).
 20302 | D:7      | 20302 ||| Stepping ~*~*~tactically~*~*~ (outnumbered).
 20304 | D:7      | 20304 ||| Stepping ~*~*~tactically~*~*~ (outnumbered).
 20306 | D:7      | 20306 ||| Stepping ~*~*~tactically~*~*~ (outnumbered).
 20308 | D:7      | 20308 ||| Stepping ~*~*~tactically~*~*~ (outnumbered).
 20310 | D:7      | 20310 ||| Stepping ~*~*~tactically~*~*~ (outnumbered).
 20312 | D:7      | 20312 ||| Stepping ~*~*~tactically~*~*~ (outnumbered).
 20314 | D:7      | 20314 ||| Stepping ~*~*~tactically~*~*~ (outnumbered).
 20316 | D:7      | 20316 ||| Stepping ~*~*~tactically~*~*~ (outnumbered).
 20318 | D:7      | 20318 ||| Stepping ~*~*~tactically~*~*~ (outnumbered).
 20320 | D:7      | 20320 ||| Stepping ~*~*~tactically~*~*~ (outnumbered).
 20322 | D:7      | 20322 ||| Stepping ~*~*~tactically~*~*~ (outnumbered).
 20324 | D:7      | 20324 ||| Stepping ~*~*~tactically~*~*~ (outnumbered).
 20326 | D:7      | 20326 ||| Stepping ~*~*~tactically~*~*~ (outnumbered).
 20328 | D:7      | 20328 ||| Stepping ~*~*~tactically~*~*~ (outnumbered).
 20330 | D:7      | 20330 ||| Stepping ~*~*~tactically~*~*~ (outnumbered).
 20332 | D:7      | 20332 ||| Stepping ~*~*~tactically~*~*~ (outnumbered).
 20334 | D:7      | 20334 ||| Stepping ~*~*~tactically~*~*~ (outnumbered).
 20336 | D:7      | 20336 ||| Stepping ~*~*~tactically~*~*~ (outnumbered).
 20338 | D:7      | 20338 ||| Stepping ~*~*~tactically~*~*~ (outnumbered).
 20340 | D:7      | 20340 ||| Stepping ~*~*~tactically~*~*~ (outnumbered).
 20342 | D:7      | 20342 ||| Stepping ~*~*~tactically~*~*~ (outnumbered).
 20344 | D:7      | 20344 ||| Stepping ~*~*~tactically~*~*~ (outnumbered).
 20346 | D:7      | 20346 ||| Stepping ~*~*~tactically~*~*~ (outnumbered).
 20348 | D:7      | 20348 ||| Stepping ~*~*~tactically~*~*~ (outnumbered).
 20350 | D:7      | 20350 ||| Stepping ~*~*~tactically~*~*~ (outnumbered).
 20352 | D:7      | 20352 ||| Stepping ~*~*~tactically~*~*~ (outnumbered).
 20354 | D:7      | 20354 ||| Stepping ~*~*~tactically~*~*~ (outnumbered).
 20356 | D:7      | 20356 ||| Stepping ~*~*~tactically~*~*~ (outnumbered).
 20358 | D:7      | 20358 ||| Stepping ~*~*~tactically~*~*~ (outnumbered).
 20360 | D:7      | 20360 ||| Stepping ~*~*~tactically~*~*~ (outnumbered).
 20362 | D:7      | 20362 ||| Stepping ~*~*~tactically~*~*~ (outnumbered).
 20364 | D:7      | 20364 ||| Stepping ~*~*~tactically~*~*~ (outnumbered).
 20366 | D:7      | 20366 ||| Stepping ~*~*~tactically~*~*~ (outnumbered).
 20368 | D:7      | 20368 ||| Stepping ~*~*~tactically~*~*~ (outnumbered).
 20370 | D:7      | 20370 ||| Stepping ~*~*~tactically~*~*~ (outnumbered).
 20372 | D:7      | 20372 ||| Stepping ~*~*~tactically~*~*~ (outnumbered).
 20374 | D:7      | 20374 ||| Stepping ~*~*~tactically~*~*~ (outnumbered).
 20376 | D:7      | 20376 ||| Stepping ~*~*~tactically~*~*~ (outnumbered).
 20378 | D:7      | 20378 ||| Stepping ~*~*~tactically~*~*~ (outnumbered).
 20380 | D:7      | 20380 ||| Stepping ~*~*~tactically~*~*~ (outnumbered).
 20382 | D:7      | 20382 ||| Stepping ~*~*~tactically~*~*~ (outnumbered).
 20384 | D:7      | 20384 ||| Stepping ~*~*~tactically~*~*~ (outnumbered).
 20386 | D:7      | 20386 ||| Stepping ~*~*~tactically~*~*~ (outnumbered).
 20388 | D:7      | 20388 ||| Stepping ~*~*~tactically~*~*~ (outnumbered).
 20390 | D:7      | 20390 ||| Stepping ~*~*~tactically~*~*~ (outnumbered).
 20392 | D:7      | 20392 ||| Stepping ~*~*~tactically~*~*~ (outnumbered).
 20394 | D:7      | 20394 ||| Stepping ~*~*~tactically~*~*~ (outnumbered).
 20396 | D:7      | 20396 ||| Stepping ~*~*~tactically~*~*~ (outnumbered).
 20398 | D:7      | 20398 ||| Stepping ~*~*~tactically~*~*~ (outnumbered).
 20400 | D:7      | 20400 ||| Stepping ~*~*~tactically~*~*~ (outnumbered).
 20402 | D:7      | 20402 ||| Stepping ~*~*~tactically~*~*~ (outnumbered).
 20404 | D:7      | 20404 ||| Stepping ~*~*~tactically~*~*~ (outnumbered).
 20406 | D:7      | 20406 ||| Stepping ~*~*~tactically~*~*~ (outnumbered).
 20408 | D:7      | 20408 ||| Stepping ~*~*~tactically~*~*~ (outnumbered).
 20410 | D:7      | 20410 ||| Stepping ~*~*~tactically~*~*~ (outnumbered).
 20412 | D:7      | 20412 ||| Stepping ~*~*~tactically~*~*~ (outnumbered).
 20414 | D:7      | 20414 ||| Stepping ~*~*~tactically~*~*~ (outnumbered).
 20416 | D:7      | 20416 ||| Stepping ~*~*~tactically~*~*~ (outnumbered).
 20418 | D:7      | 20418 ||| Stepping ~*~*~tactically~*~*~ (outnumbered).
 20420 | D:7      | 20420 ||| Stepping ~*~*~tactically~*~*~ (outnumbered).
 20422 | D:7      | 20422 ||| Stepping ~*~*~tactically~*~*~ (outnumbered).
 20424 | D:7      | 20424 ||| Stepping ~*~*~tactically~*~*~ (outnumbered).
 20426 | D:7      | 20426 ||| Stepping ~*~*~tactically~*~*~ (outnumbered).
 20428 | D:7      | 20428 ||| Stepping ~*~*~tactically~*~*~ (outnumbered).
 20430 | D:7      | 20430 ||| Stepping ~*~*~tactically~*~*~ (outnumbered).
 20432 | D:7      | 20432 ||| Stepping ~*~*~tactically~*~*~ (outnumbered).
 20434 | D:7      | 20434 ||| Stepping ~*~*~tactically~*~*~ (outnumbered).
 20436 | D:7      | 20436 ||| Stepping ~*~*~tactically~*~*~ (outnumbered).
 20438 | D:7      | 20438 ||| Stepping ~*~*~tactically~*~*~ (outnumbered).
 20440 | D:7      | 20440 ||| Stepping ~*~*~tactically~*~*~ (outnumbered).
 20442 | D:7      | 20442 ||| Stepping ~*~*~tactically~*~*~ (outnumbered).
 20444 | D:7      | 20444 ||| Stepping ~*~*~tactically~*~*~ (outnumbered).
 20446 | D:7      | 20446 ||| Stepping ~*~*~tactically~*~*~ (outnumbered).
 20448 | D:7      | 20448 ||| Stepping ~*~*~tactically~*~*~ (outnumbered).
 20450 | D:7      | 20450 ||| Stepping ~*~*~tactically~*~*~ (outnumbered).
 20452 | D:7      | 20452 ||| Stepping ~*~*~tactically~*~*~ (outnumbered).
 20454 | D:7      | 20454 ||| Stepping ~*~*~tactically~*~*~ (outnumbered).
 20456 | D:7      | 20456 ||| Stepping ~*~*~tactically~*~*~ (outnumbered).
 20458 | D:7      | 20458 ||| Stepping ~*~*~tactically~*~*~ (outnumbered).
 20460 | D:7      | 20460 ||| Stepping ~*~*~tactically~*~*~ (outnumbered).
 20462 | D:7      | 20462 ||| Stepping ~*~*~tactically~*~*~ (outnumbered).
 20464 | D:7      | 20464 ||| Stepping ~*~*~tactically~*~*~ (outnumbered).
 20466 | D:7      | 20466 ||| Stepping ~*~*~tactically~*~*~ (outnumbered).
 20468 | D:7      | 20468 ||| Stepping ~*~*~tactically~*~*~ (outnumbered).
 20470 | D:7      | 20470 ||| Stepping ~*~*~tactically~*~*~ (outnumbered).
 20472 | D:7      | 20472 ||| Stepping ~*~*~tactically~*~*~ (outnumbered).
 20474 | D:7      | 20474 ||| Stepping ~*~*~tactically~*~*~ (outnumbered).
 20476 | D:7      | 20476 ||| Stepping ~*~*~tactically~*~*~ (outnumbered).
 20478 | D:7      | 20478 ||| Stepping ~*~*~tactically~*~*~ (outnumbered).
 20480 | D:7      | 20480 ||| Stepping ~*~*~tactically~*~*~ (outnumbered).
 20482 | D:7      | 20482 ||| Stepping ~*~*~tactically~*~*~ (outnumbered).
 20484 | D:7      | 20484 ||| Stepping ~*~*~tactically~*~*~ (outnumbered).
 20486 | D:7      | 20486 ||| Stepping ~*~*~tactically~*~*~ (outnumbered).
 20488 | D:7      | 20488 ||| Stepping ~*~*~tactically~*~*~ (outnumbered).
 20490 | D:7      | 20490 ||| Stepping ~*~*~tactically~*~*~ (outnumbered).
 20492 | D:7      | 20492 ||| Stepping ~*~*~tactically~*~*~ (outnumbered).
 20494 | D:7      | 20494 ||| Stepping ~*~*~tactically~*~*~ (outnumbered).
 20496 | D:7      | 20496 ||| Stepping ~*~*~tactically~*~*~ (outnumbered).
 20498 | D:7      | 20498 ||| Stepping ~*~*~tactically~*~*~ (outnumbered).
 20500 | D:7      | 20500 ||| Stepping ~*~*~tactically~*~*~ (outnumbered).
 20502 | D:7      | 20502 ||| Stepping ~*~*~tactically~*~*~ (outnumbered).
 20504 | D:7      | 20504 ||| Stepping ~*~*~tactically~*~*~ (outnumbered).
 20506 | D:7      | 20506 ||| Stepping ~*~*~tactically~*~*~ (outnumbered).
 20508 | D:7      | 20508 ||| Stepping ~*~*~tactically~*~*~ (outnumbered).
 20510 | D:7      | 20510 ||| Stepping ~*~*~tactically~*~*~ (outnumbered).
 20512 | D:7      | 20512 ||| Stepping ~*~*~tactically~*~*~ (outnumbered).
 20514 | D:7      | 20514 ||| Stepping ~*~*~tactically~*~*~ (outnumbered).
 20516 | D:7      | 20516 ||| Stepping ~*~*~tactically~*~*~ (outnumbered).
 20518 | D:7      | 20518 ||| Stepping ~*~*~tactically~*~*~ (outnumbered).
 20520 | D:7      | 20520 ||| Stepping ~*~*~tactically~*~*~ (outnumbered).
 20522 | D:7      | 20522 ||| Stepping ~*~*~tactically~*~*~ (outnumbered).
 20524 | D:7      | 20524 ||| Stepping ~*~*~tactically~*~*~ (outnumbered).
 20526 | D:7      | 20526 ||| Stepping ~*~*~tactically~*~*~ (outnumbered).
 20528 | D:7      | 20528 ||| Stepping ~*~*~tactically~*~*~ (outnumbered).
 20530 | D:7      | 20530 ||| Stepping ~*~*~tactically~*~*~ (outnumbered).
 20532 | D:7      | 20532 ||| Stepping ~*~*~tactically~*~*~ (outnumbered).
 20534 | D:7      | 20534 ||| Stepping ~*~*~tactically~*~*~ (outnumbered).
 20536 | D:7      | 20536 ||| Stepping ~*~*~tactically~*~*~ (outnumbered).
 20538 | D:7      | 20538 ||| Stepping ~*~*~tactically~*~*~ (outnumbered).
 20540 | D:7      | 20540 ||| Stepping ~*~*~tactically~*~*~ (outnumbered).
 20542 | D:7      | 20542 ||| Stepping ~*~*~tactically~*~*~ (outnumbered).
 20544 | D:7      | 20544 ||| Stepping ~*~*~tactically~*~*~ (outnumbered).
 20546 | D:7      | 20546 ||| Stepping ~*~*~tactically~*~*~ (outnumbered).
 20548 | D:7      | 20548 ||| Stepping ~*~*~tactically~*~*~ (outnumbered).
 20550 | D:7      | 20550 ||| Stepping ~*~*~tactically~*~*~ (outnumbered).
 20552 | D:7      | 20552 ||| Stepping ~*~*~tactically~*~*~ (outnumbered).
 20554 | D:7      | 20554 ||| Stepping ~*~*~tactically~*~*~ (outnumbered).
 20556 | D:7      | 20556 ||| Stepping ~*~*~tactically~*~*~ (outnumbered).
 20558 | D:7      | 20558 ||| Stepping ~*~*~tactically~*~*~ (outnumbered).
 20560 | D:7      | 20560 ||| Stepping ~*~*~tactically~*~*~ (outnumbered).
 20562 | D:7      | 20562 ||| Stepping ~*~*~tactically~*~*~ (outnumbered).
 20564 | D:7      | 20564 ||| Stepping ~*~*~tactically~*~*~ (outnumbered).
 20566 | D:7      | 20566 ||| Stepping ~*~*~tactically~*~*~ (outnumbered).
 20568 | D:7      | 20568 ||| Stepping ~*~*~tactically~*~*~ (outnumbered).
 20570 | D:7      | 20570 ||| Stepping ~*~*~tactically~*~*~ (outnumbered).
 20572 | D:7      | 20572 ||| Stepping ~*~*~tactically~*~*~ (outnumbered).
 20574 | D:7      | 20574 ||| Stepping ~*~*~tactically~*~*~ (outnumbered).
 20576 | D:7      | 20576 ||| Stepping ~*~*~tactically~*~*~ (outnumbered).
 20578 | D:7      | 20578 ||| Stepping ~*~*~tactically~*~*~ (outnumbered).
 20580 | D:7      | 20580 ||| Stepping ~*~*~tactically~*~*~ (outnumbered).
 20582 | D:7      | 20582 ||| Stepping ~*~*~tactically~*~*~ (outnumbered).
 20584 | D:7      | 20584 ||| Stepping ~*~*~tactically~*~*~ (outnumbered).
 20586 | D:7      | 20586 ||| Stepping ~*~*~tactically~*~*~ (outnumbered).
 20588 | D:7      | 20588 ||| Stepping ~*~*~tactically~*~*~ (outnumbered).
 20590 | D:7      | 20590 ||| Stepping ~*~*~tactically~*~*~ (outnumbered).
 20592 | D:7      | 20592 ||| Stepping ~*~*~tactically~*~*~ (outnumbered).
 20594 | D:7      | 20594 ||| Stepping ~*~*~tactically~*~*~ (outnumbered).
 20596 | D:7      | 20596 ||| Stepping ~*~*~tactically~*~*~ (outnumbered).
 20598 | D:7      | 20598 ||| Stepping ~*~*~tactically~*~*~ (outnumbered).
 20600 | D:7      | 20600 ||| Stepping ~*~*~tactically~*~*~ (outnumbered).
 20602 | D:7      | 20602 ||| Stepping ~*~*~tactically~*~*~ (outnumbered).
 20604 | D:7      | 20604 ||| Stepping ~*~*~tactically~*~*~ (outnumbered).
 20606 | D:7      | 20606 ||| Stepping ~*~*~tactically~*~*~ (outnumbered).
 20608 | D:7      | 20608 ||| Stepping ~*~*~tactically~*~*~ (outnumbered).
 20610 | D:7      | 20610 ||| Stepping ~*~*~tactically~*~*~ (outnumbered).
 20612 | D:7      | 20612 ||| Stepping ~*~*~tactically~*~*~ (outnumbered).
 20614 | D:7      | 20614 ||| Stepping ~*~*~tactically~*~*~ (outnumbered).
 20616 | D:7      | 20616 ||| Stepping ~*~*~tactically~*~*~ (outnumbered).
 20618 | D:7      | 20618 ||| Stepping ~*~*~tactically~*~*~ (outnumbered).
 20620 | D:7      | 20620 ||| Stepping ~*~*~tactically~*~*~ (outnumbered).
 20622 | D:7      | 20622 ||| Stepping ~*~*~tactically~*~*~ (outnumbered).
 20624 | D:7      | 20624 ||| Stepping ~*~*~tactically~*~*~ (outnumbered).
 20626 | D:7      | 20626 ||| Stepping ~*~*~tactically~*~*~ (outnumbered).
 20628 | D:7      | 20628 ||| Stepping ~*~*~tactically~*~*~ (outnumbered).
 20630 | D:7      | 20630 ||| Stepping ~*~*~tactically~*~*~ (outnumbered).
 20632 | D:7      | 20632 ||| Stepping ~*~*~tactically~*~*~ (outnumbered).
 20634 | D:7      | 20634 ||| Stepping ~*~*~tactically~*~*~ (outnumbered).
 20636 | D:7      | 20636 ||| Stepping ~*~*~tactically~*~*~ (outnumbered).
 20638 | D:7      | 20638 ||| Stepping ~*~*~tactically~*~*~ (outnumbered).
 20640 | D:7      | 20640 ||| Stepping ~*~*~tactically~*~*~ (outnumbered).
 20642 | D:7      | 20642 ||| Stepping ~*~*~tactically~*~*~ (outnumbered).
 20644 | D:7      | 20644 ||| Stepping ~*~*~tactically~*~*~ (outnumbered).
 20646 | D:7      | 20646 ||| Stepping ~*~*~tactically~*~*~ (outnumbered).
 20648 | D:7      | 20648 ||| Stepping ~*~*~tactically~*~*~ (outnumbered).
 20650 | D:7      | 20650 ||| Stepping ~*~*~tactically~*~*~ (outnumbered).
 20652 | D:7      | 20652 ||| Stepping ~*~*~tactically~*~*~ (outnumbered).
 20654 | D:7      | 20654 ||| Stepping ~*~*~tactically~*~*~ (outnumbered).
 20656 | D:7      | 20656 ||| Stepping ~*~*~tactically~*~*~ (outnumbered).
 20658 | D:7      | 20658 ||| Stepping ~*~*~tactically~*~*~ (outnumbered).
 20660 | D:7      | 20660 ||| Stepping ~*~*~tactically~*~*~ (outnumbered).
 20662 | D:7      | 20662 ||| Stepping ~*~*~tactically~*~*~ (outnumbered).
 20664 | D:7      | 20664 ||| Stepping ~*~*~tactically~*~*~ (outnumbered).
 20666 | D:7      | 20666 ||| Stepping ~*~*~tactically~*~*~ (outnumbered).
 20668 | D:7      | 20668 ||| Stepping ~*~*~tactically~*~*~ (outnumbered).
 20670 | D:7      | 20670 ||| Stepping ~*~*~tactically~*~*~ (outnumbered).
 20672 | D:7      | 20672 ||| Stepping ~*~*~tactically~*~*~ (outnumbered).
 20674 | D:7      | 20674 ||| Stepping ~*~*~tactically~*~*~ (outnumbered).
 20676 | D:7      | 20676 ||| Stepping ~*~*~tactically~*~*~ (outnumbered).
 20678 | D:7      | 20678 ||| Stepping ~*~*~tactically~*~*~ (outnumbered).
 20680 | D:7      | 20680 ||| Stepping ~*~*~tactically~*~*~ (outnumbered).
 20682 | D:7      | 20682 ||| Stepping ~*~*~tactically~*~*~ (outnumbered).
 20684 | D:7      | 20684 ||| Stepping ~*~*~tactically~*~*~ (outnumbered).
 20686 | D:7      | 20686 ||| Stepping ~*~*~tactically~*~*~ (outnumbered).
 20688 | D:7      | 20688 ||| Stepping ~*~*~tactically~*~*~ (outnumbered).
 20690 | D:7      | 20690 ||| Stepping ~*~*~tactically~*~*~ (outnumbered).
 20692 | D:7      | 20692 ||| Stepping ~*~*~tactically~*~*~ (outnumbered).
 20694 | D:7      | 20694 ||| Stepping ~*~*~tactically~*~*~ (outnumbered).
 20696 | D:7      | 20696 ||| Stepping ~*~*~tactically~*~*~ (outnumbered).
 20698 | D:7      | 20698 ||| Stepping ~*~*~tactically~*~*~ (outnumbered).
 20700 | D:7      | 20700 ||| Stepping ~*~*~tactically~*~*~ (outnumbered).
 20702 | D:7      | 20702 ||| Stepping ~*~*~tactically~*~*~ (outnumbered).
 20704 | D:7      | 20704 ||| Stepping ~*~*~tactically~*~*~ (outnumbered).
 20706 | D:7      | 20706 ||| Stepping ~*~*~tactically~*~*~ (outnumbered).
 20708 | D:7      | 20708 ||| Stepping ~*~*~tactically~*~*~ (outnumbered).
 20710 | D:7      | 20710 ||| Stepping ~*~*~tactically~*~*~ (outnumbered).
 20712 | D:7      | 20712 ||| Stepping ~*~*~tactically~*~*~ (outnumbered).
 20714 | D:7      | 20714 ||| Stepping ~*~*~tactically~*~*~ (outnumbered).
 20716 | D:7      | 20716 ||| Stepping ~*~*~tactically~*~*~ (outnumbered).
 20718 | D:7      | 20718 ||| Stepping ~*~*~tactically~*~*~ (outnumbered).
 20720 | D:7      | 20720 ||| Stepping ~*~*~tactically~*~*~ (outnumbered).
 20722 | D:7      | 20722 ||| Stepping ~*~*~tactically~*~*~ (outnumbered).
 20724 | D:7      | 20724 ||| Stepping ~*~*~tactically~*~*~ (outnumbered).
 20726 | D:7      | 20726 ||| Stepping ~*~*~tactically~*~*~ (outnumbered).
 20728 | D:7      | 20728 ||| Stepping ~*~*~tactically~*~*~ (outnumbered).
 20730 | D:7      | 20730 ||| Stepping ~*~*~tactically~*~*~ (outnumbered).
 20732 | D:7      | 20732 ||| Stepping ~*~*~tactically~*~*~ (outnumbered).
 20734 | D:7      | 20734 ||| Stepping ~*~*~tactically~*~*~ (outnumbered).
 20736 | D:7      | 20736 ||| Stepping ~*~*~tactically~*~*~ (outnumbered).
 20738 | D:7      | 20738 ||| Stepping ~*~*~tactically~*~*~ (outnumbered).
 20740 | D:7      | 20740 ||| Stepping ~*~*~tactically~*~*~ (outnumbered).
 20742 | D:7      | 20742 ||| Stepping ~*~*~tactically~*~*~ (outnumbered).
 20744 | D:7      | 20744 ||| Stepping ~*~*~tactically~*~*~ (outnumbered).
 20746 | D:7      | 20746 ||| Stepping ~*~*~tactically~*~*~ (outnumbered).
 20748 | D:7      | 20748 ||| Stepping ~*~*~tactically~*~*~ (outnumbered).
 20750 | D:7      | 20750 ||| Stepping ~*~*~tactically~*~*~ (outnumbered).
 20752 | D:7      | 20752 ||| Stepping ~*~*~tactically~*~*~ (outnumbered).
 20754 | D:7      | 20754 ||| Stepping ~*~*~tactically~*~*~ (outnumbered).
 20756 | D:7      | 20756 ||| Stepping ~*~*~tactically~*~*~ (outnumbered).
 20758 | D:7      | 20758 ||| Stepping ~*~*~tactically~*~*~ (outnumbered).
 20760 | D:7      | 20760 ||| Stepping ~*~*~tactically~*~*~ (outnumbered).
 20762 | D:7      | 20762 ||| Stepping ~*~*~tactically~*~*~ (outnumbered).
 20764 | D:7      | 20764 ||| Stepping ~*~*~tactically~*~*~ (outnumbered).
 20766 | D:7      | 20766 ||| Stepping ~*~*~tactically~*~*~ (outnumbered).
 20768 | D:7      | 20768 ||| Stepping ~*~*~tactically~*~*~ (outnumbered).
 20770 | D:7      | 20770 ||| Stepping ~*~*~tactically~*~*~ (outnumbered).
 20772 | D:7      | 20772 ||| Stepping ~*~*~tactically~*~*~ (outnumbered).
 20774 | D:7      | 20774 ||| Stepping ~*~*~tactically~*~*~ (outnumbered).
 20776 | D:7      | 20776 ||| Stepping ~*~*~tactically~*~*~ (outnumbered).
 20778 | D:7      | 20778 ||| Stepping ~*~*~tactically~*~*~ (outnumbered).
 20780 | D:7      | 20780 ||| Stepping ~*~*~tactically~*~*~ (outnumbered).
 20782 | D:7      | 20782 ||| Stepping ~*~*~tactically~*~*~ (outnumbered).
 20784 | D:7      | 20784 ||| Stepping ~*~*~tactically~*~*~ (outnumbered).
 20786 | D:7      | 20786 ||| Stepping ~*~*~tactically~*~*~ (outnumbered).
 20788 | D:7      | 20788 ||| Stepping ~*~*~tactically~*~*~ (outnumbered).
 20790 | D:7      | 20790 ||| Stepping ~*~*~tactically~*~*~ (outnumbered).
 20792 | D:7      | 20792 ||| Stepping ~*~*~tactically~*~*~ (outnumbered).
 20794 | D:7      | 20794 ||| Stepping ~*~*~tactically~*~*~ (outnumbered).
 20796 | D:7      | 20796 ||| Stepping ~*~*~tactically~*~*~ (outnumbered).
 20798 | D:7      | 20798 ||| Stepping ~*~*~tactically~*~*~ (outnumbered).
 20800 | D:7      | 20800 ||| Stepping ~*~*~tactically~*~*~ (outnumbered).
 20802 | D:7      | 20802 ||| Stepping ~*~*~tactically~*~*~ (outnumbered).
 20804 | D:7      | 20804 ||| Stepping ~*~*~tactically~*~*~ (outnumbered).
 20806 | D:7      | 20806 ||| Stepping ~*~*~tactically~*~*~ (outnumbered).
 20808 | D:7      | 20808 ||| Stepping ~*~*~tactically~*~*~ (outnumbered).
 20810 | D:7      | 20810 ||| Stepping ~*~*~tactically~*~*~ (outnumbered).
 20812 | D:7      | 20812 ||| Stepping ~*~*~tactically~*~*~ (outnumbered).
 20814 | D:7      | 20814 ||| Stepping ~*~*~tactically~*~*~ (outnumbered).
 20816 | D:7      | 20816 ||| Stepping ~*~*~tactically~*~*~ (outnumbered).
 20818 | D:7      | 20818 ||| Stepping ~*~*~tactically~*~*~ (outnumbered).
 20820 | D:7      | 20820 ||| Stepping ~*~*~tactically~*~*~ (outnumbered).
 20822 | D:7      | 20822 ||| Stepping ~*~*~tactically~*~*~ (outnumbered).
 20824 | D:7      | 20824 ||| Stepping ~*~*~tactically~*~*~ (outnumbered).
 20826 | D:7      | 20826 ||| Stepping ~*~*~tactically~*~*~ (outnumbered).
 20828 | D:7      | 20828 ||| Stepping ~*~*~tactically~*~*~ (outnumbered).
 20830 | D:7      | 20830 ||| Stepping ~*~*~tactically~*~*~ (outnumbered).
 20832 | D:7      | 20832 ||| Stepping ~*~*~tactically~*~*~ (outnumbered).
 20834 | D:7      | 20834 ||| Stepping ~*~*~tactically~*~*~ (outnumbered).
 20836 | D:7      | 20836 ||| Stepping ~*~*~tactically~*~*~ (outnumbered).
 20838 | D:7      | 20838 ||| Stepping ~*~*~tactically~*~*~ (outnumbered).
 20840 | D:7      | 20840 ||| Stepping ~*~*~tactically~*~*~ (outnumbered).
 20842 | D:7      | 20842 ||| Stepping ~*~*~tactically~*~*~ (outnumbered).
 20844 | D:7      | 20844 ||| Stepping ~*~*~tactically~*~*~ (outnumbered).
 20846 | D:7      | 20846 ||| Stepping ~*~*~tactically~*~*~ (outnumbered).
 20848 | D:7      | 20848 ||| Stepping ~*~*~tactically~*~*~ (outnumbered).
 20850 | D:7      | 20850 ||| Stepping ~*~*~tactically~*~*~ (outnumbered).
 20852 | D:7      | 20852 ||| Stepping ~*~*~tactically~*~*~ (outnumbered).
 20854 | D:7      | 20854 ||| Stepping ~*~*~tactically~*~*~ (outnumbered).
 20856 | D:7      | 20856 ||| Stepping ~*~*~tactically~*~*~ (outnumbered).
 20858 | D:7      | 20858 ||| Stepping ~*~*~tactically~*~*~ (outnumbered).
 20860 | D:7      | 20860 ||| Stepping ~*~*~tactically~*~*~ (outnumbered).
 20862 | D:7      | 20862 ||| Stepping ~*~*~tactically~*~*~ (outnumbered).
 20864 | D:7      | 20864 ||| Stepping ~*~*~tactically~*~*~ (outnumbered).
 20866 | D:7      | 20866 ||| Stepping ~*~*~tactically~*~*~ (outnumbered).
 20868 | D:7      | 20868 ||| Stepping ~*~*~tactically~*~*~ (outnumbered).
 20870 | D:7      | 20870 ||| Stepping ~*~*~tactically~*~*~ (outnumbered).
 20872 | D:7      | 20872 ||| Stepping ~*~*~tactically~*~*~ (outnumbered).
 20874 | D:7      | 20874 ||| Stepping ~*~*~tactically~*~*~ (outnumbered).
 20876 | D:7      | 20876 ||| Stepping ~*~*~tactically~*~*~ (outnumbered).
 20878 | D:7      | 20878 ||| Stepping ~*~*~tactically~*~*~ (outnumbered).
 20880 | D:7      | 20880 ||| Stepping ~*~*~tactically~*~*~ (outnumbered).
 20882 | D:7      | 20882 ||| Stepping ~*~*~tactically~*~*~ (outnumbered).
 20884 | D:7      | 20884 ||| Stepping ~*~*~tactically~*~*~ (outnumbered).
 20886 | D:7      | 20886 ||| Stepping ~*~*~tactically~*~*~ (outnumbered).
 20888 | D:7      | 20888 ||| Stepping ~*~*~tactically~*~*~ (outnumbered).
 20890 | D:7      | 20890 ||| Stepping ~*~*~tactically~*~*~ (outnumbered).
 20892 | D:7      | 20892 ||| Stepping ~*~*~tactically~*~*~ (outnumbered).
 20894 | D:7      | 20894 ||| Stepping ~*~*~tactically~*~*~ (outnumbered).
 20896 | D:7      | 20896 ||| Stepping ~*~*~tactically~*~*~ (outnumbered).
 20898 | D:7      | 20898 ||| Stepping ~*~*~tactically~*~*~ (outnumbered).
 20900 | D:7      | 20900 ||| Stepping ~*~*~tactically~*~*~ (outnumbered).
 20902 | D:7      | 20902 ||| Stepping ~*~*~tactically~*~*~ (outnumbered).
 20904 | D:7      | 20904 ||| Stepping ~*~*~tactically~*~*~ (outnumbered).
 20906 | D:7      | 20906 ||| Stepping ~*~*~tactically~*~*~ (outnumbered).
 20908 | D:7      | 20908 ||| Stepping ~*~*~tactically~*~*~ (outnumbered).
 20910 | D:7      | 20910 ||| Stepping ~*~*~tactically~*~*~ (outnumbered).
 20912 | D:7      | 20912 ||| Stepping ~*~*~tactically~*~*~ (outnumbered).
 20914 | D:7      | 20914 ||| Stepping ~*~*~tactically~*~*~ (outnumbered).
 20916 | D:7      | 20916 ||| Stepping ~*~*~tactically~*~*~ (outnumbered).
 20918 | D:7      | 20918 ||| Stepping ~*~*~tactically~*~*~ (outnumbered).
 20920 | D:7      | 20920 ||| Stepping ~*~*~tactically~*~*~ (outnumbered).
 20922 | D:7      | 20922 ||| Stepping ~*~*~tactically~*~*~ (outnumbered).
 20924 | D:7      | 20924 ||| Stepping ~*~*~tactically~*~*~ (outnumbered).
 20926 | D:7      | 20926 ||| Stepping ~*~*~tactically~*~*~ (outnumbered).
 20928 | D:7      | 20928 ||| Stepping ~*~*~tactically~*~*~ (outnumbered).
 20930 | D:7      | 20930 ||| Stepping ~*~*~tactically~*~*~ (outnumbered).
 20932 | D:7      | 20932 ||| Stepping ~*~*~tactically~*~*~ (outnumbered).
 20934 | D:7      | 20934 ||| Stepping ~*~*~tactically~*~*~ (outnumbered).
 20936 | D:7      | 20936 ||| Stepping ~*~*~tactically~*~*~ (outnumbered).
 20938 | D:7      | 20938 ||| Stepping ~*~*~tactically~*~*~ (outnumbered).
 20940 | D:7      | 20940 ||| Stepping ~*~*~tactically~*~*~ (outnumbered).
 20942 | D:7      | 20942 ||| Stepping ~*~*~tactically~*~*~ (outnumbered).
 20944 | D:7      | 20944 ||| Stepping ~*~*~tactically~*~*~ (outnumbered).
 20946 | D:7      | 20946 ||| Stepping ~*~*~tactically~*~*~ (outnumbered).
 20948 | D:7      | 20948 ||| Stepping ~*~*~tactically~*~*~ (outnumbered).
 20950 | D:7      | 20950 ||| Stepping ~*~*~tactically~*~*~ (outnumbered).
 20952 | D:7      | 20952 ||| Stepping ~*~*~tactically~*~*~ (outnumbered).
 20954 | D:7      | 20954 ||| Stepping ~*~*~tactically~*~*~ (outnumbered).
 20956 | D:7      | 20956 ||| Stepping ~*~*~tactically~*~*~ (outnumbered).
 20958 | D:7      | 20958 ||| Stepping ~*~*~tactically~*~*~ (outnumbered).
 20960 | D:7      | 20960 ||| Stepping ~*~*~tactically~*~*~ (outnumbered).
 20962 | D:7      | 20962 ||| Stepping ~*~*~tactically~*~*~ (outnumbered).
 20964 | D:7      | 20964 ||| Stepping ~*~*~tactically~*~*~ (outnumbered).
 20966 | D:7      | 20966 ||| Stepping ~*~*~tactically~*~*~ (outnumbered).
 20968 | D:7      | 20968 ||| Stepping ~*~*~tactically~*~*~ (outnumbered).
 20970 | D:7      | 20970 ||| Stepping ~*~*~tactically~*~*~ (outnumbered).
 20972 | D:7      | 20972 ||| Stepping ~*~*~tactically~*~*~ (outnumbered).
 20974 | D:7      | 20974 ||| Stepping ~*~*~tactically~*~*~ (outnumbered).
 20976 | D:7      | 20976 ||| Stepping ~*~*~tactically~*~*~ (outnumbered).
 20978 | D:7      | 20978 ||| Stepping ~*~*~tactically~*~*~ (outnumbered).
 20980 | D:7      | 20980 ||| Stepping ~*~*~tactically~*~*~ (outnumbered).
 20982 | D:7      | 20982 ||| Stepping ~*~*~tactically~*~*~ (outnumbered).
 20984 | D:7      | 20984 ||| Stepping ~*~*~tactically~*~*~ (outnumbered).
 20986 | D:7      | 20986 ||| Stepping ~*~*~tactically~*~*~ (outnumbered).
 20988 | D:7      | 20988 ||| Stepping ~*~*~tactically~*~*~ (outnumbered).
 20990 | D:7      | 20990 ||| Stepping ~*~*~tactically~*~*~ (outnumbered).
 20992 | D:7      | 20992 ||| Stepping ~*~*~tactically~*~*~ (outnumbered).
 20994 | D:7      | 20994 ||| Stepping ~*~*~tactically~*~*~ (outnumbered).
 20996 | D:7      | 20996 ||| Stepping ~*~*~tactically~*~*~ (outnumbered).
 20998 | D:7      | 20998 ||| Stepping ~*~*~tactically~*~*~ (outnumbered).
 21000 | D:7      | 21000 ||| Stepping ~*~*~tactically~*~*~ (outnumbered).
 21002 | D:7      | 21002 ||| Stepping ~*~*~tactically~*~*~ (outnumbered).
 21004 | D:7      | 21004 ||| Stepping ~*~*~tactically~*~*~ (outnumbered).
 21006 | D:7      | 21006 ||| Stepping ~*~*~tactically~*~*~ (outnumbered).
 21008 | D:7      | 21008 ||| Stepping ~*~*~tactically~*~*~ (outnumbered).
 21010 | D:7      | 21010 ||| Stepping ~*~*~tactically~*~*~ (outnumbered).
 21012 | D:7      | 21012 ||| Stepping ~*~*~tactically~*~*~ (outnumbered).
 21014 | D:7      | 21014 ||| Stepping ~*~*~tactically~*~*~ (outnumbered).
 21016 | D:7      | 21016 ||| Stepping ~*~*~tactically~*~*~ (outnumbered).
 21018 | D:7      | 21018 ||| Stepping ~*~*~tactically~*~*~ (outnumbered).
 21020 | D:7      | 21020 ||| Stepping ~*~*~tactically~*~*~ (outnumbered).
 21022 | D:7      | 21022 ||| Stepping ~*~*~tactically~*~*~ (outnumbered).
 21024 | D:7      | 21024 ||| Stepping ~*~*~tactically~*~*~ (outnumbered).
 21026 | D:7      | 21026 ||| Stepping ~*~*~tactically~*~*~ (outnumbered).
 21028 | D:7      | 21028 ||| Stepping ~*~*~tactically~*~*~ (outnumbered).
 21030 | D:7      | 21030 ||| Stepping ~*~*~tactically~*~*~ (outnumbered).
 21032 | D:7      | 21032 ||| Stepping ~*~*~tactically~*~*~ (outnumbered).
 21034 | D:7      | 21034 ||| Stepping ~*~*~tactically~*~*~ (outnumbered).
 21036 | D:7      | 21036 ||| Stepping ~*~*~tactically~*~*~ (outnumbered).
 21038 | D:7      | 21038 ||| Stepping ~*~*~tactically~*~*~ (outnumbered).
 21040 | D:7      | 21040 ||| Stepping ~*~*~tactically~*~*~ (outnumbered).
 21042 | D:7      | 21042 ||| Stepping ~*~*~tactically~*~*~ (outnumbered).
 21044 | D:7      | 21044 ||| Stepping ~*~*~tactically~*~*~ (outnumbered).
 21046 | D:7      | 21046 ||| Stepping ~*~*~tactically~*~*~ (outnumbered).
 21048 | D:7      | 21048 ||| Stepping ~*~*~tactically~*~*~ (outnumbered).
 21050 | D:7      | 21050 ||| Stepping ~*~*~tactically~*~*~ (outnumbered).
 21052 | D:7      | 21052 ||| Stepping ~*~*~tactically~*~*~ (outnumbered).
 21054 | D:7      | 21054 ||| Stepping ~*~*~tactically~*~*~ (outnumbered).
 21056 | D:7      | 21056 ||| Stepping ~*~*~tactically~*~*~ (outnumbered).
 21058 | D:7      | 21058 ||| Stepping ~*~*~tactically~*~*~ (outnumbered).
 21060 | D:7      | 21060 ||| Stepping ~*~*~tactically~*~*~ (outnumbered).
 21062 | D:7      | 21062 ||| Stepping ~*~*~tactically~*~*~ (outnumbered).
 21064 | D:7      | 21064 ||| Stepping ~*~*~tactically~*~*~ (outnumbered).
 21066 | D:7      | 21066 ||| Stepping ~*~*~tactically~*~*~ (outnumbered).
 21068 | D:7      | 21068 ||| Stepping ~*~*~tactically~*~*~ (outnumbered).
 21070 | D:7      | 21070 ||| Stepping ~*~*~tactically~*~*~ (outnumbered).
 21072 | D:7      | 21072 ||| Stepping ~*~*~tactically~*~*~ (outnumbered).
 21074 | D:7      | 21074 ||| Stepping ~*~*~tactically~*~*~ (outnumbered).
 21076 | D:7      | 21076 ||| Stepping ~*~*~tactically~*~*~ (outnumbered).
 21078 | D:7      | 21078 ||| Stepping ~*~*~tactically~*~*~ (outnumbered).
 21080 | D:7      | 21080 ||| Stepping ~*~*~tactically~*~*~ (outnumbered).
 21082 | D:7      | 21082 ||| Stepping ~*~*~tactically~*~*~ (outnumbered).
 21084 | D:7      | 21084 ||| Stepping ~*~*~tactically~*~*~ (outnumbered).
 21086 | D:7      | 21086 ||| Stepping ~*~*~tactically~*~*~ (outnumbered).
 21088 | D:7      | 21088 ||| Stepping ~*~*~tactically~*~*~ (outnumbered).
 21090 | D:7      | 21090 ||| Stepping ~*~*~tactically~*~*~ (outnumbered).
 21092 | D:7      | 21092 ||| Stepping ~*~*~tactically~*~*~ (outnumbered).
 21094 | D:7      | 21094 ||| Stepping ~*~*~tactically~*~*~ (outnumbered).
 21096 | D:7      | 21096 ||| Stepping ~*~*~tactically~*~*~ (outnumbered).
 21098 | D:7      | 21098 ||| Stepping ~*~*~tactically~*~*~ (outnumbered).
 21100 | D:7      | 21100 ||| Stepping ~*~*~tactically~*~*~ (outnumbered).
 21102 | D:7      | 21102 ||| Stepping ~*~*~tactically~*~*~ (outnumbered).
 21104 | D:7      | 21104 ||| Stepping ~*~*~tactically~*~*~ (outnumbered).
 21106 | D:7      | 21106 ||| Stepping ~*~*~tactically~*~*~ (outnumbered).
 21108 | D:7      | 21108 ||| Stepping ~*~*~tactically~*~*~ (outnumbered).
 21110 | D:7      | 21110 ||| Stepping ~*~*~tactically~*~*~ (outnumbered).
 21112 | D:7      | 21112 ||| Stepping ~*~*~tactically~*~*~ (outnumbered).
 21114 | D:7      | 21114 ||| Stepping ~*~*~tactically~*~*~ (outnumbered).
 21116 | D:7      | 21116 ||| Stepping ~*~*~tactically~*~*~ (outnumbered).
 21118 | D:7      | 21118 ||| Stepping ~*~*~tactically~*~*~ (outnumbered).
 21120 | D:7      | 21120 ||| Stepping ~*~*~tactically~*~*~ (outnumbered).
 21122 | D:7      | 21122 ||| Stepping ~*~*~tactically~*~*~ (outnumbered).
 21124 | D:7      | 21124 ||| Stepping ~*~*~tactically~*~*~ (outnumbered).
 21126 | D:7      | 21126 ||| Stepping ~*~*~tactically~*~*~ (outnumbered).
 21128 | D:7      | 21128 ||| Stepping ~*~*~tactically~*~*~ (outnumbered).
 21130 | D:7      | 21130 ||| Stepping ~*~*~tactically~*~*~ (outnumbered).
 21132 | D:7      | 21132 ||| Stepping ~*~*~tactically~*~*~ (outnumbered).
 21134 | D:7      | 21134 ||| Stepping ~*~*~tactically~*~*~ (outnumbered).
 21136 | D:7      | 21136 ||| Stepping ~*~*~tactically~*~*~ (outnumbered).
 21138 | D:7      | 21138 ||| Stepping ~*~*~tactically~*~*~ (outnumbered).
 21140 | D:7      | 21140 ||| Stepping ~*~*~tactically~*~*~ (outnumbered).
 21142 | D:7      | 21142 ||| Stepping ~*~*~tactically~*~*~ (outnumbered).
 21144 | D:7      | 21144 ||| Stepping ~*~*~tactically~*~*~ (outnumbered).
 21146 | D:7      | 21146 ||| Stepping ~*~*~tactically~*~*~ (outnumbered).
 21148 | D:7      | 21148 ||| Stepping ~*~*~tactically~*~*~ (outnumbered).
 21150 | D:7      | 21150 ||| Stepping ~*~*~tactically~*~*~ (outnumbered).
 21152 | D:7      | 21152 ||| Stepping ~*~*~tactically~*~*~ (outnumbered).
 21154 | D:7      | 21154 ||| Stepping ~*~*~tactically~*~*~ (outnumbered).
 21156 | D:7      | 21156 ||| Stepping ~*~*~tactically~*~*~ (outnumbered).
 21158 | D:7      | 21158 ||| Stepping ~*~*~tactically~*~*~ (outnumbered).
 21160 | D:7      | 21160 ||| Stepping ~*~*~tactically~*~*~ (outnumbered).
 21162 | D:7      | 21162 ||| Stepping ~*~*~tactically~*~*~ (outnumbered).
 21164 | D:7      | 21164 ||| Stepping ~*~*~tactically~*~*~ (outnumbered).
 21166 | D:7      | 21166 ||| Stepping ~*~*~tactically~*~*~ (outnumbered).
 21168 | D:7      | 21168 ||| Stepping ~*~*~tactically~*~*~ (outnumbered).
 21170 | D:7      | 21170 ||| Stepping ~*~*~tactically~*~*~ (outnumbered).
 21172 | D:7      | 21172 ||| Stepping ~*~*~tactically~*~*~ (outnumbered).
 21174 | D:7      | 21174 ||| Stepping ~*~*~tactically~*~*~ (outnumbered).
 21176 | D:7      | 21176 ||| Stepping ~*~*~tactically~*~*~ (outnumbered).
 21178 | D:7      | 21178 ||| Stepping ~*~*~tactically~*~*~ (outnumbered).
 21180 | D:7      | 21180 ||| Stepping ~*~*~tactically~*~*~ (outnumbered).
 21182 | D:7      | 21182 ||| Stepping ~*~*~tactically~*~*~ (outnumbered).
 21184 | D:7      | 21184 ||| Stepping ~*~*~tactically~*~*~ (outnumbered).
 21186 | D:7      | 21186 ||| Stepping ~*~*~tactically~*~*~ (outnumbered).
 21188 | D:7      | 21188 ||| Stepping ~*~*~tactically~*~*~ (outnumbered).
 21190 | D:7      | 21190 ||| Stepping ~*~*~tactically~*~*~ (outnumbered).
 21192 | D:7      | 21192 ||| Stepping ~*~*~tactically~*~*~ (outnumbered).
 21194 | D:7      | 21194 ||| Stepping ~*~*~tactically~*~*~ (outnumbered).
 21196 | D:7      | 21196 ||| Stepping ~*~*~tactically~*~*~ (outnumbered).
 21198 | D:7      | 21198 ||| Stepping ~*~*~tactically~*~*~ (outnumbered).
 21200 | D:7      | 21200 ||| Stepping ~*~*~tactically~*~*~ (outnumbered).
 21202 | D:7      | 21202 ||| Stepping ~*~*~tactically~*~*~ (outnumbered).
 21204 | D:7      | 21204 ||| Stepping ~*~*~tactically~*~*~ (outnumbered).
 21206 | D:7      | 21206 ||| Stepping ~*~*~tactically~*~*~ (outnumbered).
 21208 | D:7      | 21208 ||| Stepping ~*~*~tactically~*~*~ (outnumbered).
 21210 | D:7      | 21210 ||| Stepping ~*~*~tactically~*~*~ (outnumbered).
 21212 | D:7      | 21212 ||| Stepping ~*~*~tactically~*~*~ (outnumbered).
 21214 | D:7      | 21214 ||| Stepping ~*~*~tactically~*~*~ (outnumbered).
 21216 | D:7      | 21216 ||| Stepping ~*~*~tactically~*~*~ (outnumbered).
 21218 | D:7      | 21218 ||| Stepping ~*~*~tactically~*~*~ (outnumbered).
 21220 | D:7      | 21220 ||| Stepping ~*~*~tactically~*~*~ (outnumbered).
 21222 | D:7      | 21222 ||| Stepping ~*~*~tactically~*~*~ (outnumbered).
 21224 | D:7      | 21224 ||| Stepping ~*~*~tactically~*~*~ (outnumbered).
 21226 | D:7      | 21226 ||| Stepping ~*~*~tactically~*~*~ (outnumbered).
 21228 | D:7      | 21228 ||| Stepping ~*~*~tactically~*~*~ (outnumbered).
 21230 | D:7      | 21230 ||| Stepping ~*~*~tactically~*~*~ (outnumbered).
 21232 | D:7      | 21232 ||| Stepping ~*~*~tactically~*~*~ (outnumbered).
 21234 | D:7      | 21234 ||| Stepping ~*~*~tactically~*~*~ (outnumbered).
 21236 | D:7      | 21236 ||| Stepping ~*~*~tactically~*~*~ (outnumbered).
 21238 | D:7      | 21238 ||| Stepping ~*~*~tactically~*~*~ (outnumbered).
 21240 | D:7      | 21240 ||| Stepping ~*~*~tactically~*~*~ (outnumbered).
 21242 | D:7      | 21242 ||| Stepping ~*~*~tactically~*~*~ (outnumbered).
 21244 | D:7      | 21244 ||| Stepping ~*~*~tactically~*~*~ (outnumbered).
 21246 | D:7      | 21246 ||| Stepping ~*~*~tactically~*~*~ (outnumbered).
 21248 | D:7      | 21248 ||| Stepping ~*~*~tactically~*~*~ (outnumbered).
 21250 | D:7      | 21250 ||| Stepping ~*~*~tactically~*~*~ (outnumbered).
 21252 | D:7      | 21252 ||| Stepping ~*~*~tactically~*~*~ (outnumbered).
 21254 | D:7      | 21254 ||| Stepping ~*~*~tactically~*~*~ (outnumbered).
 21256 | D:7      | 21256 ||| Stepping ~*~*~tactically~*~*~ (outnumbered).
 21258 | D:7      | 21258 ||| Stepping ~*~*~tactically~*~*~ (outnumbered).
 21260 | D:7      | 21260 ||| Stepping ~*~*~tactically~*~*~ (outnumbered).
 21262 | D:7      | 21262 ||| Stepping ~*~*~tactically~*~*~ (outnumbered).
 21264 | D:7      | 21264 ||| Stepping ~*~*~tactically~*~*~ (outnumbered).
 21266 | D:7      | 21266 ||| Stepping ~*~*~tactically~*~*~ (outnumbered).
 21268 | D:7      | 21268 ||| Stepping ~*~*~tactically~*~*~ (outnumbered).
 21270 | D:7      | 21270 ||| Stepping ~*~*~tactically~*~*~ (outnumbered).
 21272 | D:7      | 21272 ||| Stepping ~*~*~tactically~*~*~ (outnumbered).
 21274 | D:7      | 21274 ||| Stepping ~*~*~tactically~*~*~ (outnumbered).
 21276 | D:7      | 21276 ||| Stepping ~*~*~tactically~*~*~ (outnumbered).
 21278 | D:7      | 21278 ||| Stepping ~*~*~tactically~*~*~ (outnumbered).
 21280 | D:7      | 21280 ||| Stepping ~*~*~tactically~*~*~ (outnumbered).
 21282 | D:7      | 21282 ||| Stepping ~*~*~tactically~*~*~ (outnumbered).
 21284 | D:7      | 21284 ||| Stepping ~*~*~tactically~*~*~ (outnumbered).
 21286 | D:7      | 21286 ||| Stepping ~*~*~tactically~*~*~ (outnumbered).
 21288 | D:7      | 21288 ||| Stepping ~*~*~tactically~*~*~ (outnumbered).
 21290 | D:7      | 21290 ||| Stepping ~*~*~tactically~*~*~ (outnumbered).
 21292 | D:7      | 21292 ||| Stepping ~*~*~tactically~*~*~ (outnumbered).
 21294 | D:7      | 21294 ||| Stepping ~*~*~tactically~*~*~ (outnumbered).
 21296 | D:7      | 21296 ||| Stepping ~*~*~tactically~*~*~ (outnumbered).
 21298 | D:7      | 21298 ||| Stepping ~*~*~tactically~*~*~ (outnumbered).
 21300 | D:7      | 21300 ||| Stepping ~*~*~tactically~*~*~ (outnumbered).
 21302 | D:7      | 21302 ||| Stepping ~*~*~tactically~*~*~ (outnumbered).
 21304 | D:7      | 21304 ||| Stepping ~*~*~tactically~*~*~ (outnumbered).
 21306 | D:7      | 21306 ||| Stepping ~*~*~tactically~*~*~ (outnumbered).
 21308 | D:7      | 21308 ||| Stepping ~*~*~tactically~*~*~ (outnumbered).
 21310 | D:7      | 21310 ||| Stepping ~*~*~tactically~*~*~ (outnumbered).
 21312 | D:7      | 21312 ||| Stepping ~*~*~tactically~*~*~ (outnumbered).
 21314 | D:7      | 21314 ||| Stepping ~*~*~tactically~*~*~ (outnumbered).
 21316 | D:7      | 21316 ||| Stepping ~*~*~tactically~*~*~ (outnumbered).
 21318 | D:7      | 21318 ||| Stepping ~*~*~tactically~*~*~ (outnumbered).
 21320 | D:7      | 21320 ||| Stepping ~*~*~tactically~*~*~ (outnumbered).
 21322 | D:7      | 21322 ||| Stepping ~*~*~tactically~*~*~ (outnumbered).
 21324 | D:7      | 21324 ||| Stepping ~*~*~tactically~*~*~ (outnumbered).
 21326 | D:7      | 21326 ||| Stepping ~*~*~tactically~*~*~ (outnumbered).
 21328 | D:7      | 21328 ||| Stepping ~*~*~tactically~*~*~ (outnumbered).
 21330 | D:7      | 21330 ||| Stepping ~*~*~tactically~*~*~ (outnumbered).
 21332 | D:7      | 21332 ||| Stepping ~*~*~tactically~*~*~ (outnumbered).
 21334 | D:7      | 21334 ||| Stepping ~*~*~tactically~*~*~ (outnumbered).
 21336 | D:7      | 21336 ||| Stepping ~*~*~tactically~*~*~ (outnumbered).
 21338 | D:7      | 21338 ||| Stepping ~*~*~tactically~*~*~ (outnumbered).
 21340 | D:7      | 21340 ||| Stepping ~*~*~tactically~*~*~ (outnumbered).
 21342 | D:7      | 21342 ||| Stepping ~*~*~tactically~*~*~ (outnumbered).
 21344 | D:7      | 21344 ||| Stepping ~*~*~tactically~*~*~ (outnumbered).
 21346 | D:7      | 21346 ||| Stepping ~*~*~tactically~*~*~ (outnumbered).
 21348 | D:7      | 21348 ||| Stepping ~*~*~tactically~*~*~ (outnumbered).
 21350 | D:7      | 21350 ||| Stepping ~*~*~tactically~*~*~ (outnumbered).
 21352 | D:7      | 21352 ||| Stepping ~*~*~tactically~*~*~ (outnumbered).
 21354 | D:7      | 21354 ||| Stepping ~*~*~tactically~*~*~ (outnumbered).
 21356 | D:7      | 21356 ||| Stepping ~*~*~tactically~*~*~ (outnumbered).
 21358 | D:7      | 21358 ||| Stepping ~*~*~tactically~*~*~ (outnumbered).
 21360 | D:7      | 21360 ||| Stepping ~*~*~tactically~*~*~ (outnumbered).
 21362 | D:7      | 21362 ||| Stepping ~*~*~tactically~*~*~ (outnumbered).
 21364 | D:7      | 21364 ||| Stepping ~*~*~tactically~*~*~ (outnumbered).
 21366 | D:7      | 21366 ||| Stepping ~*~*~tactically~*~*~ (outnumbered).
 21368 | D:7      | 21368 ||| Stepping ~*~*~tactically~*~*~ (outnumbered).
 21370 | D:7      | 21370 ||| Stepping ~*~*~tactically~*~*~ (outnumbered).
 21372 | D:7      | 21372 ||| Stepping ~*~*~tactically~*~*~ (outnumbered).
 21374 | D:7      | 21374 ||| Stepping ~*~*~tactically~*~*~ (outnumbered).
 21376 | D:7      | 21376 ||| Stepping ~*~*~tactically~*~*~ (outnumbered).
 21378 | D:7      | 21378 ||| Stepping ~*~*~tactically~*~*~ (outnumbered).
 21380 | D:7      | 21380 ||| Stepping ~*~*~tactically~*~*~ (outnumbered).
 21382 | D:7      | 21382 ||| Stepping ~*~*~tactically~*~*~ (outnumbered).
 21384 | D:7      | 21384 ||| Stepping ~*~*~tactically~*~*~ (outnumbered).
 21386 | D:7      | 21386 ||| Stepping ~*~*~tactically~*~*~ (outnumbered).
 21388 | D:7      | 21388 ||| Stepping ~*~*~tactically~*~*~ (outnumbered).
 21390 | D:7      | 21390 ||| Stepping ~*~*~tactically~*~*~ (outnumbered).
 21392 | D:7      | 21392 ||| Stepping ~*~*~tactically~*~*~ (outnumbered).
 21394 | D:7      | 21394 ||| Stepping ~*~*~tactically~*~*~ (outnumbered).
 21396 | D:7      | 21396 ||| Stepping ~*~*~tactically~*~*~ (outnumbered).
 21398 | D:7      | 21398 ||| Stepping ~*~*~tactically~*~*~ (outnumbered).
 21400 | D:7      | 21400 ||| Stepping ~*~*~tactically~*~*~ (outnumbered).
 21402 | D:7      | 21402 ||| Stepping ~*~*~tactically~*~*~ (outnumbered).
 21404 | D:7      | 21404 ||| Stepping ~*~*~tactically~*~*~ (outnumbered).
 21406 | D:7      | 21406 ||| Stepping ~*~*~tactically~*~*~ (outnumbered).
 21408 | D:7      | 21408 ||| Stepping ~*~*~tactically~*~*~ (outnumbered).
 21410 | D:7      | 21410 ||| Stepping ~*~*~tactically~*~*~ (outnumbered).
 21412 | D:7      | 21412 ||| Stepping ~*~*~tactically~*~*~ (outnumbered).
 21414 | D:7      | 21414 ||| Stepping ~*~*~tactically~*~*~ (outnumbered).
 21416 | D:7      | 21416 ||| Stepping ~*~*~tactically~*~*~ (outnumbered).
 21418 | D:7      | 21418 ||| Stepping ~*~*~tactically~*~*~ (outnumbered).
 21420 | D:7      | 21420 ||| Stepping ~*~*~tactically~*~*~ (outnumbered).
 21422 | D:7      | 21422 ||| Stepping ~*~*~tactically~*~*~ (outnumbered).
 21424 | D:7      | 21424 ||| Stepping ~*~*~tactically~*~*~ (outnumbered).
 21426 | D:7      | 21426 ||| Stepping ~*~*~tactically~*~*~ (outnumbered).
 21428 | D:7      | 21428 ||| Stepping ~*~*~tactically~*~*~ (outnumbered).
 21430 | D:7      | 21430 ||| Stepping ~*~*~tactically~*~*~ (outnumbered).
 21432 | D:7      | 21432 ||| Stepping ~*~*~tactically~*~*~ (outnumbered).
 21434 | D:7      | 21434 ||| Stepping ~*~*~tactically~*~*~ (outnumbered).
 21436 | D:7      | 21436 ||| Stepping ~*~*~tactically~*~*~ (outnumbered).
 21438 | D:7      | 21438 ||| Stepping ~*~*~tactically~*~*~ (outnumbered).
 21440 | D:7      | 21440 ||| Stepping ~*~*~tactically~*~*~ (outnumbered).
 21442 | D:7      | 21442 ||| Stepping ~*~*~tactically~*~*~ (outnumbered).
 21444 | D:7      | 21444 ||| Stepping ~*~*~tactically~*~*~ (outnumbered).
 21446 | D:7      | 21446 ||| Stepping ~*~*~tactically~*~*~ (outnumbered).
 21448 | D:7      | 21448 ||| Stepping ~*~*~tactically~*~*~ (outnumbered).
 21450 | D:7      | 21450 ||| Stepping ~*~*~tactically~*~*~ (outnumbered).
 21452 | D:7      | 21452 ||| Stepping ~*~*~tactically~*~*~ (outnumbered).
 21454 | D:7      | 21454 ||| Stepping ~*~*~tactically~*~*~ (outnumbered).
 21456 | D:7      | 21456 ||| Stepping ~*~*~tactically~*~*~ (outnumbered).
 21458 | D:7      | 21458 ||| Stepping ~*~*~tactically~*~*~ (outnumbered).
 21460 | D:7      | 21460 ||| Stepping ~*~*~tactically~*~*~ (outnumbered).
 21462 | D:7      | 21462 ||| Stepping ~*~*~tactically~*~*~ (outnumbered).
 21464 | D:7      | 21464 ||| Stepping ~*~*~tactically~*~*~ (outnumbered).
 21466 | D:7      | 21466 ||| Stepping ~*~*~tactically~*~*~ (outnumbered).
 21468 | D:7      | 21468 ||| Stepping ~*~*~tactically~*~*~ (outnumbered).
 21470 | D:7      | 21470 ||| Stepping ~*~*~tactically~*~*~ (outnumbered).
 21472 | D:7      | 21472 ||| Stepping ~*~*~tactically~*~*~ (outnumbered).
 21474 | D:7      | 21474 ||| Stepping ~*~*~tactically~*~*~ (outnumbered).
 21476 | D:7      | 21476 ||| Stepping ~*~*~tactically~*~*~ (outnumbered).
 21478 | D:7      | 21478 ||| Stepping ~*~*~tactically~*~*~ (outnumbered).
 21480 | D:7      | 21480 ||| Stepping ~*~*~tactically~*~*~ (outnumbered).
 21482 | D:7      | 21482 ||| Stepping ~*~*~tactically~*~*~ (outnumbered).
 21484 | D:7      | 21484 ||| Stepping ~*~*~tactically~*~*~ (outnumbered).
 21486 | D:7      | 21486 ||| Stepping ~*~*~tactically~*~*~ (outnumbered).
 21488 | D:7      | 21488 ||| Stepping ~*~*~tactically~*~*~ (outnumbered).
 21490 | D:7      | 21490 ||| Stepping ~*~*~tactically~*~*~ (outnumbered).
 21492 | D:7      | 21492 ||| Stepping ~*~*~tactically~*~*~ (outnumbered).
 21494 | D:7      | 21494 ||| Stepping ~*~*~tactically~*~*~ (outnumbered).
 21496 | D:7      | 21496 ||| Stepping ~*~*~tactically~*~*~ (outnumbered).
 21498 | D:7      | 21498 ||| Stepping ~*~*~tactically~*~*~ (outnumbered).
 21500 | D:7      | 21500 ||| Stepping ~*~*~tactically~*~*~ (outnumbered).
 21502 | D:7      | 21502 ||| Stepping ~*~*~tactically~*~*~ (outnumbered).
 21504 | D:7      | 21504 ||| Stepping ~*~*~tactically~*~*~ (outnumbered).
 21506 | D:7      | 21506 ||| Stepping ~*~*~tactically~*~*~ (outnumbered).
 21508 | D:7      | 21508 ||| Stepping ~*~*~tactically~*~*~ (outnumbered).
 21510 | D:7      | 21510 ||| Stepping ~*~*~tactically~*~*~ (outnumbered).
 21512 | D:7      | 21512 ||| Stepping ~*~*~tactically~*~*~ (outnumbered).
 21514 | D:7      | 21514 ||| Stepping ~*~*~tactically~*~*~ (outnumbered).
 21516 | D:7      | 21516 ||| Stepping ~*~*~tactically~*~*~ (outnumbered).
 21518 | D:7      | 21518 ||| Stepping ~*~*~tactically~*~*~ (outnumbered).
 21520 | D:7      | 21520 ||| Stepping ~*~*~tactically~*~*~ (outnumbered).
 21522 | D:7      | 21522 ||| Stepping ~*~*~tactically~*~*~ (outnumbered).
 21524 | D:7      | 21524 ||| Stepping ~*~*~tactically~*~*~ (outnumbered).
 21526 | D:7      | 21526 ||| Stepping ~*~*~tactically~*~*~ (outnumbered).
 21528 | D:7      | 21528 ||| Stepping ~*~*~tactically~*~*~ (outnumbered).
 21530 | D:7      | 21530 ||| Stepping ~*~*~tactically~*~*~ (outnumbered).
 21532 | D:7      | 21532 ||| Stepping ~*~*~tactically~*~*~ (outnumbered).
 21534 | D:7      | 21534 ||| Stepping ~*~*~tactically~*~*~ (outnumbered).
 21536 | D:7      | 21536 ||| Stepping ~*~*~tactically~*~*~ (outnumbered).
 21538 | D:7      | 21538 ||| Stepping ~*~*~tactically~*~*~ (outnumbered).
 21540 | D:7      | 21540 ||| Stepping ~*~*~tactically~*~*~ (outnumbered).
 21542 | D:7      | 21542 ||| Stepping ~*~*~tactically~*~*~ (outnumbered).
 21544 | D:7      | 21544 ||| Stepping ~*~*~tactically~*~*~ (outnumbered).
 21546 | D:7      | 21546 ||| Stepping ~*~*~tactically~*~*~ (outnumbered).
 21548 | D:7      | 21548 ||| Stepping ~*~*~tactically~*~*~ (outnumbered).
 21550 | D:7      | 21550 ||| Stepping ~*~*~tactically~*~*~ (outnumbered).
 21552 | D:7      | 21552 ||| Stepping ~*~*~tactically~*~*~ (outnumbered).
 21554 | D:7      | 21554 ||| Stepping ~*~*~tactically~*~*~ (outnumbered).
 21556 | D:7      | 21556 ||| Stepping ~*~*~tactically~*~*~ (outnumbered).
 21558 | D:7      | 21558 ||| Stepping ~*~*~tactically~*~*~ (outnumbered).
 21560 | D:7      | 21560 ||| Stepping ~*~*~tactically~*~*~ (outnumbered).
 21562 | D:7      | 21562 ||| Stepping ~*~*~tactically~*~*~ (outnumbered).
 21564 | D:7      | 21564 ||| Stepping ~*~*~tactically~*~*~ (outnumbered).
 21566 | D:7      | 21566 ||| Stepping ~*~*~tactically~*~*~ (outnumbered).
 21568 | D:7      | 21568 ||| Stepping ~*~*~tactically~*~*~ (outnumbered).
 21570 | D:7      | 21570 ||| Stepping ~*~*~tactically~*~*~ (outnumbered).
 21572 | D:7      | 21572 ||| Stepping ~*~*~tactically~*~*~ (outnumbered).
 21574 | D:7      | 21574 ||| Stepping ~*~*~tactically~*~*~ (outnumbered).
 21576 | D:7      | 21576 ||| Stepping ~*~*~tactically~*~*~ (outnumbered).
 21578 | D:7      | 21578 ||| Stepping ~*~*~tactically~*~*~ (outnumbered).
 21580 | D:7      | 21580 ||| Stepping ~*~*~tactically~*~*~ (outnumbered).
 21582 | D:7      | 21582 ||| Stepping ~*~*~tactically~*~*~ (outnumbered).
 21584 | D:7      | 21584 ||| Stepping ~*~*~tactically~*~*~ (outnumbered).
 21586 | D:7      | 21586 ||| Stepping ~*~*~tactically~*~*~ (outnumbered).
 21588 | D:7      | 21588 ||| Stepping ~*~*~tactically~*~*~ (outnumbered).
 21590 | D:7      | 21590 ||| Stepping ~*~*~tactically~*~*~ (outnumbered).
 21592 | D:7      | 21592 ||| Stepping ~*~*~tactically~*~*~ (outnumbered).
 21594 | D:7      | 21594 ||| Stepping ~*~*~tactically~*~*~ (outnumbered).
 21596 | D:7      | 21596 ||| Stepping ~*~*~tactically~*~*~ (outnumbered).
 21598 | D:7      | 21598 ||| Stepping ~*~*~tactically~*~*~ (outnumbered).
 21600 | D:7      | 21600 ||| Stepping ~*~*~tactically~*~*~ (outnumbered).
 21602 | D:7      | 21602 ||| Stepping ~*~*~tactically~*~*~ (outnumbered).
 21604 | D:7      | 21604 ||| Stepping ~*~*~tactically~*~*~ (outnumbered).
 21606 | D:7      | 21606 ||| Stepping ~*~*~tactically~*~*~ (outnumbered).
 21608 | D:7      | 21608 ||| Stepping ~*~*~tactically~*~*~ (outnumbered).
 21610 | D:7      | 21610 ||| Stepping ~*~*~tactically~*~*~ (outnumbered).
 21612 | D:7      | 21612 ||| Stepping ~*~*~tactically~*~*~ (outnumbered).
 21614 | D:7      | 21614 ||| Stepping ~*~*~tactically~*~*~ (outnumbered).
 21616 | D:7      | 21616 ||| Stepping ~*~*~tactically~*~*~ (outnumbered).
 21618 | D:7      | 21618 ||| Stepping ~*~*~tactically~*~*~ (outnumbered).
 21620 | D:7      | 21620 ||| Stepping ~*~*~tactically~*~*~ (outnumbered).
 21622 | D:7      | 21622 ||| Stepping ~*~*~tactically~*~*~ (outnumbered).
 21624 | D:7      | 21624 ||| Stepping ~*~*~tactically~*~*~ (outnumbered).
 21626 | D:7      | 21626 ||| Stepping ~*~*~tactically~*~*~ (outnumbered).
 21628 | D:7      | 21628 ||| Stepping ~*~*~tactically~*~*~ (outnumbered).
 21630 | D:7      | 21630 ||| Stepping ~*~*~tactically~*~*~ (outnumbered).
 21632 | D:7      | 21632 ||| Stepping ~*~*~tactically~*~*~ (outnumbered).
 21634 | D:7      | 21634 ||| Stepping ~*~*~tactically~*~*~ (outnumbered).
 21636 | D:7      | 21636 ||| Stepping ~*~*~tactically~*~*~ (outnumbered).
 21638 | D:7      | 21638 ||| Stepping ~*~*~tactically~*~*~ (outnumbered).
 21640 | D:7      | 21640 ||| Stepping ~*~*~tactically~*~*~ (outnumbered).
 21642 | D:7      | 21642 ||| Stepping ~*~*~tactically~*~*~ (outnumbered).
 21644 | D:7      | 21644 ||| Stepping ~*~*~tactically~*~*~ (outnumbered).
 21646 | D:7      | 21646 ||| Stepping ~*~*~tactically~*~*~ (outnumbered).
 21648 | D:7      | 21648 ||| Stepping ~*~*~tactically~*~*~ (outnumbered).
 21650 | D:7      | 21650 ||| Stepping ~*~*~tactically~*~*~ (outnumbered).
 21652 | D:7      | 21652 ||| Stepping ~*~*~tactically~*~*~ (outnumbered).
 21654 | D:7      | 21654 ||| Stepping ~*~*~tactically~*~*~ (outnumbered).
 21656 | D:7      | 21656 ||| Stepping ~*~*~tactically~*~*~ (outnumbered).
 21658 | D:7      | 21658 ||| Stepping ~*~*~tactically~*~*~ (outnumbered).
 21660 | D:7      | 21660 ||| Stepping ~*~*~tactically~*~*~ (outnumbered).
 21662 | D:7      | 21662 ||| Stepping ~*~*~tactically~*~*~ (outnumbered).
 21664 | D:7      | 21664 ||| Stepping ~*~*~tactically~*~*~ (outnumbered).
 21666 | D:7      | 21666 ||| Stepping ~*~*~tactically~*~*~ (outnumbered).
 21668 | D:7      | 21668 ||| Stepping ~*~*~tactically~*~*~ (outnumbered).
 21670 | D:7      | 21670 ||| Stepping ~*~*~tactically~*~*~ (outnumbered).
 21672 | D:7      | 21672 ||| Stepping ~*~*~tactically~*~*~ (outnumbered).
 21674 | D:7      | 21674 ||| Stepping ~*~*~tactically~*~*~ (outnumbered).
 21676 | D:7      | 21676 ||| Stepping ~*~*~tactically~*~*~ (outnumbered).
 21678 | D:7      | 21678 ||| Stepping ~*~*~tactically~*~*~ (outnumbered).
 21680 | D:7      | 21680 ||| Stepping ~*~*~tactically~*~*~ (outnumbered).
 21682 | D:7      | 21682 ||| Stepping ~*~*~tactically~*~*~ (outnumbered).
 21684 | D:7      | 21684 ||| Stepping ~*~*~tactically~*~*~ (outnumbered).
 21686 | D:7      | 21686 ||| Stepping ~*~*~tactically~*~*~ (outnumbered).
 21688 | D:7      | 21688 ||| Stepping ~*~*~tactically~*~*~ (outnumbered).
 21690 | D:7      | 21690 ||| Stepping ~*~*~tactically~*~*~ (outnumbered).
 21692 | D:7      | 21692 ||| Stepping ~*~*~tactically~*~*~ (outnumbered).
 21694 | D:7      | 21694 ||| Stepping ~*~*~tactically~*~*~ (outnumbered).
 21696 | D:7      | 21696 ||| Stepping ~*~*~tactically~*~*~ (outnumbered).
 21698 | D:7      | 21698 ||| Stepping ~*~*~tactically~*~*~ (outnumbered).
 21700 | D:7      | 21700 ||| Stepping ~*~*~tactically~*~*~ (outnumbered).
 21702 | D:7      | 21702 ||| Stepping ~*~*~tactically~*~*~ (outnumbered).
 21704 | D:7      | 21704 ||| Stepping ~*~*~tactically~*~*~ (outnumbered).
 21706 | D:7      | 21706 ||| Stepping ~*~*~tactically~*~*~ (outnumbered).
 21708 | D:7      | 21708 ||| Stepping ~*~*~tactically~*~*~ (outnumbered).
 21710 | D:7      | 21710 ||| Stepping ~*~*~tactically~*~*~ (outnumbered).
 21712 | D:7      | 21712 ||| Stepping ~*~*~tactically~*~*~ (outnumbered).
 21714 | D:7      | 21714 ||| Stepping ~*~*~tactically~*~*~ (outnumbered).
 21716 | D:7      | 21716 ||| Stepping ~*~*~tactically~*~*~ (outnumbered).
 21718 | D:7      | 21718 ||| Stepping ~*~*~tactically~*~*~ (outnumbered).
 21720 | D:7      | 21720 ||| Stepping ~*~*~tactically~*~*~ (outnumbered).
 21722 | D:7      | 21722 ||| Stepping ~*~*~tactically~*~*~ (outnumbered).
 21724 | D:7      | 21724 ||| Stepping ~*~*~tactically~*~*~ (outnumbered).
 21726 | D:7      | 21726 ||| Stepping ~*~*~tactically~*~*~ (outnumbered).
 21728 | D:7      | 21728 ||| Stepping ~*~*~tactically~*~*~ (outnumbered).
 21730 | D:7      | 21730 ||| Stepping ~*~*~tactically~*~*~ (outnumbered).
 21732 | D:7      | 21732 ||| Stepping ~*~*~tactically~*~*~ (outnumbered).
 21734 | D:7      | 21734 ||| Stepping ~*~*~tactically~*~*~ (outnumbered).
 21736 | D:7      | 21736 ||| Stepping ~*~*~tactically~*~*~ (outnumbered).
 21738 | D:7      | 21738 ||| Stepping ~*~*~tactically~*~*~ (outnumbered).
 21740 | D:7      | 21740 ||| Stepping ~*~*~tactically~*~*~ (outnumbered).
 21742 | D:7      | 21742 ||| Stepping ~*~*~tactically~*~*~ (outnumbered).
 21744 | D:7      | 21744 ||| Stepping ~*~*~tactically~*~*~ (outnumbered).
 21746 | D:7      | 21746 ||| Stepping ~*~*~tactically~*~*~ (outnumbered).
 21748 | D:7      | 21748 ||| Stepping ~*~*~tactically~*~*~ (outnumbered).
 21750 | D:7      | 21750 ||| Stepping ~*~*~tactically~*~*~ (outnumbered).
 21752 | D:7      | 21752 ||| Stepping ~*~*~tactically~*~*~ (outnumbered).
 21754 | D:7      | 21754 ||| Stepping ~*~*~tactically~*~*~ (outnumbered).
 21756 | D:7      | 21756 ||| Stepping ~*~*~tactically~*~*~ (outnumbered).
 21758 | D:7      | 21758 ||| Stepping ~*~*~tactically~*~*~ (outnumbered).
 21760 | D:7      | 21760 ||| Stepping ~*~*~tactically~*~*~ (outnumbered).
 21762 | D:7      | 21762 ||| Stepping ~*~*~tactically~*~*~ (outnumbered).
 21764 | D:7      | 21764 ||| Stepping ~*~*~tactically~*~*~ (outnumbered).
 21766 | D:7      | 21766 ||| Stepping ~*~*~tactically~*~*~ (outnumbered).
 21768 | D:7      | 21768 ||| Stepping ~*~*~tactically~*~*~ (outnumbered).
 21770 | D:7      | 21770 ||| Stepping ~*~*~tactically~*~*~ (outnumbered).
 21772 | D:7      | 21772 ||| Stepping ~*~*~tactically~*~*~ (outnumbered).
 21774 | D:7      | 21774 ||| Stepping ~*~*~tactically~*~*~ (outnumbered).
 21776 | D:7      | 21776 ||| Stepping ~*~*~tactically~*~*~ (outnumbered).
 21778 | D:7      | 21778 ||| Stepping ~*~*~tactically~*~*~ (outnumbered).
 21780 | D:7      | 21780 ||| Stepping ~*~*~tactically~*~*~ (outnumbered).
 21782 | D:7      | 21782 ||| Stepping ~*~*~tactically~*~*~ (outnumbered).
 21784 | D:7      | 21784 ||| Stepping ~*~*~tactically~*~*~ (outnumbered).
 21786 | D:7      | 21786 ||| Stepping ~*~*~tactically~*~*~ (outnumbered).
 21788 | D:7      | 21788 ||| Stepping ~*~*~tactically~*~*~ (outnumbered).
 21790 | D:7      | 21790 ||| Stepping ~*~*~tactically~*~*~ (outnumbered).
 21792 | D:7      | 21792 ||| Stepping ~*~*~tactically~*~*~ (outnumbered).
 21794 | D:7      | 21794 ||| Stepping ~*~*~tactically~*~*~ (outnumbered).
 21796 | D:7      | 21796 ||| Stepping ~*~*~tactically~*~*~ (outnumbered).
 21798 | D:7      | 21798 ||| Stepping ~*~*~tactically~*~*~ (outnumbered).
 21800 | D:7      | 21800 ||| Stepping ~*~*~tactically~*~*~ (outnumbered).
 21802 | D:7      | 21802 ||| Stepping ~*~*~tactically~*~*~ (outnumbered).
 21804 | D:7      | 21804 ||| Stepping ~*~*~tactically~*~*~ (outnumbered).
 21806 | D:7      | 21806 ||| Stepping ~*~*~tactically~*~*~ (outnumbered).
 21808 | D:7      | 21808 ||| Stepping ~*~*~tactically~*~*~ (outnumbered).
 21810 | D:7      | 21810 ||| Stepping ~*~*~tactically~*~*~ (outnumbered).
 21812 | D:7      | 21812 ||| Stepping ~*~*~tactically~*~*~ (outnumbered).
 21814 | D:7      | 21814 ||| Stepping ~*~*~tactically~*~*~ (outnumbered).
 21816 | D:7      | 21816 ||| Stepping ~*~*~tactically~*~*~ (outnumbered).
 21818 | D:7      | 21818 ||| Stepping ~*~*~tactically~*~*~ (outnumbered).
 21820 | D:7      | 21820 ||| Stepping ~*~*~tactically~*~*~ (outnumbered).
 21822 | D:7      | 21822 ||| Stepping ~*~*~tactically~*~*~ (outnumbered).
 21824 | D:7      | 21824 ||| Stepping ~*~*~tactically~*~*~ (outnumbered).
 21826 | D:7      | 21826 ||| Stepping ~*~*~tactically~*~*~ (outnumbered).
 21828 | D:7      | 21828 ||| Stepping ~*~*~tactically~*~*~ (outnumbered).
 21830 | D:7      | 21830 ||| Stepping ~*~*~tactically~*~*~ (outnumbered).
 21832 | D:7      | 21832 ||| Stepping ~*~*~tactically~*~*~ (outnumbered).
 21834 | D:7      | 21834 ||| Stepping ~*~*~tactically~*~*~ (outnumbered).
 21836 | D:7      | 21836 ||| Stepping ~*~*~tactically~*~*~ (outnumbered).
 21838 | D:7      | 21838 ||| Stepping ~*~*~tactically~*~*~ (outnumbered).
 21840 | D:7      | 21840 ||| Stepping ~*~*~tactically~*~*~ (outnumbered).
 21842 | D:7      | 21842 ||| Stepping ~*~*~tactically~*~*~ (outnumbered).
 21844 | D:7      | 21844 ||| Stepping ~*~*~tactically~*~*~ (outnumbered).
 21846 | D:7      | 21846 ||| Stepping ~*~*~tactically~*~*~ (outnumbered).
 21848 | D:7      | 21848 ||| Stepping ~*~*~tactically~*~*~ (outnumbered).
 21850 | D:7      | 21850 ||| Stepping ~*~*~tactically~*~*~ (outnumbered).
 21852 | D:7      | 21852 ||| Stepping ~*~*~tactically~*~*~ (outnumbered).
 21854 | D:7      | 21854 ||| Stepping ~*~*~tactically~*~*~ (outnumbered).
 21856 | D:7      | 21856 ||| Stepping ~*~*~tactically~*~*~ (outnumbered).
 21858 | D:7      | 21858 ||| Stepping ~*~*~tactically~*~*~ (outnumbered).
 21860 | D:7      | 21860 ||| Stepping ~*~*~tactically~*~*~ (outnumbered).
 21862 | D:7      | 21862 ||| Stepping ~*~*~tactically~*~*~ (outnumbered).
 21864 | D:7      | 21864 ||| Stepping ~*~*~tactically~*~*~ (outnumbered).
 21866 | D:7      | 21866 ||| Stepping ~*~*~tactically~*~*~ (outnumbered).
 21868 | D:7      | 21868 ||| Stepping ~*~*~tactically~*~*~ (outnumbered).
 21870 | D:7      | 21870 ||| Stepping ~*~*~tactically~*~*~ (outnumbered).
 21872 | D:7      | 21872 ||| Stepping ~*~*~tactically~*~*~ (outnumbered).
 21874 | D:7      | 21874 ||| Stepping ~*~*~tactically~*~*~ (outnumbered).
 21876 | D:7      | 21876 ||| Stepping ~*~*~tactically~*~*~ (outnumbered).
 21878 | D:7      | 21878 ||| Stepping ~*~*~tactically~*~*~ (outnumbered).
 21880 | D:7      | 21880 ||| Stepping ~*~*~tactically~*~*~ (outnumbered).
 21882 | D:7      | 21882 ||| Stepping ~*~*~tactically~*~*~ (outnumbered).
 21884 | D:7      | 21884 ||| Stepping ~*~*~tactically~*~*~ (outnumbered).
 21886 | D:7      | 21886 ||| Stepping ~*~*~tactically~*~*~ (outnumbered).
 21888 | D:7      | 21888 ||| Stepping ~*~*~tactically~*~*~ (outnumbered).
 21890 | D:7      | 21890 ||| Stepping ~*~*~tactically~*~*~ (outnumbered).
 21892 | D:7      | 21892 ||| Stepping ~*~*~tactically~*~*~ (outnumbered).
 21894 | D:7      | 21894 ||| Stepping ~*~*~tactically~*~*~ (outnumbered).
 21896 | D:7      | 21896 ||| Stepping ~*~*~tactically~*~*~ (outnumbered).
 21898 | D:7      | 21898 ||| Stepping ~*~*~tactically~*~*~ (outnumbered).
 21900 | D:7      | 21900 ||| Stepping ~*~*~tactically~*~*~ (outnumbered).
 21902 | D:7      | 21902 ||| Stepping ~*~*~tactically~*~*~ (outnumbered).
 21904 | D:7      | 21904 ||| Stepping ~*~*~tactically~*~*~ (outnumbered).
 21906 | D:7      | 21906 ||| Stepping ~*~*~tactically~*~*~ (outnumbered).
 21908 | D:7      | 21908 ||| Stepping ~*~*~tactically~*~*~ (outnumbered).
 21910 | D:7      | 21910 ||| Stepping ~*~*~tactically~*~*~ (outnumbered).
 21912 | D:7      | 21912 ||| Stepping ~*~*~tactically~*~*~ (outnumbered).
 21914 | D:7      | 21914 ||| Stepping ~*~*~tactically~*~*~ (outnumbered).
 21916 | D:7      | 21916 ||| Stepping ~*~*~tactically~*~*~ (outnumbered).
 21918 | D:7      | 21918 ||| Stepping ~*~*~tactically~*~*~ (outnumbered).
 21920 | D:7      | 21920 ||| Stepping ~*~*~tactically~*~*~ (outnumbered).
 21922 | D:7      | 21922 ||| Stepping ~*~*~tactically~*~*~ (outnumbered).
 21924 | D:7      | 21924 ||| Stepping ~*~*~tactically~*~*~ (outnumbered).
 21926 | D:7      | 21926 ||| Stepping ~*~*~tactically~*~*~ (outnumbered).
 21928 | D:7      | 21928 ||| Stepping ~*~*~tactically~*~*~ (outnumbered).
 21930 | D:7      | 21930 ||| Stepping ~*~*~tactically~*~*~ (outnumbered).
 21932 | D:7      | 21932 ||| Stepping ~*~*~tactically~*~*~ (outnumbered).
 21934 | D:7      | 21934 ||| Stepping ~*~*~tactically~*~*~ (outnumbered).
 21936 | D:7      | 21936 ||| Stepping ~*~*~tactically~*~*~ (outnumbered).
 21938 | D:7      | 21938 ||| Stepping ~*~*~tactically~*~*~ (outnumbered).
 21940 | D:7      | 21940 ||| Stepping ~*~*~tactically~*~*~ (outnumbered).
 21942 | D:7      | 21942 ||| Stepping ~*~*~tactically~*~*~ (outnumbered).
 21944 | D:7      | 21944 ||| Stepping ~*~*~tactically~*~*~ (outnumbered).
 21946 | D:7      | 21946 ||| Stepping ~*~*~tactically~*~*~ (outnumbered).
 21948 | D:7      | 21948 ||| Stepping ~*~*~tactically~*~*~ (outnumbered).
 21950 | D:7      | 21950 ||| Stepping ~*~*~tactically~*~*~ (outnumbered).
 21952 | D:7      | 21952 ||| Stepping ~*~*~tactically~*~*~ (outnumbered).
 21954 | D:7      | 21954 ||| Stepping ~*~*~tactically~*~*~ (outnumbered).
 21956 | D:7      | 21956 ||| Stepping ~*~*~tactically~*~*~ (outnumbered).
 21958 | D:7      | 21958 ||| Stepping ~*~*~tactically~*~*~ (outnumbered).
 21960 | D:7      | 21960 ||| Stepping ~*~*~tactically~*~*~ (outnumbered).
 21962 | D:7      | 21962 ||| Stepping ~*~*~tactically~*~*~ (outnumbered).
 21964 | D:7      | 21964 ||| Stepping ~*~*~tactically~*~*~ (outnumbered).
 21966 | D:7      | 21966 ||| Stepping ~*~*~tactically~*~*~ (outnumbered).
 21968 | D:7      | 21968 ||| Stepping ~*~*~tactically~*~*~ (outnumbered).
 21970 | D:7      | 21970 ||| Stepping ~*~*~tactically~*~*~ (outnumbered).
 21972 | D:7      | 21972 ||| Stepping ~*~*~tactically~*~*~ (outnumbered).
 21974 | D:7      | 21974 ||| Stepping ~*~*~tactically~*~*~ (outnumbered).
 21976 | D:7      | 21976 ||| Stepping ~*~*~tactically~*~*~ (outnumbered).
 21978 | D:7      | 21978 ||| Stepping ~*~*~tactically~*~*~ (outnumbered).
 21980 | D:7      | 21980 ||| Stepping ~*~*~tactically~*~*~ (outnumbered).
 21982 | D:7      | 21982 ||| Stepping ~*~*~tactically~*~*~ (outnumbered).
 21984 | D:7      | 21984 ||| Stepping ~*~*~tactically~*~*~ (outnumbered).
 21986 | D:7      | 21986 ||| Stepping ~*~*~tactically~*~*~ (outnumbered).
 21988 | D:7      | 21988 ||| Stepping ~*~*~tactically~*~*~ (outnumbered).
 21990 | D:7      | 21990 ||| Stepping ~*~*~tactically~*~*~ (outnumbered).
 21992 | D:7      | 21992 ||| Stepping ~*~*~tactically~*~*~ (outnumbered).
 21994 | D:7      | 21994 ||| Stepping ~*~*~tactically~*~*~ (outnumbered).
 21996 | D:7      | 21996 ||| Stepping ~*~*~tactically~*~*~ (outnumbered).
 21998 | D:7      | 21998 ||| Stepping ~*~*~tactically~*~*~ (outnumbered).
 22000 | D:7      | 22000 ||| Stepping ~*~*~tactically~*~*~ (outnumbered).
 22002 | D:7      | 22002 ||| Stepping ~*~*~tactically~*~*~ (outnumbered).
 22004 | D:7      | 22004 ||| Stepping ~*~*~tactically~*~*~ (outnumbered).
 22006 | D:7      | 22006 ||| Stepping ~*~*~tactically~*~*~ (outnumbered).
 22008 | D:7      | 22008 ||| Stepping ~*~*~tactically~*~*~ (outnumbered).
 22010 | D:7      | 22010 ||| Stepping ~*~*~tactically~*~*~ (outnumbered).
 22012 | D:7      | 22012 ||| Stepping ~*~*~tactically~*~*~ (outnumbered).
 22014 | D:7      | 22014 ||| Stepping ~*~*~tactically~*~*~ (outnumbered).
 22016 | D:7      | 22016 ||| Stepping ~*~*~tactically~*~*~ (outnumbered).
 22018 | D:7      | 22018 ||| Stepping ~*~*~tactically~*~*~ (outnumbered).
 22020 | D:7      | 22020 ||| Stepping ~*~*~tactically~*~*~ (outnumbered).
 22022 | D:7      | 22022 ||| Stepping ~*~*~tactically~*~*~ (outnumbered).
 22024 | D:7      | 22024 ||| Stepping ~*~*~tactically~*~*~ (outnumbered).
 22026 | D:7      | 22026 ||| Stepping ~*~*~tactically~*~*~ (outnumbered).
 22028 | D:7      | 22028 ||| Stepping ~*~*~tactically~*~*~ (outnumbered).
 22030 | D:7      | 22030 ||| Stepping ~*~*~tactically~*~*~ (outnumbered).
 22032 | D:7      | 22032 ||| Stepping ~*~*~tactically~*~*~ (outnumbered).
 22034 | D:7      | 22034 ||| Stepping ~*~*~tactically~*~*~ (outnumbered).
 22036 | D:7      | 22036 ||| Stepping ~*~*~tactically~*~*~ (outnumbered).
 22038 | D:7      | 22038 ||| Stepping ~*~*~tactically~*~*~ (outnumbered).
 22040 | D:7      | 22040 ||| Stepping ~*~*~tactically~*~*~ (outnumbered).
 22042 | D:7      | 22042 ||| Stepping ~*~*~tactically~*~*~ (outnumbered).
 22044 | D:7      | 22044 ||| Stepping ~*~*~tactically~*~*~ (outnumbered).
 22046 | D:7      | 22046 ||| Stepping ~*~*~tactically~*~*~ (outnumbered).
 22048 | D:7      | 22048 ||| Stepping ~*~*~tactically~*~*~ (outnumbered).
 22050 | D:7      | 22050 ||| Stepping ~*~*~tactically~*~*~ (outnumbered).
 22052 | D:7      | 22052 ||| Stepping ~*~*~tactically~*~*~ (outnumbered).
 22054 | D:7      | 22054 ||| Stepping ~*~*~tactically~*~*~ (outnumbered).
 22056 | D:7      | 22056 ||| Stepping ~*~*~tactically~*~*~ (outnumbered).
 22058 | D:7      | 22058 ||| Stepping ~*~*~tactically~*~*~ (outnumbered).
 22060 | D:7      | 22060 ||| Stepping ~*~*~tactically~*~*~ (outnumbered).
 22062 | D:7      | 22062 ||| Stepping ~*~*~tactically~*~*~ (outnumbered).
 22064 | D:7      | 22064 ||| Stepping ~*~*~tactically~*~*~ (outnumbered).
 22066 | D:7      | 22066 ||| Stepping ~*~*~tactically~*~*~ (outnumbered).
 22068 | D:7      | 22068 ||| Stepping ~*~*~tactically~*~*~ (outnumbered).
 22070 | D:7      | 22070 ||| Stepping ~*~*~tactically~*~*~ (outnumbered).
 22072 | D:7      | 22072 ||| Stepping ~*~*~tactically~*~*~ (outnumbered).
 22074 | D:7      | 22074 ||| Stepping ~*~*~tactically~*~*~ (outnumbered).
 22076 | D:7      | 22076 ||| Stepping ~*~*~tactically~*~*~ (outnumbered).
 22078 | D:7      | 22078 ||| Stepping ~*~*~tactically~*~*~ (outnumbered).
 22080 | D:7      | 22080 ||| Stepping ~*~*~tactically~*~*~ (outnumbered).
 22082 | D:7      | 22082 ||| Stepping ~*~*~tactically~*~*~ (outnumbered).
 22084 | D:7      | 22084 ||| Stepping ~*~*~tactically~*~*~ (outnumbered).
 22086 | D:7      | 22086 ||| Stepping ~*~*~tactically~*~*~ (outnumbered).
 22088 | D:7      | 22088 ||| Stepping ~*~*~tactically~*~*~ (outnumbered).
 22090 | D:7      | 22090 ||| Stepping ~*~*~tactically~*~*~ (outnumbered).
 22092 | D:7      | 22092 ||| Stepping ~*~*~tactically~*~*~ (outnumbered).
 22094 | D:7      | 22094 ||| Stepping ~*~*~tactically~*~*~ (outnumbered).
 22096 | D:7      | 22096 ||| Stepping ~*~*~tactically~*~*~ (outnumbered).
 22098 | D:7      | 22098 ||| Stepping ~*~*~tactically~*~*~ (outnumbered).
 22100 | D:7      | 22100 ||| Stepping ~*~*~tactically~*~*~ (outnumbered).
 22102 | D:7      | 22102 ||| Stepping ~*~*~tactically~*~*~ (outnumbered).
 22104 | D:7      | 22104 ||| Stepping ~*~*~tactically~*~*~ (outnumbered).
 22106 | D:7      | 22106 ||| Stepping ~*~*~tactically~*~*~ (outnumbered).
 22108 | D:7      | 22108 ||| Stepping ~*~*~tactically~*~*~ (outnumbered).
 22110 | D:7      | 22110 ||| Stepping ~*~*~tactically~*~*~ (outnumbered).
 22112 | D:7      | 22112 ||| Stepping ~*~*~tactically~*~*~ (outnumbered).
 22114 | D:7      | 22114 ||| Stepping ~*~*~tactically~*~*~ (outnumbered).
 22116 | D:7      | 22116 ||| Stepping ~*~*~tactically~*~*~ (outnumbered).
 22118 | D:7      | 22118 ||| Stepping ~*~*~tactically~*~*~ (outnumbered).
 22120 | D:7      | 22120 ||| Stepping ~*~*~tactically~*~*~ (outnumbered).
 22122 | D:7      | 22122 ||| Stepping ~*~*~tactically~*~*~ (outnumbered).
 22124 | D:7      | 22124 ||| Stepping ~*~*~tactically~*~*~ (outnumbered).
 22126 | D:7      | 22126 ||| Stepping ~*~*~tactically~*~*~ (outnumbered).
 22128 | D:7      | 22128 ||| Stepping ~*~*~tactically~*~*~ (outnumbered).
 22130 | D:7      | 22130 ||| Stepping ~*~*~tactically~*~*~ (outnumbered).
 22132 | D:7      | 22132 ||| Stepping ~*~*~tactically~*~*~ (outnumbered).
 22134 | D:7      | 22134 ||| Stepping ~*~*~tactically~*~*~ (outnumbered).
 22136 | D:7      | 22136 ||| Stepping ~*~*~tactically~*~*~ (outnumbered).
 22138 | D:7      | 22138 ||| Stepping ~*~*~tactically~*~*~ (outnumbered).
 22140 | D:7      | 22140 ||| Stepping ~*~*~tactically~*~*~ (outnumbered).
 22142 | D:7      | 22142 ||| Stepping ~*~*~tactically~*~*~ (outnumbered).
 22144 | D:7      | 22144 ||| Stepping ~*~*~tactically~*~*~ (outnumbered).
 22146 | D:7      | 22146 ||| Stepping ~*~*~tactically~*~*~ (outnumbered).
 22148 | D:7      | 22148 ||| Stepping ~*~*~tactically~*~*~ (outnumbered).
 22150 | D:7      | 22150 ||| Stepping ~*~*~tactically~*~*~ (outnumbered).
 22152 | D:7      | 22152 ||| Stepping ~*~*~tactically~*~*~ (outnumbered).
 22154 | D:7      | 22154 ||| Stepping ~*~*~tactically~*~*~ (outnumbered).
 22156 | D:7      | 22156 ||| Stepping ~*~*~tactically~*~*~ (outnumbered).
 22158 | D:7      | 22158 ||| Stepping ~*~*~tactically~*~*~ (outnumbered).
 22160 | D:7      | 22160 ||| Stepping ~*~*~tactically~*~*~ (outnumbered).
 22162 | D:7      | 22162 ||| Stepping ~*~*~tactically~*~*~ (outnumbered).
 22164 | D:7      | 22164 ||| Stepping ~*~*~tactically~*~*~ (outnumbered).
 22166 | D:7      | 22166 ||| Stepping ~*~*~tactically~*~*~ (outnumbered).
 22168 | D:7      | 22168 ||| Stepping ~*~*~tactically~*~*~ (outnumbered).
 22170 | D:7      | 22170 ||| Stepping ~*~*~tactically~*~*~ (outnumbered).
 22172 | D:7      | 22172 ||| Stepping ~*~*~tactically~*~*~ (outnumbered).
 22174 | D:7      | 22174 ||| Stepping ~*~*~tactically~*~*~ (outnumbered).
 22176 | D:7      | 22176 ||| Stepping ~*~*~tactically~*~*~ (outnumbered).
 22178 | D:7      | 22178 ||| Stepping ~*~*~tactically~*~*~ (outnumbered).
 22180 | D:7      | 22180 ||| Stepping ~*~*~tactically~*~*~ (outnumbered).
 22182 | D:7      | 22182 ||| Stepping ~*~*~tactically~*~*~ (outnumbered).
 22184 | D:7      | 22184 ||| Stepping ~*~*~tactically~*~*~ (outnumbered).
 22186 | D:7      | 22186 ||| Stepping ~*~*~tactically~*~*~ (outnumbered).
 22188 | D:7      | 22188 ||| Stepping ~*~*~tactically~*~*~ (outnumbered).
 22190 | D:7      | 22190 ||| Stepping ~*~*~tactically~*~*~ (outnumbered).
 22192 | D:7      | 22192 ||| Stepping ~*~*~tactically~*~*~ (outnumbered).
 22194 | D:7      | 22194 ||| Stepping ~*~*~tactically~*~*~ (outnumbered).
 22196 | D:7      | 22196 ||| Stepping ~*~*~tactically~*~*~ (outnumbered).
 22198 | D:7      | 22198 ||| Stepping ~*~*~tactically~*~*~ (outnumbered).
 22200 | D:7      | 22200 ||| Stepping ~*~*~tactically~*~*~ (outnumbered).
 22202 | D:7      | 22202 ||| Stepping ~*~*~tactically~*~*~ (outnumbered).
 22204 | D:7      | 22204 ||| Stepping ~*~*~tactically~*~*~ (outnumbered).
 22206 | D:7      | 22206 ||| Stepping ~*~*~tactically~*~*~ (outnumbered).
 22208 | D:7      | 22208 ||| Stepping ~*~*~tactically~*~*~ (outnumbered).
 22210 | D:7      | 22210 ||| Stepping ~*~*~tactically~*~*~ (outnumbered).
 22212 | D:7      | 22212 ||| Stepping ~*~*~tactically~*~*~ (outnumbered).
 22214 | D:7      | 22214 ||| Stepping ~*~*~tactically~*~*~ (outnumbered).
 22216 | D:7      | 22216 ||| Stepping ~*~*~tactically~*~*~ (outnumbered).
 22218 | D:7      | 22218 ||| Stepping ~*~*~tactically~*~*~ (outnumbered).
 22220 | D:7      | 22220 ||| Stepping ~*~*~tactically~*~*~ (outnumbered).
 22222 | D:7      | 22222 ||| Stepping ~*~*~tactically~*~*~ (outnumbered).
 22224 | D:7      | 22224 ||| Stepping ~*~*~tactically~*~*~ (outnumbered).
 22226 | D:7      | 22226 ||| Stepping ~*~*~tactically~*~*~ (outnumbered).
 22228 | D:7      | 22228 ||| Stepping ~*~*~tactically~*~*~ (outnumbered).
 22230 | D:7      | 22230 ||| Stepping ~*~*~tactically~*~*~ (outnumbered).
 22232 | D:7      | 22232 ||| Stepping ~*~*~tactically~*~*~ (outnumbered).
 22234 | D:7      | 22234 ||| Stepping ~*~*~tactically~*~*~ (outnumbered).
 22236 | D:7      | 22236 ||| Stepping ~*~*~tactically~*~*~ (outnumbered).
 22238 | D:7      | 22238 ||| Stepping ~*~*~tactically~*~*~ (outnumbered).
 22240 | D:7      | 22240 ||| Stepping ~*~*~tactically~*~*~ (outnumbered).
 22242 | D:7      | 22242 ||| Stepping ~*~*~tactically~*~*~ (outnumbered).
 22244 | D:7      | 22244 ||| Stepping ~*~*~tactically~*~*~ (outnumbered).
 22246 | D:7      | 22246 ||| Stepping ~*~*~tactically~*~*~ (outnumbered).
 22248 | D:7      | 22248 ||| Stepping ~*~*~tactically~*~*~ (outnumbered).
 22250 | D:7      | 22250 ||| Stepping ~*~*~tactically~*~*~ (outnumbered).
 22252 | D:7      | 22252 ||| Stepping ~*~*~tactically~*~*~ (outnumbered).
 22254 | D:7      | 22254 ||| Stepping ~*~*~tactically~*~*~ (outnumbered).
 22256 | D:7      | 22256 ||| Stepping ~*~*~tactically~*~*~ (outnumbered).
 22258 | D:7      | 22258 ||| Stepping ~*~*~tactically~*~*~ (outnumbered).
 22260 | D:7      | 22260 ||| Stepping ~*~*~tactically~*~*~ (outnumbered).
 22262 | D:7      | 22262 ||| Stepping ~*~*~tactically~*~*~ (outnumbered).
 22264 | D:7      | 22264 ||| Stepping ~*~*~tactically~*~*~ (outnumbered).
 22266 | D:7      | 22266 ||| Stepping ~*~*~tactically~*~*~ (outnumbered).
 22268 | D:7      | 22268 ||| Stepping ~*~*~tactically~*~*~ (outnumbered).
 22270 | D:7      | 22270 ||| Stepping ~*~*~tactically~*~*~ (outnumbered).
 22272 | D:7      | 22272 ||| Stepping ~*~*~tactically~*~*~ (outnumbered).
 22274 | D:7      | 22274 ||| Stepping ~*~*~tactically~*~*~ (outnumbered).
 22276 | D:7      | 22276 ||| Stepping ~*~*~tactically~*~*~ (outnumbered).
 22278 | D:7      | 22278 ||| Stepping ~*~*~tactically~*~*~ (outnumbered).
 22280 | D:7      | 22280 ||| Stepping ~*~*~tactically~*~*~ (outnumbered).
 22282 | D:7      | 22282 ||| Stepping ~*~*~tactically~*~*~ (outnumbered).
 22284 | D:7      | 22284 ||| Stepping ~*~*~tactically~*~*~ (outnumbered).
 22286 | D:7      | 22286 ||| Stepping ~*~*~tactically~*~*~ (outnumbered).
 22288 | D:7      | 22288 ||| Stepping ~*~*~tactically~*~*~ (outnumbered).
 22290 | D:7      | 22290 ||| Stepping ~*~*~tactically~*~*~ (outnumbered).
 22292 | D:7      | 22292 ||| Stepping ~*~*~tactically~*~*~ (outnumbered).
 22294 | D:7      | 22294 ||| Stepping ~*~*~tactically~*~*~ (outnumbered).
 22296 | D:7      | 22296 ||| Stepping ~*~*~tactically~*~*~ (outnumbered).
 22298 | D:7      | 22298 ||| Stepping ~*~*~tactically~*~*~ (outnumbered).
 22300 | D:7      | 22300 ||| Stepping ~*~*~tactically~*~*~ (outnumbered).
 22302 | D:7      | 22302 ||| Stepping ~*~*~tactically~*~*~ (outnumbered).
 22304 | D:7      | 22304 ||| Stepping ~*~*~tactically~*~*~ (outnumbered).
 22306 | D:7      | 22306 ||| Stepping ~*~*~tactically~*~*~ (outnumbered).
 22308 | D:7      | 22308 ||| Stepping ~*~*~tactically~*~*~ (outnumbered).
 22310 | D:7      | 22310 ||| Stepping ~*~*~tactically~*~*~ (outnumbered).
 22312 | D:7      | 22312 ||| Stepping ~*~*~tactically~*~*~ (outnumbered).
 22314 | D:7      | 22314 ||| Stepping ~*~*~tactically~*~*~ (outnumbered).
 22316 | D:7      | 22316 ||| Stepping ~*~*~tactically~*~*~ (outnumbered).
 22318 | D:7      | 22318 ||| Stepping ~*~*~tactically~*~*~ (outnumbered).
 22320 | D:7      | 22320 ||| Stepping ~*~*~tactically~*~*~ (outnumbered).
 22322 | D:7      | 22322 ||| Stepping ~*~*~tactically~*~*~ (outnumbered).
 22324 | D:7      | 22324 ||| Stepping ~*~*~tactically~*~*~ (outnumbered).
 22326 | D:7      | 22326 ||| Stepping ~*~*~tactically~*~*~ (outnumbered).
 22328 | D:7      | 22328 ||| Stepping ~*~*~tactically~*~*~ (outnumbered).
 22330 | D:7      | 22330 ||| Stepping ~*~*~tactically~*~*~ (outnumbered).
 22332 | D:7      | 22332 ||| Stepping ~*~*~tactically~*~*~ (outnumbered).
 22334 | D:7      | 22334 ||| Stepping ~*~*~tactically~*~*~ (outnumbered).
 22336 | D:7      | 22336 ||| Stepping ~*~*~tactically~*~*~ (outnumbered).
 22338 | D:7      | 22338 ||| Stepping ~*~*~tactically~*~*~ (outnumbered).
 22340 | D:7      | 22340 ||| Stepping ~*~*~tactically~*~*~ (outnumbered).
 22342 | D:7      | 22342 ||| Stepping ~*~*~tactically~*~*~ (outnumbered).
 22344 | D:7      | 22344 ||| Stepping ~*~*~tactically~*~*~ (outnumbered).
 22346 | D:7      | 22346 ||| Stepping ~*~*~tactically~*~*~ (outnumbered).
 22348 | D:7      | 22348 ||| Stepping ~*~*~tactically~*~*~ (outnumbered).
 22350 | D:7      | 22350 ||| Stepping ~*~*~tactically~*~*~ (outnumbered).
 22352 | D:7      | 22352 ||| Stepping ~*~*~tactically~*~*~ (outnumbered).
 22354 | D:7      | 22354 ||| Stepping ~*~*~tactically~*~*~ (outnumbered).
 22356 | D:7      | 22356 ||| Stepping ~*~*~tactically~*~*~ (outnumbered).
 22358 | D:7      | 22358 ||| Stepping ~*~*~tactically~*~*~ (outnumbered).
 22360 | D:7      | 22360 ||| Stepping ~*~*~tactically~*~*~ (outnumbered).
 22362 | D:7      | 22362 ||| Stepping ~*~*~tactically~*~*~ (outnumbered).
 22364 | D:7      | 22364 ||| Stepping ~*~*~tactically~*~*~ (outnumbered).
 22366 | D:7      | 22366 ||| Stepping ~*~*~tactically~*~*~ (outnumbered).
 22368 | D:7      | 22368 ||| Stepping ~*~*~tactically~*~*~ (outnumbered).
 22370 | D:7      | 22370 ||| Stepping ~*~*~tactically~*~*~ (outnumbered).
 22372 | D:7      | 22372 ||| Stepping ~*~*~tactically~*~*~ (outnumbered).
 22374 | D:7      | 22374 ||| Stepping ~*~*~tactically~*~*~ (outnumbered).
 22376 | D:7      | 22376 ||| Stepping ~*~*~tactically~*~*~ (outnumbered).
 22378 | D:7      | 22378 ||| Stepping ~*~*~tactically~*~*~ (outnumbered).
 22380 | D:7      | 22380 ||| Stepping ~*~*~tactically~*~*~ (outnumbered).
 22382 | D:7      | 22382 ||| Stepping ~*~*~tactically~*~*~ (outnumbered).
 22384 | D:7      | 22384 ||| Stepping ~*~*~tactically~*~*~ (outnumbered).
 22386 | D:7      | 22386 ||| Stepping ~*~*~tactically~*~*~ (outnumbered).
 22388 | D:7      | 22388 ||| Stepping ~*~*~tactically~*~*~ (outnumbered).
 22390 | D:7      | 22390 ||| Stepping ~*~*~tactically~*~*~ (outnumbered).
 22392 | D:7      | 22392 ||| Stepping ~*~*~tactically~*~*~ (outnumbered).
 22394 | D:7      | 22394 ||| Stepping ~*~*~tactically~*~*~ (outnumbered).
 22396 | D:7      | 22396 ||| Stepping ~*~*~tactically~*~*~ (outnumbered).
 22398 | D:7      | 22398 ||| Stepping ~*~*~tactically~*~*~ (outnumbered).
 22400 | D:7      | 22400 ||| Stepping ~*~*~tactically~*~*~ (outnumbered).
 22402 | D:7      | 22402 ||| Stepping ~*~*~tactically~*~*~ (outnumbered).
 22404 | D:7      | 22404 ||| Stepping ~*~*~tactically~*~*~ (outnumbered).
 22406 | D:7      | 22406 ||| Stepping ~*~*~tactically~*~*~ (outnumbered).
 22408 | D:7      | 22408 ||| Stepping ~*~*~tactically~*~*~ (outnumbered).
 22410 | D:7      | 22410 ||| Stepping ~*~*~tactically~*~*~ (outnumbered).
 22412 | D:7      | 22412 ||| Stepping ~*~*~tactically~*~*~ (outnumbered).
 22414 | D:7      | 22414 ||| Stepping ~*~*~tactically~*~*~ (outnumbered).
 22416 | D:7      | 22416 ||| Stepping ~*~*~tactically~*~*~ (outnumbered).
 22418 | D:7      | 22418 ||| Stepping ~*~*~tactically~*~*~ (outnumbered).
 22420 | D:7      | 22420 ||| Stepping ~*~*~tactically~*~*~ (outnumbered).
 22422 | D:7      | 22422 ||| Stepping ~*~*~tactically~*~*~ (outnumbered).
 22424 | D:7      | 22424 ||| Stepping ~*~*~tactically~*~*~ (outnumbered).
 22426 | D:7      | 22426 ||| Stepping ~*~*~tactically~*~*~ (outnumbered).
 22428 | D:7      | 22428 ||| Stepping ~*~*~tactically~*~*~ (outnumbered).
 22430 | D:7      | 22430 ||| Stepping ~*~*~tactically~*~*~ (outnumbered).
 22432 | D:7      | 22432 ||| Stepping ~*~*~tactically~*~*~ (outnumbered).
 22434 | D:7      | 22434 ||| Stepping ~*~*~tactically~*~*~ (outnumbered).
 22436 | D:7      | 22436 ||| Stepping ~*~*~tactically~*~*~ (outnumbered).
 22438 | D:7      | 22438 ||| Stepping ~*~*~tactically~*~*~ (outnumbered).
 22440 | D:7      | 22440 ||| Stepping ~*~*~tactically~*~*~ (outnumbered).
 22442 | D:7      | 22442 ||| Stepping ~*~*~tactically~*~*~ (outnumbered).
 22444 | D:7      | 22444 ||| Stepping ~*~*~tactically~*~*~ (outnumbered).
 22446 | D:7      | 22446 ||| Stepping ~*~*~tactically~*~*~ (outnumbered).
 22448 | D:7      | 22448 ||| Stepping ~*~*~tactically~*~*~ (outnumbered).
 22450 | D:7      | 22450 ||| Stepping ~*~*~tactically~*~*~ (outnumbered).
 22452 | D:7      | 22452 ||| Stepping ~*~*~tactically~*~*~ (outnumbered).
 22454 | D:7      | 22454 ||| Stepping ~*~*~tactically~*~*~ (outnumbered).
 22456 | D:7      | 22456 ||| Stepping ~*~*~tactically~*~*~ (outnumbered).
 22458 | D:7      | 22458 ||| Stepping ~*~*~tactically~*~*~ (outnumbered).
 22460 | D:7      | 22460 ||| Stepping ~*~*~tactically~*~*~ (outnumbered).
 22462 | D:7      | 22462 ||| Stepping ~*~*~tactically~*~*~ (outnumbered).
 22464 | D:7      | 22464 ||| Stepping ~*~*~tactically~*~*~ (outnumbered).
 22466 | D:7      | 22466 ||| Stepping ~*~*~tactically~*~*~ (outnumbered).
 22468 | D:7      | 22468 ||| Stepping ~*~*~tactically~*~*~ (outnumbered).
 22470 | D:7      | 22470 ||| Stepping ~*~*~tactically~*~*~ (outnumbered).
 22472 | D:7      | 22472 ||| Stepping ~*~*~tactically~*~*~ (outnumbered).
 22474 | D:7      | 22474 ||| Stepping ~*~*~tactically~*~*~ (outnumbered).
 22476 | D:7      | 22476 ||| Stepping ~*~*~tactically~*~*~ (outnumbered).
 22478 | D:7      | 22478 ||| Stepping ~*~*~tactically~*~*~ (outnumbered).
 22480 | D:7      | 22480 ||| Stepping ~*~*~tactically~*~*~ (outnumbered).
 22482 | D:7      | 22482 ||| Stepping ~*~*~tactically~*~*~ (outnumbered).
 22484 | D:7      | 22484 ||| Stepping ~*~*~tactically~*~*~ (outnumbered).
 22486 | D:7      | 22486 ||| Stepping ~*~*~tactically~*~*~ (outnumbered).
 22488 | D:7      | 22488 ||| Stepping ~*~*~tactically~*~*~ (outnumbered).
 22490 | D:7      | 22490 ||| Stepping ~*~*~tactically~*~*~ (outnumbered).
 22492 | D:7      | 22492 ||| Stepping ~*~*~tactically~*~*~ (outnumbered).
 22494 | D:7      | 22494 ||| Stepping ~*~*~tactically~*~*~ (outnumbered).
 22496 | D:7      | 22496 ||| Stepping ~*~*~tactically~*~*~ (outnumbered).
 22498 | D:7      | 22498 ||| Stepping ~*~*~tactically~*~*~ (outnumbered).
 22500 | D:7      | 22500 ||| Stepping ~*~*~tactically~*~*~ (outnumbered).
 22502 | D:7      | 22502 ||| Stepping ~*~*~tactically~*~*~ (outnumbered).
 22504 | D:7      | 22504 ||| Stepping ~*~*~tactically~*~*~ (outnumbered).
 22506 | D:7      | 22506 ||| Stepping ~*~*~tactically~*~*~ (outnumbered).
 22508 | D:7      | 22508 ||| Stepping ~*~*~tactically~*~*~ (outnumbered).
 22510 | D:7      | 22510 ||| Stepping ~*~*~tactically~*~*~ (outnumbered).
 22512 | D:7      | 22512 ||| Stepping ~*~*~tactically~*~*~ (outnumbered).
 22514 | D:7      | 22514 ||| Stepping ~*~*~tactically~*~*~ (outnumbered).
 22516 | D:7      | 22516 ||| Stepping ~*~*~tactically~*~*~ (outnumbered).
 22518 | D:7      | 22518 ||| Stepping ~*~*~tactically~*~*~ (outnumbered).
 22520 | D:7      | 22520 ||| Stepping ~*~*~tactically~*~*~ (outnumbered).
 22522 | D:7      | 22522 ||| Stepping ~*~*~tactically~*~*~ (outnumbered).
 22524 | D:7      | 22524 ||| Stepping ~*~*~tactically~*~*~ (outnumbered).
 22526 | D:7      | 22526 ||| Stepping ~*~*~tactically~*~*~ (outnumbered).
 22528 | D:7      | 22528 ||| Stepping ~*~*~tactically~*~*~ (outnumbered).
 22530 | D:7      | 22530 ||| Stepping ~*~*~tactically~*~*~ (outnumbered).
 22532 | D:7      | 22532 ||| Stepping ~*~*~tactically~*~*~ (outnumbered).
 22534 | D:7      | 22534 ||| Stepping ~*~*~tactically~*~*~ (outnumbered).
 22536 | D:7      | 22536 ||| Stepping ~*~*~tactically~*~*~ (outnumbered).
 22538 | D:7      | 22538 ||| Stepping ~*~*~tactically~*~*~ (outnumbered).
 22540 | D:7      | 22540 ||| Stepping ~*~*~tactically~*~*~ (outnumbered).
 22542 | D:7      | 22542 ||| Stepping ~*~*~tactically~*~*~ (outnumbered).
 22544 | D:7      | 22544 ||| Stepping ~*~*~tactically~*~*~ (outnumbered).
 22546 | D:7      | 22546 ||| Stepping ~*~*~tactically~*~*~ (outnumbered).
 22548 | D:7      | 22548 ||| Stepping ~*~*~tactically~*~*~ (outnumbered).
 22550 | D:7      | 22550 ||| Stepping ~*~*~tactically~*~*~ (outnumbered).
 22552 | D:7      | 22552 ||| Stepping ~*~*~tactically~*~*~ (outnumbered).
 22554 | D:7      | 22554 ||| Stepping ~*~*~tactically~*~*~ (outnumbered).
 22556 | D:7      | 22556 ||| Stepping ~*~*~tactically~*~*~ (outnumbered).
 22558 | D:7      | 22558 ||| Stepping ~*~*~tactically~*~*~ (outnumbered).
 22560 | D:7      | 22560 ||| Stepping ~*~*~tactically~*~*~ (outnumbered).
 22562 | D:7      | 22562 ||| Stepping ~*~*~tactically~*~*~ (outnumbered).
 22564 | D:7      | 22564 ||| Stepping ~*~*~tactically~*~*~ (outnumbered).
 22566 | D:7      | 22566 ||| Stepping ~*~*~tactically~*~*~ (outnumbered).
 22568 | D:7      | 22568 ||| Stepping ~*~*~tactically~*~*~ (outnumbered).
 22570 | D:7      | 22570 ||| Stepping ~*~*~tactically~*~*~ (outnumbered).
 22572 | D:7      | 22572 ||| Stepping ~*~*~tactically~*~*~ (outnumbered).
 22574 | D:7      | 22574 ||| Stepping ~*~*~tactically~*~*~ (outnumbered).
 22576 | D:7      | 22576 ||| Stepping ~*~*~tactically~*~*~ (outnumbered).
 22578 | D:7      | 22578 ||| Stepping ~*~*~tactically~*~*~ (outnumbered).
 22580 | D:7      | 22580 ||| Stepping ~*~*~tactically~*~*~ (outnumbered).
 22582 | D:7      | 22582 ||| Stepping ~*~*~tactically~*~*~ (outnumbered).
 22584 | D:7      | 22584 ||| Stepping ~*~*~tactically~*~*~ (outnumbered).
 22586 | D:7      | 22586 ||| Stepping ~*~*~tactically~*~*~ (outnumbered).
 22588 | D:7      | 22588 ||| Stepping ~*~*~tactically~*~*~ (outnumbered).
 22590 | D:7      | 22590 ||| Stepping ~*~*~tactically~*~*~ (outnumbered).
 22592 | D:7      | 22592 ||| Stepping ~*~*~tactically~*~*~ (outnumbered).
 22594 | D:7      | 22594 ||| Stepping ~*~*~tactically~*~*~ (outnumbered).
 22596 | D:7      | 22596 ||| Stepping ~*~*~tactically~*~*~ (outnumbered).
 22598 | D:7      | 22598 ||| Stepping ~*~*~tactically~*~*~ (outnumbered).
 22600 | D:7      | 22600 ||| Stepping ~*~*~tactically~*~*~ (outnumbered).
 22602 | D:7      | 22602 ||| Stepping ~*~*~tactically~*~*~ (outnumbered).
 22604 | D:7      | 22604 ||| Stepping ~*~*~tactically~*~*~ (outnumbered).
 22606 | D:7      | 22606 ||| Stepping ~*~*~tactically~*~*~ (outnumbered).
 22608 | D:7      | 22608 ||| Stepping ~*~*~tactically~*~*~ (outnumbered).
 22610 | D:7      | 22610 ||| Stepping ~*~*~tactically~*~*~ (outnumbered).
 22612 | D:7      | 22612 ||| Stepping ~*~*~tactically~*~*~ (outnumbered).
 22614 | D:7      | 22614 ||| Stepping ~*~*~tactically~*~*~ (outnumbered).
 22616 | D:7      | 22616 ||| Stepping ~*~*~tactically~*~*~ (outnumbered).
 22618 | D:7      | 22618 ||| Stepping ~*~*~tactically~*~*~ (outnumbered).
 22620 | D:7      | 22620 ||| Stepping ~*~*~tactically~*~*~ (outnumbered).
 22622 | D:7      | 22622 ||| Stepping ~*~*~tactically~*~*~ (outnumbered).
 22624 | D:7      | 22624 ||| Stepping ~*~*~tactically~*~*~ (outnumbered).
 22626 | D:7      | 22626 ||| Stepping ~*~*~tactically~*~*~ (outnumbered).
 22628 | D:7      | 22628 ||| Stepping ~*~*~tactically~*~*~ (outnumbered).
 22630 | D:7      | 22630 ||| Stepping ~*~*~tactically~*~*~ (outnumbered).
 22632 | D:7      | 22632 ||| Stepping ~*~*~tactically~*~*~ (outnumbered).
 22634 | D:7      | 22634 ||| Stepping ~*~*~tactically~*~*~ (outnumbered).
 22636 | D:7      | 22636 ||| Stepping ~*~*~tactically~*~*~ (outnumbered).
 22638 | D:7      | 22638 ||| Stepping ~*~*~tactically~*~*~ (outnumbered).
 22640 | D:7      | 22640 ||| Stepping ~*~*~tactically~*~*~ (outnumbered).
 22642 | D:7      | 22642 ||| Stepping ~*~*~tactically~*~*~ (outnumbered).
 22644 | D:7      | 22644 ||| Stepping ~*~*~tactically~*~*~ (outnumbered).
 22646 | D:7      | 22646 ||| Stepping ~*~*~tactically~*~*~ (outnumbered).
 22648 | D:7      | 22648 ||| Stepping ~*~*~tactically~*~*~ (outnumbered).
 22650 | D:7      | 22650 ||| Stepping ~*~*~tactically~*~*~ (outnumbered).
 22652 | D:7      | 22652 ||| Stepping ~*~*~tactically~*~*~ (outnumbered).
 22654 | D:7      | 22654 ||| Stepping ~*~*~tactically~*~*~ (outnumbered).
 22656 | D:7      | 22656 ||| Stepping ~*~*~tactically~*~*~ (outnumbered).
 22658 | D:7      | 22658 ||| Stepping ~*~*~tactically~*~*~ (outnumbered).
 22660 | D:7      | 22660 ||| Stepping ~*~*~tactically~*~*~ (outnumbered).
 22662 | D:7      | 22662 ||| Stepping ~*~*~tactically~*~*~ (outnumbered).
 22664 | D:7      | 22664 ||| Stepping ~*~*~tactically~*~*~ (outnumbered).
 22666 | D:7      | 22666 ||| Stepping ~*~*~tactically~*~*~ (outnumbered).
 22668 | D:7      | 22668 ||| Stepping ~*~*~tactically~*~*~ (outnumbered).
 22670 | D:7      | 22670 ||| Stepping ~*~*~tactically~*~*~ (outnumbered).
 22672 | D:7      | 22672 ||| Stepping ~*~*~tactically~*~*~ (outnumbered).
 22674 | D:7      | 22674 ||| Stepping ~*~*~tactically~*~*~ (outnumbered).
 22676 | D:7      | 22676 ||| Stepping ~*~*~tactically~*~*~ (outnumbered).
 22678 | D:7      | 22678 ||| Stepping ~*~*~tactically~*~*~ (outnumbered).
 22680 | D:7      | 22680 ||| Stepping ~*~*~tactically~*~*~ (outnumbered).
 22682 | D:7      | 22682 ||| Stepping ~*~*~tactically~*~*~ (outnumbered).
 22684 | D:7      | 22684 ||| Stepping ~*~*~tactically~*~*~ (outnumbered).
 22686 | D:7      | 22686 ||| Stepping ~*~*~tactically~*~*~ (outnumbered).
 22688 | D:7      | 22688 ||| Stepping ~*~*~tactically~*~*~ (outnumbered).
 22690 | D:7      | 22690 ||| Stepping ~*~*~tactically~*~*~ (outnumbered).
 22692 | D:7      | 22692 ||| Stepping ~*~*~tactically~*~*~ (outnumbered).
 22694 | D:7      | 22694 ||| Stepping ~*~*~tactically~*~*~ (outnumbered).
 22696 | D:7      | 22696 ||| Stepping ~*~*~tactically~*~*~ (outnumbered).
 22698 | D:7      | 22698 ||| Stepping ~*~*~tactically~*~*~ (outnumbered).
 22700 | D:7      | 22700 ||| Stepping ~*~*~tactically~*~*~ (outnumbered).
 22702 | D:7      | 22702 ||| Stepping ~*~*~tactically~*~*~ (outnumbered).
 22704 | D:7      | 22704 ||| Stepping ~*~*~tactically~*~*~ (outnumbered).
 22706 | D:7      | 22706 ||| Stepping ~*~*~tactically~*~*~ (outnumbered).
 22708 | D:7      | 22708 ||| Stepping ~*~*~tactically~*~*~ (outnumbered).
 22710 | D:7      | 22710 ||| Stepping ~*~*~tactically~*~*~ (outnumbered).
 22712 | D:7      | 22712 ||| Stepping ~*~*~tactically~*~*~ (outnumbered).
 22714 | D:7      | 22714 ||| Stepping ~*~*~tactically~*~*~ (outnumbered).
 22716 | D:7      | 22716 ||| Stepping ~*~*~tactically~*~*~ (outnumbered).
 22718 | D:7      | 22718 ||| Stepping ~*~*~tactically~*~*~ (outnumbered).
 22720 | D:7      | 22720 ||| Stepping ~*~*~tactically~*~*~ (outnumbered).
 22722 | D:7      | 22722 ||| Stepping ~*~*~tactically~*~*~ (outnumbered).
 22724 | D:7      | 22724 ||| Stepping ~*~*~tactically~*~*~ (outnumbered).
 22726 | D:7      | 22726 ||| Stepping ~*~*~tactically~*~*~ (outnumbered).
 22728 | D:7      | 22728 ||| Stepping ~*~*~tactically~*~*~ (outnumbered).
 22730 | D:7      | 22730 ||| Stepping ~*~*~tactically~*~*~ (outnumbered).
 22732 | D:7      | 22732 ||| Stepping ~*~*~tactically~*~*~ (outnumbered).
 22734 | D:7      | 22734 ||| Stepping ~*~*~tactically~*~*~ (outnumbered).
 22736 | D:7      | 22736 ||| Stepping ~*~*~tactically~*~*~ (outnumbered).
 22738 | D:7      | 22738 ||| Stepping ~*~*~tactically~*~*~ (outnumbered).
 22740 | D:7      | 22740 ||| Stepping ~*~*~tactically~*~*~ (outnumbered).
 22742 | D:7      | 22742 ||| Stepping ~*~*~tactically~*~*~ (outnumbered).
 22744 | D:7      | 22744 ||| Stepping ~*~*~tactically~*~*~ (outnumbered).
 22746 | D:7      | 22746 ||| Stepping ~*~*~tactically~*~*~ (outnumbered).
 22748 | D:7      | 22748 ||| Stepping ~*~*~tactically~*~*~ (outnumbered).
 22750 | D:7      | 22750 ||| Stepping ~*~*~tactically~*~*~ (outnumbered).
 22752 | D:7      | 22752 ||| Stepping ~*~*~tactically~*~*~ (outnumbered).
 22754 | D:7      | 22754 ||| Stepping ~*~*~tactically~*~*~ (outnumbered).
 22756 | D:7      | 22756 ||| Stepping ~*~*~tactically~*~*~ (outnumbered).
 22758 | D:7      | 22758 ||| Stepping ~*~*~tactically~*~*~ (outnumbered).
 22760 | D:7      | 22760 ||| Stepping ~*~*~tactically~*~*~ (outnumbered).
 22762 | D:7      | 22762 ||| Stepping ~*~*~tactically~*~*~ (outnumbered).
 22764 | D:7      | 22764 ||| Stepping ~*~*~tactically~*~*~ (outnumbered).
 22766 | D:7      | 22766 ||| Stepping ~*~*~tactically~*~*~ (outnumbered).
 22768 | D:7      | 22768 ||| Stepping ~*~*~tactically~*~*~ (outnumbered).
 22770 | D:7      | 22770 ||| Stepping ~*~*~tactically~*~*~ (outnumbered).
 22772 | D:7      | 22772 ||| Stepping ~*~*~tactically~*~*~ (outnumbered).
 22774 | D:7      | 22774 ||| Stepping ~*~*~tactically~*~*~ (outnumbered).
 22776 | D:7      | 22776 ||| Stepping ~*~*~tactically~*~*~ (outnumbered).
 22778 | D:7      | 22778 ||| Stepping ~*~*~tactically~*~*~ (outnumbered).
 22780 | D:7      | 22780 ||| Stepping ~*~*~tactically~*~*~ (outnumbered).
 22782 | D:7      | 22782 ||| Stepping ~*~*~tactically~*~*~ (outnumbered).
 22784 | D:7      | 22784 ||| Stepping ~*~*~tactically~*~*~ (outnumbered).
 22786 | D:7      | 22786 ||| Stepping ~*~*~tactically~*~*~ (outnumbered).
 22788 | D:7      | 22788 ||| Stepping ~*~*~tactically~*~*~ (outnumbered).
 22790 | D:7      | 22790 ||| Stepping ~*~*~tactically~*~*~ (outnumbered).
 22792 | D:7      | 22792 ||| Stepping ~*~*~tactically~*~*~ (outnumbered).
 22794 | D:7      | 22794 ||| Stepping ~*~*~tactically~*~*~ (outnumbered).
 22796 | D:7      | 22796 ||| Stepping ~*~*~tactically~*~*~ (outnumbered).
 22798 | D:7      | 22798 ||| Stepping ~*~*~tactically~*~*~ (outnumbered).
 22800 | D:7      | 22800 ||| Stepping ~*~*~tactically~*~*~ (outnumbered).
 22802 | D:7      | 22802 ||| Stepping ~*~*~tactically~*~*~ (outnumbered).
 22804 | D:7      | 22804 ||| Stepping ~*~*~tactically~*~*~ (outnumbered).
 22806 | D:7      | 22806 ||| Stepping ~*~*~tactically~*~*~ (outnumbered).
 22808 | D:7      | 22808 ||| Stepping ~*~*~tactically~*~*~ (outnumbered).
 22810 | D:7      | 22810 ||| Stepping ~*~*~tactically~*~*~ (outnumbered).
 22812 | D:7      | 22812 ||| Stepping ~*~*~tactically~*~*~ (outnumbered).
 22814 | D:7      | 22814 ||| Stepping ~*~*~tactically~*~*~ (outnumbered).
 22816 | D:7      | 22816 ||| Stepping ~*~*~tactically~*~*~ (outnumbered).
 22818 | D:7      | 22818 ||| Stepping ~*~*~tactically~*~*~ (outnumbered).
 22820 | D:7      | 22820 ||| Stepping ~*~*~tactically~*~*~ (outnumbered).
 22822 | D:7      | 22822 ||| Stepping ~*~*~tactically~*~*~ (outnumbered).
 22824 | D:7      | 22824 ||| Stepping ~*~*~tactically~*~*~ (outnumbered).
 22826 | D:7      | 22826 ||| Stepping ~*~*~tactically~*~*~ (outnumbered).
 22828 | D:7      | 22828 ||| Stepping ~*~*~tactically~*~*~ (outnumbered).
 22830 | D:7      | 22830 ||| Stepping ~*~*~tactically~*~*~ (outnumbered).
 22832 | D:7      | 22832 ||| Stepping ~*~*~tactically~*~*~ (outnumbered).
 22834 | D:7      | 22834 ||| Stepping ~*~*~tactically~*~*~ (outnumbered).
 22836 | D:7      | 22836 ||| Stepping ~*~*~tactically~*~*~ (outnumbered).
 22838 | D:7      | 22838 ||| Stepping ~*~*~tactically~*~*~ (outnumbered).
 22840 | D:7      | 22840 ||| Stepping ~*~*~tactically~*~*~ (outnumbered).
 22842 | D:7      | 22842 ||| Stepping ~*~*~tactically~*~*~ (outnumbered).
 22844 | D:7      | 22844 ||| Stepping ~*~*~tactically~*~*~ (outnumbered).
 22846 | D:7      | 22846 ||| Stepping ~*~*~tactically~*~*~ (outnumbered).
 22848 | D:7      | 22848 ||| Stepping ~*~*~tactically~*~*~ (outnumbered).
 22850 | D:7      | 22850 ||| Stepping ~*~*~tactically~*~*~ (outnumbered).
 22852 | D:7      | 22852 ||| Stepping ~*~*~tactically~*~*~ (outnumbered).
 22854 | D:7      | 22854 ||| Stepping ~*~*~tactically~*~*~ (outnumbered).
 22856 | D:7      | 22856 ||| Stepping ~*~*~tactically~*~*~ (outnumbered).
 22858 | D:7      | 22858 ||| Stepping ~*~*~tactically~*~*~ (outnumbered).
 22860 | D:7      | 22860 ||| Stepping ~*~*~tactically~*~*~ (outnumbered).
 22862 | D:7      | 22862 ||| Stepping ~*~*~tactically~*~*~ (outnumbered).
 22864 | D:7      | 22864 ||| Stepping ~*~*~tactically~*~*~ (outnumbered).
 22866 | D:7      | 22866 ||| Stepping ~*~*~tactically~*~*~ (outnumbered).
 22868 | D:7      | 22868 ||| Stepping ~*~*~tactically~*~*~ (outnumbered).
 22870 | D:7      | 22870 ||| Stepping ~*~*~tactically~*~*~ (outnumbered).
 22872 | D:7      | 22872 ||| Stepping ~*~*~tactically~*~*~ (outnumbered).
 22874 | D:7      | 22874 ||| Stepping ~*~*~tactically~*~*~ (outnumbered).
 22876 | D:7      | 22876 ||| Stepping ~*~*~tactically~*~*~ (outnumbered).
 22878 | D:7      | 22878 ||| Stepping ~*~*~tactically~*~*~ (outnumbered).
 22880 | D:7      | 22880 ||| Stepping ~*~*~tactically~*~*~ (outnumbered).
 22882 | D:7      | 22882 ||| Stepping ~*~*~tactically~*~*~ (outnumbered).
 22884 | D:7      | 22884 ||| Stepping ~*~*~tactically~*~*~ (outnumbered).
 22886 | D:7      | 22886 ||| Stepping ~*~*~tactically~*~*~ (outnumbered).
 22888 | D:7      | 22888 ||| Stepping ~*~*~tactically~*~*~ (outnumbered).
 22890 | D:7      | 22890 ||| Stepping ~*~*~tactically~*~*~ (outnumbered).
 22892 | D:7      | 22892 ||| Stepping ~*~*~tactically~*~*~ (outnumbered).
 22894 | D:7      | 22894 ||| Stepping ~*~*~tactically~*~*~ (outnumbered).
 22896 | D:7      | 22896 ||| Stepping ~*~*~tactically~*~*~ (outnumbered).
 22898 | D:7      | 22898 ||| Stepping ~*~*~tactically~*~*~ (outnumbered).
 22900 | D:7      | 22900 ||| Stepping ~*~*~tactically~*~*~ (outnumbered).
 22902 | D:7      | 22902 ||| Stepping ~*~*~tactically~*~*~ (outnumbered).
 22904 | D:7      | 22904 ||| Stepping ~*~*~tactically~*~*~ (outnumbered).
 22906 | D:7      | 22906 ||| Stepping ~*~*~tactically~*~*~ (outnumbered).
 22908 | D:7      | 22908 ||| Stepping ~*~*~tactically~*~*~ (outnumbered).
 22910 | D:7      | 22910 ||| Stepping ~*~*~tactically~*~*~ (outnumbered).
 22912 | D:7      | 22912 ||| Stepping ~*~*~tactically~*~*~ (outnumbered).
 22914 | D:7      | 22914 ||| Stepping ~*~*~tactically~*~*~ (outnumbered).
 22916 | D:7      | 22916 ||| Stepping ~*~*~tactically~*~*~ (outnumbered).
 22918 | D:7      | 22918 ||| Stepping ~*~*~tactically~*~*~ (outnumbered).
 22920 | D:7      | 22920 ||| Stepping ~*~*~tactically~*~*~ (outnumbered).
 22922 | D:7      | 22922 ||| Stepping ~*~*~tactically~*~*~ (outnumbered).
 22924 | D:7      | 22924 ||| Stepping ~*~*~tactically~*~*~ (outnumbered).
 22926 | D:7      | 22926 ||| Stepping ~*~*~tactically~*~*~ (outnumbered).
 22928 | D:7      | 22928 ||| Stepping ~*~*~tactically~*~*~ (outnumbered).
 22930 | D:7      | 22930 ||| Stepping ~*~*~tactically~*~*~ (outnumbered).
 22932 | D:7      | 22932 ||| Stepping ~*~*~tactically~*~*~ (outnumbered).
 22934 | D:7      | 22934 ||| Stepping ~*~*~tactically~*~*~ (outnumbered).
 22936 | D:7      | 22936 ||| Stepping ~*~*~tactically~*~*~ (outnumbered).
 22938 | D:7      | 22938 ||| Stepping ~*~*~tactically~*~*~ (outnumbered).
 22940 | D:7      | 22940 ||| Stepping ~*~*~tactically~*~*~ (outnumbered).
 22942 | D:7      | 22942 ||| Stepping ~*~*~tactically~*~*~ (outnumbered).
 22944 | D:7      | 22944 ||| Stepping ~*~*~tactically~*~*~ (outnumbered).
 22946 | D:7      | 22946 ||| Stepping ~*~*~tactically~*~*~ (outnumbered).
 22948 | D:7      | 22948 ||| Stepping ~*~*~tactically~*~*~ (outnumbered).
 22950 | D:7      | 22950 ||| Stepping ~*~*~tactically~*~*~ (outnumbered).
 22952 | D:7      | 22952 ||| Stepping ~*~*~tactically~*~*~ (outnumbered).
 22954 | D:7      | 22954 ||| Stepping ~*~*~tactically~*~*~ (outnumbered).
 22956 | D:7      | 22956 ||| Stepping ~*~*~tactically~*~*~ (outnumbered).
 22958 | D:7      | 22958 ||| Stepping ~*~*~tactically~*~*~ (outnumbered).
 22960 | D:7      | 22960 ||| Stepping ~*~*~tactically~*~*~ (outnumbered).
 22962 | D:7      | 22962 ||| Stepping ~*~*~tactically~*~*~ (outnumbered).
 22964 | D:7      | 22964 ||| Stepping ~*~*~tactically~*~*~ (outnumbered).
 22966 | D:7      | 22966 ||| Stepping ~*~*~tactically~*~*~ (outnumbered).
 22968 | D:7      | 22968 ||| Stepping ~*~*~tactically~*~*~ (outnumbered).
 22970 | D:7      | 22970 ||| Stepping ~*~*~tactically~*~*~ (outnumbered).
 22972 | D:7      | 22972 ||| Stepping ~*~*~tactically~*~*~ (outnumbered).
 22974 | D:7      | 22974 ||| Stepping ~*~*~tactically~*~*~ (outnumbered).
 22976 | D:7      | 22976 ||| Stepping ~*~*~tactically~*~*~ (outnumbered).
 22978 | D:7      | 22978 ||| Stepping ~*~*~tactically~*~*~ (outnumbered).
 22980 | D:7      | 22980 ||| Stepping ~*~*~tactically~*~*~ (outnumbered).
 22982 | D:7      | 22982 ||| Stepping ~*~*~tactically~*~*~ (outnumbered).
 22984 | D:7      | 22984 ||| Stepping ~*~*~tactically~*~*~ (outnumbered).
 22986 | D:7      | 22986 ||| Stepping ~*~*~tactically~*~*~ (outnumbered).
 22988 | D:7      | 22988 ||| Stepping ~*~*~tactically~*~*~ (outnumbered).
 22990 | D:7      | 22990 ||| Stepping ~*~*~tactically~*~*~ (outnumbered).
 22992 | D:7      | 22992 ||| Stepping ~*~*~tactically~*~*~ (outnumbered).
 22994 | D:7      | 22994 ||| Stepping ~*~*~tactically~*~*~ (outnumbered).
 22996 | D:7      | 22996 ||| Stepping ~*~*~tactically~*~*~ (outnumbered).
 22998 | D:7      | 22998 ||| Stepping ~*~*~tactically~*~*~ (outnumbered).
 23000 | D:7      | 23000 ||| Stepping ~*~*~tactically~*~*~ (outnumbered).
 23002 | D:7      | 23002 ||| Stepping ~*~*~tactically~*~*~ (outnumbered).
 23004 | D:7      | 23004 ||| Stepping ~*~*~tactically~*~*~ (outnumbered).
 23006 | D:7      | 23006 ||| Stepping ~*~*~tactically~*~*~ (outnumbered).
 23008 | D:7      | 23008 ||| Stepping ~*~*~tactically~*~*~ (outnumbered).
 23010 | D:7      | 23010 ||| Stepping ~*~*~tactically~*~*~ (outnumbered).
 23012 | D:7      | 23012 ||| Stepping ~*~*~tactically~*~*~ (outnumbered).
 23014 | D:7      | 23014 ||| Stepping ~*~*~tactically~*~*~ (outnumbered).
 23016 | D:7      | 23016 ||| Stepping ~*~*~tactically~*~*~ (outnumbered).
 23018 | D:7      | 23018 ||| Stepping ~*~*~tactically~*~*~ (outnumbered).
 23020 | D:7      | 23020 ||| Stepping ~*~*~tactically~*~*~ (outnumbered).
 23022 | D:7      | 23022 ||| Stepping ~*~*~tactically~*~*~ (outnumbered).
 23024 | D:7      | 23024 ||| Stepping ~*~*~tactically~*~*~ (outnumbered).
 23026 | D:7      | 23026 ||| Stepping ~*~*~tactically~*~*~ (outnumbered).
 23028 | D:7      | 23028 ||| Stepping ~*~*~tactically~*~*~ (outnumbered).
 23030 | D:7      | 23030 ||| Stepping ~*~*~tactically~*~*~ (outnumbered).
 23032 | D:7      | 23032 ||| Stepping ~*~*~tactically~*~*~ (outnumbered).
 23034 | D:7      | 23034 ||| Stepping ~*~*~tactically~*~*~ (outnumbered).
 23036 | D:7      | 23036 ||| Stepping ~*~*~tactically~*~*~ (outnumbered).
 23038 | D:7      | 23038 ||| Stepping ~*~*~tactically~*~*~ (outnumbered).
 23040 | D:7      | 23040 ||| Stepping ~*~*~tactically~*~*~ (outnumbered).
 23042 | D:7      | 23042 ||| Stepping ~*~*~tactically~*~*~ (outnumbered).
 23044 | D:7      | 23044 ||| Stepping ~*~*~tactically~*~*~ (outnumbered).
 23046 | D:7      | 23046 ||| Stepping ~*~*~tactically~*~*~ (outnumbered).
 23048 | D:7      | 23048 ||| Stepping ~*~*~tactically~*~*~ (outnumbered).
 23050 | D:7      | 23050 ||| Stepping ~*~*~tactically~*~*~ (outnumbered).
 23052 | D:7      | 23052 ||| Stepping ~*~*~tactically~*~*~ (outnumbered).
 23054 | D:7      | 23054 ||| Stepping ~*~*~tactically~*~*~ (outnumbered).
 23056 | D:7      | 23056 ||| Stepping ~*~*~tactically~*~*~ (outnumbered).
 23058 | D:7      | 23058 ||| Stepping ~*~*~tactically~*~*~ (outnumbered).
 23060 | D:7      | 23060 ||| Stepping ~*~*~tactically~*~*~ (outnumbered).
 23062 | D:7      | 23062 ||| Stepping ~*~*~tactically~*~*~ (outnumbered).
 23064 | D:7      | 23064 ||| Stepping ~*~*~tactically~*~*~ (outnumbered).
 23066 | D:7      | 23066 ||| Stepping ~*~*~tactically~*~*~ (outnumbered).
 23068 | D:7      | 23068 ||| Stepping ~*~*~tactically~*~*~ (outnumbered).
 23070 | D:7      | 23070 ||| Stepping ~*~*~tactically~*~*~ (outnumbered).
 23072 | D:7      | 23072 ||| Stepping ~*~*~tactically~*~*~ (outnumbered).
 23074 | D:7      | 23074 ||| Stepping ~*~*~tactically~*~*~ (outnumbered).
 23076 | D:7      | 23076 ||| Stepping ~*~*~tactically~*~*~ (outnumbered).
 23078 | D:7      | 23078 ||| Stepping ~*~*~tactically~*~*~ (outnumbered).
 23080 | D:7      | 23080 ||| Stepping ~*~*~tactically~*~*~ (outnumbered).
 23082 | D:7      | 23082 ||| Stepping ~*~*~tactically~*~*~ (outnumbered).
 23084 | D:7      | 23084 ||| Stepping ~*~*~tactically~*~*~ (outnumbered).
 23086 | D:7      | 23086 ||| Stepping ~*~*~tactically~*~*~ (outnumbered).
 23088 | D:7      | 23088 ||| Stepping ~*~*~tactically~*~*~ (outnumbered).
 23090 | D:7      | 23090 ||| Stepping ~*~*~tactically~*~*~ (outnumbered).
 23092 | D:7      | 23092 ||| Stepping ~*~*~tactically~*~*~ (outnumbered).
 23094 | D:7      | 23094 ||| Stepping ~*~*~tactically~*~*~ (outnumbered).
 23096 | D:7      | 23096 ||| Stepping ~*~*~tactically~*~*~ (outnumbered).
 23098 | D:7      | 23098 ||| Stepping ~*~*~tactically~*~*~ (outnumbered).
 23100 | D:7      | 23100 ||| Stepping ~*~*~tactically~*~*~ (outnumbered).
 23102 | D:7      | 23102 ||| Stepping ~*~*~tactically~*~*~ (outnumbered).
 23104 | D:7      | 23104 ||| Stepping ~*~*~tactically~*~*~ (outnumbered).
 23106 | D:7      | 23106 ||| Stepping ~*~*~tactically~*~*~ (outnumbered).
 23108 | D:7      | 23108 ||| Stepping ~*~*~tactically~*~*~ (outnumbered).
 23110 | D:7      | 23110 ||| Stepping ~*~*~tactically~*~*~ (outnumbered).
 23112 | D:7      | 23112 ||| Stepping ~*~*~tactically~*~*~ (outnumbered).
 23114 | D:7      | 23114 ||| Stepping ~*~*~tactically~*~*~ (outnumbered).
 23116 | D:7      | 23116 ||| Stepping ~*~*~tactically~*~*~ (outnumbered).
 23118 | D:7      | 23118 ||| Stepping ~*~*~tactically~*~*~ (outnumbered).
 23120 | D:7      | 23120 ||| Stepping ~*~*~tactically~*~*~ (outnumbered).
 23122 | D:7      | 23122 ||| Stepping ~*~*~tactically~*~*~ (outnumbered).
 23124 | D:7      | 23124 ||| Stepping ~*~*~tactically~*~*~ (outnumbered).
 23126 | D:7      | 23126 ||| Stepping ~*~*~tactically~*~*~ (outnumbered).
 23128 | D:7      | 23128 ||| Stepping ~*~*~tactically~*~*~ (outnumbered).
 23130 | D:7      | 23130 ||| Stepping ~*~*~tactically~*~*~ (outnumbered).
 23132 | D:7      | 23132 ||| Stepping ~*~*~tactically~*~*~ (outnumbered).
 23134 | D:7      | 23134 ||| Stepping ~*~*~tactically~*~*~ (outnumbered).
 23136 | D:7      | 23136 ||| Stepping ~*~*~tactically~*~*~ (outnumbered).
 23138 | D:7      | 23138 ||| Stepping ~*~*~tactically~*~*~ (outnumbered).
 23140 | D:7      | 23140 ||| Stepping ~*~*~tactically~*~*~ (outnumbered).
 23142 | D:7      | 23142 ||| Stepping ~*~*~tactically~*~*~ (outnumbered).
 23144 | D:7      | 23144 ||| Stepping ~*~*~tactically~*~*~ (outnumbered).
 23146 | D:7      | 23146 ||| Stepping ~*~*~tactically~*~*~ (outnumbered).
 23148 | D:7      | 23148 ||| Stepping ~*~*~tactically~*~*~ (outnumbered).
 23150 | D:7      | 23150 ||| Stepping ~*~*~tactically~*~*~ (outnumbered).
 23152 | D:7      | 23152 ||| Stepping ~*~*~tactically~*~*~ (outnumbered).
 23154 | D:7      | 23154 ||| Stepping ~*~*~tactically~*~*~ (outnumbered).
 23156 | D:7      | 23156 ||| Stepping ~*~*~tactically~*~*~ (outnumbered).
 23158 | D:7      | 23158 ||| Stepping ~*~*~tactically~*~*~ (outnumbered).
 23160 | D:7      | 23160 ||| Stepping ~*~*~tactically~*~*~ (outnumbered).
 23162 | D:7      | 23162 ||| Stepping ~*~*~tactically~*~*~ (outnumbered).
 23164 | D:7      | 23164 ||| Stepping ~*~*~tactically~*~*~ (outnumbered).
 23166 | D:7      | 23166 ||| Stepping ~*~*~tactically~*~*~ (outnumbered).
 23168 | D:7      | 23168 ||| Stepping ~*~*~tactically~*~*~ (outnumbered).
 23170 | D:7      | 23170 ||| Stepping ~*~*~tactically~*~*~ (outnumbered).
 23172 | D:7      | 23172 ||| Stepping ~*~*~tactically~*~*~ (outnumbered).
 23174 | D:7      | 23174 ||| Stepping ~*~*~tactically~*~*~ (outnumbered).
 23176 | D:7      | 23176 ||| Stepping ~*~*~tactically~*~*~ (outnumbered).
 23178 | D:7      | 23178 ||| Stepping ~*~*~tactically~*~*~ (outnumbered).
 23180 | D:7      | 23180 ||| Stepping ~*~*~tactically~*~*~ (outnumbered).
 23182 | D:7      | 23182 ||| Stepping ~*~*~tactically~*~*~ (outnumbered).
 23184 | D:7      | 23184 ||| Stepping ~*~*~tactically~*~*~ (outnumbered).
 23186 | D:7      | 23186 ||| Stepping ~*~*~tactically~*~*~ (outnumbered).
 23188 | D:7      | 23188 ||| Stepping ~*~*~tactically~*~*~ (outnumbered).
 23190 | D:7      | 23190 ||| Stepping ~*~*~tactically~*~*~ (outnumbered).
 23192 | D:7      | 23192 ||| Stepping ~*~*~tactically~*~*~ (outnumbered).
 23194 | D:7      | 23194 ||| Stepping ~*~*~tactically~*~*~ (outnumbered).
 23196 | D:7      | 23196 ||| Stepping ~*~*~tactically~*~*~ (outnumbered).
 23198 | D:7      | 23198 ||| Stepping ~*~*~tactically~*~*~ (outnumbered).
 23200 | D:7      | 23200 ||| Stepping ~*~*~tactically~*~*~ (outnumbered).
 23202 | D:7      | 23202 ||| Stepping ~*~*~tactically~*~*~ (outnumbered).
 23204 | D:7      | 23204 ||| Stepping ~*~*~tactically~*~*~ (outnumbered).
 23206 | D:7      | 23206 ||| Stepping ~*~*~tactically~*~*~ (outnumbered).
 23208 | D:7      | 23208 ||| Stepping ~*~*~tactically~*~*~ (outnumbered).
 23210 | D:7      | 23210 ||| Stepping ~*~*~tactically~*~*~ (outnumbered).
 23212 | D:7      | 23212 ||| Stepping ~*~*~tactically~*~*~ (outnumbered).
 23214 | D:7      | 23214 ||| Stepping ~*~*~tactically~*~*~ (outnumbered).
 23216 | D:7      | 23216 ||| Stepping ~*~*~tactically~*~*~ (outnumbered).
 23218 | D:7      | 23218 ||| Stepping ~*~*~tactically~*~*~ (outnumbered).
 23220 | D:7      | 23220 ||| Stepping ~*~*~tactically~*~*~ (outnumbered).
 23222 | D:7      | 23222 ||| Stepping ~*~*~tactically~*~*~ (outnumbered).
 23224 | D:7      | 23224 ||| Stepping ~*~*~tactically~*~*~ (outnumbered).
 23226 | D:7      | 23226 ||| Stepping ~*~*~tactically~*~*~ (outnumbered).
 23228 | D:7      | 23228 ||| Stepping ~*~*~tactically~*~*~ (outnumbered).
 23230 | D:7      | 23230 ||| Stepping ~*~*~tactically~*~*~ (outnumbered).
 23232 | D:7      | 23232 ||| Stepping ~*~*~tactically~*~*~ (outnumbered).
 23234 | D:7      | 23234 ||| Stepping ~*~*~tactically~*~*~ (outnumbered).
 23236 | D:7      | 23236 ||| Stepping ~*~*~tactically~*~*~ (outnumbered).
 23238 | D:7      | 23238 ||| Stepping ~*~*~tactically~*~*~ (outnumbered).
 23240 | D:7      | 23240 ||| Stepping ~*~*~tactically~*~*~ (outnumbered).
 23242 | D:7      | 23242 ||| Stepping ~*~*~tactically~*~*~ (outnumbered).
 23244 | D:7      | 23244 ||| Stepping ~*~*~tactically~*~*~ (outnumbered).
 23246 | D:7      | 23246 ||| Stepping ~*~*~tactically~*~*~ (outnumbered).
 23248 | D:7      | 23248 ||| Stepping ~*~*~tactically~*~*~ (outnumbered).
 23250 | D:7      | 23250 ||| Stepping ~*~*~tactically~*~*~ (outnumbered).
 23252 | D:7      | 23252 ||| Stepping ~*~*~tactically~*~*~ (outnumbered).
 23254 | D:7      | 23254 ||| Stepping ~*~*~tactically~*~*~ (outnumbered).
 23256 | D:7      | 23256 ||| Stepping ~*~*~tactically~*~*~ (outnumbered).
 23258 | D:7      | 23258 ||| Stepping ~*~*~tactically~*~*~ (outnumbered).
 23260 | D:7      | 23260 ||| Stepping ~*~*~tactically~*~*~ (outnumbered).
 23262 | D:7      | 23262 ||| Stepping ~*~*~tactically~*~*~ (outnumbered).
 23264 | D:7      | 23264 ||| Stepping ~*~*~tactically~*~*~ (outnumbered).
 23266 | D:7      | 23266 ||| Stepping ~*~*~tactically~*~*~ (outnumbered).
 23268 | D:7      | 23268 ||| Stepping ~*~*~tactically~*~*~ (outnumbered).
 23270 | D:7      | 23270 ||| Stepping ~*~*~tactically~*~*~ (outnumbered).
 23272 | D:7      | 23272 ||| Stepping ~*~*~tactically~*~*~ (outnumbered).
 23274 | D:7      | 23274 ||| Stepping ~*~*~tactically~*~*~ (outnumbered).
 23276 | D:7      | 23276 ||| Stepping ~*~*~tactically~*~*~ (outnumbered).
 23278 | D:7      | 23278 ||| Stepping ~*~*~tactically~*~*~ (outnumbered).
 23280 | D:7      | 23280 ||| Stepping ~*~*~tactically~*~*~ (outnumbered).
 23282 | D:7      | 23282 ||| Stepping ~*~*~tactically~*~*~ (outnumbered).
 23284 | D:7      | 23284 ||| Stepping ~*~*~tactically~*~*~ (outnumbered).
 23286 | D:7      | 23286 ||| Stepping ~*~*~tactically~*~*~ (outnumbered).
 23288 | D:7      | 23288 ||| Stepping ~*~*~tactically~*~*~ (outnumbered).
 23290 | D:7      | 23290 ||| Stepping ~*~*~tactically~*~*~ (outnumbered).
 23292 | D:7      | 23292 ||| Stepping ~*~*~tactically~*~*~ (outnumbered).
 23294 | D:7      | 23294 ||| Stepping ~*~*~tactically~*~*~ (outnumbered).
 23296 | D:7      | 23296 ||| Stepping ~*~*~tactically~*~*~ (outnumbered).
 23298 | D:7      | 23298 ||| Stepping ~*~*~tactically~*~*~ (outnumbered).
 23300 | D:7      | 23300 ||| Stepping ~*~*~tactically~*~*~ (outnumbered).
 23302 | D:7      | 23302 ||| Stepping ~*~*~tactically~*~*~ (outnumbered).
 23304 | D:7      | 23304 ||| Stepping ~*~*~tactically~*~*~ (outnumbered).
 23306 | D:7      | 23306 ||| Stepping ~*~*~tactically~*~*~ (outnumbered).
 23308 | D:7      | 23308 ||| Stepping ~*~*~tactically~*~*~ (outnumbered).
 23310 | D:7      | 23310 ||| Stepping ~*~*~tactically~*~*~ (outnumbered).
 23312 | D:7      | 23312 ||| Stepping ~*~*~tactically~*~*~ (outnumbered).
 23314 | D:7      | 23314 ||| Stepping ~*~*~tactically~*~*~ (outnumbered).
 23316 | D:7      | 23316 ||| Stepping ~*~*~tactically~*~*~ (outnumbered).
 23318 | D:7      | 23318 ||| Stepping ~*~*~tactically~*~*~ (outnumbered).
 23320 | D:7      | 23320 ||| Stepping ~*~*~tactically~*~*~ (outnumbered).
 23322 | D:7      | 23322 ||| Stepping ~*~*~tactically~*~*~ (outnumbered).
 23324 | D:7      | 23324 ||| Stepping ~*~*~tactically~*~*~ (outnumbered).
 23326 | D:7      | 23326 ||| Stepping ~*~*~tactically~*~*~ (outnumbered).
 23328 | D:7      | 23328 ||| Stepping ~*~*~tactically~*~*~ (outnumbered).
 23330 | D:7      | 23330 ||| Stepping ~*~*~tactically~*~*~ (outnumbered).
 23332 | D:7      | 23332 ||| Stepping ~*~*~tactically~*~*~ (outnumbered).
 23334 | D:7      | 23334 ||| Stepping ~*~*~tactically~*~*~ (outnumbered).
 23336 | D:7      | 23336 ||| Stepping ~*~*~tactically~*~*~ (outnumbered).
 23338 | D:7      | 23338 ||| Stepping ~*~*~tactically~*~*~ (outnumbered).
 23340 | D:7      | 23340 ||| Stepping ~*~*~tactically~*~*~ (outnumbered).
 23342 | D:7      | 23342 ||| Stepping ~*~*~tactically~*~*~ (outnumbered).
 23344 | D:7      | 23344 ||| Stepping ~*~*~tactically~*~*~ (outnumbered).
 23346 | D:7      | 23346 ||| Stepping ~*~*~tactically~*~*~ (outnumbered).
 23348 | D:7      | 23348 ||| Stepping ~*~*~tactically~*~*~ (outnumbered).
 23350 | D:7      | 23350 ||| Stepping ~*~*~tactically~*~*~ (outnumbered).
 23352 | D:7      | 23352 ||| Stepping ~*~*~tactically~*~*~ (outnumbered).
 23354 | D:7      | 23354 ||| Stepping ~*~*~tactically~*~*~ (outnumbered).
 23356 | D:7      | 23356 ||| Stepping ~*~*~tactically~*~*~ (outnumbered).
 23358 | D:7      | 23358 ||| Stepping ~*~*~tactically~*~*~ (outnumbered).
 23360 | D:7      | 23360 ||| Stepping ~*~*~tactically~*~*~ (outnumbered).
 23362 | D:7      | 23362 ||| Stepping ~*~*~tactically~*~*~ (outnumbered).
 23364 | D:7      | 23364 ||| Stepping ~*~*~tactically~*~*~ (outnumbered).
 23366 | D:7      | 23366 ||| Stepping ~*~*~tactically~*~*~ (outnumbered).
 23368 | D:7      | 23368 ||| Stepping ~*~*~tactically~*~*~ (outnumbered).
 23370 | D:7      | 23370 ||| Stepping ~*~*~tactically~*~*~ (outnumbered).
 23372 | D:7      | 23372 ||| Stepping ~*~*~tactically~*~*~ (outnumbered).
 23374 | D:7      | 23374 ||| Stepping ~*~*~tactically~*~*~ (outnumbered).
 23376 | D:7      | 23376 ||| Stepping ~*~*~tactically~*~*~ (outnumbered).
 23378 | D:7      | 23378 ||| Stepping ~*~*~tactically~*~*~ (outnumbered).
 23380 | D:7      | 23380 ||| Stepping ~*~*~tactically~*~*~ (outnumbered).
 23382 | D:7      | 23382 ||| Stepping ~*~*~tactically~*~*~ (outnumbered).
 23384 | D:7      | 23384 ||| Stepping ~*~*~tactically~*~*~ (outnumbered).
 23386 | D:7      | 23386 ||| Stepping ~*~*~tactically~*~*~ (outnumbered).
 23388 | D:7      | 23388 ||| Stepping ~*~*~tactically~*~*~ (outnumbered).
 23390 | D:7      | 23390 ||| Stepping ~*~*~tactically~*~*~ (outnumbered).
 23392 | D:7      | 23392 ||| Stepping ~*~*~tactically~*~*~ (outnumbered).
 23394 | D:7      | 23394 ||| Stepping ~*~*~tactically~*~*~ (outnumbered).
 23396 | D:7      | 23396 ||| Stepping ~*~*~tactically~*~*~ (outnumbered).
 23398 | D:7      | 23398 ||| Stepping ~*~*~tactically~*~*~ (outnumbered).
 23400 | D:7      | 23400 ||| Stepping ~*~*~tactically~*~*~ (outnumbered).
 23402 | D:7      | 23402 ||| Stepping ~*~*~tactically~*~*~ (outnumbered).
 23404 | D:7      | 23404 ||| Stepping ~*~*~tactically~*~*~ (outnumbered).
 23406 | D:7      | 23406 ||| Stepping ~*~*~tactically~*~*~ (outnumbered).
 23408 | D:7      | 23408 ||| Stepping ~*~*~tactically~*~*~ (outnumbered).
 23410 | D:7      | 23410 ||| Stepping ~*~*~tactically~*~*~ (outnumbered).
 23412 | D:7      | 23412 ||| Stepping ~*~*~tactically~*~*~ (outnumbered).
 23414 | D:7      | 23414 ||| Stepping ~*~*~tactically~*~*~ (outnumbered).
 23416 | D:7      | 23416 ||| Stepping ~*~*~tactically~*~*~ (outnumbered).
 23418 | D:7      | 23418 ||| Stepping ~*~*~tactically~*~*~ (outnumbered).
 23420 | D:7      | 23420 ||| Stepping ~*~*~tactically~*~*~ (outnumbered).
 23422 | D:7      | 23422 ||| Stepping ~*~*~tactically~*~*~ (outnumbered).
 23424 | D:7      | 23424 ||| Stepping ~*~*~tactically~*~*~ (outnumbered).
 23426 | D:7      | 23426 ||| Stepping ~*~*~tactically~*~*~ (outnumbered).
 23428 | D:7      | 23428 ||| Stepping ~*~*~tactically~*~*~ (outnumbered).
 23430 | D:7      | 23430 ||| Stepping ~*~*~tactically~*~*~ (outnumbered).
 23432 | D:7      | 23432 ||| Stepping ~*~*~tactically~*~*~ (outnumbered).
 23434 | D:7      | 23434 ||| Stepping ~*~*~tactically~*~*~ (outnumbered).
 23436 | D:7      | 23436 ||| Stepping ~*~*~tactically~*~*~ (outnumbered).
 23438 | D:7      | 23438 ||| Stepping ~*~*~tactically~*~*~ (outnumbered).
 23440 | D:7      | 23440 ||| Stepping ~*~*~tactically~*~*~ (outnumbered).
 23442 | D:7      | 23442 ||| Stepping ~*~*~tactically~*~*~ (outnumbered).
 23444 | D:7      | 23444 ||| Stepping ~*~*~tactically~*~*~ (outnumbered).
 23446 | D:7      | 23446 ||| Stepping ~*~*~tactically~*~*~ (outnumbered).
 23448 | D:7      | 23448 ||| Stepping ~*~*~tactically~*~*~ (outnumbered).
 23450 | D:7      | 23450 ||| Stepping ~*~*~tactically~*~*~ (outnumbered).
 23452 | D:7      | 23452 ||| Stepping ~*~*~tactically~*~*~ (outnumbered).
 23454 | D:7      | 23454 ||| Stepping ~*~*~tactically~*~*~ (outnumbered).
 23456 | D:7      | 23456 ||| Stepping ~*~*~tactically~*~*~ (outnumbered).
 23458 | D:7      | 23458 ||| Stepping ~*~*~tactically~*~*~ (outnumbered).
 23460 | D:7      | 23460 ||| Stepping ~*~*~tactically~*~*~ (outnumbered).
 23462 | D:7      | 23462 ||| Stepping ~*~*~tactically~*~*~ (outnumbered).
 23464 | D:7      | 23464 ||| Stepping ~*~*~tactically~*~*~ (outnumbered).
 23466 | D:7      | 23466 ||| Stepping ~*~*~tactically~*~*~ (outnumbered).
 23468 | D:7      | 23468 ||| Stepping ~*~*~tactically~*~*~ (outnumbered).
 23470 | D:7      | 23470 ||| Stepping ~*~*~tactically~*~*~ (outnumbered).
 23472 | D:7      | 23472 ||| Stepping ~*~*~tactically~*~*~ (outnumbered).
 23474 | D:7      | 23474 ||| Stepping ~*~*~tactically~*~*~ (outnumbered).
 23476 | D:7      | 23476 ||| Stepping ~*~*~tactically~*~*~ (outnumbered).
 23478 | D:7      | 23478 ||| Stepping ~*~*~tactically~*~*~ (outnumbered).
 23480 | D:7      | 23480 ||| Stepping ~*~*~tactically~*~*~ (outnumbered).
 23482 | D:7      | 23482 ||| Stepping ~*~*~tactically~*~*~ (outnumbered).
 23484 | D:7      | 23484 ||| Stepping ~*~*~tactically~*~*~ (outnumbered).
 23486 | D:7      | 23486 ||| Stepping ~*~*~tactically~*~*~ (outnumbered).
 23488 | D:7      | 23488 ||| Stepping ~*~*~tactically~*~*~ (outnumbered).
 23490 | D:7      | 23490 ||| Stepping ~*~*~tactically~*~*~ (outnumbered).
 23492 | D:7      | 23492 ||| Stepping ~*~*~tactically~*~*~ (outnumbered).
 23494 | D:7      | 23494 ||| Stepping ~*~*~tactically~*~*~ (outnumbered).
 23496 | D:7      | 23496 ||| Stepping ~*~*~tactically~*~*~ (outnumbered).
 23498 | D:7      | 23498 ||| Stepping ~*~*~tactically~*~*~ (outnumbered).
 23500 | D:7      | 23500 ||| Stepping ~*~*~tactically~*~*~ (outnumbered).
 23502 | D:7      | 23502 ||| Stepping ~*~*~tactically~*~*~ (outnumbered).
 23504 | D:7      | 23504 ||| Stepping ~*~*~tactically~*~*~ (outnumbered).
 23506 | D:7      | 23506 ||| Stepping ~*~*~tactically~*~*~ (outnumbered).
 23508 | D:7      | 23508 ||| Stepping ~*~*~tactically~*~*~ (outnumbered).
 23510 | D:7      | 23510 ||| Stepping ~*~*~tactically~*~*~ (outnumbered).
 23512 | D:7      | 23512 ||| Stepping ~*~*~tactically~*~*~ (outnumbered).
 23514 | D:7      | 23514 ||| Stepping ~*~*~tactically~*~*~ (outnumbered).
 23516 | D:7      | 23516 ||| Stepping ~*~*~tactically~*~*~ (outnumbered).
 23518 | D:7      | 23518 ||| Stepping ~*~*~tactically~*~*~ (outnumbered).
 23520 | D:7      | 23520 ||| Stepping ~*~*~tactically~*~*~ (outnumbered).
 23522 | D:7      | 23522 ||| Stepping ~*~*~tactically~*~*~ (outnumbered).
 23524 | D:7      | 23524 ||| Stepping ~*~*~tactically~*~*~ (outnumbered).
 23526 | D:7      | 23526 ||| Stepping ~*~*~tactically~*~*~ (outnumbered).
 23528 | D:7      | 23528 ||| Stepping ~*~*~tactically~*~*~ (outnumbered).
 23530 | D:7      | 23530 ||| Stepping ~*~*~tactically~*~*~ (outnumbered).
 23532 | D:7      | 23532 ||| Stepping ~*~*~tactically~*~*~ (outnumbered).
 23534 | D:7      | 23534 ||| Stepping ~*~*~tactically~*~*~ (outnumbered).
 23536 | D:7      | 23536 ||| Stepping ~*~*~tactically~*~*~ (outnumbered).
 23538 | D:7      | 23538 ||| Stepping ~*~*~tactically~*~*~ (outnumbered).
 23540 | D:7      | 23540 ||| Stepping ~*~*~tactically~*~*~ (outnumbered).
 23542 | D:7      | 23542 ||| Stepping ~*~*~tactically~*~*~ (outnumbered).
 23544 | D:7      | 23544 ||| Stepping ~*~*~tactically~*~*~ (outnumbered).
 23546 | D:7      | 23546 ||| Stepping ~*~*~tactically~*~*~ (outnumbered).
 23548 | D:7      | 23548 ||| Stepping ~*~*~tactically~*~*~ (outnumbered).
 23550 | D:7      | 23550 ||| Stepping ~*~*~tactically~*~*~ (outnumbered).
 23552 | D:7      | 23552 ||| Stepping ~*~*~tactically~*~*~ (outnumbered).
 23554 | D:7      | 23554 ||| Stepping ~*~*~tactically~*~*~ (outnumbered).
 23556 | D:7      | 23556 ||| Stepping ~*~*~tactically~*~*~ (outnumbered).
 23558 | D:7      | 23558 ||| Stepping ~*~*~tactically~*~*~ (outnumbered).
 23560 | D:7      | 23560 ||| Stepping ~*~*~tactically~*~*~ (outnumbered).
 23562 | D:7      | 23562 ||| Stepping ~*~*~tactically~*~*~ (outnumbered).
 23564 | D:7      | 23564 ||| Stepping ~*~*~tactically~*~*~ (outnumbered).
 23566 | D:7      | 23566 ||| Stepping ~*~*~tactically~*~*~ (outnumbered).
 23568 | D:7      | 23568 ||| Stepping ~*~*~tactically~*~*~ (outnumbered).
 23570 | D:7      | 23570 ||| Stepping ~*~*~tactically~*~*~ (outnumbered).
 23572 | D:7      | 23572 ||| Stepping ~*~*~tactically~*~*~ (outnumbered).
 23574 | D:7      | 23574 ||| Stepping ~*~*~tactically~*~*~ (outnumbered).
 23576 | D:7      | 23576 ||| Stepping ~*~*~tactically~*~*~ (outnumbered).
 23578 | D:7      | 23578 ||| Stepping ~*~*~tactically~*~*~ (outnumbered).
 23580 | D:7      | 23580 ||| Stepping ~*~*~tactically~*~*~ (outnumbered).
 23582 | D:7      | 23582 ||| Stepping ~*~*~tactically~*~*~ (outnumbered).
 23584 | D:7      | 23584 ||| Stepping ~*~*~tactically~*~*~ (outnumbered).
 23586 | D:7      | 23586 ||| Stepping ~*~*~tactically~*~*~ (outnumbered).
 23588 | D:7      | 23588 ||| Stepping ~*~*~tactically~*~*~ (outnumbered).
 23590 | D:7      | 23590 ||| Stepping ~*~*~tactically~*~*~ (outnumbered).
 23592 | D:7      | 23592 ||| Stepping ~*~*~tactically~*~*~ (outnumbered).
 23594 | D:7      | 23594 ||| Stepping ~*~*~tactically~*~*~ (outnumbered).
 23596 | D:7      | 23596 ||| Stepping ~*~*~tactically~*~*~ (outnumbered).
 23598 | D:7      | 23598 ||| Stepping ~*~*~tactically~*~*~ (outnumbered).
 23600 | D:7      | 23600 ||| Stepping ~*~*~tactically~*~*~ (outnumbered).
 23602 | D:7      | 23602 ||| Stepping ~*~*~tactically~*~*~ (outnumbered).
 23604 | D:7      | 23604 ||| Stepping ~*~*~tactically~*~*~ (outnumbered).
 23606 | D:7      | 23606 ||| Stepping ~*~*~tactically~*~*~ (outnumbered).
 23608 | D:7      | 23608 ||| Stepping ~*~*~tactically~*~*~ (outnumbered).
 23610 | D:7      | 23610 ||| Stepping ~*~*~tactically~*~*~ (outnumbered).
 23612 | D:7      | 23612 ||| Stepping ~*~*~tactically~*~*~ (outnumbered).
 23614 | D:7      | 23614 ||| Stepping ~*~*~tactically~*~*~ (outnumbered).
 23616 | D:7      | 23616 ||| Stepping ~*~*~tactically~*~*~ (outnumbered).
 23618 | D:7      | 23618 ||| Stepping ~*~*~tactically~*~*~ (outnumbered).
 23620 | D:7      | 23620 ||| Stepping ~*~*~tactically~*~*~ (outnumbered).
 23622 | D:7      | 23622 ||| Stepping ~*~*~tactically~*~*~ (outnumbered).
 23624 | D:7      | 23624 ||| Stepping ~*~*~tactically~*~*~ (outnumbered).
 23626 | D:7      | 23626 ||| Stepping ~*~*~tactically~*~*~ (outnumbered).
 23628 | D:7      | 23628 ||| Stepping ~*~*~tactically~*~*~ (outnumbered).
 23630 | D:7      | 23630 ||| Stepping ~*~*~tactically~*~*~ (outnumbered).
 23632 | D:7      | 23632 ||| Stepping ~*~*~tactically~*~*~ (outnumbered).
 23634 | D:7      | 23634 ||| Stepping ~*~*~tactically~*~*~ (outnumbered).
 23636 | D:7      | 23636 ||| Stepping ~*~*~tactically~*~*~ (outnumbered).
 23638 | D:7      | 23638 ||| Stepping ~*~*~tactically~*~*~ (outnumbered).
 23640 | D:7      | 23640 ||| Stepping ~*~*~tactically~*~*~ (outnumbered).
 23642 | D:7      | 23642 ||| Stepping ~*~*~tactically~*~*~ (outnumbered).
 23644 | D:7      | 23644 ||| Stepping ~*~*~tactically~*~*~ (outnumbered).
 23646 | D:7      | 23646 ||| Stepping ~*~*~tactically~*~*~ (outnumbered).
 23648 | D:7      | 23648 ||| Stepping ~*~*~tactically~*~*~ (outnumbered).
 23650 | D:7      | 23650 ||| Stepping ~*~*~tactically~*~*~ (outnumbered).
 23652 | D:7      | 23652 ||| Stepping ~*~*~tactically~*~*~ (outnumbered).
 23654 | D:7      | 23654 ||| Stepping ~*~*~tactically~*~*~ (outnumbered).
 23656 | D:7      | 23656 ||| Stepping ~*~*~tactically~*~*~ (outnumbered).
 23658 | D:7      | 23658 ||| Stepping ~*~*~tactically~*~*~ (outnumbered).
 23660 | D:7      | 23660 ||| Stepping ~*~*~tactically~*~*~ (outnumbered).
 23662 | D:7      | 23662 ||| Stepping ~*~*~tactically~*~*~ (outnumbered).
 23664 | D:7      | 23664 ||| Stepping ~*~*~tactically~*~*~ (outnumbered).
 23666 | D:7      | 23666 ||| Stepping ~*~*~tactically~*~*~ (outnumbered).
 23668 | D:7      | 23668 ||| Stepping ~*~*~tactically~*~*~ (outnumbered).
 23670 | D:7      | 23670 ||| Stepping ~*~*~tactically~*~*~ (outnumbered).
 23672 | D:7      | 23672 ||| Stepping ~*~*~tactically~*~*~ (outnumbered).
 23674 | D:7      | 23674 ||| Stepping ~*~*~tactically~*~*~ (outnumbered).
 23676 | D:7      | 23676 ||| Stepping ~*~*~tactically~*~*~ (outnumbered).
 23678 | D:7      | 23678 ||| Stepping ~*~*~tactically~*~*~ (outnumbered).
 23680 | D:7      | 23680 ||| Stepping ~*~*~tactically~*~*~ (outnumbered).
 23682 | D:7      | 23682 ||| Stepping ~*~*~tactically~*~*~ (outnumbered).
 23684 | D:7      | 23684 ||| Stepping ~*~*~tactically~*~*~ (outnumbered).
 23686 | D:7      | 23686 ||| Stepping ~*~*~tactically~*~*~ (outnumbered).
 23688 | D:7      | 23688 ||| Stepping ~*~*~tactically~*~*~ (outnumbered).
 23690 | D:7      | 23690 ||| Stepping ~*~*~tactically~*~*~ (outnumbered).
 23692 | D:7      | 23692 ||| Stepping ~*~*~tactically~*~*~ (outnumbered).
 23694 | D:7      | 23694 ||| Stepping ~*~*~tactically~*~*~ (outnumbered).
 23696 | D:7      | 23696 ||| Stepping ~*~*~tactically~*~*~ (outnumbered).
 23698 | D:7      | 23698 ||| Stepping ~*~*~tactically~*~*~ (outnumbered).
 23700 | D:7      | 23700 ||| Stepping ~*~*~tactically~*~*~ (outnumbered).
 23702 | D:7      | 23702 ||| Stepping ~*~*~tactically~*~*~ (outnumbered).
 23704 | D:7      | 23704 ||| Stepping ~*~*~tactically~*~*~ (outnumbered).
 23706 | D:7      | 23706 ||| Stepping ~*~*~tactically~*~*~ (outnumbered).
 23708 | D:7      | 23708 ||| Stepping ~*~*~tactically~*~*~ (outnumbered).
 23710 | D:7      | 23710 ||| Stepping ~*~*~tactically~*~*~ (outnumbered).
 23712 | D:7      | 23712 ||| Stepping ~*~*~tactically~*~*~ (outnumbered).
 23714 | D:7      | 23714 ||| Stepping ~*~*~tactically~*~*~ (outnumbered).
 23716 | D:7      | 23716 ||| Stepping ~*~*~tactically~*~*~ (outnumbered).
 23718 | D:7      | 23718 ||| Stepping ~*~*~tactically~*~*~ (outnumbered).
 23720 | D:7      | 23720 ||| Stepping ~*~*~tactically~*~*~ (outnumbered).
 23722 | D:7      | 23722 ||| Stepping ~*~*~tactically~*~*~ (outnumbered).
 23724 | D:7      | 23724 ||| Stepping ~*~*~tactically~*~*~ (outnumbered).
 23726 | D:7      | 23726 ||| Stepping ~*~*~tactically~*~*~ (outnumbered).
 23728 | D:7      | 23728 ||| Stepping ~*~*~tactically~*~*~ (outnumbered).
 23730 | D:7      | 23730 ||| Stepping ~*~*~tactically~*~*~ (outnumbered).
 23732 | D:7      | 23732 ||| Stepping ~*~*~tactically~*~*~ (outnumbered).
 23734 | D:7      | 23734 ||| Stepping ~*~*~tactically~*~*~ (outnumbered).
 23736 | D:7      | 23736 ||| Stepping ~*~*~tactically~*~*~ (outnumbered).
 23738 | D:7      | 23738 ||| Stepping ~*~*~tactically~*~*~ (outnumbered).
 23740 | D:7      | 23740 ||| Stepping ~*~*~tactically~*~*~ (outnumbered).
 23742 | D:7      | 23742 ||| Stepping ~*~*~tactically~*~*~ (outnumbered).
 23744 | D:7      | 23744 ||| Stepping ~*~*~tactically~*~*~ (outnumbered).
 23746 | D:7      | 23746 ||| Stepping ~*~*~tactically~*~*~ (outnumbered).
 23748 | D:7      | 23748 ||| Stepping ~*~*~tactically~*~*~ (outnumbered).
 23750 | D:7      | 23750 ||| Stepping ~*~*~tactically~*~*~ (outnumbered).
 23752 | D:7      | 23752 ||| Stepping ~*~*~tactically~*~*~ (outnumbered).
 23754 | D:7      | 23754 ||| Stepping ~*~*~tactically~*~*~ (outnumbered).
 23756 | D:7      | 23756 ||| Stepping ~*~*~tactically~*~*~ (outnumbered).
 23758 | D:7      | 23758 ||| Stepping ~*~*~tactically~*~*~ (outnumbered).
 23760 | D:7      | 23760 ||| Stepping ~*~*~tactically~*~*~ (outnumbered).
 23762 | D:7      | 23762 ||| Stepping ~*~*~tactically~*~*~ (outnumbered).
 23764 | D:7      | 23764 ||| Stepping ~*~*~tactically~*~*~ (outnumbered).
 23766 | D:7      | 23766 ||| Stepping ~*~*~tactically~*~*~ (outnumbered).
 23768 | D:7      | 23768 ||| Stepping ~*~*~tactically~*~*~ (outnumbered).
 23770 | D:7      | 23770 ||| Stepping ~*~*~tactically~*~*~ (outnumbered).
 23772 | D:7      | 23772 ||| Stepping ~*~*~tactically~*~*~ (outnumbered).
 23774 | D:7      | 23774 ||| Stepping ~*~*~tactically~*~*~ (outnumbered).
 23776 | D:7      | 23776 ||| Stepping ~*~*~tactically~*~*~ (outnumbered).
 23778 | D:7      | 23778 ||| Stepping ~*~*~tactically~*~*~ (outnumbered).
 23780 | D:7      | 23780 ||| Stepping ~*~*~tactically~*~*~ (outnumbered).
 23782 | D:7      | 23782 ||| Stepping ~*~*~tactically~*~*~ (outnumbered).
 23784 | D:7      | 23784 ||| Stepping ~*~*~tactically~*~*~ (outnumbered).
 23786 | D:7      | 23786 ||| Stepping ~*~*~tactically~*~*~ (outnumbered).
 23788 | D:7      | 23788 ||| Stepping ~*~*~tactically~*~*~ (outnumbered).
 23790 | D:7      | 23790 ||| Stepping ~*~*~tactically~*~*~ (outnumbered).
 23792 | D:7      | 23792 ||| Stepping ~*~*~tactically~*~*~ (outnumbered).
 23794 | D:7      | 23794 ||| Stepping ~*~*~tactically~*~*~ (outnumbered).
 23796 | D:7      | 23796 ||| Stepping ~*~*~tactically~*~*~ (outnumbered).
 23798 | D:7      | 23798 ||| Stepping ~*~*~tactically~*~*~ (outnumbered).
 23800 | D:7      | 23800 ||| Stepping ~*~*~tactically~*~*~ (outnumbered).
 23802 | D:7      | 23802 ||| Stepping ~*~*~tactically~*~*~ (outnumbered).
 23804 | D:7      | 23804 ||| Stepping ~*~*~tactically~*~*~ (outnumbered).
 23806 | D:7      | 23806 ||| Stepping ~*~*~tactically~*~*~ (outnumbered).
 23808 | D:7      | 23808 ||| Stepping ~*~*~tactically~*~*~ (outnumbered).
 23810 | D:7      | 23810 ||| Stepping ~*~*~tactically~*~*~ (outnumbered).
 23812 | D:7      | 23812 ||| Stepping ~*~*~tactically~*~*~ (outnumbered).
 23814 | D:7      | 23814 ||| Stepping ~*~*~tactically~*~*~ (outnumbered).
 23816 | D:7      | 23816 ||| Stepping ~*~*~tactically~*~*~ (outnumbered).
 23818 | D:7      | 23818 ||| Stepping ~*~*~tactically~*~*~ (outnumbered).
 23820 | D:7      | 23820 ||| Stepping ~*~*~tactically~*~*~ (outnumbered).
 23822 | D:7      | 23822 ||| Stepping ~*~*~tactically~*~*~ (outnumbered).
 23824 | D:7      | 23824 ||| Stepping ~*~*~tactically~*~*~ (outnumbered).
 23826 | D:7      | 23826 ||| Stepping ~*~*~tactically~*~*~ (outnumbered).
 23828 | D:7      | 23828 ||| Stepping ~*~*~tactically~*~*~ (outnumbered).
 23830 | D:7      | 23830 ||| Stepping ~*~*~tactically~*~*~ (outnumbered).
 23832 | D:7      | 23832 ||| Stepping ~*~*~tactically~*~*~ (outnumbered).
 23834 | D:7      | 23834 ||| Stepping ~*~*~tactically~*~*~ (outnumbered).
 23836 | D:7      | 23836 ||| Stepping ~*~*~tactically~*~*~ (outnumbered).
 23838 | D:7      | 23838 ||| Stepping ~*~*~tactically~*~*~ (outnumbered).
 23840 | D:7      | 23840 ||| Stepping ~*~*~tactically~*~*~ (outnumbered).
 23842 | D:7      | 23842 ||| Stepping ~*~*~tactically~*~*~ (outnumbered).
 23844 | D:7      | 23844 ||| Stepping ~*~*~tactically~*~*~ (outnumbered).
 23846 | D:7      | 23846 ||| Stepping ~*~*~tactically~*~*~ (outnumbered).
 23848 | D:7      | 23848 ||| Stepping ~*~*~tactically~*~*~ (outnumbered).
 23850 | D:7      | 23850 ||| Stepping ~*~*~tactically~*~*~ (outnumbered).
 23852 | D:7      | 23852 ||| Stepping ~*~*~tactically~*~*~ (outnumbered).
 23854 | D:7      | 23854 ||| Stepping ~*~*~tactically~*~*~ (outnumbered).
 23856 | D:7      | 23856 ||| Stepping ~*~*~tactically~*~*~ (outnumbered).
 23858 | D:7      | 23858 ||| Stepping ~*~*~tactically~*~*~ (outnumbered).
 23860 | D:7      | 23860 ||| Stepping ~*~*~tactically~*~*~ (outnumbered).
 23862 | D:7      | 23862 ||| Stepping ~*~*~tactically~*~*~ (outnumbered).
 23864 | D:7      | 23864 ||| Stepping ~*~*~tactically~*~*~ (outnumbered).
 23866 | D:7      | 23866 ||| Stepping ~*~*~tactically~*~*~ (outnumbered).
 23868 | D:7      | 23868 ||| Stepping ~*~*~tactically~*~*~ (outnumbered).
 23870 | D:7      | 23870 ||| Stepping ~*~*~tactically~*~*~ (outnumbered).
 23872 | D:7      | 23872 ||| Stepping ~*~*~tactically~*~*~ (outnumbered).
 23874 | D:7      | 23874 ||| Stepping ~*~*~tactically~*~*~ (outnumbered).
 23876 | D:7      | 23876 ||| Stepping ~*~*~tactically~*~*~ (outnumbered).
 23878 | D:7      | 23878 ||| Stepping ~*~*~tactically~*~*~ (outnumbered).
 23880 | D:7      | 23880 ||| Stepping ~*~*~tactically~*~*~ (outnumbered).
 23882 | D:7      | 23882 ||| Stepping ~*~*~tactically~*~*~ (outnumbered).
 23884 | D:7      | 23884 ||| Stepping ~*~*~tactically~*~*~ (outnumbered).
 23886 | D:7      | 23886 ||| Stepping ~*~*~tactically~*~*~ (outnumbered).
 23888 | D:7      | 23888 ||| Stepping ~*~*~tactically~*~*~ (outnumbered).
 23890 | D:7      | 23890 ||| Stepping ~*~*~tactically~*~*~ (outnumbered).
 23892 | D:7      | 23892 ||| Stepping ~*~*~tactically~*~*~ (outnumbered).
 23894 | D:7      | 23894 ||| Stepping ~*~*~tactically~*~*~ (outnumbered).
 23896 | D:7      | 23896 ||| Stepping ~*~*~tactically~*~*~ (outnumbered).
 23898 | D:7      | 23898 ||| Stepping ~*~*~tactically~*~*~ (outnumbered).
 23900 | D:7      | 23900 ||| Stepping ~*~*~tactically~*~*~ (outnumbered).
 23902 | D:7      | 23902 ||| Stepping ~*~*~tactically~*~*~ (outnumbered).
 23904 | D:7      | 23904 ||| Stepping ~*~*~tactically~*~*~ (outnumbered).
 23906 | D:7      | 23906 ||| Stepping ~*~*~tactically~*~*~ (outnumbered).
 23908 | D:7      | 23908 ||| Stepping ~*~*~tactically~*~*~ (outnumbered).
 23910 | D:7      | 23910 ||| Stepping ~*~*~tactically~*~*~ (outnumbered).
 23912 | D:7      | 23912 ||| Stepping ~*~*~tactically~*~*~ (outnumbered).
 23914 | D:7      | 23914 ||| Stepping ~*~*~tactically~*~*~ (outnumbered).
 23916 | D:7      | 23916 ||| Stepping ~*~*~tactically~*~*~ (outnumbered).
 23918 | D:7      | 23918 ||| Stepping ~*~*~tactically~*~*~ (outnumbered).
 23920 | D:7      | 23920 ||| Stepping ~*~*~tactically~*~*~ (outnumbered).
 23922 | D:7      | 23922 ||| Stepping ~*~*~tactically~*~*~ (outnumbered).
 23924 | D:7      | 23924 ||| Stepping ~*~*~tactically~*~*~ (outnumbered).
 23926 | D:7      | 23926 ||| Stepping ~*~*~tactically~*~*~ (outnumbered).
 23928 | D:7      | 23928 ||| Stepping ~*~*~tactically~*~*~ (outnumbered).
 23930 | D:7      | 23930 ||| Stepping ~*~*~tactically~*~*~ (outnumbered).
 23932 | D:7      | 23932 ||| Stepping ~*~*~tactically~*~*~ (outnumbered).
 23934 | D:7      | 23934 ||| Stepping ~*~*~tactically~*~*~ (outnumbered).
 23936 | D:7      | 23936 ||| Stepping ~*~*~tactically~*~*~ (outnumbered).
 23938 | D:7      | 23938 ||| Stepping ~*~*~tactically~*~*~ (outnumbered).
 23940 | D:7      | 23940 ||| Stepping ~*~*~tactically~*~*~ (outnumbered).
 23942 | D:7      | 23942 ||| Stepping ~*~*~tactically~*~*~ (outnumbered).
 23944 | D:7      | 23944 ||| Stepping ~*~*~tactically~*~*~ (outnumbered).
 23946 | D:7      | 23946 ||| Stepping ~*~*~tactically~*~*~ (outnumbered).
 23948 | D:7      | 23948 ||| Stepping ~*~*~tactically~*~*~ (outnumbered).
 23950 | D:7      | 23950 ||| Stepping ~*~*~tactically~*~*~ (outnumbered).
 23952 | D:7      | 23952 ||| Stepping ~*~*~tactically~*~*~ (outnumbered).
 23954 | D:7      | 23954 ||| Stepping ~*~*~tactically~*~*~ (outnumbered).
 23956 | D:7      | 23956 ||| Stepping ~*~*~tactically~*~*~ (outnumbered).
 23958 | D:7      | 23958 ||| Stepping ~*~*~tactically~*~*~ (outnumbered).
 23960 | D:7      | 23960 ||| Stepping ~*~*~tactically~*~*~ (outnumbered).
 23962 | D:7      | 23962 ||| Stepping ~*~*~tactically~*~*~ (outnumbered).
 23964 | D:7      | 23964 ||| Stepping ~*~*~tactically~*~*~ (outnumbered).
 23966 | D:7      | 23966 ||| Stepping ~*~*~tactically~*~*~ (outnumbered).
 23968 | D:7      | 23968 ||| Stepping ~*~*~tactically~*~*~ (outnumbered).
 23970 | D:7      | 23970 ||| Stepping ~*~*~tactically~*~*~ (outnumbered).
 23972 | D:7      | 23972 ||| Stepping ~*~*~tactically~*~*~ (outnumbered).
 23974 | D:7      | 23974 ||| Stepping ~*~*~tactically~*~*~ (outnumbered).
 23976 | D:7      | 23976 ||| Stepping ~*~*~tactically~*~*~ (outnumbered).
 23978 | D:7      | 23978 ||| Stepping ~*~*~tactically~*~*~ (outnumbered).
 23980 | D:7      | 23980 ||| Stepping ~*~*~tactically~*~*~ (outnumbered).
 23982 | D:7      | 23982 ||| Stepping ~*~*~tactically~*~*~ (outnumbered).
 23984 | D:7      | 23984 ||| Stepping ~*~*~tactically~*~*~ (outnumbered).
 23986 | D:7      | 23986 ||| Stepping ~*~*~tactically~*~*~ (outnumbered).
 23988 | D:7      | 23988 ||| Stepping ~*~*~tactically~*~*~ (outnumbered).
 23990 | D:7      | 23990 ||| Stepping ~*~*~tactically~*~*~ (outnumbered).
 23992 | D:7      | 23992 ||| Stepping ~*~*~tactically~*~*~ (outnumbered).
 23994 | D:7      | 23994 ||| Stepping ~*~*~tactically~*~*~ (outnumbered).
 23996 | D:7      | 23996 ||| Stepping ~*~*~tactically~*~*~ (outnumbered).
 23998 | D:7      | 23998 ||| Stepping ~*~*~tactically~*~*~ (outnumbered).
 24000 | D:7      | 24000 ||| Stepping ~*~*~tactically~*~*~ (outnumbered).
 24002 | D:7      | 24002 ||| Stepping ~*~*~tactically~*~*~ (outnumbered).
 24004 | D:7      | 24004 ||| Stepping ~*~*~tactically~*~*~ (outnumbered).
 24006 | D:7      | 24006 ||| Stepping ~*~*~tactically~*~*~ (outnumbered).
 24008 | D:7      | 24008 ||| Stepping ~*~*~tactically~*~*~ (outnumbered).
 24010 | D:7      | 24010 ||| Stepping ~*~*~tactically~*~*~ (outnumbered).
 24012 | D:7      | 24012 ||| Stepping ~*~*~tactically~*~*~ (outnumbered).
 24014 | D:7      | 24014 ||| Stepping ~*~*~tactically~*~*~ (outnumbered).
 24016 | D:7      | 24016 ||| Stepping ~*~*~tactically~*~*~ (outnumbered).
 24018 | D:7      | 24018 ||| Stepping ~*~*~tactically~*~*~ (outnumbered).
 24020 | D:7      | 24020 ||| Stepping ~*~*~tactically~*~*~ (outnumbered).
 24022 | D:7      | 24022 ||| Stepping ~*~*~tactically~*~*~ (outnumbered).
 24024 | D:7      | 24024 ||| Stepping ~*~*~tactically~*~*~ (outnumbered).
 24026 | D:7      | 24026 ||| Stepping ~*~*~tactically~*~*~ (outnumbered).
 24028 | D:7      | 24028 ||| Stepping ~*~*~tactically~*~*~ (outnumbered).
 24030 | D:7      | 24030 ||| Stepping ~*~*~tactically~*~*~ (outnumbered).
 24032 | D:7      | 24032 ||| Stepping ~*~*~tactically~*~*~ (outnumbered).
 24034 | D:7      | 24034 ||| Stepping ~*~*~tactically~*~*~ (outnumbered).
 24036 | D:7      | 24036 ||| Stepping ~*~*~tactically~*~*~ (outnumbered).
 24038 | D:7      | 24038 ||| Stepping ~*~*~tactically~*~*~ (outnumbered).
 24040 | D:7      | 24040 ||| Stepping ~*~*~tactically~*~*~ (outnumbered).
 24042 | D:7      | 24042 ||| Stepping ~*~*~tactically~*~*~ (outnumbered).
 24044 | D:7      | 24044 ||| Stepping ~*~*~tactically~*~*~ (outnumbered).
 24046 | D:7      | 24046 ||| Stepping ~*~*~tactically~*~*~ (outnumbered).
 24048 | D:7      | 24048 ||| Stepping ~*~*~tactically~*~*~ (outnumbered).
 24050 | D:7      | 24050 ||| Stepping ~*~*~tactically~*~*~ (outnumbered).
 24052 | D:7      | 24052 ||| Stepping ~*~*~tactically~*~*~ (outnumbered).
 24054 | D:7      | 24054 ||| Stepping ~*~*~tactically~*~*~ (outnumbered).
 24056 | D:7      | 24056 ||| Stepping ~*~*~tactically~*~*~ (outnumbered).
 24058 | D:7      | 24058 ||| Stepping ~*~*~tactically~*~*~ (outnumbered).
 24060 | D:7      | 24060 ||| Stepping ~*~*~tactically~*~*~ (outnumbered).
 24062 | D:7      | 24062 ||| Stepping ~*~*~tactically~*~*~ (outnumbered).
 24064 | D:7      | 24064 ||| Stepping ~*~*~tactically~*~*~ (outnumbered).
 24066 | D:7      | 24066 ||| Stepping ~*~*~tactically~*~*~ (outnumbered).
 24068 | D:7      | 24068 ||| Stepping ~*~*~tactically~*~*~ (outnumbered).
 24070 | D:7      | 24070 ||| Stepping ~*~*~tactically~*~*~ (outnumbered).
 24072 | D:7      | 24072 ||| Stepping ~*~*~tactically~*~*~ (outnumbered).
 24074 | D:7      | 24074 ||| Stepping ~*~*~tactically~*~*~ (outnumbered).
 24076 | D:7      | 24076 ||| Stepping ~*~*~tactically~*~*~ (outnumbered).
 24078 | D:7      | 24078 ||| Stepping ~*~*~tactically~*~*~ (outnumbered).
 24080 | D:7      | 24080 ||| Stepping ~*~*~tactically~*~*~ (outnumbered).
 24082 | D:7      | 24082 ||| Stepping ~*~*~tactically~*~*~ (outnumbered).
 24084 | D:7      | 24084 ||| Stepping ~*~*~tactically~*~*~ (outnumbered).
 24086 | D:7      | 24086 ||| Stepping ~*~*~tactically~*~*~ (outnumbered).
 24088 | D:7      | 24088 ||| Stepping ~*~*~tactically~*~*~ (outnumbered).
 24090 | D:7      | 24090 ||| Stepping ~*~*~tactically~*~*~ (outnumbered).
 24092 | D:7      | 24092 ||| Stepping ~*~*~tactically~*~*~ (outnumbered).
 24094 | D:7      | 24094 ||| Stepping ~*~*~tactically~*~*~ (outnumbered).
 24096 | D:7      | 24096 ||| Stepping ~*~*~tactically~*~*~ (outnumbered).
 24098 | D:7      | 24098 ||| Stepping ~*~*~tactically~*~*~ (outnumbered).
 24100 | D:7      | 24100 ||| Stepping ~*~*~tactically~*~*~ (outnumbered).
 24102 | D:7      | 24102 ||| Stepping ~*~*~tactically~*~*~ (outnumbered).
 24104 | D:7      | 24104 ||| Stepping ~*~*~tactically~*~*~ (outnumbered).
 24106 | D:7      | 24106 ||| Stepping ~*~*~tactically~*~*~ (outnumbered).
 24108 | D:7      | 24108 ||| Stepping ~*~*~tactically~*~*~ (outnumbered).
 24110 | D:7      | 24110 ||| Stepping ~*~*~tactically~*~*~ (outnumbered).
 24112 | D:7      | 24112 ||| Stepping ~*~*~tactically~*~*~ (outnumbered).
 24114 | D:7      | 24114 ||| Stepping ~*~*~tactically~*~*~ (outnumbered).
 24116 | D:7      | 24116 ||| Stepping ~*~*~tactically~*~*~ (outnumbered).
 24118 | D:7      | 24118 ||| Stepping ~*~*~tactically~*~*~ (outnumbered).
 24120 | D:7      | 24120 ||| Stepping ~*~*~tactically~*~*~ (outnumbered).
 24122 | D:7      | 24122 ||| Stepping ~*~*~tactically~*~*~ (outnumbered).
 24124 | D:7      | 24124 ||| Stepping ~*~*~tactically~*~*~ (outnumbered).
 24126 | D:7      | 24126 ||| Stepping ~*~*~tactically~*~*~ (outnumbered).
 24128 | D:7      | 24128 ||| Stepping ~*~*~tactically~*~*~ (outnumbered).
 24130 | D:7      | 24130 ||| Stepping ~*~*~tactically~*~*~ (outnumbered).
 24132 | D:7      | 24132 ||| Stepping ~*~*~tactically~*~*~ (outnumbered).
 24134 | D:7      | 24134 ||| Stepping ~*~*~tactically~*~*~ (outnumbered).
 24136 | D:7      | 24136 ||| Stepping ~*~*~tactically~*~*~ (outnumbered).
 24138 | D:7      | 24138 ||| Stepping ~*~*~tactically~*~*~ (outnumbered).
 24140 | D:7      | 24140 ||| Stepping ~*~*~tactically~*~*~ (outnumbered).
 24142 | D:7      | 24142 ||| Stepping ~*~*~tactically~*~*~ (outnumbered).
 24144 | D:7      | 24144 ||| Stepping ~*~*~tactically~*~*~ (outnumbered).
 24146 | D:7      | 24146 ||| Stepping ~*~*~tactically~*~*~ (outnumbered).
 24148 | D:7      | 24148 ||| Stepping ~*~*~tactically~*~*~ (outnumbered).
 24150 | D:7      | 24150 ||| Stepping ~*~*~tactically~*~*~ (outnumbered).
 24152 | D:7      | 24152 ||| Stepping ~*~*~tactically~*~*~ (outnumbered).
 24154 | D:7      | 24154 ||| Stepping ~*~*~tactically~*~*~ (outnumbered).
 24156 | D:7      | 24156 ||| Stepping ~*~*~tactically~*~*~ (outnumbered).
 24158 | D:7      | 24158 ||| Stepping ~*~*~tactically~*~*~ (outnumbered).
 24160 | D:7      | 24160 ||| Stepping ~*~*~tactically~*~*~ (outnumbered).
 24162 | D:7      | 24162 ||| Stepping ~*~*~tactically~*~*~ (outnumbered).
 24164 | D:7      | 24164 ||| Stepping ~*~*~tactically~*~*~ (outnumbered).
 24166 | D:7      | 24166 ||| Stepping ~*~*~tactically~*~*~ (outnumbered).
 24168 | D:7      | 24168 ||| Stepping ~*~*~tactically~*~*~ (outnumbered).
 24170 | D:7      | 24170 ||| Stepping ~*~*~tactically~*~*~ (outnumbered).
 24172 | D:7      | 24172 ||| Stepping ~*~*~tactically~*~*~ (outnumbered).
 24174 | D:7      | 24174 ||| Stepping ~*~*~tactically~*~*~ (outnumbered).
 24176 | D:7      | 24176 ||| Stepping ~*~*~tactically~*~*~ (outnumbered).
 24178 | D:7      | 24178 ||| Stepping ~*~*~tactically~*~*~ (outnumbered).
 24180 | D:7      | 24180 ||| Stepping ~*~*~tactically~*~*~ (outnumbered).
 24182 | D:7      | 24182 ||| Stepping ~*~*~tactically~*~*~ (outnumbered).
 24184 | D:7      | 24184 ||| Stepping ~*~*~tactically~*~*~ (outnumbered).
 24186 | D:7      | 24186 ||| Stepping ~*~*~tactically~*~*~ (outnumbered).
 24188 | D:7      | 24188 ||| Stepping ~*~*~tactically~*~*~ (outnumbered).
 24190 | D:7      | 24190 ||| Stepping ~*~*~tactically~*~*~ (outnumbered).
 24192 | D:7      | 24192 ||| Stepping ~*~*~tactically~*~*~ (outnumbered).
 24194 | D:7      | 24194 ||| Stepping ~*~*~tactically~*~*~ (outnumbered).
 24196 | D:7      | 24196 ||| Stepping ~*~*~tactically~*~*~ (outnumbered).
 24198 | D:7      | 24198 ||| Stepping ~*~*~tactically~*~*~ (outnumbered).
 24200 | D:7      | 24200 ||| Stepping ~*~*~tactically~*~*~ (outnumbered).
 24202 | D:7      | 24202 ||| Stepping ~*~*~tactically~*~*~ (outnumbered).
 24204 | D:7      | 24204 ||| Stepping ~*~*~tactically~*~*~ (outnumbered).
 24206 | D:7      | 24206 ||| Stepping ~*~*~tactically~*~*~ (outnumbered).
 24208 | D:7      | 24208 ||| Stepping ~*~*~tactically~*~*~ (outnumbered).
 24210 | D:7      | 24210 ||| Stepping ~*~*~tactically~*~*~ (outnumbered).
 24212 | D:7      | 24212 ||| Stepping ~*~*~tactically~*~*~ (outnumbered).
 24214 | D:7      | 24214 ||| Stepping ~*~*~tactically~*~*~ (outnumbered).
 24216 | D:7      | 24216 ||| Stepping ~*~*~tactically~*~*~ (outnumbered).
 24218 | D:7      | 24218 ||| Stepping ~*~*~tactically~*~*~ (outnumbered).
 24220 | D:7      | 24220 ||| Stepping ~*~*~tactically~*~*~ (outnumbered).
 24222 | D:7      | 24222 ||| Stepping ~*~*~tactically~*~*~ (outnumbered).
 24224 | D:7      | 24224 ||| Stepping ~*~*~tactically~*~*~ (outnumbered).
 24226 | D:7      | 24226 ||| Stepping ~*~*~tactically~*~*~ (outnumbered).
 24228 | D:7      | 24228 ||| Stepping ~*~*~tactically~*~*~ (outnumbered).
 24230 | D:7      | 24230 ||| Stepping ~*~*~tactically~*~*~ (outnumbered).
 24232 | D:7      | 24232 ||| Stepping ~*~*~tactically~*~*~ (outnumbered).
 24234 | D:7      | 24234 ||| Stepping ~*~*~tactically~*~*~ (outnumbered).
 24236 | D:7      | 24236 ||| Stepping ~*~*~tactically~*~*~ (outnumbered).
 24238 | D:7      | 24238 ||| Stepping ~*~*~tactically~*~*~ (outnumbered).
 24240 | D:7      | 24240 ||| Stepping ~*~*~tactically~*~*~ (outnumbered).
 24242 | D:7      | 24242 ||| Stepping ~*~*~tactically~*~*~ (outnumbered).
 24244 | D:7      | 24244 ||| Stepping ~*~*~tactically~*~*~ (outnumbered).
 24246 | D:7      | 24246 ||| Stepping ~*~*~tactically~*~*~ (outnumbered).
 24248 | D:7      | 24248 ||| Stepping ~*~*~tactically~*~*~ (outnumbered).
 24250 | D:7      | 24250 ||| Stepping ~*~*~tactically~*~*~ (outnumbered).
 24252 | D:7      | 24252 ||| Stepping ~*~*~tactically~*~*~ (outnumbered).
 24254 | D:7      | 24254 ||| Stepping ~*~*~tactically~*~*~ (outnumbered).
 24256 | D:7      | 24256 ||| Stepping ~*~*~tactically~*~*~ (outnumbered).
 24258 | D:7      | 24258 ||| Stepping ~*~*~tactically~*~*~ (outnumbered).
 24260 | D:7      | 24260 ||| Stepping ~*~*~tactically~*~*~ (outnumbered).
 24262 | D:7      | 24262 ||| Stepping ~*~*~tactically~*~*~ (outnumbered).
 24264 | D:7      | 24264 ||| Stepping ~*~*~tactically~*~*~ (outnumbered).
 24266 | D:7      | 24266 ||| Stepping ~*~*~tactically~*~*~ (outnumbered).
 24268 | D:7      | 24268 ||| Stepping ~*~*~tactically~*~*~ (outnumbered).
 24270 | D:7      | 24270 ||| Stepping ~*~*~tactically~*~*~ (outnumbered).
 24272 | D:7      | 24272 ||| Stepping ~*~*~tactically~*~*~ (outnumbered).
 24274 | D:7      | 24274 ||| Stepping ~*~*~tactically~*~*~ (outnumbered).
 24276 | D:7      | 24276 ||| Stepping ~*~*~tactically~*~*~ (outnumbered).
 24278 | D:7      | 24278 ||| Stepping ~*~*~tactically~*~*~ (outnumbered).
 24280 | D:7      | 24280 ||| Stepping ~*~*~tactically~*~*~ (outnumbered).
 24282 | D:7      | 24282 ||| Stepping ~*~*~tactically~*~*~ (outnumbered).
 24284 | D:7      | 24284 ||| Stepping ~*~*~tactically~*~*~ (outnumbered).
 24286 | D:7      | 24286 ||| Stepping ~*~*~tactically~*~*~ (outnumbered).
 24288 | D:7      | 24288 ||| Stepping ~*~*~tactically~*~*~ (outnumbered).
 24290 | D:7      | 24290 ||| Stepping ~*~*~tactically~*~*~ (outnumbered).
 24292 | D:7      | 24292 ||| Stepping ~*~*~tactically~*~*~ (outnumbered).
 24294 | D:7      | 24294 ||| Stepping ~*~*~tactically~*~*~ (outnumbered).
 24296 | D:7      | 24296 ||| Stepping ~*~*~tactically~*~*~ (outnumbered).
 24298 | D:7      | 24298 ||| Stepping ~*~*~tactically~*~*~ (outnumbered).
 24300 | D:7      | 24300 ||| Stepping ~*~*~tactically~*~*~ (outnumbered).
 24302 | D:7      | 24302 ||| Stepping ~*~*~tactically~*~*~ (outnumbered).
 24304 | D:7      | 24304 ||| Stepping ~*~*~tactically~*~*~ (outnumbered).
 24306 | D:7      | 24306 ||| Stepping ~*~*~tactically~*~*~ (outnumbered).
 24308 | D:7      | 24308 ||| Stepping ~*~*~tactically~*~*~ (outnumbered).
 24310 | D:7      | 24310 ||| Stepping ~*~*~tactically~*~*~ (outnumbered).
 24312 | D:7      | 24312 ||| Stepping ~*~*~tactically~*~*~ (outnumbered).
 24314 | D:7      | 24314 ||| Stepping ~*~*~tactically~*~*~ (outnumbered).
 24316 | D:7      | 24316 ||| Stepping ~*~*~tactically~*~*~ (outnumbered).
 24318 | D:7      | 24318 ||| Stepping ~*~*~tactically~*~*~ (outnumbered).
 24320 | D:7      | 24320 ||| Stepping ~*~*~tactically~*~*~ (outnumbered).
 24322 | D:7      | 24322 ||| Stepping ~*~*~tactically~*~*~ (outnumbered).
 24324 | D:7      | 24324 ||| Stepping ~*~*~tactically~*~*~ (outnumbered).
 24326 | D:7      | 24326 ||| Stepping ~*~*~tactically~*~*~ (outnumbered).
 24328 | D:7      | 24328 ||| Stepping ~*~*~tactically~*~*~ (outnumbered).
 24330 | D:7      | 24330 ||| Stepping ~*~*~tactically~*~*~ (outnumbered).
 24332 | D:7      | 24332 ||| Stepping ~*~*~tactically~*~*~ (outnumbered).
 24334 | D:7      | 24334 ||| Stepping ~*~*~tactically~*~*~ (outnumbered).
 24336 | D:7      | 24336 ||| Stepping ~*~*~tactically~*~*~ (outnumbered).
 24338 | D:7      | 24338 ||| Stepping ~*~*~tactically~*~*~ (outnumbered).
 24340 | D:7      | 24340 ||| Stepping ~*~*~tactically~*~*~ (outnumbered).
 24342 | D:7      | 24342 ||| Stepping ~*~*~tactically~*~*~ (outnumbered).
 24344 | D:7      | 24344 ||| Stepping ~*~*~tactically~*~*~ (outnumbered).
 24346 | D:7      | 24346 ||| Stepping ~*~*~tactically~*~*~ (outnumbered).
 24348 | D:7      | 24348 ||| Stepping ~*~*~tactically~*~*~ (outnumbered).
 24350 | D:7      | 24350 ||| Stepping ~*~*~tactically~*~*~ (outnumbered).
 24352 | D:7      | 24352 ||| Stepping ~*~*~tactically~*~*~ (outnumbered).
 24354 | D:7      | 24354 ||| Stepping ~*~*~tactically~*~*~ (outnumbered).
 24356 | D:7      | 24356 ||| Stepping ~*~*~tactically~*~*~ (outnumbered).
 24358 | D:7      | 24358 ||| Stepping ~*~*~tactically~*~*~ (outnumbered).
 24360 | D:7      | 24360 ||| Stepping ~*~*~tactically~*~*~ (outnumbered).
 24362 | D:7      | 24362 ||| Stepping ~*~*~tactically~*~*~ (outnumbered).
 24364 | D:7      | 24364 ||| Stepping ~*~*~tactically~*~*~ (outnumbered).
 24366 | D:7      | 24366 ||| Stepping ~*~*~tactically~*~*~ (outnumbered).
 24368 | D:7      | 24368 ||| Stepping ~*~*~tactically~*~*~ (outnumbered).
 24370 | D:7      | 24370 ||| Stepping ~*~*~tactically~*~*~ (outnumbered).
 24372 | D:7      | 24372 ||| Stepping ~*~*~tactically~*~*~ (outnumbered).
 24374 | D:7      | 24374 ||| Stepping ~*~*~tactically~*~*~ (outnumbered).
 24376 | D:7      | 24376 ||| Stepping ~*~*~tactically~*~*~ (outnumbered).
 24378 | D:7      | 24378 ||| Stepping ~*~*~tactically~*~*~ (outnumbered).
 24380 | D:7      | 24380 ||| Stepping ~*~*~tactically~*~*~ (outnumbered).
 24382 | D:7      | 24382 ||| Stepping ~*~*~tactically~*~*~ (outnumbered).
 24384 | D:7      | 24384 ||| Stepping ~*~*~tactically~*~*~ (outnumbered).
 24386 | D:7      | 24386 ||| Stepping ~*~*~tactically~*~*~ (outnumbered).
 24388 | D:7      | 24388 ||| Stepping ~*~*~tactically~*~*~ (outnumbered).
 24390 | D:7      | 24390 ||| Stepping ~*~*~tactically~*~*~ (outnumbered).
 24392 | D:7      | 24392 ||| Stepping ~*~*~tactically~*~*~ (outnumbered).
 24394 | D:7      | 24394 ||| Stepping ~*~*~tactically~*~*~ (outnumbered).
 24396 | D:7      | 24396 ||| Stepping ~*~*~tactically~*~*~ (outnumbered).
 24398 | D:7      | 24398 ||| Stepping ~*~*~tactically~*~*~ (outnumbered).
 24400 | D:7      | 24400 ||| Stepping ~*~*~tactically~*~*~ (outnumbered).
 24402 | D:7      | 24402 ||| Stepping ~*~*~tactically~*~*~ (outnumbered).
 24404 | D:7      | 24404 ||| Stepping ~*~*~tactically~*~*~ (outnumbered).
 24406 | D:7      | 24406 ||| Stepping ~*~*~tactically~*~*~ (outnumbered).
 24408 | D:7      | 24408 ||| Stepping ~*~*~tactically~*~*~ (outnumbered).
 24410 | D:7      | 24410 ||| Stepping ~*~*~tactically~*~*~ (outnumbered).
 24412 | D:7      | 24412 ||| Stepping ~*~*~tactically~*~*~ (outnumbered).
 24414 | D:7      | 24414 ||| Stepping ~*~*~tactically~*~*~ (outnumbered).
 24416 | D:7      | 24416 ||| Stepping ~*~*~tactically~*~*~ (outnumbered).
 24418 | D:7      | 24418 ||| Stepping ~*~*~tactically~*~*~ (outnumbered).
 24420 | D:7      | 24420 ||| Stepping ~*~*~tactically~*~*~ (outnumbered).
 24422 | D:7      | 24422 ||| Stepping ~*~*~tactically~*~*~ (outnumbered).
 24424 | D:7      | 24424 ||| Stepping ~*~*~tactically~*~*~ (outnumbered).
 24426 | D:7      | 24426 ||| Stepping ~*~*~tactically~*~*~ (outnumbered).
 24428 | D:7      | 24428 ||| Stepping ~*~*~tactically~*~*~ (outnumbered).
 24430 | D:7      | 24430 ||| Stepping ~*~*~tactically~*~*~ (outnumbered).
 24432 | D:7      | 24432 ||| Stepping ~*~*~tactically~*~*~ (outnumbered).
 24434 | D:7      | 24434 ||| Stepping ~*~*~tactically~*~*~ (outnumbered).
 24436 | D:7      | 24436 ||| Stepping ~*~*~tactically~*~*~ (outnumbered).
 24438 | D:7      | 24438 ||| Stepping ~*~*~tactically~*~*~ (outnumbered).
 24440 | D:7      | 24440 ||| Stepping ~*~*~tactically~*~*~ (outnumbered).
 24442 | D:7      | 24442 ||| Stepping ~*~*~tactically~*~*~ (outnumbered).
 24444 | D:7      | 24444 ||| Stepping ~*~*~tactically~*~*~ (outnumbered).
 24446 | D:7      | 24446 ||| Stepping ~*~*~tactically~*~*~ (outnumbered).
 24448 | D:7      | 24448 ||| Stepping ~*~*~tactically~*~*~ (outnumbered).
 24450 | D:7      | 24450 ||| Stepping ~*~*~tactically~*~*~ (outnumbered).
 24452 | D:7      | 24452 ||| Stepping ~*~*~tactically~*~*~ (outnumbered).
 24454 | D:7      | 24454 ||| Stepping ~*~*~tactically~*~*~ (outnumbered).
 24456 | D:7      | 24456 ||| Stepping ~*~*~tactically~*~*~ (outnumbered).
 24458 | D:7      | 24458 ||| Stepping ~*~*~tactically~*~*~ (outnumbered).
 24460 | D:7      | 24460 ||| Stepping ~*~*~tactically~*~*~ (outnumbered).
 24462 | D:7      | 24462 ||| Stepping ~*~*~tactically~*~*~ (outnumbered).
 24464 | D:7      | 24464 ||| Stepping ~*~*~tactically~*~*~ (outnumbered).
 24466 | D:7      | 24466 ||| Stepping ~*~*~tactically~*~*~ (outnumbered).
 24468 | D:7      | 24468 ||| Stepping ~*~*~tactically~*~*~ (outnumbered).
 24470 | D:7      | 24470 ||| Stepping ~*~*~tactically~*~*~ (outnumbered).
 24472 | D:7      | 24472 ||| Stepping ~*~*~tactically~*~*~ (outnumbered).
 24474 | D:7      | 24474 ||| Stepping ~*~*~tactically~*~*~ (outnumbered).
 24476 | D:7      | 24476 ||| Stepping ~*~*~tactically~*~*~ (outnumbered).
 24478 | D:7      | 24478 ||| Stepping ~*~*~tactically~*~*~ (outnumbered).
 24480 | D:7      | 24480 ||| Stepping ~*~*~tactically~*~*~ (outnumbered).
 24482 | D:7      | 24482 ||| Stepping ~*~*~tactically~*~*~ (outnumbered).
 24484 | D:7      | 24484 ||| Stepping ~*~*~tactically~*~*~ (outnumbered).
 24486 | D:7      | 24486 ||| Stepping ~*~*~tactically~*~*~ (outnumbered).
 24488 | D:7      | 24488 ||| Stepping ~*~*~tactically~*~*~ (outnumbered).
 24490 | D:7      | 24490 ||| Stepping ~*~*~tactically~*~*~ (outnumbered).
 24492 | D:7      | 24492 ||| Stepping ~*~*~tactically~*~*~ (outnumbered).
 24494 | D:7      | 24494 ||| Stepping ~*~*~tactically~*~*~ (outnumbered).
 24496 | D:7      | 24496 ||| Stepping ~*~*~tactically~*~*~ (outnumbered).
 24498 | D:7      | 24498 ||| Stepping ~*~*~tactically~*~*~ (outnumbered).
 24500 | D:7      | 24500 ||| Stepping ~*~*~tactically~*~*~ (outnumbered).
 24502 | D:7      | 24502 ||| Stepping ~*~*~tactically~*~*~ (outnumbered).
 24504 | D:7      | 24504 ||| Stepping ~*~*~tactically~*~*~ (outnumbered).
 24506 | D:7      | 24506 ||| Stepping ~*~*~tactically~*~*~ (outnumbered).
 24508 | D:7      | 24508 ||| Stepping ~*~*~tactically~*~*~ (outnumbered).
 24510 | D:7      | 24510 ||| Stepping ~*~*~tactically~*~*~ (outnumbered).
 24512 | D:7      | 24512 ||| Stepping ~*~*~tactically~*~*~ (outnumbered).
 24514 | D:7      | 24514 ||| Stepping ~*~*~tactically~*~*~ (outnumbered).
 24516 | D:7      | 24516 ||| Stepping ~*~*~tactically~*~*~ (outnumbered).
 24518 | D:7      | 24518 ||| Stepping ~*~*~tactically~*~*~ (outnumbered).
 24520 | D:7      | 24520 ||| Stepping ~*~*~tactically~*~*~ (outnumbered).
 24522 | D:7      | 24522 ||| Stepping ~*~*~tactically~*~*~ (outnumbered).
 24524 | D:7      | 24524 ||| Stepping ~*~*~tactically~*~*~ (outnumbered).
 24526 | D:7      | 24526 ||| Stepping ~*~*~tactically~*~*~ (outnumbered).
 24528 | D:7      | 24528 ||| Stepping ~*~*~tactically~*~*~ (outnumbered).
 24530 | D:7      | 24530 ||| Stepping ~*~*~tactically~*~*~ (outnumbered).
 24532 | D:7      | 24532 ||| Stepping ~*~*~tactically~*~*~ (outnumbered).
 24534 | D:7      | 24534 ||| Stepping ~*~*~tactically~*~*~ (outnumbered).
 24536 | D:7      | 24536 ||| Stepping ~*~*~tactically~*~*~ (outnumbered).
 24538 | D:7      | 24538 ||| Stepping ~*~*~tactically~*~*~ (outnumbered).
 24540 | D:7      | 24540 ||| Stepping ~*~*~tactically~*~*~ (outnumbered).
 24542 | D:7      | 24542 ||| Stepping ~*~*~tactically~*~*~ (outnumbered).
 24544 | D:7      | 24544 ||| Stepping ~*~*~tactically~*~*~ (outnumbered).
 24546 | D:7      | 24546 ||| Stepping ~*~*~tactically~*~*~ (outnumbered).
 24548 | D:7      | 24548 ||| Stepping ~*~*~tactically~*~*~ (outnumbered).
 24550 | D:7      | 24550 ||| Stepping ~*~*~tactically~*~*~ (outnumbered).
 24552 | D:7      | 24552 ||| Stepping ~*~*~tactically~*~*~ (outnumbered).
 24554 | D:7      | 24554 ||| Stepping ~*~*~tactically~*~*~ (outnumbered).
 24556 | D:7      | 24556 ||| Stepping ~*~*~tactically~*~*~ (outnumbered).
 24558 | D:7      | 24558 ||| Stepping ~*~*~tactically~*~*~ (outnumbered).
 24560 | D:7      | 24560 ||| Stepping ~*~*~tactically~*~*~ (outnumbered).
 24562 | D:7      | 24562 ||| Stepping ~*~*~tactically~*~*~ (outnumbered).
 24564 | D:7      | 24564 ||| Stepping ~*~*~tactically~*~*~ (outnumbered).
 24566 | D:7      | 24566 ||| Stepping ~*~*~tactically~*~*~ (outnumbered).
 24568 | D:7      | 24568 ||| Stepping ~*~*~tactically~*~*~ (outnumbered).
 24570 | D:7      | 24570 ||| Stepping ~*~*~tactically~*~*~ (outnumbered).
 24572 | D:7      | 24572 ||| Stepping ~*~*~tactically~*~*~ (outnumbered).
 24574 | D:7      | 24574 ||| Stepping ~*~*~tactically~*~*~ (outnumbered).
 24576 | D:7      | 24576 ||| Stepping ~*~*~tactically~*~*~ (outnumbered).
 24578 | D:7      | 24578 ||| Stepping ~*~*~tactically~*~*~ (outnumbered).
 24580 | D:7      | 24580 ||| Stepping ~*~*~tactically~*~*~ (outnumbered).
 24582 | D:7      | 24582 ||| Stepping ~*~*~tactically~*~*~ (outnumbered).
 24584 | D:7      | 24584 ||| Stepping ~*~*~tactically~*~*~ (outnumbered).
 24586 | D:7      | 24586 ||| Stepping ~*~*~tactically~*~*~ (outnumbered).
 24588 | D:7      | 24588 ||| Stepping ~*~*~tactically~*~*~ (outnumbered).
 24590 | D:7      | 24590 ||| Stepping ~*~*~tactically~*~*~ (outnumbered).
 24592 | D:7      | 24592 ||| Stepping ~*~*~tactically~*~*~ (outnumbered).
 24594 | D:7      | 24594 ||| Stepping ~*~*~tactically~*~*~ (outnumbered).
 24596 | D:7      | 24596 ||| Stepping ~*~*~tactically~*~*~ (outnumbered).
 24598 | D:7      | 24598 ||| Stepping ~*~*~tactically~*~*~ (outnumbered).
 24600 | D:7      | 24600 ||| Stepping ~*~*~tactically~*~*~ (outnumbered).
 24602 | D:7      | 24602 ||| Stepping ~*~*~tactically~*~*~ (outnumbered).
 24604 | D:7      | 24604 ||| Stepping ~*~*~tactically~*~*~ (outnumbered).
 24606 | D:7      | 24606 ||| Stepping ~*~*~tactically~*~*~ (outnumbered).
 24608 | D:7      | 24608 ||| Stepping ~*~*~tactically~*~*~ (outnumbered).
 24610 | D:7      | 24610 ||| Stepping ~*~*~tactically~*~*~ (outnumbered).
 24612 | D:7      | 24612 ||| Stepping ~*~*~tactically~*~*~ (outnumbered).
 24614 | D:7      | 24614 ||| Stepping ~*~*~tactically~*~*~ (outnumbered).
 24616 | D:7      | 24616 ||| Stepping ~*~*~tactically~*~*~ (outnumbered).
 24618 | D:7      | 24618 ||| Stepping ~*~*~tactically~*~*~ (outnumbered).
 24620 | D:7      | 24620 ||| Stepping ~*~*~tactically~*~*~ (outnumbered).
 24622 | D:7      | 24622 ||| Stepping ~*~*~tactically~*~*~ (outnumbered).
 24624 | D:7      | 24624 ||| Stepping ~*~*~tactically~*~*~ (outnumbered).
 24626 | D:7      | 24626 ||| Stepping ~*~*~tactically~*~*~ (outnumbered).
 24628 | D:7      | 24628 ||| Stepping ~*~*~tactically~*~*~ (outnumbered).
 24630 | D:7      | 24630 ||| Stepping ~*~*~tactically~*~*~ (outnumbered).
 24632 | D:7      | 24632 ||| Stepping ~*~*~tactically~*~*~ (outnumbered).
 24634 | D:7      | 24634 ||| Stepping ~*~*~tactically~*~*~ (outnumbered).
 24636 | D:7      | 24636 ||| Stepping ~*~*~tactically~*~*~ (outnumbered).
 24638 | D:7      | 24638 ||| Stepping ~*~*~tactically~*~*~ (outnumbered).
 24640 | D:7      | 24640 ||| Stepping ~*~*~tactically~*~*~ (outnumbered).
 24642 | D:7      | 24642 ||| Stepping ~*~*~tactically~*~*~ (outnumbered).
 24644 | D:7      | 24644 ||| Stepping ~*~*~tactically~*~*~ (outnumbered).
 24646 | D:7      | 24646 ||| Stepping ~*~*~tactically~*~*~ (outnumbered).
 24648 | D:7      | 24648 ||| Stepping ~*~*~tactically~*~*~ (outnumbered).
 24650 | D:7      | 24650 ||| Stepping ~*~*~tactically~*~*~ (outnumbered).
 24652 | D:7      | 24652 ||| Stepping ~*~*~tactically~*~*~ (outnumbered).
 24654 | D:7      | 24654 ||| Stepping ~*~*~tactically~*~*~ (outnumbered).
 24656 | D:7      | 24656 ||| Stepping ~*~*~tactically~*~*~ (outnumbered).
 24658 | D:7      | 24658 ||| Stepping ~*~*~tactically~*~*~ (outnumbered).
 24660 | D:7      | 24660 ||| Stepping ~*~*~tactically~*~*~ (outnumbered).
 24662 | D:7      | 24662 ||| Stepping ~*~*~tactically~*~*~ (outnumbered).
 24664 | D:7      | 24664 ||| Stepping ~*~*~tactically~*~*~ (outnumbered).
 24666 | D:7      | 24666 ||| Stepping ~*~*~tactically~*~*~ (outnumbered).
 24668 | D:7      | 24668 ||| Stepping ~*~*~tactically~*~*~ (outnumbered).
 24670 | D:7      | 24670 ||| Stepping ~*~*~tactically~*~*~ (outnumbered).
 24672 | D:7      | 24672 ||| Stepping ~*~*~tactically~*~*~ (outnumbered).
 24674 | D:7      | 24674 ||| Stepping ~*~*~tactically~*~*~ (outnumbered).
 24676 | D:7      | 24676 ||| Stepping ~*~*~tactically~*~*~ (outnumbered).
 24678 | D:7      | 24678 ||| Stepping ~*~*~tactically~*~*~ (outnumbered).
 24680 | D:7      | 24680 ||| Stepping ~*~*~tactically~*~*~ (outnumbered).
 24682 | D:7      | 24682 ||| Stepping ~*~*~tactically~*~*~ (outnumbered).
 24684 | D:7      | 24684 ||| Stepping ~*~*~tactically~*~*~ (outnumbered).
 24686 | D:7      | 24686 ||| Stepping ~*~*~tactically~*~*~ (outnumbered).
 24688 | D:7      | 24688 ||| Stepping ~*~*~tactically~*~*~ (outnumbered).
 24690 | D:7      | 24690 ||| Stepping ~*~*~tactically~*~*~ (outnumbered).
 24692 | D:7      | 24692 ||| Stepping ~*~*~tactically~*~*~ (outnumbered).
 24694 | D:7      | 24694 ||| Stepping ~*~*~tactically~*~*~ (outnumbered).
 24696 | D:7      | 24696 ||| Stepping ~*~*~tactically~*~*~ (outnumbered).
 24698 | D:7      | 24698 ||| Stepping ~*~*~tactically~*~*~ (outnumbered).
 24700 | D:7      | 24700 ||| Stepping ~*~*~tactically~*~*~ (outnumbered).
 24702 | D:7      | 24702 ||| Stepping ~*~*~tactically~*~*~ (outnumbered).
 24704 | D:7      | 24704 ||| Stepping ~*~*~tactically~*~*~ (outnumbered).
 24706 | D:7      | 24706 ||| Stepping ~*~*~tactically~*~*~ (outnumbered).
 24708 | D:7      | 24708 ||| Stepping ~*~*~tactically~*~*~ (outnumbered).
 24710 | D:7      | 24710 ||| Stepping ~*~*~tactically~*~*~ (outnumbered).
 24712 | D:7      | 24712 ||| Stepping ~*~*~tactically~*~*~ (outnumbered).
 24714 | D:7      | 24714 ||| Stepping ~*~*~tactically~*~*~ (outnumbered).
 24716 | D:7      | 24716 ||| Stepping ~*~*~tactically~*~*~ (outnumbered).
 24718 | D:7      | 24718 ||| Stepping ~*~*~tactically~*~*~ (outnumbered).
 24720 | D:7      | 24720 ||| Stepping ~*~*~tactically~*~*~ (outnumbered).
 24722 | D:7      | 24722 ||| Stepping ~*~*~tactically~*~*~ (outnumbered).
 24724 | D:7      | 24724 ||| Stepping ~*~*~tactically~*~*~ (outnumbered).
 24726 | D:7      | 24726 ||| Stepping ~*~*~tactically~*~*~ (outnumbered).
 24728 | D:7      | 24728 ||| Stepping ~*~*~tactically~*~*~ (outnumbered).
 24730 | D:7      | 24730 ||| Stepping ~*~*~tactically~*~*~ (outnumbered).
 24732 | D:7      | 24732 ||| Stepping ~*~*~tactically~*~*~ (outnumbered).
 24734 | D:7      | 24734 ||| Stepping ~*~*~tactically~*~*~ (outnumbered).
 24736 | D:7      | 24736 ||| Stepping ~*~*~tactically~*~*~ (outnumbered).
 24738 | D:7      | 24738 ||| Stepping ~*~*~tactically~*~*~ (outnumbered).
 24740 | D:7      | 24740 ||| Stepping ~*~*~tactically~*~*~ (outnumbered).
 24742 | D:7      | 24742 ||| Stepping ~*~*~tactically~*~*~ (outnumbered).
 24744 | D:7      | 24744 ||| Stepping ~*~*~tactically~*~*~ (outnumbered).
 24746 | D:7      | 24746 ||| Stepping ~*~*~tactically~*~*~ (outnumbered).
 24748 | D:7      | 24748 ||| Stepping ~*~*~tactically~*~*~ (outnumbered).
 24750 | D:7      | 24750 ||| Stepping ~*~*~tactically~*~*~ (outnumbered).
 24752 | D:7      | 24752 ||| Stepping ~*~*~tactically~*~*~ (outnumbered).
 24754 | D:7      | 24754 ||| Stepping ~*~*~tactically~*~*~ (outnumbered).
 24756 | D:7      | 24756 ||| Stepping ~*~*~tactically~*~*~ (outnumbered).
 24758 | D:7      | 24758 ||| Stepping ~*~*~tactically~*~*~ (outnumbered).
 24760 | D:7      | 24760 ||| Stepping ~*~*~tactically~*~*~ (outnumbered).
 24762 | D:7      | 24762 ||| Stepping ~*~*~tactically~*~*~ (outnumbered).
 24764 | D:7      | 24764 ||| Stepping ~*~*~tactically~*~*~ (outnumbered).
 24766 | D:7      | 24766 ||| Stepping ~*~*~tactically~*~*~ (outnumbered).
 24768 | D:7      | 24768 ||| Stepping ~*~*~tactically~*~*~ (outnumbered).
 24770 | D:7      | 24770 ||| Stepping ~*~*~tactically~*~*~ (outnumbered).
 24772 | D:7      | 24772 ||| Stepping ~*~*~tactically~*~*~ (outnumbered).
 24774 | D:7      | 24774 ||| Stepping ~*~*~tactically~*~*~ (outnumbered).
 24776 | D:7      | 24776 ||| Stepping ~*~*~tactically~*~*~ (outnumbered).
 24778 | D:7      | 24778 ||| Stepping ~*~*~tactically~*~*~ (outnumbered).
 24780 | D:7      | 24780 ||| Stepping ~*~*~tactically~*~*~ (outnumbered).
 24782 | D:7      | 24782 ||| Stepping ~*~*~tactically~*~*~ (outnumbered).
 24784 | D:7      | 24784 ||| Stepping ~*~*~tactically~*~*~ (outnumbered).
 24786 | D:7      | 24786 ||| Stepping ~*~*~tactically~*~*~ (outnumbered).
 24788 | D:7      | 24788 ||| Stepping ~*~*~tactically~*~*~ (outnumbered).
 24790 | D:7      | 24790 ||| Stepping ~*~*~tactically~*~*~ (outnumbered).
 24792 | D:7      | 24792 ||| Stepping ~*~*~tactically~*~*~ (outnumbered).
 24794 | D:7      | 24794 ||| Stepping ~*~*~tactically~*~*~ (outnumbered).
 24796 | D:7      | 24796 ||| Stepping ~*~*~tactically~*~*~ (outnumbered).
 24798 | D:7      | 24798 ||| Stepping ~*~*~tactically~*~*~ (outnumbered).
 24800 | D:7      | 24800 ||| Stepping ~*~*~tactically~*~*~ (outnumbered).
 24802 | D:7      | 24802 ||| Stepping ~*~*~tactically~*~*~ (outnumbered).
 24804 | D:7      | 24804 ||| Stepping ~*~*~tactically~*~*~ (outnumbered).
 24806 | D:7      | 24806 ||| Stepping ~*~*~tactically~*~*~ (outnumbered).
 24808 | D:7      | 24808 ||| Stepping ~*~*~tactically~*~*~ (outnumbered).
 24810 | D:7      | 24810 ||| Stepping ~*~*~tactically~*~*~ (outnumbered).
 24812 | D:7      | 24812 ||| Stepping ~*~*~tactically~*~*~ (outnumbered).
 24814 | D:7      | 24814 ||| Stepping ~*~*~tactically~*~*~ (outnumbered).
 24816 | D:7      | 24816 ||| Stepping ~*~*~tactically~*~*~ (outnumbered).
 24818 | D:7      | 24818 ||| Stepping ~*~*~tactically~*~*~ (outnumbered).
 24820 | D:7      | 24820 ||| Stepping ~*~*~tactically~*~*~ (outnumbered).
 24822 | D:7      | 24822 ||| Stepping ~*~*~tactically~*~*~ (outnumbered).
 24824 | D:7      | 24824 ||| Stepping ~*~*~tactically~*~*~ (outnumbered).
 24826 | D:7      | 24826 ||| Stepping ~*~*~tactically~*~*~ (outnumbered).
 24828 | D:7      | 24828 ||| Stepping ~*~*~tactically~*~*~ (outnumbered).
 24830 | D:7      | 24830 ||| Stepping ~*~*~tactically~*~*~ (outnumbered).
 24832 | D:7      | 24832 ||| Stepping ~*~*~tactically~*~*~ (outnumbered).
 24834 | D:7      | 24834 ||| Stepping ~*~*~tactically~*~*~ (outnumbered).
 24836 | D:7      | 24836 ||| Stepping ~*~*~tactically~*~*~ (outnumbered).
 24838 | D:7      | 24838 ||| Stepping ~*~*~tactically~*~*~ (outnumbered).
 24840 | D:7      | 24840 ||| Stepping ~*~*~tactically~*~*~ (outnumbered).
 24842 | D:7      | 24842 ||| Stepping ~*~*~tactically~*~*~ (outnumbered).
 24844 | D:7      | 24844 ||| Stepping ~*~*~tactically~*~*~ (outnumbered).
 24846 | D:7      | 24846 ||| Stepping ~*~*~tactically~*~*~ (outnumbered).
 24848 | D:7      | 24848 ||| Stepping ~*~*~tactically~*~*~ (outnumbered).
 24850 | D:7      | 24850 ||| Stepping ~*~*~tactically~*~*~ (outnumbered).
 24852 | D:7      | 24852 ||| Stepping ~*~*~tactically~*~*~ (outnumbered).
 24854 | D:7      | 24854 ||| Stepping ~*~*~tactically~*~*~ (outnumbered).
 24856 | D:7      | 24856 ||| Stepping ~*~*~tactically~*~*~ (outnumbered).
 24858 | D:7      | 24858 ||| Stepping ~*~*~tactically~*~*~ (outnumbered).
 24860 | D:7      | 24860 ||| Stepping ~*~*~tactically~*~*~ (outnumbered).
 24862 | D:7      | 24862 ||| Stepping ~*~*~tactically~*~*~ (outnumbered).
 24864 | D:7      | 24864 ||| Stepping ~*~*~tactically~*~*~ (outnumbered).
 24866 | D:7      | 24866 ||| Stepping ~*~*~tactically~*~*~ (outnumbered).
 24868 | D:7      | 24868 ||| Stepping ~*~*~tactically~*~*~ (outnumbered).
 24870 | D:7      | 24870 ||| Stepping ~*~*~tactically~*~*~ (outnumbered).
 24872 | D:7      | 24872 ||| Stepping ~*~*~tactically~*~*~ (outnumbered).
 24874 | D:7      | 24874 ||| Stepping ~*~*~tactically~*~*~ (outnumbered).
 24876 | D:7      | 24876 ||| Stepping ~*~*~tactically~*~*~ (outnumbered).
 24878 | D:7      | 24878 ||| Stepping ~*~*~tactically~*~*~ (outnumbered).
 24880 | D:7      | 24880 ||| Stepping ~*~*~tactically~*~*~ (outnumbered).
 24882 | D:7      | 24882 ||| Stepping ~*~*~tactically~*~*~ (outnumbered).
 24884 | D:7      | 24884 ||| Stepping ~*~*~tactically~*~*~ (outnumbered).
 24886 | D:7      | 24886 ||| Stepping ~*~*~tactically~*~*~ (outnumbered).
 24888 | D:7      | 24888 ||| Stepping ~*~*~tactically~*~*~ (outnumbered).
 24890 | D:7      | 24890 ||| Stepping ~*~*~tactically~*~*~ (outnumbered).
 24892 | D:7      | 24892 ||| Stepping ~*~*~tactically~*~*~ (outnumbered).
 24894 | D:7      | 24894 ||| Stepping ~*~*~tactically~*~*~ (outnumbered).
 24896 | D:7      | 24896 ||| Stepping ~*~*~tactically~*~*~ (outnumbered).
 24898 | D:7      | 24898 ||| Stepping ~*~*~tactically~*~*~ (outnumbered).
 24900 | D:7      | 24900 ||| Stepping ~*~*~tactically~*~*~ (outnumbered).
 24902 | D:7      | 24902 ||| Stepping ~*~*~tactically~*~*~ (outnumbered).
 24904 | D:7      | 24904 ||| Stepping ~*~*~tactically~*~*~ (outnumbered).
 24906 | D:7      | 24906 ||| Stepping ~*~*~tactically~*~*~ (outnumbered).
 24908 | D:7      | 24908 ||| Stepping ~*~*~tactically~*~*~ (outnumbered).
 24910 | D:7      | 24910 ||| Stepping ~*~*~tactically~*~*~ (outnumbered).
 24912 | D:7      | 24912 ||| Stepping ~*~*~tactically~*~*~ (outnumbered).
 24914 | D:7      | 24914 ||| Stepping ~*~*~tactically~*~*~ (outnumbered).
 24916 | D:7      | 24916 ||| Stepping ~*~*~tactically~*~*~ (outnumbered).
 24918 | D:7      | 24918 ||| Stepping ~*~*~tactically~*~*~ (outnumbered).
 24920 | D:7      | 24920 ||| Stepping ~*~*~tactically~*~*~ (outnumbered).
 24922 | D:7      | 24922 ||| Stepping ~*~*~tactically~*~*~ (outnumbered).
 24924 | D:7      | 24924 ||| Stepping ~*~*~tactically~*~*~ (outnumbered).
 24926 | D:7      | 24926 ||| Stepping ~*~*~tactically~*~*~ (outnumbered).
 24928 | D:7      | 24928 ||| Stepping ~*~*~tactically~*~*~ (outnumbered).
 24930 | D:7      | 24930 ||| Stepping ~*~*~tactically~*~*~ (outnumbered).
 24932 | D:7      | 24932 ||| Stepping ~*~*~tactically~*~*~ (outnumbered).
 24934 | D:7      | 24934 ||| Stepping ~*~*~tactically~*~*~ (outnumbered).
 24936 | D:7      | 24936 ||| Stepping ~*~*~tactically~*~*~ (outnumbered).
 24938 | D:7      | 24938 ||| Stepping ~*~*~tactically~*~*~ (outnumbered).
 24940 | D:7      | 24940 ||| Stepping ~*~*~tactically~*~*~ (outnumbered).
 24942 | D:7      | 24942 ||| Stepping ~*~*~tactically~*~*~ (outnumbered).
 24944 | D:7      | 24944 ||| Stepping ~*~*~tactically~*~*~ (outnumbered).
 24946 | D:7      | 24946 ||| Stepping ~*~*~tactically~*~*~ (outnumbered).
 24948 | D:7      | 24948 ||| Stepping ~*~*~tactically~*~*~ (outnumbered).
 24950 | D:7      | 24950 ||| Stepping ~*~*~tactically~*~*~ (outnumbered).
 24952 | D:7      | 24952 ||| Stepping ~*~*~tactically~*~*~ (outnumbered).
 24954 | D:7      | 24954 ||| Stepping ~*~*~tactically~*~*~ (outnumbered).
 24956 | D:7      | 24956 ||| Stepping ~*~*~tactically~*~*~ (outnumbered).
 24958 | D:7      | 24958 ||| Stepping ~*~*~tactically~*~*~ (outnumbered).
 24960 | D:7      | 24960 ||| Stepping ~*~*~tactically~*~*~ (outnumbered).
 24962 | D:7      | 24962 ||| Stepping ~*~*~tactically~*~*~ (outnumbered).
 24964 | D:7      | 24964 ||| Stepping ~*~*~tactically~*~*~ (outnumbered).
 24966 | D:7      | 24966 ||| Stepping ~*~*~tactically~*~*~ (outnumbered).
 24968 | D:7      | 24968 ||| Stepping ~*~*~tactically~*~*~ (outnumbered).
 24970 | D:7      | 24970 ||| Stepping ~*~*~tactically~*~*~ (outnumbered).
 24972 | D:7      | 24972 ||| Stepping ~*~*~tactically~*~*~ (outnumbered).
 24974 | D:7      | 24974 ||| Stepping ~*~*~tactically~*~*~ (outnumbered).
 24976 | D:7      | 24976 ||| Stepping ~*~*~tactically~*~*~ (outnumbered).
 24978 | D:7      | 24978 ||| Stepping ~*~*~tactically~*~*~ (outnumbered).
 24980 | D:7      | 24980 ||| Stepping ~*~*~tactically~*~*~ (outnumbered).
 24982 | D:7      | 24982 ||| Stepping ~*~*~tactically~*~*~ (outnumbered).
 24984 | D:7      | 24984 ||| Stepping ~*~*~tactically~*~*~ (outnumbered).
 24986 | D:7      | 24986 ||| Stepping ~*~*~tactically~*~*~ (outnumbered).
 24988 | D:7      | 24988 ||| Stepping ~*~*~tactically~*~*~ (outnumbered).
 24990 | D:7      | 24990 ||| Stepping ~*~*~tactically~*~*~ (outnumbered).
 24992 | D:7      | 24992 ||| Stepping ~*~*~tactically~*~*~ (outnumbered).
 24994 | D:7      | 24994 ||| Stepping ~*~*~tactically~*~*~ (outnumbered).
 24996 | D:7      | 24996 ||| Stepping ~*~*~tactically~*~*~ (outnumbered).
 24998 | D:7      | 24998 ||| Stepping ~*~*~tactically~*~*~ (outnumbered).
 25000 | D:7      | 25000 ||| Stepping ~*~*~tactically~*~*~ (outnumbered).
 25002 | D:7      | 25002 ||| Stepping ~*~*~tactically~*~*~ (outnumbered).
 25004 | D:7      | 25004 ||| Stepping ~*~*~tactically~*~*~ (outnumbered).
 25006 | D:7      | 25006 ||| Stepping ~*~*~tactically~*~*~ (outnumbered).
 25008 | D:7      | 25008 ||| Stepping ~*~*~tactically~*~*~ (outnumbered).
 25010 | D:7      | 25010 ||| Stepping ~*~*~tactically~*~*~ (outnumbered).
 25012 | D:7      | 25012 ||| Stepping ~*~*~tactically~*~*~ (outnumbered).
 25014 | D:7      | 25014 ||| Stepping ~*~*~tactically~*~*~ (outnumbered).
 25016 | D:7      | 25016 ||| Stepping ~*~*~tactically~*~*~ (outnumbered).
 25018 | D:7      | 25018 ||| Stepping ~*~*~tactically~*~*~ (outnumbered).
 25020 | D:7      | 25020 ||| Stepping ~*~*~tactically~*~*~ (outnumbered).
 25022 | D:7      | 25022 ||| Stepping ~*~*~tactically~*~*~ (outnumbered).
 25024 | D:7      | 25024 ||| Stepping ~*~*~tactically~*~*~ (outnumbered).
 25026 | D:7      | 25026 ||| Stepping ~*~*~tactically~*~*~ (outnumbered).
 25028 | D:7      | 25028 ||| Stepping ~*~*~tactically~*~*~ (outnumbered).
 25030 | D:7      | 25030 ||| Stepping ~*~*~tactically~*~*~ (outnumbered).
 25032 | D:7      | 25032 ||| Stepping ~*~*~tactically~*~*~ (outnumbered).
 25034 | D:7      | 25034 ||| Stepping ~*~*~tactically~*~*~ (outnumbered).
 25036 | D:7      | 25036 ||| Stepping ~*~*~tactically~*~*~ (outnumbered).
 25038 | D:7      | 25038 ||| Stepping ~*~*~tactically~*~*~ (outnumbered).
 25040 | D:7      | 25040 ||| Stepping ~*~*~tactically~*~*~ (outnumbered).
 25042 | D:7      | 25042 ||| Stepping ~*~*~tactically~*~*~ (outnumbered).
 25044 | D:7      | 25044 ||| Stepping ~*~*~tactically~*~*~ (outnumbered).
 25046 | D:7      | 25046 ||| Stepping ~*~*~tactically~*~*~ (outnumbered).
 25048 | D:7      | 25048 ||| Stepping ~*~*~tactically~*~*~ (outnumbered).
 25050 | D:7      | 25050 ||| Stepping ~*~*~tactically~*~*~ (outnumbered).
 25052 | D:7      | 25052 ||| Stepping ~*~*~tactically~*~*~ (outnumbered).
 25054 | D:7      | 25054 ||| Stepping ~*~*~tactically~*~*~ (outnumbered).
 25056 | D:7      | 25056 ||| Stepping ~*~*~tactically~*~*~ (outnumbered).
 25058 | D:7      | 25058 ||| Stepping ~*~*~tactically~*~*~ (outnumbered).
 25060 | D:7      | 25060 ||| Stepping ~*~*~tactically~*~*~ (outnumbered).
 25062 | D:7      | 25062 ||| Stepping ~*~*~tactically~*~*~ (outnumbered).
 25064 | D:7      | 25064 ||| Stepping ~*~*~tactically~*~*~ (outnumbered).
 25066 | D:7      | 25066 ||| Stepping ~*~*~tactically~*~*~ (outnumbered).
 25068 | D:7      | 25068 ||| Stepping ~*~*~tactically~*~*~ (outnumbered).
 25070 | D:7      | 25070 ||| Stepping ~*~*~tactically~*~*~ (outnumbered).
 25072 | D:7      | 25072 ||| Stepping ~*~*~tactically~*~*~ (outnumbered).
 25074 | D:7      | 25074 ||| Stepping ~*~*~tactically~*~*~ (outnumbered).
 25076 | D:7      | 25076 ||| Stepping ~*~*~tactically~*~*~ (outnumbered).
 25078 | D:7      | 25078 ||| Stepping ~*~*~tactically~*~*~ (outnumbered).
 25080 | D:7      | 25080 ||| Stepping ~*~*~tactically~*~*~ (outnumbered).
 25082 | D:7      | 25082 ||| Stepping ~*~*~tactically~*~*~ (outnumbered).
 25084 | D:7      | 25084 ||| Stepping ~*~*~tactically~*~*~ (outnumbered).
 25086 | D:7      | 25086 ||| Stepping ~*~*~tactically~*~*~ (outnumbered).
 25088 | D:7      | 25088 ||| Stepping ~*~*~tactically~*~*~ (outnumbered).
 25090 | D:7      | 25090 ||| Stepping ~*~*~tactically~*~*~ (outnumbered).
 25092 | D:7      | 25092 ||| Stepping ~*~*~tactically~*~*~ (outnumbered).
 25094 | D:7      | 25094 ||| Stepping ~*~*~tactically~*~*~ (outnumbered).
 25096 | D:7      | 25096 ||| Stepping ~*~*~tactically~*~*~ (outnumbered).
 25098 | D:7      | 25098 ||| Stepping ~*~*~tactically~*~*~ (outnumbered).
 25100 | D:7      | 25100 ||| Stepping ~*~*~tactically~*~*~ (outnumbered).
 25102 | D:7      | 25102 ||| Stepping ~*~*~tactically~*~*~ (outnumbered).
 25104 | D:7      | 25104 ||| Stepping ~*~*~tactically~*~*~ (outnumbered).
 25106 | D:7      | 25106 ||| Stepping ~*~*~tactically~*~*~ (outnumbered).
 25108 | D:7      | 25108 ||| Stepping ~*~*~tactically~*~*~ (outnumbered).
 25110 | D:7      | 25110 ||| Stepping ~*~*~tactically~*~*~ (outnumbered).
 25112 | D:7      | 25112 ||| Stepping ~*~*~tactically~*~*~ (outnumbered).
 25114 | D:7      | 25114 ||| Stepping ~*~*~tactically~*~*~ (outnumbered).
 25116 | D:7      | 25116 ||| Stepping ~*~*~tactically~*~*~ (outnumbered).
 25118 | D:7      | 25118 ||| Stepping ~*~*~tactically~*~*~ (outnumbered).
 25120 | D:7      | 25120 ||| Stepping ~*~*~tactically~*~*~ (outnumbered).
 25122 | D:7      | 25122 ||| Stepping ~*~*~tactically~*~*~ (outnumbered).
 25124 | D:7      | 25124 ||| Stepping ~*~*~tactically~*~*~ (outnumbered).
 25126 | D:7      | 25126 ||| Stepping ~*~*~tactically~*~*~ (outnumbered).
 25128 | D:7      | 25128 ||| Stepping ~*~*~tactically~*~*~ (outnumbered).
 25130 | D:7      | 25130 ||| Stepping ~*~*~tactically~*~*~ (outnumbered).
 25132 | D:7      | 25132 ||| Stepping ~*~*~tactically~*~*~ (outnumbered).
 25134 | D:7      | 25134 ||| Stepping ~*~*~tactically~*~*~ (outnumbered).
 25136 | D:7      | 25136 ||| Stepping ~*~*~tactically~*~*~ (outnumbered).
 25138 | D:7      | 25138 ||| Stepping ~*~*~tactically~*~*~ (outnumbered).
 25140 | D:7      | 25140 ||| Stepping ~*~*~tactically~*~*~ (outnumbered).
 25142 | D:7      | 25142 ||| Stepping ~*~*~tactically~*~*~ (outnumbered).
 25144 | D:7      | 25144 ||| Stepping ~*~*~tactically~*~*~ (outnumbered).
 25146 | D:7      | 25146 ||| Stepping ~*~*~tactically~*~*~ (outnumbered).
 25148 | D:7      | 25148 ||| Stepping ~*~*~tactically~*~*~ (outnumbered).
 25150 | D:7      | 25150 ||| Stepping ~*~*~tactically~*~*~ (outnumbered).
 25152 | D:7      | 25152 ||| Stepping ~*~*~tactically~*~*~ (outnumbered).
 25154 | D:7      | 25154 ||| Stepping ~*~*~tactically~*~*~ (outnumbered).
 25156 | D:7      | 25156 ||| Stepping ~*~*~tactically~*~*~ (outnumbered).
 25158 | D:7      | 25158 ||| Stepping ~*~*~tactically~*~*~ (outnumbered).
 25160 | D:7      | 25160 ||| Stepping ~*~*~tactically~*~*~ (outnumbered).
 25162 | D:7      | 25162 ||| Stepping ~*~*~tactically~*~*~ (outnumbered).
 25164 | D:7      | 25164 ||| Stepping ~*~*~tactically~*~*~ (outnumbered).
 25166 | D:7      | 25166 ||| Stepping ~*~*~tactically~*~*~ (outnumbered).
 25168 | D:7      | 25168 ||| Stepping ~*~*~tactically~*~*~ (outnumbered).
 25170 | D:7      | 25170 ||| Stepping ~*~*~tactically~*~*~ (outnumbered).
 25172 | D:7      | 25172 ||| Stepping ~*~*~tactically~*~*~ (outnumbered).
 25174 | D:7      | 25174 ||| Stepping ~*~*~tactically~*~*~ (outnumbered).
 25176 | D:7      | 25176 ||| Stepping ~*~*~tactically~*~*~ (outnumbered).
 25178 | D:7      | 25178 ||| Stepping ~*~*~tactically~*~*~ (outnumbered).
 25180 | D:7      | 25180 ||| Stepping ~*~*~tactically~*~*~ (outnumbered).
 25182 | D:7      | 25182 ||| Stepping ~*~*~tactically~*~*~ (outnumbered).
 25184 | D:7      | 25184 ||| Stepping ~*~*~tactically~*~*~ (outnumbered).
 25186 | D:7      | 25186 ||| Stepping ~*~*~tactically~*~*~ (outnumbered).
 25188 | D:7      | 25188 ||| Stepping ~*~*~tactically~*~*~ (outnumbered).
 25190 | D:7      | 25190 ||| Stepping ~*~*~tactically~*~*~ (outnumbered).
 25192 | D:7      | 25192 ||| Stepping ~*~*~tactically~*~*~ (outnumbered).
 25194 | D:7      | 25194 ||| Stepping ~*~*~tactically~*~*~ (outnumbered).
 25196 | D:7      | 25196 ||| Stepping ~*~*~tactically~*~*~ (outnumbered).
 25198 | D:7      | 25198 ||| Stepping ~*~*~tactically~*~*~ (outnumbered).
 25200 | D:7      | 25200 ||| Stepping ~*~*~tactically~*~*~ (outnumbered).
 25202 | D:7      | 25202 ||| Stepping ~*~*~tactically~*~*~ (outnumbered).
 25204 | D:7      | 25204 ||| Stepping ~*~*~tactically~*~*~ (outnumbered).
 25206 | D:7      | 25206 ||| Stepping ~*~*~tactically~*~*~ (outnumbered).
 25208 | D:7      | 25208 ||| Stepping ~*~*~tactically~*~*~ (outnumbered).
 25210 | D:7      | 25210 ||| Stepping ~*~*~tactically~*~*~ (outnumbered).
 25212 | D:7      | 25212 ||| Stepping ~*~*~tactically~*~*~ (outnumbered).
 25214 | D:7      | 25214 ||| Stepping ~*~*~tactically~*~*~ (outnumbered).
 25216 | D:7      | 25216 ||| Stepping ~*~*~tactically~*~*~ (outnumbered).
 25218 | D:7      | 25218 ||| Stepping ~*~*~tactically~*~*~ (outnumbered).
 25220 | D:7      | 25220 ||| Stepping ~*~*~tactically~*~*~ (outnumbered).
 25222 | D:7      | 25222 ||| Stepping ~*~*~tactically~*~*~ (outnumbered).
 25224 | D:7      | 25224 ||| Stepping ~*~*~tactically~*~*~ (outnumbered).
 25226 | D:7      | 25226 ||| Stepping ~*~*~tactically~*~*~ (outnumbered).
 25228 | D:7      | 25228 ||| Stepping ~*~*~tactically~*~*~ (outnumbered).
 25230 | D:7      | 25230 ||| Stepping ~*~*~tactically~*~*~ (outnumbered).
 25232 | D:7      | 25232 ||| Stepping ~*~*~tactically~*~*~ (outnumbered).
 25234 | D:7      | 25234 ||| Stepping ~*~*~tactically~*~*~ (outnumbered).
 25236 | D:7      | 25236 ||| Stepping ~*~*~tactically~*~*~ (outnumbered).
 25238 | D:7      | 25238 ||| Stepping ~*~*~tactically~*~*~ (outnumbered).
 25240 | D:7      | 25240 ||| Stepping ~*~*~tactically~*~*~ (outnumbered).
 25242 | D:7      | 25242 ||| Stepping ~*~*~tactically~*~*~ (outnumbered).
 25244 | D:7      | 25244 ||| Stepping ~*~*~tactically~*~*~ (outnumbered).
 25246 | D:7      | 25246 ||| Stepping ~*~*~tactically~*~*~ (outnumbered).
 25248 | D:7      | 25248 ||| Stepping ~*~*~tactically~*~*~ (outnumbered).
 25250 | D:7      | 25250 ||| Stepping ~*~*~tactically~*~*~ (outnumbered).
 25252 | D:7      | 25252 ||| Stepping ~*~*~tactically~*~*~ (outnumbered).
 25254 | D:7      | 25254 ||| Stepping ~*~*~tactically~*~*~ (outnumbered).
 25256 | D:7      | 25256 ||| Stepping ~*~*~tactically~*~*~ (outnumbered).
 25258 | D:7      | 25258 ||| Stepping ~*~*~tactically~*~*~ (outnumbered).
 25260 | D:7      | 25260 ||| Stepping ~*~*~tactically~*~*~ (outnumbered).
 25262 | D:7      | 25262 ||| Stepping ~*~*~tactically~*~*~ (outnumbered).
 25264 | D:7      | 25264 ||| Stepping ~*~*~tactically~*~*~ (outnumbered).
 25266 | D:7      | 25266 ||| Stepping ~*~*~tactically~*~*~ (outnumbered).
 25268 | D:7      | 25268 ||| Stepping ~*~*~tactically~*~*~ (outnumbered).
 25270 | D:7      | 25270 ||| Stepping ~*~*~tactically~*~*~ (outnumbered).
 25272 | D:7      | 25272 ||| Stepping ~*~*~tactically~*~*~ (outnumbered).
 25274 | D:7      | 25274 ||| Stepping ~*~*~tactically~*~*~ (outnumbered).
 25276 | D:7      | 25276 ||| Stepping ~*~*~tactically~*~*~ (outnumbered).
 25278 | D:7      | 25278 ||| Stepping ~*~*~tactically~*~*~ (outnumbered).
 25280 | D:7      | 25280 ||| Stepping ~*~*~tactically~*~*~ (outnumbered).
 25282 | D:7      | 25282 ||| Stepping ~*~*~tactically~*~*~ (outnumbered).
 25284 | D:7      | 25284 ||| Stepping ~*~*~tactically~*~*~ (outnumbered).
 25286 | D:7      | 25286 ||| Stepping ~*~*~tactically~*~*~ (outnumbered).
 25288 | D:7      | 25288 ||| Stepping ~*~*~tactically~*~*~ (outnumbered).
 25290 | D:7      | 25290 ||| Stepping ~*~*~tactically~*~*~ (outnumbered).
 25292 | D:7      | 25292 ||| Stepping ~*~*~tactically~*~*~ (outnumbered).
 25294 | D:7      | 25294 ||| Stepping ~*~*~tactically~*~*~ (outnumbered).
 25296 | D:7      | 25296 ||| Stepping ~*~*~tactically~*~*~ (outnumbered).
 25298 | D:7      | 25298 ||| Stepping ~*~*~tactically~*~*~ (outnumbered).
 25300 | D:7      | 25300 ||| Stepping ~*~*~tactically~*~*~ (outnumbered).
 25302 | D:7      | 25302 ||| Stepping ~*~*~tactically~*~*~ (outnumbered).
 25304 | D:7      | 25304 ||| Stepping ~*~*~tactically~*~*~ (outnumbered).
 25306 | D:7      | 25306 ||| Stepping ~*~*~tactically~*~*~ (outnumbered).
 25308 | D:7      | 25308 ||| Stepping ~*~*~tactically~*~*~ (outnumbered).
 25310 | D:7      | 25310 ||| Stepping ~*~*~tactically~*~*~ (outnumbered).
 25312 | D:7      | 25312 ||| Stepping ~*~*~tactically~*~*~ (outnumbered).
 25314 | D:7      | 25314 ||| Stepping ~*~*~tactically~*~*~ (outnumbered).
 25316 | D:7      | 25316 ||| Stepping ~*~*~tactically~*~*~ (outnumbered).
 25318 | D:7      | 25318 ||| Stepping ~*~*~tactically~*~*~ (outnumbered).
 25320 | D:7      | 25320 ||| Stepping ~*~*~tactically~*~*~ (outnumbered).
 25322 | D:7      | 25322 ||| Stepping ~*~*~tactically~*~*~ (outnumbered).
 25324 | D:7      | 25324 ||| Stepping ~*~*~tactically~*~*~ (outnumbered).
 25326 | D:7      | 25326 ||| Stepping ~*~*~tactically~*~*~ (outnumbered).
 25328 | D:7      | 25328 ||| Stepping ~*~*~tactically~*~*~ (outnumbered).
 25330 | D:7      | 25330 ||| Stepping ~*~*~tactically~*~*~ (outnumbered).
 25332 | D:7      | 25332 ||| Stepping ~*~*~tactically~*~*~ (outnumbered).
 25334 | D:7      | 25334 ||| Stepping ~*~*~tactically~*~*~ (outnumbered).
 25336 | D:7      | 25336 ||| Stepping ~*~*~tactically~*~*~ (outnumbered).
 25338 | D:7      | 25338 ||| Stepping ~*~*~tactically~*~*~ (outnumbered).
 25340 | D:7      | 25340 ||| Stepping ~*~*~tactically~*~*~ (outnumbered).
 25342 | D:7      | 25342 ||| Stepping ~*~*~tactically~*~*~ (outnumbered).
 25344 | D:7      | 25344 ||| Stepping ~*~*~tactically~*~*~ (outnumbered).
 25346 | D:7      | 25346 ||| Stepping ~*~*~tactically~*~*~ (outnumbered).
 25348 | D:7      | 25348 ||| Stepping ~*~*~tactically~*~*~ (outnumbered).
 25350 | D:7      | 25350 ||| Stepping ~*~*~tactically~*~*~ (outnumbered).
 25352 | D:7      | 25352 ||| Stepping ~*~*~tactically~*~*~ (outnumbered).
 25354 | D:7      | 25354 ||| Stepping ~*~*~tactically~*~*~ (outnumbered).
 25356 | D:7      | 25356 ||| Stepping ~*~*~tactically~*~*~ (outnumbered).
 25358 | D:7      | 25358 ||| Stepping ~*~*~tactically~*~*~ (outnumbered).
 25360 | D:7      | 25360 ||| Stepping ~*~*~tactically~*~*~ (outnumbered).
 25362 | D:7      | 25362 ||| Stepping ~*~*~tactically~*~*~ (outnumbered).
 25364 | D:7      | 25364 ||| Stepping ~*~*~tactically~*~*~ (outnumbered).
 25366 | D:7      | 25366 ||| Stepping ~*~*~tactically~*~*~ (outnumbered).
 25368 | D:7      | 25368 ||| Stepping ~*~*~tactically~*~*~ (outnumbered).
 25370 | D:7      | 25370 ||| Stepping ~*~*~tactically~*~*~ (outnumbered).
 25372 | D:7      | 25372 ||| Stepping ~*~*~tactically~*~*~ (outnumbered).
 25374 | D:7      | 25374 ||| Stepping ~*~*~tactically~*~*~ (outnumbered).
 25376 | D:7      | 25376 ||| Stepping ~*~*~tactically~*~*~ (outnumbered).
 25378 | D:7      | 25378 ||| Stepping ~*~*~tactically~*~*~ (outnumbered).
 25380 | D:7      | 25380 ||| Stepping ~*~*~tactically~*~*~ (outnumbered).
 25382 | D:7      | 25382 ||| Stepping ~*~*~tactically~*~*~ (outnumbered).
 25384 | D:7      | 25384 ||| Stepping ~*~*~tactically~*~*~ (outnumbered).
 25386 | D:7      | 25386 ||| Stepping ~*~*~tactically~*~*~ (outnumbered).
 25388 | D:7      | 25388 ||| Stepping ~*~*~tactically~*~*~ (outnumbered).
 25390 | D:7      | 25390 ||| Stepping ~*~*~tactically~*~*~ (outnumbered).
 25392 | D:7      | 25392 ||| Stepping ~*~*~tactically~*~*~ (outnumbered).
 25394 | D:7      | 25394 ||| Stepping ~*~*~tactically~*~*~ (outnumbered).
 25396 | D:7      | 25396 ||| Stepping ~*~*~tactically~*~*~ (outnumbered).
 25398 | D:7      | 25398 ||| Stepping ~*~*~tactically~*~*~ (outnumbered).
 25400 | D:7      | 25400 ||| Stepping ~*~*~tactically~*~*~ (outnumbered).
 25402 | D:7      | 25402 ||| Stepping ~*~*~tactically~*~*~ (outnumbered).
 25404 | D:7      | 25404 ||| Stepping ~*~*~tactically~*~*~ (outnumbered).
 25406 | D:7      | 25406 ||| Stepping ~*~*~tactically~*~*~ (outnumbered).
 25408 | D:7      | 25408 ||| Stepping ~*~*~tactically~*~*~ (outnumbered).
 25410 | D:7      | 25410 ||| Stepping ~*~*~tactically~*~*~ (outnumbered).
 25412 | D:7      | 25412 ||| Stepping ~*~*~tactically~*~*~ (outnumbered).
 25414 | D:7      | 25414 ||| Stepping ~*~*~tactically~*~*~ (outnumbered).
 25416 | D:7      | 25416 ||| Stepping ~*~*~tactically~*~*~ (outnumbered).
 25418 | D:7      | 25418 ||| Stepping ~*~*~tactically~*~*~ (outnumbered).
 25420 | D:7      | 25420 ||| Stepping ~*~*~tactically~*~*~ (outnumbered).
 25422 | D:7      | 25422 ||| Stepping ~*~*~tactically~*~*~ (outnumbered).
 25424 | D:7      | 25424 ||| Stepping ~*~*~tactically~*~*~ (outnumbered).
 25426 | D:7      | 25426 ||| Stepping ~*~*~tactically~*~*~ (outnumbered).
 25428 | D:7      | 25428 ||| Stepping ~*~*~tactically~*~*~ (outnumbered).
 25430 | D:7      | 25430 ||| Stepping ~*~*~tactically~*~*~ (outnumbered).
 25432 | D:7      | 25432 ||| Stepping ~*~*~tactically~*~*~ (outnumbered).
 25434 | D:7      | 25434 ||| Stepping ~*~*~tactically~*~*~ (outnumbered).
 25436 | D:7      | 25436 ||| Stepping ~*~*~tactically~*~*~ (outnumbered).
 25438 | D:7      | 25438 ||| Stepping ~*~*~tactically~*~*~ (outnumbered).
 25440 | D:7      | 25440 ||| Stepping ~*~*~tactically~*~*~ (outnumbered).
 25442 | D:7      | 25442 ||| Stepping ~*~*~tactically~*~*~ (outnumbered).
 25444 | D:7      | 25444 ||| Stepping ~*~*~tactically~*~*~ (outnumbered).
 25446 | D:7      | 25446 ||| Stepping ~*~*~tactically~*~*~ (outnumbered).
 25448 | D:7      | 25448 ||| Stepping ~*~*~tactically~*~*~ (outnumbered).
 25450 | D:7      | 25450 ||| Stepping ~*~*~tactically~*~*~ (outnumbered).
 25452 | D:7      | 25452 ||| Stepping ~*~*~tactically~*~*~ (outnumbered).
 25454 | D:7      | 25454 ||| Stepping ~*~*~tactically~*~*~ (outnumbered).
 25456 | D:7      | 25456 ||| Stepping ~*~*~tactically~*~*~ (outnumbered).
 25458 | D:7      | 25458 ||| Stepping ~*~*~tactically~*~*~ (outnumbered).
 25460 | D:7      | 25460 ||| Stepping ~*~*~tactically~*~*~ (outnumbered).
 25462 | D:7      | 25462 ||| Stepping ~*~*~tactically~*~*~ (outnumbered).
 25464 | D:7      | 25464 ||| Stepping ~*~*~tactically~*~*~ (outnumbered).
 25466 | D:7      | 25466 ||| Stepping ~*~*~tactically~*~*~ (outnumbered).
 25468 | D:7      | 25468 ||| Stepping ~*~*~tactically~*~*~ (outnumbered).
 25470 | D:7      | 25470 ||| Stepping ~*~*~tactically~*~*~ (outnumbered).
 25472 | D:7      | 25472 ||| Stepping ~*~*~tactically~*~*~ (outnumbered).
 25474 | D:7      | 25474 ||| Stepping ~*~*~tactically~*~*~ (outnumbered).
 25476 | D:7      | 25476 ||| Stepping ~*~*~tactically~*~*~ (outnumbered).
 25478 | D:7      | 25478 ||| Stepping ~*~*~tactically~*~*~ (outnumbered).
 25480 | D:7      | 25480 ||| Stepping ~*~*~tactically~*~*~ (outnumbered).
 25482 | D:7      | 25482 ||| Stepping ~*~*~tactically~*~*~ (outnumbered).
 25484 | D:7      | 25484 ||| Stepping ~*~*~tactically~*~*~ (outnumbered).
 25486 | D:7      | 25486 ||| Stepping ~*~*~tactically~*~*~ (outnumbered).
 25488 | D:7      | 25488 ||| Stepping ~*~*~tactically~*~*~ (outnumbered).
 25490 | D:7      | 25490 ||| Stepping ~*~*~tactically~*~*~ (outnumbered).
 25492 | D:7      | 25492 ||| Stepping ~*~*~tactically~*~*~ (outnumbered).
 25494 | D:7      | 25494 ||| Stepping ~*~*~tactically~*~*~ (outnumbered).
 25496 | D:7      | 25496 ||| Stepping ~*~*~tactically~*~*~ (outnumbered).
 25498 | D:7      | 25498 ||| Stepping ~*~*~tactically~*~*~ (outnumbered).
 25500 | D:7      | 25500 ||| Stepping ~*~*~tactically~*~*~ (outnumbered).
 25502 | D:7      | 25502 ||| Stepping ~*~*~tactically~*~*~ (outnumbered).
 25504 | D:7      | 25504 ||| Stepping ~*~*~tactically~*~*~ (outnumbered).
 25506 | D:7      | 25506 ||| Stepping ~*~*~tactically~*~*~ (outnumbered).
 25508 | D:7      | 25508 ||| Stepping ~*~*~tactically~*~*~ (outnumbered).
 25510 | D:7      | 25510 ||| Stepping ~*~*~tactically~*~*~ (outnumbered).
 25512 | D:7      | 25512 ||| Stepping ~*~*~tactically~*~*~ (outnumbered).
 25514 | D:7      | 25514 ||| Stepping ~*~*~tactically~*~*~ (outnumbered).
 25516 | D:7      | 25516 ||| Stepping ~*~*~tactically~*~*~ (outnumbered).
 25518 | D:7      | 25518 ||| Stepping ~*~*~tactically~*~*~ (outnumbered).
 25520 | D:7      | 25520 ||| Stepping ~*~*~tactically~*~*~ (outnumbered).
 25522 | D:7      | 25522 ||| Stepping ~*~*~tactically~*~*~ (outnumbered).
 25524 | D:7      | 25524 ||| Stepping ~*~*~tactically~*~*~ (outnumbered).
 25526 | D:7      | 25526 ||| Stepping ~*~*~tactically~*~*~ (outnumbered).
 25528 | D:7      | 25528 ||| Stepping ~*~*~tactically~*~*~ (outnumbered).
 25530 | D:7      | 25530 ||| Stepping ~*~*~tactically~*~*~ (outnumbered).
 25532 | D:7      | 25532 ||| Stepping ~*~*~tactically~*~*~ (outnumbered).
 25534 | D:7      | 25534 ||| Stepping ~*~*~tactically~*~*~ (outnumbered).
 25536 | D:7      | 25536 ||| Stepping ~*~*~tactically~*~*~ (outnumbered).
 25538 | D:7      | 25538 ||| Stepping ~*~*~tactically~*~*~ (outnumbered).
 25540 | D:7      | 25540 ||| Stepping ~*~*~tactically~*~*~ (outnumbered).
 25542 | D:7      | 25542 ||| Stepping ~*~*~tactically~*~*~ (outnumbered).
 25544 | D:7      | 25544 ||| Stepping ~*~*~tactically~*~*~ (outnumbered).
 25546 | D:7      | 25546 ||| Stepping ~*~*~tactically~*~*~ (outnumbered).
 25548 | D:7      | 25548 ||| Stepping ~*~*~tactically~*~*~ (outnumbered).
 25550 | D:7      | 25550 ||| Stepping ~*~*~tactically~*~*~ (outnumbered).
 25552 | D:7      | 25552 ||| Stepping ~*~*~tactically~*~*~ (outnumbered).
 25554 | D:7      | 25554 ||| Stepping ~*~*~tactically~*~*~ (outnumbered).
 25556 | D:7      | 25556 ||| Stepping ~*~*~tactically~*~*~ (outnumbered).
 25558 | D:7      | 25558 ||| Stepping ~*~*~tactically~*~*~ (outnumbered).
 25560 | D:7      | 25560 ||| Stepping ~*~*~tactically~*~*~ (outnumbered).
 25562 | D:7      | 25562 ||| Stepping ~*~*~tactically~*~*~ (outnumbered).
 25564 | D:7      | 25564 ||| Stepping ~*~*~tactically~*~*~ (outnumbered).
 25566 | D:7      | 25566 ||| Stepping ~*~*~tactically~*~*~ (outnumbered).
 25568 | D:7      | 25568 ||| Stepping ~*~*~tactically~*~*~ (outnumbered).
 25570 | D:7      | 25570 ||| Stepping ~*~*~tactically~*~*~ (outnumbered).
 25572 | D:7      | 25572 ||| Stepping ~*~*~tactically~*~*~ (outnumbered).
 25574 | D:7      | 25574 ||| Stepping ~*~*~tactically~*~*~ (outnumbered).
 25576 | D:7      | 25576 ||| Stepping ~*~*~tactically~*~*~ (outnumbered).
 25578 | D:7      | 25578 ||| Stepping ~*~*~tactically~*~*~ (outnumbered).
 25580 | D:7      | 25580 ||| Stepping ~*~*~tactically~*~*~ (outnumbered).
 25582 | D:7      | 25582 ||| Stepping ~*~*~tactically~*~*~ (outnumbered).
 25584 | D:7      | 25584 ||| Stepping ~*~*~tactically~*~*~ (outnumbered).
 25586 | D:7      | 25586 ||| Stepping ~*~*~tactically~*~*~ (outnumbered).
 25588 | D:7      | 25588 ||| Stepping ~*~*~tactically~*~*~ (outnumbered).
 25590 | D:7      | 25590 ||| Stepping ~*~*~tactically~*~*~ (outnumbered).
 25592 | D:7      | 25592 ||| Stepping ~*~*~tactically~*~*~ (outnumbered).
 25594 | D:7      | 25594 ||| Stepping ~*~*~tactically~*~*~ (outnumbered).
 25596 | D:7      | 25596 ||| Stepping ~*~*~tactically~*~*~ (outnumbered).
 25598 | D:7      | 25598 ||| Stepping ~*~*~tactically~*~*~ (outnumbered).
 25600 | D:7      | 25600 ||| Stepping ~*~*~tactically~*~*~ (outnumbered).
 25602 | D:7      | 25602 ||| Stepping ~*~*~tactically~*~*~ (outnumbered).
 25604 | D:7      | 25604 ||| Stepping ~*~*~tactically~*~*~ (outnumbered).
 25606 | D:7      | 25606 ||| Stepping ~*~*~tactically~*~*~ (outnumbered).
 25608 | D:7      | 25608 ||| Stepping ~*~*~tactically~*~*~ (outnumbered).
 25610 | D:7      | 25610 ||| Stepping ~*~*~tactically~*~*~ (outnumbered).
 25612 | D:7      | 25612 ||| Stepping ~*~*~tactically~*~*~ (outnumbered).
 25614 | D:7      | 25614 ||| Stepping ~*~*~tactically~*~*~ (outnumbered).
 25616 | D:7      | 25616 ||| Stepping ~*~*~tactically~*~*~ (outnumbered).
 25618 | D:7      | 25618 ||| Stepping ~*~*~tactically~*~*~ (outnumbered).
 25620 | D:7      | 25620 ||| Stepping ~*~*~tactically~*~*~ (outnumbered).
 25622 | D:7      | 25622 ||| Stepping ~*~*~tactically~*~*~ (outnumbered).
 25624 | D:7      | 25624 ||| Stepping ~*~*~tactically~*~*~ (outnumbered).
 25626 | D:7      | 25626 ||| Stepping ~*~*~tactically~*~*~ (outnumbered).
 25628 | D:7      | 25628 ||| Stepping ~*~*~tactically~*~*~ (outnumbered).
 25630 | D:7      | 25630 ||| Stepping ~*~*~tactically~*~*~ (outnumbered).
 25632 | D:7      | 25632 ||| Stepping ~*~*~tactically~*~*~ (outnumbered).
 25634 | D:7      | 25634 ||| Stepping ~*~*~tactically~*~*~ (outnumbered).
 25636 | D:7      | 25636 ||| Stepping ~*~*~tactically~*~*~ (outnumbered).
 25638 | D:7      | 25638 ||| Stepping ~*~*~tactically~*~*~ (outnumbered).
 25640 | D:7      | 25640 ||| Stepping ~*~*~tactically~*~*~ (outnumbered).
 25642 | D:7      | 25642 ||| Stepping ~*~*~tactically~*~*~ (outnumbered).
 25644 | D:7      | 25644 ||| Stepping ~*~*~tactically~*~*~ (outnumbered).
 25646 | D:7      | 25646 ||| Stepping ~*~*~tactically~*~*~ (outnumbered).
 25648 | D:7      | 25648 ||| Stepping ~*~*~tactically~*~*~ (outnumbered).
 25650 | D:7      | 25650 ||| Stepping ~*~*~tactically~*~*~ (outnumbered).
 25652 | D:7      | 25652 ||| Stepping ~*~*~tactically~*~*~ (outnumbered).
 25654 | D:7      | 25654 ||| Stepping ~*~*~tactically~*~*~ (outnumbered).
 25656 | D:7      | 25656 ||| Stepping ~*~*~tactically~*~*~ (outnumbered).
 25658 | D:7      | 25658 ||| Stepping ~*~*~tactically~*~*~ (outnumbered).
 25660 | D:7      | 25660 ||| Stepping ~*~*~tactically~*~*~ (outnumbered).
 25662 | D:7      | 25662 ||| Stepping ~*~*~tactically~*~*~ (outnumbered).
 25664 | D:7      | 25664 ||| Stepping ~*~*~tactically~*~*~ (outnumbered).
 25666 | D:7      | 25666 ||| Stepping ~*~*~tactically~*~*~ (outnumbered).
 25668 | D:7      | 25668 ||| Stepping ~*~*~tactically~*~*~ (outnumbered).
 25670 | D:7      | 25670 ||| Stepping ~*~*~tactically~*~*~ (outnumbered).
 25672 | D:7      | 25672 ||| Stepping ~*~*~tactically~*~*~ (outnumbered).
 25674 | D:7      | 25674 ||| Stepping ~*~*~tactically~*~*~ (outnumbered).
 25676 | D:7      | 25676 ||| Stepping ~*~*~tactically~*~*~ (outnumbered).
 25678 | D:7      | 25678 ||| Stepping ~*~*~tactically~*~*~ (outnumbered).
 25680 | D:7      | 25680 ||| Stepping ~*~*~tactically~*~*~ (outnumbered).
 25682 | D:7      | 25682 ||| Stepping ~*~*~tactically~*~*~ (outnumbered).
 25684 | D:7      | 25684 ||| Stepping ~*~*~tactically~*~*~ (outnumbered).
 25686 | D:7      | 25686 ||| Stepping ~*~*~tactically~*~*~ (outnumbered).
 25688 | D:7      | 25688 ||| Stepping ~*~*~tactically~*~*~ (outnumbered).
 25690 | D:7      | 25690 ||| Stepping ~*~*~tactically~*~*~ (outnumbered).
 25692 | D:7      | 25692 ||| Stepping ~*~*~tactically~*~*~ (outnumbered).
 25694 | D:7      | 25694 ||| Stepping ~*~*~tactically~*~*~ (outnumbered).
 25696 | D:7      | 25696 ||| Stepping ~*~*~tactically~*~*~ (outnumbered).
 25698 | D:7      | 25698 ||| Stepping ~*~*~tactically~*~*~ (outnumbered).
 25700 | D:7      | 25700 ||| Stepping ~*~*~tactically~*~*~ (outnumbered).
 25702 | D:7      | 25702 ||| Stepping ~*~*~tactically~*~*~ (outnumbered).
 25704 | D:7      | 25704 ||| Stepping ~*~*~tactically~*~*~ (outnumbered).
 25706 | D:7      | 25706 ||| Stepping ~*~*~tactically~*~*~ (outnumbered).
 25708 | D:7      | 25708 ||| Stepping ~*~*~tactically~*~*~ (outnumbered).
 25710 | D:7      | 25710 ||| Stepping ~*~*~tactically~*~*~ (outnumbered).
 25712 | D:7      | 25712 ||| Stepping ~*~*~tactically~*~*~ (outnumbered).
 25714 | D:7      | 25714 ||| Stepping ~*~*~tactically~*~*~ (outnumbered).
 25716 | D:7      | 25716 ||| Stepping ~*~*~tactically~*~*~ (outnumbered).
 25718 | D:7      | 25718 ||| Stepping ~*~*~tactically~*~*~ (outnumbered).
 25720 | D:7      | 25720 ||| Stepping ~*~*~tactically~*~*~ (outnumbered).
 25722 | D:7      | 25722 ||| Stepping ~*~*~tactically~*~*~ (outnumbered).
 25724 | D:7      | 25724 ||| Stepping ~*~*~tactically~*~*~ (outnumbered).
 25726 | D:7      | 25726 ||| Stepping ~*~*~tactically~*~*~ (outnumbered).
 25728 | D:7      | 25728 ||| Stepping ~*~*~tactically~*~*~ (outnumbered).
 25730 | D:7      | 25730 ||| Stepping ~*~*~tactically~*~*~ (outnumbered).
 25732 | D:7      | 25732 ||| Stepping ~*~*~tactically~*~*~ (outnumbered).
 25734 | D:7      | 25734 ||| Stepping ~*~*~tactically~*~*~ (outnumbered).
 25736 | D:7      | 25736 ||| Stepping ~*~*~tactically~*~*~ (outnumbered).
 25738 | D:7      | 25738 ||| Stepping ~*~*~tactically~*~*~ (outnumbered).
 25740 | D:7      | 25740 ||| Stepping ~*~*~tactically~*~*~ (outnumbered).
 25742 | D:7      | 25742 ||| Stepping ~*~*~tactically~*~*~ (outnumbered).
 25744 | D:7      | 25744 ||| Stepping ~*~*~tactically~*~*~ (outnumbered).
 25746 | D:7      | 25746 ||| Stepping ~*~*~tactically~*~*~ (outnumbered).
 25748 | D:7      | 25748 ||| Stepping ~*~*~tactically~*~*~ (outnumbered).
 25750 | D:7      | 25750 ||| Stepping ~*~*~tactically~*~*~ (outnumbered).
 25752 | D:7      | 25752 ||| Stepping ~*~*~tactically~*~*~ (outnumbered).
 25754 | D:7      | 25754 ||| Stepping ~*~*~tactically~*~*~ (outnumbered).
 25756 | D:7      | 25756 ||| Stepping ~*~*~tactically~*~*~ (outnumbered).
 25758 | D:7      | 25758 ||| Stepping ~*~*~tactically~*~*~ (outnumbered).
 25760 | D:7      | 25760 ||| Stepping ~*~*~tactically~*~*~ (outnumbered).
 25762 | D:7      | 25762 ||| Stepping ~*~*~tactically~*~*~ (outnumbered).
 25764 | D:7      | 25764 ||| Stepping ~*~*~tactically~*~*~ (outnumbered).
 25766 | D:7      | 25766 ||| Stepping ~*~*~tactically~*~*~ (outnumbered).
 25768 | D:7      | 25768 ||| Stepping ~*~*~tactically~*~*~ (outnumbered).
 25770 | D:7      | 25770 ||| Stepping ~*~*~tactically~*~*~ (outnumbered).
 25772 | D:7      | 25772 ||| Stepping ~*~*~tactically~*~*~ (outnumbered).
 25774 | D:7      | 25774 ||| Stepping ~*~*~tactically~*~*~ (outnumbered).
 25776 | D:7      | 25776 ||| Stepping ~*~*~tactically~*~*~ (outnumbered).
 25778 | D:7      | 25778 ||| Stepping ~*~*~tactically~*~*~ (outnumbered).
 25780 | D:7      | 25780 ||| Stepping ~*~*~tactically~*~*~ (outnumbered).
 25782 | D:7      | 25782 ||| Stepping ~*~*~tactically~*~*~ (outnumbered).
 25784 | D:7      | 25784 ||| Stepping ~*~*~tactically~*~*~ (outnumbered).
 25786 | D:7      | 25786 ||| Stepping ~*~*~tactically~*~*~ (outnumbered).
 25788 | D:7      | 25788 ||| Stepping ~*~*~tactically~*~*~ (outnumbered).
 25790 | D:7      | 25790 ||| Stepping ~*~*~tactically~*~*~ (outnumbered).
 25792 | D:7      | 25792 ||| Stepping ~*~*~tactically~*~*~ (outnumbered).
 25794 | D:7      | 25794 ||| Stepping ~*~*~tactically~*~*~ (outnumbered).
 25796 | D:7      | 25796 ||| Stepping ~*~*~tactically~*~*~ (outnumbered).
 25798 | D:7      | 25798 ||| Stepping ~*~*~tactically~*~*~ (outnumbered).
 25800 | D:7      | 25800 ||| Stepping ~*~*~tactically~*~*~ (outnumbered).
 25802 | D:7      | 25802 ||| Stepping ~*~*~tactically~*~*~ (outnumbered).
 25804 | D:7      | 25804 ||| Stepping ~*~*~tactically~*~*~ (outnumbered).
 25806 | D:7      | 25806 ||| Stepping ~*~*~tactically~*~*~ (outnumbered).
 25808 | D:7      | 25808 ||| Stepping ~*~*~tactically~*~*~ (outnumbered).
 25810 | D:7      | 25810 ||| Stepping ~*~*~tactically~*~*~ (outnumbered).
 25812 | D:7      | 25812 ||| Stepping ~*~*~tactically~*~*~ (outnumbered).
 25814 | D:7      | 25814 ||| Stepping ~*~*~tactically~*~*~ (outnumbered).
 25816 | D:7      | 25816 ||| Stepping ~*~*~tactically~*~*~ (outnumbered).
 25818 | D:7      | 25818 ||| Stepping ~*~*~tactically~*~*~ (outnumbered).
 25820 | D:7      | 25820 ||| Stepping ~*~*~tactically~*~*~ (outnumbered).
 25822 | D:7      | 25822 ||| Stepping ~*~*~tactically~*~*~ (outnumbered).
 25824 | D:7      | 25824 ||| Stepping ~*~*~tactically~*~*~ (outnumbered).
 25826 | D:7      | 25826 ||| Stepping ~*~*~tactically~*~*~ (outnumbered).
 25828 | D:7      | 25828 ||| Stepping ~*~*~tactically~*~*~ (outnumbered).
 25830 | D:7      | 25830 ||| Stepping ~*~*~tactically~*~*~ (outnumbered).
 25832 | D:7      | 25832 ||| Stepping ~*~*~tactically~*~*~ (outnumbered).
 25834 | D:7      | 25834 ||| Stepping ~*~*~tactically~*~*~ (outnumbered).
 25836 | D:7      | 25836 ||| Stepping ~*~*~tactically~*~*~ (outnumbered).
 25838 | D:7      | 25838 ||| Stepping ~*~*~tactically~*~*~ (outnumbered).
 25840 | D:7      | 25840 ||| Stepping ~*~*~tactically~*~*~ (outnumbered).
 25842 | D:7      | 25842 ||| Stepping ~*~*~tactically~*~*~ (outnumbered).
 25844 | D:7      | 25844 ||| Stepping ~*~*~tactically~*~*~ (outnumbered).
 25846 | D:7      | 25846 ||| Stepping ~*~*~tactically~*~*~ (outnumbered).
 25848 | D:7      | 25848 ||| Stepping ~*~*~tactically~*~*~ (outnumbered).
 25850 | D:7      | 25850 ||| Stepping ~*~*~tactically~*~*~ (outnumbered).
 25852 | D:7      | 25852 ||| Stepping ~*~*~tactically~*~*~ (outnumbered).
 25854 | D:7      | 25854 ||| Stepping ~*~*~tactically~*~*~ (outnumbered).
 25856 | D:7      | 25856 ||| Stepping ~*~*~tactically~*~*~ (outnumbered).
 25858 | D:7      | 25858 ||| Stepping ~*~*~tactically~*~*~ (outnumbered).
 25860 | D:7      | 25860 ||| Stepping ~*~*~tactically~*~*~ (outnumbered).
 25862 | D:7      | 25862 ||| Stepping ~*~*~tactically~*~*~ (outnumbered).
 25864 | D:7      | 25864 ||| Stepping ~*~*~tactically~*~*~ (outnumbered).
 25866 | D:7      | 25866 ||| Stepping ~*~*~tactically~*~*~ (outnumbered).
 25868 | D:7      | 25868 ||| Stepping ~*~*~tactically~*~*~ (outnumbered).
 25870 | D:7      | 25870 ||| Stepping ~*~*~tactically~*~*~ (outnumbered).
 25872 | D:7      | 25872 ||| Stepping ~*~*~tactically~*~*~ (outnumbered).
 25874 | D:7      | 25874 ||| Stepping ~*~*~tactically~*~*~ (outnumbered).
 25876 | D:7      | 25876 ||| Stepping ~*~*~tactically~*~*~ (outnumbered).
 25878 | D:7      | 25878 ||| Stepping ~*~*~tactically~*~*~ (outnumbered).
 25880 | D:7      | 25880 ||| Stepping ~*~*~tactically~*~*~ (outnumbered).
 25882 | D:7      | 25882 ||| Stepping ~*~*~tactically~*~*~ (outnumbered).
 25884 | D:7      | 25884 ||| Stepping ~*~*~tactically~*~*~ (outnumbered).
 25886 | D:7      | 25886 ||| Stepping ~*~*~tactically~*~*~ (outnumbered).
 25888 | D:7      | 25888 ||| Stepping ~*~*~tactically~*~*~ (outnumbered).
 25890 | D:7      | 25890 ||| Stepping ~*~*~tactically~*~*~ (outnumbered).
 25892 | D:7      | 25892 ||| Stepping ~*~*~tactically~*~*~ (outnumbered).
 25894 | D:7      | 25894 ||| Stepping ~*~*~tactically~*~*~ (outnumbered).
 25896 | D:7      | 25896 ||| Stepping ~*~*~tactically~*~*~ (outnumbered).
 25898 | D:7      | 25898 ||| Stepping ~*~*~tactically~*~*~ (outnumbered).
 25900 | D:7      | 25900 ||| Stepping ~*~*~tactically~*~*~ (outnumbered).
 25902 | D:7      | 25902 ||| Stepping ~*~*~tactically~*~*~ (outnumbered).
 25904 | D:7      | 25904 ||| Stepping ~*~*~tactically~*~*~ (outnumbered).
 25906 | D:7      | 25906 ||| Stepping ~*~*~tactically~*~*~ (outnumbered).
 25908 | D:7      | 25908 ||| Stepping ~*~*~tactically~*~*~ (outnumbered).
 25910 | D:7      | 25910 ||| Stepping ~*~*~tactically~*~*~ (outnumbered).
 25912 | D:7      | 25912 ||| Stepping ~*~*~tactically~*~*~ (outnumbered).
 25914 | D:7      | 25914 ||| Stepping ~*~*~tactically~*~*~ (outnumbered).
 25916 | D:7      | 25916 ||| Stepping ~*~*~tactically~*~*~ (outnumbered).
 25918 | D:7      | 25918 ||| Stepping ~*~*~tactically~*~*~ (outnumbered).
 25920 | D:7      | 25920 ||| Stepping ~*~*~tactically~*~*~ (outnumbered).
 25922 | D:7      | 25922 ||| Stepping ~*~*~tactically~*~*~ (outnumbered).
 25924 | D:7      | 25924 ||| Stepping ~*~*~tactically~*~*~ (outnumbered).
 25926 | D:7      | 25926 ||| Stepping ~*~*~tactically~*~*~ (outnumbered).
 25928 | D:7      | 25928 ||| Stepping ~*~*~tactically~*~*~ (outnumbered).
 25930 | D:7      | 25930 ||| Stepping ~*~*~tactically~*~*~ (outnumbered).
 25932 | D:7      | 25932 ||| Stepping ~*~*~tactically~*~*~ (outnumbered).
 25934 | D:7      | 25934 ||| Stepping ~*~*~tactically~*~*~ (outnumbered).
 25936 | D:7      | 25936 ||| Stepping ~*~*~tactically~*~*~ (outnumbered).
 25938 | D:7      | 25938 ||| Stepping ~*~*~tactically~*~*~ (outnumbered).
 25940 | D:7      | 25940 ||| Stepping ~*~*~tactically~*~*~ (outnumbered).
 25942 | D:7      | 25942 ||| Stepping ~*~*~tactically~*~*~ (outnumbered).
 25944 | D:7      | 25944 ||| Stepping ~*~*~tactically~*~*~ (outnumbered).
 25946 | D:7      | 25946 ||| Stepping ~*~*~tactically~*~*~ (outnumbered).
 25948 | D:7      | 25948 ||| Stepping ~*~*~tactically~*~*~ (outnumbered).
 25950 | D:7      | 25950 ||| Stepping ~*~*~tactically~*~*~ (outnumbered).
 25952 | D:7      | 25952 ||| Stepping ~*~*~tactically~*~*~ (outnumbered).
 25954 | D:7      | 25954 ||| Stepping ~*~*~tactically~*~*~ (outnumbered).
 25956 | D:7      | 25956 ||| Stepping ~*~*~tactically~*~*~ (outnumbered).
 25958 | D:7      | 25958 ||| Stepping ~*~*~tactically~*~*~ (outnumbered).
 25960 | D:7      | 25960 ||| Stepping ~*~*~tactically~*~*~ (outnumbered).
 25962 | D:7      | 25962 ||| Stepping ~*~*~tactically~*~*~ (outnumbered).
 25964 | D:7      | 25964 ||| Stepping ~*~*~tactically~*~*~ (outnumbered).
 25966 | D:7      | 25966 ||| Stepping ~*~*~tactically~*~*~ (outnumbered).
 25968 | D:7      | 25968 ||| Stepping ~*~*~tactically~*~*~ (outnumbered).
 25970 | D:7      | 25970 ||| Stepping ~*~*~tactically~*~*~ (outnumbered).
 25972 | D:7      | 25972 ||| Stepping ~*~*~tactically~*~*~ (outnumbered).
 25974 | D:7      | 25974 ||| Stepping ~*~*~tactically~*~*~ (outnumbered).
 25976 | D:7      | 25976 ||| Stepping ~*~*~tactically~*~*~ (outnumbered).
 25978 | D:7      | 25978 ||| Stepping ~*~*~tactically~*~*~ (outnumbered).
 25980 | D:7      | 25980 ||| Stepping ~*~*~tactically~*~*~ (outnumbered).
 25982 | D:7      | 25982 ||| Stepping ~*~*~tactically~*~*~ (outnumbered).
 25984 | D:7      | 25984 ||| Stepping ~*~*~tactically~*~*~ (outnumbered).
 25986 | D:7      | 25986 ||| Stepping ~*~*~tactically~*~*~ (outnumbered).
 25988 | D:7      | 25988 ||| Stepping ~*~*~tactically~*~*~ (outnumbered).
 25990 | D:7      | 25990 ||| Stepping ~*~*~tactically~*~*~ (outnumbered).
 25992 | D:7      | 25992 ||| Stepping ~*~*~tactically~*~*~ (outnumbered).
 25994 | D:7      | 25994 ||| Stepping ~*~*~tactically~*~*~ (outnumbered).
 25996 | D:7      | 25996 ||| Stepping ~*~*~tactically~*~*~ (outnumbered).
 25998 | D:7      | 25998 ||| Stepping ~*~*~tactically~*~*~ (outnumbered).
 26000 | D:7      | 26000 ||| Stepping ~*~*~tactically~*~*~ (outnumbered).
 26002 | D:7      | 26002 ||| Stepping ~*~*~tactically~*~*~ (outnumbered).
 26004 | D:7      | 26004 ||| Stepping ~*~*~tactically~*~*~ (outnumbered).
 26006 | D:7      | 26006 ||| Stepping ~*~*~tactically~*~*~ (outnumbered).
 26008 | D:7      | 26008 ||| Stepping ~*~*~tactically~*~*~ (outnumbered).
 26010 | D:7      | 26010 ||| Stepping ~*~*~tactically~*~*~ (outnumbered).
 26012 | D:7      | 26012 ||| Stepping ~*~*~tactically~*~*~ (outnumbered).
 26014 | D:7      | 26014 ||| Stepping ~*~*~tactically~*~*~ (outnumbered).
 26016 | D:7      | 26016 ||| Stepping ~*~*~tactically~*~*~ (outnumbered).
 26018 | D:7      | 26018 ||| Stepping ~*~*~tactically~*~*~ (outnumbered).
 26020 | D:7      | 26020 ||| Stepping ~*~*~tactically~*~*~ (outnumbered).
 26022 | D:7      | 26022 ||| Stepping ~*~*~tactically~*~*~ (outnumbered).
 26024 | D:7      | 26024 ||| Stepping ~*~*~tactically~*~*~ (outnumbered).
 26026 | D:7      | 26026 ||| Stepping ~*~*~tactically~*~*~ (outnumbered).
 26028 | D:7      | 26028 ||| Stepping ~*~*~tactically~*~*~ (outnumbered).
 26030 | D:7      | 26030 ||| Stepping ~*~*~tactically~*~*~ (outnumbered).
 26032 | D:7      | 26032 ||| Stepping ~*~*~tactically~*~*~ (outnumbered).
 26034 | D:7      | 26034 ||| Stepping ~*~*~tactically~*~*~ (outnumbered).
 26036 | D:7      | 26036 ||| Stepping ~*~*~tactically~*~*~ (outnumbered).
 26038 | D:7      | 26038 ||| Stepping ~*~*~tactically~*~*~ (outnumbered).
 26040 | D:7      | 26040 ||| Stepping ~*~*~tactically~*~*~ (outnumbered).
 26042 | D:7      | 26042 ||| Stepping ~*~*~tactically~*~*~ (outnumbered).
 26044 | D:7      | 26044 ||| Stepping ~*~*~tactically~*~*~ (outnumbered).
 26046 | D:7      | 26046 ||| Stepping ~*~*~tactically~*~*~ (outnumbered).
 26048 | D:7      | 26048 ||| Stepping ~*~*~tactically~*~*~ (outnumbered).
 26050 | D:7      | 26050 ||| Stepping ~*~*~tactically~*~*~ (outnumbered).
 26052 | D:7      | 26052 ||| Stepping ~*~*~tactically~*~*~ (outnumbered).
 26054 | D:7      | 26054 ||| Stepping ~*~*~tactically~*~*~ (outnumbered).
 26056 | D:7      | 26056 ||| Stepping ~*~*~tactically~*~*~ (outnumbered).
 26058 | D:7      | 26058 ||| Stepping ~*~*~tactically~*~*~ (outnumbered).
 26060 | D:7      | 26060 ||| Stepping ~*~*~tactically~*~*~ (outnumbered).
 26062 | D:7      | 26062 ||| Stepping ~*~*~tactically~*~*~ (outnumbered).
 26064 | D:7      | 26064 ||| Stepping ~*~*~tactically~*~*~ (outnumbered).
 26066 | D:7      | 26066 ||| Stepping ~*~*~tactically~*~*~ (outnumbered).
 26068 | D:7      | 26068 ||| Stepping ~*~*~tactically~*~*~ (outnumbered).
 26070 | D:7      | 26070 ||| Stepping ~*~*~tactically~*~*~ (outnumbered).
 26072 | D:7      | 26072 ||| Stepping ~*~*~tactically~*~*~ (outnumbered).
 26074 | D:7      | 26074 ||| Stepping ~*~*~tactically~*~*~ (outnumbered).
 26076 | D:7      | 26076 ||| Stepping ~*~*~tactically~*~*~ (outnumbered).
 26078 | D:7      | 26078 ||| Stepping ~*~*~tactically~*~*~ (outnumbered).
 26080 | D:7      | 26080 ||| Stepping ~*~*~tactically~*~*~ (outnumbered).
 26082 | D:7      | 26082 ||| Stepping ~*~*~tactically~*~*~ (outnumbered).
 26084 | D:7      | 26084 ||| Stepping ~*~*~tactically~*~*~ (outnumbered).
 26086 | D:7      | 26086 ||| Stepping ~*~*~tactically~*~*~ (outnumbered).
 26088 | D:7      | 26088 ||| Stepping ~*~*~tactically~*~*~ (outnumbered).
 26090 | D:7      | 26090 ||| Stepping ~*~*~tactically~*~*~ (outnumbered).
 26092 | D:7      | 26092 ||| Stepping ~*~*~tactically~*~*~ (outnumbered).
 26094 | D:7      | 26094 ||| Stepping ~*~*~tactically~*~*~ (outnumbered).
 26096 | D:7      | 26096 ||| Stepping ~*~*~tactically~*~*~ (outnumbered).
 26098 | D:7      | 26098 ||| Stepping ~*~*~tactically~*~*~ (outnumbered).
 26100 | D:7      | 26100 ||| Stepping ~*~*~tactically~*~*~ (outnumbered).
 26102 | D:7      | 26102 ||| Stepping ~*~*~tactically~*~*~ (outnumbered).
 26104 | D:7      | 26104 ||| Stepping ~*~*~tactically~*~*~ (outnumbered).
 26106 | D:7      | 26106 ||| Stepping ~*~*~tactically~*~*~ (outnumbered).
 26108 | D:7      | 26108 ||| Stepping ~*~*~tactically~*~*~ (outnumbered).
 26110 | D:7      | 26110 ||| Stepping ~*~*~tactically~*~*~ (outnumbered).
 26112 | D:7      | 26112 ||| Stepping ~*~*~tactically~*~*~ (outnumbered).
 26114 | D:7      | 26114 ||| Stepping ~*~*~tactically~*~*~ (outnumbered).
 26116 | D:7      | 26116 ||| Stepping ~*~*~tactically~*~*~ (outnumbered).
 26118 | D:7      | 26118 ||| Stepping ~*~*~tactically~*~*~ (outnumbered).
 26120 | D:7      | 26120 ||| Stepping ~*~*~tactically~*~*~ (outnumbered).
 26122 | D:7      | 26122 ||| Stepping ~*~*~tactically~*~*~ (outnumbered).
 26124 | D:7      | 26124 ||| Stepping ~*~*~tactically~*~*~ (outnumbered).
 26126 | D:7      | 26126 ||| Stepping ~*~*~tactically~*~*~ (outnumbered).
 26128 | D:7      | 26128 ||| Stepping ~*~*~tactically~*~*~ (outnumbered).
 26130 | D:7      | 26130 ||| Stepping ~*~*~tactically~*~*~ (outnumbered).
 26132 | D:7      | 26132 ||| Stepping ~*~*~tactically~*~*~ (outnumbered).
 26134 | D:7      | 26134 ||| Stepping ~*~*~tactically~*~*~ (outnumbered).
 26136 | D:7      | 26136 ||| Stepping ~*~*~tactically~*~*~ (outnumbered).
 26138 | D:7      | 26138 ||| Stepping ~*~*~tactically~*~*~ (outnumbered).
 26140 | D:7      | 26140 ||| Stepping ~*~*~tactically~*~*~ (outnumbered).
 26142 | D:7      | 26142 ||| Stepping ~*~*~tactically~*~*~ (outnumbered).
 26144 | D:7      | 26144 ||| Stepping ~*~*~tactically~*~*~ (outnumbered).
 26146 | D:7      | 26146 ||| Stepping ~*~*~tactically~*~*~ (outnumbered).
 26148 | D:7      | 26148 ||| Stepping ~*~*~tactically~*~*~ (outnumbered).
 26150 | D:7      | 26150 ||| Stepping ~*~*~tactically~*~*~ (outnumbered).
 26152 | D:7      | 26152 ||| Stepping ~*~*~tactically~*~*~ (outnumbered).
 26154 | D:7      | 26154 ||| Stepping ~*~*~tactically~*~*~ (outnumbered).
 26156 | D:7      | 26156 ||| Stepping ~*~*~tactically~*~*~ (outnumbered).
 26158 | D:7      | 26158 ||| Stepping ~*~*~tactically~*~*~ (outnumbered).
 26160 | D:7      | 26160 ||| Stepping ~*~*~tactically~*~*~ (outnumbered).
 26162 | D:7      | 26162 ||| Stepping ~*~*~tactically~*~*~ (outnumbered).
 26164 | D:7      | 26164 ||| Stepping ~*~*~tactically~*~*~ (outnumbered).
 26166 | D:7      | 26166 ||| Stepping ~*~*~tactically~*~*~ (outnumbered).
 26168 | D:7      | 26168 ||| Stepping ~*~*~tactically~*~*~ (outnumbered).
 26170 | D:7      | 26170 ||| Stepping ~*~*~tactically~*~*~ (outnumbered).
 26172 | D:7      | 26172 ||| Stepping ~*~*~tactically~*~*~ (outnumbered).
 26174 | D:7      | 26174 ||| Stepping ~*~*~tactically~*~*~ (outnumbered).
 26176 | D:7      | 26176 ||| Stepping ~*~*~tactically~*~*~ (outnumbered).
 26178 | D:7      | 26178 ||| Stepping ~*~*~tactically~*~*~ (outnumbered).
 26180 | D:7      | 26180 ||| Stepping ~*~*~tactically~*~*~ (outnumbered).
 26182 | D:7      | 26182 ||| Stepping ~*~*~tactically~*~*~ (outnumbered).
 26184 | D:7      | 26184 ||| Stepping ~*~*~tactically~*~*~ (outnumbered).
 26186 | D:7      | 26186 ||| Stepping ~*~*~tactically~*~*~ (outnumbered).
 26188 | D:7      | 26188 ||| Stepping ~*~*~tactically~*~*~ (outnumbered).
 26190 | D:7      | 26190 ||| Stepping ~*~*~tactically~*~*~ (outnumbered).
 26192 | D:7      | 26192 ||| Stepping ~*~*~tactically~*~*~ (outnumbered).
 26194 | D:7      | 26194 ||| Stepping ~*~*~tactically~*~*~ (outnumbered).
 26196 | D:7      | 26196 ||| Stepping ~*~*~tactically~*~*~ (outnumbered).
 26198 | D:7      | 26198 ||| Stepping ~*~*~tactically~*~*~ (outnumbered).
 26200 | D:7      | 26200 ||| Stepping ~*~*~tactically~*~*~ (outnumbered).
 26202 | D:7      | 26202 ||| Stepping ~*~*~tactically~*~*~ (outnumbered).
 26204 | D:7      | 26204 ||| Stepping ~*~*~tactically~*~*~ (outnumbered).
 26206 | D:7      | 26206 ||| Stepping ~*~*~tactically~*~*~ (outnumbered).
 26208 | D:7      | 26208 ||| Stepping ~*~*~tactically~*~*~ (outnumbered).
 26210 | D:7      | 26210 ||| Stepping ~*~*~tactically~*~*~ (outnumbered).
 26212 | D:7      | 26212 ||| Stepping ~*~*~tactically~*~*~ (outnumbered).
 26214 | D:7      | 26214 ||| Stepping ~*~*~tactically~*~*~ (outnumbered).
 26216 | D:7      | 26216 ||| Stepping ~*~*~tactically~*~*~ (outnumbered).
 26218 | D:7      | 26218 ||| Stepping ~*~*~tactically~*~*~ (outnumbered).
 26220 | D:7      | 26220 ||| Stepping ~*~*~tactically~*~*~ (outnumbered).
 26222 | D:7      | 26222 ||| Stepping ~*~*~tactically~*~*~ (outnumbered).
 26224 | D:7      | 26224 ||| Stepping ~*~*~tactically~*~*~ (outnumbered).
 26226 | D:7      | 26226 ||| Stepping ~*~*~tactically~*~*~ (outnumbered).
 26228 | D:7      | 26228 ||| Stepping ~*~*~tactically~*~*~ (outnumbered).
 26230 | D:7      | 26230 ||| Stepping ~*~*~tactically~*~*~ (outnumbered).
 26232 | D:7      | 26232 ||| Stepping ~*~*~tactically~*~*~ (outnumbered).
 26234 | D:7      | 26234 ||| Stepping ~*~*~tactically~*~*~ (outnumbered).
 26236 | D:7      | 26236 ||| Stepping ~*~*~tactically~*~*~ (outnumbered).
 26238 | D:7      | 26238 ||| Stepping ~*~*~tactically~*~*~ (outnumbered).
 26240 | D:7      | 26240 ||| Stepping ~*~*~tactically~*~*~ (outnumbered).
 26242 | D:7      | 26242 ||| Stepping ~*~*~tactically~*~*~ (outnumbered).
 26244 | D:7      | 26244 ||| Stepping ~*~*~tactically~*~*~ (outnumbered).
 26246 | D:7      | 26246 ||| Stepping ~*~*~tactically~*~*~ (outnumbered).
 26248 | D:7      | 26248 ||| Stepping ~*~*~tactically~*~*~ (outnumbered).
 26250 | D:7      | 26250 ||| Stepping ~*~*~tactically~*~*~ (outnumbered).
 26252 | D:7      | 26252 ||| Stepping ~*~*~tactically~*~*~ (outnumbered).
 26254 | D:7      | 26254 ||| Stepping ~*~*~tactically~*~*~ (outnumbered).
 26256 | D:7      | 26256 ||| Stepping ~*~*~tactically~*~*~ (outnumbered).
 26258 | D:7      | 26258 ||| Stepping ~*~*~tactically~*~*~ (outnumbered).
 26260 | D:7      | 26260 ||| Stepping ~*~*~tactically~*~*~ (outnumbered).
 26262 | D:7      | 26262 ||| Stepping ~*~*~tactically~*~*~ (outnumbered).
 26264 | D:7      | 26264 ||| Stepping ~*~*~tactically~*~*~ (outnumbered).
 26266 | D:7      | 26266 ||| Stepping ~*~*~tactically~*~*~ (outnumbered).
 26268 | D:7      | 26268 ||| Stepping ~*~*~tactically~*~*~ (outnumbered).
 26270 | D:7      | 26270 ||| Stepping ~*~*~tactically~*~*~ (outnumbered).
 26272 | D:7      | 26272 ||| Stepping ~*~*~tactically~*~*~ (outnumbered).
 26274 | D:7      | 26274 ||| Stepping ~*~*~tactically~*~*~ (outnumbered).
 26276 | D:7      | 26276 ||| Stepping ~*~*~tactically~*~*~ (outnumbered).
 26278 | D:7      | 26278 ||| Stepping ~*~*~tactically~*~*~ (outnumbered).
 26280 | D:7      | 26280 ||| Stepping ~*~*~tactically~*~*~ (outnumbered).
 26282 | D:7      | 26282 ||| Stepping ~*~*~tactically~*~*~ (outnumbered).
 26284 | D:7      | 26284 ||| Stepping ~*~*~tactically~*~*~ (outnumbered).
 26286 | D:7      | 26286 ||| Stepping ~*~*~tactically~*~*~ (outnumbered).
 26288 | D:7      | 26288 ||| Stepping ~*~*~tactically~*~*~ (outnumbered).
 26290 | D:7      | 26290 ||| Stepping ~*~*~tactically~*~*~ (outnumbered).
 26292 | D:7      | 26292 ||| Stepping ~*~*~tactically~*~*~ (outnumbered).
 26294 | D:7      | 26294 ||| Stepping ~*~*~tactically~*~*~ (outnumbered).
 26296 | D:7      | 26296 ||| Stepping ~*~*~tactically~*~*~ (outnumbered).
 26298 | D:7      | 26298 ||| Stepping ~*~*~tactically~*~*~ (outnumbered).
 26300 | D:7      | 26300 ||| Stepping ~*~*~tactically~*~*~ (outnumbered).
 26302 | D:7      | 26302 ||| Stepping ~*~*~tactically~*~*~ (outnumbered).
 26304 | D:7      | 26304 ||| Stepping ~*~*~tactically~*~*~ (outnumbered).
 26306 | D:7      | 26306 ||| Stepping ~*~*~tactically~*~*~ (outnumbered).
 26308 | D:7      | 26308 ||| Stepping ~*~*~tactically~*~*~ (outnumbered).
 26310 | D:7      | 26310 ||| Stepping ~*~*~tactically~*~*~ (outnumbered).
 26312 | D:7      | 26312 ||| Stepping ~*~*~tactically~*~*~ (outnumbered).
 26314 | D:7      | 26314 ||| Stepping ~*~*~tactically~*~*~ (outnumbered).
 26316 | D:7      | 26316 ||| Stepping ~*~*~tactically~*~*~ (outnumbered).
 26318 | D:7      | 26318 ||| Stepping ~*~*~tactically~*~*~ (outnumbered).
 26320 | D:7      | 26320 ||| Stepping ~*~*~tactically~*~*~ (outnumbered).
 26322 | D:7      | 26322 ||| Stepping ~*~*~tactically~*~*~ (outnumbered).
 26324 | D:7      | 26324 ||| Stepping ~*~*~tactically~*~*~ (outnumbered).
 26326 | D:7      | 26326 ||| Stepping ~*~*~tactically~*~*~ (outnumbered).
 26328 | D:7      | 26328 ||| Stepping ~*~*~tactically~*~*~ (outnumbered).
 26330 | D:7      | 26330 ||| Stepping ~*~*~tactically~*~*~ (outnumbered).
 26332 | D:7      | 26332 ||| Stepping ~*~*~tactically~*~*~ (outnumbered).
 26334 | D:7      | 26334 ||| Stepping ~*~*~tactically~*~*~ (outnumbered).
 26336 | D:7      | 26336 ||| Stepping ~*~*~tactically~*~*~ (outnumbered).
 26338 | D:7      | 26338 ||| Stepping ~*~*~tactically~*~*~ (outnumbered).
 26340 | D:7      | 26340 ||| Stepping ~*~*~tactically~*~*~ (outnumbered).
 26342 | D:7      | 26342 ||| Stepping ~*~*~tactically~*~*~ (outnumbered).
 26344 | D:7      | 26344 ||| Stepping ~*~*~tactically~*~*~ (outnumbered).
 26346 | D:7      | 26346 ||| Stepping ~*~*~tactically~*~*~ (outnumbered).
 26348 | D:7      | 26348 ||| Stepping ~*~*~tactically~*~*~ (outnumbered).
 26350 | D:7      | 26350 ||| Stepping ~*~*~tactically~*~*~ (outnumbered).
 26352 | D:7      | 26352 ||| Stepping ~*~*~tactically~*~*~ (outnumbered).
 26354 | D:7      | 26354 ||| Stepping ~*~*~tactically~*~*~ (outnumbered).
 26356 | D:7      | 26356 ||| Stepping ~*~*~tactically~*~*~ (outnumbered).
 26358 | D:7      | 26358 ||| Stepping ~*~*~tactically~*~*~ (outnumbered).
 26360 | D:7      | 26360 ||| Stepping ~*~*~tactically~*~*~ (outnumbered).
 26362 | D:7      | 26362 ||| Stepping ~*~*~tactically~*~*~ (outnumbered).
 26364 | D:7      | 26364 ||| Stepping ~*~*~tactically~*~*~ (outnumbered).
 26366 | D:7      | 26366 ||| Stepping ~*~*~tactically~*~*~ (outnumbered).
 26368 | D:7      | 26368 ||| Stepping ~*~*~tactically~*~*~ (outnumbered).
 26370 | D:7      | 26370 ||| Stepping ~*~*~tactically~*~*~ (outnumbered).
 26372 | D:7      | 26372 ||| Stepping ~*~*~tactically~*~*~ (outnumbered).
 26374 | D:7      | 26374 ||| Stepping ~*~*~tactically~*~*~ (outnumbered).
 26376 | D:7      | 26376 ||| Stepping ~*~*~tactically~*~*~ (outnumbered).
 26378 | D:7      | 26378 ||| Stepping ~*~*~tactically~*~*~ (outnumbered).
 26380 | D:7      | 26380 ||| Stepping ~*~*~tactically~*~*~ (outnumbered).
 26382 | D:7      | 26382 ||| Stepping ~*~*~tactically~*~*~ (outnumbered).
 26384 | D:7      | 26384 ||| Stepping ~*~*~tactically~*~*~ (outnumbered).
 26386 | D:7      | 26386 ||| Stepping ~*~*~tactically~*~*~ (outnumbered).
 26388 | D:7      | 26388 ||| Stepping ~*~*~tactically~*~*~ (outnumbered).
 26390 | D:7      | 26390 ||| Stepping ~*~*~tactically~*~*~ (outnumbered).
 26392 | D:7      | 26392 ||| Stepping ~*~*~tactically~*~*~ (outnumbered).
 26394 | D:7      | 26394 ||| Stepping ~*~*~tactically~*~*~ (outnumbered).
 26396 | D:7      | 26396 ||| Stepping ~*~*~tactically~*~*~ (outnumbered).
 26398 | D:7      | 26398 ||| Stepping ~*~*~tactically~*~*~ (outnumbered).
 26400 | D:7      | 26400 ||| Stepping ~*~*~tactically~*~*~ (outnumbered).
 26402 | D:7      | 26402 ||| Stepping ~*~*~tactically~*~*~ (outnumbered).
 26404 | D:7      | 26404 ||| Stepping ~*~*~tactically~*~*~ (outnumbered).
 26406 | D:7      | 26406 ||| Stepping ~*~*~tactically~*~*~ (outnumbered).
 26408 | D:7      | 26408 ||| Stepping ~*~*~tactically~*~*~ (outnumbered).
 26410 | D:7      | 26410 ||| Stepping ~*~*~tactically~*~*~ (outnumbered).
 26412 | D:7      | 26412 ||| Stepping ~*~*~tactically~*~*~ (outnumbered).
 26414 | D:7      | 26414 ||| Stepping ~*~*~tactically~*~*~ (outnumbered).
 26416 | D:7      | 26416 ||| Stepping ~*~*~tactically~*~*~ (outnumbered).
 26418 | D:7      | 26418 ||| Stepping ~*~*~tactically~*~*~ (outnumbered).
 26420 | D:7      | 26420 ||| Stepping ~*~*~tactically~*~*~ (outnumbered).
 26422 | D:7      | 26422 ||| Stepping ~*~*~tactically~*~*~ (outnumbered).
 26424 | D:7      | 26424 ||| Stepping ~*~*~tactically~*~*~ (outnumbered).
 26426 | D:7      | 26426 ||| Stepping ~*~*~tactically~*~*~ (outnumbered).
 26428 | D:7      | 26428 ||| Stepping ~*~*~tactically~*~*~ (outnumbered).
 26430 | D:7      | 26430 ||| Stepping ~*~*~tactically~*~*~ (outnumbered).
 26432 | D:7      | 26432 ||| Stepping ~*~*~tactically~*~*~ (outnumbered).
 26434 | D:7      | 26434 ||| Stepping ~*~*~tactically~*~*~ (outnumbered).
 26436 | D:7      | 26436 ||| Stepping ~*~*~tactically~*~*~ (outnumbered).
 26438 | D:7      | 26438 ||| Stepping ~*~*~tactically~*~*~ (outnumbered).
 26440 | D:7      | 26440 ||| Stepping ~*~*~tactically~*~*~ (outnumbered).
 26442 | D:7      | 26442 ||| Stepping ~*~*~tactically~*~*~ (outnumbered).
 26444 | D:7      | 26444 ||| Stepping ~*~*~tactically~*~*~ (outnumbered).
 26446 | D:7      | 26446 ||| Stepping ~*~*~tactically~*~*~ (outnumbered).
 26448 | D:7      | 26448 ||| Stepping ~*~*~tactically~*~*~ (outnumbered).
 26450 | D:7      | 26450 ||| Stepping ~*~*~tactically~*~*~ (outnumbered).
 26452 | D:7      | 26452 ||| Stepping ~*~*~tactically~*~*~ (outnumbered).
 26454 | D:7      | 26454 ||| Stepping ~*~*~tactically~*~*~ (outnumbered).
 26456 | D:7      | 26456 ||| Stepping ~*~*~tactically~*~*~ (outnumbered).
 26458 | D:7      | 26458 ||| Stepping ~*~*~tactically~*~*~ (outnumbered).
 26460 | D:7      | 26460 ||| Stepping ~*~*~tactically~*~*~ (outnumbered).
 26462 | D:7      | 26462 ||| Stepping ~*~*~tactically~*~*~ (outnumbered).
 26464 | D:7      | 26464 ||| Stepping ~*~*~tactically~*~*~ (outnumbered).
 26466 | D:7      | 26466 ||| Stepping ~*~*~tactically~*~*~ (outnumbered).
 26468 | D:7      | 26468 ||| Stepping ~*~*~tactically~*~*~ (outnumbered).
 26470 | D:7      | 26470 ||| Stepping ~*~*~tactically~*~*~ (outnumbered).
 26472 | D:7      | 26472 ||| Stepping ~*~*~tactically~*~*~ (outnumbered).
 26474 | D:7      | 26474 ||| Stepping ~*~*~tactically~*~*~ (outnumbered).
 26476 | D:7      | 26476 ||| Stepping ~*~*~tactically~*~*~ (outnumbered).
 26478 | D:7      | 26478 ||| Stepping ~*~*~tactically~*~*~ (outnumbered).
 26480 | D:7      | 26480 ||| Stepping ~*~*~tactically~*~*~ (outnumbered).
 26482 | D:7      | 26482 ||| Stepping ~*~*~tactically~*~*~ (outnumbered).
 26484 | D:7      | 26484 ||| Stepping ~*~*~tactically~*~*~ (outnumbered).
 26486 | D:7      | 26486 ||| Stepping ~*~*~tactically~*~*~ (outnumbered).
 26488 | D:7      | 26488 ||| Stepping ~*~*~tactically~*~*~ (outnumbered).
 26490 | D:7      | 26490 ||| Stepping ~*~*~tactically~*~*~ (outnumbered).
 26492 | D:7      | 26492 ||| Stepping ~*~*~tactically~*~*~ (outnumbered).
 26494 | D:7      | 26494 ||| Stepping ~*~*~tactically~*~*~ (outnumbered).
 26496 | D:7      | 26496 ||| Stepping ~*~*~tactically~*~*~ (outnumbered).
 26498 | D:7      | 26498 ||| Stepping ~*~*~tactically~*~*~ (outnumbered).
 26500 | D:7      | 26500 ||| Stepping ~*~*~tactically~*~*~ (outnumbered).
 26502 | D:7      | 26502 ||| Stepping ~*~*~tactically~*~*~ (outnumbered).
 26504 | D:7      | 26504 ||| Stepping ~*~*~tactically~*~*~ (outnumbered).
 26506 | D:7      | 26506 ||| Stepping ~*~*~tactically~*~*~ (outnumbered).
 26508 | D:7      | 26508 ||| Stepping ~*~*~tactically~*~*~ (outnumbered).
 26510 | D:7      | 26510 ||| Stepping ~*~*~tactically~*~*~ (outnumbered).
 26512 | D:7      | 26512 ||| Stepping ~*~*~tactically~*~*~ (outnumbered).
 26514 | D:7      | 26514 ||| Stepping ~*~*~tactically~*~*~ (outnumbered).
 26516 | D:7      | 26516 ||| Stepping ~*~*~tactically~*~*~ (outnumbered).
 26518 | D:7      | 26518 ||| Stepping ~*~*~tactically~*~*~ (outnumbered).
 26520 | D:7      | 26520 ||| Stepping ~*~*~tactically~*~*~ (outnumbered).
 26522 | D:7      | 26522 ||| Stepping ~*~*~tactically~*~*~ (outnumbered).
 26524 | D:7      | 26524 ||| Stepping ~*~*~tactically~*~*~ (outnumbered).
 26526 | D:7      | 26526 ||| Stepping ~*~*~tactically~*~*~ (outnumbered).
 26528 | D:7      | 26528 ||| Stepping ~*~*~tactically~*~*~ (outnumbered).
 26530 | D:7      | 26530 ||| Stepping ~*~*~tactically~*~*~ (outnumbered).
 26532 | D:7      | 26532 ||| Stepping ~*~*~tactically~*~*~ (outnumbered).
 26534 | D:7      | 26534 ||| Stepping ~*~*~tactically~*~*~ (outnumbered).
 26536 | D:7      | 26536 ||| Stepping ~*~*~tactically~*~*~ (outnumbered).
 26538 | D:7      | 26538 ||| Stepping ~*~*~tactically~*~*~ (outnumbered).
 26540 | D:7      | 26540 ||| Stepping ~*~*~tactically~*~*~ (outnumbered).
 26542 | D:7      | 26542 ||| Stepping ~*~*~tactically~*~*~ (outnumbered).
 26544 | D:7      | 26544 ||| Stepping ~*~*~tactically~*~*~ (outnumbered).
 26546 | D:7      | 26546 ||| Stepping ~*~*~tactically~*~*~ (outnumbered).
 26548 | D:7      | 26548 ||| Stepping ~*~*~tactically~*~*~ (outnumbered).
 26550 | D:7      | 26550 ||| Stepping ~*~*~tactically~*~*~ (outnumbered).
 26552 | D:7      | 26552 ||| Stepping ~*~*~tactically~*~*~ (outnumbered).
 26554 | D:7      | 26554 ||| Stepping ~*~*~tactically~*~*~ (outnumbered).
 26556 | D:7      | 26556 ||| Stepping ~*~*~tactically~*~*~ (outnumbered).
 26558 | D:7      | 26558 ||| Stepping ~*~*~tactically~*~*~ (outnumbered).
 26560 | D:7      | 26560 ||| Stepping ~*~*~tactically~*~*~ (outnumbered).
 26562 | D:7      | 26562 ||| Stepping ~*~*~tactically~*~*~ (outnumbered).
 26564 | D:7      | 26564 ||| Stepping ~*~*~tactically~*~*~ (outnumbered).
 26566 | D:7      | 26566 ||| Stepping ~*~*~tactically~*~*~ (outnumbered).
 26568 | D:7      | 26568 ||| Stepping ~*~*~tactically~*~*~ (outnumbered).
 26570 | D:7      | 26570 ||| Stepping ~*~*~tactically~*~*~ (outnumbered).
 26572 | D:7      | 26572 ||| Stepping ~*~*~tactically~*~*~ (outnumbered).
 26574 | D:7      | 26574 ||| Stepping ~*~*~tactically~*~*~ (outnumbered).
 26576 | D:7      | 26576 ||| Stepping ~*~*~tactically~*~*~ (outnumbered).
 26578 | D:7      | 26578 ||| Stepping ~*~*~tactically~*~*~ (outnumbered).
 26580 | D:7      | 26580 ||| Stepping ~*~*~tactically~*~*~ (outnumbered).
 26582 | D:7      | 26582 ||| Stepping ~*~*~tactically~*~*~ (outnumbered).
 26584 | D:7      | 26584 ||| Stepping ~*~*~tactically~*~*~ (outnumbered).
 26586 | D:7      | 26586 ||| Stepping ~*~*~tactically~*~*~ (outnumbered).
 26588 | D:7      | 26588 ||| Stepping ~*~*~tactically~*~*~ (outnumbered).
 26590 | D:7      | 26590 ||| Stepping ~*~*~tactically~*~*~ (outnumbered).
 26592 | D:7      | 26592 ||| Stepping ~*~*~tactically~*~*~ (outnumbered).
 26594 | D:7      | 26594 ||| Stepping ~*~*~tactically~*~*~ (outnumbered).
 26596 | D:7      | 26596 ||| Stepping ~*~*~tactically~*~*~ (outnumbered).
 26598 | D:7      | 26598 ||| Stepping ~*~*~tactically~*~*~ (outnumbered).
 26600 | D:7      | 26600 ||| Stepping ~*~*~tactically~*~*~ (outnumbered).
 26602 | D:7      | 26602 ||| Stepping ~*~*~tactically~*~*~ (outnumbered).
 26604 | D:7      | 26604 ||| Stepping ~*~*~tactically~*~*~ (outnumbered).
 26606 | D:7      | 26606 ||| Stepping ~*~*~tactically~*~*~ (outnumbered).
 26608 | D:7      | 26608 ||| Stepping ~*~*~tactically~*~*~ (outnumbered).
 26610 | D:7      | 26610 ||| Stepping ~*~*~tactically~*~*~ (outnumbered).
 26612 | D:7      | 26612 ||| Stepping ~*~*~tactically~*~*~ (outnumbered).
 26614 | D:7      | 26614 ||| Stepping ~*~*~tactically~*~*~ (outnumbered).
 26616 | D:7      | 26616 ||| Stepping ~*~*~tactically~*~*~ (outnumbered).
 26618 | D:7      | 26618 ||| Stepping ~*~*~tactically~*~*~ (outnumbered).
 26620 | D:7      | 26620 ||| Stepping ~*~*~tactically~*~*~ (outnumbered).
 26622 | D:7      | 26622 ||| Stepping ~*~*~tactically~*~*~ (outnumbered).
 26624 | D:7      | 26624 ||| Stepping ~*~*~tactically~*~*~ (outnumbered).
 26626 | D:7      | 26626 ||| Stepping ~*~*~tactically~*~*~ (outnumbered).
 26628 | D:7      | 26628 ||| Stepping ~*~*~tactically~*~*~ (outnumbered).
 26630 | D:7      | 26630 ||| Stepping ~*~*~tactically~*~*~ (outnumbered).
 26632 | D:7      | 26632 ||| Stepping ~*~*~tactically~*~*~ (outnumbered).
 26634 | D:7      | 26634 ||| Stepping ~*~*~tactically~*~*~ (outnumbered).
 26636 | D:7      | 26636 ||| Stepping ~*~*~tactically~*~*~ (outnumbered).
 26638 | D:7      | 26638 ||| Stepping ~*~*~tactically~*~*~ (outnumbered).
 26640 | D:7      | 26640 ||| Stepping ~*~*~tactically~*~*~ (outnumbered).
 26642 | D:7      | 26642 ||| Stepping ~*~*~tactically~*~*~ (outnumbered).
 26644 | D:7      | 26644 ||| Stepping ~*~*~tactically~*~*~ (outnumbered).
 26646 | D:7      | 26646 ||| Stepping ~*~*~tactically~*~*~ (outnumbered).
 26648 | D:7      | 26648 ||| Stepping ~*~*~tactically~*~*~ (outnumbered).
 26650 | D:7      | 26650 ||| Stepping ~*~*~tactically~*~*~ (outnumbered).
 26652 | D:7      | 26652 ||| Stepping ~*~*~tactically~*~*~ (outnumbered).
 26654 | D:7      | 26654 ||| Stepping ~*~*~tactically~*~*~ (outnumbered).
 26656 | D:7      | 26656 ||| Stepping ~*~*~tactically~*~*~ (outnumbered).
 26658 | D:7      | 26658 ||| Stepping ~*~*~tactically~*~*~ (outnumbered).
 26660 | D:7      | 26660 ||| Stepping ~*~*~tactically~*~*~ (outnumbered).
 26662 | D:7      | 26662 ||| Stepping ~*~*~tactically~*~*~ (outnumbered).
 26664 | D:7      | 26664 ||| Stepping ~*~*~tactically~*~*~ (outnumbered).
 26666 | D:7      | 26666 ||| Stepping ~*~*~tactically~*~*~ (outnumbered).
 26668 | D:7      | 26668 ||| Stepping ~*~*~tactically~*~*~ (outnumbered).
 26670 | D:7      | 26670 ||| Stepping ~*~*~tactically~*~*~ (outnumbered).
 26672 | D:7      | 26672 ||| Stepping ~*~*~tactically~*~*~ (outnumbered).
 26674 | D:7      | 26674 ||| Stepping ~*~*~tactically~*~*~ (outnumbered).
 26676 | D:7      | 26676 ||| Stepping ~*~*~tactically~*~*~ (outnumbered).
 26678 | D:7      | 26678 ||| Stepping ~*~*~tactically~*~*~ (outnumbered).
 26680 | D:7      | 26680 ||| Stepping ~*~*~tactically~*~*~ (outnumbered).
 26682 | D:7      | 26682 ||| Stepping ~*~*~tactically~*~*~ (outnumbered).
 26684 | D:7      | 26684 ||| Stepping ~*~*~tactically~*~*~ (outnumbered).
 26686 | D:7      | 26686 ||| Stepping ~*~*~tactically~*~*~ (outnumbered).
 26688 | D:7      | 26688 ||| Stepping ~*~*~tactically~*~*~ (outnumbered).
 26690 | D:7      | 26690 ||| Stepping ~*~*~tactically~*~*~ (outnumbered).
 26692 | D:7      | 26692 ||| Stepping ~*~*~tactically~*~*~ (outnumbered).
 26694 | D:7      | 26694 ||| Stepping ~*~*~tactically~*~*~ (outnumbered).
 26696 | D:7      | 26696 ||| Stepping ~*~*~tactically~*~*~ (outnumbered).
 26698 | D:7      | 26698 ||| Stepping ~*~*~tactically~*~*~ (outnumbered).
 26700 | D:7      | 26700 ||| Stepping ~*~*~tactically~*~*~ (outnumbered).
 26702 | D:7      | 26702 ||| Stepping ~*~*~tactically~*~*~ (outnumbered).
 26704 | D:7      | 26704 ||| Stepping ~*~*~tactically~*~*~ (outnumbered).
 26706 | D:7      | 26706 ||| Stepping ~*~*~tactically~*~*~ (outnumbered).
 26708 | D:7      | 26708 ||| Stepping ~*~*~tactically~*~*~ (outnumbered).
 26710 | D:7      | 26710 ||| Stepping ~*~*~tactically~*~*~ (outnumbered).
 26712 | D:7      | 26712 ||| Stepping ~*~*~tactically~*~*~ (outnumbered).
 26714 | D:7      | 26714 ||| Stepping ~*~*~tactically~*~*~ (outnumbered).
 26716 | D:7      | 26716 ||| Stepping ~*~*~tactically~*~*~ (outnumbered).
 26718 | D:7      | 26718 ||| Stepping ~*~*~tactically~*~*~ (outnumbered).
 26720 | D:7      | 26720 ||| Stepping ~*~*~tactically~*~*~ (outnumbered).
 26722 | D:7      | 26722 ||| Stepping ~*~*~tactically~*~*~ (outnumbered).
 26724 | D:7      | 26724 ||| Stepping ~*~*~tactically~*~*~ (outnumbered).
 26726 | D:7      | 26726 ||| Stepping ~*~*~tactically~*~*~ (outnumbered).
 26728 | D:7      | 26728 ||| Stepping ~*~*~tactically~*~*~ (outnumbered).
 26730 | D:7      | 26730 ||| Stepping ~*~*~tactically~*~*~ (outnumbered).
 26732 | D:7      | 26732 ||| Stepping ~*~*~tactically~*~*~ (outnumbered).
 26734 | D:7      | 26734 ||| Stepping ~*~*~tactically~*~*~ (outnumbered).
 26736 | D:7      | 26736 ||| Stepping ~*~*~tactically~*~*~ (outnumbered).
 26738 | D:7      | 26738 ||| Stepping ~*~*~tactically~*~*~ (outnumbered).
 26740 | D:7      | 26740 ||| Stepping ~*~*~tactically~*~*~ (outnumbered).
 26742 | D:7      | 26742 ||| Stepping ~*~*~tactically~*~*~ (outnumbered).
 26744 | D:7      | 26744 ||| Stepping ~*~*~tactically~*~*~ (outnumbered).
 26746 | D:7      | 26746 ||| Stepping ~*~*~tactically~*~*~ (outnumbered).
 26748 | D:7      | 26748 ||| Stepping ~*~*~tactically~*~*~ (outnumbered).
 26750 | D:7      | 26750 ||| Stepping ~*~*~tactically~*~*~ (outnumbered).
 26752 | D:7      | 26752 ||| Stepping ~*~*~tactically~*~*~ (outnumbered).
 26754 | D:7      | 26754 ||| Stepping ~*~*~tactically~*~*~ (outnumbered).
 26756 | D:7      | 26756 ||| Stepping ~*~*~tactically~*~*~ (outnumbered).
 26758 | D:7      | 26758 ||| Stepping ~*~*~tactically~*~*~ (outnumbered).
 26760 | D:7      | 26760 ||| Stepping ~*~*~tactically~*~*~ (outnumbered).
 26762 | D:7      | 26762 ||| Stepping ~*~*~tactically~*~*~ (outnumbered).
 26764 | D:7      | 26764 ||| Stepping ~*~*~tactically~*~*~ (outnumbered).
 26766 | D:7      | 26766 ||| Stepping ~*~*~tactically~*~*~ (outnumbered).
 26768 | D:7      | 26768 ||| Stepping ~*~*~tactically~*~*~ (outnumbered).
 26770 | D:7      | 26770 ||| Stepping ~*~*~tactically~*~*~ (outnumbered).
 26772 | D:7      | 26772 ||| Stepping ~*~*~tactically~*~*~ (outnumbered).
 26774 | D:7      | 26774 ||| Stepping ~*~*~tactically~*~*~ (outnumbered).
 26776 | D:7      | 26776 ||| Stepping ~*~*~tactically~*~*~ (outnumbered).
 26778 | D:7      | 26778 ||| Stepping ~*~*~tactically~*~*~ (outnumbered).
 26780 | D:7      | 26780 ||| Stepping ~*~*~tactically~*~*~ (outnumbered).
 26782 | D:7      | 26782 ||| Stepping ~*~*~tactically~*~*~ (outnumbered).
 26784 | D:7      | 26784 ||| Stepping ~*~*~tactically~*~*~ (outnumbered).
 26786 | D:7      | 26786 ||| Stepping ~*~*~tactically~*~*~ (outnumbered).
 26788 | D:7      | 26788 ||| Stepping ~*~*~tactically~*~*~ (outnumbered).
 26790 | D:7      | 26790 ||| Stepping ~*~*~tactically~*~*~ (outnumbered).
 26792 | D:7      | 26792 ||| Stepping ~*~*~tactically~*~*~ (outnumbered).
 26794 | D:7      | 26794 ||| Stepping ~*~*~tactically~*~*~ (outnumbered).
 26796 | D:7      | 26796 ||| Stepping ~*~*~tactically~*~*~ (outnumbered).
 26798 | D:7      | 26798 ||| Stepping ~*~*~tactically~*~*~ (outnumbered).
 26800 | D:7      | 26800 ||| Stepping ~*~*~tactically~*~*~ (outnumbered).
 26802 | D:7      | 26802 ||| Stepping ~*~*~tactically~*~*~ (outnumbered).
 26804 | D:7      | 26804 ||| Stepping ~*~*~tactically~*~*~ (outnumbered).
 26806 | D:7      | 26806 ||| Stepping ~*~*~tactically~*~*~ (outnumbered).
 26808 | D:7      | 26808 ||| Stepping ~*~*~tactically~*~*~ (outnumbered).
 26810 | D:7      | 26810 ||| Stepping ~*~*~tactically~*~*~ (outnumbered).
 26812 | D:7      | 26812 ||| Stepping ~*~*~tactically~*~*~ (outnumbered).
 26814 | D:7      | 26814 ||| Stepping ~*~*~tactically~*~*~ (outnumbered).
 26816 | D:7      | 26816 ||| Stepping ~*~*~tactically~*~*~ (outnumbered).
 26818 | D:7      | 26818 ||| Stepping ~*~*~tactically~*~*~ (outnumbered).
 26820 | D:7      | 26820 ||| Stepping ~*~*~tactically~*~*~ (outnumbered).
 26822 | D:7      | 26822 ||| Stepping ~*~*~tactically~*~*~ (outnumbered).
 26824 | D:7      | 26824 ||| Stepping ~*~*~tactically~*~*~ (outnumbered).
 26826 | D:7      | 26826 ||| Stepping ~*~*~tactically~*~*~ (outnumbered).
 26828 | D:7      | 26828 ||| Stepping ~*~*~tactically~*~*~ (outnumbered).
 26830 | D:7      | 26830 ||| Stepping ~*~*~tactically~*~*~ (outnumbered).
 26832 | D:7      | 26832 ||| Stepping ~*~*~tactically~*~*~ (outnumbered).
 26834 | D:7      | 26834 ||| Stepping ~*~*~tactically~*~*~ (outnumbered).
 26836 | D:7      | 26836 ||| Stepping ~*~*~tactically~*~*~ (outnumbered).
 26838 | D:7      | 26838 ||| Stepping ~*~*~tactically~*~*~ (outnumbered).
 26840 | D:7      | 26840 ||| Stepping ~*~*~tactically~*~*~ (outnumbered).
 26842 | D:7      | 26842 ||| Stepping ~*~*~tactically~*~*~ (outnumbered).
 26844 | D:7      | 26844 ||| Stepping ~*~*~tactically~*~*~ (outnumbered).
 26846 | D:7      | 26846 ||| Stepping ~*~*~tactically~*~*~ (outnumbered).
 26848 | D:7      | 26848 ||| Stepping ~*~*~tactically~*~*~ (outnumbered).
 26850 | D:7      | 26850 ||| Stepping ~*~*~tactically~*~*~ (outnumbered).
 26852 | D:7      | 26852 ||| Stepping ~*~*~tactically~*~*~ (outnumbered).
 26854 | D:7      | 26854 ||| Stepping ~*~*~tactically~*~*~ (outnumbered).
 26856 | D:7      | 26856 ||| Stepping ~*~*~tactically~*~*~ (outnumbered).
 26858 | D:7      | 26858 ||| Stepping ~*~*~tactically~*~*~ (outnumbered).
 26860 | D:7      | 26860 ||| Stepping ~*~*~tactically~*~*~ (outnumbered).
 26862 | D:7      | 26862 ||| Stepping ~*~*~tactically~*~*~ (outnumbered).
 26864 | D:7      | 26864 ||| Stepping ~*~*~tactically~*~*~ (outnumbered).
 26866 | D:7      | 26866 ||| Stepping ~*~*~tactically~*~*~ (outnumbered).
 26868 | D:7      | 26868 ||| Stepping ~*~*~tactically~*~*~ (outnumbered).
 26870 | D:7      | 26870 ||| Stepping ~*~*~tactically~*~*~ (outnumbered).
 26872 | D:7      | 26872 ||| Stepping ~*~*~tactically~*~*~ (outnumbered).
 26874 | D:7      | 26874 ||| Stepping ~*~*~tactically~*~*~ (outnumbered).
 26876 | D:7      | 26876 ||| Stepping ~*~*~tactically~*~*~ (outnumbered).
 26878 | D:7      | 26878 ||| Stepping ~*~*~tactically~*~*~ (outnumbered).
 26880 | D:7      | 26880 ||| Stepping ~*~*~tactically~*~*~ (outnumbered).
 26882 | D:7      | 26882 ||| Stepping ~*~*~tactically~*~*~ (outnumbered).
 26884 | D:7      | 26884 ||| Stepping ~*~*~tactically~*~*~ (outnumbered).
 26886 | D:7      | 26886 ||| Stepping ~*~*~tactically~*~*~ (outnumbered).
 26888 | D:7      | 26888 ||| Stepping ~*~*~tactically~*~*~ (outnumbered).
 26890 | D:7      | 26890 ||| Stepping ~*~*~tactically~*~*~ (outnumbered).
 26892 | D:7      | 26892 ||| Stepping ~*~*~tactically~*~*~ (outnumbered).
 26894 | D:7      | 26894 ||| Stepping ~*~*~tactically~*~*~ (outnumbered).
 26896 | D:7      | 26896 ||| Stepping ~*~*~tactically~*~*~ (outnumbered).
 26898 | D:7      | 26898 ||| Stepping ~*~*~tactically~*~*~ (outnumbered).
 26900 | D:7      | 26900 ||| Stepping ~*~*~tactically~*~*~ (outnumbered).
 26902 | D:7      | 26902 ||| Stepping ~*~*~tactically~*~*~ (outnumbered).
 26904 | D:7      | 26904 ||| Stepping ~*~*~tactically~*~*~ (outnumbered).
 26906 | D:7      | 26906 ||| Stepping ~*~*~tactically~*~*~ (outnumbered).
 26908 | D:7      | 26908 ||| Stepping ~*~*~tactically~*~*~ (outnumbered).
 26910 | D:7      | 26910 ||| Stepping ~*~*~tactically~*~*~ (outnumbered).
 26912 | D:7      | 26912 ||| Stepping ~*~*~tactically~*~*~ (outnumbered).
 26914 | D:7      | 26914 ||| Stepping ~*~*~tactically~*~*~ (outnumbered).
 26916 | D:7      | 26916 ||| Stepping ~*~*~tactically~*~*~ (outnumbered).
 26918 | D:7      | 26918 ||| Stepping ~*~*~tactically~*~*~ (outnumbered).
 26920 | D:7      | 26920 ||| Stepping ~*~*~tactically~*~*~ (outnumbered).
 26922 | D:7      | 26922 ||| Stepping ~*~*~tactically~*~*~ (outnumbered).
 26924 | D:7      | 26924 ||| Stepping ~*~*~tactically~*~*~ (outnumbered).
 26926 | D:7      | 26926 ||| Stepping ~*~*~tactically~*~*~ (outnumbered).
 26928 | D:7      | 26928 ||| Stepping ~*~*~tactically~*~*~ (outnumbered).
 26930 | D:7      | 26930 ||| Stepping ~*~*~tactically~*~*~ (outnumbered).
 26932 | D:7      | 26932 ||| Stepping ~*~*~tactically~*~*~ (outnumbered).
 26934 | D:7      | 26934 ||| Stepping ~*~*~tactically~*~*~ (outnumbered).
 26936 | D:7      | 26936 ||| Stepping ~*~*~tactically~*~*~ (outnumbered).
 26938 | D:7      | 26938 ||| Stepping ~*~*~tactically~*~*~ (outnumbered).
 26940 | D:7      | 26940 ||| Stepping ~*~*~tactically~*~*~ (outnumbered).
 26942 | D:7      | 26942 ||| Stepping ~*~*~tactically~*~*~ (outnumbered).
 26944 | D:7      | 26944 ||| Stepping ~*~*~tactically~*~*~ (outnumbered).
 26946 | D:7      | 26946 ||| Stepping ~*~*~tactically~*~*~ (outnumbered).
 26948 | D:7      | 26948 ||| Stepping ~*~*~tactically~*~*~ (outnumbered).
 26950 | D:7      | 26950 ||| Stepping ~*~*~tactically~*~*~ (outnumbered).
 26952 | D:7      | 26952 ||| Stepping ~*~*~tactically~*~*~ (outnumbered).
 26954 | D:7      | 26954 ||| Stepping ~*~*~tactically~*~*~ (outnumbered).
 26956 | D:7      | 26956 ||| Stepping ~*~*~tactically~*~*~ (outnumbered).
 26958 | D:7      | 26958 ||| Stepping ~*~*~tactically~*~*~ (outnumbered).
 26960 | D:7      | 26960 ||| Stepping ~*~*~tactically~*~*~ (outnumbered).
 26962 | D:7      | 26962 ||| Stepping ~*~*~tactically~*~*~ (outnumbered).
 26964 | D:7      | 26964 ||| Stepping ~*~*~tactically~*~*~ (outnumbered).
 26966 | D:7      | 26966 ||| Stepping ~*~*~tactically~*~*~ (outnumbered).
 26968 | D:7      | 26968 ||| Stepping ~*~*~tactically~*~*~ (outnumbered).
 26970 | D:7      | 26970 ||| Stepping ~*~*~tactically~*~*~ (outnumbered).
 26972 | D:7      | 26972 ||| Stepping ~*~*~tactically~*~*~ (outnumbered).
 26974 | D:7      | 26974 ||| Stepping ~*~*~tactically~*~*~ (outnumbered).
 26976 | D:7      | 26976 ||| Stepping ~*~*~tactically~*~*~ (outnumbered).
 26978 | D:7      | 26978 ||| Stepping ~*~*~tactically~*~*~ (outnumbered).
 26980 | D:7      | 26980 ||| Stepping ~*~*~tactically~*~*~ (outnumbered).
 26982 | D:7      | 26982 ||| Stepping ~*~*~tactically~*~*~ (outnumbered).
 26984 | D:7      | 26984 ||| Stepping ~*~*~tactically~*~*~ (outnumbered).
 26986 | D:7      | 26986 ||| Stepping ~*~*~tactically~*~*~ (outnumbered).
 26988 | D:7      | 26988 ||| Stepping ~*~*~tactically~*~*~ (outnumbered).
 26990 | D:7      | 26990 ||| Stepping ~*~*~tactically~*~*~ (outnumbered).
 26992 | D:7      | 26992 ||| Stepping ~*~*~tactically~*~*~ (outnumbered).
 26994 | D:7      | 26994 ||| Stepping ~*~*~tactically~*~*~ (outnumbered).
 26996 | D:7      | 26996 ||| Stepping ~*~*~tactically~*~*~ (outnumbered).
 26998 | D:7      | 26998 ||| Stepping ~*~*~tactically~*~*~ (outnumbered).
 27000 | D:7      | 27000 ||| Stepping ~*~*~tactically~*~*~ (outnumbered).
 27002 | D:7      | 27002 ||| Stepping ~*~*~tactically~*~*~ (outnumbered).
 27004 | D:7      | 27004 ||| Stepping ~*~*~tactically~*~*~ (outnumbered).
 27006 | D:7      | 27006 ||| Stepping ~*~*~tactically~*~*~ (outnumbered).
 27008 | D:7      | 27008 ||| Stepping ~*~*~tactically~*~*~ (outnumbered).
 27010 | D:7      | 27010 ||| Stepping ~*~*~tactically~*~*~ (outnumbered).
 27012 | D:7      | 27012 ||| Stepping ~*~*~tactically~*~*~ (outnumbered).
 27014 | D:7      | 27014 ||| Stepping ~*~*~tactically~*~*~ (outnumbered).
 27016 | D:7      | 27016 ||| Stepping ~*~*~tactically~*~*~ (outnumbered).
 27018 | D:7      | 27018 ||| Stepping ~*~*~tactically~*~*~ (outnumbered).
 27020 | D:7      | 27020 ||| Stepping ~*~*~tactically~*~*~ (outnumbered).
 27022 | D:7      | 27022 ||| Stepping ~*~*~tactically~*~*~ (outnumbered).
 27024 | D:7      | 27024 ||| Stepping ~*~*~tactically~*~*~ (outnumbered).
 27026 | D:7      | 27026 ||| Stepping ~*~*~tactically~*~*~ (outnumbered).
 27028 | D:7      | 27028 ||| Stepping ~*~*~tactically~*~*~ (outnumbered).
 27030 | D:7      | 27030 ||| Stepping ~*~*~tactically~*~*~ (outnumbered).
 27032 | D:7      | 27032 ||| Stepping ~*~*~tactically~*~*~ (outnumbered).
 27034 | D:7      | 27034 ||| Stepping ~*~*~tactically~*~*~ (outnumbered).
 27036 | D:7      | 27036 ||| Stepping ~*~*~tactically~*~*~ (outnumbered).
 27038 | D:7      | 27038 ||| Stepping ~*~*~tactically~*~*~ (outnumbered).
 27040 | D:7      | 27040 ||| Stepping ~*~*~tactically~*~*~ (outnumbered).
 27042 | D:7      | 27042 ||| Stepping ~*~*~tactically~*~*~ (outnumbered).
 27044 | D:7      | 27044 ||| Stepping ~*~*~tactically~*~*~ (outnumbered).
 27046 | D:7      | 27046 ||| Stepping ~*~*~tactically~*~*~ (outnumbered).
 27048 | D:7      | 27048 ||| Stepping ~*~*~tactically~*~*~ (outnumbered).
 27050 | D:7      | 27050 ||| Stepping ~*~*~tactically~*~*~ (outnumbered).
 27052 | D:7      | 27052 ||| Stepping ~*~*~tactically~*~*~ (outnumbered).
 27054 | D:7      | 27054 ||| Stepping ~*~*~tactically~*~*~ (outnumbered).
 27056 | D:7      | 27056 ||| Stepping ~*~*~tactically~*~*~ (outnumbered).
 27058 | D:7      | 27058 ||| Stepping ~*~*~tactically~*~*~ (outnumbered).
 27060 | D:7      | 27060 ||| Stepping ~*~*~tactically~*~*~ (outnumbered).
 27062 | D:7      | 27062 ||| Stepping ~*~*~tactically~*~*~ (outnumbered).
 27064 | D:7      | 27064 ||| Stepping ~*~*~tactically~*~*~ (outnumbered).
 27066 | D:7      | 27066 ||| Stepping ~*~*~tactically~*~*~ (outnumbered).
 27068 | D:7      | 27068 ||| Stepping ~*~*~tactically~*~*~ (outnumbered).
 27070 | D:7      | 27070 ||| Stepping ~*~*~tactically~*~*~ (outnumbered).
 27072 | D:7      | 27072 ||| Stepping ~*~*~tactically~*~*~ (outnumbered).
 27074 | D:7      | 27074 ||| Stepping ~*~*~tactically~*~*~ (outnumbered).
 27076 | D:7      | 27076 ||| Stepping ~*~*~tactically~*~*~ (outnumbered).
 27078 | D:7      | 27078 ||| Stepping ~*~*~tactically~*~*~ (outnumbered).
 27080 | D:7      | 27080 ||| Stepping ~*~*~tactically~*~*~ (outnumbered).
 27082 | D:7      | 27082 ||| Stepping ~*~*~tactically~*~*~ (outnumbered).
 27084 | D:7      | 27084 ||| Stepping ~*~*~tactically~*~*~ (outnumbered).
 27086 | D:7      | 27086 ||| Stepping ~*~*~tactically~*~*~ (outnumbered).
 27088 | D:7      | 27088 ||| Stepping ~*~*~tactically~*~*~ (outnumbered).
 27090 | D:7      | 27090 ||| Stepping ~*~*~tactically~*~*~ (outnumbered).
 27092 | D:7      | 27092 ||| Stepping ~*~*~tactically~*~*~ (outnumbered).
 27094 | D:7      | 27094 ||| Stepping ~*~*~tactically~*~*~ (outnumbered).
 27096 | D:7      | 27096 ||| Stepping ~*~*~tactically~*~*~ (outnumbered).
 27098 | D:7      | 27098 ||| Stepping ~*~*~tactically~*~*~ (outnumbered).
 27100 | D:7      | 27100 ||| Stepping ~*~*~tactically~*~*~ (outnumbered).
 27102 | D:7      | 27102 ||| Stepping ~*~*~tactically~*~*~ (outnumbered).
 27104 | D:7      | 27104 ||| Stepping ~*~*~tactically~*~*~ (outnumbered).
 27106 | D:7      | 27106 ||| Stepping ~*~*~tactically~*~*~ (outnumbered).
 27108 | D:7      | 27108 ||| Stepping ~*~*~tactically~*~*~ (outnumbered).
 27110 | D:7      | 27110 ||| Stepping ~*~*~tactically~*~*~ (outnumbered).
 27112 | D:7      | 27112 ||| Stepping ~*~*~tactically~*~*~ (outnumbered).
 27114 | D:7      | 27114 ||| Stepping ~*~*~tactically~*~*~ (outnumbered).
 27116 | D:7      | 27116 ||| Stepping ~*~*~tactically~*~*~ (outnumbered).
 27118 | D:7      | 27118 ||| Stepping ~*~*~tactically~*~*~ (outnumbered).
 27120 | D:7      | 27120 ||| Stepping ~*~*~tactically~*~*~ (outnumbered).
 27122 | D:7      | 27122 ||| Stepping ~*~*~tactically~*~*~ (outnumbered).
 27124 | D:7      | 27124 ||| Stepping ~*~*~tactically~*~*~ (outnumbered).
 27126 | D:7      | 27126 ||| Stepping ~*~*~tactically~*~*~ (outnumbered).
 27128 | D:7      | 27128 ||| Stepping ~*~*~tactically~*~*~ (outnumbered).
 27130 | D:7      | 27130 ||| Stepping ~*~*~tactically~*~*~ (outnumbered).
 27132 | D:7      | 27132 ||| Stepping ~*~*~tactically~*~*~ (outnumbered).
 27134 | D:7      | 27134 ||| Stepping ~*~*~tactically~*~*~ (outnumbered).
 27136 | D:7      | 27136 ||| Stepping ~*~*~tactically~*~*~ (outnumbered).
 27138 | D:7      | 27138 ||| Stepping ~*~*~tactically~*~*~ (outnumbered).
 27140 | D:7      | 27140 ||| Stepping ~*~*~tactically~*~*~ (outnumbered).
 27142 | D:7      | 27142 ||| Stepping ~*~*~tactically~*~*~ (outnumbered).
 27144 | D:7      | 27144 ||| Stepping ~*~*~tactically~*~*~ (outnumbered).
 27146 | D:7      | 27146 ||| Stepping ~*~*~tactically~*~*~ (outnumbered).
 27148 | D:7      | 27148 ||| Stepping ~*~*~tactically~*~*~ (outnumbered).
 27150 | D:7      | 27150 ||| Stepping ~*~*~tactically~*~*~ (outnumbered).
 27152 | D:7      | 27152 ||| Stepping ~*~*~tactically~*~*~ (outnumbered).
 27154 | D:7      | 27154 ||| Stepping ~*~*~tactically~*~*~ (outnumbered).
 27156 | D:7      | 27156 ||| Stepping ~*~*~tactically~*~*~ (outnumbered).
 27158 | D:7      | 27158 ||| Stepping ~*~*~tactically~*~*~ (outnumbered).
 27160 | D:7      | 27160 ||| Stepping ~*~*~tactically~*~*~ (outnumbered).
 27162 | D:7      | 27162 ||| Stepping ~*~*~tactically~*~*~ (outnumbered).
 27164 | D:7      | 27164 ||| Stepping ~*~*~tactically~*~*~ (outnumbered).
 27166 | D:7      | 27166 ||| Stepping ~*~*~tactically~*~*~ (outnumbered).
 27168 | D:7      | 27168 ||| Stepping ~*~*~tactically~*~*~ (outnumbered).
 27170 | D:7      | 27170 ||| Stepping ~*~*~tactically~*~*~ (outnumbered).
 27172 | D:7      | 27172 ||| Stepping ~*~*~tactically~*~*~ (outnumbered).
 27174 | D:7      | 27174 ||| Stepping ~*~*~tactically~*~*~ (outnumbered).
 27176 | D:7      | 27176 ||| Stepping ~*~*~tactically~*~*~ (outnumbered).
 27178 | D:7      | 27178 ||| Stepping ~*~*~tactically~*~*~ (outnumbered).
 27180 | D:7      | 27180 ||| Stepping ~*~*~tactically~*~*~ (outnumbered).
 27182 | D:7      | 27182 ||| Stepping ~*~*~tactically~*~*~ (outnumbered).
 27184 | D:7      | 27184 ||| Stepping ~*~*~tactically~*~*~ (outnumbered).
 27186 | D:7      | 27186 ||| Stepping ~*~*~tactically~*~*~ (outnumbered).
 27188 | D:7      | 27188 ||| Stepping ~*~*~tactically~*~*~ (outnumbered).
 27190 | D:7      | 27190 ||| Stepping ~*~*~tactically~*~*~ (outnumbered).
 27192 | D:7      | 27192 ||| Stepping ~*~*~tactically~*~*~ (outnumbered).
 27194 | D:7      | 27194 ||| Stepping ~*~*~tactically~*~*~ (outnumbered).
 27196 | D:7      | 27196 ||| Stepping ~*~*~tactically~*~*~ (outnumbered).
 27198 | D:7      | 27198 ||| Stepping ~*~*~tactically~*~*~ (outnumbered).
 27200 | D:7      | 27200 ||| Stepping ~*~*~tactically~*~*~ (outnumbered).
 27202 | D:7      | 27202 ||| Stepping ~*~*~tactically~*~*~ (outnumbered).
 27204 | D:7      | 27204 ||| Stepping ~*~*~tactically~*~*~ (outnumbered).
 27206 | D:7      | 27206 ||| Stepping ~*~*~tactically~*~*~ (outnumbered).
 27208 | D:7      | 27208 ||| Stepping ~*~*~tactically~*~*~ (outnumbered).
 27210 | D:7      | 27210 ||| Stepping ~*~*~tactically~*~*~ (outnumbered).
 27212 | D:7      | 27212 ||| Stepping ~*~*~tactically~*~*~ (outnumbered).
 27214 | D:7      | 27214 ||| Stepping ~*~*~tactically~*~*~ (outnumbered).
 27216 | D:7      | 27216 ||| Stepping ~*~*~tactically~*~*~ (outnumbered).
 27218 | D:7      | 27218 ||| Stepping ~*~*~tactically~*~*~ (outnumbered).
 27220 | D:7      | 27220 ||| Stepping ~*~*~tactically~*~*~ (outnumbered).
 27222 | D:7      | 27222 ||| Stepping ~*~*~tactically~*~*~ (outnumbered).
 27224 | D:7      | 27224 ||| Stepping ~*~*~tactically~*~*~ (outnumbered).
 27226 | D:7      | 27226 ||| Stepping ~*~*~tactically~*~*~ (outnumbered).
 27228 | D:7      | 27228 ||| Stepping ~*~*~tactically~*~*~ (outnumbered).
 27230 | D:7      | 27230 ||| Stepping ~*~*~tactically~*~*~ (outnumbered).
 27232 | D:7      | 27232 ||| Stepping ~*~*~tactically~*~*~ (outnumbered).
 27234 | D:7      | 27234 ||| Stepping ~*~*~tactically~*~*~ (outnumbered).
 27236 | D:7      | 27236 ||| Stepping ~*~*~tactically~*~*~ (outnumbered).
 27238 | D:7      | 27238 ||| Stepping ~*~*~tactically~*~*~ (outnumbered).
 27240 | D:7      | 27240 ||| Stepping ~*~*~tactically~*~*~ (outnumbered).
 27242 | D:7      | 27242 ||| Stepping ~*~*~tactically~*~*~ (outnumbered).
 27244 | D:7      | 27244 ||| Stepping ~*~*~tactically~*~*~ (outnumbered).
 27246 | D:7      | 27246 ||| Stepping ~*~*~tactically~*~*~ (outnumbered).
 27248 | D:7      | 27248 ||| Stepping ~*~*~tactically~*~*~ (outnumbered).
 27250 | D:7      | 27250 ||| Stepping ~*~*~tactically~*~*~ (outnumbered).
 27252 | D:7      | 27252 ||| Stepping ~*~*~tactically~*~*~ (outnumbered).
 27254 | D:7      | 27254 ||| Stepping ~*~*~tactically~*~*~ (outnumbered).
 27256 | D:7      | 27256 ||| Stepping ~*~*~tactically~*~*~ (outnumbered).
 27258 | D:7      | 27258 ||| Stepping ~*~*~tactically~*~*~ (outnumbered).
 27260 | D:7      | 27260 ||| Stepping ~*~*~tactically~*~*~ (outnumbered).
 27262 | D:7      | 27262 ||| Stepping ~*~*~tactically~*~*~ (outnumbered).
 27264 | D:7      | 27264 ||| Stepping ~*~*~tactically~*~*~ (outnumbered).
 27266 | D:7      | 27266 ||| Stepping ~*~*~tactically~*~*~ (outnumbered).
 27268 | D:7      | 27268 ||| Stepping ~*~*~tactically~*~*~ (outnumbered).
 27270 | D:7      | 27270 ||| Stepping ~*~*~tactically~*~*~ (outnumbered).
 27272 | D:7      | 27272 ||| Stepping ~*~*~tactically~*~*~ (outnumbered).
 27274 | D:7      | 27274 ||| Stepping ~*~*~tactically~*~*~ (outnumbered).
 27276 | D:7      | 27276 ||| Stepping ~*~*~tactically~*~*~ (outnumbered).
 27278 | D:7      | 27278 ||| Stepping ~*~*~tactically~*~*~ (outnumbered).
 27280 | D:7      | 27280 ||| Stepping ~*~*~tactically~*~*~ (outnumbered).
 27282 | D:7      | 27282 ||| Stepping ~*~*~tactically~*~*~ (outnumbered).
 27284 | D:7      | 27284 ||| Stepping ~*~*~tactically~*~*~ (outnumbered).
 27286 | D:7      | 27286 ||| Stepping ~*~*~tactically~*~*~ (outnumbered).
 27288 | D:7      | 27288 ||| Stepping ~*~*~tactically~*~*~ (outnumbered).
 27290 | D:7      | 27290 ||| Stepping ~*~*~tactically~*~*~ (outnumbered).
 27292 | D:7      | 27292 ||| Stepping ~*~*~tactically~*~*~ (outnumbered).
 27294 | D:7      | 27294 ||| Stepping ~*~*~tactically~*~*~ (outnumbered).
 27296 | D:7      | 27296 ||| Stepping ~*~*~tactically~*~*~ (outnumbered).
 27298 | D:7      | 27298 ||| Stepping ~*~*~tactically~*~*~ (outnumbered).
 27300 | D:7      | 27300 ||| Stepping ~*~*~tactically~*~*~ (outnumbered).
 27302 | D:7      | 27302 ||| Stepping ~*~*~tactically~*~*~ (outnumbered).
 27304 | D:7      | 27304 ||| Stepping ~*~*~tactically~*~*~ (outnumbered).
 27306 | D:7      | 27306 ||| Stepping ~*~*~tactically~*~*~ (outnumbered).
 27308 | D:7      | 27308 ||| Stepping ~*~*~tactically~*~*~ (outnumbered).
 27310 | D:7      | 27310 ||| Stepping ~*~*~tactically~*~*~ (outnumbered).
 27312 | D:7      | 27312 ||| Stepping ~*~*~tactically~*~*~ (outnumbered).
 27314 | D:7      | 27314 ||| Stepping ~*~*~tactically~*~*~ (outnumbered).
 27316 | D:7      | 27316 ||| Stepping ~*~*~tactically~*~*~ (outnumbered).
 27318 | D:7      | 27318 ||| Stepping ~*~*~tactically~*~*~ (outnumbered).
 27320 | D:7      | 27320 ||| Stepping ~*~*~tactically~*~*~ (outnumbered).
 27322 | D:7      | 27322 ||| Stepping ~*~*~tactically~*~*~ (outnumbered).
 27324 | D:7      | 27324 ||| Stepping ~*~*~tactically~*~*~ (outnumbered).
 27326 | D:7      | 27326 ||| Stepping ~*~*~tactically~*~*~ (outnumbered).
 27328 | D:7      | 27328 ||| Stepping ~*~*~tactically~*~*~ (outnumbered).
 27330 | D:7      | 27330 ||| Stepping ~*~*~tactically~*~*~ (outnumbered).
 27332 | D:7      | 27332 ||| Stepping ~*~*~tactically~*~*~ (outnumbered).
 27334 | D:7      | 27334 ||| Stepping ~*~*~tactically~*~*~ (outnumbered).
 27336 | D:7      | 27336 ||| Stepping ~*~*~tactically~*~*~ (outnumbered).
 27338 | D:7      | 27338 ||| Stepping ~*~*~tactically~*~*~ (outnumbered).
 27340 | D:7      | 27340 ||| Stepping ~*~*~tactically~*~*~ (outnumbered).
 27342 | D:7      | 27342 ||| Stepping ~*~*~tactically~*~*~ (outnumbered).
 27344 | D:7      | 27344 ||| Stepping ~*~*~tactically~*~*~ (outnumbered).
 27346 | D:7      | 27346 ||| Stepping ~*~*~tactically~*~*~ (outnumbered).
 27348 | D:7      | 27348 ||| Stepping ~*~*~tactically~*~*~ (outnumbered).
 27350 | D:7      | 27350 ||| Stepping ~*~*~tactically~*~*~ (outnumbered).
 27352 | D:7      | 27352 ||| Stepping ~*~*~tactically~*~*~ (outnumbered).
 27354 | D:7      | 27354 ||| Stepping ~*~*~tactically~*~*~ (outnumbered).
 27356 | D:7      | 27356 ||| Stepping ~*~*~tactically~*~*~ (outnumbered).
 27358 | D:7      | 27358 ||| Stepping ~*~*~tactically~*~*~ (outnumbered).
 27360 | D:7      | 27360 ||| Stepping ~*~*~tactically~*~*~ (outnumbered).
 27362 | D:7      | 27362 ||| Stepping ~*~*~tactically~*~*~ (outnumbered).
 27364 | D:7      | 27364 ||| Stepping ~*~*~tactically~*~*~ (outnumbered).
 27366 | D:7      | 27366 ||| Stepping ~*~*~tactically~*~*~ (outnumbered).
 27368 | D:7      | 27368 ||| Stepping ~*~*~tactically~*~*~ (outnumbered).
 27370 | D:7      | 27370 ||| Stepping ~*~*~tactically~*~*~ (outnumbered).
 27372 | D:7      | 27372 ||| Stepping ~*~*~tactically~*~*~ (outnumbered).
 27374 | D:7      | 27374 ||| Stepping ~*~*~tactically~*~*~ (outnumbered).
 27376 | D:7      | 27376 ||| Stepping ~*~*~tactically~*~*~ (outnumbered).
 27378 | D:7      | 27378 ||| Stepping ~*~*~tactically~*~*~ (outnumbered).
 27380 | D:7      | 27380 ||| Stepping ~*~*~tactically~*~*~ (outnumbered).
 27382 | D:7      | 27382 ||| Stepping ~*~*~tactically~*~*~ (outnumbered).
 27384 | D:7      | 27384 ||| Stepping ~*~*~tactically~*~*~ (outnumbered).
 27386 | D:7      | 27386 ||| Stepping ~*~*~tactically~*~*~ (outnumbered).
 27388 | D:7      | 27388 ||| Stepping ~*~*~tactically~*~*~ (outnumbered).
 27390 | D:7      | 27390 ||| Stepping ~*~*~tactically~*~*~ (outnumbered).
 27392 | D:7      | 27392 ||| Stepping ~*~*~tactically~*~*~ (outnumbered).
 27394 | D:7      | 27394 ||| Stepping ~*~*~tactically~*~*~ (outnumbered).
 27396 | D:7      | 27396 ||| Stepping ~*~*~tactically~*~*~ (outnumbered).
 27398 | D:7      | 27398 ||| Stepping ~*~*~tactically~*~*~ (outnumbered).
 27400 | D:7      | 27400 ||| Stepping ~*~*~tactically~*~*~ (outnumbered).
 27402 | D:7      | 27402 ||| Stepping ~*~*~tactically~*~*~ (outnumbered).
 27404 | D:7      | 27404 ||| Stepping ~*~*~tactically~*~*~ (outnumbered).
 27406 | D:7      | 27406 ||| Stepping ~*~*~tactically~*~*~ (outnumbered).
 27408 | D:7      | 27408 ||| Stepping ~*~*~tactically~*~*~ (outnumbered).
 27410 | D:7      | 27410 ||| Stepping ~*~*~tactically~*~*~ (outnumbered).
 27412 | D:7      | 27412 ||| Stepping ~*~*~tactically~*~*~ (outnumbered).
 27414 | D:7      | 27414 ||| Stepping ~*~*~tactically~*~*~ (outnumbered).
 27416 | D:7      | 27416 ||| Stepping ~*~*~tactically~*~*~ (outnumbered).
 27418 | D:7      | 27418 ||| Stepping ~*~*~tactically~*~*~ (outnumbered).
 27420 | D:7      | 27420 ||| Stepping ~*~*~tactically~*~*~ (outnumbered).
 27422 | D:7      | 27422 ||| Stepping ~*~*~tactically~*~*~ (outnumbered).
 27424 | D:7      | 27424 ||| Stepping ~*~*~tactically~*~*~ (outnumbered).
 27426 | D:7      | 27426 ||| Stepping ~*~*~tactically~*~*~ (outnumbered).
 27428 | D:7      | 27428 ||| Stepping ~*~*~tactically~*~*~ (outnumbered).
 27430 | D:7      | 27430 ||| Stepping ~*~*~tactically~*~*~ (outnumbered).
 27432 | D:7      | 27432 ||| Stepping ~*~*~tactically~*~*~ (outnumbered).
 27434 | D:7      | 27434 ||| Stepping ~*~*~tactically~*~*~ (outnumbered).
 27436 | D:7      | 27436 ||| Stepping ~*~*~tactically~*~*~ (outnumbered).
 27438 | D:7      | 27438 ||| Stepping ~*~*~tactically~*~*~ (outnumbered).
 27440 | D:7      | 27440 ||| Stepping ~*~*~tactically~*~*~ (outnumbered).
 27442 | D:7      | 27442 ||| Stepping ~*~*~tactically~*~*~ (outnumbered).
 27444 | D:7      | 27444 ||| Stepping ~*~*~tactically~*~*~ (outnumbered).
 27446 | D:7      | 27446 ||| Stepping ~*~*~tactically~*~*~ (outnumbered).
 27448 | D:7      | 27448 ||| Stepping ~*~*~tactically~*~*~ (outnumbered).
 27450 | D:7      | 27450 ||| Stepping ~*~*~tactically~*~*~ (outnumbered).
 27452 | D:7      | 27452 ||| Stepping ~*~*~tactically~*~*~ (outnumbered).
 27454 | D:7      | 27454 ||| Stepping ~*~*~tactically~*~*~ (outnumbered).
 27456 | D:7      | 27456 ||| Stepping ~*~*~tactically~*~*~ (outnumbered).
 27458 | D:7      | 27458 ||| Stepping ~*~*~tactically~*~*~ (outnumbered).
 27460 | D:7      | 27460 ||| Stepping ~*~*~tactically~*~*~ (outnumbered).
 27462 | D:7      | 27462 ||| Stepping ~*~*~tactically~*~*~ (outnumbered).
 27464 | D:7      | 27464 ||| Stepping ~*~*~tactically~*~*~ (outnumbered).
 27466 | D:7      | 27466 ||| Stepping ~*~*~tactically~*~*~ (outnumbered).
 27468 | D:7      | 27468 ||| Stepping ~*~*~tactically~*~*~ (outnumbered).
 27470 | D:7      | 27470 ||| Stepping ~*~*~tactically~*~*~ (outnumbered).
 27472 | D:7      | 27472 ||| Stepping ~*~*~tactically~*~*~ (outnumbered).
 27474 | D:7      | 27474 ||| Stepping ~*~*~tactically~*~*~ (outnumbered).
 27476 | D:7      | 27476 ||| Stepping ~*~*~tactically~*~*~ (outnumbered).
 27478 | D:7      | 27478 ||| Stepping ~*~*~tactically~*~*~ (outnumbered).
 27480 | D:7      | 27480 ||| Stepping ~*~*~tactically~*~*~ (outnumbered).
 27482 | D:7      | 27482 ||| Stepping ~*~*~tactically~*~*~ (outnumbered).
 27484 | D:7      | 27484 ||| Stepping ~*~*~tactically~*~*~ (outnumbered).
 27486 | D:7      | 27486 ||| Stepping ~*~*~tactically~*~*~ (outnumbered).
 27488 | D:7      | 27488 ||| Stepping ~*~*~tactically~*~*~ (outnumbered).
 27490 | D:7      | 27490 ||| Stepping ~*~*~tactically~*~*~ (outnumbered).
 27492 | D:7      | 27492 ||| Stepping ~*~*~tactically~*~*~ (outnumbered).
 27494 | D:7      | 27494 ||| Stepping ~*~*~tactically~*~*~ (outnumbered).
 27496 | D:7      | 27496 ||| Stepping ~*~*~tactically~*~*~ (outnumbered).
 27498 | D:7      | 27498 ||| Stepping ~*~*~tactically~*~*~ (outnumbered).
 27500 | D:7      | 27500 ||| Stepping ~*~*~tactically~*~*~ (outnumbered).
 27502 | D:7      | 27502 ||| Stepping ~*~*~tactically~*~*~ (outnumbered).
 27504 | D:7      | 27504 ||| Stepping ~*~*~tactically~*~*~ (outnumbered).
 27506 | D:7      | 27506 ||| Stepping ~*~*~tactically~*~*~ (outnumbered).
 27508 | D:7      | 27508 ||| Stepping ~*~*~tactically~*~*~ (outnumbered).
 27510 | D:7      | 27510 ||| Stepping ~*~*~tactically~*~*~ (outnumbered).
 27512 | D:7      | 27512 ||| Stepping ~*~*~tactically~*~*~ (outnumbered).
 27514 | D:7      | 27514 ||| Stepping ~*~*~tactically~*~*~ (outnumbered).
 27516 | D:7      | 27516 ||| Stepping ~*~*~tactically~*~*~ (outnumbered).
 27518 | D:7      | 27518 ||| Stepping ~*~*~tactically~*~*~ (outnumbered).
 27520 | D:7      | 27520 ||| Stepping ~*~*~tactically~*~*~ (outnumbered).
 27522 | D:7      | 27522 ||| Stepping ~*~*~tactically~*~*~ (outnumbered).
 27524 | D:7      | 27524 ||| Stepping ~*~*~tactically~*~*~ (outnumbered).
 27526 | D:7      | 27526 ||| Stepping ~*~*~tactically~*~*~ (outnumbered).
 27528 | D:7      | 27528 ||| Stepping ~*~*~tactically~*~*~ (outnumbered).
 27530 | D:7      | 27530 ||| Stepping ~*~*~tactically~*~*~ (outnumbered).
 27532 | D:7      | 27532 ||| Stepping ~*~*~tactically~*~*~ (outnumbered).
 27534 | D:7      | 27534 ||| Stepping ~*~*~tactically~*~*~ (outnumbered).
 27536 | D:7      | 27536 ||| Stepping ~*~*~tactically~*~*~ (outnumbered).
 27538 | D:7      | 27538 ||| Stepping ~*~*~tactically~*~*~ (outnumbered).
 27540 | D:7      | 27540 ||| Stepping ~*~*~tactically~*~*~ (outnumbered).
 27542 | D:7      | 27542 ||| Stepping ~*~*~tactically~*~*~ (outnumbered).
 27544 | D:7      | 27544 ||| Stepping ~*~*~tactically~*~*~ (outnumbered).
 27546 | D:7      | 27546 ||| Stepping ~*~*~tactically~*~*~ (outnumbered).
 27548 | D:7      | 27548 ||| Stepping ~*~*~tactically~*~*~ (outnumbered).
 27550 | D:7      | 27550 ||| Stepping ~*~*~tactically~*~*~ (outnumbered).
 27552 | D:7      | 27552 ||| Stepping ~*~*~tactically~*~*~ (outnumbered).
 27554 | D:7      | 27554 ||| Stepping ~*~*~tactically~*~*~ (outnumbered).
 27556 | D:7      | 27556 ||| Stepping ~*~*~tactically~*~*~ (outnumbered).
 27558 | D:7      | 27558 ||| Stepping ~*~*~tactically~*~*~ (outnumbered).
 27560 | D:7      | 27560 ||| Stepping ~*~*~tactically~*~*~ (outnumbered).
 27562 | D:7      | 27562 ||| Stepping ~*~*~tactically~*~*~ (outnumbered).
 27564 | D:7      | 27564 ||| Stepping ~*~*~tactically~*~*~ (outnumbered).
 27566 | D:7      | 27566 ||| Stepping ~*~*~tactically~*~*~ (outnumbered).
 27568 | D:7      | 27568 ||| Stepping ~*~*~tactically~*~*~ (outnumbered).
 27570 | D:7      | 27570 ||| Stepping ~*~*~tactically~*~*~ (outnumbered).
 27572 | D:7      | 27572 ||| Stepping ~*~*~tactically~*~*~ (outnumbered).
 27574 | D:7      | 27574 ||| Stepping ~*~*~tactically~*~*~ (outnumbered).
 27576 | D:7      | 27576 ||| Stepping ~*~*~tactically~*~*~ (outnumbered).
 27578 | D:7      | 27578 ||| Stepping ~*~*~tactically~*~*~ (outnumbered).
 27580 | D:7      | 27580 ||| Stepping ~*~*~tactically~*~*~ (outnumbered).
 27582 | D:7      | 27582 ||| Stepping ~*~*~tactically~*~*~ (outnumbered).
 27584 | D:7      | 27584 ||| Stepping ~*~*~tactically~*~*~ (outnumbered).
 27586 | D:7      | 27586 ||| Stepping ~*~*~tactically~*~*~ (outnumbered).
 27588 | D:7      | 27588 ||| Stepping ~*~*~tactically~*~*~ (outnumbered).
 27590 | D:7      | 27590 ||| Stepping ~*~*~tactically~*~*~ (outnumbered).
 27592 | D:7      | 27592 ||| Stepping ~*~*~tactically~*~*~ (outnumbered).
 27594 | D:7      | 27594 ||| Stepping ~*~*~tactically~*~*~ (outnumbered).
 27596 | D:7      | 27596 ||| Stepping ~*~*~tactically~*~*~ (outnumbered).
 27598 | D:7      | 27598 ||| Stepping ~*~*~tactically~*~*~ (outnumbered).
 27600 | D:7      | 27600 ||| Stepping ~*~*~tactically~*~*~ (outnumbered).
 27602 | D:7      | 27602 ||| Stepping ~*~*~tactically~*~*~ (outnumbered).
 27604 | D:7      | 27604 ||| Stepping ~*~*~tactically~*~*~ (outnumbered).
 27606 | D:7      | 27606 ||| Stepping ~*~*~tactically~*~*~ (outnumbered).
 27608 | D:7      | 27608 ||| Stepping ~*~*~tactically~*~*~ (outnumbered).
 27610 | D:7      | 27610 ||| Stepping ~*~*~tactically~*~*~ (outnumbered).
 27612 | D:7      | 27612 ||| Stepping ~*~*~tactically~*~*~ (outnumbered).
 27614 | D:7      | 27614 ||| Stepping ~*~*~tactically~*~*~ (outnumbered).
 27616 | D:7      | 27616 ||| Stepping ~*~*~tactically~*~*~ (outnumbered).
 27618 | D:7      | 27618 ||| Stepping ~*~*~tactically~*~*~ (outnumbered).
 27620 | D:7      | 27620 ||| Stepping ~*~*~tactically~*~*~ (outnumbered).
 27622 | D:7      | 27622 ||| Stepping ~*~*~tactically~*~*~ (outnumbered).
 27624 | D:7      | 27624 ||| Stepping ~*~*~tactically~*~*~ (outnumbered).
 27626 | D:7      | 27626 ||| Stepping ~*~*~tactically~*~*~ (outnumbered).
 27628 | D:7      | 27628 ||| Stepping ~*~*~tactically~*~*~ (outnumbered).
 27630 | D:7      | 27630 ||| Stepping ~*~*~tactically~*~*~ (outnumbered).
 27632 | D:7      | 27632 ||| Stepping ~*~*~tactically~*~*~ (outnumbered).
 27634 | D:7      | 27634 ||| Stepping ~*~*~tactically~*~*~ (outnumbered).
 27636 | D:7      | 27636 ||| Stepping ~*~*~tactically~*~*~ (outnumbered).
 27638 | D:7      | 27638 ||| Stepping ~*~*~tactically~*~*~ (outnumbered).
 27640 | D:7      | 27640 ||| Stepping ~*~*~tactically~*~*~ (outnumbered).
 27642 | D:7      | 27642 ||| Stepping ~*~*~tactically~*~*~ (outnumbered).
 27644 | D:7      | 27644 ||| Stepping ~*~*~tactically~*~*~ (outnumbered).
 27646 | D:7      | 27646 ||| Stepping ~*~*~tactically~*~*~ (outnumbered).
 27648 | D:7      | 27648 ||| Stepping ~*~*~tactically~*~*~ (outnumbered).
 27650 | D:7      | 27650 ||| Stepping ~*~*~tactically~*~*~ (outnumbered).
 27652 | D:7      | 27652 ||| Stepping ~*~*~tactically~*~*~ (outnumbered).
 27654 | D:7      | 27654 ||| Stepping ~*~*~tactically~*~*~ (outnumbered).
 27656 | D:7      | 27656 ||| Stepping ~*~*~tactically~*~*~ (outnumbered).
 27658 | D:7      | 27658 ||| Stepping ~*~*~tactically~*~*~ (outnumbered).
 27660 | D:7      | 27660 ||| Stepping ~*~*~tactically~*~*~ (outnumbered).
 27662 | D:7      | 27662 ||| Stepping ~*~*~tactically~*~*~ (outnumbered).
 27664 | D:7      | 27664 ||| Stepping ~*~*~tactically~*~*~ (outnumbered).
 27666 | D:7      | 27666 ||| Stepping ~*~*~tactically~*~*~ (outnumbered).
 27668 | D:7      | 27668 ||| Stepping ~*~*~tactically~*~*~ (outnumbered).
 27670 | D:7      | 27670 ||| Stepping ~*~*~tactically~*~*~ (outnumbered).
 27672 | D:7      | 27672 ||| Stepping ~*~*~tactically~*~*~ (outnumbered).
 27674 | D:7      | 27674 ||| Stepping ~*~*~tactically~*~*~ (outnumbered).
 27676 | D:7      | 27676 ||| Stepping ~*~*~tactically~*~*~ (outnumbered).
 27678 | D:7      | 27678 ||| Stepping ~*~*~tactically~*~*~ (outnumbered).
 27680 | D:7      | 27680 ||| Stepping ~*~*~tactically~*~*~ (outnumbered).
 27682 | D:7      | 27682 ||| Stepping ~*~*~tactically~*~*~ (outnumbered).
 27684 | D:7      | 27684 ||| Stepping ~*~*~tactically~*~*~ (outnumbered).
 27686 | D:7      | 27686 ||| Stepping ~*~*~tactically~*~*~ (outnumbered).
 27688 | D:7      | 27688 ||| Stepping ~*~*~tactically~*~*~ (outnumbered).
 27690 | D:7      | 27690 ||| Stepping ~*~*~tactically~*~*~ (outnumbered).
 27692 | D:7      | 27692 ||| Stepping ~*~*~tactically~*~*~ (outnumbered).
 27694 | D:7      | 27694 ||| Stepping ~*~*~tactically~*~*~ (outnumbered).
 27696 | D:7      | 27696 ||| Stepping ~*~*~tactically~*~*~ (outnumbered).
 27698 | D:7      | 27698 ||| Stepping ~*~*~tactically~*~*~ (outnumbered).
 27700 | D:7      | 27700 ||| Stepping ~*~*~tactically~*~*~ (outnumbered).
 27702 | D:7      | 27702 ||| Stepping ~*~*~tactically~*~*~ (outnumbered).
 27704 | D:7      | 27704 ||| Stepping ~*~*~tactically~*~*~ (outnumbered).
 27706 | D:7      | 27706 ||| Stepping ~*~*~tactically~*~*~ (outnumbered).
 27708 | D:7      | 27708 ||| Stepping ~*~*~tactically~*~*~ (outnumbered).
 27710 | D:7      | 27710 ||| Stepping ~*~*~tactically~*~*~ (outnumbered).
 27712 | D:7      | 27712 ||| Stepping ~*~*~tactically~*~*~ (outnumbered).
 27714 | D:7      | 27714 ||| Stepping ~*~*~tactically~*~*~ (outnumbered).
 27716 | D:7      | 27716 ||| Stepping ~*~*~tactically~*~*~ (outnumbered).
 27718 | D:7      | 27718 ||| Stepping ~*~*~tactically~*~*~ (outnumbered).
 27720 | D:7      | 27720 ||| Stepping ~*~*~tactically~*~*~ (outnumbered).
 27722 | D:7      | 27722 ||| Stepping ~*~*~tactically~*~*~ (outnumbered).
 27724 | D:7      | 27724 ||| Stepping ~*~*~tactically~*~*~ (outnumbered).
 27726 | D:7      | 27726 ||| Stepping ~*~*~tactically~*~*~ (outnumbered).
 27728 | D:7      | 27728 ||| Stepping ~*~*~tactically~*~*~ (outnumbered).
 27730 | D:7      | 27730 ||| Stepping ~*~*~tactically~*~*~ (outnumbered).
 27732 | D:7      | 27732 ||| Stepping ~*~*~tactically~*~*~ (outnumbered).
 27734 | D:7      | 27734 ||| Stepping ~*~*~tactically~*~*~ (outnumbered).
 27736 | D:7      | 27736 ||| Stepping ~*~*~tactically~*~*~ (outnumbered).
 27738 | D:7      | 27738 ||| Stepping ~*~*~tactically~*~*~ (outnumbered).
 27740 | D:7      | 27740 ||| Stepping ~*~*~tactically~*~*~ (outnumbered).
 27742 | D:7      | 27742 ||| Stepping ~*~*~tactically~*~*~ (outnumbered).
 27744 | D:7      | 27744 ||| Stepping ~*~*~tactically~*~*~ (outnumbered).
 27746 | D:7      | 27746 ||| Stepping ~*~*~tactically~*~*~ (outnumbered).
 27748 | D:7      | 27748 ||| Stepping ~*~*~tactically~*~*~ (outnumbered).
 27750 | D:7      | 27750 ||| Stepping ~*~*~tactically~*~*~ (outnumbered).
 27752 | D:7      | 27752 ||| Stepping ~*~*~tactically~*~*~ (outnumbered).
 27754 | D:7      | 27754 ||| Stepping ~*~*~tactically~*~*~ (outnumbered).
 27756 | D:7      | 27756 ||| Stepping ~*~*~tactically~*~*~ (outnumbered).
 27758 | D:7      | 27758 ||| Stepping ~*~*~tactically~*~*~ (outnumbered).
 27760 | D:7      | 27760 ||| Stepping ~*~*~tactically~*~*~ (outnumbered).
 27762 | D:7      | 27762 ||| Stepping ~*~*~tactically~*~*~ (outnumbered).
 27764 | D:7      | 27764 ||| Stepping ~*~*~tactically~*~*~ (outnumbered).
 27766 | D:7      | 27766 ||| Stepping ~*~*~tactically~*~*~ (outnumbered).
 27768 | D:7      | 27768 ||| Stepping ~*~*~tactically~*~*~ (outnumbered).
 27770 | D:7      | 27770 ||| Stepping ~*~*~tactically~*~*~ (outnumbered).
 27772 | D:7      | 27772 ||| Stepping ~*~*~tactically~*~*~ (outnumbered).
 27774 | D:7      | 27774 ||| Stepping ~*~*~tactically~*~*~ (outnumbered).
 27776 | D:7      | 27776 ||| Stepping ~*~*~tactically~*~*~ (outnumbered).
 27778 | D:7      | 27778 ||| Stepping ~*~*~tactically~*~*~ (outnumbered).
 27780 | D:7      | 27780 ||| Stepping ~*~*~tactically~*~*~ (outnumbered).
 27782 | D:7      | 27782 ||| Stepping ~*~*~tactically~*~*~ (outnumbered).
 27784 | D:7      | 27784 ||| Stepping ~*~*~tactically~*~*~ (outnumbered).
 27786 | D:7      | 27786 ||| Stepping ~*~*~tactically~*~*~ (outnumbered).
 27788 | D:7      | 27788 ||| Stepping ~*~*~tactically~*~*~ (outnumbered).
 27790 | D:7      | 27790 ||| Stepping ~*~*~tactically~*~*~ (outnumbered).
 27792 | D:7      | 27792 ||| Stepping ~*~*~tactically~*~*~ (outnumbered).
 27794 | D:7      | 27794 ||| Stepping ~*~*~tactically~*~*~ (outnumbered).
 27796 | D:7      | 27796 ||| Stepping ~*~*~tactically~*~*~ (outnumbered).
 27798 | D:7      | 27798 ||| Stepping ~*~*~tactically~*~*~ (outnumbered).
 27800 | D:7      | 27800 ||| Stepping ~*~*~tactically~*~*~ (outnumbered).
 27802 | D:7      | 27802 ||| Stepping ~*~*~tactically~*~*~ (outnumbered).
 27804 | D:7      | 27804 ||| Stepping ~*~*~tactically~*~*~ (outnumbered).
 27806 | D:7      | 27806 ||| Stepping ~*~*~tactically~*~*~ (outnumbered).
 27808 | D:7      | 27808 ||| Stepping ~*~*~tactically~*~*~ (outnumbered).
 27810 | D:7      | 27810 ||| Stepping ~*~*~tactically~*~*~ (outnumbered).
 27812 | D:7      | 27812 ||| Stepping ~*~*~tactically~*~*~ (outnumbered).
 27814 | D:7      | 27814 ||| Stepping ~*~*~tactically~*~*~ (outnumbered).
 27816 | D:7      | 27816 ||| Stepping ~*~*~tactically~*~*~ (outnumbered).
 27818 | D:7      | 27818 ||| Stepping ~*~*~tactically~*~*~ (outnumbered).
 27820 | D:7      | 27820 ||| Stepping ~*~*~tactically~*~*~ (outnumbered).
 27822 | D:7      | 27822 ||| Stepping ~*~*~tactically~*~*~ (outnumbered).
 27824 | D:7      | 27824 ||| Stepping ~*~*~tactically~*~*~ (outnumbered).
 27826 | D:7      | 27826 ||| Stepping ~*~*~tactically~*~*~ (outnumbered).
 27828 | D:7      | 27828 ||| Stepping ~*~*~tactically~*~*~ (outnumbered).
 27830 | D:7      | 27830 ||| Stepping ~*~*~tactically~*~*~ (outnumbered).
 27832 | D:7      | 27832 ||| Stepping ~*~*~tactically~*~*~ (outnumbered).
 27834 | D:7      | 27834 ||| Stepping ~*~*~tactically~*~*~ (outnumbered).
 27836 | D:7      | 27836 ||| Stepping ~*~*~tactically~*~*~ (outnumbered).
 27838 | D:7      | 27838 ||| Stepping ~*~*~tactically~*~*~ (outnumbered).
 27840 | D:7      | 27840 ||| Stepping ~*~*~tactically~*~*~ (outnumbered).
 27842 | D:7      | 27842 ||| Stepping ~*~*~tactically~*~*~ (outnumbered).
 27844 | D:7      | 27844 ||| Stepping ~*~*~tactically~*~*~ (outnumbered).
 27846 | D:7      | 27846 ||| Stepping ~*~*~tactically~*~*~ (outnumbered).
 27848 | D:7      | 27848 ||| Stepping ~*~*~tactically~*~*~ (outnumbered).
 27850 | D:7      | 27850 ||| Stepping ~*~*~tactically~*~*~ (outnumbered).
 27852 | D:7      | 27852 ||| Stepping ~*~*~tactically~*~*~ (outnumbered).
 27854 | D:7      | 27854 ||| Stepping ~*~*~tactically~*~*~ (outnumbered).
 27856 | D:7      | 27856 ||| Stepping ~*~*~tactically~*~*~ (outnumbered).
 27858 | D:7      | 27858 ||| Stepping ~*~*~tactically~*~*~ (outnumbered).
 27860 | D:7      | 27860 ||| Stepping ~*~*~tactically~*~*~ (outnumbered).
 27862 | D:7      | 27862 ||| Stepping ~*~*~tactically~*~*~ (outnumbered).
 27864 | D:7      | 27864 ||| Stepping ~*~*~tactically~*~*~ (outnumbered).
 27866 | D:7      | 27866 ||| Stepping ~*~*~tactically~*~*~ (outnumbered).
 27868 | D:7      | 27868 ||| Stepping ~*~*~tactically~*~*~ (outnumbered).
 27870 | D:7      | 27870 ||| Stepping ~*~*~tactically~*~*~ (outnumbered).
 27872 | D:7      | 27872 ||| Stepping ~*~*~tactically~*~*~ (outnumbered).
 27874 | D:7      | 27874 ||| Stepping ~*~*~tactically~*~*~ (outnumbered).
 27876 | D:7      | 27876 ||| Stepping ~*~*~tactically~*~*~ (outnumbered).
 27878 | D:7      | 27878 ||| Stepping ~*~*~tactically~*~*~ (outnumbered).
 27880 | D:7      | 27880 ||| Stepping ~*~*~tactically~*~*~ (outnumbered).
 27882 | D:7      | 27882 ||| Stepping ~*~*~tactically~*~*~ (outnumbered).
 27884 | D:7      | 27884 ||| Stepping ~*~*~tactically~*~*~ (outnumbered).
 27886 | D:7      | 27886 ||| Stepping ~*~*~tactically~*~*~ (outnumbered).
 27888 | D:7      | 27888 ||| Stepping ~*~*~tactically~*~*~ (outnumbered).
 27890 | D:7      | 27890 ||| Stepping ~*~*~tactically~*~*~ (outnumbered).
 27892 | D:7      | 27892 ||| Stepping ~*~*~tactically~*~*~ (outnumbered).
 27894 | D:7      | 27894 ||| Stepping ~*~*~tactically~*~*~ (outnumbered).
 27896 | D:7      | 27896 ||| Stepping ~*~*~tactically~*~*~ (outnumbered).
 27898 | D:7      | 27898 ||| Stepping ~*~*~tactically~*~*~ (outnumbered).
 27900 | D:7      | 27900 ||| Stepping ~*~*~tactically~*~*~ (outnumbered).
 27902 | D:7      | 27902 ||| Stepping ~*~*~tactically~*~*~ (outnumbered).
 27904 | D:7      | 27904 ||| Stepping ~*~*~tactically~*~*~ (outnumbered).
 27906 | D:7      | 27906 ||| Stepping ~*~*~tactically~*~*~ (outnumbered).
 27908 | D:7      | 27908 ||| Stepping ~*~*~tactically~*~*~ (outnumbered).
 27910 | D:7      | 27910 ||| Stepping ~*~*~tactically~*~*~ (outnumbered).
 27912 | D:7      | 27912 ||| Stepping ~*~*~tactically~*~*~ (outnumbered).
 27914 | D:7      | 27914 ||| Stepping ~*~*~tactically~*~*~ (outnumbered).
 27916 | D:7      | 27916 ||| Stepping ~*~*~tactically~*~*~ (outnumbered).
 27918 | D:7      | 27918 ||| Stepping ~*~*~tactically~*~*~ (outnumbered).
 27920 | D:7      | 27920 ||| Stepping ~*~*~tactically~*~*~ (outnumbered).
 27922 | D:7      | 27922 ||| Stepping ~*~*~tactically~*~*~ (outnumbered).
 27924 | D:7      | 27924 ||| Stepping ~*~*~tactically~*~*~ (outnumbered).
 27926 | D:7      | 27926 ||| Stepping ~*~*~tactically~*~*~ (outnumbered).
 27928 | D:7      | 27928 ||| Stepping ~*~*~tactically~*~*~ (outnumbered).
 27930 | D:7      | 27930 ||| Stepping ~*~*~tactically~*~*~ (outnumbered).
 27932 | D:7      | 27932 ||| Stepping ~*~*~tactically~*~*~ (outnumbered).
 27934 | D:7      | 27934 ||| Stepping ~*~*~tactically~*~*~ (outnumbered).
 27936 | D:7      | 27936 ||| Stepping ~*~*~tactically~*~*~ (outnumbered).
 27938 | D:7      | 27938 ||| Stepping ~*~*~tactically~*~*~ (outnumbered).
 27940 | D:7      | 27940 ||| Stepping ~*~*~tactically~*~*~ (outnumbered).
 27942 | D:7      | 27942 ||| Stepping ~*~*~tactically~*~*~ (outnumbered).
 27944 | D:7      | 27944 ||| Stepping ~*~*~tactically~*~*~ (outnumbered).
 27946 | D:7      | 27946 ||| Stepping ~*~*~tactically~*~*~ (outnumbered).
 27948 | D:7      | 27948 ||| Stepping ~*~*~tactically~*~*~ (outnumbered).
 27950 | D:7      | 27950 ||| Stepping ~*~*~tactically~*~*~ (outnumbered).
 27952 | D:7      | 27952 ||| Stepping ~*~*~tactically~*~*~ (outnumbered).
 27954 | D:7      | 27954 ||| Stepping ~*~*~tactically~*~*~ (outnumbered).
 27956 | D:7      | 27956 ||| Stepping ~*~*~tactically~*~*~ (outnumbered).
 27958 | D:7      | 27958 ||| Stepping ~*~*~tactically~*~*~ (outnumbered).
 27960 | D:7      | 27960 ||| Stepping ~*~*~tactically~*~*~ (outnumbered).
 27962 | D:7      | 27962 ||| Stepping ~*~*~tactically~*~*~ (outnumbered).
 27964 | D:7      | 27964 ||| Stepping ~*~*~tactically~*~*~ (outnumbered).
 27966 | D:7      | 27966 ||| Stepping ~*~*~tactically~*~*~ (outnumbered).
 27968 | D:7      | 27968 ||| Stepping ~*~*~tactically~*~*~ (outnumbered).
 27970 | D:7      | 27970 ||| Stepping ~*~*~tactically~*~*~ (outnumbered).
 27972 | D:7      | 27972 ||| Stepping ~*~*~tactically~*~*~ (outnumbered).
 27974 | D:7      | 27974 ||| Stepping ~*~*~tactically~*~*~ (outnumbered).
 27976 | D:7      | 27976 ||| Stepping ~*~*~tactically~*~*~ (outnumbered).
 27978 | D:7      | 27978 ||| Stepping ~*~*~tactically~*~*~ (outnumbered).
 27980 | D:7      | 27980 ||| Stepping ~*~*~tactically~*~*~ (outnumbered).
 27982 | D:7      | 27982 ||| Stepping ~*~*~tactically~*~*~ (outnumbered).
 27984 | D:7      | 27984 ||| Stepping ~*~*~tactically~*~*~ (outnumbered).
 27986 | D:7      | 27986 ||| Stepping ~*~*~tactically~*~*~ (outnumbered).
 27988 | D:7      | 27988 ||| Stepping ~*~*~tactically~*~*~ (outnumbered).
 27990 | D:7      | 27990 ||| Stepping ~*~*~tactically~*~*~ (outnumbered).
 27992 | D:7      | 27992 ||| Stepping ~*~*~tactically~*~*~ (outnumbered).
 27994 | D:7      | 27994 ||| Stepping ~*~*~tactically~*~*~ (outnumbered).
 27996 | D:7      | 27996 ||| Stepping ~*~*~tactically~*~*~ (outnumbered).
 27998 | D:7      | 27998 ||| Stepping ~*~*~tactically~*~*~ (outnumbered).
 28000 | D:7      | 28000 ||| Stepping ~*~*~tactically~*~*~ (outnumbered).
 28002 | D:7      | 28002 ||| Stepping ~*~*~tactically~*~*~ (outnumbered).
 28004 | D:7      | 28004 ||| Stepping ~*~*~tactically~*~*~ (outnumbered).
 28006 | D:7      | 28006 ||| Stepping ~*~*~tactically~*~*~ (outnumbered).
 28008 | D:7      | 28008 ||| Stepping ~*~*~tactically~*~*~ (outnumbered).
 28010 | D:7      | 28010 ||| Stepping ~*~*~tactically~*~*~ (outnumbered).
 28012 | D:7      | 28012 ||| Stepping ~*~*~tactically~*~*~ (outnumbered).
 28014 | D:7      | 28014 ||| Stepping ~*~*~tactically~*~*~ (outnumbered).
 28016 | D:7      | 28016 ||| Stepping ~*~*~tactically~*~*~ (outnumbered).
 28018 | D:7      | 28018 ||| Stepping ~*~*~tactically~*~*~ (outnumbered).
 28020 | D:7      | 28020 ||| Stepping ~*~*~tactically~*~*~ (outnumbered).
 28022 | D:7      | 28022 ||| Stepping ~*~*~tactically~*~*~ (outnumbered).
 28024 | D:7      | 28024 ||| Stepping ~*~*~tactically~*~*~ (outnumbered).
 28026 | D:7      | 28026 ||| Stepping ~*~*~tactically~*~*~ (outnumbered).
 28028 | D:7      | 28028 ||| Stepping ~*~*~tactically~*~*~ (outnumbered).
 28030 | D:7      | 28030 ||| Stepping ~*~*~tactically~*~*~ (outnumbered).
 28032 | D:7      | 28032 ||| Stepping ~*~*~tactically~*~*~ (outnumbered).
 28034 | D:7      | 28034 ||| Stepping ~*~*~tactically~*~*~ (outnumbered).
 28036 | D:7      | 28036 ||| Stepping ~*~*~tactically~*~*~ (outnumbered).
 28038 | D:7      | 28038 ||| Stepping ~*~*~tactically~*~*~ (outnumbered).
 28040 | D:7      | 28040 ||| Stepping ~*~*~tactically~*~*~ (outnumbered).
 28042 | D:7      | 28042 ||| Stepping ~*~*~tactically~*~*~ (outnumbered).
 28044 | D:7      | 28044 ||| Stepping ~*~*~tactically~*~*~ (outnumbered).
 28046 | D:7      | 28046 ||| Stepping ~*~*~tactically~*~*~ (outnumbered).
 28048 | D:7      | 28048 ||| Stepping ~*~*~tactically~*~*~ (outnumbered).
 28050 | D:7      | 28050 ||| Stepping ~*~*~tactically~*~*~ (outnumbered).
 28052 | D:7      | 28052 ||| Stepping ~*~*~tactically~*~*~ (outnumbered).
 28054 | D:7      | 28054 ||| Stepping ~*~*~tactically~*~*~ (outnumbered).
 28056 | D:7      | 28056 ||| Stepping ~*~*~tactically~*~*~ (outnumbered).
 28058 | D:7      | 28058 ||| Stepping ~*~*~tactically~*~*~ (outnumbered).
 28060 | D:7      | 28060 ||| Stepping ~*~*~tactically~*~*~ (outnumbered).
 28062 | D:7      | 28062 ||| Stepping ~*~*~tactically~*~*~ (outnumbered).
 28064 | D:7      | 28064 ||| Stepping ~*~*~tactically~*~*~ (outnumbered).
 28066 | D:7      | 28066 ||| Stepping ~*~*~tactically~*~*~ (outnumbered).
 28068 | D:7      | 28068 ||| Stepping ~*~*~tactically~*~*~ (outnumbered).
 28070 | D:7      | 28070 ||| Stepping ~*~*~tactically~*~*~ (outnumbered).
 28072 | D:7      | 28072 ||| Stepping ~*~*~tactically~*~*~ (outnumbered).
 28074 | D:7      | 28074 ||| Stepping ~*~*~tactically~*~*~ (outnumbered).
 28076 | D:7      | 28076 ||| Stepping ~*~*~tactically~*~*~ (outnumbered).
 28078 | D:7      | 28078 ||| Stepping ~*~*~tactically~*~*~ (outnumbered).
 28080 | D:7      | 28080 ||| Stepping ~*~*~tactically~*~*~ (outnumbered).
 28082 | D:7      | 28082 ||| Stepping ~*~*~tactically~*~*~ (outnumbered).
 28084 | D:7      | 28084 ||| Stepping ~*~*~tactically~*~*~ (outnumbered).
 28086 | D:7      | 28086 ||| Stepping ~*~*~tactically~*~*~ (outnumbered).
 28088 | D:7      | 28088 ||| Stepping ~*~*~tactically~*~*~ (outnumbered).
 28090 | D:7      | 28090 ||| Stepping ~*~*~tactically~*~*~ (outnumbered).
 28092 | D:7      | 28092 ||| Stepping ~*~*~tactically~*~*~ (outnumbered).
 28094 | D:7      | 28094 ||| Stepping ~*~*~tactically~*~*~ (outnumbered).
 28096 | D:7      | 28096 ||| Stepping ~*~*~tactically~*~*~ (outnumbered).
 28098 | D:7      | 28098 ||| Stepping ~*~*~tactically~*~*~ (outnumbered).
 28100 | D:7      | 28100 ||| Stepping ~*~*~tactically~*~*~ (outnumbered).
 28102 | D:7      | 28102 ||| Stepping ~*~*~tactically~*~*~ (outnumbered).
 28104 | D:7      | 28104 ||| Stepping ~*~*~tactically~*~*~ (outnumbered).
 28106 | D:7      | 28106 ||| Stepping ~*~*~tactically~*~*~ (outnumbered).
 28108 | D:7      | 28108 ||| Stepping ~*~*~tactically~*~*~ (outnumbered).
 28110 | D:7      | 28110 ||| Stepping ~*~*~tactically~*~*~ (outnumbered).
 28112 | D:7      | 28112 ||| Stepping ~*~*~tactically~*~*~ (outnumbered).
 28114 | D:7      | 28114 ||| Stepping ~*~*~tactically~*~*~ (outnumbered).
 28116 | D:7      | 28116 ||| Stepping ~*~*~tactically~*~*~ (outnumbered).
 28118 | D:7      | 28118 ||| Stepping ~*~*~tactically~*~*~ (outnumbered).
 28120 | D:7      | 28120 ||| Stepping ~*~*~tactically~*~*~ (outnumbered).
 28122 | D:7      | 28122 ||| Stepping ~*~*~tactically~*~*~ (outnumbered).
 28124 | D:7      | 28124 ||| Stepping ~*~*~tactically~*~*~ (outnumbered).
 28126 | D:7      | 28126 ||| Stepping ~*~*~tactically~*~*~ (outnumbered).
 28128 | D:7      | 28128 ||| Stepping ~*~*~tactically~*~*~ (outnumbered).
 28130 | D:7      | 28130 ||| Stepping ~*~*~tactically~*~*~ (outnumbered).
 28132 | D:7      | 28132 ||| Stepping ~*~*~tactically~*~*~ (outnumbered).
 28134 | D:7      | 28134 ||| Stepping ~*~*~tactically~*~*~ (outnumbered).
 28136 | D:7      | 28136 ||| Stepping ~*~*~tactically~*~*~ (outnumbered).
 28138 | D:7      | 28138 ||| Stepping ~*~*~tactically~*~*~ (outnumbered).
 28140 | D:7      | 28140 ||| Stepping ~*~*~tactically~*~*~ (outnumbered).
 28142 | D:7      | 28142 ||| Stepping ~*~*~tactically~*~*~ (outnumbered).
 28144 | D:7      | 28144 ||| Stepping ~*~*~tactically~*~*~ (outnumbered).
 28146 | D:7      | 28146 ||| Stepping ~*~*~tactically~*~*~ (outnumbered).
 28148 | D:7      | 28148 ||| Stepping ~*~*~tactically~*~*~ (outnumbered).
 28150 | D:7      | 28150 ||| Stepping ~*~*~tactically~*~*~ (outnumbered).
 28152 | D:7      | 28152 ||| Stepping ~*~*~tactically~*~*~ (outnumbered).
 28154 | D:7      | 28154 ||| Stepping ~*~*~tactically~*~*~ (outnumbered).
 28156 | D:7      | 28156 ||| Stepping ~*~*~tactically~*~*~ (outnumbered).
 28158 | D:7      | 28158 ||| Stepping ~*~*~tactically~*~*~ (outnumbered).
 28160 | D:7      | 28160 ||| Stepping ~*~*~tactically~*~*~ (outnumbered).
 28162 | D:7      | 28162 ||| Stepping ~*~*~tactically~*~*~ (outnumbered).
 28164 | D:7      | 28164 ||| Stepping ~*~*~tactically~*~*~ (outnumbered).
 28166 | D:7      | 28166 ||| Stepping ~*~*~tactically~*~*~ (outnumbered).
 28168 | D:7      | 28168 ||| Stepping ~*~*~tactically~*~*~ (outnumbered).
 28170 | D:7      | 28170 ||| Stepping ~*~*~tactically~*~*~ (outnumbered).
 28172 | D:7      | 28172 ||| Stepping ~*~*~tactically~*~*~ (outnumbered).
 28174 | D:7      | 28174 ||| Stepping ~*~*~tactically~*~*~ (outnumbered).
 28176 | D:7      | 28176 ||| Stepping ~*~*~tactically~*~*~ (outnumbered).
 28178 | D:7      | 28178 ||| Stepping ~*~*~tactically~*~*~ (outnumbered).
 28180 | D:7      | 28180 ||| Stepping ~*~*~tactically~*~*~ (outnumbered).
 28182 | D:7      | 28182 ||| Stepping ~*~*~tactically~*~*~ (outnumbered).
 28184 | D:7      | 28184 ||| Stepping ~*~*~tactically~*~*~ (outnumbered).
 28186 | D:7      | 28186 ||| Stepping ~*~*~tactically~*~*~ (outnumbered).
 28188 | D:7      | 28188 ||| Stepping ~*~*~tactically~*~*~ (outnumbered).
 28190 | D:7      | 28190 ||| Stepping ~*~*~tactically~*~*~ (outnumbered).
 28192 | D:7      | 28192 ||| Stepping ~*~*~tactically~*~*~ (outnumbered).
 28194 | D:7      | 28194 ||| Stepping ~*~*~tactically~*~*~ (outnumbered).
 28196 | D:7      | 28196 ||| Stepping ~*~*~tactically~*~*~ (outnumbered).
 28198 | D:7      | 28198 ||| Stepping ~*~*~tactically~*~*~ (outnumbered).
 28200 | D:7      | 28200 ||| Stepping ~*~*~tactically~*~*~ (outnumbered).
 28202 | D:7      | 28202 ||| Stepping ~*~*~tactically~*~*~ (outnumbered).
 28204 | D:7      | 28204 ||| Stepping ~*~*~tactically~*~*~ (outnumbered).
 28206 | D:7      | 28206 ||| Stepping ~*~*~tactically~*~*~ (outnumbered).
 28208 | D:7      | 28208 ||| Stepping ~*~*~tactically~*~*~ (outnumbered).
 28210 | D:7      | 28210 ||| Stepping ~*~*~tactically~*~*~ (outnumbered).
 28212 | D:7      | 28212 ||| Stepping ~*~*~tactically~*~*~ (outnumbered).
 28214 | D:7      | 28214 ||| Stepping ~*~*~tactically~*~*~ (outnumbered).
 28216 | D:7      | 28216 ||| Stepping ~*~*~tactically~*~*~ (outnumbered).
 28218 | D:7      | 28218 ||| Stepping ~*~*~tactically~*~*~ (outnumbered).
 28220 | D:7      | 28220 ||| Stepping ~*~*~tactically~*~*~ (outnumbered).
 28222 | D:7      | 28222 ||| Stepping ~*~*~tactically~*~*~ (outnumbered).
 28224 | D:7      | 28224 ||| Stepping ~*~*~tactically~*~*~ (outnumbered).
 28226 | D:7      | 28226 ||| Stepping ~*~*~tactically~*~*~ (outnumbered).
 28228 | D:7      | 28228 ||| Stepping ~*~*~tactically~*~*~ (outnumbered).
 28230 | D:7      | 28230 ||| Stepping ~*~*~tactically~*~*~ (outnumbered).
 28232 | D:7      | 28232 ||| Stepping ~*~*~tactically~*~*~ (outnumbered).
 28234 | D:7      | 28234 ||| Stepping ~*~*~tactically~*~*~ (outnumbered).
 28236 | D:7      | 28236 ||| Stepping ~*~*~tactically~*~*~ (outnumbered).
 28238 | D:7      | 28238 ||| Stepping ~*~*~tactically~*~*~ (outnumbered).
 28240 | D:7      | 28240 ||| Stepping ~*~*~tactically~*~*~ (outnumbered).
 28242 | D:7      | 28242 ||| Stepping ~*~*~tactically~*~*~ (outnumbered).
 28244 | D:7      | 28244 ||| Stepping ~*~*~tactically~*~*~ (outnumbered).
 28246 | D:7      | 28246 ||| Stepping ~*~*~tactically~*~*~ (outnumbered).
 28248 | D:7      | 28248 ||| Stepping ~*~*~tactically~*~*~ (outnumbered).
 28250 | D:7      | 28250 ||| Stepping ~*~*~tactically~*~*~ (outnumbered).
 28252 | D:7      | 28252 ||| Stepping ~*~*~tactically~*~*~ (outnumbered).
 28254 | D:7      | 28254 ||| Stepping ~*~*~tactically~*~*~ (outnumbered).
 28256 | D:7      | 28256 ||| Stepping ~*~*~tactically~*~*~ (outnumbered).
 28258 | D:7      | 28258 ||| Stepping ~*~*~tactically~*~*~ (outnumbered).
 28260 | D:7      | 28260 ||| Stepping ~*~*~tactically~*~*~ (outnumbered).
 28262 | D:7      | 28262 ||| Stepping ~*~*~tactically~*~*~ (outnumbered).
 28264 | D:7      | 28264 ||| Stepping ~*~*~tactically~*~*~ (outnumbered).
 28266 | D:7      | 28266 ||| Stepping ~*~*~tactically~*~*~ (outnumbered).
 28268 | D:7      | 28268 ||| Stepping ~*~*~tactically~*~*~ (outnumbered).
 28270 | D:7      | 28270 ||| Stepping ~*~*~tactically~*~*~ (outnumbered).
 28272 | D:7      | 28272 ||| Stepping ~*~*~tactically~*~*~ (outnumbered).
 28274 | D:7      | 28274 ||| Stepping ~*~*~tactically~*~*~ (outnumbered).
 28276 | D:7      | 28276 ||| Stepping ~*~*~tactically~*~*~ (outnumbered).
 28278 | D:7      | 28278 ||| Stepping ~*~*~tactically~*~*~ (outnumbered).
 28280 | D:7      | 28280 ||| Stepping ~*~*~tactically~*~*~ (outnumbered).
 28282 | D:7      | 28282 ||| Stepping ~*~*~tactically~*~*~ (outnumbered).
 28284 | D:7      | 28284 ||| Stepping ~*~*~tactically~*~*~ (outnumbered).
 28286 | D:7      | 28286 ||| Stepping ~*~*~tactically~*~*~ (outnumbered).
 28288 | D:7      | 28288 ||| Stepping ~*~*~tactically~*~*~ (outnumbered).
 28290 | D:7      | 28290 ||| Stepping ~*~*~tactically~*~*~ (outnumbered).
 28292 | D:7      | 28292 ||| Stepping ~*~*~tactically~*~*~ (outnumbered).
 28294 | D:7      | 28294 ||| Stepping ~*~*~tactically~*~*~ (outnumbered).
 28296 | D:7      | 28296 ||| Stepping ~*~*~tactically~*~*~ (outnumbered).
 28298 | D:7      | 28298 ||| Stepping ~*~*~tactically~*~*~ (outnumbered).
 28300 | D:7      | 28300 ||| Stepping ~*~*~tactically~*~*~ (outnumbered).
 28302 | D:7      | 28302 ||| Stepping ~*~*~tactically~*~*~ (outnumbered).
 28304 | D:7      | 28304 ||| Stepping ~*~*~tactically~*~*~ (outnumbered).
 28306 | D:7      | 28306 ||| Stepping ~*~*~tactically~*~*~ (outnumbered).
 28308 | D:7      | 28308 ||| Stepping ~*~*~tactically~*~*~ (outnumbered).
 28310 | D:7      | 28310 ||| Stepping ~*~*~tactically~*~*~ (outnumbered).
 28312 | D:7      | 28312 ||| Stepping ~*~*~tactically~*~*~ (outnumbered).
 28314 | D:7      | 28314 ||| Stepping ~*~*~tactically~*~*~ (outnumbered).
 28316 | D:7      | 28316 ||| Stepping ~*~*~tactically~*~*~ (outnumbered).
 28318 | D:7      | 28318 ||| Stepping ~*~*~tactically~*~*~ (outnumbered).
 28320 | D:7      | 28320 ||| Stepping ~*~*~tactically~*~*~ (outnumbered).
 28322 | D:7      | 28322 ||| Stepping ~*~*~tactically~*~*~ (outnumbered).
 28324 | D:7      | 28324 ||| Stepping ~*~*~tactically~*~*~ (outnumbered).
 28326 | D:7      | 28326 ||| Stepping ~*~*~tactically~*~*~ (outnumbered).
 28328 | D:7      | 28328 ||| Stepping ~*~*~tactically~*~*~ (outnumbered).
 28330 | D:7      | 28330 ||| Stepping ~*~*~tactically~*~*~ (outnumbered).
 28332 | D:7      | 28332 ||| Stepping ~*~*~tactically~*~*~ (outnumbered).
 28334 | D:7      | 28334 ||| Stepping ~*~*~tactically~*~*~ (outnumbered).
 28336 | D:7      | 28336 ||| Stepping ~*~*~tactically~*~*~ (outnumbered).
 28338 | D:7      | 28338 ||| Stepping ~*~*~tactically~*~*~ (outnumbered).
 28340 | D:7      | 28340 ||| Stepping ~*~*~tactically~*~*~ (outnumbered).
 28342 | D:7      | 28342 ||| Stepping ~*~*~tactically~*~*~ (outnumbered).
 28344 | D:7      | 28344 ||| Stepping ~*~*~tactically~*~*~ (outnumbered).
 28346 | D:7      | 28346 ||| Stepping ~*~*~tactically~*~*~ (outnumbered).
 28348 | D:7      | 28348 ||| Stepping ~*~*~tactically~*~*~ (outnumbered).
 28350 | D:7      | 28350 ||| Stepping ~*~*~tactically~*~*~ (outnumbered).
 28352 | D:7      | 28352 ||| Stepping ~*~*~tactically~*~*~ (outnumbered).
 28354 | D:7      | 28354 ||| Stepping ~*~*~tactically~*~*~ (outnumbered).
 28356 | D:7      | 28356 ||| Stepping ~*~*~tactically~*~*~ (outnumbered).
 28358 | D:7      | 28358 ||| Stepping ~*~*~tactically~*~*~ (outnumbered).
 28360 | D:7      | 28360 ||| Stepping ~*~*~tactically~*~*~ (outnumbered).
 28362 | D:7      | 28362 ||| Stepping ~*~*~tactically~*~*~ (outnumbered).
 28364 | D:7      | 28364 ||| Stepping ~*~*~tactically~*~*~ (outnumbered).
 28366 | D:7      | 28366 ||| Stepping ~*~*~tactically~*~*~ (outnumbered).
 28368 | D:7      | 28368 ||| Stepping ~*~*~tactically~*~*~ (outnumbered).
 28370 | D:7      | 28370 ||| Stepping ~*~*~tactically~*~*~ (outnumbered).
 28372 | D:7      | 28372 ||| Stepping ~*~*~tactically~*~*~ (outnumbered).
 28374 | D:7      | 28374 ||| Stepping ~*~*~tactically~*~*~ (outnumbered).
 28376 | D:7      | 28376 ||| Stepping ~*~*~tactically~*~*~ (outnumbered).
 28378 | D:7      | 28378 ||| Stepping ~*~*~tactically~*~*~ (outnumbered).
 28380 | D:7      | 28380 ||| Stepping ~*~*~tactically~*~*~ (outnumbered).
 28382 | D:7      | 28382 ||| Stepping ~*~*~tactically~*~*~ (outnumbered).
 28384 | D:7      | 28384 ||| Stepping ~*~*~tactically~*~*~ (outnumbered).
 28386 | D:7      | 28386 ||| Stepping ~*~*~tactically~*~*~ (outnumbered).
 28388 | D:7      | 28388 ||| Stepping ~*~*~tactically~*~*~ (outnumbered).
 28390 | D:7      | 28390 ||| Stepping ~*~*~tactically~*~*~ (outnumbered).
 28392 | D:7      | 28392 ||| Stepping ~*~*~tactically~*~*~ (outnumbered).
 28394 | D:7      | 28394 ||| Stepping ~*~*~tactically~*~*~ (outnumbered).
 28396 | D:7      | 28396 ||| Stepping ~*~*~tactically~*~*~ (outnumbered).
 28398 | D:7      | 28398 ||| Stepping ~*~*~tactically~*~*~ (outnumbered).
 28400 | D:7      | 28400 ||| Stepping ~*~*~tactically~*~*~ (outnumbered).
 28402 | D:7      | 28402 ||| Stepping ~*~*~tactically~*~*~ (outnumbered).
 28404 | D:7      | 28404 ||| Stepping ~*~*~tactically~*~*~ (outnumbered).
 28406 | D:7      | 28406 ||| Stepping ~*~*~tactically~*~*~ (outnumbered).
 28408 | D:7      | 28408 ||| Stepping ~*~*~tactically~*~*~ (outnumbered).
 28410 | D:7      | 28410 ||| Stepping ~*~*~tactically~*~*~ (outnumbered).
 28412 | D:7      | 28412 ||| Stepping ~*~*~tactically~*~*~ (outnumbered).
 28414 | D:7      | 28414 ||| Stepping ~*~*~tactically~*~*~ (outnumbered).
 28416 | D:7      | 28416 ||| Stepping ~*~*~tactically~*~*~ (outnumbered).
 28418 | D:7      | 28418 ||| Stepping ~*~*~tactically~*~*~ (outnumbered).
 28420 | D:7      | 28420 ||| Stepping ~*~*~tactically~*~*~ (outnumbered).
 28422 | D:7      | 28422 ||| Stepping ~*~*~tactically~*~*~ (outnumbered).
 28424 | D:7      | 28424 ||| Stepping ~*~*~tactically~*~*~ (outnumbered).
 28426 | D:7      | 28426 ||| Stepping ~*~*~tactically~*~*~ (outnumbered).
 28428 | D:7      | 28428 ||| Stepping ~*~*~tactically~*~*~ (outnumbered).
 28430 | D:7      | 28430 ||| Stepping ~*~*~tactically~*~*~ (outnumbered).
 28432 | D:7      | 28432 ||| Stepping ~*~*~tactically~*~*~ (outnumbered).
 28434 | D:7      | 28434 ||| Stepping ~*~*~tactically~*~*~ (outnumbered).
 28436 | D:7      | 28436 ||| Stepping ~*~*~tactically~*~*~ (outnumbered).
 28438 | D:7      | 28438 ||| Stepping ~*~*~tactically~*~*~ (outnumbered).
 28440 | D:7      | 28440 ||| Stepping ~*~*~tactically~*~*~ (outnumbered).
 28442 | D:7      | 28442 ||| Stepping ~*~*~tactically~*~*~ (outnumbered).
 28444 | D:7      | 28444 ||| Stepping ~*~*~tactically~*~*~ (outnumbered).
 28446 | D:7      | 28446 ||| Stepping ~*~*~tactically~*~*~ (outnumbered).
 28448 | D:7      | 28448 ||| Stepping ~*~*~tactically~*~*~ (outnumbered).
 28450 | D:7      | 28450 ||| Stepping ~*~*~tactically~*~*~ (outnumbered).
 28452 | D:7      | 28452 ||| Stepping ~*~*~tactically~*~*~ (outnumbered).
 28454 | D:7      | 28454 ||| Stepping ~*~*~tactically~*~*~ (outnumbered).
 28456 | D:7      | 28456 ||| Stepping ~*~*~tactically~*~*~ (outnumbered).
 28458 | D:7      | 28458 ||| Stepping ~*~*~tactically~*~*~ (outnumbered).
 28460 | D:7      | 28460 ||| Stepping ~*~*~tactically~*~*~ (outnumbered).
 28462 | D:7      | 28462 ||| Stepping ~*~*~tactically~*~*~ (outnumbered).
 28464 | D:7      | 28464 ||| Stepping ~*~*~tactically~*~*~ (outnumbered).
 28466 | D:7      | 28466 ||| Stepping ~*~*~tactically~*~*~ (outnumbered).
 28468 | D:7      | 28468 ||| Stepping ~*~*~tactically~*~*~ (outnumbered).
 28470 | D:7      | 28470 ||| Stepping ~*~*~tactically~*~*~ (outnumbered).
 28472 | D:7      | 28472 ||| Stepping ~*~*~tactically~*~*~ (outnumbered).
 28474 | D:7      | 28474 ||| Stepping ~*~*~tactically~*~*~ (outnumbered).
 28476 | D:7      | 28476 ||| Stepping ~*~*~tactically~*~*~ (outnumbered).
 28478 | D:7      | 28478 ||| Stepping ~*~*~tactically~*~*~ (outnumbered).
 28480 | D:7      | 28480 ||| Stepping ~*~*~tactically~*~*~ (outnumbered).
 28482 | D:7      | 28482 ||| Stepping ~*~*~tactically~*~*~ (outnumbered).
 28484 | D:7      | 28484 ||| Stepping ~*~*~tactically~*~*~ (outnumbered).
 28486 | D:7      | 28486 ||| Stepping ~*~*~tactically~*~*~ (outnumbered).
 28488 | D:7      | 28488 ||| Stepping ~*~*~tactically~*~*~ (outnumbered).
 28490 | D:7      | 28490 ||| Stepping ~*~*~tactically~*~*~ (outnumbered).
 28492 | D:7      | 28492 ||| Stepping ~*~*~tactically~*~*~ (outnumbered).
 28494 | D:7      | 28494 ||| Stepping ~*~*~tactically~*~*~ (outnumbered).
 28496 | D:7      | 28496 ||| Stepping ~*~*~tactically~*~*~ (outnumbered).
 28498 | D:7      | 28498 ||| Stepping ~*~*~tactically~*~*~ (outnumbered).
 28500 | D:7      | 28500 ||| Stepping ~*~*~tactically~*~*~ (outnumbered).
 28502 | D:7      | 28502 ||| Stepping ~*~*~tactically~*~*~ (outnumbered).
 28504 | D:7      | 28504 ||| Stepping ~*~*~tactically~*~*~ (outnumbered).
 28506 | D:7      | 28506 ||| Stepping ~*~*~tactically~*~*~ (outnumbered).
 28508 | D:7      | 28508 ||| Stepping ~*~*~tactically~*~*~ (outnumbered).
 28510 | D:7      | 28510 ||| Stepping ~*~*~tactically~*~*~ (outnumbered).
 28512 | D:7      | 28512 ||| Stepping ~*~*~tactically~*~*~ (outnumbered).
 28514 | D:7      | 28514 ||| Stepping ~*~*~tactically~*~*~ (outnumbered).
 28516 | D:7      | 28516 ||| Stepping ~*~*~tactically~*~*~ (outnumbered).
 28518 | D:7      | 28518 ||| Stepping ~*~*~tactically~*~*~ (outnumbered).
 28520 | D:7      | 28520 ||| Stepping ~*~*~tactically~*~*~ (outnumbered).
 28522 | D:7      | 28522 ||| Stepping ~*~*~tactically~*~*~ (outnumbered).
 28524 | D:7      | 28524 ||| Stepping ~*~*~tactically~*~*~ (outnumbered).
 28526 | D:7      | 28526 ||| Stepping ~*~*~tactically~*~*~ (outnumbered).
 28528 | D:7      | 28528 ||| Stepping ~*~*~tactically~*~*~ (outnumbered).
 28530 | D:7      | 28530 ||| Stepping ~*~*~tactically~*~*~ (outnumbered).
 28532 | D:7      | 28532 ||| Stepping ~*~*~tactically~*~*~ (outnumbered).
 28534 | D:7      | 28534 ||| Stepping ~*~*~tactically~*~*~ (outnumbered).
 28536 | D:7      | 28536 ||| Stepping ~*~*~tactically~*~*~ (outnumbered).
 28538 | D:7      | 28538 ||| Stepping ~*~*~tactically~*~*~ (outnumbered).
 28540 | D:7      | 28540 ||| Stepping ~*~*~tactically~*~*~ (outnumbered).
 28542 | D:7      | 28542 ||| Stepping ~*~*~tactically~*~*~ (outnumbered).
 28544 | D:7      | 28544 ||| Stepping ~*~*~tactically~*~*~ (outnumbered).
 28546 | D:7      | 28546 ||| Stepping ~*~*~tactically~*~*~ (outnumbered).
 28548 | D:7      | 28548 ||| Stepping ~*~*~tactically~*~*~ (outnumbered).
 28550 | D:7      | 28550 ||| Stepping ~*~*~tactically~*~*~ (outnumbered).
 28552 | D:7      | 28552 ||| Stepping ~*~*~tactically~*~*~ (outnumbered).
 28554 | D:7      | 28554 ||| Stepping ~*~*~tactically~*~*~ (outnumbered).
 28556 | D:7      | 28556 ||| Stepping ~*~*~tactically~*~*~ (outnumbered).
 28558 | D:7      | 28558 ||| Stepping ~*~*~tactically~*~*~ (outnumbered).
 28560 | D:7      | 28560 ||| Stepping ~*~*~tactically~*~*~ (outnumbered).
 28562 | D:7      | 28562 ||| Stepping ~*~*~tactically~*~*~ (outnumbered).
 28564 | D:7      | 28564 ||| Stepping ~*~*~tactically~*~*~ (outnumbered).
 28566 | D:7      | 28566 ||| Stepping ~*~*~tactically~*~*~ (outnumbered).
 28568 | D:7      | 28568 ||| Stepping ~*~*~tactically~*~*~ (outnumbered).
 28570 | D:7      | 28570 ||| Stepping ~*~*~tactically~*~*~ (outnumbered).
 28572 | D:7      | 28572 ||| Stepping ~*~*~tactically~*~*~ (outnumbered).
 28574 | D:7      | 28574 ||| Stepping ~*~*~tactically~*~*~ (outnumbered).
 28576 | D:7      | 28576 ||| Stepping ~*~*~tactically~*~*~ (outnumbered).
 28578 | D:7      | 28578 ||| Stepping ~*~*~tactically~*~*~ (outnumbered).
 28580 | D:7      | 28580 ||| Stepping ~*~*~tactically~*~*~ (outnumbered).
 28582 | D:7      | 28582 ||| Stepping ~*~*~tactically~*~*~ (outnumbered).
 28584 | D:7      | 28584 ||| Stepping ~*~*~tactically~*~*~ (outnumbered).
 28586 | D:7      | 28586 ||| Stepping ~*~*~tactically~*~*~ (outnumbered).
 28588 | D:7      | 28588 ||| Stepping ~*~*~tactically~*~*~ (outnumbered).
 28590 | D:7      | 28590 ||| Stepping ~*~*~tactically~*~*~ (outnumbered).
 28592 | D:7      | 28592 ||| Stepping ~*~*~tactically~*~*~ (outnumbered).
 28594 | D:7      | 28594 ||| Stepping ~*~*~tactically~*~*~ (outnumbered).
 28596 | D:7      | 28596 ||| Stepping ~*~*~tactically~*~*~ (outnumbered).
 28598 | D:7      | 28598 ||| Stepping ~*~*~tactically~*~*~ (outnumbered).
 28600 | D:7      | 28600 ||| Stepping ~*~*~tactically~*~*~ (outnumbered).
 28602 | D:7      | 28602 ||| Stepping ~*~*~tactically~*~*~ (outnumbered).
 28604 | D:7      | 28604 ||| Stepping ~*~*~tactically~*~*~ (outnumbered).
 28606 | D:7      | 28606 ||| Stepping ~*~*~tactically~*~*~ (outnumbered).
 28608 | D:7      | 28608 ||| Stepping ~*~*~tactically~*~*~ (outnumbered).
 28610 | D:7      | 28610 ||| Stepping ~*~*~tactically~*~*~ (outnumbered).
 28612 | D:7      | 28612 ||| Stepping ~*~*~tactically~*~*~ (outnumbered).
 28614 | D:7      | 28614 ||| Stepping ~*~*~tactically~*~*~ (outnumbered).
 28616 | D:7      | 28616 ||| Stepping ~*~*~tactically~*~*~ (outnumbered).
 28618 | D:7      | 28618 ||| Stepping ~*~*~tactically~*~*~ (outnumbered).
 28620 | D:7      | 28620 ||| Stepping ~*~*~tactically~*~*~ (outnumbered).
 28622 | D:7      | 28622 ||| Stepping ~*~*~tactically~*~*~ (outnumbered).
 28624 | D:7      | 28624 ||| Stepping ~*~*~tactically~*~*~ (outnumbered).
 28626 | D:7      | 28626 ||| Stepping ~*~*~tactically~*~*~ (outnumbered).
 28628 | D:7      | 28628 ||| Stepping ~*~*~tactically~*~*~ (outnumbered).
 28630 | D:7      | 28630 ||| Stepping ~*~*~tactically~*~*~ (outnumbered).
 28632 | D:7      | 28632 ||| Stepping ~*~*~tactically~*~*~ (outnumbered).
 28634 | D:7      | 28634 ||| Stepping ~*~*~tactically~*~*~ (outnumbered).
 28636 | D:7      | 28636 ||| Stepping ~*~*~tactically~*~*~ (outnumbered).
 28638 | D:7      | 28638 ||| Stepping ~*~*~tactically~*~*~ (outnumbered).
 28640 | D:7      | 28640 ||| Stepping ~*~*~tactically~*~*~ (outnumbered).
 28642 | D:7      | 28642 ||| Stepping ~*~*~tactically~*~*~ (outnumbered).
 28644 | D:7      | 28644 ||| Stepping ~*~*~tactically~*~*~ (outnumbered).
 28646 | D:7      | 28646 ||| Stepping ~*~*~tactically~*~*~ (outnumbered).
 28648 | D:7      | 28648 ||| Stepping ~*~*~tactically~*~*~ (outnumbered).
 28650 | D:7      | 28650 ||| Stepping ~*~*~tactically~*~*~ (outnumbered).
 28652 | D:7      | 28652 ||| Stepping ~*~*~tactically~*~*~ (outnumbered).
 28654 | D:7      | 28654 ||| Stepping ~*~*~tactically~*~*~ (outnumbered).
 28656 | D:7      | 28656 ||| Stepping ~*~*~tactically~*~*~ (outnumbered).
 28658 | D:7      | 28658 ||| Stepping ~*~*~tactically~*~*~ (outnumbered).
 28660 | D:7      | 28660 ||| Stepping ~*~*~tactically~*~*~ (outnumbered).
 28662 | D:7      | 28662 ||| Stepping ~*~*~tactically~*~*~ (outnumbered).
 28664 | D:7      | 28664 ||| Stepping ~*~*~tactically~*~*~ (outnumbered).
 28666 | D:7      | 28666 ||| Stepping ~*~*~tactically~*~*~ (outnumbered).
 28668 | D:7      | 28668 ||| Stepping ~*~*~tactically~*~*~ (outnumbered).
 28670 | D:7      | 28670 ||| Stepping ~*~*~tactically~*~*~ (outnumbered).
 28672 | D:7      | 28672 ||| Stepping ~*~*~tactically~*~*~ (outnumbered).
 28674 | D:7      | 28674 ||| Stepping ~*~*~tactically~*~*~ (outnumbered).
 28676 | D:7      | 28676 ||| Stepping ~*~*~tactically~*~*~ (outnumbered).
 28678 | D:7      | 28678 ||| Stepping ~*~*~tactically~*~*~ (outnumbered).
 28680 | D:7      | 28680 ||| Stepping ~*~*~tactically~*~*~ (outnumbered).
 28682 | D:7      | 28682 ||| Stepping ~*~*~tactically~*~*~ (outnumbered).
 28684 | D:7      | 28684 ||| Stepping ~*~*~tactically~*~*~ (outnumbered).
 28686 | D:7      | 28686 ||| Stepping ~*~*~tactically~*~*~ (outnumbered).
 28688 | D:7      | 28688 ||| Stepping ~*~*~tactically~*~*~ (outnumbered).
 28690 | D:7      | 28690 ||| Stepping ~*~*~tactically~*~*~ (outnumbered).
 28692 | D:7      | 28692 ||| Stepping ~*~*~tactically~*~*~ (outnumbered).
 28694 | D:7      | 28694 ||| Stepping ~*~*~tactically~*~*~ (outnumbered).
 28696 | D:7      | 28696 ||| Stepping ~*~*~tactically~*~*~ (outnumbered).
 28698 | D:7      | 28698 ||| Stepping ~*~*~tactically~*~*~ (outnumbered).
 28700 | D:7      | 28700 ||| Stepping ~*~*~tactically~*~*~ (outnumbered).
 28702 | D:7      | 28702 ||| Stepping ~*~*~tactically~*~*~ (outnumbered).
 28704 | D:7      | 28704 ||| Stepping ~*~*~tactically~*~*~ (outnumbered).
 28706 | D:7      | 28706 ||| Stepping ~*~*~tactically~*~*~ (outnumbered).
 28708 | D:7      | 28708 ||| Stepping ~*~*~tactically~*~*~ (outnumbered).
 28710 | D:7      | 28710 ||| Stepping ~*~*~tactically~*~*~ (outnumbered).
 28712 | D:7      | 28712 ||| Stepping ~*~*~tactically~*~*~ (outnumbered).
 28714 | D:7      | 28714 ||| Stepping ~*~*~tactically~*~*~ (outnumbered).
 28716 | D:7      | 28716 ||| Stepping ~*~*~tactically~*~*~ (outnumbered).
 28718 | D:7      | 28718 ||| Stepping ~*~*~tactically~*~*~ (outnumbered).
 28720 | D:7      | 28720 ||| Stepping ~*~*~tactically~*~*~ (outnumbered).
 28722 | D:7      | 28722 ||| Stepping ~*~*~tactically~*~*~ (outnumbered).
 28724 | D:7      | 28724 ||| Stepping ~*~*~tactically~*~*~ (outnumbered).
 28726 | D:7      | 28726 ||| Stepping ~*~*~tactically~*~*~ (outnumbered).
 28728 | D:7      | 28728 ||| Stepping ~*~*~tactically~*~*~ (outnumbered).
 28730 | D:7      | 28730 ||| Stepping ~*~*~tactically~*~*~ (outnumbered).
 28732 | D:7      | 28732 ||| Stepping ~*~*~tactically~*~*~ (outnumbered).
 28734 | D:7      | 28734 ||| Stepping ~*~*~tactically~*~*~ (outnumbered).
 28736 | D:7      | 28736 ||| Stepping ~*~*~tactically~*~*~ (outnumbered).
 28738 | D:7      | 28738 ||| Stepping ~*~*~tactically~*~*~ (outnumbered).
 28740 | D:7      | 28740 ||| Stepping ~*~*~tactically~*~*~ (outnumbered).
 28742 | D:7      | 28742 ||| Stepping ~*~*~tactically~*~*~ (outnumbered).
 28744 | D:7      | 28744 ||| Stepping ~*~*~tactically~*~*~ (outnumbered).
 28746 | D:7      | 28746 ||| Stepping ~*~*~tactically~*~*~ (outnumbered).
 28748 | D:7      | 28748 ||| Stepping ~*~*~tactically~*~*~ (outnumbered).
 28750 | D:7      | 28750 ||| Stepping ~*~*~tactically~*~*~ (outnumbered).
 28752 | D:7      | 28752 ||| Stepping ~*~*~tactically~*~*~ (outnumbered).
 28754 | D:7      | 28754 ||| Stepping ~*~*~tactically~*~*~ (outnumbered).
 28756 | D:7      | 28756 ||| Stepping ~*~*~tactically~*~*~ (outnumbered).
 28758 | D:7      | 28758 ||| Stepping ~*~*~tactically~*~*~ (outnumbered).
 28760 | D:7      | 28760 ||| Stepping ~*~*~tactically~*~*~ (outnumbered).
 28762 | D:7      | 28762 ||| Stepping ~*~*~tactically~*~*~ (outnumbered).
 28764 | D:7      | 28764 ||| Stepping ~*~*~tactically~*~*~ (outnumbered).
 28766 | D:7      | 28766 ||| Stepping ~*~*~tactically~*~*~ (outnumbered).
 28768 | D:7      | 28768 ||| Stepping ~*~*~tactically~*~*~ (outnumbered).
 28770 | D:7      | 28770 ||| Stepping ~*~*~tactically~*~*~ (outnumbered).
 28772 | D:7      | 28772 ||| Stepping ~*~*~tactically~*~*~ (outnumbered).
 28774 | D:7      | 28774 ||| Stepping ~*~*~tactically~*~*~ (outnumbered).
 28776 | D:7      | 28776 ||| Stepping ~*~*~tactically~*~*~ (outnumbered).
 28778 | D:7      | 28778 ||| Stepping ~*~*~tactically~*~*~ (outnumbered).
 28780 | D:7      | 28780 ||| Stepping ~*~*~tactically~*~*~ (outnumbered).
 28782 | D:7      | 28782 ||| Stepping ~*~*~tactically~*~*~ (outnumbered).
 28784 | D:7      | 28784 ||| Stepping ~*~*~tactically~*~*~ (outnumbered).
 28786 | D:7      | 28786 ||| Stepping ~*~*~tactically~*~*~ (outnumbered).
 28788 | D:7      | 28788 ||| Stepping ~*~*~tactically~*~*~ (outnumbered).
 28790 | D:7      | 28790 ||| Stepping ~*~*~tactically~*~*~ (outnumbered).
 28792 | D:7      | 28792 ||| Stepping ~*~*~tactically~*~*~ (outnumbered).
 28794 | D:7      | 28794 ||| Stepping ~*~*~tactically~*~*~ (outnumbered).
 28796 | D:7      | 28796 ||| Stepping ~*~*~tactically~*~*~ (outnumbered).
 28798 | D:7      | 28798 ||| Stepping ~*~*~tactically~*~*~ (outnumbered).
 28800 | D:7      | 28800 ||| Stepping ~*~*~tactically~*~*~ (outnumbered).
 28802 | D:7      | 28802 ||| Stepping ~*~*~tactically~*~*~ (outnumbered).
 28804 | D:7      | 28804 ||| Stepping ~*~*~tactically~*~*~ (outnumbered).
 28806 | D:7      | 28806 ||| Stepping ~*~*~tactically~*~*~ (outnumbered).
 28808 | D:7      | 28808 ||| Stepping ~*~*~tactically~*~*~ (outnumbered).
 28810 | D:7      | 28810 ||| Stepping ~*~*~tactically~*~*~ (outnumbered).
 28812 | D:7      | 28812 ||| Stepping ~*~*~tactically~*~*~ (outnumbered).
 28814 | D:7      | 28814 ||| Stepping ~*~*~tactically~*~*~ (outnumbered).
 28816 | D:7      | 28816 ||| Stepping ~*~*~tactically~*~*~ (outnumbered).
 28818 | D:7      | 28818 ||| Stepping ~*~*~tactically~*~*~ (outnumbered).
 28820 | D:7      | 28820 ||| Stepping ~*~*~tactically~*~*~ (outnumbered).
 28822 | D:7      | 28822 ||| Stepping ~*~*~tactically~*~*~ (outnumbered).
 28824 | D:7      | 28824 ||| Stepping ~*~*~tactically~*~*~ (outnumbered).
 28826 | D:7      | 28826 ||| Stepping ~*~*~tactically~*~*~ (outnumbered).
 28828 | D:7      | 28828 ||| Stepping ~*~*~tactically~*~*~ (outnumbered).
 28830 | D:7      | 28830 ||| Stepping ~*~*~tactically~*~*~ (outnumbered).
 28832 | D:7      | 28832 ||| Stepping ~*~*~tactically~*~*~ (outnumbered).
 28834 | D:7      | 28834 ||| Stepping ~*~*~tactically~*~*~ (outnumbered).
 28836 | D:7      | 28836 ||| Stepping ~*~*~tactically~*~*~ (outnumbered).
 28838 | D:7      | 28838 ||| Stepping ~*~*~tactically~*~*~ (outnumbered).
 28840 | D:7      | 28840 ||| Stepping ~*~*~tactically~*~*~ (outnumbered).
 28842 | D:7      | 28842 ||| Stepping ~*~*~tactically~*~*~ (outnumbered).
 28844 | D:7      | 28844 ||| Stepping ~*~*~tactically~*~*~ (outnumbered).
 28846 | D:7      | 28846 ||| Stepping ~*~*~tactically~*~*~ (outnumbered).
 28848 | D:7      | 28848 ||| Stepping ~*~*~tactically~*~*~ (outnumbered).
 28850 | D:7      | 28850 ||| Stepping ~*~*~tactically~*~*~ (outnumbered).
 28852 | D:7      | 28852 ||| Stepping ~*~*~tactically~*~*~ (outnumbered).
 28854 | D:7      | 28854 ||| Stepping ~*~*~tactically~*~*~ (outnumbered).
 28856 | D:7      | 28856 ||| Stepping ~*~*~tactically~*~*~ (outnumbered).
 28858 | D:7      | 28858 ||| Stepping ~*~*~tactically~*~*~ (outnumbered).
 28860 | D:7      | 28860 ||| Stepping ~*~*~tactically~*~*~ (outnumbered).
 28862 | D:7      | 28862 ||| Stepping ~*~*~tactically~*~*~ (outnumbered).
 28864 | D:7      | 28864 ||| Stepping ~*~*~tactically~*~*~ (outnumbered).
 28866 | D:7      | 28866 ||| Stepping ~*~*~tactically~*~*~ (outnumbered).
 28868 | D:7      | 28868 ||| Stepping ~*~*~tactically~*~*~ (outnumbered).
 28870 | D:7      | 28870 ||| Stepping ~*~*~tactically~*~*~ (outnumbered).
 28872 | D:7      | 28872 ||| Stepping ~*~*~tactically~*~*~ (outnumbered).
 28874 | D:7      | 28874 ||| Stepping ~*~*~tactically~*~*~ (outnumbered).
 28876 | D:7      | 28876 ||| Stepping ~*~*~tactically~*~*~ (outnumbered).
 28878 | D:7      | 28878 ||| Stepping ~*~*~tactically~*~*~ (outnumbered).
 28880 | D:7      | 28880 ||| Stepping ~*~*~tactically~*~*~ (outnumbered).
 28882 | D:7      | 28882 ||| Stepping ~*~*~tactically~*~*~ (outnumbered).
 28884 | D:7      | 28884 ||| Stepping ~*~*~tactically~*~*~ (outnumbered).
 28886 | D:7      | 28886 ||| Stepping ~*~*~tactically~*~*~ (outnumbered).
 28888 | D:7      | 28888 ||| Stepping ~*~*~tactically~*~*~ (outnumbered).
 28890 | D:7      | 28890 ||| Stepping ~*~*~tactically~*~*~ (outnumbered).
 28892 | D:7      | 28892 ||| Stepping ~*~*~tactically~*~*~ (outnumbered).
 28894 | D:7      | 28894 ||| Stepping ~*~*~tactically~*~*~ (outnumbered).
 28896 | D:7      | 28896 ||| Stepping ~*~*~tactically~*~*~ (outnumbered).
 28898 | D:7      | 28898 ||| Stepping ~*~*~tactically~*~*~ (outnumbered).
 28900 | D:7      | 28900 ||| Stepping ~*~*~tactically~*~*~ (outnumbered).
 28902 | D:7      | 28902 ||| Stepping ~*~*~tactically~*~*~ (outnumbered).
 28904 | D:7      | 28904 ||| Stepping ~*~*~tactically~*~*~ (outnumbered).
 28906 | D:7      | 28906 ||| Stepping ~*~*~tactically~*~*~ (outnumbered).
 28908 | D:7      | 28908 ||| Stepping ~*~*~tactically~*~*~ (outnumbered).
 28910 | D:7      | 28910 ||| Stepping ~*~*~tactically~*~*~ (outnumbered).
 28912 | D:7      | 28912 ||| Stepping ~*~*~tactically~*~*~ (outnumbered).
 28914 | D:7      | 28914 ||| Stepping ~*~*~tactically~*~*~ (outnumbered).
 28916 | D:7      | 28916 ||| Stepping ~*~*~tactically~*~*~ (outnumbered).
 28918 | D:7      | 28918 ||| Stepping ~*~*~tactically~*~*~ (outnumbered).
 28920 | D:7      | 28920 ||| Stepping ~*~*~tactically~*~*~ (outnumbered).
 28922 | D:7      | 28922 ||| Stepping ~*~*~tactically~*~*~ (outnumbered).
 28924 | D:7      | 28924 ||| Stepping ~*~*~tactically~*~*~ (outnumbered).
 28926 | D:7      | 28926 ||| Stepping ~*~*~tactically~*~*~ (outnumbered).
 28928 | D:7      | 28928 ||| Stepping ~*~*~tactically~*~*~ (outnumbered).
 28930 | D:7      | 28930 ||| Stepping ~*~*~tactically~*~*~ (outnumbered).
 28932 | D:7      | 28932 ||| Stepping ~*~*~tactically~*~*~ (outnumbered).
 28934 | D:7      | 28934 ||| Stepping ~*~*~tactically~*~*~ (outnumbered).
 28936 | D:7      | 28936 ||| Stepping ~*~*~tactically~*~*~ (outnumbered).
 28938 | D:7      | 28938 ||| Stepping ~*~*~tactically~*~*~ (outnumbered).
 28940 | D:7      | 28940 ||| Stepping ~*~*~tactically~*~*~ (outnumbered).
 28942 | D:7      | 28942 ||| Stepping ~*~*~tactically~*~*~ (outnumbered).
 28944 | D:7      | 28944 ||| Stepping ~*~*~tactically~*~*~ (outnumbered).
 28946 | D:7      | 28946 ||| Stepping ~*~*~tactically~*~*~ (outnumbered).
 28948 | D:7      | 28948 ||| Stepping ~*~*~tactically~*~*~ (outnumbered).
 28950 | D:7      | 28950 ||| Stepping ~*~*~tactically~*~*~ (outnumbered).
 28952 | D:7      | 28952 ||| Stepping ~*~*~tactically~*~*~ (outnumbered).
 28954 | D:7      | 28954 ||| Stepping ~*~*~tactically~*~*~ (outnumbered).
 28956 | D:7      | 28956 ||| Stepping ~*~*~tactically~*~*~ (outnumbered).
 28958 | D:7      | 28958 ||| Stepping ~*~*~tactically~*~*~ (outnumbered).
 28960 | D:7      | 28960 ||| Stepping ~*~*~tactically~*~*~ (outnumbered).
 28962 | D:7      | 28962 ||| Stepping ~*~*~tactically~*~*~ (outnumbered).
 28964 | D:7      | 28964 ||| Stepping ~*~*~tactically~*~*~ (outnumbered).
 28966 | D:7      | 28966 ||| Stepping ~*~*~tactically~*~*~ (outnumbered).
 28968 | D:7      | 28968 ||| Stepping ~*~*~tactically~*~*~ (outnumbered).
 28970 | D:7      | 28970 ||| Stepping ~*~*~tactically~*~*~ (outnumbered).
 28972 | D:7      | 28972 ||| Stepping ~*~*~tactically~*~*~ (outnumbered).
 28974 | D:7      | 28974 ||| Stepping ~*~*~tactically~*~*~ (outnumbered).
 28976 | D:7      | 28976 ||| Stepping ~*~*~tactically~*~*~ (outnumbered).
 28978 | D:7      | 28978 ||| Stepping ~*~*~tactically~*~*~ (outnumbered).
 28980 | D:7      | 28980 ||| Stepping ~*~*~tactically~*~*~ (outnumbered).
 28982 | D:7      | 28982 ||| Stepping ~*~*~tactically~*~*~ (outnumbered).
 28984 | D:7      | 28984 ||| Stepping ~*~*~tactically~*~*~ (outnumbered).
 28986 | D:7      | 28986 ||| Stepping ~*~*~tactically~*~*~ (outnumbered).
 28988 | D:7      | 28988 ||| Stepping ~*~*~tactically~*~*~ (outnumbered).
 28990 | D:7      | 28990 ||| Stepping ~*~*~tactically~*~*~ (outnumbered).
 28992 | D:7      | 28992 ||| Stepping ~*~*~tactically~*~*~ (outnumbered).
 28994 | D:7      | 28994 ||| Stepping ~*~*~tactically~*~*~ (outnumbered).
 28996 | D:7      | 28996 ||| Stepping ~*~*~tactically~*~*~ (outnumbered).
 28998 | D:7      | 28998 ||| Stepping ~*~*~tactically~*~*~ (outnumbered).
 29000 | D:7      | 29000 ||| Stepping ~*~*~tactically~*~*~ (outnumbered).
 29002 | D:7      | 29002 ||| Stepping ~*~*~tactically~*~*~ (outnumbered).
 29004 | D:7      | 29004 ||| Stepping ~*~*~tactically~*~*~ (outnumbered).
 29006 | D:7      | 29006 ||| Stepping ~*~*~tactically~*~*~ (outnumbered).
 29008 | D:7      | 29008 ||| Stepping ~*~*~tactically~*~*~ (outnumbered).
 29010 | D:7      | 29010 ||| Stepping ~*~*~tactically~*~*~ (outnumbered).
 29012 | D:7      | 29012 ||| Stepping ~*~*~tactically~*~*~ (outnumbered).
 29014 | D:7      | 29014 ||| Stepping ~*~*~tactically~*~*~ (outnumbered).
 29016 | D:7      | 29016 ||| Stepping ~*~*~tactically~*~*~ (outnumbered).
 29018 | D:7      | 29018 ||| Stepping ~*~*~tactically~*~*~ (outnumbered).
 29020 | D:7      | 29020 ||| Stepping ~*~*~tactically~*~*~ (outnumbered).
 29022 | D:7      | 29022 ||| Stepping ~*~*~tactically~*~*~ (outnumbered).
 29024 | D:7      | 29024 ||| Stepping ~*~*~tactically~*~*~ (outnumbered).
 29026 | D:7      | 29026 ||| Stepping ~*~*~tactically~*~*~ (outnumbered).
 29028 | D:7      | 29028 ||| Stepping ~*~*~tactically~*~*~ (outnumbered).
 29030 | D:7      | 29030 ||| Stepping ~*~*~tactically~*~*~ (outnumbered).
 29032 | D:7      | 29032 ||| Stepping ~*~*~tactically~*~*~ (outnumbered).
 29034 | D:7      | 29034 ||| Stepping ~*~*~tactically~*~*~ (outnumbered).
 29036 | D:7      | 29036 ||| Stepping ~*~*~tactically~*~*~ (outnumbered).
 29038 | D:7      | 29038 ||| Stepping ~*~*~tactically~*~*~ (outnumbered).
 29040 | D:7      | 29040 ||| Stepping ~*~*~tactically~*~*~ (outnumbered).
 29042 | D:7      | 29042 ||| Stepping ~*~*~tactically~*~*~ (outnumbered).
 29044 | D:7      | 29044 ||| Stepping ~*~*~tactically~*~*~ (outnumbered).
 29046 | D:7      | 29046 ||| Stepping ~*~*~tactically~*~*~ (outnumbered).
 29048 | D:7      | 29048 ||| Stepping ~*~*~tactically~*~*~ (outnumbered).
 29050 | D:7      | 29050 ||| Stepping ~*~*~tactically~*~*~ (outnumbered).
 29052 | D:7      | 29052 ||| Stepping ~*~*~tactically~*~*~ (outnumbered).
 29054 | D:7      | 29054 ||| Stepping ~*~*~tactically~*~*~ (outnumbered).
 29056 | D:7      | 29056 ||| Stepping ~*~*~tactically~*~*~ (outnumbered).
 29058 | D:7      | 29058 ||| Stepping ~*~*~tactically~*~*~ (outnumbered).
 29060 | D:7      | 29060 ||| Stepping ~*~*~tactically~*~*~ (outnumbered).
 29062 | D:7      | 29062 ||| Stepping ~*~*~tactically~*~*~ (outnumbered).
 29064 | D:7      | 29064 ||| Stepping ~*~*~tactically~*~*~ (outnumbered).
 29066 | D:7      | 29066 ||| Stepping ~*~*~tactically~*~*~ (outnumbered).
 29068 | D:7      | 29068 ||| Stepping ~*~*~tactically~*~*~ (outnumbered).
 29070 | D:7      | 29070 ||| Stepping ~*~*~tactically~*~*~ (outnumbered).
 29072 | D:7      | 29072 ||| Stepping ~*~*~tactically~*~*~ (outnumbered).
 29074 | D:7      | 29074 ||| Stepping ~*~*~tactically~*~*~ (outnumbered).
 29076 | D:7      | 29076 ||| Stepping ~*~*~tactically~*~*~ (outnumbered).
 29078 | D:7      | 29078 ||| Stepping ~*~*~tactically~*~*~ (outnumbered).
 29080 | D:7      | 29080 ||| Stepping ~*~*~tactically~*~*~ (outnumbered).
 29082 | D:7      | 29082 ||| Stepping ~*~*~tactically~*~*~ (outnumbered).
 29084 | D:7      | 29084 ||| Stepping ~*~*~tactically~*~*~ (outnumbered).
 29086 | D:7      | 29086 ||| Stepping ~*~*~tactically~*~*~ (outnumbered).
 29088 | D:7      | 29088 ||| Stepping ~*~*~tactically~*~*~ (outnumbered).
 29090 | D:7      | 29090 ||| Stepping ~*~*~tactically~*~*~ (outnumbered).
 29092 | D:7      | 29092 ||| Stepping ~*~*~tactically~*~*~ (outnumbered).
 29094 | D:7      | 29094 ||| Stepping ~*~*~tactically~*~*~ (outnumbered).
 29096 | D:7      | 29096 ||| Stepping ~*~*~tactically~*~*~ (outnumbered).
 29098 | D:7      | 29098 ||| Stepping ~*~*~tactically~*~*~ (outnumbered).
 29100 | D:7      | 29100 ||| Stepping ~*~*~tactically~*~*~ (outnumbered).
 29102 | D:7      | 29102 ||| Stepping ~*~*~tactically~*~*~ (outnumbered).
 29104 | D:7      | 29104 ||| Stepping ~*~*~tactically~*~*~ (outnumbered).
 29106 | D:7      | 29106 ||| Stepping ~*~*~tactically~*~*~ (outnumbered).
 29108 | D:7      | 29108 ||| Stepping ~*~*~tactically~*~*~ (outnumbered).
 29110 | D:7      | 29110 ||| Stepping ~*~*~tactically~*~*~ (outnumbered).
 29112 | D:7      | 29112 ||| Stepping ~*~*~tactically~*~*~ (outnumbered).
 29114 | D:7      | 29114 ||| Stepping ~*~*~tactically~*~*~ (outnumbered).
 29116 | D:7      | 29116 ||| Stepping ~*~*~tactically~*~*~ (outnumbered).
 29118 | D:7      | 29118 ||| Stepping ~*~*~tactically~*~*~ (outnumbered).
 29120 | D:7      | 29120 ||| Stepping ~*~*~tactically~*~*~ (outnumbered).
 29122 | D:7      | 29122 ||| Stepping ~*~*~tactically~*~*~ (outnumbered).
 29124 | D:7      | 29124 ||| Stepping ~*~*~tactically~*~*~ (outnumbered).
 29126 | D:7      | 29126 ||| Stepping ~*~*~tactically~*~*~ (outnumbered).
 29128 | D:7      | 29128 ||| Stepping ~*~*~tactically~*~*~ (outnumbered).
 29130 | D:7      | 29130 ||| Stepping ~*~*~tactically~*~*~ (outnumbered).
 29132 | D:7      | 29132 ||| Stepping ~*~*~tactically~*~*~ (outnumbered).
 29134 | D:7      | 29134 ||| Stepping ~*~*~tactically~*~*~ (outnumbered).
 29136 | D:7      | 29136 ||| Stepping ~*~*~tactically~*~*~ (outnumbered).
 29138 | D:7      | 29138 ||| Stepping ~*~*~tactically~*~*~ (outnumbered).
 29140 | D:7      | 29140 ||| Stepping ~*~*~tactically~*~*~ (outnumbered).
 29142 | D:7      | 29142 ||| Stepping ~*~*~tactically~*~*~ (outnumbered).
 29144 | D:7      | 29144 ||| Stepping ~*~*~tactically~*~*~ (outnumbered).
 29146 | D:7      | 29146 ||| Stepping ~*~*~tactically~*~*~ (outnumbered).
 29148 | D:7      | 29148 ||| Stepping ~*~*~tactically~*~*~ (outnumbered).
 29150 | D:7      | 29150 ||| Stepping ~*~*~tactically~*~*~ (outnumbered).
 29152 | D:7      | 29152 ||| Stepping ~*~*~tactically~*~*~ (outnumbered).
 29154 | D:7      | 29154 ||| Stepping ~*~*~tactically~*~*~ (outnumbered).
 29156 | D:7      | 29156 ||| Stepping ~*~*~tactically~*~*~ (outnumbered).
 29158 | D:7      | 29158 ||| Stepping ~*~*~tactically~*~*~ (outnumbered).
 29160 | D:7      | 29160 ||| Stepping ~*~*~tactically~*~*~ (outnumbered).
 29162 | D:7      | 29162 ||| Stepping ~*~*~tactically~*~*~ (outnumbered).
 29164 | D:7      | 29164 ||| Stepping ~*~*~tactically~*~*~ (outnumbered).
 29166 | D:7      | 29166 ||| Stepping ~*~*~tactically~*~*~ (outnumbered).
 29168 | D:7      | 29168 ||| Stepping ~*~*~tactically~*~*~ (outnumbered).
 29170 | D:7      | 29170 ||| Stepping ~*~*~tactically~*~*~ (outnumbered).
 29172 | D:7      | 29172 ||| Stepping ~*~*~tactically~*~*~ (outnumbered).
 29174 | D:7      | 29174 ||| Stepping ~*~*~tactically~*~*~ (outnumbered).
 29176 | D:7      | 29176 ||| Stepping ~*~*~tactically~*~*~ (outnumbered).
 29178 | D:7      | 29178 ||| Stepping ~*~*~tactically~*~*~ (outnumbered).
 29180 | D:7      | 29180 ||| Stepping ~*~*~tactically~*~*~ (outnumbered).
 29182 | D:7      | 29182 ||| Stepping ~*~*~tactically~*~*~ (outnumbered).
 29184 | D:7      | 29184 ||| Stepping ~*~*~tactically~*~*~ (outnumbered).
 29186 | D:7      | 29186 ||| Stepping ~*~*~tactically~*~*~ (outnumbered).
 29188 | D:7      | 29188 ||| Stepping ~*~*~tactically~*~*~ (outnumbered).
 29190 | D:7      | 29190 ||| Stepping ~*~*~tactically~*~*~ (outnumbered).
 29192 | D:7      | 29192 ||| Stepping ~*~*~tactically~*~*~ (outnumbered).
 29194 | D:7      | 29194 ||| Stepping ~*~*~tactically~*~*~ (outnumbered).
 29196 | D:7      | 29196 ||| Stepping ~*~*~tactically~*~*~ (outnumbered).
 29198 | D:7      | 29198 ||| Stepping ~*~*~tactically~*~*~ (outnumbered).
 29200 | D:7      | 29200 ||| Stepping ~*~*~tactically~*~*~ (outnumbered).
 29202 | D:7      | 29202 ||| Stepping ~*~*~tactically~*~*~ (outnumbered).
 29204 | D:7      | 29204 ||| Stepping ~*~*~tactically~*~*~ (outnumbered).
 29206 | D:7      | 29206 ||| Stepping ~*~*~tactically~*~*~ (outnumbered).
 29208 | D:7      | 29208 ||| Stepping ~*~*~tactically~*~*~ (outnumbered).
 29210 | D:7      | 29210 ||| Stepping ~*~*~tactically~*~*~ (outnumbered).
 29212 | D:7      | 29212 ||| Stepping ~*~*~tactically~*~*~ (outnumbered).
 29214 | D:7      | 29214 ||| Stepping ~*~*~tactically~*~*~ (outnumbered).
 29216 | D:7      | 29216 ||| Stepping ~*~*~tactically~*~*~ (outnumbered).
 29218 | D:7      | 29218 ||| Stepping ~*~*~tactically~*~*~ (outnumbered).
 29220 | D:7      | 29220 ||| Stepping ~*~*~tactically~*~*~ (outnumbered).
 29222 | D:7      | 29222 ||| Stepping ~*~*~tactically~*~*~ (outnumbered).
 29224 | D:7      | 29224 ||| Stepping ~*~*~tactically~*~*~ (outnumbered).
 29226 | D:7      | 29226 ||| Stepping ~*~*~tactically~*~*~ (outnumbered).
 29228 | D:7      | 29228 ||| Stepping ~*~*~tactically~*~*~ (outnumbered).
 29230 | D:7      | 29230 ||| Stepping ~*~*~tactically~*~*~ (outnumbered).
 29232 | D:7      | 29232 ||| Stepping ~*~*~tactically~*~*~ (outnumbered).
 29234 | D:7      | 29234 ||| Stepping ~*~*~tactically~*~*~ (outnumbered).
 29236 | D:7      | 29236 ||| Stepping ~*~*~tactically~*~*~ (outnumbered).
 29238 | D:7      | 29238 ||| Stepping ~*~*~tactically~*~*~ (outnumbered).
 29240 | D:7      | 29240 ||| Stepping ~*~*~tactically~*~*~ (outnumbered).
 29242 | D:7      | 29242 ||| Stepping ~*~*~tactically~*~*~ (outnumbered).
 29244 | D:7      | 29244 ||| Stepping ~*~*~tactically~*~*~ (outnumbered).
 29246 | D:7      | 29246 ||| Stepping ~*~*~tactically~*~*~ (outnumbered).
 29248 | D:7      | 29248 ||| Stepping ~*~*~tactically~*~*~ (outnumbered).
 29250 | D:7      | 29250 ||| Stepping ~*~*~tactically~*~*~ (outnumbered).
 29252 | D:7      | 29252 ||| Stepping ~*~*~tactically~*~*~ (outnumbered).
 29254 | D:7      | 29254 ||| Stepping ~*~*~tactically~*~*~ (outnumbered).
 29256 | D:7      | 29256 ||| Stepping ~*~*~tactically~*~*~ (outnumbered).
 29258 | D:7      | 29258 ||| Stepping ~*~*~tactically~*~*~ (outnumbered).
 29260 | D:7      | 29260 ||| Stepping ~*~*~tactically~*~*~ (outnumbered).
 29262 | D:7      | 29262 ||| Stepping ~*~*~tactically~*~*~ (outnumbered).
 29264 | D:7      | 29264 ||| Stepping ~*~*~tactically~*~*~ (outnumbered).
 29266 | D:7      | 29266 ||| Stepping ~*~*~tactically~*~*~ (outnumbered).
 29268 | D:7      | 29268 ||| Stepping ~*~*~tactically~*~*~ (outnumbered).
 29270 | D:7      | 29270 ||| Stepping ~*~*~tactically~*~*~ (outnumbered).
 29272 | D:7      | 29272 ||| Stepping ~*~*~tactically~*~*~ (outnumbered).
 29274 | D:7      | 29274 ||| Stepping ~*~*~tactically~*~*~ (outnumbered).
 29276 | D:7      | 29276 ||| Stepping ~*~*~tactically~*~*~ (outnumbered).
 29278 | D:7      | 29278 ||| Stepping ~*~*~tactically~*~*~ (outnumbered).
 29280 | D:7      | 29280 ||| Stepping ~*~*~tactically~*~*~ (outnumbered).
 29282 | D:7      | 29282 ||| Stepping ~*~*~tactically~*~*~ (outnumbered).
 29284 | D:7      | 29284 ||| Stepping ~*~*~tactically~*~*~ (outnumbered).
 29286 | D:7      | 29286 ||| Stepping ~*~*~tactically~*~*~ (outnumbered).
 29288 | D:7      | 29288 ||| Stepping ~*~*~tactically~*~*~ (outnumbered).
 29290 | D:7      | 29290 ||| Stepping ~*~*~tactically~*~*~ (outnumbered).
 29292 | D:7      | 29292 ||| Stepping ~*~*~tactically~*~*~ (outnumbered).
 29294 | D:7      | 29294 ||| Stepping ~*~*~tactically~*~*~ (outnumbered).
 29296 | D:7      | 29296 ||| Stepping ~*~*~tactically~*~*~ (outnumbered).
 29298 | D:7      | 29298 ||| Stepping ~*~*~tactically~*~*~ (outnumbered).
 29300 | D:7      | 29300 ||| Stepping ~*~*~tactically~*~*~ (outnumbered).
 29302 | D:7      | 29302 ||| Stepping ~*~*~tactically~*~*~ (outnumbered).
 29304 | D:7      | 29304 ||| Stepping ~*~*~tactically~*~*~ (outnumbered).
 29306 | D:7      | 29306 ||| Stepping ~*~*~tactically~*~*~ (outnumbered).
 29308 | D:7      | 29308 ||| Stepping ~*~*~tactically~*~*~ (outnumbered).
 29310 | D:7      | 29310 ||| Stepping ~*~*~tactically~*~*~ (outnumbered).
 29312 | D:7      | 29312 ||| Stepping ~*~*~tactically~*~*~ (outnumbered).
 29314 | D:7      | 29314 ||| Stepping ~*~*~tactically~*~*~ (outnumbered).
 29316 | D:7      | 29316 ||| Stepping ~*~*~tactically~*~*~ (outnumbered).
 29318 | D:7      | 29318 ||| Stepping ~*~*~tactically~*~*~ (outnumbered).
 29320 | D:7      | 29320 ||| Stepping ~*~*~tactically~*~*~ (outnumbered).
 29322 | D:7      | 29322 ||| Stepping ~*~*~tactically~*~*~ (outnumbered).
 29324 | D:7      | 29324 ||| Stepping ~*~*~tactically~*~*~ (outnumbered).
 29326 | D:7      | 29326 ||| Stepping ~*~*~tactically~*~*~ (outnumbered).
 29328 | D:7      | 29328 ||| Stepping ~*~*~tactically~*~*~ (outnumbered).
 29330 | D:7      | 29330 ||| Stepping ~*~*~tactically~*~*~ (outnumbered).
 29332 | D:7      | 29332 ||| Stepping ~*~*~tactically~*~*~ (outnumbered).
 29334 | D:7      | 29334 ||| Stepping ~*~*~tactically~*~*~ (outnumbered).
 29336 | D:7      | 29336 ||| Stepping ~*~*~tactically~*~*~ (outnumbered).
 29338 | D:7      | 29338 ||| Stepping ~*~*~tactically~*~*~ (outnumbered).
 29340 | D:7      | 29340 ||| Stepping ~*~*~tactically~*~*~ (outnumbered).
 29342 | D:7      | 29342 ||| Stepping ~*~*~tactically~*~*~ (outnumbered).
 29344 | D:7      | 29344 ||| Stepping ~*~*~tactically~*~*~ (outnumbered).
 29346 | D:7      | 29346 ||| Stepping ~*~*~tactically~*~*~ (outnumbered).
 29348 | D:7      | 29348 ||| Stepping ~*~*~tactically~*~*~ (outnumbered).
 29350 | D:7      | 29350 ||| Stepping ~*~*~tactically~*~*~ (outnumbered).
 29352 | D:7      | 29352 ||| Stepping ~*~*~tactically~*~*~ (outnumbered).
 29354 | D:7      | 29354 ||| Stepping ~*~*~tactically~*~*~ (outnumbered).
 29356 | D:7      | 29356 ||| Stepping ~*~*~tactically~*~*~ (outnumbered).
 29358 | D:7      | 29358 ||| Stepping ~*~*~tactically~*~*~ (outnumbered).
 29360 | D:7      | 29360 ||| Stepping ~*~*~tactically~*~*~ (outnumbered).
 29362 | D:7      | 29362 ||| Stepping ~*~*~tactically~*~*~ (outnumbered).
 29364 | D:7      | 29364 ||| Stepping ~*~*~tactically~*~*~ (outnumbered).
 29366 | D:7      | 29366 ||| Stepping ~*~*~tactically~*~*~ (outnumbered).
 29368 | D:7      | 29368 ||| Stepping ~*~*~tactically~*~*~ (outnumbered).
 29370 | D:7      | 29370 ||| Stepping ~*~*~tactically~*~*~ (outnumbered).
 29372 | D:7      | 29372 ||| Stepping ~*~*~tactically~*~*~ (outnumbered).
 29374 | D:7      | 29374 ||| Stepping ~*~*~tactically~*~*~ (outnumbered).
 29376 | D:7      | 29376 ||| Stepping ~*~*~tactically~*~*~ (outnumbered).
 29378 | D:7      | 29378 ||| Stepping ~*~*~tactically~*~*~ (outnumbered).
 29380 | D:7      | 29380 ||| Stepping ~*~*~tactically~*~*~ (outnumbered).
 29382 | D:7      | 29382 ||| Stepping ~*~*~tactically~*~*~ (outnumbered).
 29384 | D:7      | 29384 ||| Stepping ~*~*~tactically~*~*~ (outnumbered).
 29386 | D:7      | 29386 ||| Stepping ~*~*~tactically~*~*~ (outnumbered).
 29388 | D:7      | 29388 ||| Stepping ~*~*~tactically~*~*~ (outnumbered).
 29390 | D:7      | 29390 ||| Stepping ~*~*~tactically~*~*~ (outnumbered).
 29392 | D:7      | 29392 ||| Stepping ~*~*~tactically~*~*~ (outnumbered).
 29394 | D:7      | 29394 ||| Stepping ~*~*~tactically~*~*~ (outnumbered).
 29396 | D:7      | 29396 ||| Stepping ~*~*~tactically~*~*~ (outnumbered).
 29398 | D:7      | 29398 ||| Stepping ~*~*~tactically~*~*~ (outnumbered).
 29400 | D:7      | 29400 ||| Stepping ~*~*~tactically~*~*~ (outnumbered).
 29402 | D:7      | 29402 ||| Stepping ~*~*~tactically~*~*~ (outnumbered).
 29404 | D:7      | 29404 ||| Stepping ~*~*~tactically~*~*~ (outnumbered).
 29406 | D:7      | 29406 ||| Stepping ~*~*~tactically~*~*~ (outnumbered).
 29408 | D:7      | 29408 ||| Stepping ~*~*~tactically~*~*~ (outnumbered).
 29410 | D:7      | 29410 ||| Stepping ~*~*~tactically~*~*~ (outnumbered).
 29412 | D:7      | 29412 ||| Stepping ~*~*~tactically~*~*~ (outnumbered).
 29414 | D:7      | 29414 ||| Stepping ~*~*~tactically~*~*~ (outnumbered).
 29416 | D:7      | 29416 ||| Stepping ~*~*~tactically~*~*~ (outnumbered).
 29418 | D:7      | 29418 ||| Stepping ~*~*~tactically~*~*~ (outnumbered).
 29420 | D:7      | 29420 ||| Stepping ~*~*~tactically~*~*~ (outnumbered).
 29422 | D:7      | 29422 ||| Stepping ~*~*~tactically~*~*~ (outnumbered).
 29424 | D:7      | 29424 ||| Stepping ~*~*~tactically~*~*~ (outnumbered).
 29426 | D:7      | 29426 ||| Stepping ~*~*~tactically~*~*~ (outnumbered).
 29428 | D:7      | 29428 ||| Stepping ~*~*~tactically~*~*~ (outnumbered).
 29430 | D:7      | 29430 ||| Stepping ~*~*~tactically~*~*~ (outnumbered).
 29432 | D:7      | 29432 ||| Stepping ~*~*~tactically~*~*~ (outnumbered).
 29434 | D:7      | 29434 ||| Stepping ~*~*~tactically~*~*~ (outnumbered).
 29436 | D:7      | 29436 ||| Stepping ~*~*~tactically~*~*~ (outnumbered).
 29438 | D:7      | 29438 ||| Stepping ~*~*~tactically~*~*~ (outnumbered).
 29440 | D:7      | 29440 ||| Stepping ~*~*~tactically~*~*~ (outnumbered).
 29442 | D:7      | 29442 ||| Stepping ~*~*~tactically~*~*~ (outnumbered).
 29444 | D:7      | 29444 ||| Stepping ~*~*~tactically~*~*~ (outnumbered).
 29446 | D:7      | 29446 ||| Stepping ~*~*~tactically~*~*~ (outnumbered).
 29448 | D:7      | 29448 ||| Stepping ~*~*~tactically~*~*~ (outnumbered).
 29450 | D:7      | 29450 ||| Stepping ~*~*~tactically~*~*~ (outnumbered).
 29452 | D:7      | 29452 ||| Stepping ~*~*~tactically~*~*~ (outnumbered).
 29454 | D:7      | 29454 ||| Stepping ~*~*~tactically~*~*~ (outnumbered).
 29456 | D:7      | 29456 ||| Stepping ~*~*~tactically~*~*~ (outnumbered).
 29458 | D:7      | 29458 ||| Stepping ~*~*~tactically~*~*~ (outnumbered).
 29460 | D:7      | 29460 ||| Stepping ~*~*~tactically~*~*~ (outnumbered).
 29462 | D:7      | 29462 ||| Stepping ~*~*~tactically~*~*~ (outnumbered).
 29464 | D:7      | 29464 ||| Stepping ~*~*~tactically~*~*~ (outnumbered).
 29466 | D:7      | 29466 ||| Stepping ~*~*~tactically~*~*~ (outnumbered).
 29468 | D:7      | 29468 ||| Stepping ~*~*~tactically~*~*~ (outnumbered).
 29470 | D:7      | 29470 ||| Stepping ~*~*~tactically~*~*~ (outnumbered).
 29472 | D:7      | 29472 ||| Stepping ~*~*~tactically~*~*~ (outnumbered).
 29474 | D:7      | 29474 ||| Stepping ~*~*~tactically~*~*~ (outnumbered).
 29476 | D:7      | 29476 ||| Stepping ~*~*~tactically~*~*~ (outnumbered).
 29478 | D:7      | 29478 ||| Stepping ~*~*~tactically~*~*~ (outnumbered).
 29480 | D:7      | 29480 ||| Stepping ~*~*~tactically~*~*~ (outnumbered).
 29482 | D:7      | 29482 ||| Stepping ~*~*~tactically~*~*~ (outnumbered).
 29484 | D:7      | 29484 ||| Stepping ~*~*~tactically~*~*~ (outnumbered).
 29486 | D:7      | 29486 ||| Stepping ~*~*~tactically~*~*~ (outnumbered).
 29488 | D:7      | 29488 ||| Stepping ~*~*~tactically~*~*~ (outnumbered).
 29490 | D:7      | 29490 ||| Stepping ~*~*~tactically~*~*~ (outnumbered).
 29492 | D:7      | 29492 ||| Stepping ~*~*~tactically~*~*~ (outnumbered).
 29494 | D:7      | 29494 ||| Stepping ~*~*~tactically~*~*~ (outnumbered).
 29496 | D:7      | 29496 ||| Stepping ~*~*~tactically~*~*~ (outnumbered).
 29498 | D:7      | 29498 ||| Stepping ~*~*~tactically~*~*~ (outnumbered).
 29500 | D:7      | 29500 ||| Stepping ~*~*~tactically~*~*~ (outnumbered).
 29502 | D:7      | 29502 ||| Stepping ~*~*~tactically~*~*~ (outnumbered).
 29504 | D:7      | 29504 ||| Stepping ~*~*~tactically~*~*~ (outnumbered).
 29506 | D:7      | 29506 ||| Stepping ~*~*~tactically~*~*~ (outnumbered).
 29508 | D:7      | 29508 ||| Stepping ~*~*~tactically~*~*~ (outnumbered).
 29510 | D:7      | 29510 ||| Stepping ~*~*~tactically~*~*~ (outnumbered).
 29512 | D:7      | 29512 ||| Stepping ~*~*~tactically~*~*~ (outnumbered).
 29514 | D:7      | 29514 ||| Stepping ~*~*~tactically~*~*~ (outnumbered).
 29516 | D:7      | 29516 ||| Stepping ~*~*~tactically~*~*~ (outnumbered).
 29518 | D:7      | 29518 ||| Stepping ~*~*~tactically~*~*~ (outnumbered).
 29520 | D:7      | 29520 ||| Stepping ~*~*~tactically~*~*~ (outnumbered).
 29522 | D:7      | 29522 ||| Stepping ~*~*~tactically~*~*~ (outnumbered).
 29524 | D:7      | 29524 ||| Stepping ~*~*~tactically~*~*~ (outnumbered).
 29526 | D:7      | 29526 ||| Stepping ~*~*~tactically~*~*~ (outnumbered).
 29528 | D:7      | 29528 ||| Stepping ~*~*~tactically~*~*~ (outnumbered).
 29530 | D:7      | 29530 ||| Stepping ~*~*~tactically~*~*~ (outnumbered).
 29532 | D:7      | 29532 ||| Stepping ~*~*~tactically~*~*~ (outnumbered).
 29534 | D:7      | 29534 ||| Stepping ~*~*~tactically~*~*~ (outnumbered).
 29536 | D:7      | 29536 ||| Stepping ~*~*~tactically~*~*~ (outnumbered).
 29538 | D:7      | 29538 ||| Stepping ~*~*~tactically~*~*~ (outnumbered).
 29540 | D:7      | 29540 ||| Stepping ~*~*~tactically~*~*~ (outnumbered).
 29542 | D:7      | 29542 ||| Stepping ~*~*~tactically~*~*~ (outnumbered).
 29544 | D:7      | 29544 ||| Stepping ~*~*~tactically~*~*~ (outnumbered).
 29546 | D:7      | 29546 ||| Stepping ~*~*~tactically~*~*~ (outnumbered).
 29548 | D:7      | 29548 ||| Stepping ~*~*~tactically~*~*~ (outnumbered).
 29550 | D:7      | 29550 ||| Stepping ~*~*~tactically~*~*~ (outnumbered).
 29552 | D:7      | 29552 ||| Stepping ~*~*~tactically~*~*~ (outnumbered).
 29554 | D:7      | 29554 ||| Stepping ~*~*~tactically~*~*~ (outnumbered).
 29556 | D:7      | 29556 ||| Stepping ~*~*~tactically~*~*~ (outnumbered).
 29558 | D:7      | 29558 ||| Stepping ~*~*~tactically~*~*~ (outnumbered).
 29560 | D:7      | 29560 ||| Stepping ~*~*~tactically~*~*~ (outnumbered).
 29562 | D:7      | 29562 ||| Stepping ~*~*~tactically~*~*~ (outnumbered).
 29564 | D:7      | 29564 ||| Stepping ~*~*~tactically~*~*~ (outnumbered).
 29566 | D:7      | 29566 ||| Stepping ~*~*~tactically~*~*~ (outnumbered).
 29568 | D:7      | 29568 ||| Stepping ~*~*~tactically~*~*~ (outnumbered).
 29570 | D:7      | 29570 ||| Stepping ~*~*~tactically~*~*~ (outnumbered).
 29572 | D:7      | 29572 ||| Stepping ~*~*~tactically~*~*~ (outnumbered).
 29574 | D:7      | 29574 ||| Stepping ~*~*~tactically~*~*~ (outnumbered).
 29576 | D:7      | 29576 ||| Stepping ~*~*~tactically~*~*~ (outnumbered).
 29578 | D:7      | 29578 ||| Stepping ~*~*~tactically~*~*~ (outnumbered).
 29580 | D:7      | 29580 ||| Stepping ~*~*~tactically~*~*~ (outnumbered).
 29582 | D:7      | 29582 ||| Stepping ~*~*~tactically~*~*~ (outnumbered).
 29584 | D:7      | 29584 ||| Stepping ~*~*~tactically~*~*~ (outnumbered).
 29586 | D:7      | 29586 ||| Stepping ~*~*~tactically~*~*~ (outnumbered).
 29588 | D:7      | 29588 ||| Stepping ~*~*~tactically~*~*~ (outnumbered).
 29590 | D:7      | 29590 ||| Stepping ~*~*~tactically~*~*~ (outnumbered).
 29592 | D:7      | 29592 ||| Stepping ~*~*~tactically~*~*~ (outnumbered).
 29594 | D:7      | 29594 ||| Stepping ~*~*~tactically~*~*~ (outnumbered).
 29596 | D:7      | 29596 ||| Stepping ~*~*~tactically~*~*~ (outnumbered).
 29598 | D:7      | 29598 ||| Stepping ~*~*~tactically~*~*~ (outnumbered).
 29600 | D:7      | 29600 ||| Stepping ~*~*~tactically~*~*~ (outnumbered).
 29602 | D:7      | 29602 ||| Stepping ~*~*~tactically~*~*~ (outnumbered).
 29604 | D:7      | 29604 ||| Stepping ~*~*~tactically~*~*~ (outnumbered).
 29606 | D:7      | 29606 ||| Stepping ~*~*~tactically~*~*~ (outnumbered).
 29608 | D:7      | 29608 ||| Stepping ~*~*~tactically~*~*~ (outnumbered).
 29610 | D:7      | 29610 ||| Stepping ~*~*~tactically~*~*~ (outnumbered).
 29612 | D:7      | 29612 ||| Stepping ~*~*~tactically~*~*~ (outnumbered).
 29614 | D:7      | 29614 ||| Stepping ~*~*~tactically~*~*~ (outnumbered).
 29616 | D:7      | 29616 ||| Stepping ~*~*~tactically~*~*~ (outnumbered).
 29618 | D:7      | 29618 ||| Stepping ~*~*~tactically~*~*~ (outnumbered).
 29620 | D:7      | 29620 ||| Stepping ~*~*~tactically~*~*~ (outnumbered).
 29622 | D:7      | 29622 ||| Stepping ~*~*~tactically~*~*~ (outnumbered).
 29624 | D:7      | 29624 ||| Stepping ~*~*~tactically~*~*~ (outnumbered).
 29626 | D:7      | 29626 ||| Stepping ~*~*~tactically~*~*~ (outnumbered).
 29628 | D:7      | 29628 ||| Stepping ~*~*~tactically~*~*~ (outnumbered).
 29630 | D:7      | 29630 ||| Stepping ~*~*~tactically~*~*~ (outnumbered).
 29632 | D:7      | 29632 ||| Stepping ~*~*~tactically~*~*~ (outnumbered).
 29634 | D:7      | 29634 ||| Stepping ~*~*~tactically~*~*~ (outnumbered).
 29636 | D:7      | 29636 ||| Stepping ~*~*~tactically~*~*~ (outnumbered).
 29638 | D:7      | 29638 ||| Stepping ~*~*~tactically~*~*~ (outnumbered).
 29640 | D:7      | 29640 ||| Stepping ~*~*~tactically~*~*~ (outnumbered).
 29642 | D:7      | 29642 ||| Stepping ~*~*~tactically~*~*~ (outnumbered).
 29644 | D:7      | 29644 ||| Stepping ~*~*~tactically~*~*~ (outnumbered).
 29646 | D:7      | 29646 ||| Stepping ~*~*~tactically~*~*~ (outnumbered).
 29648 | D:7      | 29648 ||| Stepping ~*~*~tactically~*~*~ (outnumbered).
 29650 | D:7      | 29650 ||| Stepping ~*~*~tactically~*~*~ (outnumbered).
 29652 | D:7      | 29652 ||| Stepping ~*~*~tactically~*~*~ (outnumbered).
 29654 | D:7      | 29654 ||| Stepping ~*~*~tactically~*~*~ (outnumbered).
 29656 | D:7      | 29656 ||| Stepping ~*~*~tactically~*~*~ (outnumbered).
 29658 | D:7      | 29658 ||| Stepping ~*~*~tactically~*~*~ (outnumbered).
 29660 | D:7      | 29660 ||| Stepping ~*~*~tactically~*~*~ (outnumbered).
 29662 | D:7      | 29662 ||| Stepping ~*~*~tactically~*~*~ (outnumbered).
 29664 | D:7      | 29664 ||| Stepping ~*~*~tactically~*~*~ (outnumbered).
 29666 | D:7      | 29666 ||| Stepping ~*~*~tactically~*~*~ (outnumbered).
 29668 | D:7      | 29668 ||| Stepping ~*~*~tactically~*~*~ (outnumbered).
 29670 | D:7      | 29670 ||| Stepping ~*~*~tactically~*~*~ (outnumbered).
 29672 | D:7      | 29672 ||| Stepping ~*~*~tactically~*~*~ (outnumbered).
 29674 | D:7      | 29674 ||| Stepping ~*~*~tactically~*~*~ (outnumbered).
 29676 | D:7      | 29676 ||| Stepping ~*~*~tactically~*~*~ (outnumbered).
 29678 | D:7      | 29678 ||| Stepping ~*~*~tactically~*~*~ (outnumbered).
 29680 | D:7      | 29680 ||| Stepping ~*~*~tactically~*~*~ (outnumbered).
 29682 | D:7      | 29682 ||| Stepping ~*~*~tactically~*~*~ (outnumbered).
 29684 | D:7      | 29684 ||| Stepping ~*~*~tactically~*~*~ (outnumbered).
 29686 | D:7      | 29686 ||| Stepping ~*~*~tactically~*~*~ (outnumbered).
 29688 | D:7      | 29688 ||| Stepping ~*~*~tactically~*~*~ (outnumbered).
 29690 | D:7      | 29690 ||| Stepping ~*~*~tactically~*~*~ (outnumbered).
 29692 | D:7      | 29692 ||| Stepping ~*~*~tactically~*~*~ (outnumbered).
 29694 | D:7      | 29694 ||| Stepping ~*~*~tactically~*~*~ (outnumbered).
 29696 | D:7      | 29696 ||| Stepping ~*~*~tactically~*~*~ (outnumbered).
 29698 | D:7      | 29698 ||| Stepping ~*~*~tactically~*~*~ (outnumbered).
 29700 | D:7      | 29700 ||| Stepping ~*~*~tactically~*~*~ (outnumbered).
 29702 | D:7      | 29702 ||| Stepping ~*~*~tactically~*~*~ (outnumbered).
 29704 | D:7      | 29704 ||| Stepping ~*~*~tactically~*~*~ (outnumbered).
 29706 | D:7      | 29706 ||| Stepping ~*~*~tactically~*~*~ (outnumbered).
 29708 | D:7      | 29708 ||| Stepping ~*~*~tactically~*~*~ (outnumbered).
 29710 | D:7      | 29710 ||| Stepping ~*~*~tactically~*~*~ (outnumbered).
 29712 | D:7      | 29712 ||| Stepping ~*~*~tactically~*~*~ (outnumbered).
 29714 | D:7      | 29714 ||| Stepping ~*~*~tactically~*~*~ (outnumbered).
 29716 | D:7      | 29716 ||| Stepping ~*~*~tactically~*~*~ (outnumbered).
 29718 | D:7      | 29718 ||| Stepping ~*~*~tactically~*~*~ (outnumbered).
 29720 | D:7      | 29720 ||| Stepping ~*~*~tactically~*~*~ (outnumbered).
 29722 | D:7      | 29722 ||| Stepping ~*~*~tactically~*~*~ (outnumbered).
 29724 | D:7      | 29724 ||| Stepping ~*~*~tactically~*~*~ (outnumbered).
 29726 | D:7      | 29726 ||| Stepping ~*~*~tactically~*~*~ (outnumbered).
 29728 | D:7      | 29728 ||| Stepping ~*~*~tactically~*~*~ (outnumbered).
 29730 | D:7      | 29730 ||| Stepping ~*~*~tactically~*~*~ (outnumbered).
 29732 | D:7      | 29732 ||| Stepping ~*~*~tactically~*~*~ (outnumbered).
 29734 | D:7      | 29734 ||| Stepping ~*~*~tactically~*~*~ (outnumbered).
 29736 | D:7      | 29736 ||| Stepping ~*~*~tactically~*~*~ (outnumbered).
 29738 | D:7      | 29738 ||| Stepping ~*~*~tactically~*~*~ (outnumbered).
 29740 | D:7      | 29740 ||| Stepping ~*~*~tactically~*~*~ (outnumbered).
 29742 | D:7      | 29742 ||| Stepping ~*~*~tactically~*~*~ (outnumbered).
 29744 | D:7      | 29744 ||| Stepping ~*~*~tactically~*~*~ (outnumbered).
 29746 | D:7      | 29746 ||| Stepping ~*~*~tactically~*~*~ (outnumbered).
 29748 | D:7      | 29748 ||| Stepping ~*~*~tactically~*~*~ (outnumbered).
 29750 | D:7      | 29750 ||| Stepping ~*~*~tactically~*~*~ (outnumbered).
 29752 | D:7      | 29752 ||| Stepping ~*~*~tactically~*~*~ (outnumbered).
 29754 | D:7      | 29754 ||| Stepping ~*~*~tactically~*~*~ (outnumbered).
 29756 | D:7      | 29756 ||| Stepping ~*~*~tactically~*~*~ (outnumbered).
 29758 | D:7      | 29758 ||| Stepping ~*~*~tactically~*~*~ (outnumbered).
 29760 | D:7      | 29760 ||| Stepping ~*~*~tactically~*~*~ (outnumbered).
 29762 | D:7      | 29762 ||| Stepping ~*~*~tactically~*~*~ (outnumbered).
 29764 | D:7      | 29764 ||| Stepping ~*~*~tactically~*~*~ (outnumbered).
 29766 | D:7      | 29766 ||| Stepping ~*~*~tactically~*~*~ (outnumbered).
 29768 | D:7      | 29768 ||| Stepping ~*~*~tactically~*~*~ (outnumbered).
 29770 | D:7      | 29770 ||| Stepping ~*~*~tactically~*~*~ (outnumbered).
 29772 | D:7      | 29772 ||| Stepping ~*~*~tactically~*~*~ (outnumbered).
 29774 | D:7      | 29774 ||| Stepping ~*~*~tactically~*~*~ (outnumbered).
 29776 | D:7      | 29776 ||| Stepping ~*~*~tactically~*~*~ (outnumbered).
 29778 | D:7      | 29778 ||| Stepping ~*~*~tactically~*~*~ (outnumbered).
 29780 | D:7      | 29780 ||| Stepping ~*~*~tactically~*~*~ (outnumbered).
 29782 | D:7      | 29782 ||| Stepping ~*~*~tactically~*~*~ (outnumbered).
 29784 | D:7      | 29784 ||| Stepping ~*~*~tactically~*~*~ (outnumbered).
 29786 | D:7      | 29786 ||| Stepping ~*~*~tactically~*~*~ (outnumbered).
 29788 | D:7      | 29788 ||| Stepping ~*~*~tactically~*~*~ (outnumbered).
 29790 | D:7      | 29790 ||| Stepping ~*~*~tactically~*~*~ (outnumbered).
 29792 | D:7      | 29792 ||| Stepping ~*~*~tactically~*~*~ (outnumbered).
 29794 | D:7      | 29794 ||| Stepping ~*~*~tactically~*~*~ (outnumbered).
 29796 | D:7      | 29796 ||| Stepping ~*~*~tactically~*~*~ (outnumbered).
 29798 | D:7      | 29798 ||| Stepping ~*~*~tactically~*~*~ (outnumbered).
 29800 | D:7      | 29800 ||| Stepping ~*~*~tactically~*~*~ (outnumbered).
 29802 | D:7      | 29802 ||| Stepping ~*~*~tactically~*~*~ (outnumbered).
 29804 | D:7      | 29804 ||| Stepping ~*~*~tactically~*~*~ (outnumbered).
 29806 | D:7      | 29806 ||| Stepping ~*~*~tactically~*~*~ (outnumbered).
 29808 | D:7      | 29808 ||| Stepping ~*~*~tactically~*~*~ (outnumbered).
 29810 | D:7      | 29810 ||| Stepping ~*~*~tactically~*~*~ (outnumbered).
 29812 | D:7      | 29812 ||| Stepping ~*~*~tactically~*~*~ (outnumbered).
 29814 | D:7      | 29814 ||| Stepping ~*~*~tactically~*~*~ (outnumbered).
 29816 | D:7      | 29816 ||| Stepping ~*~*~tactically~*~*~ (outnumbered).
 29818 | D:7      | 29818 ||| Stepping ~*~*~tactically~*~*~ (outnumbered).
 29820 | D:7      | 29820 ||| Stepping ~*~*~tactically~*~*~ (outnumbered).
 29822 | D:7      | 29822 ||| Stepping ~*~*~tactically~*~*~ (outnumbered).
 29824 | D:7      | 29824 ||| Stepping ~*~*~tactically~*~*~ (outnumbered).
 29826 | D:7      | 29826 ||| Stepping ~*~*~tactically~*~*~ (outnumbered).
 29828 | D:7      | 29828 ||| Stepping ~*~*~tactically~*~*~ (outnumbered).
 29830 | D:7      | 29830 ||| Stepping ~*~*~tactically~*~*~ (outnumbered).
 29832 | D:7      | 29832 ||| Stepping ~*~*~tactically~*~*~ (outnumbered).
 29834 | D:7      | 29834 ||| Stepping ~*~*~tactically~*~*~ (outnumbered).
 29836 | D:7      | 29836 ||| Stepping ~*~*~tactically~*~*~ (outnumbered).
 29838 | D:7      | 29838 ||| Stepping ~*~*~tactically~*~*~ (outnumbered).
 29840 | D:7      | 29840 ||| Stepping ~*~*~tactically~*~*~ (outnumbered).
 29842 | D:7      | 29842 ||| Stepping ~*~*~tactically~*~*~ (outnumbered).
 29844 | D:7      | 29844 ||| Stepping ~*~*~tactically~*~*~ (outnumbered).
 29846 | D:7      | 29846 ||| Stepping ~*~*~tactically~*~*~ (outnumbered).
 29848 | D:7      | 29848 ||| Stepping ~*~*~tactically~*~*~ (outnumbered).
 29850 | D:7      | 29850 ||| Stepping ~*~*~tactically~*~*~ (outnumbered).
 29852 | D:7      | 29852 ||| Stepping ~*~*~tactically~*~*~ (outnumbered).
 29854 | D:7      | 29854 ||| Stepping ~*~*~tactically~*~*~ (outnumbered).
 29856 | D:7      | 29856 ||| Stepping ~*~*~tactically~*~*~ (outnumbered).
 29858 | D:7      | 29858 ||| Stepping ~*~*~tactically~*~*~ (outnumbered).
 29860 | D:7      | 29860 ||| Stepping ~*~*~tactically~*~*~ (outnumbered).
 29862 | D:7      | 29862 ||| Stepping ~*~*~tactically~*~*~ (outnumbered).
 29864 | D:7      | 29864 ||| Stepping ~*~*~tactically~*~*~ (outnumbered).
 29866 | D:7      | 29866 ||| Stepping ~*~*~tactically~*~*~ (outnumbered).
 29868 | D:7      | 29868 ||| Stepping ~*~*~tactically~*~*~ (outnumbered).
 29870 | D:7      | 29870 ||| Stepping ~*~*~tactically~*~*~ (outnumbered).
 29872 | D:7      | 29872 ||| Stepping ~*~*~tactically~*~*~ (outnumbered).
 29874 | D:7      | 29874 ||| Stepping ~*~*~tactically~*~*~ (outnumbered).
 29876 | D:7      | 29876 ||| Stepping ~*~*~tactically~*~*~ (outnumbered).
 29878 | D:7      | 29878 ||| Stepping ~*~*~tactically~*~*~ (outnumbered).
 29880 | D:7      | 29880 ||| Stepping ~*~*~tactically~*~*~ (outnumbered).
 29882 | D:7      | 29882 ||| Stepping ~*~*~tactically~*~*~ (outnumbered).
 29884 | D:7      | 29884 ||| Stepping ~*~*~tactically~*~*~ (outnumbered).
 29886 | D:7      | 29886 ||| Stepping ~*~*~tactically~*~*~ (outnumbered).
 29888 | D:7      | 29888 ||| Stepping ~*~*~tactically~*~*~ (outnumbered).
 29890 | D:7      | 29890 ||| Stepping ~*~*~tactically~*~*~ (outnumbered).
 29892 | D:7      | 29892 ||| Stepping ~*~*~tactically~*~*~ (outnumbered).
 29894 | D:7      | 29894 ||| Stepping ~*~*~tactically~*~*~ (outnumbered).
 29896 | D:7      | 29896 ||| Stepping ~*~*~tactically~*~*~ (outnumbered).
 29898 | D:7      | 29898 ||| Stepping ~*~*~tactically~*~*~ (outnumbered).
 29900 | D:7      | 29900 ||| Stepping ~*~*~tactically~*~*~ (outnumbered).
 29902 | D:7      | 29902 ||| Stepping ~*~*~tactically~*~*~ (outnumbered).
 29904 | D:7      | 29904 ||| Stepping ~*~*~tactically~*~*~ (outnumbered).
 29906 | D:7      | 29906 ||| Stepping ~*~*~tactically~*~*~ (outnumbered).
 29908 | D:7      | 29908 ||| Stepping ~*~*~tactically~*~*~ (outnumbered).
 29910 | D:7      | 29910 ||| Stepping ~*~*~tactically~*~*~ (outnumbered).
 29912 | D:7      | 29912 ||| Stepping ~*~*~tactically~*~*~ (outnumbered).
 29914 | D:7      | 29914 ||| Stepping ~*~*~tactically~*~*~ (outnumbered).
 29916 | D:7      | 29916 ||| Stepping ~*~*~tactically~*~*~ (outnumbered).
 29918 | D:7      | 29918 ||| Stepping ~*~*~tactically~*~*~ (outnumbered).
 29920 | D:7      | 29920 ||| Stepping ~*~*~tactically~*~*~ (outnumbered).
 29922 | D:7      | 29922 ||| Stepping ~*~*~tactically~*~*~ (outnumbered).
 29924 | D:7      | 29924 ||| Stepping ~*~*~tactically~*~*~ (outnumbered).
 29926 | D:7      | 29926 ||| Stepping ~*~*~tactically~*~*~ (outnumbered).
 29928 | D:7      | 29928 ||| Stepping ~*~*~tactically~*~*~ (outnumbered).
 29930 | D:7      | 29930 ||| Stepping ~*~*~tactically~*~*~ (outnumbered).
 29932 | D:7      | 29932 ||| Stepping ~*~*~tactically~*~*~ (outnumbered).
 29934 | D:7      | 29934 ||| Stepping ~*~*~tactically~*~*~ (outnumbered).
 29936 | D:7      | 29936 ||| Stepping ~*~*~tactically~*~*~ (outnumbered).
 29938 | D:7      | 29938 ||| Stepping ~*~*~tactically~*~*~ (outnumbered).
 29940 | D:7      | 29940 ||| Stepping ~*~*~tactically~*~*~ (outnumbered).
 29942 | D:7      | 29942 ||| Stepping ~*~*~tactically~*~*~ (outnumbered).
 29944 | D:7      | 29944 ||| Stepping ~*~*~tactically~*~*~ (outnumbered).
 29946 | D:7      | 29946 ||| Stepping ~*~*~tactically~*~*~ (outnumbered).
 29948 | D:7      | 29948 ||| Stepping ~*~*~tactically~*~*~ (outnumbered).
 29950 | D:7      | 29950 ||| Stepping ~*~*~tactically~*~*~ (outnumbered).
 29952 | D:7      | 29952 ||| Stepping ~*~*~tactically~*~*~ (outnumbered).
 29954 | D:7      | 29954 ||| Stepping ~*~*~tactically~*~*~ (outnumbered).
 29956 | D:7      | 29956 ||| Stepping ~*~*~tactically~*~*~ (outnumbered).
 29958 | D:7      | 29958 ||| Stepping ~*~*~tactically~*~*~ (outnumbered).
 29960 | D:7      | 29960 ||| Stepping ~*~*~tactically~*~*~ (outnumbered).
 29962 | D:7      | 29962 ||| Stepping ~*~*~tactically~*~*~ (outnumbered).
 29964 | D:7      | 29964 ||| Stepping ~*~*~tactically~*~*~ (outnumbered).
 29966 | D:7      | 29966 ||| Stepping ~*~*~tactically~*~*~ (outnumbered).
 29968 | D:7      | 29968 ||| Stepping ~*~*~tactically~*~*~ (outnumbered).
 29970 | D:7      | 29970 ||| Stepping ~*~*~tactically~*~*~ (outnumbered).
 29972 | D:7      | 29972 ||| Stepping ~*~*~tactically~*~*~ (outnumbered).
 29974 | D:7      | 29974 ||| Stepping ~*~*~tactically~*~*~ (outnumbered).
 29976 | D:7      | 29976 ||| Stepping ~*~*~tactically~*~*~ (outnumbered).
 29978 | D:7      | 29978 ||| Stepping ~*~*~tactically~*~*~ (outnumbered).
 29980 | D:7      | 29980 ||| Stepping ~*~*~tactically~*~*~ (outnumbered).
 29982 | D:7      | 29982 ||| Stepping ~*~*~tactically~*~*~ (outnumbered).
 29984 | D:7      | 29984 ||| Stepping ~*~*~tactically~*~*~ (outnumbered).
 29986 | D:7      | 29986 ||| Stepping ~*~*~tactically~*~*~ (outnumbered).
 29988 | D:7      | 29988 ||| Stepping ~*~*~tactically~*~*~ (outnumbered).
 29990 | D:7      | 29990 ||| Stepping ~*~*~tactically~*~*~ (outnumbered).
 29992 | D:7      | 29992 ||| Stepping ~*~*~tactically~*~*~ (outnumbered).
 29994 | D:7      | 29994 ||| Stepping ~*~*~tactically~*~*~ (outnumbered).
 29996 | D:7      | 29996 ||| Stepping ~*~*~tactically~*~*~ (outnumbered).
 29998 | D:7      | 29998 ||| Stepping ~*~*~tactically~*~*~ (outnumbered).
 30000 | D:7      | 30000 ||| Stepping ~*~*~tactically~*~*~ (outnumbered).
 30002 | D:7      | 30002 ||| Stepping ~*~*~tactically~*~*~ (outnumbered).
 30004 | D:7      | 30004 ||| Stepping ~*~*~tactically~*~*~ (outnumbered).
 30006 | D:7      | 30006 ||| Stepping ~*~*~tactically~*~*~ (outnumbered).
 30008 | D:7      | 30008 ||| Stepping ~*~*~tactically~*~*~ (outnumbered).
 30010 | D:7      | 30010 ||| Stepping ~*~*~tactically~*~*~ (outnumbered).
 30012 | D:7      | 30012 ||| Stepping ~*~*~tactically~*~*~ (outnumbered).
 30014 | D:7      | 30014 ||| Stepping ~*~*~tactically~*~*~ (outnumbered).
 30016 | D:7      | 30016 ||| Stepping ~*~*~tactically~*~*~ (outnumbered).
 30018 | D:7      | 30018 ||| Stepping ~*~*~tactically~*~*~ (outnumbered).
 30020 | D:7      | 30020 ||| Stepping ~*~*~tactically~*~*~ (outnumbered).
 30022 | D:7      | 30022 ||| Stepping ~*~*~tactically~*~*~ (outnumbered).
 30024 | D:7      | 30024 ||| Stepping ~*~*~tactically~*~*~ (outnumbered).
 30026 | D:7      | 30026 ||| Stepping ~*~*~tactically~*~*~ (outnumbered).
 30028 | D:7      | 30028 ||| Stepping ~*~*~tactically~*~*~ (outnumbered).
 30030 | D:7      | 30030 ||| Stepping ~*~*~tactically~*~*~ (outnumbered).
 30032 | D:7      | 30032 ||| Stepping ~*~*~tactically~*~*~ (outnumbered).
 30034 | D:7      | 30034 ||| Stepping ~*~*~tactically~*~*~ (outnumbered).
 30036 | D:7      | 30036 ||| Stepping ~*~*~tactically~*~*~ (outnumbered).
 30038 | D:7      | 30038 ||| Stepping ~*~*~tactically~*~*~ (outnumbered).
 30040 | D:7      | 30040 ||| Stepping ~*~*~tactically~*~*~ (outnumbered).
 30042 | D:7      | 30042 ||| Stepping ~*~*~tactically~*~*~ (outnumbered).
 30044 | D:7      | 30044 ||| Stepping ~*~*~tactically~*~*~ (outnumbered).
 30046 | D:7      | 30046 ||| Stepping ~*~*~tactically~*~*~ (outnumbered).
 30048 | D:7      | 30048 ||| Stepping ~*~*~tactically~*~*~ (outnumbered).
 30050 | D:7      | 30050 ||| Stepping ~*~*~tactically~*~*~ (outnumbered).
 30052 | D:7      | 30052 ||| Stepping ~*~*~tactically~*~*~ (outnumbered).
 30054 | D:7      | 30054 ||| Stepping ~*~*~tactically~*~*~ (outnumbered).
 30056 | D:7      | 30056 ||| Stepping ~*~*~tactically~*~*~ (outnumbered).
 30058 | D:7      | 30058 ||| Stepping ~*~*~tactically~*~*~ (outnumbered).
 30060 | D:7      | 30060 ||| Stepping ~*~*~tactically~*~*~ (outnumbered).
 30062 | D:7      | 30062 ||| Stepping ~*~*~tactically~*~*~ (outnumbered).
 30064 | D:7      | 30064 ||| Stepping ~*~*~tactically~*~*~ (outnumbered).
 30066 | D:7      | 30066 ||| Stepping ~*~*~tactically~*~*~ (outnumbered).
 30068 | D:7      | 30068 ||| Stepping ~*~*~tactically~*~*~ (outnumbered).
 30070 | D:7      | 30070 ||| Stepping ~*~*~tactically~*~*~ (outnumbered).
 30072 | D:7      | 30072 ||| Stepping ~*~*~tactically~*~*~ (outnumbered).
 30074 | D:7      | 30074 ||| Stepping ~*~*~tactically~*~*~ (outnumbered).
 30076 | D:7      | 30076 ||| Stepping ~*~*~tactically~*~*~ (outnumbered).
 30078 | D:7      | 30078 ||| Stepping ~*~*~tactically~*~*~ (outnumbered).
 30080 | D:7      | 30080 ||| Stepping ~*~*~tactically~*~*~ (outnumbered).
 30082 | D:7      | 30082 ||| Stepping ~*~*~tactically~*~*~ (outnumbered).
 30084 | D:7      | 30084 ||| Stepping ~*~*~tactically~*~*~ (outnumbered).
 30086 | D:7      | 30086 ||| Stepping ~*~*~tactically~*~*~ (outnumbered).
 30088 | D:7      | 30088 ||| Stepping ~*~*~tactically~*~*~ (outnumbered).
 30090 | D:7      | 30090 ||| Stepping ~*~*~tactically~*~*~ (outnumbered).
 30092 | D:7      | 30092 ||| Stepping ~*~*~tactically~*~*~ (outnumbered).
 30094 | D:7      | 30094 ||| Stepping ~*~*~tactically~*~*~ (outnumbered).
 30096 | D:7      | 30096 ||| Stepping ~*~*~tactically~*~*~ (outnumbered).
 30098 | D:7      | 30098 ||| Stepping ~*~*~tactically~*~*~ (outnumbered).
 30100 | D:7      | 30100 ||| Stepping ~*~*~tactically~*~*~ (outnumbered).
 30102 | D:7      | 30102 ||| Stepping ~*~*~tactically~*~*~ (outnumbered).
 30104 | D:7      | 30104 ||| Stepping ~*~*~tactically~*~*~ (outnumbered).
 30106 | D:7      | 30106 ||| Stepping ~*~*~tactically~*~*~ (outnumbered).
 30108 | D:7      | 30108 ||| Stepping ~*~*~tactically~*~*~ (outnumbered).
 30110 | D:7      | 30110 ||| Stepping ~*~*~tactically~*~*~ (outnumbered).
 30112 | D:7      | 30112 ||| Stepping ~*~*~tactically~*~*~ (outnumbered).
 30114 | D:7      | 30114 ||| Stepping ~*~*~tactically~*~*~ (outnumbered).
 30116 | D:7      | 30116 ||| Stepping ~*~*~tactically~*~*~ (outnumbered).
 30118 | D:7      | 30118 ||| Stepping ~*~*~tactically~*~*~ (outnumbered).
 30120 | D:7      | 30120 ||| Stepping ~*~*~tactically~*~*~ (outnumbered).
 30122 | D:7      | 30122 ||| Stepping ~*~*~tactically~*~*~ (outnumbered).
 30124 | D:7      | 30124 ||| Stepping ~*~*~tactically~*~*~ (outnumbered).
 30126 | D:7      | 30126 ||| Stepping ~*~*~tactically~*~*~ (outnumbered).
 30128 | D:7      | 30128 ||| Stepping ~*~*~tactically~*~*~ (outnumbered).
 30130 | D:7      | 30130 ||| Stepping ~*~*~tactically~*~*~ (outnumbered).
 30132 | D:7      | 30132 ||| Stepping ~*~*~tactically~*~*~ (outnumbered).
 30134 | D:7      | 30134 ||| Stepping ~*~*~tactically~*~*~ (outnumbered).
 30136 | D:7      | 30136 ||| Stepping ~*~*~tactically~*~*~ (outnumbered).
 30138 | D:7      | 30138 ||| Stepping ~*~*~tactically~*~*~ (outnumbered).
 30140 | D:7      | 30140 ||| Stepping ~*~*~tactically~*~*~ (outnumbered).
 30142 | D:7      | 30142 ||| Stepping ~*~*~tactically~*~*~ (outnumbered).
 30144 | D:7      | 30144 ||| Stepping ~*~*~tactically~*~*~ (outnumbered).
 30146 | D:7      | 30146 ||| Stepping ~*~*~tactically~*~*~ (outnumbered).
 30148 | D:7      | 30148 ||| Stepping ~*~*~tactically~*~*~ (outnumbered).
 30150 | D:7      | 30150 ||| Stepping ~*~*~tactically~*~*~ (outnumbered).
 30152 | D:7      | 30152 ||| Stepping ~*~*~tactically~*~*~ (outnumbered).
 30154 | D:7      | 30154 ||| Stepping ~*~*~tactically~*~*~ (outnumbered).
 30156 | D:7      | 30156 ||| Stepping ~*~*~tactically~*~*~ (outnumbered).
 30158 | D:7      | 30158 ||| Stepping ~*~*~tactically~*~*~ (outnumbered).
 30160 | D:7      | 30160 ||| Stepping ~*~*~tactically~*~*~ (outnumbered).
 30162 | D:7      | 30162 ||| Stepping ~*~*~tactically~*~*~ (outnumbered).
 30164 | D:7      | 30164 ||| Stepping ~*~*~tactically~*~*~ (outnumbered).
 30166 | D:7      | 30166 ||| Stepping ~*~*~tactically~*~*~ (outnumbered).
 30168 | D:7      | 30168 ||| Stepping ~*~*~tactically~*~*~ (outnumbered).
 30170 | D:7      | 30170 ||| Stepping ~*~*~tactically~*~*~ (outnumbered).
 30172 | D:7      | 30172 ||| Stepping ~*~*~tactically~*~*~ (outnumbered).
 30174 | D:7      | 30174 ||| Stepping ~*~*~tactically~*~*~ (outnumbered).
 30176 | D:7      | 30176 ||| Stepping ~*~*~tactically~*~*~ (outnumbered).
 30178 | D:7      | 30178 ||| Stepping ~*~*~tactically~*~*~ (outnumbered).
 30180 | D:7      | 30180 ||| Stepping ~*~*~tactically~*~*~ (outnumbered).
 30182 | D:7      | 30182 ||| Stepping ~*~*~tactically~*~*~ (outnumbered).
 30184 | D:7      | 30184 ||| Stepping ~*~*~tactically~*~*~ (outnumbered).
 30186 | D:7      | 30186 ||| Stepping ~*~*~tactically~*~*~ (outnumbered).
 30188 | D:7      | 30188 ||| Stepping ~*~*~tactically~*~*~ (outnumbered).
 30190 | D:7      | 30190 ||| Stepping ~*~*~tactically~*~*~ (outnumbered).
 30192 | D:7      | 30192 ||| Stepping ~*~*~tactically~*~*~ (outnumbered).
 30194 | D:7      | 30194 ||| Stepping ~*~*~tactically~*~*~ (outnumbered).
 30196 | D:7      | 30196 ||| Stepping ~*~*~tactically~*~*~ (outnumbered).
 30198 | D:7      | 30198 ||| Stepping ~*~*~tactically~*~*~ (outnumbered).
 30200 | D:7      | 30200 ||| Stepping ~*~*~tactically~*~*~ (outnumbered).
 30202 | D:7      | 30202 ||| Stepping ~*~*~tactically~*~*~ (outnumbered).
 30204 | D:7      | 30204 ||| Stepping ~*~*~tactically~*~*~ (outnumbered).
 30206 | D:7      | 30206 ||| Stepping ~*~*~tactically~*~*~ (outnumbered).
 30208 | D:7      | 30208 ||| Stepping ~*~*~tactically~*~*~ (outnumbered).
 30210 | D:7      | 30210 ||| Stepping ~*~*~tactically~*~*~ (outnumbered).
 30212 | D:7      | 30212 ||| Stepping ~*~*~tactically~*~*~ (outnumbered).
 30214 | D:7      | 30214 ||| Stepping ~*~*~tactically~*~*~ (outnumbered).
 30216 | D:7      | 30216 ||| Stepping ~*~*~tactically~*~*~ (outnumbered).
 30218 | D:7      | 30218 ||| Stepping ~*~*~tactically~*~*~ (outnumbered).
 30220 | D:7      | 30220 ||| Stepping ~*~*~tactically~*~*~ (outnumbered).
 30222 | D:7      | 30222 ||| Stepping ~*~*~tactically~*~*~ (outnumbered).
 30224 | D:7      | 30224 ||| Stepping ~*~*~tactically~*~*~ (outnumbered).
 30226 | D:7      | 30226 ||| Stepping ~*~*~tactically~*~*~ (outnumbered).
 30228 | D:7      | 30228 ||| Stepping ~*~*~tactically~*~*~ (outnumbered).
 30230 | D:7      | 30230 ||| Stepping ~*~*~tactically~*~*~ (outnumbered).
 30232 | D:7      | 30232 ||| Stepping ~*~*~tactically~*~*~ (outnumbered).
 30234 | D:7      | 30234 ||| Stepping ~*~*~tactically~*~*~ (outnumbered).
 30236 | D:7      | 30236 ||| Stepping ~*~*~tactically~*~*~ (outnumbered).
 30238 | D:7      | 30238 ||| Stepping ~*~*~tactically~*~*~ (outnumbered).
 30240 | D:7      | 30240 ||| Stepping ~*~*~tactically~*~*~ (outnumbered).
 30242 | D:7      | 30242 ||| Stepping ~*~*~tactically~*~*~ (outnumbered).
 30244 | D:7      | 30244 ||| Stepping ~*~*~tactically~*~*~ (outnumbered).
 30246 | D:7      | 30246 ||| Stepping ~*~*~tactically~*~*~ (outnumbered).
 30248 | D:7      | 30248 ||| Stepping ~*~*~tactically~*~*~ (outnumbered).
 30250 | D:7      | 30250 ||| Stepping ~*~*~tactically~*~*~ (outnumbered).
 30252 | D:7      | 30252 ||| Stepping ~*~*~tactically~*~*~ (outnumbered).
 30254 | D:7      | 30254 ||| Stepping ~*~*~tactically~*~*~ (outnumbered).
 30256 | D:7      | 30256 ||| Stepping ~*~*~tactically~*~*~ (outnumbered).
 30258 | D:7      | 30258 ||| Stepping ~*~*~tactically~*~*~ (outnumbered).
 30260 | D:7      | 30260 ||| Stepping ~*~*~tactically~*~*~ (outnumbered).
 30262 | D:7      | 30262 ||| Stepping ~*~*~tactically~*~*~ (outnumbered).
 30264 | D:7      | 30264 ||| Stepping ~*~*~tactically~*~*~ (outnumbered).
 30266 | D:7      | 30266 ||| Stepping ~*~*~tactically~*~*~ (outnumbered).
 30268 | D:7      | 30268 ||| Stepping ~*~*~tactically~*~*~ (outnumbered).
 30270 | D:7      | 30270 ||| Stepping ~*~*~tactically~*~*~ (outnumbered).
 30272 | D:7      | 30272 ||| Stepping ~*~*~tactically~*~*~ (outnumbered).
 30274 | D:7      | 30274 ||| Stepping ~*~*~tactically~*~*~ (outnumbered).
 30276 | D:7      | 30276 ||| Stepping ~*~*~tactically~*~*~ (outnumbered).
 30278 | D:7      | 30278 ||| Stepping ~*~*~tactically~*~*~ (outnumbered).
 30280 | D:7      | 30280 ||| Stepping ~*~*~tactically~*~*~ (outnumbered).
 30282 | D:7      | 30282 ||| Stepping ~*~*~tactically~*~*~ (outnumbered).
 30284 | D:7      | 30284 ||| Stepping ~*~*~tactically~*~*~ (outnumbered).
 30286 | D:7      | 30286 ||| Stepping ~*~*~tactically~*~*~ (outnumbered).
 30288 | D:7      | 30288 ||| Stepping ~*~*~tactically~*~*~ (outnumbered).
 30290 | D:7      | 30290 ||| Stepping ~*~*~tactically~*~*~ (outnumbered).
 30292 | D:7      | 30292 ||| Stepping ~*~*~tactically~*~*~ (outnumbered).
 30294 | D:7      | 30294 ||| Stepping ~*~*~tactically~*~*~ (outnumbered).
 30296 | D:7      | 30296 ||| Stepping ~*~*~tactically~*~*~ (outnumbered).
 30298 | D:7      | 30298 ||| Stepping ~*~*~tactically~*~*~ (outnumbered).
 30300 | D:7      | 30300 ||| Stepping ~*~*~tactically~*~*~ (outnumbered).
 30302 | D:7      | 30302 ||| Stepping ~*~*~tactically~*~*~ (outnumbered).
 30304 | D:7      | 30304 ||| Stepping ~*~*~tactically~*~*~ (outnumbered).
 30306 | D:7      | 30306 ||| Stepping ~*~*~tactically~*~*~ (outnumbered).
 30308 | D:7      | 30308 ||| Stepping ~*~*~tactically~*~*~ (outnumbered).
 30310 | D:7      | 30310 ||| Stepping ~*~*~tactically~*~*~ (outnumbered).
 30312 | D:7      | 30312 ||| Stepping ~*~*~tactically~*~*~ (outnumbered).
 30314 | D:7      | 30314 ||| Stepping ~*~*~tactically~*~*~ (outnumbered).
 30316 | D:7      | 30316 ||| Stepping ~*~*~tactically~*~*~ (outnumbered).
 30318 | D:7      | 30318 ||| Stepping ~*~*~tactically~*~*~ (outnumbered).
 30320 | D:7      | 30320 ||| Stepping ~*~*~tactically~*~*~ (outnumbered).
 30322 | D:7      | 30322 ||| Stepping ~*~*~tactically~*~*~ (outnumbered).
 30324 | D:7      | 30324 ||| Stepping ~*~*~tactically~*~*~ (outnumbered).
 30326 | D:7      | 30326 ||| Stepping ~*~*~tactically~*~*~ (outnumbered).
 30328 | D:7      | 30328 ||| Stepping ~*~*~tactically~*~*~ (outnumbered).
 30330 | D:7      | 30330 ||| Stepping ~*~*~tactically~*~*~ (outnumbered).
 30332 | D:7      | 30332 ||| Stepping ~*~*~tactically~*~*~ (outnumbered).
 30334 | D:7      | 30334 ||| Stepping ~*~*~tactically~*~*~ (outnumbered).
 30336 | D:7      | 30336 ||| Stepping ~*~*~tactically~*~*~ (outnumbered).
 30338 | D:7      | 30338 ||| Stepping ~*~*~tactically~*~*~ (outnumbered).
 30340 | D:7      | 30340 ||| Stepping ~*~*~tactically~*~*~ (outnumbered).
 30342 | D:7      | 30342 ||| Stepping ~*~*~tactically~*~*~ (outnumbered).
 30344 | D:7      | 30344 ||| Stepping ~*~*~tactically~*~*~ (outnumbered).
 30346 | D:7      | 30346 ||| Stepping ~*~*~tactically~*~*~ (outnumbered).
 30348 | D:7      | 30348 ||| Stepping ~*~*~tactically~*~*~ (outnumbered).
 30350 | D:7      | 30350 ||| Stepping ~*~*~tactically~*~*~ (outnumbered).
 30352 | D:7      | 30352 ||| Stepping ~*~*~tactically~*~*~ (outnumbered).
 30354 | D:7      | 30354 ||| Stepping ~*~*~tactically~*~*~ (outnumbered).
 30356 | D:7      | 30356 ||| Stepping ~*~*~tactically~*~*~ (outnumbered).
 30358 | D:7      | 30358 ||| Stepping ~*~*~tactically~*~*~ (outnumbered).
 30360 | D:7      | 30360 ||| Stepping ~*~*~tactically~*~*~ (outnumbered).
 30362 | D:7      | 30362 ||| Stepping ~*~*~tactically~*~*~ (outnumbered).
 30364 | D:7      | 30364 ||| Stepping ~*~*~tactically~*~*~ (outnumbered).
 30366 | D:7      | 30366 ||| Stepping ~*~*~tactically~*~*~ (outnumbered).
 30368 | D:7      | 30368 ||| Stepping ~*~*~tactically~*~*~ (outnumbered).
 30370 | D:7      | 30370 ||| Stepping ~*~*~tactically~*~*~ (outnumbered).
 30372 | D:7      | 30372 ||| Stepping ~*~*~tactically~*~*~ (outnumbered).
 30374 | D:7      | 30374 ||| Stepping ~*~*~tactically~*~*~ (outnumbered).
 30376 | D:7      | 30376 ||| Stepping ~*~*~tactically~*~*~ (outnumbered).
 30378 | D:7      | 30378 ||| Stepping ~*~*~tactically~*~*~ (outnumbered).
 30380 | D:7      | 30380 ||| Stepping ~*~*~tactically~*~*~ (outnumbered).
 30382 | D:7      | 30382 ||| Stepping ~*~*~tactically~*~*~ (outnumbered).
 30384 | D:7      | 30384 ||| Stepping ~*~*~tactically~*~*~ (outnumbered).
 30386 | D:7      | 30386 ||| Stepping ~*~*~tactically~*~*~ (outnumbered).
 30388 | D:7      | 30388 ||| Stepping ~*~*~tactically~*~*~ (outnumbered).
 30390 | D:7      | 30390 ||| Stepping ~*~*~tactically~*~*~ (outnumbered).
 30392 | D:7      | 30392 ||| Stepping ~*~*~tactically~*~*~ (outnumbered).
 30394 | D:7      | 30394 ||| Stepping ~*~*~tactically~*~*~ (outnumbered).
 30396 | D:7      | 30396 ||| Stepping ~*~*~tactically~*~*~ (outnumbered).
 30398 | D:7      | 30398 ||| Stepping ~*~*~tactically~*~*~ (outnumbered).
 30400 | D:7      | 30400 ||| Stepping ~*~*~tactically~*~*~ (outnumbered).
 30402 | D:7      | 30402 ||| Stepping ~*~*~tactically~*~*~ (outnumbered).
 30404 | D:7      | 30404 ||| Stepping ~*~*~tactically~*~*~ (outnumbered).
 30406 | D:7      | 30406 ||| Stepping ~*~*~tactically~*~*~ (outnumbered).
 30408 | D:7      | 30408 ||| Stepping ~*~*~tactically~*~*~ (outnumbered).
 30410 | D:7      | 30410 ||| Stepping ~*~*~tactically~*~*~ (outnumbered).
 30412 | D:7      | 30412 ||| Stepping ~*~*~tactically~*~*~ (outnumbered).
 30414 | D:7      | 30414 ||| Stepping ~*~*~tactically~*~*~ (outnumbered).
 30416 | D:7      | 30416 ||| Stepping ~*~*~tactically~*~*~ (outnumbered).
 30418 | D:7      | 30418 ||| Stepping ~*~*~tactically~*~*~ (outnumbered).
 30420 | D:7      | 30420 ||| Stepping ~*~*~tactically~*~*~ (outnumbered).
 30422 | D:7      | 30422 ||| Stepping ~*~*~tactically~*~*~ (outnumbered).
 30424 | D:7      | 30424 ||| Stepping ~*~*~tactically~*~*~ (outnumbered).
 30426 | D:7      | 30426 ||| Stepping ~*~*~tactically~*~*~ (outnumbered).
 30428 | D:7      | 30428 ||| Stepping ~*~*~tactically~*~*~ (outnumbered).
 30430 | D:7      | 30430 ||| Stepping ~*~*~tactically~*~*~ (outnumbered).
 30432 | D:7      | 30432 ||| Stepping ~*~*~tactically~*~*~ (outnumbered).
 30434 | D:7      | 30434 ||| Stepping ~*~*~tactically~*~*~ (outnumbered).
 30436 | D:7      | 30436 ||| Stepping ~*~*~tactically~*~*~ (outnumbered).
 30438 | D:7      | 30438 ||| Stepping ~*~*~tactically~*~*~ (outnumbered).
 30440 | D:7      | 30440 ||| Stepping ~*~*~tactically~*~*~ (outnumbered).
 30442 | D:7      | 30442 ||| Stepping ~*~*~tactically~*~*~ (outnumbered).
 30444 | D:7      | 30444 ||| Stepping ~*~*~tactically~*~*~ (outnumbered).
 30446 | D:7      | 30446 ||| Stepping ~*~*~tactically~*~*~ (outnumbered).
 30448 | D:7      | 30448 ||| Stepping ~*~*~tactically~*~*~ (outnumbered).
 30450 | D:7      | 30450 ||| Stepping ~*~*~tactically~*~*~ (outnumbered).
 30452 | D:7      | 30452 ||| Stepping ~*~*~tactically~*~*~ (outnumbered).
 30454 | D:7      | 30454 ||| Stepping ~*~*~tactically~*~*~ (outnumbered).
 30456 | D:7      | 30456 ||| Stepping ~*~*~tactically~*~*~ (outnumbered).
 30458 | D:7      | 30458 ||| Stepping ~*~*~tactically~*~*~ (outnumbered).
 30460 | D:7      | 30460 ||| Stepping ~*~*~tactically~*~*~ (outnumbered).
 30462 | D:7      | 30462 ||| Stepping ~*~*~tactically~*~*~ (outnumbered).
 30464 | D:7      | 30464 ||| Stepping ~*~*~tactically~*~*~ (outnumbered).
 30466 | D:7      | 30466 ||| Stepping ~*~*~tactically~*~*~ (outnumbered).
 30468 | D:7      | 30468 ||| Stepping ~*~*~tactically~*~*~ (outnumbered).
 30470 | D:7      | 30470 ||| Stepping ~*~*~tactically~*~*~ (outnumbered).
 30472 | D:7      | 30472 ||| Stepping ~*~*~tactically~*~*~ (outnumbered).
 30474 | D:7      | 30474 ||| Stepping ~*~*~tactically~*~*~ (outnumbered).
 30476 | D:7      | 30476 ||| Stepping ~*~*~tactically~*~*~ (outnumbered).
 30478 | D:7      | 30478 ||| Stepping ~*~*~tactically~*~*~ (outnumbered).
 30480 | D:7      | 30480 ||| Stepping ~*~*~tactically~*~*~ (outnumbered).
 30482 | D:7      | 30482 ||| Stepping ~*~*~tactically~*~*~ (outnumbered).
 30484 | D:7      | 30484 ||| Stepping ~*~*~tactically~*~*~ (outnumbered).
 30486 | D:7      | 30486 ||| Stepping ~*~*~tactically~*~*~ (outnumbered).
 30488 | D:7      | 30488 ||| Stepping ~*~*~tactically~*~*~ (outnumbered).
 30490 | D:7      | 30490 ||| Stepping ~*~*~tactically~*~*~ (outnumbered).
 30492 | D:7      | 30492 ||| Stepping ~*~*~tactically~*~*~ (outnumbered).
 30494 | D:7      | 30494 ||| Stepping ~*~*~tactically~*~*~ (outnumbered).
 30496 | D:7      | 30496 ||| Stepping ~*~*~tactically~*~*~ (outnumbered).
 30498 | D:7      | 30498 ||| Stepping ~*~*~tactically~*~*~ (outnumbered).
 30500 | D:7      | 30500 ||| Stepping ~*~*~tactically~*~*~ (outnumbered).
 30502 | D:7      | 30502 ||| Stepping ~*~*~tactically~*~*~ (outnumbered).
 30504 | D:7      | 30504 ||| Stepping ~*~*~tactically~*~*~ (outnumbered).
 30506 | D:7      | 30506 ||| Stepping ~*~*~tactically~*~*~ (outnumbered).
 30508 | D:7      | 30508 ||| Stepping ~*~*~tactically~*~*~ (outnumbered).
 30510 | D:7      | 30510 ||| Stepping ~*~*~tactically~*~*~ (outnumbered).
 30512 | D:7      | 30512 ||| Stepping ~*~*~tactically~*~*~ (outnumbered).
 30514 | D:7      | 30514 ||| Stepping ~*~*~tactically~*~*~ (outnumbered).
 30516 | D:7      | 30516 ||| Stepping ~*~*~tactically~*~*~ (outnumbered).
 30518 | D:7      | 30518 ||| Stepping ~*~*~tactically~*~*~ (outnumbered).
 30520 | D:7      | 30520 ||| Stepping ~*~*~tactically~*~*~ (outnumbered).
 30522 | D:7      | 30522 ||| Stepping ~*~*~tactically~*~*~ (outnumbered).
 30524 | D:7      | 30524 ||| Stepping ~*~*~tactically~*~*~ (outnumbered).
 30526 | D:7      | 30526 ||| Stepping ~*~*~tactically~*~*~ (outnumbered).
 30528 | D:7      | 30528 ||| Stepping ~*~*~tactically~*~*~ (outnumbered).
 30530 | D:7      | 30530 ||| Stepping ~*~*~tactically~*~*~ (outnumbered).
 30532 | D:7      | 30532 ||| Stepping ~*~*~tactically~*~*~ (outnumbered).
 30534 | D:7      | 30534 ||| Stepping ~*~*~tactically~*~*~ (outnumbered).
 30536 | D:7      | 30536 ||| Stepping ~*~*~tactically~*~*~ (outnumbered).
 30538 | D:7      | 30538 ||| Stepping ~*~*~tactically~*~*~ (outnumbered).
 30540 | D:7      | 30540 ||| Stepping ~*~*~tactically~*~*~ (outnumbered).
 30542 | D:7      | 30542 ||| Stepping ~*~*~tactically~*~*~ (outnumbered).
 30544 | D:7      | 30544 ||| Stepping ~*~*~tactically~*~*~ (outnumbered).
 30546 | D:7      | 30546 ||| Stepping ~*~*~tactically~*~*~ (outnumbered).
 30548 | D:7      | 30548 ||| Stepping ~*~*~tactically~*~*~ (outnumbered).
 30550 | D:7      | 30550 ||| Stepping ~*~*~tactically~*~*~ (outnumbered).
 30552 | D:7      | 30552 ||| Stepping ~*~*~tactically~*~*~ (outnumbered).
 30554 | D:7      | 30554 ||| Stepping ~*~*~tactically~*~*~ (outnumbered).
 30556 | D:7      | 30556 ||| Stepping ~*~*~tactically~*~*~ (outnumbered).
 30558 | D:7      | 30558 ||| Stepping ~*~*~tactically~*~*~ (outnumbered).
 30560 | D:7      | 30560 ||| Stepping ~*~*~tactically~*~*~ (outnumbered).
 30562 | D:7      | 30562 ||| Stepping ~*~*~tactically~*~*~ (outnumbered).
 30564 | D:7      | 30564 ||| Stepping ~*~*~tactically~*~*~ (outnumbered).
 30566 | D:7      | 30566 ||| Stepping ~*~*~tactically~*~*~ (outnumbered).
 30568 | D:7      | 30568 ||| Stepping ~*~*~tactically~*~*~ (outnumbered).
 30570 | D:7      | 30570 ||| Stepping ~*~*~tactically~*~*~ (outnumbered).
 30572 | D:7      | 30572 ||| Stepping ~*~*~tactically~*~*~ (outnumbered).
 30574 | D:7      | 30574 ||| Stepping ~*~*~tactically~*~*~ (outnumbered).
 30576 | D:7      | 30576 ||| Stepping ~*~*~tactically~*~*~ (outnumbered).
 30578 | D:7      | 30578 ||| Stepping ~*~*~tactically~*~*~ (outnumbered).
 30580 | D:7      | 30580 ||| Stepping ~*~*~tactically~*~*~ (outnumbered).
 30582 | D:7      | 30582 ||| Stepping ~*~*~tactically~*~*~ (outnumbered).
 30584 | D:7      | 30584 ||| Stepping ~*~*~tactically~*~*~ (outnumbered).
 30586 | D:7      | 30586 ||| Stepping ~*~*~tactically~*~*~ (outnumbered).
 30588 | D:7      | 30588 ||| Stepping ~*~*~tactically~*~*~ (outnumbered).
 30590 | D:7      | 30590 ||| Stepping ~*~*~tactically~*~*~ (outnumbered).
 30592 | D:7      | 30592 ||| Stepping ~*~*~tactically~*~*~ (outnumbered).
 30594 | D:7      | 30594 ||| Stepping ~*~*~tactically~*~*~ (outnumbered).
 30596 | D:7      | 30596 ||| Stepping ~*~*~tactically~*~*~ (outnumbered).
 30598 | D:7      | 30598 ||| Stepping ~*~*~tactically~*~*~ (outnumbered).
 30600 | D:7      | 30600 ||| Stepping ~*~*~tactically~*~*~ (outnumbered).
 30602 | D:7      | 30602 ||| Stepping ~*~*~tactically~*~*~ (outnumbered).
 30604 | D:7      | 30604 ||| Stepping ~*~*~tactically~*~*~ (outnumbered).
 30606 | D:7      | 30606 ||| Stepping ~*~*~tactically~*~*~ (outnumbered).
 30608 | D:7      | 30608 ||| Stepping ~*~*~tactically~*~*~ (outnumbered).
 30610 | D:7      | 30610 ||| Stepping ~*~*~tactically~*~*~ (outnumbered).
 30612 | D:7      | 30612 ||| Stepping ~*~*~tactically~*~*~ (outnumbered).
 30614 | D:7      | 30614 ||| Stepping ~*~*~tactically~*~*~ (outnumbered).
 30616 | D:7      | 30616 ||| Stepping ~*~*~tactically~*~*~ (outnumbered).
 30618 | D:7      | 30618 ||| Stepping ~*~*~tactically~*~*~ (outnumbered).
 30620 | D:7      | 30620 ||| Stepping ~*~*~tactically~*~*~ (outnumbered).
 30622 | D:7      | 30622 ||| Stepping ~*~*~tactically~*~*~ (outnumbered).
 30624 | D:7      | 30624 ||| Stepping ~*~*~tactically~*~*~ (outnumbered).
 30626 | D:7      | 30626 ||| Stepping ~*~*~tactically~*~*~ (outnumbered).
 30628 | D:7      | 30628 ||| Stepping ~*~*~tactically~*~*~ (outnumbered).
 30630 | D:7      | 30630 ||| Stepping ~*~*~tactically~*~*~ (outnumbered).
 30632 | D:7      | 30632 ||| Stepping ~*~*~tactically~*~*~ (outnumbered).
 30634 | D:7      | 30634 ||| Stepping ~*~*~tactically~*~*~ (outnumbered).
 30636 | D:7      | 30636 ||| Stepping ~*~*~tactically~*~*~ (outnumbered).
 30638 | D:7      | 30638 ||| Stepping ~*~*~tactically~*~*~ (outnumbered).
 30640 | D:7      | 30640 ||| Stepping ~*~*~tactically~*~*~ (outnumbered).
 30642 | D:7      | 30642 ||| Stepping ~*~*~tactically~*~*~ (outnumbered).
 30644 | D:7      | 30644 ||| Stepping ~*~*~tactically~*~*~ (outnumbered).
 30646 | D:7      | 30646 ||| Stepping ~*~*~tactically~*~*~ (outnumbered).
 30648 | D:7      | 30648 ||| Stepping ~*~*~tactically~*~*~ (outnumbered).
 30650 | D:7      | 30650 ||| Stepping ~*~*~tactically~*~*~ (outnumbered).
 30652 | D:7      | 30652 ||| Stepping ~*~*~tactically~*~*~ (outnumbered).
 30654 | D:7      | 30654 ||| Stepping ~*~*~tactically~*~*~ (outnumbered).
 30656 | D:7      | 30656 ||| Stepping ~*~*~tactically~*~*~ (outnumbered).
 30658 | D:7      | 30658 ||| Stepping ~*~*~tactically~*~*~ (outnumbered).
 30660 | D:7      | 30660 ||| Stepping ~*~*~tactically~*~*~ (outnumbered).
 30662 | D:7      | 30662 ||| Stepping ~*~*~tactically~*~*~ (outnumbered).
 30664 | D:7      | 30664 ||| Stepping ~*~*~tactically~*~*~ (outnumbered).
 30666 | D:7      | 30666 ||| Stepping ~*~*~tactically~*~*~ (outnumbered).
 30668 | D:7      | 30668 ||| Stepping ~*~*~tactically~*~*~ (outnumbered).
 30670 | D:7      | 30670 ||| Stepping ~*~*~tactically~*~*~ (outnumbered).
 30672 | D:7      | 30672 ||| Stepping ~*~*~tactically~*~*~ (outnumbered).
 30674 | D:7      | 30674 ||| Stepping ~*~*~tactically~*~*~ (outnumbered).
 30676 | D:7      | 30676 ||| Stepping ~*~*~tactically~*~*~ (outnumbered).
 30678 | D:7      | 30678 ||| Stepping ~*~*~tactically~*~*~ (outnumbered).
 30680 | D:7      | 30680 ||| Stepping ~*~*~tactically~*~*~ (outnumbered).
 30682 | D:7      | 30682 ||| Stepping ~*~*~tactically~*~*~ (outnumbered).
 30684 | D:7      | 30684 ||| Stepping ~*~*~tactically~*~*~ (outnumbered).
 30686 | D:7      | 30686 ||| Stepping ~*~*~tactically~*~*~ (outnumbered).
 30688 | D:7      | 30688 ||| Stepping ~*~*~tactically~*~*~ (outnumbered).
 30690 | D:7      | 30690 ||| Stepping ~*~*~tactically~*~*~ (outnumbered).
 30692 | D:7      | 30692 ||| Stepping ~*~*~tactically~*~*~ (outnumbered).
 30694 | D:7      | 30694 ||| Stepping ~*~*~tactically~*~*~ (outnumbered).
 30696 | D:7      | 30696 ||| Stepping ~*~*~tactically~*~*~ (outnumbered).
 30698 | D:7      | 30698 ||| Stepping ~*~*~tactically~*~*~ (outnumbered).
 30700 | D:7      | 30700 ||| Stepping ~*~*~tactically~*~*~ (outnumbered).
 30702 | D:7      | 30702 ||| Stepping ~*~*~tactically~*~*~ (outnumbered).
 30704 | D:7      | 30704 ||| Stepping ~*~*~tactically~*~*~ (outnumbered).
 30706 | D:7      | 30706 ||| Stepping ~*~*~tactically~*~*~ (outnumbered).
 30708 | D:7      | 30708 ||| Stepping ~*~*~tactically~*~*~ (outnumbered).
 30710 | D:7      | 30710 ||| Stepping ~*~*~tactically~*~*~ (outnumbered).
 30712 | D:7      | 30712 ||| Stepping ~*~*~tactically~*~*~ (outnumbered).
 30714 | D:7      | 30714 ||| Stepping ~*~*~tactically~*~*~ (outnumbered).
 30716 | D:7      | 30716 ||| Stepping ~*~*~tactically~*~*~ (outnumbered).
 30718 | D:7      | 30718 ||| Stepping ~*~*~tactically~*~*~ (outnumbered).
 30720 | D:7      | 30720 ||| Stepping ~*~*~tactically~*~*~ (outnumbered).
 30722 | D:7      | 30722 ||| Stepping ~*~*~tactically~*~*~ (outnumbered).
 30724 | D:7      | 30724 ||| Stepping ~*~*~tactically~*~*~ (outnumbered).
 30726 | D:7      | 30726 ||| Stepping ~*~*~tactically~*~*~ (outnumbered).
 30728 | D:7      | 30728 ||| Stepping ~*~*~tactically~*~*~ (outnumbered).
 30730 | D:7      | 30730 ||| Stepping ~*~*~tactically~*~*~ (outnumbered).
 30732 | D:7      | 30732 ||| Stepping ~*~*~tactically~*~*~ (outnumbered).
 30734 | D:7      | 30734 ||| Stepping ~*~*~tactically~*~*~ (outnumbered).
 30736 | D:7      | 30736 ||| Stepping ~*~*~tactically~*~*~ (outnumbered).
 30738 | D:7      | 30738 ||| Stepping ~*~*~tactically~*~*~ (outnumbered).
 30740 | D:7      | 30740 ||| Stepping ~*~*~tactically~*~*~ (outnumbered).
 30742 | D:7      | 30742 ||| Stepping ~*~*~tactically~*~*~ (outnumbered).
 30744 | D:7      | 30744 ||| Stepping ~*~*~tactically~*~*~ (outnumbered).
 30746 | D:7      | 30746 ||| Stepping ~*~*~tactically~*~*~ (outnumbered).
 30748 | D:7      | 30748 ||| Stepping ~*~*~tactically~*~*~ (outnumbered).
 30750 | D:7      | 30750 ||| Stepping ~*~*~tactically~*~*~ (outnumbered).
 30752 | D:7      | 30752 ||| Stepping ~*~*~tactically~*~*~ (outnumbered).
 30754 | D:7      | 30754 ||| Stepping ~*~*~tactically~*~*~ (outnumbered).
 30756 | D:7      | 30756 ||| Stepping ~*~*~tactically~*~*~ (outnumbered).
 30758 | D:7      | 30758 ||| Stepping ~*~*~tactically~*~*~ (outnumbered).
 30760 | D:7      | 30760 ||| Stepping ~*~*~tactically~*~*~ (outnumbered).
 30762 | D:7      | 30762 ||| Stepping ~*~*~tactically~*~*~ (outnumbered).
 30764 | D:7      | 30764 ||| Stepping ~*~*~tactically~*~*~ (outnumbered).
 30766 | D:7      | 30766 ||| Stepping ~*~*~tactically~*~*~ (outnumbered).
 30768 | D:7      | 30768 ||| Stepping ~*~*~tactically~*~*~ (outnumbered).
 30770 | D:7      | 30770 ||| Stepping ~*~*~tactically~*~*~ (outnumbered).
 30772 | D:7      | 30772 ||| Stepping ~*~*~tactically~*~*~ (outnumbered).
 30774 | D:7      | 30774 ||| Stepping ~*~*~tactically~*~*~ (outnumbered).
 30776 | D:7      | 30776 ||| Stepping ~*~*~tactically~*~*~ (outnumbered).
 30778 | D:7      | 30778 ||| Stepping ~*~*~tactically~*~*~ (outnumbered).
 30780 | D:7      | 30780 ||| Stepping ~*~*~tactically~*~*~ (outnumbered).
 30782 | D:7      | 30782 ||| Stepping ~*~*~tactically~*~*~ (outnumbered).
 30784 | D:7      | 30784 ||| Stepping ~*~*~tactically~*~*~ (outnumbered).
 30786 | D:7      | 30786 ||| Stepping ~*~*~tactically~*~*~ (outnumbered).
 30788 | D:7      | 30788 ||| Stepping ~*~*~tactically~*~*~ (outnumbered).
 30790 | D:7      | 30790 ||| Stepping ~*~*~tactically~*~*~ (outnumbered).
 30792 | D:7      | 30792 ||| Stepping ~*~*~tactically~*~*~ (outnumbered).
 30794 | D:7      | 30794 ||| Stepping ~*~*~tactically~*~*~ (outnumbered).
 30796 | D:7      | 30796 ||| Stepping ~*~*~tactically~*~*~ (outnumbered).
 30798 | D:7      | 30798 ||| Stepping ~*~*~tactically~*~*~ (outnumbered).
 30800 | D:7      | 30800 ||| Stepping ~*~*~tactically~*~*~ (outnumbered).
 30802 | D:7      | 30802 ||| Stepping ~*~*~tactically~*~*~ (outnumbered).
 30804 | D:7      | 30804 ||| Stepping ~*~*~tactically~*~*~ (outnumbered).
 30806 | D:7      | 30806 ||| Stepping ~*~*~tactically~*~*~ (outnumbered).
 30808 | D:7      | 30808 ||| Stepping ~*~*~tactically~*~*~ (outnumbered).
 30810 | D:7      | 30810 ||| Stepping ~*~*~tactically~*~*~ (outnumbered).
 30812 | D:7      | 30812 ||| Stepping ~*~*~tactically~*~*~ (outnumbered).
 30814 | D:7      | 30814 ||| Stepping ~*~*~tactically~*~*~ (outnumbered).
 30816 | D:7      | 30816 ||| Stepping ~*~*~tactically~*~*~ (outnumbered).
 30818 | D:7      | 30818 ||| Stepping ~*~*~tactically~*~*~ (outnumbered).
 30820 | D:7      | 30820 ||| Stepping ~*~*~tactically~*~*~ (outnumbered).
 30822 | D:7      | 30822 ||| Stepping ~*~*~tactically~*~*~ (outnumbered).
 30824 | D:7      | 30824 ||| Stepping ~*~*~tactically~*~*~ (outnumbered).
 30826 | D:7      | 30826 ||| Stepping ~*~*~tactically~*~*~ (outnumbered).
 30828 | D:7      | 30828 ||| Stepping ~*~*~tactically~*~*~ (outnumbered).
 30830 | D:7      | 30830 ||| Stepping ~*~*~tactically~*~*~ (outnumbered).
 30832 | D:7      | 30832 ||| Stepping ~*~*~tactically~*~*~ (outnumbered).
 30834 | D:7      | 30834 ||| Stepping ~*~*~tactically~*~*~ (outnumbered).
 30836 | D:7      | 30836 ||| Stepping ~*~*~tactically~*~*~ (outnumbered).
 30838 | D:7      | 30838 ||| Stepping ~*~*~tactically~*~*~ (outnumbered).
 30840 | D:7      | 30840 ||| Stepping ~*~*~tactically~*~*~ (outnumbered).
 30842 | D:7      | 30842 ||| Stepping ~*~*~tactically~*~*~ (outnumbered).
 30844 | D:7      | 30844 ||| Stepping ~*~*~tactically~*~*~ (outnumbered).
 30846 | D:7      | 30846 ||| Stepping ~*~*~tactically~*~*~ (outnumbered).
 30848 | D:7      | 30848 ||| Stepping ~*~*~tactically~*~*~ (outnumbered).
 30850 | D:7      | 30850 ||| Stepping ~*~*~tactically~*~*~ (outnumbered).
 30852 | D:7      | 30852 ||| Stepping ~*~*~tactically~*~*~ (outnumbered).
 30854 | D:7      | 30854 ||| Stepping ~*~*~tactically~*~*~ (outnumbered).
 30856 | D:7      | 30856 ||| Stepping ~*~*~tactically~*~*~ (outnumbered).
 30858 | D:7      | 30858 ||| Stepping ~*~*~tactically~*~*~ (outnumbered).
 30860 | D:7      | 30860 ||| Stepping ~*~*~tactically~*~*~ (outnumbered).
 30862 | D:7      | 30862 ||| Stepping ~*~*~tactically~*~*~ (outnumbered).
 30864 | D:7      | 30864 ||| Stepping ~*~*~tactically~*~*~ (outnumbered).
 30866 | D:7      | 30866 ||| Stepping ~*~*~tactically~*~*~ (outnumbered).
 30868 | D:7      | 30868 ||| Stepping ~*~*~tactically~*~*~ (outnumbered).
 30870 | D:7      | 30870 ||| Stepping ~*~*~tactically~*~*~ (outnumbered).
 30872 | D:7      | 30872 ||| Stepping ~*~*~tactically~*~*~ (outnumbered).
 30874 | D:7      | 30874 ||| Stepping ~*~*~tactically~*~*~ (outnumbered).
 30876 | D:7      | 30876 ||| Stepping ~*~*~tactically~*~*~ (outnumbered).
 30878 | D:7      | 30878 ||| Stepping ~*~*~tactically~*~*~ (outnumbered).
 30880 | D:7      | 30880 ||| Stepping ~*~*~tactically~*~*~ (outnumbered).
 30882 | D:7      | 30882 ||| Stepping ~*~*~tactically~*~*~ (outnumbered).
 30884 | D:7      | 30884 ||| Stepping ~*~*~tactically~*~*~ (outnumbered).
 30886 | D:7      | 30886 ||| Stepping ~*~*~tactically~*~*~ (outnumbered).
 30888 | D:7      | 30888 ||| Stepping ~*~*~tactically~*~*~ (outnumbered).
 30890 | D:7      | 30890 ||| Stepping ~*~*~tactically~*~*~ (outnumbered).
 30892 | D:7      | 30892 ||| Stepping ~*~*~tactically~*~*~ (outnumbered).
 30894 | D:7      | 30894 ||| Stepping ~*~*~tactically~*~*~ (outnumbered).
 30896 | D:7      | 30896 ||| Stepping ~*~*~tactically~*~*~ (outnumbered).
 30898 | D:7      | 30898 ||| Stepping ~*~*~tactically~*~*~ (outnumbered).
 30900 | D:7      | 30900 ||| Stepping ~*~*~tactically~*~*~ (outnumbered).
 30902 | D:7      | 30902 ||| Stepping ~*~*~tactically~*~*~ (outnumbered).
 30904 | D:7      | 30904 ||| Stepping ~*~*~tactically~*~*~ (outnumbered).
 30906 | D:7      | 30906 ||| Stepping ~*~*~tactically~*~*~ (outnumbered).
 30908 | D:7      | 30908 ||| Stepping ~*~*~tactically~*~*~ (outnumbered).
 30910 | D:7      | 30910 ||| Stepping ~*~*~tactically~*~*~ (outnumbered).
 30912 | D:7      | 30912 ||| Stepping ~*~*~tactically~*~*~ (outnumbered).
 30914 | D:7      | 30914 ||| Stepping ~*~*~tactically~*~*~ (outnumbered).
 30916 | D:7      | 30916 ||| Stepping ~*~*~tactically~*~*~ (outnumbered).
 30918 | D:7      | 30918 ||| Stepping ~*~*~tactically~*~*~ (outnumbered).
 30920 | D:7      | 30920 ||| Stepping ~*~*~tactically~*~*~ (outnumbered).
 30922 | D:7      | 30922 ||| Stepping ~*~*~tactically~*~*~ (outnumbered).
 30924 | D:7      | 30924 ||| Stepping ~*~*~tactically~*~*~ (outnumbered).
 30926 | D:7      | 30926 ||| Stepping ~*~*~tactically~*~*~ (outnumbered).
 30928 | D:7      | 30928 ||| Stepping ~*~*~tactically~*~*~ (outnumbered).
 30930 | D:7      | 30930 ||| Stepping ~*~*~tactically~*~*~ (outnumbered).
 30932 | D:7      | 30932 ||| Stepping ~*~*~tactically~*~*~ (outnumbered).
 30934 | D:7      | 30934 ||| Stepping ~*~*~tactically~*~*~ (outnumbered).
 30936 | D:7      | 30936 ||| Stepping ~*~*~tactically~*~*~ (outnumbered).
 30938 | D:7      | 30938 ||| Stepping ~*~*~tactically~*~*~ (outnumbered).
 30940 | D:7      | 30940 ||| Stepping ~*~*~tactically~*~*~ (outnumbered).
 30942 | D:7      | 30942 ||| Stepping ~*~*~tactically~*~*~ (outnumbered).
 30944 | D:7      | 30944 ||| Stepping ~*~*~tactically~*~*~ (outnumbered).
 30946 | D:7      | 30946 ||| Stepping ~*~*~tactically~*~*~ (outnumbered).
 30948 | D:7      | 30948 ||| Stepping ~*~*~tactically~*~*~ (outnumbered).
 30950 | D:7      | 30950 ||| Stepping ~*~*~tactically~*~*~ (outnumbered).
 30952 | D:7      | 30952 ||| Stepping ~*~*~tactically~*~*~ (outnumbered).
 30954 | D:7      | 30954 ||| Stepping ~*~*~tactically~*~*~ (outnumbered).
 30956 | D:7      | 30956 ||| Stepping ~*~*~tactically~*~*~ (outnumbered).
 30958 | D:7      | 30958 ||| Stepping ~*~*~tactically~*~*~ (outnumbered).
 30960 | D:7      | 30960 ||| Stepping ~*~*~tactically~*~*~ (outnumbered).
 30962 | D:7      | 30962 ||| Stepping ~*~*~tactically~*~*~ (outnumbered).
 30964 | D:7      | 30964 ||| Stepping ~*~*~tactically~*~*~ (outnumbered).
 30966 | D:7      | 30966 ||| Stepping ~*~*~tactically~*~*~ (outnumbered).
 30968 | D:7      | 30968 ||| Stepping ~*~*~tactically~*~*~ (outnumbered).
 30970 | D:7      | 30970 ||| Stepping ~*~*~tactically~*~*~ (outnumbered).
 30972 | D:7      | 30972 ||| Stepping ~*~*~tactically~*~*~ (outnumbered).
 30974 | D:7      | 30974 ||| Stepping ~*~*~tactically~*~*~ (outnumbered).
 30976 | D:7      | 30976 ||| Stepping ~*~*~tactically~*~*~ (outnumbered).
 30978 | D:7      | 30978 ||| Stepping ~*~*~tactically~*~*~ (outnumbered).
 30980 | D:7      | 30980 ||| Stepping ~*~*~tactically~*~*~ (outnumbered).
 30982 | D:7      | 30982 ||| Stepping ~*~*~tactically~*~*~ (outnumbered).
 30984 | D:7      | 30984 ||| Stepping ~*~*~tactically~*~*~ (outnumbered).
 30986 | D:7      | 30986 ||| Stepping ~*~*~tactically~*~*~ (outnumbered).
 30988 | D:7      | 30988 ||| Stepping ~*~*~tactically~*~*~ (outnumbered).
 30990 | D:7      | 30990 ||| Stepping ~*~*~tactically~*~*~ (outnumbered).
 30992 | D:7      | 30992 ||| Stepping ~*~*~tactically~*~*~ (outnumbered).
 30994 | D:7      | 30994 ||| Stepping ~*~*~tactically~*~*~ (outnumbered).
 30996 | D:7      | 30996 ||| Stepping ~*~*~tactically~*~*~ (outnumbered).
 30998 | D:7      | 30998 ||| Stepping ~*~*~tactically~*~*~ (outnumbered).
 31000 | D:7      | 31000 ||| Stepping ~*~*~tactically~*~*~ (outnumbered).
 31002 | D:7      | 31002 ||| Stepping ~*~*~tactically~*~*~ (outnumbered).
 31004 | D:7      | 31004 ||| Stepping ~*~*~tactically~*~*~ (outnumbered).
 31006 | D:7      | 31006 ||| Stepping ~*~*~tactically~*~*~ (outnumbered).
 31008 | D:7      | 31008 ||| Stepping ~*~*~tactically~*~*~ (outnumbered).
 31010 | D:7      | 31010 ||| Stepping ~*~*~tactically~*~*~ (outnumbered).
 31012 | D:7      | 31012 ||| Stepping ~*~*~tactically~*~*~ (outnumbered).
 31014 | D:7      | 31014 ||| Stepping ~*~*~tactically~*~*~ (outnumbered).
 31016 | D:7      | 31016 ||| Stepping ~*~*~tactically~*~*~ (outnumbered).
 31018 | D:7      | 31018 ||| Stepping ~*~*~tactically~*~*~ (outnumbered).
 31020 | D:7      | 31020 ||| Stepping ~*~*~tactically~*~*~ (outnumbered).
 31022 | D:7      | 31022 ||| Stepping ~*~*~tactically~*~*~ (outnumbered).
 31024 | D:7      | 31024 ||| Stepping ~*~*~tactically~*~*~ (outnumbered).
 31026 | D:7      | 31026 ||| Stepping ~*~*~tactically~*~*~ (outnumbered).
 31028 | D:7      | 31028 ||| Stepping ~*~*~tactically~*~*~ (outnumbered).
 31030 | D:7      | 31030 ||| Stepping ~*~*~tactically~*~*~ (outnumbered).
 31032 | D:7      | 31032 ||| Stepping ~*~*~tactically~*~*~ (outnumbered).
 31034 | D:7      | 31034 ||| Stepping ~*~*~tactically~*~*~ (outnumbered).
 31036 | D:7      | 31036 ||| Stepping ~*~*~tactically~*~*~ (outnumbered).
 31038 | D:7      | 31038 ||| Stepping ~*~*~tactically~*~*~ (outnumbered).
 31040 | D:7      | 31040 ||| Stepping ~*~*~tactically~*~*~ (outnumbered).
 31042 | D:7      | 31042 ||| Stepping ~*~*~tactically~*~*~ (outnumbered).
 31044 | D:7      | 31044 ||| Stepping ~*~*~tactically~*~*~ (outnumbered).
 31046 | D:7      | 31046 ||| Stepping ~*~*~tactically~*~*~ (outnumbered).
 31048 | D:7      | 31048 ||| Stepping ~*~*~tactically~*~*~ (outnumbered).
 31050 | D:7      | 31050 ||| Stepping ~*~*~tactically~*~*~ (outnumbered).
 31052 | D:7      | 31052 ||| Stepping ~*~*~tactically~*~*~ (outnumbered).
 31054 | D:7      | 31054 ||| Stepping ~*~*~tactically~*~*~ (outnumbered).
 31056 | D:7      | 31056 ||| Stepping ~*~*~tactically~*~*~ (outnumbered).
 31058 | D:7      | 31058 ||| Stepping ~*~*~tactically~*~*~ (outnumbered).
 31060 | D:7      | 31060 ||| Stepping ~*~*~tactically~*~*~ (outnumbered).
 31062 | D:7      | 31062 ||| Stepping ~*~*~tactically~*~*~ (outnumbered).
 31064 | D:7      | 31064 ||| Stepping ~*~*~tactically~*~*~ (outnumbered).
 31066 | D:7      | 31066 ||| Stepping ~*~*~tactically~*~*~ (outnumbered).
 31068 | D:7      | 31068 ||| Stepping ~*~*~tactically~*~*~ (outnumbered).
 31070 | D:7      | 31070 ||| Stepping ~*~*~tactically~*~*~ (outnumbered).
 31072 | D:7      | 31072 ||| Stepping ~*~*~tactically~*~*~ (outnumbered).
 31074 | D:7      | 31074 ||| Stepping ~*~*~tactically~*~*~ (outnumbered).
 31076 | D:7      | 31076 ||| Stepping ~*~*~tactically~*~*~ (outnumbered).
 31078 | D:7      | 31078 ||| Stepping ~*~*~tactically~*~*~ (outnumbered).
 31080 | D:7      | 31080 ||| Stepping ~*~*~tactically~*~*~ (outnumbered).
 31082 | D:7      | 31082 ||| Stepping ~*~*~tactically~*~*~ (outnumbered).
 31084 | D:7      | 31084 ||| Stepping ~*~*~tactically~*~*~ (outnumbered).
 31086 | D:7      | 31086 ||| Stepping ~*~*~tactically~*~*~ (outnumbered).
 31088 | D:7      | 31088 ||| Stepping ~*~*~tactically~*~*~ (outnumbered).
 31090 | D:7      | 31090 ||| Stepping ~*~*~tactically~*~*~ (outnumbered).
 31092 | D:7      | 31092 ||| Stepping ~*~*~tactically~*~*~ (outnumbered).
 31094 | D:7      | 31094 ||| Stepping ~*~*~tactically~*~*~ (outnumbered).
 31096 | D:7      | 31096 ||| Stepping ~*~*~tactically~*~*~ (outnumbered).
 31098 | D:7      | 31098 ||| Stepping ~*~*~tactically~*~*~ (outnumbered).
 31100 | D:7      | 31100 ||| Stepping ~*~*~tactically~*~*~ (outnumbered).
 31102 | D:7      | 31102 ||| Stepping ~*~*~tactically~*~*~ (outnumbered).
 31104 | D:7      | 31104 ||| Stepping ~*~*~tactically~*~*~ (outnumbered).
 31106 | D:7      | 31106 ||| Stepping ~*~*~tactically~*~*~ (outnumbered).
 31108 | D:7      | 31108 ||| Stepping ~*~*~tactically~*~*~ (outnumbered).
 31110 | D:7      | 31110 ||| Stepping ~*~*~tactically~*~*~ (outnumbered).
 31112 | D:7      | 31112 ||| Stepping ~*~*~tactically~*~*~ (outnumbered).
 31114 | D:7      | 31114 ||| Stepping ~*~*~tactically~*~*~ (outnumbered).
 31116 | D:7      | 31116 ||| Stepping ~*~*~tactically~*~*~ (outnumbered).
 31118 | D:7      | 31118 ||| Stepping ~*~*~tactically~*~*~ (outnumbered).
 31120 | D:7      | 31120 ||| Stepping ~*~*~tactically~*~*~ (outnumbered).
 31122 | D:7      | 31122 ||| Stepping ~*~*~tactically~*~*~ (outnumbered).
 31124 | D:7      | 31124 ||| Stepping ~*~*~tactically~*~*~ (outnumbered).
 31126 | D:7      | 31126 ||| Stepping ~*~*~tactically~*~*~ (outnumbered).
 31128 | D:7      | 31128 ||| Stepping ~*~*~tactically~*~*~ (outnumbered).
 31130 | D:7      | 31130 ||| Stepping ~*~*~tactically~*~*~ (outnumbered).
 31132 | D:7      | 31132 ||| Stepping ~*~*~tactically~*~*~ (outnumbered).
 31134 | D:7      | 31134 ||| Stepping ~*~*~tactically~*~*~ (outnumbered).
 31136 | D:7      | 31136 ||| Stepping ~*~*~tactically~*~*~ (outnumbered).
 31138 | D:7      | 31138 ||| Stepping ~*~*~tactically~*~*~ (outnumbered).
 31140 | D:7      | 31140 ||| Stepping ~*~*~tactically~*~*~ (outnumbered).
 31142 | D:7      | 31142 ||| Stepping ~*~*~tactically~*~*~ (outnumbered).
 31144 | D:7      | 31144 ||| Stepping ~*~*~tactically~*~*~ (outnumbered).
 31146 | D:7      | 31146 ||| Stepping ~*~*~tactically~*~*~ (outnumbered).
 31148 | D:7      | 31148 ||| Stepping ~*~*~tactically~*~*~ (outnumbered).
 31150 | D:7      | 31150 ||| Stepping ~*~*~tactically~*~*~ (outnumbered).
 31152 | D:7      | 31152 ||| Stepping ~*~*~tactically~*~*~ (outnumbered).
 31154 | D:7      | 31154 ||| Stepping ~*~*~tactically~*~*~ (outnumbered).
 31156 | D:7      | 31156 ||| Stepping ~*~*~tactically~*~*~ (outnumbered).
 31158 | D:7      | 31158 ||| Stepping ~*~*~tactically~*~*~ (outnumbered).
 31160 | D:7      | 31160 ||| Stepping ~*~*~tactically~*~*~ (outnumbered).
 31162 | D:7      | 31162 ||| Stepping ~*~*~tactically~*~*~ (outnumbered).
 31164 | D:7      | 31164 ||| Stepping ~*~*~tactically~*~*~ (outnumbered).
 31166 | D:7      | 31166 ||| Stepping ~*~*~tactically~*~*~ (outnumbered).
 31168 | D:7      | 31168 ||| Stepping ~*~*~tactically~*~*~ (outnumbered).
 31170 | D:7      | 31170 ||| Stepping ~*~*~tactically~*~*~ (outnumbered).
 31172 | D:7      | 31172 ||| Stepping ~*~*~tactically~*~*~ (outnumbered).
 31174 | D:7      | 31174 ||| Stepping ~*~*~tactically~*~*~ (outnumbered).
 31176 | D:7      | 31176 ||| Stepping ~*~*~tactically~*~*~ (outnumbered).
 31178 | D:7      | 31178 ||| Stepping ~*~*~tactically~*~*~ (outnumbered).
 31180 | D:7      | 31180 ||| Stepping ~*~*~tactically~*~*~ (outnumbered).
 31182 | D:7      | 31182 ||| Stepping ~*~*~tactically~*~*~ (outnumbered).
 31184 | D:7      | 31184 ||| Stepping ~*~*~tactically~*~*~ (outnumbered).
 31186 | D:7      | 31186 ||| Stepping ~*~*~tactically~*~*~ (outnumbered).
 31188 | D:7      | 31188 ||| Stepping ~*~*~tactically~*~*~ (outnumbered).
 31190 | D:7      | 31190 ||| Stepping ~*~*~tactically~*~*~ (outnumbered).
 31192 | D:7      | 31192 ||| Stepping ~*~*~tactically~*~*~ (outnumbered).
 31194 | D:7      | 31194 ||| Stepping ~*~*~tactically~*~*~ (outnumbered).
 31196 | D:7      | 31196 ||| Stepping ~*~*~tactically~*~*~ (outnumbered).
 31198 | D:7      | 31198 ||| Stepping ~*~*~tactically~*~*~ (outnumbered).
 31200 | D:7      | 31200 ||| Stepping ~*~*~tactically~*~*~ (outnumbered).
 31202 | D:7      | 31202 ||| Stepping ~*~*~tactically~*~*~ (outnumbered).
 31204 | D:7      | 31204 ||| Stepping ~*~*~tactically~*~*~ (outnumbered).
 31206 | D:7      | 31206 ||| Stepping ~*~*~tactically~*~*~ (outnumbered).
 31208 | D:7      | 31208 ||| Stepping ~*~*~tactically~*~*~ (outnumbered).
 31210 | D:7      | 31210 ||| Stepping ~*~*~tactically~*~*~ (outnumbered).
 31212 | D:7      | 31212 ||| Stepping ~*~*~tactically~*~*~ (outnumbered).
 31214 | D:7      | 31214 ||| Stepping ~*~*~tactically~*~*~ (outnumbered).
 31216 | D:7      | 31216 ||| Stepping ~*~*~tactically~*~*~ (outnumbered).
 31218 | D:7      | 31218 ||| Stepping ~*~*~tactically~*~*~ (outnumbered).
 31220 | D:7      | 31220 ||| Stepping ~*~*~tactically~*~*~ (outnumbered).
 31222 | D:7      | 31222 ||| Stepping ~*~*~tactically~*~*~ (outnumbered).
 31224 | D:7      | 31224 ||| Stepping ~*~*~tactically~*~*~ (outnumbered).
 31226 | D:7      | 31226 ||| Stepping ~*~*~tactically~*~*~ (outnumbered).
 31228 | D:7      | 31228 ||| Stepping ~*~*~tactically~*~*~ (outnumbered).
 31230 | D:7      | 31230 ||| Stepping ~*~*~tactically~*~*~ (outnumbered).
 31232 | D:7      | 31232 ||| Stepping ~*~*~tactically~*~*~ (outnumbered).
 31234 | D:7      | 31234 ||| Stepping ~*~*~tactically~*~*~ (outnumbered).
 31236 | D:7      | 31236 ||| Stepping ~*~*~tactically~*~*~ (outnumbered).
 31238 | D:7      | 31238 ||| Stepping ~*~*~tactically~*~*~ (outnumbered).
 31240 | D:7      | 31240 ||| Stepping ~*~*~tactically~*~*~ (outnumbered).
 31242 | D:7      | 31242 ||| Stepping ~*~*~tactically~*~*~ (outnumbered).
 31244 | D:7      | 31244 ||| Stepping ~*~*~tactically~*~*~ (outnumbered).
 31246 | D:7      | 31246 ||| Stepping ~*~*~tactically~*~*~ (outnumbered).
 31248 | D:7      | 31248 ||| Stepping ~*~*~tactically~*~*~ (outnumbered).
 31250 | D:7      | 31250 ||| Stepping ~*~*~tactically~*~*~ (outnumbered).
 31252 | D:7      | 31252 ||| Stepping ~*~*~tactically~*~*~ (outnumbered).
 31254 | D:7      | 31254 ||| Stepping ~*~*~tactically~*~*~ (outnumbered).
 31256 | D:7      | 31256 ||| Stepping ~*~*~tactically~*~*~ (outnumbered).
 31258 | D:7      | 31258 ||| Stepping ~*~*~tactically~*~*~ (outnumbered).
 31260 | D:7      | 31260 ||| Stepping ~*~*~tactically~*~*~ (outnumbered).
 31262 | D:7      | 31262 ||| Stepping ~*~*~tactically~*~*~ (outnumbered).
 31264 | D:7      | 31264 ||| Stepping ~*~*~tactically~*~*~ (outnumbered).
 31266 | D:7      | 31266 ||| Stepping ~*~*~tactically~*~*~ (outnumbered).
 31268 | D:7      | 31268 ||| Stepping ~*~*~tactically~*~*~ (outnumbered).
 31270 | D:7      | 31270 ||| Stepping ~*~*~tactically~*~*~ (outnumbered).
 31272 | D:7      | 31272 ||| Stepping ~*~*~tactically~*~*~ (outnumbered).
 31274 | D:7      | 31274 ||| Stepping ~*~*~tactically~*~*~ (outnumbered).
 31276 | D:7      | 31276 ||| Stepping ~*~*~tactically~*~*~ (outnumbered).
 31278 | D:7      | 31278 ||| Stepping ~*~*~tactically~*~*~ (outnumbered).
 31280 | D:7      | 31280 ||| Stepping ~*~*~tactically~*~*~ (outnumbered).
 31282 | D:7      | 31282 ||| Stepping ~*~*~tactically~*~*~ (outnumbered).
 31284 | D:7      | 31284 ||| Stepping ~*~*~tactically~*~*~ (outnumbered).
 31286 | D:7      | 31286 ||| Stepping ~*~*~tactically~*~*~ (outnumbered).
 31288 | D:7      | 31288 ||| Stepping ~*~*~tactically~*~*~ (outnumbered).
 31290 | D:7      | 31290 ||| Stepping ~*~*~tactically~*~*~ (outnumbered).
 31292 | D:7      | 31292 ||| Stepping ~*~*~tactically~*~*~ (outnumbered).
 31294 | D:7      | 31294 ||| Stepping ~*~*~tactically~*~*~ (outnumbered).
 31296 | D:7      | 31296 ||| Stepping ~*~*~tactically~*~*~ (outnumbered).
 31298 | D:7      | 31298 ||| Stepping ~*~*~tactically~*~*~ (outnumbered).
 31300 | D:7      | 31300 ||| Stepping ~*~*~tactically~*~*~ (outnumbered).
 31302 | D:7      | 31302 ||| Stepping ~*~*~tactically~*~*~ (outnumbered).
 31304 | D:7      | 31304 ||| Stepping ~*~*~tactically~*~*~ (outnumbered).
 31306 | D:7      | 31306 ||| Stepping ~*~*~tactically~*~*~ (outnumbered).
 31308 | D:7      | 31308 ||| Stepping ~*~*~tactically~*~*~ (outnumbered).
 31310 | D:7      | 31310 ||| Stepping ~*~*~tactically~*~*~ (outnumbered).
 31312 | D:7      | 31312 ||| Stepping ~*~*~tactically~*~*~ (outnumbered).
 31314 | D:7      | 31314 ||| Stepping ~*~*~tactically~*~*~ (outnumbered).
 31316 | D:7      | 31316 ||| Stepping ~*~*~tactically~*~*~ (outnumbered).
 31318 | D:7      | 31318 ||| Stepping ~*~*~tactically~*~*~ (outnumbered).
 31320 | D:7      | 31320 ||| Stepping ~*~*~tactically~*~*~ (outnumbered).
 31322 | D:7      | 31322 ||| Stepping ~*~*~tactically~*~*~ (outnumbered).
 31324 | D:7      | 31324 ||| Stepping ~*~*~tactically~*~*~ (outnumbered).
 31326 | D:7      | 31326 ||| Stepping ~*~*~tactically~*~*~ (outnumbered).
 31328 | D:7      | 31328 ||| Stepping ~*~*~tactically~*~*~ (outnumbered).
 31330 | D:7      | 31330 ||| Stepping ~*~*~tactically~*~*~ (outnumbered).
 31332 | D:7      | 31332 ||| Stepping ~*~*~tactically~*~*~ (outnumbered).
 31334 | D:7      | 31334 ||| Stepping ~*~*~tactically~*~*~ (outnumbered).
 31336 | D:7      | 31336 ||| Stepping ~*~*~tactically~*~*~ (outnumbered).
 31338 | D:7      | 31338 ||| Stepping ~*~*~tactically~*~*~ (outnumbered).
 31340 | D:7      | 31340 ||| Stepping ~*~*~tactically~*~*~ (outnumbered).
 31342 | D:7      | 31342 ||| Stepping ~*~*~tactically~*~*~ (outnumbered).
 31344 | D:7      | 31344 ||| Stepping ~*~*~tactically~*~*~ (outnumbered).
 31346 | D:7      | 31346 ||| Stepping ~*~*~tactically~*~*~ (outnumbered).
 31348 | D:7      | 31348 ||| Stepping ~*~*~tactically~*~*~ (outnumbered).
 31350 | D:7      | 31350 ||| Stepping ~*~*~tactically~*~*~ (outnumbered).
 31352 | D:7      | 31352 ||| Stepping ~*~*~tactically~*~*~ (outnumbered).
 31354 | D:7      | 31354 ||| Stepping ~*~*~tactically~*~*~ (outnumbered).
 31356 | D:7      | 31356 ||| Stepping ~*~*~tactically~*~*~ (outnumbered).
 31358 | D:7      | 31358 ||| Stepping ~*~*~tactically~*~*~ (outnumbered).
 31360 | D:7      | 31360 ||| Stepping ~*~*~tactically~*~*~ (outnumbered).
 31362 | D:7      | 31362 ||| Stepping ~*~*~tactically~*~*~ (outnumbered).
 31364 | D:7      | 31364 ||| Stepping ~*~*~tactically~*~*~ (outnumbered).
 31366 | D:7      | 31366 ||| Stepping ~*~*~tactically~*~*~ (outnumbered).
 31368 | D:7      | 31368 ||| Stepping ~*~*~tactically~*~*~ (outnumbered).
 31370 | D:7      | 31370 ||| Stepping ~*~*~tactically~*~*~ (outnumbered).
 31372 | D:7      | 31372 ||| Stepping ~*~*~tactically~*~*~ (outnumbered).
 31374 | D:7      | 31374 ||| Stepping ~*~*~tactically~*~*~ (outnumbered).
 31376 | D:7      | 31376 ||| Stepping ~*~*~tactically~*~*~ (outnumbered).
 31378 | D:7      | 31378 ||| Stepping ~*~*~tactically~*~*~ (outnumbered).
 31380 | D:7      | 31380 ||| Stepping ~*~*~tactically~*~*~ (outnumbered).
 31382 | D:7      | 31382 ||| Stepping ~*~*~tactically~*~*~ (outnumbered).
 31384 | D:7      | 31384 ||| Stepping ~*~*~tactically~*~*~ (outnumbered).
 31386 | D:7      | 31386 ||| Stepping ~*~*~tactically~*~*~ (outnumbered).
 31388 | D:7      | 31388 ||| Stepping ~*~*~tactically~*~*~ (outnumbered).
 31390 | D:7      | 31390 ||| Stepping ~*~*~tactically~*~*~ (outnumbered).
 31392 | D:7      | 31392 ||| Stepping ~*~*~tactically~*~*~ (outnumbered).
 31394 | D:7      | 31394 ||| Stepping ~*~*~tactically~*~*~ (outnumbered).
 31396 | D:7      | 31396 ||| Stepping ~*~*~tactically~*~*~ (outnumbered).
 31398 | D:7      | 31398 ||| Stepping ~*~*~tactically~*~*~ (outnumbered).
 31400 | D:7      | 31400 ||| Stepping ~*~*~tactically~*~*~ (outnumbered).
 31402 | D:7      | 31402 ||| Stepping ~*~*~tactically~*~*~ (outnumbered).
 31404 | D:7      | 31404 ||| Stepping ~*~*~tactically~*~*~ (outnumbered).
 31406 | D:7      | 31406 ||| Stepping ~*~*~tactically~*~*~ (outnumbered).
 31408 | D:7      | 31408 ||| Stepping ~*~*~tactically~*~*~ (outnumbered).
 31410 | D:7      | 31410 ||| Stepping ~*~*~tactically~*~*~ (outnumbered).
 31412 | D:7      | 31412 ||| Stepping ~*~*~tactically~*~*~ (outnumbered).
 31414 | D:7      | 31414 ||| Stepping ~*~*~tactically~*~*~ (outnumbered).
 31416 | D:7      | 31416 ||| Stepping ~*~*~tactically~*~*~ (outnumbered).
 31418 | D:7      | 31418 ||| Stepping ~*~*~tactically~*~*~ (outnumbered).
 31420 | D:7      | 31420 ||| Stepping ~*~*~tactically~*~*~ (outnumbered).
 31422 | D:7      | 31422 ||| Stepping ~*~*~tactically~*~*~ (outnumbered).
 31424 | D:7      | 31424 ||| Stepping ~*~*~tactically~*~*~ (outnumbered).
 31426 | D:7      | 31426 ||| Stepping ~*~*~tactically~*~*~ (outnumbered).
 31428 | D:7      | 31428 ||| Stepping ~*~*~tactically~*~*~ (outnumbered).
 31430 | D:7      | 31430 ||| Stepping ~*~*~tactically~*~*~ (outnumbered).
 31432 | D:7      | 31432 ||| Stepping ~*~*~tactically~*~*~ (outnumbered).
 31434 | D:7      | 31434 ||| Stepping ~*~*~tactically~*~*~ (outnumbered).
 31436 | D:7      | 31436 ||| Stepping ~*~*~tactically~*~*~ (outnumbered).
 31438 | D:7      | 31438 ||| Stepping ~*~*~tactically~*~*~ (outnumbered).
 31440 | D:7      | 31440 ||| Stepping ~*~*~tactically~*~*~ (outnumbered).
 31442 | D:7      | 31442 ||| Stepping ~*~*~tactically~*~*~ (outnumbered).
 31444 | D:7      | 31444 ||| Stepping ~*~*~tactically~*~*~ (outnumbered).
 31446 | D:7      | 31446 ||| Stepping ~*~*~tactically~*~*~ (outnumbered).
 31448 | D:7      | 31448 ||| Stepping ~*~*~tactically~*~*~ (outnumbered).
 31450 | D:7      | 31450 ||| Stepping ~*~*~tactically~*~*~ (outnumbered).
 31452 | D:7      | 31452 ||| Stepping ~*~*~tactically~*~*~ (outnumbered).
 31454 | D:7      | 31454 ||| Stepping ~*~*~tactically~*~*~ (outnumbered).
 31456 | D:7      | 31456 ||| Stepping ~*~*~tactically~*~*~ (outnumbered).
 31458 | D:7      | 31458 ||| Stepping ~*~*~tactically~*~*~ (outnumbered).
 31460 | D:7      | 31460 ||| Stepping ~*~*~tactically~*~*~ (outnumbered).
 31462 | D:7      | 31462 ||| Stepping ~*~*~tactically~*~*~ (outnumbered).
 31464 | D:7      | 31464 ||| Stepping ~*~*~tactically~*~*~ (outnumbered).
 31466 | D:7      | 31466 ||| Stepping ~*~*~tactically~*~*~ (outnumbered).
 31468 | D:7      | 31468 ||| Stepping ~*~*~tactically~*~*~ (outnumbered).
 31470 | D:7      | 31470 ||| Stepping ~*~*~tactically~*~*~ (outnumbered).
 31472 | D:7      | 31472 ||| Stepping ~*~*~tactically~*~*~ (outnumbered).
 31474 | D:7      | 31474 ||| Stepping ~*~*~tactically~*~*~ (outnumbered).
 31476 | D:7      | 31476 ||| Stepping ~*~*~tactically~*~*~ (outnumbered).
 31478 | D:7      | 31478 ||| Stepping ~*~*~tactically~*~*~ (outnumbered).
 31480 | D:7      | 31480 ||| Stepping ~*~*~tactically~*~*~ (outnumbered).
 31482 | D:7      | 31482 ||| Stepping ~*~*~tactically~*~*~ (outnumbered).
 31484 | D:7      | 31484 ||| Stepping ~*~*~tactically~*~*~ (outnumbered).
 31486 | D:7      | 31486 ||| Stepping ~*~*~tactically~*~*~ (outnumbered).
 31488 | D:7      | 31488 ||| Stepping ~*~*~tactically~*~*~ (outnumbered).
 31490 | D:7      | 31490 ||| Stepping ~*~*~tactically~*~*~ (outnumbered).
 31492 | D:7      | 31492 ||| Stepping ~*~*~tactically~*~*~ (outnumbered).
 31494 | D:7      | 31494 ||| Stepping ~*~*~tactically~*~*~ (outnumbered).
 31496 | D:7      | 31496 ||| Stepping ~*~*~tactically~*~*~ (outnumbered).
 31498 | D:7      | 31498 ||| Stepping ~*~*~tactically~*~*~ (outnumbered).
 31500 | D:7      | 31500 ||| Stepping ~*~*~tactically~*~*~ (outnumbered).
 31502 | D:7      | 31502 ||| Stepping ~*~*~tactically~*~*~ (outnumbered).
 31504 | D:7      | 31504 ||| Stepping ~*~*~tactically~*~*~ (outnumbered).
 31506 | D:7      | 31506 ||| Stepping ~*~*~tactically~*~*~ (outnumbered).
 31508 | D:7      | 31508 ||| Stepping ~*~*~tactically~*~*~ (outnumbered).
 31510 | D:7      | 31510 ||| Stepping ~*~*~tactically~*~*~ (outnumbered).
 31512 | D:7      | 31512 ||| Stepping ~*~*~tactically~*~*~ (outnumbered).
 31514 | D:7      | 31514 ||| Stepping ~*~*~tactically~*~*~ (outnumbered).
 31516 | D:7      | 31516 ||| Stepping ~*~*~tactically~*~*~ (outnumbered).
 31518 | D:7      | 31518 ||| Stepping ~*~*~tactically~*~*~ (outnumbered).
 31520 | D:7      | 31520 ||| Stepping ~*~*~tactically~*~*~ (outnumbered).
 31522 | D:7      | 31522 ||| Stepping ~*~*~tactically~*~*~ (outnumbered).
 31524 | D:7      | 31524 ||| Stepping ~*~*~tactically~*~*~ (outnumbered).
 31526 | D:7      | 31526 ||| Stepping ~*~*~tactically~*~*~ (outnumbered).
 31528 | D:7      | 31528 ||| Stepping ~*~*~tactically~*~*~ (outnumbered).
 31530 | D:7      | 31530 ||| Stepping ~*~*~tactically~*~*~ (outnumbered).
 31532 | D:7      | 31532 ||| Stepping ~*~*~tactically~*~*~ (outnumbered).
 31534 | D:7      | 31534 ||| Stepping ~*~*~tactically~*~*~ (outnumbered).
 31536 | D:7      | 31536 ||| Stepping ~*~*~tactically~*~*~ (outnumbered).
 31538 | D:7      | 31538 ||| Stepping ~*~*~tactically~*~*~ (outnumbered).
 31540 | D:7      | 31540 ||| Stepping ~*~*~tactically~*~*~ (outnumbered).
 31542 | D:7      | 31542 ||| Stepping ~*~*~tactically~*~*~ (outnumbered).
 31544 | D:7      | 31544 ||| Stepping ~*~*~tactically~*~*~ (outnumbered).
 31546 | D:7      | 31546 ||| Stepping ~*~*~tactically~*~*~ (outnumbered).
 31548 | D:7      | 31548 ||| Stepping ~*~*~tactically~*~*~ (outnumbered).
 31550 | D:7      | 31550 ||| Stepping ~*~*~tactically~*~*~ (outnumbered).
 31552 | D:7      | 31552 ||| Stepping ~*~*~tactically~*~*~ (outnumbered).
 31554 | D:7      | 31554 ||| Stepping ~*~*~tactically~*~*~ (outnumbered).
 31556 | D:7      | 31556 ||| Stepping ~*~*~tactically~*~*~ (outnumbered).
 31558 | D:7      | 31558 ||| Stepping ~*~*~tactically~*~*~ (outnumbered).
 31560 | D:7      | 31560 ||| Stepping ~*~*~tactically~*~*~ (outnumbered).
 31562 | D:7      | 31562 ||| Stepping ~*~*~tactically~*~*~ (outnumbered).
 31564 | D:7      | 31564 ||| Stepping ~*~*~tactically~*~*~ (outnumbered).
 31566 | D:7      | 31566 ||| Stepping ~*~*~tactically~*~*~ (outnumbered).
 31568 | D:7      | 31568 ||| Stepping ~*~*~tactically~*~*~ (outnumbered).
 31570 | D:7      | 31570 ||| Stepping ~*~*~tactically~*~*~ (outnumbered).
 31572 | D:7      | 31572 ||| Stepping ~*~*~tactically~*~*~ (outnumbered).
 31574 | D:7      | 31574 ||| Stepping ~*~*~tactically~*~*~ (outnumbered).
 31576 | D:7      | 31576 ||| Stepping ~*~*~tactically~*~*~ (outnumbered).
 31578 | D:7      | 31578 ||| Stepping ~*~*~tactically~*~*~ (outnumbered).
 31580 | D:7      | 31580 ||| Stepping ~*~*~tactically~*~*~ (outnumbered).
 31582 | D:7      | 31582 ||| Stepping ~*~*~tactically~*~*~ (outnumbered).
 31584 | D:7      | 31584 ||| Stepping ~*~*~tactically~*~*~ (outnumbered).
 31586 | D:7      | 31586 ||| Stepping ~*~*~tactically~*~*~ (outnumbered).
 31588 | D:7      | 31588 ||| Stepping ~*~*~tactically~*~*~ (outnumbered).
 31590 | D:7      | 31590 ||| Stepping ~*~*~tactically~*~*~ (outnumbered).
 31592 | D:7      | 31592 ||| Stepping ~*~*~tactically~*~*~ (outnumbered).
 31594 | D:7      | 31594 ||| Stepping ~*~*~tactically~*~*~ (outnumbered).
 31596 | D:7      | 31596 ||| Stepping ~*~*~tactically~*~*~ (outnumbered).
 31598 | D:7      | 31598 ||| Stepping ~*~*~tactically~*~*~ (outnumbered).
 31600 | D:7      | 31600 ||| Stepping ~*~*~tactically~*~*~ (outnumbered).
 31602 | D:7      | 31602 ||| Stepping ~*~*~tactically~*~*~ (outnumbered).
 31604 | D:7      | 31604 ||| Stepping ~*~*~tactically~*~*~ (outnumbered).
 31606 | D:7      | 31606 ||| Stepping ~*~*~tactically~*~*~ (outnumbered).
 31608 | D:7      | 31608 ||| Stepping ~*~*~tactically~*~*~ (outnumbered).
 31610 | D:7      | 31610 ||| Stepping ~*~*~tactically~*~*~ (outnumbered).
 31612 | D:7      | 31612 ||| Stepping ~*~*~tactically~*~*~ (outnumbered).
 31614 | D:7      | 31614 ||| Stepping ~*~*~tactically~*~*~ (outnumbered).
 31616 | D:7      | 31616 ||| Stepping ~*~*~tactically~*~*~ (outnumbered).
 31618 | D:7      | 31618 ||| Stepping ~*~*~tactically~*~*~ (outnumbered).
 31620 | D:7      | 31620 ||| Stepping ~*~*~tactically~*~*~ (outnumbered).
 31622 | D:7      | 31622 ||| Stepping ~*~*~tactically~*~*~ (outnumbered).
 31624 | D:7      | 31624 ||| Stepping ~*~*~tactically~*~*~ (outnumbered).
 31626 | D:7      | 31626 ||| Stepping ~*~*~tactically~*~*~ (outnumbered).
 31628 | D:7      | 31628 ||| Stepping ~*~*~tactically~*~*~ (outnumbered).
 31630 | D:7      | 31630 ||| Stepping ~*~*~tactically~*~*~ (outnumbered).
 31632 | D:7      | 31632 ||| Stepping ~*~*~tactically~*~*~ (outnumbered).
 31634 | D:7      | 31634 ||| Stepping ~*~*~tactically~*~*~ (outnumbered).
 31636 | D:7      | 31636 ||| Stepping ~*~*~tactically~*~*~ (outnumbered).
 31638 | D:7      | 31638 ||| Stepping ~*~*~tactically~*~*~ (outnumbered).
 31640 | D:7      | 31640 ||| Stepping ~*~*~tactically~*~*~ (outnumbered).
 31642 | D:7      | 31642 ||| Stepping ~*~*~tactically~*~*~ (outnumbered).
 31644 | D:7      | 31644 ||| Stepping ~*~*~tactically~*~*~ (outnumbered).
 31646 | D:7      | 31646 ||| Stepping ~*~*~tactically~*~*~ (outnumbered).
 31648 | D:7      | 31648 ||| Stepping ~*~*~tactically~*~*~ (outnumbered).
 31650 | D:7      | 31650 ||| Stepping ~*~*~tactically~*~*~ (outnumbered).
 31652 | D:7      | 31652 ||| Stepping ~*~*~tactically~*~*~ (outnumbered).
 31654 | D:7      | 31654 ||| Stepping ~*~*~tactically~*~*~ (outnumbered).
 31656 | D:7      | 31656 ||| Stepping ~*~*~tactically~*~*~ (outnumbered).
 31658 | D:7      | 31658 ||| Stepping ~*~*~tactically~*~*~ (outnumbered).
 31660 | D:7      | 31660 ||| Stepping ~*~*~tactically~*~*~ (outnumbered).
 31662 | D:7      | 31662 ||| Stepping ~*~*~tactically~*~*~ (outnumbered).
 31664 | D:7      | 31664 ||| Stepping ~*~*~tactically~*~*~ (outnumbered).
 31666 | D:7      | 31666 ||| Stepping ~*~*~tactically~*~*~ (outnumbered).
 31668 | D:7      | 31668 ||| Stepping ~*~*~tactically~*~*~ (outnumbered).
 31670 | D:7      | 31670 ||| Stepping ~*~*~tactically~*~*~ (outnumbered).
 31672 | D:7      | 31672 ||| Stepping ~*~*~tactically~*~*~ (outnumbered).
 31674 | D:7      | 31674 ||| Stepping ~*~*~tactically~*~*~ (outnumbered).
 31676 | D:7      | 31676 ||| Stepping ~*~*~tactically~*~*~ (outnumbered).
 31678 | D:7      | 31678 ||| Stepping ~*~*~tactically~*~*~ (outnumbered).
 31680 | D:7      | 31680 ||| Stepping ~*~*~tactically~*~*~ (outnumbered).
 31682 | D:7      | 31682 ||| Stepping ~*~*~tactically~*~*~ (outnumbered).
 31684 | D:7      | 31684 ||| Stepping ~*~*~tactically~*~*~ (outnumbered).
 31686 | D:7      | 31686 ||| Stepping ~*~*~tactically~*~*~ (outnumbered).
 31688 | D:7      | 31688 ||| Stepping ~*~*~tactically~*~*~ (outnumbered).
 31690 | D:7      | 31690 ||| Stepping ~*~*~tactically~*~*~ (outnumbered).
 31692 | D:7      | 31692 ||| Stepping ~*~*~tactically~*~*~ (outnumbered).
 31694 | D:7      | 31694 ||| Stepping ~*~*~tactically~*~*~ (outnumbered).
 31696 | D:7      | 31696 ||| Stepping ~*~*~tactically~*~*~ (outnumbered).
 31698 | D:7      | 31698 ||| Stepping ~*~*~tactically~*~*~ (outnumbered).
 31700 | D:7      | 31700 ||| Stepping ~*~*~tactically~*~*~ (outnumbered).
 31702 | D:7      | 31702 ||| Stepping ~*~*~tactically~*~*~ (outnumbered).
 31704 | D:7      | 31704 ||| Stepping ~*~*~tactically~*~*~ (outnumbered).
 31706 | D:7      | 31706 ||| Stepping ~*~*~tactically~*~*~ (outnumbered).
 31708 | D:7      | 31708 ||| Stepping ~*~*~tactically~*~*~ (outnumbered).
 31710 | D:7      | 31710 ||| Stepping ~*~*~tactically~*~*~ (outnumbered).
 31712 | D:7      | 31712 ||| Stepping ~*~*~tactically~*~*~ (outnumbered).
 31714 | D:7      | 31714 ||| Stepping ~*~*~tactically~*~*~ (outnumbered).
 31716 | D:7      | 31716 ||| Stepping ~*~*~tactically~*~*~ (outnumbered).
 31718 | D:7      | 31718 ||| Stepping ~*~*~tactically~*~*~ (outnumbered).
 31720 | D:7      | 31720 ||| Stepping ~*~*~tactically~*~*~ (outnumbered).
 31722 | D:7      | 31722 ||| Stepping ~*~*~tactically~*~*~ (outnumbered).
 31724 | D:7      | 31724 ||| Stepping ~*~*~tactically~*~*~ (outnumbered).
 31726 | D:7      | 31726 ||| Stepping ~*~*~tactically~*~*~ (outnumbered).
 31728 | D:7      | 31728 ||| Stepping ~*~*~tactically~*~*~ (outnumbered).
 31730 | D:7      | 31730 ||| Stepping ~*~*~tactically~*~*~ (outnumbered).
 31732 | D:7      | 31732 ||| Stepping ~*~*~tactically~*~*~ (outnumbered).
 31734 | D:7      | 31734 ||| Stepping ~*~*~tactically~*~*~ (outnumbered).
 31736 | D:7      | 31736 ||| Stepping ~*~*~tactically~*~*~ (outnumbered).
 31738 | D:7      | 31738 ||| Stepping ~*~*~tactically~*~*~ (outnumbered).
 31740 | D:7      | 31740 ||| Stepping ~*~*~tactically~*~*~ (outnumbered).
 31742 | D:7      | 31742 ||| Stepping ~*~*~tactically~*~*~ (outnumbered).
 31744 | D:7      | 31744 ||| Stepping ~*~*~tactically~*~*~ (outnumbered).
 31744 | D:7      | Glimpsed the power of Zot.
 31746 | D:7      | 31746 ||| Stepping ~*~*~tactically~*~*~ (outnumbered).
 31748 | D:7      | 31748 ||| Stepping ~*~*~tactically~*~*~ (outnumbered).
 31750 | D:7      | 31750 ||| Stepping ~*~*~tactically~*~*~ (outnumbered).
 31752 | D:7      | 31752 ||| Stepping ~*~*~tactically~*~*~ (outnumbered).
 31754 | D:7      | 31754 ||| Stepping ~*~*~tactically~*~*~ (outnumbered).
 31756 | D:7      | 31756 ||| Stepping ~*~*~tactically~*~*~ (outnumbered).
 31758 | D:7      | 31758 ||| Stepping ~*~*~tactically~*~*~ (outnumbered).
 31760 | D:7      | 31760 ||| Stepping ~*~*~tactically~*~*~ (outnumbered).
 31762 | D:7      | 31762 ||| Stepping ~*~*~tactically~*~*~ (outnumbered).
 31764 | D:7      | 31764 ||| Stepping ~*~*~tactically~*~*~ (outnumbered).
 31766 | D:7      | 31766 ||| Stepping ~*~*~tactically~*~*~ (outnumbered).
 31768 | D:7      | 31768 ||| Stepping ~*~*~tactically~*~*~ (outnumbered).
 31770 | D:7      | 31770 ||| Stepping ~*~*~tactically~*~*~ (outnumbered).
 31772 | D:7      | 31772 ||| Stepping ~*~*~tactically~*~*~ (outnumbered).
 31774 | D:7      | 31774 ||| Stepping ~*~*~tactically~*~*~ (outnumbered).
 31776 | D:7      | 31776 ||| Stepping ~*~*~tactically~*~*~ (outnumbered).
 31778 | D:7      | 31778 ||| Stepping ~*~*~tactically~*~*~ (outnumbered).
 31780 | D:7      | 31780 ||| Stepping ~*~*~tactically~*~*~ (outnumbered).
 31782 | D:7      | 31782 ||| Stepping ~*~*~tactically~*~*~ (outnumbered).
 31784 | D:7      | 31784 ||| Stepping ~*~*~tactically~*~*~ (outnumbered).
 31786 | D:7      | 31786 ||| Stepping ~*~*~tactically~*~*~ (outnumbered).
 31788 | D:7      | 31788 ||| Stepping ~*~*~tactically~*~*~ (outnumbered).
 31790 | D:7      | 31790 ||| Stepping ~*~*~tactically~*~*~ (outnumbered).
 31792 | D:7      | 31792 ||| Stepping ~*~*~tactically~*~*~ (outnumbered).
 31794 | D:7      | 31794 ||| Stepping ~*~*~tactically~*~*~ (outnumbered).
 31796 | D:7      | 31796 ||| Stepping ~*~*~tactically~*~*~ (outnumbered).
 31798 | D:7      | 31798 ||| Stepping ~*~*~tactically~*~*~ (outnumbered).
 31800 | D:7      | 31800 ||| Stepping ~*~*~tactically~*~*~ (outnumbered).
 31802 | D:7      | 31802 ||| Stepping ~*~*~tactically~*~*~ (outnumbered).
 31804 | D:7      | 31804 ||| Stepping ~*~*~tactically~*~*~ (outnumbered).
 31806 | D:7      | 31806 ||| Stepping ~*~*~tactically~*~*~ (outnumbered).
 31808 | D:7      | 31808 ||| Stepping ~*~*~tactically~*~*~ (outnumbered).
 31810 | D:7      | 31810 ||| Stepping ~*~*~tactically~*~*~ (outnumbered).
 31812 | D:7      | 31812 ||| Stepping ~*~*~tactically~*~*~ (outnumbered).
 31814 | D:7      | 31814 ||| Stepping ~*~*~tactically~*~*~ (outnumbered).
 31816 | D:7      | 31816 ||| Stepping ~*~*~tactically~*~*~ (outnumbered).
 31818 | D:7      | 31818 ||| Stepping ~*~*~tactically~*~*~ (outnumbered).
 31820 | D:7      | 31820 ||| Stepping ~*~*~tactically~*~*~ (outnumbered).
 31822 | D:7      | 31822 ||| Stepping ~*~*~tactically~*~*~ (outnumbered).
 31824 | D:7      | 31824 ||| Stepping ~*~*~tactically~*~*~ (outnumbered).
 31826 | D:7      | 31826 ||| Stepping ~*~*~tactically~*~*~ (outnumbered).
 31828 | D:7      | 31828 ||| Stepping ~*~*~tactically~*~*~ (outnumbered).
 31830 | D:7      | 31830 ||| Stepping ~*~*~tactically~*~*~ (outnumbered).
 31832 | D:7      | 31832 ||| Stepping ~*~*~tactically~*~*~ (outnumbered).
 31834 | D:7      | 31834 ||| Stepping ~*~*~tactically~*~*~ (outnumbered).
 31836 | D:7      | 31836 ||| Stepping ~*~*~tactically~*~*~ (outnumbered).
 31838 | D:7      | 31838 ||| Stepping ~*~*~tactically~*~*~ (outnumbered).
 31840 | D:7      | 31840 ||| Stepping ~*~*~tactically~*~*~ (outnumbered).
 31842 | D:7      | 31842 ||| Stepping ~*~*~tactically~*~*~ (outnumbered).
 31844 | D:7      | 31844 ||| Stepping ~*~*~tactically~*~*~ (outnumbered).
 31846 | D:7      | 31846 ||| Stepping ~*~*~tactically~*~*~ (outnumbered).
 31848 | D:7      | 31848 ||| Stepping ~*~*~tactically~*~*~ (outnumbered).
 31850 | D:7      | 31850 ||| Stepping ~*~*~tactically~*~*~ (outnumbered).
 31852 | D:7      | 31852 ||| Stepping ~*~*~tactically~*~*~ (outnumbered).
 31854 | D:7      | 31854 ||| Stepping ~*~*~tactically~*~*~ (outnumbered).
 31856 | D:7      | 31856 ||| Stepping ~*~*~tactically~*~*~ (outnumbered).
 31858 | D:7      | 31858 ||| Stepping ~*~*~tactically~*~*~ (outnumbered).
 31860 | D:7      | 31860 ||| Stepping ~*~*~tactically~*~*~ (outnumbered).
 31862 | D:7      | 31862 ||| Stepping ~*~*~tactically~*~*~ (outnumbered).
 31864 | D:7      | 31864 ||| Stepping ~*~*~tactically~*~*~ (outnumbered).
 31866 | D:7      | 31866 ||| Stepping ~*~*~tactically~*~*~ (outnumbered).
 31868 | D:7      | 31868 ||| Stepping ~*~*~tactically~*~*~ (outnumbered).
 31870 | D:7      | 31870 ||| Stepping ~*~*~tactically~*~*~ (outnumbered).
 31872 | D:7      | 31872 ||| Stepping ~*~*~tactically~*~*~ (outnumbered).
 31874 | D:7      | 31874 ||| Stepping ~*~*~tactically~*~*~ (outnumbered).
 31876 | D:7      | 31876 ||| Stepping ~*~*~tactically~*~*~ (outnumbered).
 31878 | D:7      | 31878 ||| Stepping ~*~*~tactically~*~*~ (outnumbered).
 31880 | D:7      | 31880 ||| Stepping ~*~*~tactically~*~*~ (outnumbered).
 31882 | D:7      | 31882 ||| Stepping ~*~*~tactically~*~*~ (outnumbered).
 31884 | D:7      | 31884 ||| Stepping ~*~*~tactically~*~*~ (outnumbered).
 31886 | D:7      | 31886 ||| Stepping ~*~*~tactically~*~*~ (outnumbered).
 31888 | D:7      | 31888 ||| Stepping ~*~*~tactically~*~*~ (outnumbered).
 31890 | D:7      | 31890 ||| Stepping ~*~*~tactically~*~*~ (outnumbered).
 31892 | D:7      | 31892 ||| Stepping ~*~*~tactically~*~*~ (outnumbered).
 31894 | D:7      | 31894 ||| Stepping ~*~*~tactically~*~*~ (outnumbered).
 31896 | D:7      | 31896 ||| Stepping ~*~*~tactically~*~*~ (outnumbered).
 31898 | D:7      | 31898 ||| Stepping ~*~*~tactically~*~*~ (outnumbered).
 31900 | D:7      | 31900 ||| Stepping ~*~*~tactically~*~*~ (outnumbered).
 31902 | D:7      | 31902 ||| Stepping ~*~*~tactically~*~*~ (outnumbered).
 31904 | D:7      | 31904 ||| Stepping ~*~*~tactically~*~*~ (outnumbered).
 31906 | D:7      | 31906 ||| Stepping ~*~*~tactically~*~*~ (outnumbered).
 31908 | D:7      | 31908 ||| Stepping ~*~*~tactically~*~*~ (outnumbered).
 31910 | D:7      | 31910 ||| Stepping ~*~*~tactically~*~*~ (outnumbered).
 31912 | D:7      | 31912 ||| Stepping ~*~*~tactically~*~*~ (outnumbered).
 31914 | D:7      | 31914 ||| Stepping ~*~*~tactically~*~*~ (outnumbered).
 31916 | D:7      | 31916 ||| Stepping ~*~*~tactically~*~*~ (outnumbered).
 31918 | D:7      | 31918 ||| Stepping ~*~*~tactically~*~*~ (outnumbered).
 31920 | D:7      | 31920 ||| Stepping ~*~*~tactically~*~*~ (outnumbered).
 31922 | D:7      | 31922 ||| Stepping ~*~*~tactically~*~*~ (outnumbered).
 31924 | D:7      | 31924 ||| Stepping ~*~*~tactically~*~*~ (outnumbered).
 31926 | D:7      | 31926 ||| Stepping ~*~*~tactically~*~*~ (outnumbered).
 31928 | D:7      | 31928 ||| Stepping ~*~*~tactically~*~*~ (outnumbered).
 31930 | D:7      | 31930 ||| Stepping ~*~*~tactically~*~*~ (outnumbered).
 31932 | D:7      | 31932 ||| Stepping ~*~*~tactically~*~*~ (outnumbered).
 31934 | D:7      | 31934 ||| Stepping ~*~*~tactically~*~*~ (outnumbered).
 31936 | D:7      | 31936 ||| Stepping ~*~*~tactically~*~*~ (outnumbered).
 31938 | D:7      | 31938 ||| Stepping ~*~*~tactically~*~*~ (outnumbered).
 31940 | D:7      | 31940 ||| Stepping ~*~*~tactically~*~*~ (outnumbered).
 31942 | D:7      | 31942 ||| Stepping ~*~*~tactically~*~*~ (outnumbered).
 31944 | D:7      | 31944 ||| Stepping ~*~*~tactically~*~*~ (outnumbered).
 31946 | D:7      | 31946 ||| Stepping ~*~*~tactically~*~*~ (outnumbered).
 31948 | D:7      | 31948 ||| Stepping ~*~*~tactically~*~*~ (outnumbered).
 31950 | D:7      | 31950 ||| Stepping ~*~*~tactically~*~*~ (outnumbered).
 31952 | D:7      | 31952 ||| Stepping ~*~*~tactically~*~*~ (outnumbered).
 31954 | D:7      | 31954 ||| Stepping ~*~*~tactically~*~*~ (outnumbered).
 31956 | D:7      | 31956 ||| Stepping ~*~*~tactically~*~*~ (outnumbered).
 31958 | D:7      | 31958 ||| Stepping ~*~*~tactically~*~*~ (outnumbered).
 31960 | D:7      | 31960 ||| Stepping ~*~*~tactically~*~*~ (outnumbered).
 31962 | D:7      | 31962 ||| Stepping ~*~*~tactically~*~*~ (outnumbered).
 31964 | D:7      | 31964 ||| Stepping ~*~*~tactically~*~*~ (outnumbered).
 31966 | D:7      | 31966 ||| Stepping ~*~*~tactically~*~*~ (outnumbered).
 31968 | D:7      | 31968 ||| Stepping ~*~*~tactically~*~*~ (outnumbered).
 31970 | D:7      | 31970 ||| Stepping ~*~*~tactically~*~*~ (outnumbered).
 31972 | D:7      | 31972 ||| Stepping ~*~*~tactically~*~*~ (outnumbered).
 31974 | D:7      | 31974 ||| Stepping ~*~*~tactically~*~*~ (outnumbered).
 31976 | D:7      | 31976 ||| Stepping ~*~*~tactically~*~*~ (outnumbered).
 31978 | D:7      | 31978 ||| Stepping ~*~*~tactically~*~*~ (outnumbered).
 31980 | D:7      | 31980 ||| Stepping ~*~*~tactically~*~*~ (outnumbered).
 31982 | D:7      | 31982 ||| Stepping ~*~*~tactically~*~*~ (outnumbered).
 31984 | D:7      | 31984 ||| Stepping ~*~*~tactically~*~*~ (outnumbered).
 31986 | D:7      | 31986 ||| Stepping ~*~*~tactically~*~*~ (outnumbered).
 31988 | D:7      | 31988 ||| Stepping ~*~*~tactically~*~*~ (outnumbered).
 31990 | D:7      | 31990 ||| Stepping ~*~*~tactically~*~*~ (outnumbered).
 31992 | D:7      | 31992 ||| Stepping ~*~*~tactically~*~*~ (outnumbered).
 31994 | D:7      | 31994 ||| Stepping ~*~*~tactically~*~*~ (outnumbered).
 31996 | D:7      | 31996 ||| Stepping ~*~*~tactically~*~*~ (outnumbered).
 31998 | D:7      | 31998 ||| Stepping ~*~*~tactically~*~*~ (outnumbered).
 32000 | D:7      | 32000 ||| Stepping ~*~*~tactically~*~*~ (outnumbered).
 32002 | D:7      | 32002 ||| Stepping ~*~*~tactically~*~*~ (outnumbered).
 32004 | D:7      | 32004 ||| Stepping ~*~*~tactically~*~*~ (outnumbered).
 32006 | D:7      | 32006 ||| Stepping ~*~*~tactically~*~*~ (outnumbered).
 32008 | D:7      | 32008 ||| Stepping ~*~*~tactically~*~*~ (outnumbered).
 32010 | D:7      | 32010 ||| Stepping ~*~*~tactically~*~*~ (outnumbered).
 32012 | D:7      | 32012 ||| Stepping ~*~*~tactically~*~*~ (outnumbered).
 32014 | D:7      | 32014 ||| Stepping ~*~*~tactically~*~*~ (outnumbered).
 32016 | D:7      | 32016 ||| Stepping ~*~*~tactically~*~*~ (outnumbered).
 32018 | D:7      | 32018 ||| Stepping ~*~*~tactically~*~*~ (outnumbered).
 32020 | D:7      | 32020 ||| Stepping ~*~*~tactically~*~*~ (outnumbered).
 32022 | D:7      | 32022 ||| Stepping ~*~*~tactically~*~*~ (outnumbered).
 32024 | D:7      | 32024 ||| Stepping ~*~*~tactically~*~*~ (outnumbered).
 32026 | D:7      | 32026 ||| Stepping ~*~*~tactically~*~*~ (outnumbered).
 32028 | D:7      | 32028 ||| Stepping ~*~*~tactically~*~*~ (outnumbered).
 32030 | D:7      | 32030 ||| Stepping ~*~*~tactically~*~*~ (outnumbered).
 32032 | D:7      | 32032 ||| Stepping ~*~*~tactically~*~*~ (outnumbered).
 32034 | D:7      | 32034 ||| Stepping ~*~*~tactically~*~*~ (outnumbered).
 32036 | D:7      | 32036 ||| Stepping ~*~*~tactically~*~*~ (outnumbered).
 32038 | D:7      | 32038 ||| Stepping ~*~*~tactically~*~*~ (outnumbered).
 32040 | D:7      | 32040 ||| Stepping ~*~*~tactically~*~*~ (outnumbered).
 32042 | D:7      | 32042 ||| Stepping ~*~*~tactically~*~*~ (outnumbered).
 32044 | D:7      | 32044 ||| Stepping ~*~*~tactically~*~*~ (outnumbered).
 32046 | D:7      | 32046 ||| Stepping ~*~*~tactically~*~*~ (outnumbered).
 32048 | D:7      | 32048 ||| Stepping ~*~*~tactically~*~*~ (outnumbered).
 32050 | D:7      | 32050 ||| Stepping ~*~*~tactically~*~*~ (outnumbered).
 32052 | D:7      | 32052 ||| Stepping ~*~*~tactically~*~*~ (outnumbered).
 32054 | D:7      | 32054 ||| Stepping ~*~*~tactically~*~*~ (outnumbered).
 32056 | D:7      | 32056 ||| Stepping ~*~*~tactically~*~*~ (outnumbered).
 32058 | D:7      | 32058 ||| Stepping ~*~*~tactically~*~*~ (outnumbered).
 32060 | D:7      | 32060 ||| Stepping ~*~*~tactically~*~*~ (outnumbered).
 32062 | D:7      | 32062 ||| Stepping ~*~*~tactically~*~*~ (outnumbered).
 32064 | D:7      | 32064 ||| Stepping ~*~*~tactically~*~*~ (outnumbered).
 32066 | D:7      | 32066 ||| Stepping ~*~*~tactically~*~*~ (outnumbered).
 32068 | D:7      | 32068 ||| Stepping ~*~*~tactically~*~*~ (outnumbered).
 32070 | D:7      | 32070 ||| Stepping ~*~*~tactically~*~*~ (outnumbered).
 32072 | D:7      | 32072 ||| Stepping ~*~*~tactically~*~*~ (outnumbered).
 32074 | D:7      | 32074 ||| Stepping ~*~*~tactically~*~*~ (outnumbered).
 32076 | D:7      | 32076 ||| Stepping ~*~*~tactically~*~*~ (outnumbered).
 32078 | D:7      | 32078 ||| Stepping ~*~*~tactically~*~*~ (outnumbered).
 32080 | D:7      | 32080 ||| Stepping ~*~*~tactically~*~*~ (outnumbered).
 32082 | D:7      | 32082 ||| Stepping ~*~*~tactically~*~*~ (outnumbered).
 32084 | D:7      | 32084 ||| Stepping ~*~*~tactically~*~*~ (outnumbered).
 32086 | D:7      | 32086 ||| Stepping ~*~*~tactically~*~*~ (outnumbered).
 32088 | D:7      | 32088 ||| Stepping ~*~*~tactically~*~*~ (outnumbered).
 32090 | D:7      | 32090 ||| Stepping ~*~*~tactically~*~*~ (outnumbered).
 32092 | D:7      | 32092 ||| Stepping ~*~*~tactically~*~*~ (outnumbered).
 32094 | D:7      | 32094 ||| Stepping ~*~*~tactically~*~*~ (outnumbered).
 32096 | D:7      | 32096 ||| Stepping ~*~*~tactically~*~*~ (outnumbered).
 32098 | D:7      | 32098 ||| Stepping ~*~*~tactically~*~*~ (outnumbered).
 32100 | D:7      | 32100 ||| Stepping ~*~*~tactically~*~*~ (outnumbered).
 32102 | D:7      | 32102 ||| Stepping ~*~*~tactically~*~*~ (outnumbered).
 32104 | D:7      | 32104 ||| Stepping ~*~*~tactically~*~*~ (outnumbered).
 32106 | D:7      | 32106 ||| Stepping ~*~*~tactically~*~*~ (outnumbered).
 32108 | D:7      | 32108 ||| Stepping ~*~*~tactically~*~*~ (outnumbered).
 32110 | D:7      | 32110 ||| Stepping ~*~*~tactically~*~*~ (outnumbered).
 32112 | D:7      | 32112 ||| Stepping ~*~*~tactically~*~*~ (outnumbered).
 32114 | D:7      | 32114 ||| Stepping ~*~*~tactically~*~*~ (outnumbered).
 32116 | D:7      | 32116 ||| Stepping ~*~*~tactically~*~*~ (outnumbered).
 32118 | D:7      | 32118 ||| Stepping ~*~*~tactically~*~*~ (outnumbered).
 32120 | D:7      | 32120 ||| Stepping ~*~*~tactically~*~*~ (outnumbered).
 32122 | D:7      | 32122 ||| Stepping ~*~*~tactically~*~*~ (outnumbered).
 32124 | D:7      | 32124 ||| Stepping ~*~*~tactically~*~*~ (outnumbered).
 32126 | D:7      | 32126 ||| Stepping ~*~*~tactically~*~*~ (outnumbered).
 32128 | D:7      | 32128 ||| Stepping ~*~*~tactically~*~*~ (outnumbered).
 32130 | D:7      | 32130 ||| Stepping ~*~*~tactically~*~*~ (outnumbered).
 32132 | D:7      | 32132 ||| Stepping ~*~*~tactically~*~*~ (outnumbered).
 32134 | D:7      | 32134 ||| Stepping ~*~*~tactically~*~*~ (outnumbered).
 32136 | D:7      | 32136 ||| Stepping ~*~*~tactically~*~*~ (outnumbered).
 32138 | D:7      | 32138 ||| Stepping ~*~*~tactically~*~*~ (outnumbered).
 32140 | D:7      | 32140 ||| Stepping ~*~*~tactically~*~*~ (outnumbered).
 32142 | D:7      | 32142 ||| Stepping ~*~*~tactically~*~*~ (outnumbered).
 32144 | D:7      | 32144 ||| Stepping ~*~*~tactically~*~*~ (outnumbered).
 32146 | D:7      | 32146 ||| Stepping ~*~*~tactically~*~*~ (outnumbered).
 32148 | D:7      | 32148 ||| Stepping ~*~*~tactically~*~*~ (outnumbered).
 32150 | D:7      | 32150 ||| Stepping ~*~*~tactically~*~*~ (outnumbered).
 32152 | D:7      | 32152 ||| Stepping ~*~*~tactically~*~*~ (outnumbered).
 32154 | D:7      | 32154 ||| Stepping ~*~*~tactically~*~*~ (outnumbered).
 32156 | D:7      | 32156 ||| Stepping ~*~*~tactically~*~*~ (outnumbered).
 32158 | D:7      | 32158 ||| Stepping ~*~*~tactically~*~*~ (outnumbered).
 32160 | D:7      | 32160 ||| Stepping ~*~*~tactically~*~*~ (outnumbered).
 32162 | D:7      | 32162 ||| Stepping ~*~*~tactically~*~*~ (outnumbered).
 32164 | D:7      | 32164 ||| Stepping ~*~*~tactically~*~*~ (outnumbered).
 32166 | D:7      | 32166 ||| Stepping ~*~*~tactically~*~*~ (outnumbered).
 32168 | D:7      | 32168 ||| Stepping ~*~*~tactically~*~*~ (outnumbered).
 32170 | D:7      | 32170 ||| Stepping ~*~*~tactically~*~*~ (outnumbered).
 32172 | D:7      | 32172 ||| Stepping ~*~*~tactically~*~*~ (outnumbered).
 32174 | D:7      | 32174 ||| Stepping ~*~*~tactically~*~*~ (outnumbered).
 32176 | D:7      | 32176 ||| Stepping ~*~*~tactically~*~*~ (outnumbered).
 32178 | D:7      | 32178 ||| Stepping ~*~*~tactically~*~*~ (outnumbered).
 32180 | D:7      | 32180 ||| Stepping ~*~*~tactically~*~*~ (outnumbered).
 32182 | D:7      | 32182 ||| Stepping ~*~*~tactically~*~*~ (outnumbered).
 32184 | D:7      | 32184 ||| Stepping ~*~*~tactically~*~*~ (outnumbered).
 32186 | D:7      | 32186 ||| Stepping ~*~*~tactically~*~*~ (outnumbered).
 32188 | D:7      | 32188 ||| Stepping ~*~*~tactically~*~*~ (outnumbered).
 32190 | D:7      | 32190 ||| Stepping ~*~*~tactically~*~*~ (outnumbered).
 32192 | D:7      | 32192 ||| Stepping ~*~*~tactically~*~*~ (outnumbered).
 32194 | D:7      | 32194 ||| Stepping ~*~*~tactically~*~*~ (outnumbered).
 32196 | D:7      | 32196 ||| Stepping ~*~*~tactically~*~*~ (outnumbered).
 32198 | D:7      | 32198 ||| Stepping ~*~*~tactically~*~*~ (outnumbered).
 32200 | D:7      | 32200 ||| Stepping ~*~*~tactically~*~*~ (outnumbered).
 32202 | D:7      | 32202 ||| Stepping ~*~*~tactically~*~*~ (outnumbered).
 32204 | D:7      | 32204 ||| Stepping ~*~*~tactically~*~*~ (outnumbered).
 32206 | D:7      | 32206 ||| Stepping ~*~*~tactically~*~*~ (outnumbered).
 32208 | D:7      | 32208 ||| Stepping ~*~*~tactically~*~*~ (outnumbered).
 32210 | D:7      | 32210 ||| Stepping ~*~*~tactically~*~*~ (outnumbered).
 32212 | D:7      | 32212 ||| Stepping ~*~*~tactically~*~*~ (outnumbered).
 32214 | D:7      | 32214 ||| Stepping ~*~*~tactically~*~*~ (outnumbered).
 32216 | D:7      | 32216 ||| Stepping ~*~*~tactically~*~*~ (outnumbered).
 32218 | D:7      | 32218 ||| Stepping ~*~*~tactically~*~*~ (outnumbered).
 32220 | D:7      | 32220 ||| Stepping ~*~*~tactically~*~*~ (outnumbered).
 32222 | D:7      | 32222 ||| Stepping ~*~*~tactically~*~*~ (outnumbered).
 32224 | D:7      | 32224 ||| Stepping ~*~*~tactically~*~*~ (outnumbered).
 32226 | D:7      | 32226 ||| Stepping ~*~*~tactically~*~*~ (outnumbered).
 32228 | D:7      | 32228 ||| Stepping ~*~*~tactically~*~*~ (outnumbered).
 32230 | D:7      | 32230 ||| Stepping ~*~*~tactically~*~*~ (outnumbered).
 32232 | D:7      | 32232 ||| Stepping ~*~*~tactically~*~*~ (outnumbered).
 32234 | D:7      | 32234 ||| Stepping ~*~*~tactically~*~*~ (outnumbered).
 32236 | D:7      | 32236 ||| Stepping ~*~*~tactically~*~*~ (outnumbered).
 32238 | D:7      | 32238 ||| Stepping ~*~*~tactically~*~*~ (outnumbered).
 32240 | D:7      | 32240 ||| Stepping ~*~*~tactically~*~*~ (outnumbered).
 32242 | D:7      | 32242 ||| Stepping ~*~*~tactically~*~*~ (outnumbered).
 32244 | D:7      | 32244 ||| Stepping ~*~*~tactically~*~*~ (outnumbered).
 32244 | D:7      | Glimpsed the power of Zot.
 32246 | D:7      | 32246 ||| Stepping ~*~*~tactically~*~*~ (outnumbered).
 32248 | D:7      | 32248 ||| Stepping ~*~*~tactically~*~*~ (outnumbered).
 32250 | D:7      | 32250 ||| Stepping ~*~*~tactically~*~*~ (outnumbered).
 32252 | D:7      | 32252 ||| Stepping ~*~*~tactically~*~*~ (outnumbered).
 32254 | D:7      | 32254 ||| Stepping ~*~*~tactically~*~*~ (outnumbered).
 32256 | D:7      | 32256 ||| Stepping ~*~*~tactically~*~*~ (outnumbered).
 32258 | D:7      | 32258 ||| Stepping ~*~*~tactically~*~*~ (outnumbered).
 32260 | D:7      | 32260 ||| Stepping ~*~*~tactically~*~*~ (outnumbered).
 32262 | D:7      | 32262 ||| Stepping ~*~*~tactically~*~*~ (outnumbered).
 32264 | D:7      | 32264 ||| Stepping ~*~*~tactically~*~*~ (outnumbered).
 32266 | D:7      | 32266 ||| Stepping ~*~*~tactically~*~*~ (outnumbered).
 32268 | D:7      | 32268 ||| Stepping ~*~*~tactically~*~*~ (outnumbered).
 32270 | D:7      | 32270 ||| Stepping ~*~*~tactically~*~*~ (outnumbered).
 32272 | D:7      | 32272 ||| Stepping ~*~*~tactically~*~*~ (outnumbered).
 32274 | D:7      | 32274 ||| Stepping ~*~*~tactically~*~*~ (outnumbered).
 32276 | D:7      | 32276 ||| Stepping ~*~*~tactically~*~*~ (outnumbered).
 32278 | D:7      | 32278 ||| Stepping ~*~*~tactically~*~*~ (outnumbered).
 32280 | D:7      | 32280 ||| Stepping ~*~*~tactically~*~*~ (outnumbered).
 32282 | D:7      | 32282 ||| Stepping ~*~*~tactically~*~*~ (outnumbered).
 32284 | D:7      | 32284 ||| Stepping ~*~*~tactically~*~*~ (outnumbered).
 32286 | D:7      | 32286 ||| Stepping ~*~*~tactically~*~*~ (outnumbered).
 32288 | D:7      | 32288 ||| Stepping ~*~*~tactically~*~*~ (outnumbered).
 32290 | D:7      | 32290 ||| Stepping ~*~*~tactically~*~*~ (outnumbered).
 32292 | D:7      | 32292 ||| Stepping ~*~*~tactically~*~*~ (outnumbered).
 32294 | D:7      | 32294 ||| Stepping ~*~*~tactically~*~*~ (outnumbered).
 32296 | D:7      | 32296 ||| Stepping ~*~*~tactically~*~*~ (outnumbered).
 32298 | D:7      | 32298 ||| Stepping ~*~*~tactically~*~*~ (outnumbered).
 32300 | D:7      | 32300 ||| Stepping ~*~*~tactically~*~*~ (outnumbered).
 32302 | D:7      | 32302 ||| Stepping ~*~*~tactically~*~*~ (outnumbered).
 32304 | D:7      | 32304 ||| Stepping ~*~*~tactically~*~*~ (outnumbered).
 32306 | D:7      | 32306 ||| Stepping ~*~*~tactically~*~*~ (outnumbered).
 32308 | D:7      | 32308 ||| Stepping ~*~*~tactically~*~*~ (outnumbered).
 32310 | D:7      | 32310 ||| Stepping ~*~*~tactically~*~*~ (outnumbered).
 32312 | D:7      | 32312 ||| Stepping ~*~*~tactically~*~*~ (outnumbered).
 32314 | D:7      | 32314 ||| Stepping ~*~*~tactically~*~*~ (outnumbered).
 32316 | D:7      | 32316 ||| Stepping ~*~*~tactically~*~*~ (outnumbered).
 32318 | D:7      | 32318 ||| Stepping ~*~*~tactically~*~*~ (outnumbered).
 32320 | D:7      | 32320 ||| Stepping ~*~*~tactically~*~*~ (outnumbered).
 32322 | D:7      | 32322 ||| Stepping ~*~*~tactically~*~*~ (outnumbered).
 32324 | D:7      | 32324 ||| Stepping ~*~*~tactically~*~*~ (outnumbered).
 32326 | D:7      | 32326 ||| Stepping ~*~*~tactically~*~*~ (outnumbered).
 32328 | D:7      | 32328 ||| Stepping ~*~*~tactically~*~*~ (outnumbered).
 32330 | D:7      | 32330 ||| Stepping ~*~*~tactically~*~*~ (outnumbered).
 32332 | D:7      | 32332 ||| Stepping ~*~*~tactically~*~*~ (outnumbered).
 32334 | D:7      | 32334 ||| Stepping ~*~*~tactically~*~*~ (outnumbered).
 32336 | D:7      | 32336 ||| Stepping ~*~*~tactically~*~*~ (outnumbered).
 32338 | D:7      | 32338 ||| Stepping ~*~*~tactically~*~*~ (outnumbered).
 32340 | D:7      | 32340 ||| Stepping ~*~*~tactically~*~*~ (outnumbered).
 32342 | D:7      | 32342 ||| Stepping ~*~*~tactically~*~*~ (outnumbered).
 32344 | D:7      | 32344 ||| Stepping ~*~*~tactically~*~*~ (outnumbered).
 32346 | D:7      | 32346 ||| Stepping ~*~*~tactically~*~*~ (outnumbered).
 32348 | D:7      | 32348 ||| Stepping ~*~*~tactically~*~*~ (outnumbered).
 32350 | D:7      | 32350 ||| Stepping ~*~*~tactically~*~*~ (outnumbered).
 32352 | D:7      | 32352 ||| Stepping ~*~*~tactically~*~*~ (outnumbered).
 32354 | D:7      | 32354 ||| Stepping ~*~*~tactically~*~*~ (outnumbered).
 32356 | D:7      | 32356 ||| Stepping ~*~*~tactically~*~*~ (outnumbered).
 32358 | D:7      | 32358 ||| Stepping ~*~*~tactically~*~*~ (outnumbered).
 32360 | D:7      | 32360 ||| Stepping ~*~*~tactically~*~*~ (outnumbered).
 32362 | D:7      | 32362 ||| Stepping ~*~*~tactically~*~*~ (outnumbered).
 32364 | D:7      | 32364 ||| Stepping ~*~*~tactically~*~*~ (outnumbered).
 32366 | D:7      | 32366 ||| Stepping ~*~*~tactically~*~*~ (outnumbered).
 32368 | D:7      | 32368 ||| Stepping ~*~*~tactically~*~*~ (outnumbered).
 32370 | D:7      | 32370 ||| Stepping ~*~*~tactically~*~*~ (outnumbered).
 32372 | D:7      | 32372 ||| Stepping ~*~*~tactically~*~*~ (outnumbered).
 32374 | D:7      | 32374 ||| Stepping ~*~*~tactically~*~*~ (outnumbered).
 32376 | D:7      | 32376 ||| Stepping ~*~*~tactically~*~*~ (outnumbered).
 32378 | D:7      | 32378 ||| Stepping ~*~*~tactically~*~*~ (outnumbered).
 32380 | D:7      | 32380 ||| Stepping ~*~*~tactically~*~*~ (outnumbered).
 32382 | D:7      | 32382 ||| Stepping ~*~*~tactically~*~*~ (outnumbered).
 32384 | D:7      | 32384 ||| Stepping ~*~*~tactically~*~*~ (outnumbered).
 32386 | D:7      | 32386 ||| Stepping ~*~*~tactically~*~*~ (outnumbered).
 32388 | D:7      | 32388 ||| Stepping ~*~*~tactically~*~*~ (outnumbered).
 32390 | D:7      | 32390 ||| Stepping ~*~*~tactically~*~*~ (outnumbered).
 32392 | D:7      | 32392 ||| Stepping ~*~*~tactically~*~*~ (outnumbered).
 32394 | D:7      | 32394 ||| Stepping ~*~*~tactically~*~*~ (outnumbered).
 32396 | D:7      | 32396 ||| Stepping ~*~*~tactically~*~*~ (outnumbered).
 32398 | D:7      | 32398 ||| Stepping ~*~*~tactically~*~*~ (outnumbered).
 32400 | D:7      | 32400 ||| Stepping ~*~*~tactically~*~*~ (outnumbered).
 32402 | D:7      | 32402 ||| Stepping ~*~*~tactically~*~*~ (outnumbered).
 32404 | D:7      | 32404 ||| Stepping ~*~*~tactically~*~*~ (outnumbered).
 32406 | D:7      | 32406 ||| Stepping ~*~*~tactically~*~*~ (outnumbered).
 32408 | D:7      | 32408 ||| Stepping ~*~*~tactically~*~*~ (outnumbered).
 32410 | D:7      | 32410 ||| Stepping ~*~*~tactically~*~*~ (outnumbered).
 32412 | D:7      | 32412 ||| Stepping ~*~*~tactically~*~*~ (outnumbered).
 32414 | D:7      | 32414 ||| Stepping ~*~*~tactically~*~*~ (outnumbered).
 32416 | D:7      | 32416 ||| Stepping ~*~*~tactically~*~*~ (outnumbered).
 32418 | D:7      | 32418 ||| Stepping ~*~*~tactically~*~*~ (outnumbered).
 32420 | D:7      | 32420 ||| Stepping ~*~*~tactically~*~*~ (outnumbered).
 32422 | D:7      | 32422 ||| Stepping ~*~*~tactically~*~*~ (outnumbered).
 32424 | D:7      | 32424 ||| Stepping ~*~*~tactically~*~*~ (outnumbered).
 32426 | D:7      | 32426 ||| Stepping ~*~*~tactically~*~*~ (outnumbered).
 32428 | D:7      | 32428 ||| Stepping ~*~*~tactically~*~*~ (outnumbered).
 32430 | D:7      | 32430 ||| Stepping ~*~*~tactically~*~*~ (outnumbered).
 32432 | D:7      | 32432 ||| Stepping ~*~*~tactically~*~*~ (outnumbered).
 32434 | D:7      | 32434 ||| Stepping ~*~*~tactically~*~*~ (outnumbered).
 32436 | D:7      | 32436 ||| Stepping ~*~*~tactically~*~*~ (outnumbered).
 32438 | D:7      | 32438 ||| Stepping ~*~*~tactically~*~*~ (outnumbered).
 32440 | D:7      | 32440 ||| Stepping ~*~*~tactically~*~*~ (outnumbered).
 32442 | D:7      | 32442 ||| Stepping ~*~*~tactically~*~*~ (outnumbered).
 32444 | D:7      | 32444 ||| Stepping ~*~*~tactically~*~*~ (outnumbered).
 32446 | D:7      | 32446 ||| Stepping ~*~*~tactically~*~*~ (outnumbered).
 32448 | D:7      | 32448 ||| Stepping ~*~*~tactically~*~*~ (outnumbered).
 32450 | D:7      | 32450 ||| Stepping ~*~*~tactically~*~*~ (outnumbered).
 32452 | D:7      | 32452 ||| Stepping ~*~*~tactically~*~*~ (outnumbered).
 32454 | D:7      | 32454 ||| Stepping ~*~*~tactically~*~*~ (outnumbered).
 32456 | D:7      | 32456 ||| Stepping ~*~*~tactically~*~*~ (outnumbered).
 32458 | D:7      | 32458 ||| Stepping ~*~*~tactically~*~*~ (outnumbered).
 32460 | D:7      | 32460 ||| Stepping ~*~*~tactically~*~*~ (outnumbered).
 32462 | D:7      | 32462 ||| Stepping ~*~*~tactically~*~*~ (outnumbered).
 32464 | D:7      | 32464 ||| Stepping ~*~*~tactically~*~*~ (outnumbered).
 32466 | D:7      | 32466 ||| Stepping ~*~*~tactically~*~*~ (outnumbered).
 32468 | D:7      | 32468 ||| Stepping ~*~*~tactically~*~*~ (outnumbered).
 32470 | D:7      | 32470 ||| Stepping ~*~*~tactically~*~*~ (outnumbered).
 32472 | D:7      | 32472 ||| Stepping ~*~*~tactically~*~*~ (outnumbered).
 32474 | D:7      | 32474 ||| Stepping ~*~*~tactically~*~*~ (outnumbered).
 32476 | D:7      | 32476 ||| Stepping ~*~*~tactically~*~*~ (outnumbered).
 32478 | D:7      | 32478 ||| Stepping ~*~*~tactically~*~*~ (outnumbered).
 32480 | D:7      | 32480 ||| Stepping ~*~*~tactically~*~*~ (outnumbered).
 32482 | D:7      | 32482 ||| Stepping ~*~*~tactically~*~*~ (outnumbered).
 32484 | D:7      | 32484 ||| Stepping ~*~*~tactically~*~*~ (outnumbered).
 32486 | D:7      | 32486 ||| Stepping ~*~*~tactically~*~*~ (outnumbered).
 32488 | D:7      | 32488 ||| Stepping ~*~*~tactically~*~*~ (outnumbered).
 32490 | D:7      | 32490 ||| Stepping ~*~*~tactically~*~*~ (outnumbered).
 32492 | D:7      | 32492 ||| Stepping ~*~*~tactically~*~*~ (outnumbered).
 32494 | D:7      | 32494 ||| Stepping ~*~*~tactically~*~*~ (outnumbered).
 32496 | D:7      | 32496 ||| Stepping ~*~*~tactically~*~*~ (outnumbered).
 32498 | D:7      | 32498 ||| Stepping ~*~*~tactically~*~*~ (outnumbered).
 32500 | D:7      | 32500 ||| Stepping ~*~*~tactically~*~*~ (outnumbered).
 32502 | D:7      | 32502 ||| Stepping ~*~*~tactically~*~*~ (outnumbered).
 32504 | D:7      | 32504 ||| Stepping ~*~*~tactically~*~*~ (outnumbered).
 32506 | D:7      | 32506 ||| Stepping ~*~*~tactically~*~*~ (outnumbered).
 32508 | D:7      | 32508 ||| Stepping ~*~*~tactically~*~*~ (outnumbered).
 32510 | D:7      | 32510 ||| Stepping ~*~*~tactically~*~*~ (outnumbered).
 32512 | D:7      | 32512 ||| Stepping ~*~*~tactically~*~*~ (outnumbered).
 32514 | D:7      | 32514 ||| Stepping ~*~*~tactically~*~*~ (outnumbered).
 32516 | D:7      | 32516 ||| Stepping ~*~*~tactically~*~*~ (outnumbered).
 32518 | D:7      | 32518 ||| Stepping ~*~*~tactically~*~*~ (outnumbered).
 32520 | D:7      | 32520 ||| Stepping ~*~*~tactically~*~*~ (outnumbered).
 32522 | D:7      | 32522 ||| Stepping ~*~*~tactically~*~*~ (outnumbered).
 32524 | D:7      | 32524 ||| Stepping ~*~*~tactically~*~*~ (outnumbered).
 32526 | D:7      | 32526 ||| Stepping ~*~*~tactically~*~*~ (outnumbered).
 32528 | D:7      | 32528 ||| Stepping ~*~*~tactically~*~*~ (outnumbered).
 32530 | D:7      | 32530 ||| Stepping ~*~*~tactically~*~*~ (outnumbered).
 32532 | D:7      | 32532 ||| Stepping ~*~*~tactically~*~*~ (outnumbered).
 32534 | D:7      | 32534 ||| Stepping ~*~*~tactically~*~*~ (outnumbered).
 32536 | D:7      | 32536 ||| Stepping ~*~*~tactically~*~*~ (outnumbered).
 32538 | D:7      | 32538 ||| Stepping ~*~*~tactically~*~*~ (outnumbered).
 32540 | D:7      | 32540 ||| Stepping ~*~*~tactically~*~*~ (outnumbered).
 32542 | D:7      | 32542 ||| Stepping ~*~*~tactically~*~*~ (outnumbered).
 32544 | D:7      | 32544 ||| Stepping ~*~*~tactically~*~*~ (outnumbered).
 32546 | D:7      | 32546 ||| Stepping ~*~*~tactically~*~*~ (outnumbered).
 32548 | D:7      | 32548 ||| Stepping ~*~*~tactically~*~*~ (outnumbered).
 32550 | D:7      | 32550 ||| Stepping ~*~*~tactically~*~*~ (outnumbered).
 32552 | D:7      | 32552 ||| Stepping ~*~*~tactically~*~*~ (outnumbered).
 32554 | D:7      | 32554 ||| Stepping ~*~*~tactically~*~*~ (outnumbered).
 32556 | D:7      | 32556 ||| Stepping ~*~*~tactically~*~*~ (outnumbered).
 32558 | D:7      | 32558 ||| Stepping ~*~*~tactically~*~*~ (outnumbered).
 32560 | D:7      | 32560 ||| Stepping ~*~*~tactically~*~*~ (outnumbered).
 32562 | D:7      | 32562 ||| Stepping ~*~*~tactically~*~*~ (outnumbered).
 32564 | D:7      | 32564 ||| Stepping ~*~*~tactically~*~*~ (outnumbered).
 32566 | D:7      | 32566 ||| Stepping ~*~*~tactically~*~*~ (outnumbered).
 32568 | D:7      | 32568 ||| Stepping ~*~*~tactically~*~*~ (outnumbered).
 32570 | D:7      | 32570 ||| Stepping ~*~*~tactically~*~*~ (outnumbered).
 32572 | D:7      | 32572 ||| Stepping ~*~*~tactically~*~*~ (outnumbered).
 32574 | D:7      | 32574 ||| Stepping ~*~*~tactically~*~*~ (outnumbered).
 32576 | D:7      | 32576 ||| Stepping ~*~*~tactically~*~*~ (outnumbered).
 32578 | D:7      | 32578 ||| Stepping ~*~*~tactically~*~*~ (outnumbered).
 32580 | D:7      | 32580 ||| Stepping ~*~*~tactically~*~*~ (outnumbered).
 32582 | D:7      | 32582 ||| Stepping ~*~*~tactically~*~*~ (outnumbered).
 32584 | D:7      | 32584 ||| Stepping ~*~*~tactically~*~*~ (outnumbered).
 32586 | D:7      | 32586 ||| Stepping ~*~*~tactically~*~*~ (outnumbered).
 32588 | D:7      | 32588 ||| Stepping ~*~*~tactically~*~*~ (outnumbered).
 32590 | D:7      | 32590 ||| Stepping ~*~*~tactically~*~*~ (outnumbered).
 32592 | D:7      | 32592 ||| Stepping ~*~*~tactically~*~*~ (outnumbered).
 32594 | D:7      | 32594 ||| Stepping ~*~*~tactically~*~*~ (outnumbered).
 32596 | D:7      | 32596 ||| Stepping ~*~*~tactically~*~*~ (outnumbered).
 32598 | D:7      | 32598 ||| Stepping ~*~*~tactically~*~*~ (outnumbered).
 32600 | D:7      | 32600 ||| Stepping ~*~*~tactically~*~*~ (outnumbered).
 32602 | D:7      | 32602 ||| Stepping ~*~*~tactically~*~*~ (outnumbered).
 32604 | D:7      | 32604 ||| Stepping ~*~*~tactically~*~*~ (outnumbered).
 32606 | D:7      | 32606 ||| Stepping ~*~*~tactically~*~*~ (outnumbered).
 32608 | D:7      | 32608 ||| Stepping ~*~*~tactically~*~*~ (outnumbered).
 32610 | D:7      | 32610 ||| Stepping ~*~*~tactically~*~*~ (outnumbered).
 32612 | D:7      | 32612 ||| Stepping ~*~*~tactically~*~*~ (outnumbered).
 32614 | D:7      | 32614 ||| Stepping ~*~*~tactically~*~*~ (outnumbered).
 32616 | D:7      | 32616 ||| Stepping ~*~*~tactically~*~*~ (outnumbered).
 32618 | D:7      | 32618 ||| Stepping ~*~*~tactically~*~*~ (outnumbered).
 32620 | D:7      | 32620 ||| Stepping ~*~*~tactically~*~*~ (outnumbered).
 32622 | D:7      | 32622 ||| Stepping ~*~*~tactically~*~*~ (outnumbered).
 32624 | D:7      | 32624 ||| Stepping ~*~*~tactically~*~*~ (outnumbered).
 32626 | D:7      | 32626 ||| Stepping ~*~*~tactically~*~*~ (outnumbered).
 32628 | D:7      | 32628 ||| Stepping ~*~*~tactically~*~*~ (outnumbered).
 32630 | D:7      | 32630 ||| Stepping ~*~*~tactically~*~*~ (outnumbered).
 32632 | D:7      | 32632 ||| Stepping ~*~*~tactically~*~*~ (outnumbered).
 32634 | D:7      | 32634 ||| Stepping ~*~*~tactically~*~*~ (outnumbered).
 32636 | D:7      | 32636 ||| Stepping ~*~*~tactically~*~*~ (outnumbered).
 32638 | D:7      | 32638 ||| Stepping ~*~*~tactically~*~*~ (outnumbered).
 32640 | D:7      | 32640 ||| Stepping ~*~*~tactically~*~*~ (outnumbered).
 32642 | D:7      | 32642 ||| Stepping ~*~*~tactically~*~*~ (outnumbered).
 32644 | D:7      | 32644 ||| Stepping ~*~*~tactically~*~*~ (outnumbered).
 32644 | D:7      | Glimpsed the power of Zot.
 32646 | D:7      | 32646 ||| Stepping ~*~*~tactically~*~*~ (outnumbered).
 32648 | D:7      | 32648 ||| Stepping ~*~*~tactically~*~*~ (outnumbered).
 32650 | D:7      | 32650 ||| Stepping ~*~*~tactically~*~*~ (outnumbered).
 32652 | D:7      | 32652 ||| Stepping ~*~*~tactically~*~*~ (outnumbered).
 32654 | D:7      | 32654 ||| Stepping ~*~*~tactically~*~*~ (outnumbered).
 32656 | D:7      | 32656 ||| Stepping ~*~*~tactically~*~*~ (outnumbered).
 32658 | D:7      | 32658 ||| Stepping ~*~*~tactically~*~*~ (outnumbered).
 32660 | D:7      | 32660 ||| Stepping ~*~*~tactically~*~*~ (outnumbered).
 32662 | D:7      | 32662 ||| Stepping ~*~*~tactically~*~*~ (outnumbered).
 32664 | D:7      | 32664 ||| Stepping ~*~*~tactically~*~*~ (outnumbered).
 32666 | D:7      | 32666 ||| Stepping ~*~*~tactically~*~*~ (outnumbered).
 32668 | D:7      | 32668 ||| Stepping ~*~*~tactically~*~*~ (outnumbered).
 32670 | D:7      | 32670 ||| Stepping ~*~*~tactically~*~*~ (outnumbered).
 32672 | D:7      | 32672 ||| Stepping ~*~*~tactically~*~*~ (outnumbered).
 32674 | D:7      | 32674 ||| Stepping ~*~*~tactically~*~*~ (outnumbered).
 32676 | D:7      | 32676 ||| Stepping ~*~*~tactically~*~*~ (outnumbered).
 32678 | D:7      | 32678 ||| Stepping ~*~*~tactically~*~*~ (outnumbered).
 32680 | D:7      | 32680 ||| Stepping ~*~*~tactically~*~*~ (outnumbered).
 32682 | D:7      | 32682 ||| Stepping ~*~*~tactically~*~*~ (outnumbered).
 32684 | D:7      | 32684 ||| Stepping ~*~*~tactically~*~*~ (outnumbered).
 32686 | D:7      | 32686 ||| Stepping ~*~*~tactically~*~*~ (outnumbered).
 32688 | D:7      | 32688 ||| Stepping ~*~*~tactically~*~*~ (outnumbered).
 32690 | D:7      | 32690 ||| Stepping ~*~*~tactically~*~*~ (outnumbered).
 32692 | D:7      | 32692 ||| Stepping ~*~*~tactically~*~*~ (outnumbered).
 32694 | D:7      | 32694 ||| Stepping ~*~*~tactically~*~*~ (outnumbered).
 32696 | D:7      | 32696 ||| Stepping ~*~*~tactically~*~*~ (outnumbered).
 32698 | D:7      | 32698 ||| Stepping ~*~*~tactically~*~*~ (outnumbered).
 32700 | D:7      | 32700 ||| Stepping ~*~*~tactically~*~*~ (outnumbered).
 32702 | D:7      | 32702 ||| Stepping ~*~*~tactically~*~*~ (outnumbered).
 32704 | D:7      | 32704 ||| Stepping ~*~*~tactically~*~*~ (outnumbered).
 32706 | D:7      | 32706 ||| Stepping ~*~*~tactically~*~*~ (outnumbered).
 32708 | D:7      | 32708 ||| Stepping ~*~*~tactically~*~*~ (outnumbered).
 32710 | D:7      | 32710 ||| Stepping ~*~*~tactically~*~*~ (outnumbered).
 32712 | D:7      | 32712 ||| Stepping ~*~*~tactically~*~*~ (outnumbered).
 32714 | D:7      | 32714 ||| Stepping ~*~*~tactically~*~*~ (outnumbered).
 32716 | D:7      | 32716 ||| Stepping ~*~*~tactically~*~*~ (outnumbered).
 32718 | D:7      | 32718 ||| Stepping ~*~*~tactically~*~*~ (outnumbered).
 32720 | D:7      | 32720 ||| Stepping ~*~*~tactically~*~*~ (outnumbered).
 32722 | D:7      | 32722 ||| Stepping ~*~*~tactically~*~*~ (outnumbered).
 32724 | D:7      | 32724 ||| Stepping ~*~*~tactically~*~*~ (outnumbered).
 32726 | D:7      | 32726 ||| Stepping ~*~*~tactically~*~*~ (outnumbered).
 32728 | D:7      | 32728 ||| Stepping ~*~*~tactically~*~*~ (outnumbered).
 32730 | D:7      | 32730 ||| Stepping ~*~*~tactically~*~*~ (outnumbered).
 32732 | D:7      | 32732 ||| Stepping ~*~*~tactically~*~*~ (outnumbered).
 32734 | D:7      | 32734 ||| Stepping ~*~*~tactically~*~*~ (outnumbered).
 32736 | D:7      | 32736 ||| Stepping ~*~*~tactically~*~*~ (outnumbered).
 32738 | D:7      | 32738 ||| Stepping ~*~*~tactically~*~*~ (outnumbered).
 32740 | D:7      | 32740 ||| Stepping ~*~*~tactically~*~*~ (outnumbered).
 32742 | D:7      | 32742 ||| Stepping ~*~*~tactically~*~*~ (outnumbered).
 32744 | D:7      | 32744 ||| Stepping ~*~*~tactically~*~*~ (outnumbered).
 32744 | D:7      | Touched by the power of Zot.
 32745 | D:7      | Glimpsed the power of Zot.
 32746 | D:7      | 32746 ||| Stepping ~*~*~tactically~*~*~ (outnumbered).
 32748 | D:7      | 32748 ||| Stepping ~*~*~tactically~*~*~ (outnumbered).
 32750 | D:7      | 32750 ||| Stepping ~*~*~tactically~*~*~ (outnumbered).
 32752 | D:7      | 32752 ||| Stepping ~*~*~tactically~*~*~ (outnumbered).
 32754 | D:7      | 32754 ||| Stepping ~*~*~tactically~*~*~ (outnumbered).
 32756 | D:7      | 32756 ||| Stepping ~*~*~tactically~*~*~ (outnumbered).
 32758 | D:7      | 32758 ||| Stepping ~*~*~tactically~*~*~ (outnumbered).
 32760 | D:7      | 32760 ||| Stepping ~*~*~tactically~*~*~ (outnumbered).
 32762 | D:7      | 32762 ||| Stepping ~*~*~tactically~*~*~ (outnumbered).
 32764 | D:7      | 32764 ||| Stepping ~*~*~tactically~*~*~ (outnumbered).
 32766 | D:7      | 32766 ||| Stepping ~*~*~tactically~*~*~ (outnumbered).
 32768 | D:7      | 32768 ||| Stepping ~*~*~tactically~*~*~ (outnumbered).
 32770 | D:7      | 32770 ||| Stepping ~*~*~tactically~*~*~ (outnumbered).
 32772 | D:7      | 32772 ||| Stepping ~*~*~tactically~*~*~ (outnumbered).
 32774 | D:7      | 32774 ||| Stepping ~*~*~tactically~*~*~ (outnumbered).
 32776 | D:7      | 32776 ||| Stepping ~*~*~tactically~*~*~ (outnumbered).
 32778 | D:7      | 32778 ||| Stepping ~*~*~tactically~*~*~ (outnumbered).
 32780 | D:7      | 32780 ||| Stepping ~*~*~tactically~*~*~ (outnumbered).
 32782 | D:7      | 32782 ||| Stepping ~*~*~tactically~*~*~ (outnumbered).
 32784 | D:7      | 32784 ||| Stepping ~*~*~tactically~*~*~ (outnumbered).
 32786 | D:7      | 32786 ||| Stepping ~*~*~tactically~*~*~ (outnumbered).
 32788 | D:7      | 32788 ||| Stepping ~*~*~tactically~*~*~ (outnumbered).
 32790 | D:7      | 32790 ||| Stepping ~*~*~tactically~*~*~ (outnumbered).
 32792 | D:7      | 32792 ||| Stepping ~*~*~tactically~*~*~ (outnumbered).
 32794 | D:7      | 32794 ||| Stepping ~*~*~tactically~*~*~ (outnumbered).
 32796 | D:7      | 32796 ||| Stepping ~*~*~tactically~*~*~ (outnumbered).
 32798 | D:7      | 32798 ||| Stepping ~*~*~tactically~*~*~ (outnumbered).
 32800 | D:7      | 32800 ||| Stepping ~*~*~tactically~*~*~ (outnumbered).
 32802 | D:7      | 32802 ||| Stepping ~*~*~tactically~*~*~ (outnumbered).
 32804 | D:7      | 32804 ||| Stepping ~*~*~tactically~*~*~ (outnumbered).
 32806 | D:7      | 32806 ||| Stepping ~*~*~tactically~*~*~ (outnumbered).
 32808 | D:7      | 32808 ||| Stepping ~*~*~tactically~*~*~ (outnumbered).
 32810 | D:7      | 32810 ||| Stepping ~*~*~tactically~*~*~ (outnumbered).
 32812 | D:7      | 32812 ||| Stepping ~*~*~tactically~*~*~ (outnumbered).
 32814 | D:7      | 32814 ||| Stepping ~*~*~tactically~*~*~ (outnumbered).
 32816 | D:7      | 32816 ||| Stepping ~*~*~tactically~*~*~ (outnumbered).
 32818 | D:7      | 32818 ||| Stepping ~*~*~tactically~*~*~ (outnumbered).
 32820 | D:7      | 32820 ||| Stepping ~*~*~tactically~*~*~ (outnumbered).
 32822 | D:7      | 32822 ||| Stepping ~*~*~tactically~*~*~ (outnumbered).
 32824 | D:7      | 32824 ||| Stepping ~*~*~tactically~*~*~ (outnumbered).
 32826 | D:7      | 32826 ||| Stepping ~*~*~tactically~*~*~ (outnumbered).
 32828 | D:7      | 32828 ||| Stepping ~*~*~tactically~*~*~ (outnumbered).
 32830 | D:7      | 32830 ||| Stepping ~*~*~tactically~*~*~ (outnumbered).
 32832 | D:7      | 32832 ||| Stepping ~*~*~tactically~*~*~ (outnumbered).
 32834 | D:7      | 32834 ||| Stepping ~*~*~tactically~*~*~ (outnumbered).
 32836 | D:7      | 32836 ||| Stepping ~*~*~tactically~*~*~ (outnumbered).
 32838 | D:7      | 32838 ||| Stepping ~*~*~tactically~*~*~ (outnumbered).
 32840 | D:7      | 32840 ||| Stepping ~*~*~tactically~*~*~ (outnumbered).
 32842 | D:7      | 32842 ||| Stepping ~*~*~tactically~*~*~ (outnumbered).
 32844 | D:7      | 32844 ||| Stepping ~*~*~tactically~*~*~ (outnumbered).
 32846 | D:7      | 32846 ||| Stepping ~*~*~tactically~*~*~ (outnumbered).
 32848 | D:7      | 32848 ||| Stepping ~*~*~tactically~*~*~ (outnumbered).
 32850 | D:7      | 32850 ||| Stepping ~*~*~tactically~*~*~ (outnumbered).
 32852 | D:7      | 32852 ||| Stepping ~*~*~tactically~*~*~ (outnumbered).
 32854 | D:7      | 32854 ||| Stepping ~*~*~tactically~*~*~ (outnumbered).
 32856 | D:7      | 32856 ||| Stepping ~*~*~tactically~*~*~ (outnumbered).
 32858 | D:7      | 32858 ||| Stepping ~*~*~tactically~*~*~ (outnumbered).
 32860 | D:7      | 32860 ||| Stepping ~*~*~tactically~*~*~ (outnumbered).
 32862 | D:7      | 32862 ||| Stepping ~*~*~tactically~*~*~ (outnumbered).
 32864 | D:7      | 32864 ||| Stepping ~*~*~tactically~*~*~ (outnumbered).
 32866 | D:7      | 32866 ||| Stepping ~*~*~tactically~*~*~ (outnumbered).
 32868 | D:7      | 32868 ||| Stepping ~*~*~tactically~*~*~ (outnumbered).
 32870 | D:7      | 32870 ||| Stepping ~*~*~tactically~*~*~ (outnumbered).
 32872 | D:7      | 32872 ||| Stepping ~*~*~tactically~*~*~ (outnumbered).
 32874 | D:7      | 32874 ||| Stepping ~*~*~tactically~*~*~ (outnumbered).
 32876 | D:7      | 32876 ||| Stepping ~*~*~tactically~*~*~ (outnumbered).
 32878 | D:7      | 32878 ||| Stepping ~*~*~tactically~*~*~ (outnumbered).
 32880 | D:7      | 32880 ||| Stepping ~*~*~tactically~*~*~ (outnumbered).
 32882 | D:7      | 32882 ||| Stepping ~*~*~tactically~*~*~ (outnumbered).
 32884 | D:7      | 32884 ||| Stepping ~*~*~tactically~*~*~ (outnumbered).
 32886 | D:7      | 32886 ||| Stepping ~*~*~tactically~*~*~ (outnumbered).
 32888 | D:7      | 32888 ||| Stepping ~*~*~tactically~*~*~ (outnumbered).
 32890 | D:7      | 32890 ||| Stepping ~*~*~tactically~*~*~ (outnumbered).
 32892 | D:7      | 32892 ||| Stepping ~*~*~tactically~*~*~ (outnumbered).
 32894 | D:7      | 32894 ||| Stepping ~*~*~tactically~*~*~ (outnumbered).
 32896 | D:7      | 32896 ||| Stepping ~*~*~tactically~*~*~ (outnumbered).
 32898 | D:7      | 32898 ||| Stepping ~*~*~tactically~*~*~ (outnumbered).
 32900 | D:7      | 32900 ||| Stepping ~*~*~tactically~*~*~ (outnumbered).
 32902 | D:7      | 32902 ||| Stepping ~*~*~tactically~*~*~ (outnumbered).
 32904 | D:7      | 32904 ||| Stepping ~*~*~tactically~*~*~ (outnumbered).
 32906 | D:7      | 32906 ||| Stepping ~*~*~tactically~*~*~ (outnumbered).
 32908 | D:7      | 32908 ||| Stepping ~*~*~tactically~*~*~ (outnumbered).
 32910 | D:7      | 32910 ||| Stepping ~*~*~tactically~*~*~ (outnumbered).
 32912 | D:7      | 32912 ||| Stepping ~*~*~tactically~*~*~ (outnumbered).
 32914 | D:7      | 32914 ||| Stepping ~*~*~tactically~*~*~ (outnumbered).
 32916 | D:7      | 32916 ||| Stepping ~*~*~tactically~*~*~ (outnumbered).
 32918 | D:7      | 32918 ||| Stepping ~*~*~tactically~*~*~ (outnumbered).
 32920 | D:7      | 32920 ||| Stepping ~*~*~tactically~*~*~ (outnumbered).
 32922 | D:7      | 32922 ||| Stepping ~*~*~tactically~*~*~ (outnumbered).
 32924 | D:7      | 32924 ||| Stepping ~*~*~tactically~*~*~ (outnumbered).
 32926 | D:7      | 32926 ||| Stepping ~*~*~tactically~*~*~ (outnumbered).
 32928 | D:7      | 32928 ||| Stepping ~*~*~tactically~*~*~ (outnumbered).
 32930 | D:7      | 32930 ||| Stepping ~*~*~tactically~*~*~ (outnumbered).
 32932 | D:7      | 32932 ||| Stepping ~*~*~tactically~*~*~ (outnumbered).
 32934 | D:7      | 32934 ||| Stepping ~*~*~tactically~*~*~ (outnumbered).
 32936 | D:7      | 32936 ||| Stepping ~*~*~tactically~*~*~ (outnumbered).
 32938 | D:7      | 32938 ||| Stepping ~*~*~tactically~*~*~ (outnumbered).
 32940 | D:7      | 32940 ||| Stepping ~*~*~tactically~*~*~ (outnumbered).
 32942 | D:7      | 32942 ||| Stepping ~*~*~tactically~*~*~ (outnumbered).
 32944 | D:7      | 32944 ||| Stepping ~*~*~tactically~*~*~ (outnumbered).
 32946 | D:7      | 32946 ||| Stepping ~*~*~tactically~*~*~ (outnumbered).
 32948 | D:7      | 32948 ||| Stepping ~*~*~tactically~*~*~ (outnumbered).
 32950 | D:7      | 32950 ||| Stepping ~*~*~tactically~*~*~ (outnumbered).
 32952 | D:7      | 32952 ||| Stepping ~*~*~tactically~*~*~ (outnumbered).
 32954 | D:7      | 32954 ||| Stepping ~*~*~tactically~*~*~ (outnumbered).
 32956 | D:7      | 32956 ||| Stepping ~*~*~tactically~*~*~ (outnumbered).
 32958 | D:7      | 32958 ||| Stepping ~*~*~tactically~*~*~ (outnumbered).
 32960 | D:7      | 32960 ||| Stepping ~*~*~tactically~*~*~ (outnumbered).
 32962 | D:7      | 32962 ||| Stepping ~*~*~tactically~*~*~ (outnumbered).
 32964 | D:7      | 32964 ||| Stepping ~*~*~tactically~*~*~ (outnumbered).
 32966 | D:7      | 32966 ||| Stepping ~*~*~tactically~*~*~ (outnumbered).
 32968 | D:7      | 32968 ||| Stepping ~*~*~tactically~*~*~ (outnumbered).
 32970 | D:7      | 32970 ||| Stepping ~*~*~tactically~*~*~ (outnumbered).
 32972 | D:7      | 32972 ||| Stepping ~*~*~tactically~*~*~ (outnumbered).
 32974 | D:7      | 32974 ||| Stepping ~*~*~tactically~*~*~ (outnumbered).
 32976 | D:7      | 32976 ||| Stepping ~*~*~tactically~*~*~ (outnumbered).
 32978 | D:7      | 32978 ||| Stepping ~*~*~tactically~*~*~ (outnumbered).
 32980 | D:7      | 32980 ||| Stepping ~*~*~tactically~*~*~ (outnumbered).
 32982 | D:7      | 32982 ||| Stepping ~*~*~tactically~*~*~ (outnumbered).
 32984 | D:7      | 32984 ||| Stepping ~*~*~tactically~*~*~ (outnumbered).
 32986 | D:7      | 32986 ||| Stepping ~*~*~tactically~*~*~ (outnumbered).
 32988 | D:7      | 32988 ||| Stepping ~*~*~tactically~*~*~ (outnumbered).
 32990 | D:7      | 32990 ||| Stepping ~*~*~tactically~*~*~ (outnumbered).
 32992 | D:7      | 32992 ||| Stepping ~*~*~tactically~*~*~ (outnumbered).
 32994 | D:7      | 32994 ||| Stepping ~*~*~tactically~*~*~ (outnumbered).
 32996 | D:7      | 32996 ||| Stepping ~*~*~tactically~*~*~ (outnumbered).
 32998 | D:7      | 32998 ||| Stepping ~*~*~tactically~*~*~ (outnumbered).
 33000 | D:7      | 33000 ||| Stepping ~*~*~tactically~*~*~ (outnumbered).
 33002 | D:7      | 33002 ||| Stepping ~*~*~tactically~*~*~ (outnumbered).
 33004 | D:7      | 33004 ||| Stepping ~*~*~tactically~*~*~ (outnumbered).
 33006 | D:7      | 33006 ||| Stepping ~*~*~tactically~*~*~ (outnumbered).
 33008 | D:7      | 33008 ||| Stepping ~*~*~tactically~*~*~ (outnumbered).
 33010 | D:7      | 33010 ||| Stepping ~*~*~tactically~*~*~ (outnumbered).
 33012 | D:7      | 33012 ||| Stepping ~*~*~tactically~*~*~ (outnumbered).
 33014 | D:7      | 33014 ||| Stepping ~*~*~tactically~*~*~ (outnumbered).
 33016 | D:7      | 33016 ||| Stepping ~*~*~tactically~*~*~ (outnumbered).
 33018 | D:7      | 33018 ||| Stepping ~*~*~tactically~*~*~ (outnumbered).
 33020 | D:7      | 33020 ||| Stepping ~*~*~tactically~*~*~ (outnumbered).
 33022 | D:7      | 33022 ||| Stepping ~*~*~tactically~*~*~ (outnumbered).
 33024 | D:7      | 33024 ||| Stepping ~*~*~tactically~*~*~ (outnumbered).
 33026 | D:7      | 33026 ||| Stepping ~*~*~tactically~*~*~ (outnumbered).
 33028 | D:7      | 33028 ||| Stepping ~*~*~tactically~*~*~ (outnumbered).
 33030 | D:7      | 33030 ||| Stepping ~*~*~tactically~*~*~ (outnumbered).
 33032 | D:7      | 33032 ||| Stepping ~*~*~tactically~*~*~ (outnumbered).
 33034 | D:7      | 33034 ||| Stepping ~*~*~tactically~*~*~ (outnumbered).
 33036 | D:7      | 33036 ||| Stepping ~*~*~tactically~*~*~ (outnumbered).
 33038 | D:7      | 33038 ||| Stepping ~*~*~tactically~*~*~ (outnumbered).
 33040 | D:7      | 33040 ||| Stepping ~*~*~tactically~*~*~ (outnumbered).
 33042 | D:7      | 33042 ||| Stepping ~*~*~tactically~*~*~ (outnumbered).
 33044 | D:7      | 33044 ||| Stepping ~*~*~tactically~*~*~ (outnumbered).
 33046 | D:7      | 33046 ||| Stepping ~*~*~tactically~*~*~ (outnumbered).
 33048 | D:7      | 33048 ||| Stepping ~*~*~tactically~*~*~ (outnumbered).
 33050 | D:7      | 33050 ||| Stepping ~*~*~tactically~*~*~ (outnumbered).
 33052 | D:7      | 33052 ||| Stepping ~*~*~tactically~*~*~ (outnumbered).
 33054 | D:7      | 33054 ||| Stepping ~*~*~tactically~*~*~ (outnumbered).
 33056 | D:7      | 33056 ||| Stepping ~*~*~tactically~*~*~ (outnumbered).
 33058 | D:7      | 33058 ||| Stepping ~*~*~tactically~*~*~ (outnumbered).
 33060 | D:7      | 33060 ||| Stepping ~*~*~tactically~*~*~ (outnumbered).
 33062 | D:7      | 33062 ||| Stepping ~*~*~tactically~*~*~ (outnumbered).
 33064 | D:7      | 33064 ||| Stepping ~*~*~tactically~*~*~ (outnumbered).
 33066 | D:7      | 33066 ||| Stepping ~*~*~tactically~*~*~ (outnumbered).
 33068 | D:7      | 33068 ||| Stepping ~*~*~tactically~*~*~ (outnumbered).
 33070 | D:7      | 33070 ||| Stepping ~*~*~tactically~*~*~ (outnumbered).
 33072 | D:7      | 33072 ||| Stepping ~*~*~tactically~*~*~ (outnumbered).
 33074 | D:7      | 33074 ||| Stepping ~*~*~tactically~*~*~ (outnumbered).
 33076 | D:7      | 33076 ||| Stepping ~*~*~tactically~*~*~ (outnumbered).
 33078 | D:7      | 33078 ||| Stepping ~*~*~tactically~*~*~ (outnumbered).
 33080 | D:7      | 33080 ||| Stepping ~*~*~tactically~*~*~ (outnumbered).
 33082 | D:7      | 33082 ||| Stepping ~*~*~tactically~*~*~ (outnumbered).
 33084 | D:7      | 33084 ||| Stepping ~*~*~tactically~*~*~ (outnumbered).
 33086 | D:7      | 33086 ||| Stepping ~*~*~tactically~*~*~ (outnumbered).
 33088 | D:7      | 33088 ||| Stepping ~*~*~tactically~*~*~ (outnumbered).
 33090 | D:7      | 33090 ||| Stepping ~*~*~tactically~*~*~ (outnumbered).
 33092 | D:7      | 33092 ||| Stepping ~*~*~tactically~*~*~ (outnumbered).
 33094 | D:7      | 33094 ||| Stepping ~*~*~tactically~*~*~ (outnumbered).
 33096 | D:7      | 33096 ||| Stepping ~*~*~tactically~*~*~ (outnumbered).
 33098 | D:7      | 33098 ||| Stepping ~*~*~tactically~*~*~ (outnumbered).
 33100 | D:7      | 33100 ||| Stepping ~*~*~tactically~*~*~ (outnumbered).
 33102 | D:7      | 33102 ||| Stepping ~*~*~tactically~*~*~ (outnumbered).
 33104 | D:7      | 33104 ||| Stepping ~*~*~tactically~*~*~ (outnumbered).
 33106 | D:7      | 33106 ||| Stepping ~*~*~tactically~*~*~ (outnumbered).
 33108 | D:7      | 33108 ||| Stepping ~*~*~tactically~*~*~ (outnumbered).
 33110 | D:7      | 33110 ||| Stepping ~*~*~tactically~*~*~ (outnumbered).
 33112 | D:7      | 33112 ||| Stepping ~*~*~tactically~*~*~ (outnumbered).
 33114 | D:7      | 33114 ||| Stepping ~*~*~tactically~*~*~ (outnumbered).
 33116 | D:7      | 33116 ||| Stepping ~*~*~tactically~*~*~ (outnumbered).
 33118 | D:7      | 33118 ||| Stepping ~*~*~tactically~*~*~ (outnumbered).
 33120 | D:7      | 33120 ||| Stepping ~*~*~tactically~*~*~ (outnumbered).
 33122 | D:7      | 33122 ||| Stepping ~*~*~tactically~*~*~ (outnumbered).
 33124 | D:7      | 33124 ||| Stepping ~*~*~tactically~*~*~ (outnumbered).
 33126 | D:7      | 33126 ||| Stepping ~*~*~tactically~*~*~ (outnumbered).
 33128 | D:7      | 33128 ||| Stepping ~*~*~tactically~*~*~ (outnumbered).
 33130 | D:7      | 33130 ||| Stepping ~*~*~tactically~*~*~ (outnumbered).
 33132 | D:7      | 33132 ||| Stepping ~*~*~tactically~*~*~ (outnumbered).
 33134 | D:7      | 33134 ||| Stepping ~*~*~tactically~*~*~ (outnumbered).
 33136 | D:7      | 33136 ||| Stepping ~*~*~tactically~*~*~ (outnumbered).
 33138 | D:7      | 33138 ||| Stepping ~*~*~tactically~*~*~ (outnumbered).
 33140 | D:7      | 33140 ||| Stepping ~*~*~tactically~*~*~ (outnumbered).
 33142 | D:7      | 33142 ||| Stepping ~*~*~tactically~*~*~ (outnumbered).
 33144 | D:7      | 33144 ||| Stepping ~*~*~tactically~*~*~ (outnumbered).
 33146 | D:7      | 33146 ||| Stepping ~*~*~tactically~*~*~ (outnumbered).
 33148 | D:7      | 33148 ||| Stepping ~*~*~tactically~*~*~ (outnumbered).
 33150 | D:7      | 33150 ||| Stepping ~*~*~tactically~*~*~ (outnumbered).
 33152 | D:7      | 33152 ||| Stepping ~*~*~tactically~*~*~ (outnumbered).
 33154 | D:7      | 33154 ||| Stepping ~*~*~tactically~*~*~ (outnumbered).
 33156 | D:7      | 33156 ||| Stepping ~*~*~tactically~*~*~ (outnumbered).
 33158 | D:7      | 33158 ||| Stepping ~*~*~tactically~*~*~ (outnumbered).
 33160 | D:7      | 33160 ||| Stepping ~*~*~tactically~*~*~ (outnumbered).
 33162 | D:7      | 33162 ||| Stepping ~*~*~tactically~*~*~ (outnumbered).
 33164 | D:7      | 33164 ||| Stepping ~*~*~tactically~*~*~ (outnumbered).
 33166 | D:7      | 33166 ||| Stepping ~*~*~tactically~*~*~ (outnumbered).
 33168 | D:7      | 33168 ||| Stepping ~*~*~tactically~*~*~ (outnumbered).
 33170 | D:7      | 33170 ||| Stepping ~*~*~tactically~*~*~ (outnumbered).
 33172 | D:7      | 33172 ||| Stepping ~*~*~tactically~*~*~ (outnumbered).
 33174 | D:7      | 33174 ||| Stepping ~*~*~tactically~*~*~ (outnumbered).
 33176 | D:7      | 33176 ||| Stepping ~*~*~tactically~*~*~ (outnumbered).
 33178 | D:7      | 33178 ||| Stepping ~*~*~tactically~*~*~ (outnumbered).
 33180 | D:7      | 33180 ||| Stepping ~*~*~tactically~*~*~ (outnumbered).
 33182 | D:7      | 33182 ||| Stepping ~*~*~tactically~*~*~ (outnumbered).
 33184 | D:7      | 33184 ||| Stepping ~*~*~tactically~*~*~ (outnumbered).
 33186 | D:7      | 33186 ||| Stepping ~*~*~tactically~*~*~ (outnumbered).
 33188 | D:7      | 33188 ||| Stepping ~*~*~tactically~*~*~ (outnumbered).
 33190 | D:7      | 33190 ||| Stepping ~*~*~tactically~*~*~ (outnumbered).
 33192 | D:7      | 33192 ||| Stepping ~*~*~tactically~*~*~ (outnumbered).
 33194 | D:7      | 33194 ||| Stepping ~*~*~tactically~*~*~ (outnumbered).
 33196 | D:7      | 33196 ||| Stepping ~*~*~tactically~*~*~ (outnumbered).
 33198 | D:7      | 33198 ||| Stepping ~*~*~tactically~*~*~ (outnumbered).
 33200 | D:7      | 33200 ||| Stepping ~*~*~tactically~*~*~ (outnumbered).
 33202 | D:7      | 33202 ||| Stepping ~*~*~tactically~*~*~ (outnumbered).
 33204 | D:7      | 33204 ||| Stepping ~*~*~tactically~*~*~ (outnumbered).
 33206 | D:7      | 33206 ||| Stepping ~*~*~tactically~*~*~ (outnumbered).
 33208 | D:7      | 33208 ||| Stepping ~*~*~tactically~*~*~ (outnumbered).
 33210 | D:7      | 33210 ||| Stepping ~*~*~tactically~*~*~ (outnumbered).
 33212 | D:7      | 33212 ||| Stepping ~*~*~tactically~*~*~ (outnumbered).
 33214 | D:7      | 33214 ||| Stepping ~*~*~tactically~*~*~ (outnumbered).
 33216 | D:7      | 33216 ||| Stepping ~*~*~tactically~*~*~ (outnumbered).
 33218 | D:7      | 33218 ||| Stepping ~*~*~tactically~*~*~ (outnumbered).
 33220 | D:7      | 33220 ||| Stepping ~*~*~tactically~*~*~ (outnumbered).
 33222 | D:7      | 33222 ||| Stepping ~*~*~tactically~*~*~ (outnumbered).
 33224 | D:7      | 33224 ||| Stepping ~*~*~tactically~*~*~ (outnumbered).
 33226 | D:7      | 33226 ||| Stepping ~*~*~tactically~*~*~ (outnumbered).
 33228 | D:7      | 33228 ||| Stepping ~*~*~tactically~*~*~ (outnumbered).
 33230 | D:7      | 33230 ||| Stepping ~*~*~tactically~*~*~ (outnumbered).
 33232 | D:7      | 33232 ||| Stepping ~*~*~tactically~*~*~ (outnumbered).
 33234 | D:7      | 33234 ||| Stepping ~*~*~tactically~*~*~ (outnumbered).
 33236 | D:7      | 33236 ||| Stepping ~*~*~tactically~*~*~ (outnumbered).
 33238 | D:7      | 33238 ||| Stepping ~*~*~tactically~*~*~ (outnumbered).
 33240 | D:7      | 33240 ||| Stepping ~*~*~tactically~*~*~ (outnumbered).
 33242 | D:7      | 33242 ||| Stepping ~*~*~tactically~*~*~ (outnumbered).
 33244 | D:7      | 33244 ||| Stepping ~*~*~tactically~*~*~ (outnumbered).
 33245 | D:7      | Glimpsed the power of Zot.
 33246 | D:7      | 33246 ||| Stepping ~*~*~tactically~*~*~ (outnumbered).
 33248 | D:7      | 33248 ||| Stepping ~*~*~tactically~*~*~ (outnumbered).
 33250 | D:7      | 33250 ||| Stepping ~*~*~tactically~*~*~ (outnumbered).
 33252 | D:7      | 33252 ||| Stepping ~*~*~tactically~*~*~ (outnumbered).
 33254 | D:7      | 33254 ||| Stepping ~*~*~tactically~*~*~ (outnumbered).
 33256 | D:7      | 33256 ||| Stepping ~*~*~tactically~*~*~ (outnumbered).
 33258 | D:7      | 33258 ||| Stepping ~*~*~tactically~*~*~ (outnumbered).
 33260 | D:7      | 33260 ||| Stepping ~*~*~tactically~*~*~ (outnumbered).
 33262 | D:7      | 33262 ||| Stepping ~*~*~tactically~*~*~ (outnumbered).
 33264 | D:7      | 33264 ||| Stepping ~*~*~tactically~*~*~ (outnumbered).
 33266 | D:7      | 33266 ||| Stepping ~*~*~tactically~*~*~ (outnumbered).
 33268 | D:7      | 33268 ||| Stepping ~*~*~tactically~*~*~ (outnumbered).
 33270 | D:7      | 33270 ||| Stepping ~*~*~tactically~*~*~ (outnumbered).
 33272 | D:7      | 33272 ||| Stepping ~*~*~tactically~*~*~ (outnumbered).
 33274 | D:7      | 33274 ||| Stepping ~*~*~tactically~*~*~ (outnumbered).
 33276 | D:7      | 33276 ||| Stepping ~*~*~tactically~*~*~ (outnumbered).
 33278 | D:7      | 33278 ||| Stepping ~*~*~tactically~*~*~ (outnumbered).
 33280 | D:7      | 33280 ||| Stepping ~*~*~tactically~*~*~ (outnumbered).
 33282 | D:7      | 33282 ||| Stepping ~*~*~tactically~*~*~ (outnumbered).
 33284 | D:7      | 33284 ||| Stepping ~*~*~tactically~*~*~ (outnumbered).
 33286 | D:7      | 33286 ||| Stepping ~*~*~tactically~*~*~ (outnumbered).
 33288 | D:7      | 33288 ||| Stepping ~*~*~tactically~*~*~ (outnumbered).
 33290 | D:7      | 33290 ||| Stepping ~*~*~tactically~*~*~ (outnumbered).
 33292 | D:7      | 33292 ||| Stepping ~*~*~tactically~*~*~ (outnumbered).
 33294 | D:7      | 33294 ||| Stepping ~*~*~tactically~*~*~ (outnumbered).
 33296 | D:7      | 33296 ||| Stepping ~*~*~tactically~*~*~ (outnumbered).
 33298 | D:7      | 33298 ||| Stepping ~*~*~tactically~*~*~ (outnumbered).
 33300 | D:7      | 33300 ||| Stepping ~*~*~tactically~*~*~ (outnumbered).
 33302 | D:7      | 33302 ||| Stepping ~*~*~tactically~*~*~ (outnumbered).
 33304 | D:7      | 33304 ||| Stepping ~*~*~tactically~*~*~ (outnumbered).
 33306 | D:7      | 33306 ||| Stepping ~*~*~tactically~*~*~ (outnumbered).
 33308 | D:7      | 33308 ||| Stepping ~*~*~tactically~*~*~ (outnumbered).
 33310 | D:7      | 33310 ||| Stepping ~*~*~tactically~*~*~ (outnumbered).
 33312 | D:7      | 33312 ||| Stepping ~*~*~tactically~*~*~ (outnumbered).
 33314 | D:7      | 33314 ||| Stepping ~*~*~tactically~*~*~ (outnumbered).
 33316 | D:7      | 33316 ||| Stepping ~*~*~tactically~*~*~ (outnumbered).
 33318 | D:7      | 33318 ||| Stepping ~*~*~tactically~*~*~ (outnumbered).
 33320 | D:7      | 33320 ||| Stepping ~*~*~tactically~*~*~ (outnumbered).
 33322 | D:7      | 33322 ||| Stepping ~*~*~tactically~*~*~ (outnumbered).
 33324 | D:7      | 33324 ||| Stepping ~*~*~tactically~*~*~ (outnumbered).
 33326 | D:7      | 33326 ||| Stepping ~*~*~tactically~*~*~ (outnumbered).
 33328 | D:7      | 33328 ||| Stepping ~*~*~tactically~*~*~ (outnumbered).
 33330 | D:7      | 33330 ||| Stepping ~*~*~tactically~*~*~ (outnumbered).
 33332 | D:7      | 33332 ||| Stepping ~*~*~tactically~*~*~ (outnumbered).
 33334 | D:7      | 33334 ||| Stepping ~*~*~tactically~*~*~ (outnumbered).
 33336 | D:7      | 33336 ||| Stepping ~*~*~tactically~*~*~ (outnumbered).
 33338 | D:7      | 33338 ||| Stepping ~*~*~tactically~*~*~ (outnumbered).
 33340 | D:7      | 33340 ||| Stepping ~*~*~tactically~*~*~ (outnumbered).
 33342 | D:7      | 33342 ||| Stepping ~*~*~tactically~*~*~ (outnumbered).
 33344 | D:7      | 33344 ||| Stepping ~*~*~tactically~*~*~ (outnumbered).
 33346 | D:7      | 33346 ||| Stepping ~*~*~tactically~*~*~ (outnumbered).
 33348 | D:7      | 33348 ||| Stepping ~*~*~tactically~*~*~ (outnumbered).
 33350 | D:7      | 33350 ||| Stepping ~*~*~tactically~*~*~ (outnumbered).
 33352 | D:7      | 33352 ||| Stepping ~*~*~tactically~*~*~ (outnumbered).
 33354 | D:7      | 33354 ||| Stepping ~*~*~tactically~*~*~ (outnumbered).
 33356 | D:7      | 33356 ||| Stepping ~*~*~tactically~*~*~ (outnumbered).
 33358 | D:7      | 33358 ||| Stepping ~*~*~tactically~*~*~ (outnumbered).
 33360 | D:7      | 33360 ||| Stepping ~*~*~tactically~*~*~ (outnumbered).
 33362 | D:7      | 33362 ||| Stepping ~*~*~tactically~*~*~ (outnumbered).
 33364 | D:7      | 33364 ||| Stepping ~*~*~tactically~*~*~ (outnumbered).
 33366 | D:7      | 33366 ||| Stepping ~*~*~tactically~*~*~ (outnumbered).
 33368 | D:7      | 33368 ||| Stepping ~*~*~tactically~*~*~ (outnumbered).
 33370 | D:7      | 33370 ||| Stepping ~*~*~tactically~*~*~ (outnumbered).
 33372 | D:7      | 33372 ||| Stepping ~*~*~tactically~*~*~ (outnumbered).
 33374 | D:7      | 33374 ||| Stepping ~*~*~tactically~*~*~ (outnumbered).
 33376 | D:7      | 33376 ||| Stepping ~*~*~tactically~*~*~ (outnumbered).
 33378 | D:7      | 33378 ||| Stepping ~*~*~tactically~*~*~ (outnumbered).
 33380 | D:7      | 33380 ||| Stepping ~*~*~tactically~*~*~ (outnumbered).
 33382 | D:7      | 33382 ||| Stepping ~*~*~tactically~*~*~ (outnumbered).
 33384 | D:7      | 33384 ||| Stepping ~*~*~tactically~*~*~ (outnumbered).
 33386 | D:7      | 33386 ||| Stepping ~*~*~tactically~*~*~ (outnumbered).
 33388 | D:7      | 33388 ||| Stepping ~*~*~tactically~*~*~ (outnumbered).
 33390 | D:7      | 33390 ||| Stepping ~*~*~tactically~*~*~ (outnumbered).
 33392 | D:7      | 33392 ||| Stepping ~*~*~tactically~*~*~ (outnumbered).
 33394 | D:7      | 33394 ||| Stepping ~*~*~tactically~*~*~ (outnumbered).
 33396 | D:7      | 33396 ||| Stepping ~*~*~tactically~*~*~ (outnumbered).
 33398 | D:7      | 33398 ||| Stepping ~*~*~tactically~*~*~ (outnumbered).
 33400 | D:7      | 33400 ||| Stepping ~*~*~tactically~*~*~ (outnumbered).
 33402 | D:7      | 33402 ||| Stepping ~*~*~tactically~*~*~ (outnumbered).
 33404 | D:7      | 33404 ||| Stepping ~*~*~tactically~*~*~ (outnumbered).
 33406 | D:7      | 33406 ||| Stepping ~*~*~tactically~*~*~ (outnumbered).
 33408 | D:7      | 33408 ||| Stepping ~*~*~tactically~*~*~ (outnumbered).
 33410 | D:7      | 33410 ||| Stepping ~*~*~tactically~*~*~ (outnumbered).
 33412 | D:7      | 33412 ||| Stepping ~*~*~tactically~*~*~ (outnumbered).
 33414 | D:7      | 33414 ||| Stepping ~*~*~tactically~*~*~ (outnumbered).
 33416 | D:7      | 33416 ||| Stepping ~*~*~tactically~*~*~ (outnumbered).
 33418 | D:7      | 33418 ||| Stepping ~*~*~tactically~*~*~ (outnumbered).
 33420 | D:7      | 33420 ||| Stepping ~*~*~tactically~*~*~ (outnumbered).
 33422 | D:7      | 33422 ||| Stepping ~*~*~tactically~*~*~ (outnumbered).
 33424 | D:7      | 33424 ||| Stepping ~*~*~tactically~*~*~ (outnumbered).
 33426 | D:7      | 33426 ||| Stepping ~*~*~tactically~*~*~ (outnumbered).
 33428 | D:7      | 33428 ||| Stepping ~*~*~tactically~*~*~ (outnumbered).
 33430 | D:7      | 33430 ||| Stepping ~*~*~tactically~*~*~ (outnumbered).
 33432 | D:7      | 33432 ||| Stepping ~*~*~tactically~*~*~ (outnumbered).
 33434 | D:7      | 33434 ||| Stepping ~*~*~tactically~*~*~ (outnumbered).
 33436 | D:7      | 33436 ||| Stepping ~*~*~tactically~*~*~ (outnumbered).
 33438 | D:7      | 33438 ||| Stepping ~*~*~tactically~*~*~ (outnumbered).
 33440 | D:7      | 33440 ||| Stepping ~*~*~tactically~*~*~ (outnumbered).
 33442 | D:7      | 33442 ||| Stepping ~*~*~tactically~*~*~ (outnumbered).
 33444 | D:7      | 33444 ||| Stepping ~*~*~tactically~*~*~ (outnumbered).
 33446 | D:7      | 33446 ||| Stepping ~*~*~tactically~*~*~ (outnumbered).
 33448 | D:7      | 33448 ||| Stepping ~*~*~tactically~*~*~ (outnumbered).
 33450 | D:7      | 33450 ||| Stepping ~*~*~tactically~*~*~ (outnumbered).
 33452 | D:7      | 33452 ||| Stepping ~*~*~tactically~*~*~ (outnumbered).
 33454 | D:7      | 33454 ||| Stepping ~*~*~tactically~*~*~ (outnumbered).
 33456 | D:7      | 33456 ||| Stepping ~*~*~tactically~*~*~ (outnumbered).
 33458 | D:7      | 33458 ||| Stepping ~*~*~tactically~*~*~ (outnumbered).
 33460 | D:7      | 33460 ||| Stepping ~*~*~tactically~*~*~ (outnumbered).
 33462 | D:7      | 33462 ||| Stepping ~*~*~tactically~*~*~ (outnumbered).
 33464 | D:7      | 33464 ||| Stepping ~*~*~tactically~*~*~ (outnumbered).
 33466 | D:7      | 33466 ||| Stepping ~*~*~tactically~*~*~ (outnumbered).
 33468 | D:7      | 33468 ||| Stepping ~*~*~tactically~*~*~ (outnumbered).
 33470 | D:7      | 33470 ||| Stepping ~*~*~tactically~*~*~ (outnumbered).
 33472 | D:7      | 33472 ||| Stepping ~*~*~tactically~*~*~ (outnumbered).
 33474 | D:7      | 33474 ||| Stepping ~*~*~tactically~*~*~ (outnumbered).
 33476 | D:7      | 33476 ||| Stepping ~*~*~tactically~*~*~ (outnumbered).
 33478 | D:7      | 33478 ||| Stepping ~*~*~tactically~*~*~ (outnumbered).
 33480 | D:7      | 33480 ||| Stepping ~*~*~tactically~*~*~ (outnumbered).
 33482 | D:7      | 33482 ||| Stepping ~*~*~tactically~*~*~ (outnumbered).
 33484 | D:7      | 33484 ||| Stepping ~*~*~tactically~*~*~ (outnumbered).
 33486 | D:7      | 33486 ||| Stepping ~*~*~tactically~*~*~ (outnumbered).
 33488 | D:7      | 33488 ||| Stepping ~*~*~tactically~*~*~ (outnumbered).
 33490 | D:7      | 33490 ||| Stepping ~*~*~tactically~*~*~ (outnumbered).
 33492 | D:7      | 33492 ||| Stepping ~*~*~tactically~*~*~ (outnumbered).
 33494 | D:7      | 33494 ||| Stepping ~*~*~tactically~*~*~ (outnumbered).
 33496 | D:7      | 33496 ||| Stepping ~*~*~tactically~*~*~ (outnumbered).
 33498 | D:7      | 33498 ||| Stepping ~*~*~tactically~*~*~ (outnumbered).
 33500 | D:7      | 33500 ||| Stepping ~*~*~tactically~*~*~ (outnumbered).
 33502 | D:7      | 33502 ||| Stepping ~*~*~tactically~*~*~ (outnumbered).
 33504 | D:7      | 33504 ||| Stepping ~*~*~tactically~*~*~ (outnumbered).
 33506 | D:7      | 33506 ||| Stepping ~*~*~tactically~*~*~ (outnumbered).
 33508 | D:7      | 33508 ||| Stepping ~*~*~tactically~*~*~ (outnumbered).
 33510 | D:7      | 33510 ||| Stepping ~*~*~tactically~*~*~ (outnumbered).
 33512 | D:7      | 33512 ||| Stepping ~*~*~tactically~*~*~ (outnumbered).
 33514 | D:7      | 33514 ||| Stepping ~*~*~tactically~*~*~ (outnumbered).
 33516 | D:7      | 33516 ||| Stepping ~*~*~tactically~*~*~ (outnumbered).
 33518 | D:7      | 33518 ||| Stepping ~*~*~tactically~*~*~ (outnumbered).
 33520 | D:7      | 33520 ||| Stepping ~*~*~tactically~*~*~ (outnumbered).
 33522 | D:7      | 33522 ||| Stepping ~*~*~tactically~*~*~ (outnumbered).
 33524 | D:7      | 33524 ||| Stepping ~*~*~tactically~*~*~ (outnumbered).
 33526 | D:7      | 33526 ||| Stepping ~*~*~tactically~*~*~ (outnumbered).
 33528 | D:7      | 33528 ||| Stepping ~*~*~tactically~*~*~ (outnumbered).
 33530 | D:7      | 33530 ||| Stepping ~*~*~tactically~*~*~ (outnumbered).
 33532 | D:7      | 33532 ||| Stepping ~*~*~tactically~*~*~ (outnumbered).
 33534 | D:7      | 33534 ||| Stepping ~*~*~tactically~*~*~ (outnumbered).
 33536 | D:7      | 33536 ||| Stepping ~*~*~tactically~*~*~ (outnumbered).
 33538 | D:7      | 33538 ||| Stepping ~*~*~tactically~*~*~ (outnumbered).
 33540 | D:7      | 33540 ||| Stepping ~*~*~tactically~*~*~ (outnumbered).
 33542 | D:7      | 33542 ||| Stepping ~*~*~tactically~*~*~ (outnumbered).
 33544 | D:7      | 33544 ||| Stepping ~*~*~tactically~*~*~ (outnumbered).
 33546 | D:7      | 33546 ||| Stepping ~*~*~tactically~*~*~ (outnumbered).
 33548 | D:7      | 33548 ||| Stepping ~*~*~tactically~*~*~ (outnumbered).
 33550 | D:7      | 33550 ||| Stepping ~*~*~tactically~*~*~ (outnumbered).
 33552 | D:7      | 33552 ||| Stepping ~*~*~tactically~*~*~ (outnumbered).
 33554 | D:7      | 33554 ||| Stepping ~*~*~tactically~*~*~ (outnumbered).
 33556 | D:7      | 33556 ||| Stepping ~*~*~tactically~*~*~ (outnumbered).
 33558 | D:7      | 33558 ||| Stepping ~*~*~tactically~*~*~ (outnumbered).
 33560 | D:7      | 33560 ||| Stepping ~*~*~tactically~*~*~ (outnumbered).
 33562 | D:7      | 33562 ||| Stepping ~*~*~tactically~*~*~ (outnumbered).
 33564 | D:7      | 33564 ||| Stepping ~*~*~tactically~*~*~ (outnumbered).
 33566 | D:7      | 33566 ||| Stepping ~*~*~tactically~*~*~ (outnumbered).
 33568 | D:7      | 33568 ||| Stepping ~*~*~tactically~*~*~ (outnumbered).
 33570 | D:7      | 33570 ||| Stepping ~*~*~tactically~*~*~ (outnumbered).
 33572 | D:7      | 33572 ||| Stepping ~*~*~tactically~*~*~ (outnumbered).
 33574 | D:7      | 33574 ||| Stepping ~*~*~tactically~*~*~ (outnumbered).
 33576 | D:7      | 33576 ||| Stepping ~*~*~tactically~*~*~ (outnumbered).
 33578 | D:7      | 33578 ||| Stepping ~*~*~tactically~*~*~ (outnumbered).
 33580 | D:7      | 33580 ||| Stepping ~*~*~tactically~*~*~ (outnumbered).
 33582 | D:7      | 33582 ||| Stepping ~*~*~tactically~*~*~ (outnumbered).
 33584 | D:7      | 33584 ||| Stepping ~*~*~tactically~*~*~ (outnumbered).
 33586 | D:7      | 33586 ||| Stepping ~*~*~tactically~*~*~ (outnumbered).
 33588 | D:7      | 33588 ||| Stepping ~*~*~tactically~*~*~ (outnumbered).
 33590 | D:7      | 33590 ||| Stepping ~*~*~tactically~*~*~ (outnumbered).
 33592 | D:7      | 33592 ||| Stepping ~*~*~tactically~*~*~ (outnumbered).
 33594 | D:7      | 33594 ||| Stepping ~*~*~tactically~*~*~ (outnumbered).
 33596 | D:7      | 33596 ||| Stepping ~*~*~tactically~*~*~ (outnumbered).
 33598 | D:7      | 33598 ||| Stepping ~*~*~tactically~*~*~ (outnumbered).
 33600 | D:7      | 33600 ||| Stepping ~*~*~tactically~*~*~ (outnumbered).
 33602 | D:7      | 33602 ||| Stepping ~*~*~tactically~*~*~ (outnumbered).
 33604 | D:7      | 33604 ||| Stepping ~*~*~tactically~*~*~ (outnumbered).
 33606 | D:7      | 33606 ||| Stepping ~*~*~tactically~*~*~ (outnumbered).
 33608 | D:7      | 33608 ||| Stepping ~*~*~tactically~*~*~ (outnumbered).
 33610 | D:7      | 33610 ||| Stepping ~*~*~tactically~*~*~ (outnumbered).
 33612 | D:7      | 33612 ||| Stepping ~*~*~tactically~*~*~ (outnumbered).
 33614 | D:7      | 33614 ||| Stepping ~*~*~tactically~*~*~ (outnumbered).
 33616 | D:7      | 33616 ||| Stepping ~*~*~tactically~*~*~ (outnumbered).
 33618 | D:7      | 33618 ||| Stepping ~*~*~tactically~*~*~ (outnumbered).
 33620 | D:7      | 33620 ||| Stepping ~*~*~tactically~*~*~ (outnumbered).
 33622 | D:7      | 33622 ||| Stepping ~*~*~tactically~*~*~ (outnumbered).
 33624 | D:7      | 33624 ||| Stepping ~*~*~tactically~*~*~ (outnumbered).
 33626 | D:7      | 33626 ||| Stepping ~*~*~tactically~*~*~ (outnumbered).
 33628 | D:7      | 33628 ||| Stepping ~*~*~tactically~*~*~ (outnumbered).
 33630 | D:7      | 33630 ||| Stepping ~*~*~tactically~*~*~ (outnumbered).
 33632 | D:7      | 33632 ||| Stepping ~*~*~tactically~*~*~ (outnumbered).
 33634 | D:7      | 33634 ||| Stepping ~*~*~tactically~*~*~ (outnumbered).
 33636 | D:7      | 33636 ||| Stepping ~*~*~tactically~*~*~ (outnumbered).
 33638 | D:7      | 33638 ||| Stepping ~*~*~tactically~*~*~ (outnumbered).
 33640 | D:7      | 33640 ||| Stepping ~*~*~tactically~*~*~ (outnumbered).
 33642 | D:7      | 33642 ||| Stepping ~*~*~tactically~*~*~ (outnumbered).
 33644 | D:7      | 33644 ||| Stepping ~*~*~tactically~*~*~ (outnumbered).
 33645 | D:7      | Glimpsed the power of Zot.
 33646 | D:7      | 33646 ||| Stepping ~*~*~tactically~*~*~ (outnumbered).
 33648 | D:7      | 33648 ||| Stepping ~*~*~tactically~*~*~ (outnumbered).
 33650 | D:7      | 33650 ||| Stepping ~*~*~tactically~*~*~ (outnumbered).
 33652 | D:7      | 33652 ||| Stepping ~*~*~tactically~*~*~ (outnumbered).
 33654 | D:7      | 33654 ||| Stepping ~*~*~tactically~*~*~ (outnumbered).
 33656 | D:7      | 33656 ||| Stepping ~*~*~tactically~*~*~ (outnumbered).
 33658 | D:7      | 33658 ||| Stepping ~*~*~tactically~*~*~ (outnumbered).
 33660 | D:7      | 33660 ||| Stepping ~*~*~tactically~*~*~ (outnumbered).
 33662 | D:7      | 33662 ||| Stepping ~*~*~tactically~*~*~ (outnumbered).
 33664 | D:7      | 33664 ||| Stepping ~*~*~tactically~*~*~ (outnumbered).
 33666 | D:7      | 33666 ||| Stepping ~*~*~tactically~*~*~ (outnumbered).
 33668 | D:7      | 33668 ||| Stepping ~*~*~tactically~*~*~ (outnumbered).
 33670 | D:7      | 33670 ||| Stepping ~*~*~tactically~*~*~ (outnumbered).
 33672 | D:7      | 33672 ||| Stepping ~*~*~tactically~*~*~ (outnumbered).
 33674 | D:7      | 33674 ||| Stepping ~*~*~tactically~*~*~ (outnumbered).
 33676 | D:7      | 33676 ||| Stepping ~*~*~tactically~*~*~ (outnumbered).
 33678 | D:7      | 33678 ||| Stepping ~*~*~tactically~*~*~ (outnumbered).
 33680 | D:7      | 33680 ||| Stepping ~*~*~tactically~*~*~ (outnumbered).
 33682 | D:7      | 33682 ||| Stepping ~*~*~tactically~*~*~ (outnumbered).
 33684 | D:7      | 33684 ||| Stepping ~*~*~tactically~*~*~ (outnumbered).
 33686 | D:7      | 33686 ||| Stepping ~*~*~tactically~*~*~ (outnumbered).
 33688 | D:7      | 33688 ||| Stepping ~*~*~tactically~*~*~ (outnumbered).
 33690 | D:7      | 33690 ||| Stepping ~*~*~tactically~*~*~ (outnumbered).
 33692 | D:7      | 33692 ||| Stepping ~*~*~tactically~*~*~ (outnumbered).
 33694 | D:7      | 33694 ||| Stepping ~*~*~tactically~*~*~ (outnumbered).
 33696 | D:7      | 33696 ||| Stepping ~*~*~tactically~*~*~ (outnumbered).
 33698 | D:7      | 33698 ||| Stepping ~*~*~tactically~*~*~ (outnumbered).
 33700 | D:7      | 33700 ||| Stepping ~*~*~tactically~*~*~ (outnumbered).
 33702 | D:7      | 33702 ||| Stepping ~*~*~tactically~*~*~ (outnumbered).
 33704 | D:7      | 33704 ||| Stepping ~*~*~tactically~*~*~ (outnumbered).
 33706 | D:7      | 33706 ||| Stepping ~*~*~tactically~*~*~ (outnumbered).
 33708 | D:7      | 33708 ||| Stepping ~*~*~tactically~*~*~ (outnumbered).
 33710 | D:7      | 33710 ||| Stepping ~*~*~tactically~*~*~ (outnumbered).
 33712 | D:7      | 33712 ||| Stepping ~*~*~tactically~*~*~ (outnumbered).
 33714 | D:7      | 33714 ||| Stepping ~*~*~tactically~*~*~ (outnumbered).
 33716 | D:7      | 33716 ||| Stepping ~*~*~tactically~*~*~ (outnumbered).
 33718 | D:7      | 33718 ||| Stepping ~*~*~tactically~*~*~ (outnumbered).
 33720 | D:7      | 33720 ||| Stepping ~*~*~tactically~*~*~ (outnumbered).
 33722 | D:7      | 33722 ||| Stepping ~*~*~tactically~*~*~ (outnumbered).
 33724 | D:7      | 33724 ||| Stepping ~*~*~tactically~*~*~ (outnumbered).
 33726 | D:7      | 33726 ||| Stepping ~*~*~tactically~*~*~ (outnumbered).
 33728 | D:7      | 33728 ||| Stepping ~*~*~tactically~*~*~ (outnumbered).
 33730 | D:7      | 33730 ||| Stepping ~*~*~tactically~*~*~ (outnumbered).
 33732 | D:7      | 33732 ||| Stepping ~*~*~tactically~*~*~ (outnumbered).
 33734 | D:7      | 33734 ||| Stepping ~*~*~tactically~*~*~ (outnumbered).
 33736 | D:7      | 33736 ||| Stepping ~*~*~tactically~*~*~ (outnumbered).
 33738 | D:7      | 33738 ||| Stepping ~*~*~tactically~*~*~ (outnumbered).
 33740 | D:7      | 33740 ||| Stepping ~*~*~tactically~*~*~ (outnumbered).
 33742 | D:7      | 33742 ||| Stepping ~*~*~tactically~*~*~ (outnumbered).
 33744 | D:7      | 33744 ||| Stepping ~*~*~tactically~*~*~ (outnumbered).
 33744 | D:7      | Touched by the power of Zot.
 33745 | D:7      | Glimpsed the power of Zot.
 33746 | D:7      | 33746 ||| Stepping ~*~*~tactically~*~*~ (outnumbered).
 33748 | D:7      | 33748 ||| Stepping ~*~*~tactically~*~*~ (outnumbered).
 33750 | D:7      | 33750 ||| Stepping ~*~*~tactically~*~*~ (outnumbered).
 33752 | D:7      | 33752 ||| Stepping ~*~*~tactically~*~*~ (outnumbered).
 33754 | D:7      | 33754 ||| Stepping ~*~*~tactically~*~*~ (outnumbered).
 33756 | D:7      | 33756 ||| Stepping ~*~*~tactically~*~*~ (outnumbered).
 33758 | D:7      | 33758 ||| Stepping ~*~*~tactically~*~*~ (outnumbered).
 33760 | D:7      | 33760 ||| Stepping ~*~*~tactically~*~*~ (outnumbered).
 33762 | D:7      | 33762 ||| Stepping ~*~*~tactically~*~*~ (outnumbered).
 33764 | D:7      | 33764 ||| Stepping ~*~*~tactically~*~*~ (outnumbered).
 33766 | D:7      | 33766 ||| Stepping ~*~*~tactically~*~*~ (outnumbered).
 33768 | D:7      | 33768 ||| Stepping ~*~*~tactically~*~*~ (outnumbered).
 33770 | D:7      | 33770 ||| Stepping ~*~*~tactically~*~*~ (outnumbered).
 33772 | D:7      | 33772 ||| Stepping ~*~*~tactically~*~*~ (outnumbered).
 33774 | D:7      | 33774 ||| Stepping ~*~*~tactically~*~*~ (outnumbered).
 33776 | D:7      | 33776 ||| Stepping ~*~*~tactically~*~*~ (outnumbered).
 33778 | D:7      | 33778 ||| Stepping ~*~*~tactically~*~*~ (outnumbered).
 33780 | D:7      | 33780 ||| Stepping ~*~*~tactically~*~*~ (outnumbered).
 33782 | D:7      | 33782 ||| Stepping ~*~*~tactically~*~*~ (outnumbered).
 33784 | D:7      | 33784 ||| Stepping ~*~*~tactically~*~*~ (outnumbered).
 33786 | D:7      | 33786 ||| Stepping ~*~*~tactically~*~*~ (outnumbered).
 33788 | D:7      | 33788 ||| Stepping ~*~*~tactically~*~*~ (outnumbered).
 33790 | D:7      | 33790 ||| Stepping ~*~*~tactically~*~*~ (outnumbered).
 33792 | D:7      | 33792 ||| Stepping ~*~*~tactically~*~*~ (outnumbered).
 33794 | D:7      | 33794 ||| Stepping ~*~*~tactically~*~*~ (outnumbered).
 33796 | D:7      | 33796 ||| Stepping ~*~*~tactically~*~*~ (outnumbered).
 33798 | D:7      | 33798 ||| Stepping ~*~*~tactically~*~*~ (outnumbered).
 33800 | D:7      | 33800 ||| Stepping ~*~*~tactically~*~*~ (outnumbered).
 33802 | D:7      | 33802 ||| Stepping ~*~*~tactically~*~*~ (outnumbered).
 33804 | D:7      | 33804 ||| Stepping ~*~*~tactically~*~*~ (outnumbered).
 33806 | D:7      | 33806 ||| Stepping ~*~*~tactically~*~*~ (outnumbered).
 33808 | D:7      | 33808 ||| Stepping ~*~*~tactically~*~*~ (outnumbered).
 33810 | D:7      | 33810 ||| Stepping ~*~*~tactically~*~*~ (outnumbered).
 33812 | D:7      | 33812 ||| Stepping ~*~*~tactically~*~*~ (outnumbered).
 33814 | D:7      | 33814 ||| Stepping ~*~*~tactically~*~*~ (outnumbered).
 33816 | D:7      | 33816 ||| Stepping ~*~*~tactically~*~*~ (outnumbered).
 33818 | D:7      | 33818 ||| Stepping ~*~*~tactically~*~*~ (outnumbered).
 33820 | D:7      | 33820 ||| Stepping ~*~*~tactically~*~*~ (outnumbered).
 33822 | D:7      | 33822 ||| Stepping ~*~*~tactically~*~*~ (outnumbered).
 33824 | D:7      | 33824 ||| Stepping ~*~*~tactically~*~*~ (outnumbered).
 33826 | D:7      | 33826 ||| Stepping ~*~*~tactically~*~*~ (outnumbered).
 33828 | D:7      | 33828 ||| Stepping ~*~*~tactically~*~*~ (outnumbered).
 33830 | D:7      | 33830 ||| Stepping ~*~*~tactically~*~*~ (outnumbered).
 33832 | D:7      | 33832 ||| Stepping ~*~*~tactically~*~*~ (outnumbered).
 33834 | D:7      | 33834 ||| Stepping ~*~*~tactically~*~*~ (outnumbered).
 33836 | D:7      | 33836 ||| Stepping ~*~*~tactically~*~*~ (outnumbered).
 33838 | D:7      | 33838 ||| Stepping ~*~*~tactically~*~*~ (outnumbered).
 33840 | D:7      | 33840 ||| Stepping ~*~*~tactically~*~*~ (outnumbered).
 33842 | D:7      | 33842 ||| Stepping ~*~*~tactically~*~*~ (outnumbered).
 33844 | D:7      | 33844 ||| Stepping ~*~*~tactically~*~*~ (outnumbered).
 33846 | D:7      | 33846 ||| Stepping ~*~*~tactically~*~*~ (outnumbered).
 33848 | D:7      | 33848 ||| Stepping ~*~*~tactically~*~*~ (outnumbered).
 33850 | D:7      | 33850 ||| Stepping ~*~*~tactically~*~*~ (outnumbered).
 33852 | D:7      | 33852 ||| Stepping ~*~*~tactically~*~*~ (outnumbered).
 33854 | D:7      | 33854 ||| Stepping ~*~*~tactically~*~*~ (outnumbered).
 33856 | D:7      | 33856 ||| Stepping ~*~*~tactically~*~*~ (outnumbered).
 33858 | D:7      | 33858 ||| Stepping ~*~*~tactically~*~*~ (outnumbered).
 33860 | D:7      | 33860 ||| Stepping ~*~*~tactically~*~*~ (outnumbered).
 33862 | D:7      | 33862 ||| Stepping ~*~*~tactically~*~*~ (outnumbered).
 33864 | D:7      | 33864 ||| Stepping ~*~*~tactically~*~*~ (outnumbered).
 33866 | D:7      | 33866 ||| Stepping ~*~*~tactically~*~*~ (outnumbered).
 33868 | D:7      | 33868 ||| Stepping ~*~*~tactically~*~*~ (outnumbered).
 33870 | D:7      | 33870 ||| Stepping ~*~*~tactically~*~*~ (outnumbered).
 33872 | D:7      | 33872 ||| Stepping ~*~*~tactically~*~*~ (outnumbered).
 33874 | D:7      | 33874 ||| Stepping ~*~*~tactically~*~*~ (outnumbered).
 33876 | D:7      | 33876 ||| Stepping ~*~*~tactically~*~*~ (outnumbered).
 33878 | D:7      | 33878 ||| Stepping ~*~*~tactically~*~*~ (outnumbered).
 33880 | D:7      | 33880 ||| Stepping ~*~*~tactically~*~*~ (outnumbered).
 33882 | D:7      | 33882 ||| Stepping ~*~*~tactically~*~*~ (outnumbered).
 33884 | D:7      | 33884 ||| Stepping ~*~*~tactically~*~*~ (outnumbered).
 33886 | D:7      | 33886 ||| Stepping ~*~*~tactically~*~*~ (outnumbered).
 33888 | D:7      | 33888 ||| Stepping ~*~*~tactically~*~*~ (outnumbered).
 33890 | D:7      | 33890 ||| Stepping ~*~*~tactically~*~*~ (outnumbered).
 33892 | D:7      | 33892 ||| Stepping ~*~*~tactically~*~*~ (outnumbered).
 33894 | D:7      | 33894 ||| Stepping ~*~*~tactically~*~*~ (outnumbered).
 33896 | D:7      | 33896 ||| Stepping ~*~*~tactically~*~*~ (outnumbered).
 33898 | D:7      | 33898 ||| Stepping ~*~*~tactically~*~*~ (outnumbered).
 33900 | D:7      | 33900 ||| Stepping ~*~*~tactically~*~*~ (outnumbered).
 33902 | D:7      | 33902 ||| Stepping ~*~*~tactically~*~*~ (outnumbered).
 33904 | D:7      | 33904 ||| Stepping ~*~*~tactically~*~*~ (outnumbered).
 33906 | D:7      | 33906 ||| Stepping ~*~*~tactically~*~*~ (outnumbered).
 33908 | D:7      | 33908 ||| Stepping ~*~*~tactically~*~*~ (outnumbered).
 33910 | D:7      | 33910 ||| Stepping ~*~*~tactically~*~*~ (outnumbered).
 33912 | D:7      | 33912 ||| Stepping ~*~*~tactically~*~*~ (outnumbered).
 33914 | D:7      | 33914 ||| Stepping ~*~*~tactically~*~*~ (outnumbered).
 33916 | D:7      | 33916 ||| Stepping ~*~*~tactically~*~*~ (outnumbered).
 33918 | D:7      | 33918 ||| Stepping ~*~*~tactically~*~*~ (outnumbered).
 33920 | D:7      | 33920 ||| Stepping ~*~*~tactically~*~*~ (outnumbered).
 33922 | D:7      | 33922 ||| Stepping ~*~*~tactically~*~*~ (outnumbered).
 33924 | D:7      | 33924 ||| Stepping ~*~*~tactically~*~*~ (outnumbered).
 33926 | D:7      | 33926 ||| Stepping ~*~*~tactically~*~*~ (outnumbered).
 33928 | D:7      | 33928 ||| Stepping ~*~*~tactically~*~*~ (outnumbered).
 33930 | D:7      | 33930 ||| Stepping ~*~*~tactically~*~*~ (outnumbered).
 33932 | D:7      | 33932 ||| Stepping ~*~*~tactically~*~*~ (outnumbered).
 33934 | D:7      | 33934 ||| Stepping ~*~*~tactically~*~*~ (outnumbered).
 33936 | D:7      | 33936 ||| Stepping ~*~*~tactically~*~*~ (outnumbered).
 33938 | D:7      | 33938 ||| Stepping ~*~*~tactically~*~*~ (outnumbered).
 33940 | D:7      | 33940 ||| Stepping ~*~*~tactically~*~*~ (outnumbered).
 33942 | D:7      | 33942 ||| Stepping ~*~*~tactically~*~*~ (outnumbered).
 33944 | D:7      | 33944 ||| Stepping ~*~*~tactically~*~*~ (outnumbered).
 33946 | D:7      | 33946 ||| Stepping ~*~*~tactically~*~*~ (outnumbered).
 33948 | D:7      | 33948 ||| Stepping ~*~*~tactically~*~*~ (outnumbered).
 33950 | D:7      | 33950 ||| Stepping ~*~*~tactically~*~*~ (outnumbered).
 33952 | D:7      | 33952 ||| Stepping ~*~*~tactically~*~*~ (outnumbered).
 33954 | D:7      | 33954 ||| Stepping ~*~*~tactically~*~*~ (outnumbered).
 33956 | D:7      | 33956 ||| Stepping ~*~*~tactically~*~*~ (outnumbered).
 33958 | D:7      | 33958 ||| Stepping ~*~*~tactically~*~*~ (outnumbered).
 33960 | D:7      | 33960 ||| Stepping ~*~*~tactically~*~*~ (outnumbered).
 33962 | D:7      | 33962 ||| Stepping ~*~*~tactically~*~*~ (outnumbered).
 33964 | D:7      | 33964 ||| Stepping ~*~*~tactically~*~*~ (outnumbered).
 33966 | D:7      | 33966 ||| Stepping ~*~*~tactically~*~*~ (outnumbered).
 33968 | D:7      | 33968 ||| Stepping ~*~*~tactically~*~*~ (outnumbered).
 33970 | D:7      | 33970 ||| Stepping ~*~*~tactically~*~*~ (outnumbered).
 33972 | D:7      | 33972 ||| Stepping ~*~*~tactically~*~*~ (outnumbered).
 33974 | D:7      | 33974 ||| Stepping ~*~*~tactically~*~*~ (outnumbered).
 33976 | D:7      | 33976 ||| Stepping ~*~*~tactically~*~*~ (outnumbered).
 33978 | D:7      | 33978 ||| Stepping ~*~*~tactically~*~*~ (outnumbered).
 33980 | D:7      | 33980 ||| Stepping ~*~*~tactically~*~*~ (outnumbered).
 33982 | D:7      | 33982 ||| Stepping ~*~*~tactically~*~*~ (outnumbered).
 33984 | D:7      | 33984 ||| Stepping ~*~*~tactically~*~*~ (outnumbered).
 33986 | D:7      | 33986 ||| Stepping ~*~*~tactically~*~*~ (outnumbered).
 33988 | D:7      | 33988 ||| Stepping ~*~*~tactically~*~*~ (outnumbered).
 33990 | D:7      | 33990 ||| Stepping ~*~*~tactically~*~*~ (outnumbered).
 33992 | D:7      | 33992 ||| Stepping ~*~*~tactically~*~*~ (outnumbered).
 33994 | D:7      | 33994 ||| Stepping ~*~*~tactically~*~*~ (outnumbered).
 33996 | D:7      | 33996 ||| Stepping ~*~*~tactically~*~*~ (outnumbered).
 33998 | D:7      | 33998 ||| Stepping ~*~*~tactically~*~*~ (outnumbered).
 34000 | D:7      | 34000 ||| Stepping ~*~*~tactically~*~*~ (outnumbered).
 34002 | D:7      | 34002 ||| Stepping ~*~*~tactically~*~*~ (outnumbered).
 34004 | D:7      | 34004 ||| Stepping ~*~*~tactically~*~*~ (outnumbered).
 34006 | D:7      | 34006 ||| Stepping ~*~*~tactically~*~*~ (outnumbered).
 34008 | D:7      | 34008 ||| Stepping ~*~*~tactically~*~*~ (outnumbered).
 34010 | D:7      | 34010 ||| Stepping ~*~*~tactically~*~*~ (outnumbered).
 34012 | D:7      | 34012 ||| Stepping ~*~*~tactically~*~*~ (outnumbered).
 34014 | D:7      | 34014 ||| Stepping ~*~*~tactically~*~*~ (outnumbered).
 34016 | D:7      | 34016 ||| Stepping ~*~*~tactically~*~*~ (outnumbered).
 34018 | D:7      | 34018 ||| Stepping ~*~*~tactically~*~*~ (outnumbered).
 34020 | D:7      | 34020 ||| Stepping ~*~*~tactically~*~*~ (outnumbered).
 34022 | D:7      | 34022 ||| Stepping ~*~*~tactically~*~*~ (outnumbered).
 34024 | D:7      | 34024 ||| Stepping ~*~*~tactically~*~*~ (outnumbered).
 34026 | D:7      | 34026 ||| Stepping ~*~*~tactically~*~*~ (outnumbered).
 34028 | D:7      | 34028 ||| Stepping ~*~*~tactically~*~*~ (outnumbered).
 34030 | D:7      | 34030 ||| Stepping ~*~*~tactically~*~*~ (outnumbered).
 34032 | D:7      | 34032 ||| Stepping ~*~*~tactically~*~*~ (outnumbered).
 34034 | D:7      | 34034 ||| Stepping ~*~*~tactically~*~*~ (outnumbered).
 34036 | D:7      | 34036 ||| Stepping ~*~*~tactically~*~*~ (outnumbered).
 34038 | D:7      | 34038 ||| Stepping ~*~*~tactically~*~*~ (outnumbered).
 34040 | D:7      | 34040 ||| Stepping ~*~*~tactically~*~*~ (outnumbered).
 34042 | D:7      | 34042 ||| Stepping ~*~*~tactically~*~*~ (outnumbered).
 34044 | D:7      | 34044 ||| Stepping ~*~*~tactically~*~*~ (outnumbered).
 34046 | D:7      | 34046 ||| Stepping ~*~*~tactically~*~*~ (outnumbered).
 34048 | D:7      | 34048 ||| Stepping ~*~*~tactically~*~*~ (outnumbered).
 34050 | D:7      | 34050 ||| Stepping ~*~*~tactically~*~*~ (outnumbered).
 34052 | D:7      | 34052 ||| Stepping ~*~*~tactically~*~*~ (outnumbered).
 34054 | D:7      | 34054 ||| Stepping ~*~*~tactically~*~*~ (outnumbered).
 34056 | D:7      | 34056 ||| Stepping ~*~*~tactically~*~*~ (outnumbered).
 34058 | D:7      | 34058 ||| Stepping ~*~*~tactically~*~*~ (outnumbered).
 34060 | D:7      | 34060 ||| Stepping ~*~*~tactically~*~*~ (outnumbered).
 34062 | D:7      | 34062 ||| Stepping ~*~*~tactically~*~*~ (outnumbered).
 34064 | D:7      | 34064 ||| Stepping ~*~*~tactically~*~*~ (outnumbered).
 34066 | D:7      | 34066 ||| Stepping ~*~*~tactically~*~*~ (outnumbered).
 34068 | D:7      | 34068 ||| Stepping ~*~*~tactically~*~*~ (outnumbered).
 34070 | D:7      | 34070 ||| Stepping ~*~*~tactically~*~*~ (outnumbered).
 34072 | D:7      | 34072 ||| Stepping ~*~*~tactically~*~*~ (outnumbered).
 34074 | D:7      | 34074 ||| Stepping ~*~*~tactically~*~*~ (outnumbered).
 34076 | D:7      | 34076 ||| Stepping ~*~*~tactically~*~*~ (outnumbered).
 34078 | D:7      | 34078 ||| Stepping ~*~*~tactically~*~*~ (outnumbered).
 34080 | D:7      | 34080 ||| Stepping ~*~*~tactically~*~*~ (outnumbered).
 34082 | D:7      | 34082 ||| Stepping ~*~*~tactically~*~*~ (outnumbered).
 34084 | D:7      | 34084 ||| Stepping ~*~*~tactically~*~*~ (outnumbered).
 34086 | D:7      | 34086 ||| Stepping ~*~*~tactically~*~*~ (outnumbered).
 34088 | D:7      | 34088 ||| Stepping ~*~*~tactically~*~*~ (outnumbered).
 34090 | D:7      | 34090 ||| Stepping ~*~*~tactically~*~*~ (outnumbered).
 34092 | D:7      | 34092 ||| Stepping ~*~*~tactically~*~*~ (outnumbered).
 34094 | D:7      | 34094 ||| Stepping ~*~*~tactically~*~*~ (outnumbered).
 34096 | D:7      | 34096 ||| Stepping ~*~*~tactically~*~*~ (outnumbered).
 34098 | D:7      | 34098 ||| Stepping ~*~*~tactically~*~*~ (outnumbered).
 34100 | D:7      | 34100 ||| Stepping ~*~*~tactically~*~*~ (outnumbered).
 34102 | D:7      | 34102 ||| Stepping ~*~*~tactically~*~*~ (outnumbered).
 34104 | D:7      | 34104 ||| Stepping ~*~*~tactically~*~*~ (outnumbered).
 34106 | D:7      | 34106 ||| Stepping ~*~*~tactically~*~*~ (outnumbered).
 34108 | D:7      | 34108 ||| Stepping ~*~*~tactically~*~*~ (outnumbered).
 34110 | D:7      | 34110 ||| Stepping ~*~*~tactically~*~*~ (outnumbered).
 34112 | D:7      | 34112 ||| Stepping ~*~*~tactically~*~*~ (outnumbered).
 34114 | D:7      | 34114 ||| Stepping ~*~*~tactically~*~*~ (outnumbered).
 34116 | D:7      | 34116 ||| Stepping ~*~*~tactically~*~*~ (outnumbered).
 34118 | D:7      | 34118 ||| Stepping ~*~*~tactically~*~*~ (outnumbered).
 34120 | D:7      | 34120 ||| Stepping ~*~*~tactically~*~*~ (outnumbered).
 34122 | D:7      | 34122 ||| Stepping ~*~*~tactically~*~*~ (outnumbered).
 34124 | D:7      | 34124 ||| Stepping ~*~*~tactically~*~*~ (outnumbered).
 34126 | D:7      | 34126 ||| Stepping ~*~*~tactically~*~*~ (outnumbered).
 34128 | D:7      | 34128 ||| Stepping ~*~*~tactically~*~*~ (outnumbered).
 34130 | D:7      | 34130 ||| Stepping ~*~*~tactically~*~*~ (outnumbered).
 34132 | D:7      | 34132 ||| Stepping ~*~*~tactically~*~*~ (outnumbered).
 34134 | D:7      | 34134 ||| Stepping ~*~*~tactically~*~*~ (outnumbered).
 34136 | D:7      | 34136 ||| Stepping ~*~*~tactically~*~*~ (outnumbered).
 34138 | D:7      | 34138 ||| Stepping ~*~*~tactically~*~*~ (outnumbered).
 34140 | D:7      | 34140 ||| Stepping ~*~*~tactically~*~*~ (outnumbered).
 34142 | D:7      | 34142 ||| Stepping ~*~*~tactically~*~*~ (outnumbered).
 34144 | D:7      | 34144 ||| Stepping ~*~*~tactically~*~*~ (outnumbered).
 34146 | D:7      | 34146 ||| Stepping ~*~*~tactically~*~*~ (outnumbered).
 34148 | D:7      | 34148 ||| Stepping ~*~*~tactically~*~*~ (outnumbered).
 34150 | D:7      | 34150 ||| Stepping ~*~*~tactically~*~*~ (outnumbered).
 34152 | D:7      | 34152 ||| Stepping ~*~*~tactically~*~*~ (outnumbered).
 34154 | D:7      | 34154 ||| Stepping ~*~*~tactically~*~*~ (outnumbered).
 34156 | D:7      | 34156 ||| Stepping ~*~*~tactically~*~*~ (outnumbered).
 34158 | D:7      | 34158 ||| Stepping ~*~*~tactically~*~*~ (outnumbered).
 34160 | D:7      | 34160 ||| Stepping ~*~*~tactically~*~*~ (outnumbered).
 34162 | D:7      | 34162 ||| Stepping ~*~*~tactically~*~*~ (outnumbered).
 34164 | D:7      | 34164 ||| Stepping ~*~*~tactically~*~*~ (outnumbered).
 34166 | D:7      | 34166 ||| Stepping ~*~*~tactically~*~*~ (outnumbered).
 34168 | D:7      | 34168 ||| Stepping ~*~*~tactically~*~*~ (outnumbered).
 34170 | D:7      | 34170 ||| Stepping ~*~*~tactically~*~*~ (outnumbered).
 34172 | D:7      | 34172 ||| Stepping ~*~*~tactically~*~*~ (outnumbered).
 34174 | D:7      | 34174 ||| Stepping ~*~*~tactically~*~*~ (outnumbered).
 34176 | D:7      | 34176 ||| Stepping ~*~*~tactically~*~*~ (outnumbered).
 34178 | D:7      | 34178 ||| Stepping ~*~*~tactically~*~*~ (outnumbered).
 34180 | D:7      | 34180 ||| Stepping ~*~*~tactically~*~*~ (outnumbered).
 34182 | D:7      | 34182 ||| Stepping ~*~*~tactically~*~*~ (outnumbered).
 34184 | D:7      | 34184 ||| Stepping ~*~*~tactically~*~*~ (outnumbered).
 34186 | D:7      | 34186 ||| Stepping ~*~*~tactically~*~*~ (outnumbered).
 34188 | D:7      | 34188 ||| Stepping ~*~*~tactically~*~*~ (outnumbered).
 34190 | D:7      | 34190 ||| Stepping ~*~*~tactically~*~*~ (outnumbered).
 34192 | D:7      | 34192 ||| Stepping ~*~*~tactically~*~*~ (outnumbered).
 34194 | D:7      | 34194 ||| Stepping ~*~*~tactically~*~*~ (outnumbered).
 34196 | D:7      | 34196 ||| Stepping ~*~*~tactically~*~*~ (outnumbered).
 34198 | D:7      | 34198 ||| Stepping ~*~*~tactically~*~*~ (outnumbered).
 34200 | D:7      | 34200 ||| Stepping ~*~*~tactically~*~*~ (outnumbered).
 34202 | D:7      | 34202 ||| Stepping ~*~*~tactically~*~*~ (outnumbered).
 34204 | D:7      | 34204 ||| Stepping ~*~*~tactically~*~*~ (outnumbered).
 34206 | D:7      | 34206 ||| Stepping ~*~*~tactically~*~*~ (outnumbered).
 34208 | D:7      | 34208 ||| Stepping ~*~*~tactically~*~*~ (outnumbered).
 34210 | D:7      | 34210 ||| Stepping ~*~*~tactically~*~*~ (outnumbered).
 34212 | D:7      | 34212 ||| Stepping ~*~*~tactically~*~*~ (outnumbered).
 34214 | D:7      | 34214 ||| Stepping ~*~*~tactically~*~*~ (outnumbered).
 34216 | D:7      | 34216 ||| Stepping ~*~*~tactically~*~*~ (outnumbered).
 34218 | D:7      | 34218 ||| Stepping ~*~*~tactically~*~*~ (outnumbered).
 34220 | D:7      | 34220 ||| Stepping ~*~*~tactically~*~*~ (outnumbered).
 34222 | D:7      | 34222 ||| Stepping ~*~*~tactically~*~*~ (outnumbered).
 34224 | D:7      | 34224 ||| Stepping ~*~*~tactically~*~*~ (outnumbered).
 34226 | D:7      | 34226 ||| Stepping ~*~*~tactically~*~*~ (outnumbered).
 34228 | D:7      | 34228 ||| Stepping ~*~*~tactically~*~*~ (outnumbered).
 34230 | D:7      | 34230 ||| Stepping ~*~*~tactically~*~*~ (outnumbered).
 34232 | D:7      | 34232 ||| Stepping ~*~*~tactically~*~*~ (outnumbered).
 34234 | D:7      | 34234 ||| Stepping ~*~*~tactically~*~*~ (outnumbered).
 34236 | D:7      | 34236 ||| Stepping ~*~*~tactically~*~*~ (outnumbered).
 34238 | D:7      | 34238 ||| Stepping ~*~*~tactically~*~*~ (outnumbered).
 34240 | D:7      | 34240 ||| Stepping ~*~*~tactically~*~*~ (outnumbered).
 34242 | D:7      | 34242 ||| Stepping ~*~*~tactically~*~*~ (outnumbered).
 34244 | D:7      | 34244 ||| Stepping ~*~*~tactically~*~*~ (outnumbered).
 34245 | D:7      | Glimpsed the power of Zot.
 34246 | D:7      | 34246 ||| Stepping ~*~*~tactically~*~*~ (outnumbered).
 34248 | D:7      | 34248 ||| Stepping ~*~*~tactically~*~*~ (outnumbered).
 34250 | D:7      | 34250 ||| Stepping ~*~*~tactically~*~*~ (outnumbered).
 34252 | D:7      | 34252 ||| Stepping ~*~*~tactically~*~*~ (outnumbered).
 34254 | D:7      | 34254 ||| Stepping ~*~*~tactically~*~*~ (outnumbered).
 34256 | D:7      | 34256 ||| Stepping ~*~*~tactically~*~*~ (outnumbered).
 34258 | D:7      | 34258 ||| Stepping ~*~*~tactically~*~*~ (outnumbered).
 34260 | D:7      | 34260 ||| Stepping ~*~*~tactically~*~*~ (outnumbered).
 34262 | D:7      | 34262 ||| Stepping ~*~*~tactically~*~*~ (outnumbered).
 34264 | D:7      | 34264 ||| Stepping ~*~*~tactically~*~*~ (outnumbered).
 34266 | D:7      | 34266 ||| Stepping ~*~*~tactically~*~*~ (outnumbered).
 34268 | D:7      | 34268 ||| Stepping ~*~*~tactically~*~*~ (outnumbered).
 34270 | D:7      | 34270 ||| Stepping ~*~*~tactically~*~*~ (outnumbered).
 34272 | D:7      | 34272 ||| Stepping ~*~*~tactically~*~*~ (outnumbered).
 34274 | D:7      | 34274 ||| Stepping ~*~*~tactically~*~*~ (outnumbered).
 34276 | D:7      | 34276 ||| Stepping ~*~*~tactically~*~*~ (outnumbered).
 34278 | D:7      | 34278 ||| Stepping ~*~*~tactically~*~*~ (outnumbered).
 34280 | D:7      | 34280 ||| Stepping ~*~*~tactically~*~*~ (outnumbered).
 34282 | D:7      | 34282 ||| Stepping ~*~*~tactically~*~*~ (outnumbered).
 34284 | D:7      | 34284 ||| Stepping ~*~*~tactically~*~*~ (outnumbered).
 34286 | D:7      | 34286 ||| Stepping ~*~*~tactically~*~*~ (outnumbered).
 34288 | D:7      | 34288 ||| Stepping ~*~*~tactically~*~*~ (outnumbered).
 34290 | D:7      | 34290 ||| Stepping ~*~*~tactically~*~*~ (outnumbered).
 34292 | D:7      | 34292 ||| Stepping ~*~*~tactically~*~*~ (outnumbered).
 34294 | D:7      | 34294 ||| Stepping ~*~*~tactically~*~*~ (outnumbered).
 34296 | D:7      | 34296 ||| Stepping ~*~*~tactically~*~*~ (outnumbered).
 34298 | D:7      | 34298 ||| Stepping ~*~*~tactically~*~*~ (outnumbered).
 34300 | D:7      | 34300 ||| Stepping ~*~*~tactically~*~*~ (outnumbered).
 34302 | D:7      | 34302 ||| Stepping ~*~*~tactically~*~*~ (outnumbered).
 34304 | D:7      | 34304 ||| Stepping ~*~*~tactically~*~*~ (outnumbered).
 34306 | D:7      | 34306 ||| Stepping ~*~*~tactically~*~*~ (outnumbered).
 34308 | D:7      | 34308 ||| Stepping ~*~*~tactically~*~*~ (outnumbered).
 34310 | D:7      | 34310 ||| Stepping ~*~*~tactically~*~*~ (outnumbered).
 34312 | D:7      | 34312 ||| Stepping ~*~*~tactically~*~*~ (outnumbered).
 34314 | D:7      | 34314 ||| Stepping ~*~*~tactically~*~*~ (outnumbered).
 34316 | D:7      | 34316 ||| Stepping ~*~*~tactically~*~*~ (outnumbered).
 34318 | D:7      | 34318 ||| Stepping ~*~*~tactically~*~*~ (outnumbered).
 34320 | D:7      | 34320 ||| Stepping ~*~*~tactically~*~*~ (outnumbered).
 34322 | D:7      | 34322 ||| Stepping ~*~*~tactically~*~*~ (outnumbered).
 34324 | D:7      | 34324 ||| Stepping ~*~*~tactically~*~*~ (outnumbered).
 34326 | D:7      | 34326 ||| Stepping ~*~*~tactically~*~*~ (outnumbered).
 34328 | D:7      | 34328 ||| Stepping ~*~*~tactically~*~*~ (outnumbered).
 34330 | D:7      | 34330 ||| Stepping ~*~*~tactically~*~*~ (outnumbered).
 34332 | D:7      | 34332 ||| Stepping ~*~*~tactically~*~*~ (outnumbered).
 34334 | D:7      | 34334 ||| Stepping ~*~*~tactically~*~*~ (outnumbered).
 34336 | D:7      | 34336 ||| Stepping ~*~*~tactically~*~*~ (outnumbered).
 34338 | D:7      | 34338 ||| Stepping ~*~*~tactically~*~*~ (outnumbered).
 34340 | D:7      | 34340 ||| Stepping ~*~*~tactically~*~*~ (outnumbered).
 34342 | D:7      | 34342 ||| Stepping ~*~*~tactically~*~*~ (outnumbered).
 34344 | D:7      | 34344 ||| Stepping ~*~*~tactically~*~*~ (outnumbered).
 34346 | D:7      | 34346 ||| Stepping ~*~*~tactically~*~*~ (outnumbered).
 34348 | D:7      | 34348 ||| Stepping ~*~*~tactically~*~*~ (outnumbered).
 34350 | D:7      | 34350 ||| Stepping ~*~*~tactically~*~*~ (outnumbered).
 34352 | D:7      | 34352 ||| Stepping ~*~*~tactically~*~*~ (outnumbered).
 34354 | D:7      | 34354 ||| Stepping ~*~*~tactically~*~*~ (outnumbered).
 34356 | D:7      | 34356 ||| Stepping ~*~*~tactically~*~*~ (outnumbered).
 34358 | D:7      | 34358 ||| Stepping ~*~*~tactically~*~*~ (outnumbered).
 34360 | D:7      | 34360 ||| Stepping ~*~*~tactically~*~*~ (outnumbered).
 34362 | D:7      | 34362 ||| Stepping ~*~*~tactically~*~*~ (outnumbered).
 34364 | D:7      | 34364 ||| Stepping ~*~*~tactically~*~*~ (outnumbered).
 34366 | D:7      | 34366 ||| Stepping ~*~*~tactically~*~*~ (outnumbered).
 34368 | D:7      | 34368 ||| Stepping ~*~*~tactically~*~*~ (outnumbered).
 34370 | D:7      | 34370 ||| Stepping ~*~*~tactically~*~*~ (outnumbered).
 34372 | D:7      | 34372 ||| Stepping ~*~*~tactically~*~*~ (outnumbered).
 34374 | D:7      | 34374 ||| Stepping ~*~*~tactically~*~*~ (outnumbered).
 34376 | D:7      | 34376 ||| Stepping ~*~*~tactically~*~*~ (outnumbered).
 34378 | D:7      | 34378 ||| Stepping ~*~*~tactically~*~*~ (outnumbered).
 34380 | D:7      | 34380 ||| Stepping ~*~*~tactically~*~*~ (outnumbered).
 34382 | D:7      | 34382 ||| Stepping ~*~*~tactically~*~*~ (outnumbered).
 34384 | D:7      | 34384 ||| Stepping ~*~*~tactically~*~*~ (outnumbered).
 34386 | D:7      | 34386 ||| Stepping ~*~*~tactically~*~*~ (outnumbered).
 34388 | D:7      | 34388 ||| Stepping ~*~*~tactically~*~*~ (outnumbered).
 34390 | D:7      | 34390 ||| Stepping ~*~*~tactically~*~*~ (outnumbered).
 34392 | D:7      | 34392 ||| Stepping ~*~*~tactically~*~*~ (outnumbered).
 34394 | D:7      | 34394 ||| Stepping ~*~*~tactically~*~*~ (outnumbered).
 34396 | D:7      | 34396 ||| Stepping ~*~*~tactically~*~*~ (outnumbered).
 34398 | D:7      | 34398 ||| Stepping ~*~*~tactically~*~*~ (outnumbered).
 34400 | D:7      | 34400 ||| Stepping ~*~*~tactically~*~*~ (outnumbered).
 34402 | D:7      | 34402 ||| Stepping ~*~*~tactically~*~*~ (outnumbered).
 34404 | D:7      | 34404 ||| Stepping ~*~*~tactically~*~*~ (outnumbered).
 34406 | D:7      | 34406 ||| Stepping ~*~*~tactically~*~*~ (outnumbered).
 34408 | D:7      | 34408 ||| Stepping ~*~*~tactically~*~*~ (outnumbered).
 34410 | D:7      | 34410 ||| Stepping ~*~*~tactically~*~*~ (outnumbered).
 34412 | D:7      | 34412 ||| Stepping ~*~*~tactically~*~*~ (outnumbered).
 34414 | D:7      | 34414 ||| Stepping ~*~*~tactically~*~*~ (outnumbered).
 34416 | D:7      | 34416 ||| Stepping ~*~*~tactically~*~*~ (outnumbered).
 34418 | D:7      | 34418 ||| Stepping ~*~*~tactically~*~*~ (outnumbered).
 34420 | D:7      | 34420 ||| Stepping ~*~*~tactically~*~*~ (outnumbered).
 34422 | D:7      | 34422 ||| Stepping ~*~*~tactically~*~*~ (outnumbered).
 34424 | D:7      | 34424 ||| Stepping ~*~*~tactically~*~*~ (outnumbered).
 34426 | D:7      | 34426 ||| Stepping ~*~*~tactically~*~*~ (outnumbered).
 34428 | D:7      | 34428 ||| Stepping ~*~*~tactically~*~*~ (outnumbered).
 34430 | D:7      | 34430 ||| Stepping ~*~*~tactically~*~*~ (outnumbered).
 34432 | D:7      | 34432 ||| Stepping ~*~*~tactically~*~*~ (outnumbered).
 34434 | D:7      | 34434 ||| Stepping ~*~*~tactically~*~*~ (outnumbered).
 34436 | D:7      | 34436 ||| Stepping ~*~*~tactically~*~*~ (outnumbered).
 34438 | D:7      | 34438 ||| Stepping ~*~*~tactically~*~*~ (outnumbered).
 34440 | D:7      | 34440 ||| Stepping ~*~*~tactically~*~*~ (outnumbered).
 34442 | D:7      | 34442 ||| Stepping ~*~*~tactically~*~*~ (outnumbered).
 34444 | D:7      | 34444 ||| Stepping ~*~*~tactically~*~*~ (outnumbered).
 34446 | D:7      | 34446 ||| Stepping ~*~*~tactically~*~*~ (outnumbered).
 34448 | D:7      | 34448 ||| Stepping ~*~*~tactically~*~*~ (outnumbered).
 34450 | D:7      | 34450 ||| Stepping ~*~*~tactically~*~*~ (outnumbered).
 34452 | D:7      | 34452 ||| Stepping ~*~*~tactically~*~*~ (outnumbered).
 34454 | D:7      | 34454 ||| Stepping ~*~*~tactically~*~*~ (outnumbered).
 34456 | D:7      | 34456 ||| Stepping ~*~*~tactically~*~*~ (outnumbered).
 34458 | D:7      | 34458 ||| Stepping ~*~*~tactically~*~*~ (outnumbered).
 34460 | D:7      | 34460 ||| Stepping ~*~*~tactically~*~*~ (outnumbered).
 34462 | D:7      | 34462 ||| Stepping ~*~*~tactically~*~*~ (outnumbered).
 34464 | D:7      | 34464 ||| Stepping ~*~*~tactically~*~*~ (outnumbered).
 34466 | D:7      | 34466 ||| Stepping ~*~*~tactically~*~*~ (outnumbered).
 34468 | D:7      | 34468 ||| Stepping ~*~*~tactically~*~*~ (outnumbered).
 34470 | D:7      | 34470 ||| Stepping ~*~*~tactically~*~*~ (outnumbered).
 34472 | D:7      | 34472 ||| Stepping ~*~*~tactically~*~*~ (outnumbered).
 34474 | D:7      | 34474 ||| Stepping ~*~*~tactically~*~*~ (outnumbered).
 34476 | D:7      | 34476 ||| Stepping ~*~*~tactically~*~*~ (outnumbered).
 34478 | D:7      | 34478 ||| Stepping ~*~*~tactically~*~*~ (outnumbered).
 34480 | D:7      | 34480 ||| Stepping ~*~*~tactically~*~*~ (outnumbered).
 34482 | D:7      | 34482 ||| Stepping ~*~*~tactically~*~*~ (outnumbered).
 34484 | D:7      | 34484 ||| Stepping ~*~*~tactically~*~*~ (outnumbered).
 34486 | D:7      | 34486 ||| Stepping ~*~*~tactically~*~*~ (outnumbered).
 34488 | D:7      | 34488 ||| Stepping ~*~*~tactically~*~*~ (outnumbered).
 34490 | D:7      | 34490 ||| Stepping ~*~*~tactically~*~*~ (outnumbered).
 34492 | D:7      | 34492 ||| Stepping ~*~*~tactically~*~*~ (outnumbered).
 34494 | D:7      | 34494 ||| Stepping ~*~*~tactically~*~*~ (outnumbered).
 34496 | D:7      | 34496 ||| Stepping ~*~*~tactically~*~*~ (outnumbered).
 34498 | D:7      | 34498 ||| Stepping ~*~*~tactically~*~*~ (outnumbered).
 34500 | D:7      | 34500 ||| Stepping ~*~*~tactically~*~*~ (outnumbered).
 34502 | D:7      | 34502 ||| Stepping ~*~*~tactically~*~*~ (outnumbered).
 34504 | D:7      | 34504 ||| Stepping ~*~*~tactically~*~*~ (outnumbered).
 34506 | D:7      | 34506 ||| Stepping ~*~*~tactically~*~*~ (outnumbered).
 34508 | D:7      | 34508 ||| Stepping ~*~*~tactically~*~*~ (outnumbered).
 34510 | D:7      | 34510 ||| Stepping ~*~*~tactically~*~*~ (outnumbered).
 34512 | D:7      | 34512 ||| Stepping ~*~*~tactically~*~*~ (outnumbered).
 34514 | D:7      | 34514 ||| Stepping ~*~*~tactically~*~*~ (outnumbered).
 34516 | D:7      | 34516 ||| Stepping ~*~*~tactically~*~*~ (outnumbered).
 34518 | D:7      | 34518 ||| Stepping ~*~*~tactically~*~*~ (outnumbered).
 34520 | D:7      | 34520 ||| Stepping ~*~*~tactically~*~*~ (outnumbered).
 34522 | D:7      | 34522 ||| Stepping ~*~*~tactically~*~*~ (outnumbered).
 34524 | D:7      | 34524 ||| Stepping ~*~*~tactically~*~*~ (outnumbered).
 34526 | D:7      | 34526 ||| Stepping ~*~*~tactically~*~*~ (outnumbered).
 34528 | D:7      | 34528 ||| Stepping ~*~*~tactically~*~*~ (outnumbered).
 34530 | D:7      | 34530 ||| Stepping ~*~*~tactically~*~*~ (outnumbered).
 34532 | D:7      | 34532 ||| Stepping ~*~*~tactically~*~*~ (outnumbered).
 34534 | D:7      | 34534 ||| Stepping ~*~*~tactically~*~*~ (outnumbered).
 34536 | D:7      | 34536 ||| Stepping ~*~*~tactically~*~*~ (outnumbered).
 34538 | D:7      | 34538 ||| Stepping ~*~*~tactically~*~*~ (outnumbered).
 34540 | D:7      | 34540 ||| Stepping ~*~*~tactically~*~*~ (outnumbered).
 34542 | D:7      | 34542 ||| Stepping ~*~*~tactically~*~*~ (outnumbered).
 34544 | D:7      | 34544 ||| Stepping ~*~*~tactically~*~*~ (outnumbered).
 34546 | D:7      | 34546 ||| Stepping ~*~*~tactically~*~*~ (outnumbered).
 34548 | D:7      | 34548 ||| Stepping ~*~*~tactically~*~*~ (outnumbered).
 34550 | D:7      | 34550 ||| Stepping ~*~*~tactically~*~*~ (outnumbered).
 34552 | D:7      | 34552 ||| Stepping ~*~*~tactically~*~*~ (outnumbered).
 34554 | D:7      | 34554 ||| Stepping ~*~*~tactically~*~*~ (outnumbered).
 34556 | D:7      | 34556 ||| Stepping ~*~*~tactically~*~*~ (outnumbered).
 34558 | D:7      | 34558 ||| Stepping ~*~*~tactically~*~*~ (outnumbered).
 34560 | D:7      | 34560 ||| Stepping ~*~*~tactically~*~*~ (outnumbered).
 34562 | D:7      | 34562 ||| Stepping ~*~*~tactically~*~*~ (outnumbered).
 34564 | D:7      | 34564 ||| Stepping ~*~*~tactically~*~*~ (outnumbered).
 34566 | D:7      | 34566 ||| Stepping ~*~*~tactically~*~*~ (outnumbered).
 34568 | D:7      | 34568 ||| Stepping ~*~*~tactically~*~*~ (outnumbered).
 34570 | D:7      | 34570 ||| Stepping ~*~*~tactically~*~*~ (outnumbered).
 34572 | D:7      | 34572 ||| Stepping ~*~*~tactically~*~*~ (outnumbered).
 34574 | D:7      | 34574 ||| Stepping ~*~*~tactically~*~*~ (outnumbered).
 34576 | D:7      | 34576 ||| Stepping ~*~*~tactically~*~*~ (outnumbered).
 34578 | D:7      | 34578 ||| Stepping ~*~*~tactically~*~*~ (outnumbered).
 34580 | D:7      | 34580 ||| Stepping ~*~*~tactically~*~*~ (outnumbered).
 34582 | D:7      | 34582 ||| Stepping ~*~*~tactically~*~*~ (outnumbered).
 34584 | D:7      | 34584 ||| Stepping ~*~*~tactically~*~*~ (outnumbered).
 34586 | D:7      | 34586 ||| Stepping ~*~*~tactically~*~*~ (outnumbered).
 34588 | D:7      | 34588 ||| Stepping ~*~*~tactically~*~*~ (outnumbered).
 34590 | D:7      | 34590 ||| Stepping ~*~*~tactically~*~*~ (outnumbered).
 34592 | D:7      | 34592 ||| Stepping ~*~*~tactically~*~*~ (outnumbered).
 34594 | D:7      | 34594 ||| Stepping ~*~*~tactically~*~*~ (outnumbered).
 34596 | D:7      | 34596 ||| Stepping ~*~*~tactically~*~*~ (outnumbered).
 34598 | D:7      | 34598 ||| Stepping ~*~*~tactically~*~*~ (outnumbered).
 34600 | D:7      | 34600 ||| Stepping ~*~*~tactically~*~*~ (outnumbered).
 34602 | D:7      | 34602 ||| Stepping ~*~*~tactically~*~*~ (outnumbered).
 34604 | D:7      | 34604 ||| Stepping ~*~*~tactically~*~*~ (outnumbered).
 34606 | D:7      | 34606 ||| Stepping ~*~*~tactically~*~*~ (outnumbered).
 34608 | D:7      | 34608 ||| Stepping ~*~*~tactically~*~*~ (outnumbered).
 34610 | D:7      | 34610 ||| Stepping ~*~*~tactically~*~*~ (outnumbered).
 34612 | D:7      | 34612 ||| Stepping ~*~*~tactically~*~*~ (outnumbered).
 34614 | D:7      | 34614 ||| Stepping ~*~*~tactically~*~*~ (outnumbered).
 34616 | D:7      | 34616 ||| Stepping ~*~*~tactically~*~*~ (outnumbered).
 34618 | D:7      | 34618 ||| Stepping ~*~*~tactically~*~*~ (outnumbered).
 34620 | D:7      | 34620 ||| Stepping ~*~*~tactically~*~*~ (outnumbered).
 34622 | D:7      | 34622 ||| Stepping ~*~*~tactically~*~*~ (outnumbered).
 34624 | D:7      | 34624 ||| Stepping ~*~*~tactically~*~*~ (outnumbered).
 34626 | D:7      | 34626 ||| Stepping ~*~*~tactically~*~*~ (outnumbered).
 34628 | D:7      | 34628 ||| Stepping ~*~*~tactically~*~*~ (outnumbered).
 34630 | D:7      | 34630 ||| Stepping ~*~*~tactically~*~*~ (outnumbered).
 34632 | D:7      | 34632 ||| Stepping ~*~*~tactically~*~*~ (outnumbered).
 34634 | D:7      | 34634 ||| Stepping ~*~*~tactically~*~*~ (outnumbered).
 34636 | D:7      | 34636 ||| Stepping ~*~*~tactically~*~*~ (outnumbered).
 34638 | D:7      | 34638 ||| Stepping ~*~*~tactically~*~*~ (outnumbered).
 34640 | D:7      | 34640 ||| Stepping ~*~*~tactically~*~*~ (outnumbered).
 34642 | D:7      | 34642 ||| Stepping ~*~*~tactically~*~*~ (outnumbered).
 34644 | D:7      | 34644 ||| Stepping ~*~*~tactically~*~*~ (outnumbered).
 34645 | D:7      | Glimpsed the power of Zot.
 34646 | D:7      | 34646 ||| Stepping ~*~*~tactically~*~*~ (outnumbered).
 34648 | D:7      | 34648 ||| Stepping ~*~*~tactically~*~*~ (outnumbered).
 34650 | D:7      | 34650 ||| Stepping ~*~*~tactically~*~*~ (outnumbered).
 34652 | D:7      | 34652 ||| Stepping ~*~*~tactically~*~*~ (outnumbered).
 34654 | D:7      | 34654 ||| Stepping ~*~*~tactically~*~*~ (outnumbered).
 34656 | D:7      | 34656 ||| Stepping ~*~*~tactically~*~*~ (outnumbered).
 34658 | D:7      | 34658 ||| Stepping ~*~*~tactically~*~*~ (outnumbered).
 34660 | D:7      | 34660 ||| Stepping ~*~*~tactically~*~*~ (outnumbered).
 34662 | D:7      | 34662 ||| Stepping ~*~*~tactically~*~*~ (outnumbered).
 34664 | D:7      | 34664 ||| Stepping ~*~*~tactically~*~*~ (outnumbered).
 34666 | D:7      | 34666 ||| Stepping ~*~*~tactically~*~*~ (outnumbered).
 34668 | D:7      | 34668 ||| Stepping ~*~*~tactically~*~*~ (outnumbered).
 34670 | D:7      | 34670 ||| Stepping ~*~*~tactically~*~*~ (outnumbered).
 34672 | D:7      | 34672 ||| Stepping ~*~*~tactically~*~*~ (outnumbered).
 34674 | D:7      | 34674 ||| Stepping ~*~*~tactically~*~*~ (outnumbered).
 34676 | D:7      | 34676 ||| Stepping ~*~*~tactically~*~*~ (outnumbered).
 34678 | D:7      | 34678 ||| Stepping ~*~*~tactically~*~*~ (outnumbered).
 34680 | D:7      | 34680 ||| Stepping ~*~*~tactically~*~*~ (outnumbered).
 34682 | D:7      | 34682 ||| Stepping ~*~*~tactically~*~*~ (outnumbered).
 34684 | D:7      | 34684 ||| Stepping ~*~*~tactically~*~*~ (outnumbered).
 34686 | D:7      | 34686 ||| Stepping ~*~*~tactically~*~*~ (outnumbered).
 34688 | D:7      | 34688 ||| Stepping ~*~*~tactically~*~*~ (outnumbered).
 34690 | D:7      | 34690 ||| Stepping ~*~*~tactically~*~*~ (outnumbered).
 34692 | D:7      | 34692 ||| Stepping ~*~*~tactically~*~*~ (outnumbered).
 34694 | D:7      | 34694 ||| Stepping ~*~*~tactically~*~*~ (outnumbered).
 34696 | D:7      | 34696 ||| Stepping ~*~*~tactically~*~*~ (outnumbered).
 34698 | D:7      | 34698 ||| Stepping ~*~*~tactically~*~*~ (outnumbered).
 34700 | D:7      | 34700 ||| Stepping ~*~*~tactically~*~*~ (outnumbered).
 34702 | D:7      | 34702 ||| Stepping ~*~*~tactically~*~*~ (outnumbered).
 34704 | D:7      | 34704 ||| Stepping ~*~*~tactically~*~*~ (outnumbered).
 34706 | D:7      | 34706 ||| Stepping ~*~*~tactically~*~*~ (outnumbered).
 34708 | D:7      | 34708 ||| Stepping ~*~*~tactically~*~*~ (outnumbered).
 34710 | D:7      | 34710 ||| Stepping ~*~*~tactically~*~*~ (outnumbered).
 34712 | D:7      | 34712 ||| Stepping ~*~*~tactically~*~*~ (outnumbered).
 34714 | D:7      | 34714 ||| Stepping ~*~*~tactically~*~*~ (outnumbered).
 34716 | D:7      | 34716 ||| Stepping ~*~*~tactically~*~*~ (outnumbered).
 34718 | D:7      | 34718 ||| Stepping ~*~*~tactically~*~*~ (outnumbered).
 34720 | D:7      | 34720 ||| Stepping ~*~*~tactically~*~*~ (outnumbered).
 34722 | D:7      | 34722 ||| Stepping ~*~*~tactically~*~*~ (outnumbered).
 34724 | D:7      | 34724 ||| Stepping ~*~*~tactically~*~*~ (outnumbered).
 34726 | D:7      | 34726 ||| Stepping ~*~*~tactically~*~*~ (outnumbered).
 34728 | D:7      | 34728 ||| Stepping ~*~*~tactically~*~*~ (outnumbered).
 34730 | D:7      | 34730 ||| Stepping ~*~*~tactically~*~*~ (outnumbered).
 34732 | D:7      | 34732 ||| Stepping ~*~*~tactically~*~*~ (outnumbered).
 34734 | D:7      | 34734 ||| Stepping ~*~*~tactically~*~*~ (outnumbered).
 34736 | D:7      | 34736 ||| Stepping ~*~*~tactically~*~*~ (outnumbered).
 34738 | D:7      | 34738 ||| Stepping ~*~*~tactically~*~*~ (outnumbered).
 34740 | D:7      | 34740 ||| Stepping ~*~*~tactically~*~*~ (outnumbered).
 34742 | D:7      | 34742 ||| Stepping ~*~*~tactically~*~*~ (outnumbered).
 34744 | D:7      | 34744 ||| Stepping ~*~*~tactically~*~*~ (outnumbered).
 34744 | D:7      | Touched by the power of Zot.
 34745 | D:7      | Glimpsed the power of Zot.
 34746 | D:7      | 34746 ||| Stepping ~*~*~tactically~*~*~ (outnumbered).
 34748 | D:7      | 34748 ||| Stepping ~*~*~tactically~*~*~ (outnumbered).
 34750 | D:7      | 34750 ||| Stepping ~*~*~tactically~*~*~ (outnumbered).
 34752 | D:7      | 34752 ||| Stepping ~*~*~tactically~*~*~ (outnumbered).
 34754 | D:7      | 34754 ||| Stepping ~*~*~tactically~*~*~ (outnumbered).
 34756 | D:7      | 34756 ||| Stepping ~*~*~tactically~*~*~ (outnumbered).
 34758 | D:7      | 34758 ||| Stepping ~*~*~tactically~*~*~ (outnumbered).
 34760 | D:7      | 34760 ||| Stepping ~*~*~tactically~*~*~ (outnumbered).
 34762 | D:7      | 34762 ||| Stepping ~*~*~tactically~*~*~ (outnumbered).
 34764 | D:7      | 34764 ||| Stepping ~*~*~tactically~*~*~ (outnumbered).
 34766 | D:7      | 34766 ||| Stepping ~*~*~tactically~*~*~ (outnumbered).
 34768 | D:7      | 34768 ||| Stepping ~*~*~tactically~*~*~ (outnumbered).
 34770 | D:7      | 34770 ||| Stepping ~*~*~tactically~*~*~ (outnumbered).
 34772 | D:7      | 34772 ||| Stepping ~*~*~tactically~*~*~ (outnumbered).
 34774 | D:7      | 34774 ||| Stepping ~*~*~tactically~*~*~ (outnumbered).
 34776 | D:7      | 34776 ||| Stepping ~*~*~tactically~*~*~ (outnumbered).
 34778 | D:7      | 34778 ||| Stepping ~*~*~tactically~*~*~ (outnumbered).
 34780 | D:7      | 34780 ||| Stepping ~*~*~tactically~*~*~ (outnumbered).
 34782 | D:7      | 34782 ||| Stepping ~*~*~tactically~*~*~ (outnumbered).
 34784 | D:7      | 34784 ||| Stepping ~*~*~tactically~*~*~ (outnumbered).
 34786 | D:7      | 34786 ||| Stepping ~*~*~tactically~*~*~ (outnumbered).
 34788 | D:7      | 34788 ||| Stepping ~*~*~tactically~*~*~ (outnumbered).
 34790 | D:7      | 34790 ||| Stepping ~*~*~tactically~*~*~ (outnumbered).
 34792 | D:7      | 34792 ||| Stepping ~*~*~tactically~*~*~ (outnumbered).
 34794 | D:7      | 34794 ||| Stepping ~*~*~tactically~*~*~ (outnumbered).
 34796 | D:7      | 34796 ||| Stepping ~*~*~tactically~*~*~ (outnumbered).
 34798 | D:7      | 34798 ||| Stepping ~*~*~tactically~*~*~ (outnumbered).
 34800 | D:7      | 34800 ||| Stepping ~*~*~tactically~*~*~ (outnumbered).
 34802 | D:7      | 34802 ||| Stepping ~*~*~tactically~*~*~ (outnumbered).
 34804 | D:7      | 34804 ||| Stepping ~*~*~tactically~*~*~ (outnumbered).
 34806 | D:7      | 34806 ||| Stepping ~*~*~tactically~*~*~ (outnumbered).
 34808 | D:7      | 34808 ||| Stepping ~*~*~tactically~*~*~ (outnumbered).
 34810 | D:7      | 34810 ||| Stepping ~*~*~tactically~*~*~ (outnumbered).
 34812 | D:7      | 34812 ||| Stepping ~*~*~tactically~*~*~ (outnumbered).
 34814 | D:7      | 34814 ||| Stepping ~*~*~tactically~*~*~ (outnumbered).
 34816 | D:7      | 34816 ||| Stepping ~*~*~tactically~*~*~ (outnumbered).
 34818 | D:7      | 34818 ||| Stepping ~*~*~tactically~*~*~ (outnumbered).
 34820 | D:7      | 34820 ||| Stepping ~*~*~tactically~*~*~ (outnumbered).
 34822 | D:7      | 34822 ||| Stepping ~*~*~tactically~*~*~ (outnumbered).
 34824 | D:7      | 34824 ||| Stepping ~*~*~tactically~*~*~ (outnumbered).
 34826 | D:7      | 34826 ||| Stepping ~*~*~tactically~*~*~ (outnumbered).
 34828 | D:7      | 34828 ||| Stepping ~*~*~tactically~*~*~ (outnumbered).
 34830 | D:7      | 34830 ||| Stepping ~*~*~tactically~*~*~ (outnumbered).
 34832 | D:7      | 34832 ||| Stepping ~*~*~tactically~*~*~ (outnumbered).
 34834 | D:7      | 34834 ||| Stepping ~*~*~tactically~*~*~ (outnumbered).
 34836 | D:7      | 34836 ||| Stepping ~*~*~tactically~*~*~ (outnumbered).
 34838 | D:7      | 34838 ||| Stepping ~*~*~tactically~*~*~ (outnumbered).
 34840 | D:7      | 34840 ||| Stepping ~*~*~tactically~*~*~ (outnumbered).
 34842 | D:7      | 34842 ||| Stepping ~*~*~tactically~*~*~ (outnumbered).
 34844 | D:7      | 34844 ||| Stepping ~*~*~tactically~*~*~ (outnumbered).
 34846 | D:7      | 34846 ||| Stepping ~*~*~tactically~*~*~ (outnumbered).
 34848 | D:7      | 34848 ||| Stepping ~*~*~tactically~*~*~ (outnumbered).
 34850 | D:7      | 34850 ||| Stepping ~*~*~tactically~*~*~ (outnumbered).
 34852 | D:7      | 34852 ||| Stepping ~*~*~tactically~*~*~ (outnumbered).
 34854 | D:7      | 34854 ||| Stepping ~*~*~tactically~*~*~ (outnumbered).
 34856 | D:7      | 34856 ||| Stepping ~*~*~tactically~*~*~ (outnumbered).
 34858 | D:7      | 34858 ||| Stepping ~*~*~tactically~*~*~ (outnumbered).
 34860 | D:7      | 34860 ||| Stepping ~*~*~tactically~*~*~ (outnumbered).
 34862 | D:7      | 34862 ||| Stepping ~*~*~tactically~*~*~ (outnumbered).
 34864 | D:7      | 34864 ||| Stepping ~*~*~tactically~*~*~ (outnumbered).
 34866 | D:7      | 34866 ||| Stepping ~*~*~tactically~*~*~ (outnumbered).
 34868 | D:7      | 34868 ||| Stepping ~*~*~tactically~*~*~ (outnumbered).
 34870 | D:7      | 34870 ||| Stepping ~*~*~tactically~*~*~ (outnumbered).
 34872 | D:7      | 34872 ||| Stepping ~*~*~tactically~*~*~ (outnumbered).
 34874 | D:7      | 34874 ||| Stepping ~*~*~tactically~*~*~ (outnumbered).
 34876 | D:7      | 34876 ||| Stepping ~*~*~tactically~*~*~ (outnumbered).
 34878 | D:7      | 34878 ||| Stepping ~*~*~tactically~*~*~ (outnumbered).
 34880 | D:7      | 34880 ||| Stepping ~*~*~tactically~*~*~ (outnumbered).
 34882 | D:7      | 34882 ||| Stepping ~*~*~tactically~*~*~ (outnumbered).
 34884 | D:7      | 34884 ||| Stepping ~*~*~tactically~*~*~ (outnumbered).
 34886 | D:7      | 34886 ||| Stepping ~*~*~tactically~*~*~ (outnumbered).
 34888 | D:7      | 34888 ||| Stepping ~*~*~tactically~*~*~ (outnumbered).
 34890 | D:7      | 34890 ||| Stepping ~*~*~tactically~*~*~ (outnumbered).
 34892 | D:7      | 34892 ||| Stepping ~*~*~tactically~*~*~ (outnumbered).
 34894 | D:7      | 34894 ||| Stepping ~*~*~tactically~*~*~ (outnumbered).
 34896 | D:7      | 34896 ||| Stepping ~*~*~tactically~*~*~ (outnumbered).
 34898 | D:7      | 34898 ||| Stepping ~*~*~tactically~*~*~ (outnumbered).
 34900 | D:7      | 34900 ||| Stepping ~*~*~tactically~*~*~ (outnumbered).
 34902 | D:7      | 34902 ||| Stepping ~*~*~tactically~*~*~ (outnumbered).
 34904 | D:7      | 34904 ||| Stepping ~*~*~tactically~*~*~ (outnumbered).
 34906 | D:7      | 34906 ||| Stepping ~*~*~tactically~*~*~ (outnumbered).
 34908 | D:7      | 34908 ||| Stepping ~*~*~tactically~*~*~ (outnumbered).
 34910 | D:7      | 34910 ||| Stepping ~*~*~tactically~*~*~ (outnumbered).
 34912 | D:7      | 34912 ||| Stepping ~*~*~tactically~*~*~ (outnumbered).
 34914 | D:7      | 34914 ||| Stepping ~*~*~tactically~*~*~ (outnumbered).
 34916 | D:7      | 34916 ||| Stepping ~*~*~tactically~*~*~ (outnumbered).
 34918 | D:7      | 34918 ||| Stepping ~*~*~tactically~*~*~ (outnumbered).
 34920 | D:7      | 34920 ||| Stepping ~*~*~tactically~*~*~ (outnumbered).
 34922 | D:7      | 34922 ||| Stepping ~*~*~tactically~*~*~ (outnumbered).
 34924 | D:7      | 34924 ||| Stepping ~*~*~tactically~*~*~ (outnumbered).
 34926 | D:7      | 34926 ||| Stepping ~*~*~tactically~*~*~ (outnumbered).
 34928 | D:7      | 34928 ||| Stepping ~*~*~tactically~*~*~ (outnumbered).
 34930 | D:7      | 34930 ||| Stepping ~*~*~tactically~*~*~ (outnumbered).
 34932 | D:7      | 34932 ||| Stepping ~*~*~tactically~*~*~ (outnumbered).
 34934 | D:7      | 34934 ||| Stepping ~*~*~tactically~*~*~ (outnumbered).
 34936 | D:7      | 34936 ||| Stepping ~*~*~tactically~*~*~ (outnumbered).
 34938 | D:7      | 34938 ||| Stepping ~*~*~tactically~*~*~ (outnumbered).
 34940 | D:7      | 34940 ||| Stepping ~*~*~tactically~*~*~ (outnumbered).
 34942 | D:7      | 34942 ||| Stepping ~*~*~tactically~*~*~ (outnumbered).
 34944 | D:7      | 34944 ||| Stepping ~*~*~tactically~*~*~ (outnumbered).
 34946 | D:7      | 34946 ||| Stepping ~*~*~tactically~*~*~ (outnumbered).
 34948 | D:7      | 34948 ||| Stepping ~*~*~tactically~*~*~ (outnumbered).
 34950 | D:7      | 34950 ||| Stepping ~*~*~tactically~*~*~ (outnumbered).
 34952 | D:7      | 34952 ||| Stepping ~*~*~tactically~*~*~ (outnumbered).
 34954 | D:7      | 34954 ||| Stepping ~*~*~tactically~*~*~ (outnumbered).
 34956 | D:7      | 34956 ||| Stepping ~*~*~tactically~*~*~ (outnumbered).
 34958 | D:7      | 34958 ||| Stepping ~*~*~tactically~*~*~ (outnumbered).
 34960 | D:7      | 34960 ||| Stepping ~*~*~tactically~*~*~ (outnumbered).
 34962 | D:7      | 34962 ||| Stepping ~*~*~tactically~*~*~ (outnumbered).
 34964 | D:7      | 34964 ||| Stepping ~*~*~tactically~*~*~ (outnumbered).
 34966 | D:7      | 34966 ||| Stepping ~*~*~tactically~*~*~ (outnumbered).
 34968 | D:7      | 34968 ||| Stepping ~*~*~tactically~*~*~ (outnumbered).
 34970 | D:7      | 34970 ||| Stepping ~*~*~tactically~*~*~ (outnumbered).
 34972 | D:7      | 34972 ||| Stepping ~*~*~tactically~*~*~ (outnumbered).
 34974 | D:7      | 34974 ||| Stepping ~*~*~tactically~*~*~ (outnumbered).
 34976 | D:7      | 34976 ||| Stepping ~*~*~tactically~*~*~ (outnumbered).
 34978 | D:7      | 34978 ||| Stepping ~*~*~tactically~*~*~ (outnumbered).
 34980 | D:7      | 34980 ||| Stepping ~*~*~tactically~*~*~ (outnumbered).
 34982 | D:7      | 34982 ||| Stepping ~*~*~tactically~*~*~ (outnumbered).
 34984 | D:7      | 34984 ||| Stepping ~*~*~tactically~*~*~ (outnumbered).
 34986 | D:7      | 34986 ||| Stepping ~*~*~tactically~*~*~ (outnumbered).
 34988 | D:7      | 34988 ||| Stepping ~*~*~tactically~*~*~ (outnumbered).
 34990 | D:7      | 34990 ||| Stepping ~*~*~tactically~*~*~ (outnumbered).
 34992 | D:7      | 34992 ||| Stepping ~*~*~tactically~*~*~ (outnumbered).
 34994 | D:7      | 34994 ||| Stepping ~*~*~tactically~*~*~ (outnumbered).
 34996 | D:7      | 34996 ||| Stepping ~*~*~tactically~*~*~ (outnumbered).
 34998 | D:7      | 34998 ||| Stepping ~*~*~tactically~*~*~ (outnumbered).
 35000 | D:7      | 35000 ||| Stepping ~*~*~tactically~*~*~ (outnumbered).
 35002 | D:7      | 35002 ||| Stepping ~*~*~tactically~*~*~ (outnumbered).
 35004 | D:7      | 35004 ||| Stepping ~*~*~tactically~*~*~ (outnumbered).
 35006 | D:7      | 35006 ||| Stepping ~*~*~tactically~*~*~ (outnumbered).
 35008 | D:7      | 35008 ||| Stepping ~*~*~tactically~*~*~ (outnumbered).
 35010 | D:7      | 35010 ||| Stepping ~*~*~tactically~*~*~ (outnumbered).
 35012 | D:7      | 35012 ||| Stepping ~*~*~tactically~*~*~ (outnumbered).
 35014 | D:7      | 35014 ||| Stepping ~*~*~tactically~*~*~ (outnumbered).
 35016 | D:7      | 35016 ||| Stepping ~*~*~tactically~*~*~ (outnumbered).
 35018 | D:7      | 35018 ||| Stepping ~*~*~tactically~*~*~ (outnumbered).
 35020 | D:7      | 35020 ||| Stepping ~*~*~tactically~*~*~ (outnumbered).
 35022 | D:7      | 35022 ||| Stepping ~*~*~tactically~*~*~ (outnumbered).
 35024 | D:7      | 35024 ||| Stepping ~*~*~tactically~*~*~ (outnumbered).
 35026 | D:7      | 35026 ||| Stepping ~*~*~tactically~*~*~ (outnumbered).
 35028 | D:7      | 35028 ||| Stepping ~*~*~tactically~*~*~ (outnumbered).
 35030 | D:7      | 35030 ||| Stepping ~*~*~tactically~*~*~ (outnumbered).
 35032 | D:7      | 35032 ||| Stepping ~*~*~tactically~*~*~ (outnumbered).
 35034 | D:7      | 35034 ||| Stepping ~*~*~tactically~*~*~ (outnumbered).
 35036 | D:7      | 35036 ||| Stepping ~*~*~tactically~*~*~ (outnumbered).
 35038 | D:7      | 35038 ||| Stepping ~*~*~tactically~*~*~ (outnumbered).
 35040 | D:7      | 35040 ||| Stepping ~*~*~tactically~*~*~ (outnumbered).
 35042 | D:7      | 35042 ||| Stepping ~*~*~tactically~*~*~ (outnumbered).
 35044 | D:7      | 35044 ||| Stepping ~*~*~tactically~*~*~ (outnumbered).
 35046 | D:7      | 35046 ||| Stepping ~*~*~tactically~*~*~ (outnumbered).
 35048 | D:7      | 35048 ||| Stepping ~*~*~tactically~*~*~ (outnumbered).
 35050 | D:7      | 35050 ||| Stepping ~*~*~tactically~*~*~ (outnumbered).
 35052 | D:7      | 35052 ||| Stepping ~*~*~tactically~*~*~ (outnumbered).
 35054 | D:7      | 35054 ||| Stepping ~*~*~tactically~*~*~ (outnumbered).
 35056 | D:7      | 35056 ||| Stepping ~*~*~tactically~*~*~ (outnumbered).
 35058 | D:7      | 35058 ||| Stepping ~*~*~tactically~*~*~ (outnumbered).
 35060 | D:7      | 35060 ||| Stepping ~*~*~tactically~*~*~ (outnumbered).
 35062 | D:7      | 35062 ||| Stepping ~*~*~tactically~*~*~ (outnumbered).
 35064 | D:7      | 35064 ||| Stepping ~*~*~tactically~*~*~ (outnumbered).
 35066 | D:7      | 35066 ||| Stepping ~*~*~tactically~*~*~ (outnumbered).
 35068 | D:7      | 35068 ||| Stepping ~*~*~tactically~*~*~ (outnumbered).
 35070 | D:7      | 35070 ||| Stepping ~*~*~tactically~*~*~ (outnumbered).
 35072 | D:7      | 35072 ||| Stepping ~*~*~tactically~*~*~ (outnumbered).
 35074 | D:7      | 35074 ||| Stepping ~*~*~tactically~*~*~ (outnumbered).
 35076 | D:7      | 35076 ||| Stepping ~*~*~tactically~*~*~ (outnumbered).
 35078 | D:7      | 35078 ||| Stepping ~*~*~tactically~*~*~ (outnumbered).
 35080 | D:7      | 35080 ||| Stepping ~*~*~tactically~*~*~ (outnumbered).
 35082 | D:7      | 35082 ||| Stepping ~*~*~tactically~*~*~ (outnumbered).
 35084 | D:7      | 35084 ||| Stepping ~*~*~tactically~*~*~ (outnumbered).
 35086 | D:7      | 35086 ||| Stepping ~*~*~tactically~*~*~ (outnumbered).
 35088 | D:7      | 35088 ||| Stepping ~*~*~tactically~*~*~ (outnumbered).
 35090 | D:7      | 35090 ||| Stepping ~*~*~tactically~*~*~ (outnumbered).
 35092 | D:7      | 35092 ||| Stepping ~*~*~tactically~*~*~ (outnumbered).
 35094 | D:7      | 35094 ||| Stepping ~*~*~tactically~*~*~ (outnumbered).
 35096 | D:7      | 35096 ||| Stepping ~*~*~tactically~*~*~ (outnumbered).
 35098 | D:7      | 35098 ||| Stepping ~*~*~tactically~*~*~ (outnumbered).
 35100 | D:7      | 35100 ||| Stepping ~*~*~tactically~*~*~ (outnumbered).
 35102 | D:7      | 35102 ||| Stepping ~*~*~tactically~*~*~ (outnumbered).
 35104 | D:7      | 35104 ||| Stepping ~*~*~tactically~*~*~ (outnumbered).
 35106 | D:7      | 35106 ||| Stepping ~*~*~tactically~*~*~ (outnumbered).
 35108 | D:7      | 35108 ||| Stepping ~*~*~tactically~*~*~ (outnumbered).
 35110 | D:7      | 35110 ||| Stepping ~*~*~tactically~*~*~ (outnumbered).
 35112 | D:7      | 35112 ||| Stepping ~*~*~tactically~*~*~ (outnumbered).
 35114 | D:7      | 35114 ||| Stepping ~*~*~tactically~*~*~ (outnumbered).
 35116 | D:7      | 35116 ||| Stepping ~*~*~tactically~*~*~ (outnumbered).
 35118 | D:7      | 35118 ||| Stepping ~*~*~tactically~*~*~ (outnumbered).
 35120 | D:7      | 35120 ||| Stepping ~*~*~tactically~*~*~ (outnumbered).
 35122 | D:7      | 35122 ||| Stepping ~*~*~tactically~*~*~ (outnumbered).
 35124 | D:7      | 35124 ||| Stepping ~*~*~tactically~*~*~ (outnumbered).
 35126 | D:7      | 35126 ||| Stepping ~*~*~tactically~*~*~ (outnumbered).
 35128 | D:7      | 35128 ||| Stepping ~*~*~tactically~*~*~ (outnumbered).
 35130 | D:7      | 35130 ||| Stepping ~*~*~tactically~*~*~ (outnumbered).
 35132 | D:7      | 35132 ||| Stepping ~*~*~tactically~*~*~ (outnumbered).
 35134 | D:7      | 35134 ||| Stepping ~*~*~tactically~*~*~ (outnumbered).
 35136 | D:7      | 35136 ||| Stepping ~*~*~tactically~*~*~ (outnumbered).
 35138 | D:7      | 35138 ||| Stepping ~*~*~tactically~*~*~ (outnumbered).
 35140 | D:7      | 35140 ||| Stepping ~*~*~tactically~*~*~ (outnumbered).
 35142 | D:7      | 35142 ||| Stepping ~*~*~tactically~*~*~ (outnumbered).
 35144 | D:7      | 35144 ||| Stepping ~*~*~tactically~*~*~ (outnumbered).
 35146 | D:7      | 35146 ||| Stepping ~*~*~tactically~*~*~ (outnumbered).
 35148 | D:7      | 35148 ||| Stepping ~*~*~tactically~*~*~ (outnumbered).
 35150 | D:7      | 35150 ||| Stepping ~*~*~tactically~*~*~ (outnumbered).
 35152 | D:7      | 35152 ||| Stepping ~*~*~tactically~*~*~ (outnumbered).
 35154 | D:7      | 35154 ||| Stepping ~*~*~tactically~*~*~ (outnumbered).
 35156 | D:7      | 35156 ||| Stepping ~*~*~tactically~*~*~ (outnumbered).
 35158 | D:7      | 35158 ||| Stepping ~*~*~tactically~*~*~ (outnumbered).
 35160 | D:7      | 35160 ||| Stepping ~*~*~tactically~*~*~ (outnumbered).
 35162 | D:7      | 35162 ||| Stepping ~*~*~tactically~*~*~ (outnumbered).
 35164 | D:7      | 35164 ||| Stepping ~*~*~tactically~*~*~ (outnumbered).
 35166 | D:7      | 35166 ||| Stepping ~*~*~tactically~*~*~ (outnumbered).
 35168 | D:7      | 35168 ||| Stepping ~*~*~tactically~*~*~ (outnumbered).
 35170 | D:7      | 35170 ||| Stepping ~*~*~tactically~*~*~ (outnumbered).
 35172 | D:7      | 35172 ||| Stepping ~*~*~tactically~*~*~ (outnumbered).
 35174 | D:7      | 35174 ||| Stepping ~*~*~tactically~*~*~ (outnumbered).
 35176 | D:7      | 35176 ||| Stepping ~*~*~tactically~*~*~ (outnumbered).
 35178 | D:7      | 35178 ||| Stepping ~*~*~tactically~*~*~ (outnumbered).
 35180 | D:7      | 35180 ||| Stepping ~*~*~tactically~*~*~ (outnumbered).
 35182 | D:7      | 35182 ||| Stepping ~*~*~tactically~*~*~ (outnumbered).
 35184 | D:7      | 35184 ||| Stepping ~*~*~tactically~*~*~ (outnumbered).
 35186 | D:7      | 35186 ||| Stepping ~*~*~tactically~*~*~ (outnumbered).
 35188 | D:7      | 35188 ||| Stepping ~*~*~tactically~*~*~ (outnumbered).
 35190 | D:7      | 35190 ||| Stepping ~*~*~tactically~*~*~ (outnumbered).
 35192 | D:7      | 35192 ||| Stepping ~*~*~tactically~*~*~ (outnumbered).
 35194 | D:7      | 35194 ||| Stepping ~*~*~tactically~*~*~ (outnumbered).
 35196 | D:7      | 35196 ||| Stepping ~*~*~tactically~*~*~ (outnumbered).
 35198 | D:7      | 35198 ||| Stepping ~*~*~tactically~*~*~ (outnumbered).
 35200 | D:7      | 35200 ||| Stepping ~*~*~tactically~*~*~ (outnumbered).
 35202 | D:7      | 35202 ||| Stepping ~*~*~tactically~*~*~ (outnumbered).
 35204 | D:7      | 35204 ||| Stepping ~*~*~tactically~*~*~ (outnumbered).
 35206 | D:7      | 35206 ||| Stepping ~*~*~tactically~*~*~ (outnumbered).
 35208 | D:7      | 35208 ||| Stepping ~*~*~tactically~*~*~ (outnumbered).
 35210 | D:7      | 35210 ||| Stepping ~*~*~tactically~*~*~ (outnumbered).
 35212 | D:7      | 35212 ||| Stepping ~*~*~tactically~*~*~ (outnumbered).
 35214 | D:7      | 35214 ||| Stepping ~*~*~tactically~*~*~ (outnumbered).
 35216 | D:7      | 35216 ||| Stepping ~*~*~tactically~*~*~ (outnumbered).
 35218 | D:7      | 35218 ||| Stepping ~*~*~tactically~*~*~ (outnumbered).
 35220 | D:7      | 35220 ||| Stepping ~*~*~tactically~*~*~ (outnumbered).
 35222 | D:7      | 35222 ||| Stepping ~*~*~tactically~*~*~ (outnumbered).
 35224 | D:7      | 35224 ||| Stepping ~*~*~tactically~*~*~ (outnumbered).
 35226 | D:7      | 35226 ||| Stepping ~*~*~tactically~*~*~ (outnumbered).
 35228 | D:7      | 35228 ||| Stepping ~*~*~tactically~*~*~ (outnumbered).
 35230 | D:7      | 35230 ||| Stepping ~*~*~tactically~*~*~ (outnumbered).
 35232 | D:7      | 35232 ||| Stepping ~*~*~tactically~*~*~ (outnumbered).
 35234 | D:7      | 35234 ||| Stepping ~*~*~tactically~*~*~ (outnumbered).
 35236 | D:7      | 35236 ||| Stepping ~*~*~tactically~*~*~ (outnumbered).
 35238 | D:7      | 35238 ||| Stepping ~*~*~tactically~*~*~ (outnumbered).
 35240 | D:7      | 35240 ||| Stepping ~*~*~tactically~*~*~ (outnumbered).
 35242 | D:7      | 35242 ||| Stepping ~*~*~tactically~*~*~ (outnumbered).
 35244 | D:7      | 35244 ||| Stepping ~*~*~tactically~*~*~ (outnumbered).
 35245 | D:7      | Glimpsed the power of Zot.
 35246 | D:7      | 35246 ||| Stepping ~*~*~tactically~*~*~ (outnumbered).
 35248 | D:7      | 35248 ||| Stepping ~*~*~tactically~*~*~ (outnumbered).
 35250 | D:7      | 35250 ||| Stepping ~*~*~tactically~*~*~ (outnumbered).
 35252 | D:7      | 35252 ||| Stepping ~*~*~tactically~*~*~ (outnumbered).
 35254 | D:7      | 35254 ||| Stepping ~*~*~tactically~*~*~ (outnumbered).
 35256 | D:7      | 35256 ||| Stepping ~*~*~tactically~*~*~ (outnumbered).
 35258 | D:7      | 35258 ||| Stepping ~*~*~tactically~*~*~ (outnumbered).
 35260 | D:7      | 35260 ||| Stepping ~*~*~tactically~*~*~ (outnumbered).
 35262 | D:7      | 35262 ||| Stepping ~*~*~tactically~*~*~ (outnumbered).
 35264 | D:7      | 35264 ||| Stepping ~*~*~tactically~*~*~ (outnumbered).
 35266 | D:7      | 35266 ||| Stepping ~*~*~tactically~*~*~ (outnumbered).
 35268 | D:7      | 35268 ||| Stepping ~*~*~tactically~*~*~ (outnumbered).
 35270 | D:7      | 35270 ||| Stepping ~*~*~tactically~*~*~ (outnumbered).
 35272 | D:7      | 35272 ||| Stepping ~*~*~tactically~*~*~ (outnumbered).
 35274 | D:7      | 35274 ||| Stepping ~*~*~tactically~*~*~ (outnumbered).
 35276 | D:7      | 35276 ||| Stepping ~*~*~tactically~*~*~ (outnumbered).
 35278 | D:7      | 35278 ||| Stepping ~*~*~tactically~*~*~ (outnumbered).
 35280 | D:7      | 35280 ||| Stepping ~*~*~tactically~*~*~ (outnumbered).
 35282 | D:7      | 35282 ||| Stepping ~*~*~tactically~*~*~ (outnumbered).
 35284 | D:7      | 35284 ||| Stepping ~*~*~tactically~*~*~ (outnumbered).
 35286 | D:7      | 35286 ||| Stepping ~*~*~tactically~*~*~ (outnumbered).
 35288 | D:7      | 35288 ||| Stepping ~*~*~tactically~*~*~ (outnumbered).
 35290 | D:7      | 35290 ||| Stepping ~*~*~tactically~*~*~ (outnumbered).
 35292 | D:7      | 35292 ||| Stepping ~*~*~tactically~*~*~ (outnumbered).
 35294 | D:7      | 35294 ||| Stepping ~*~*~tactically~*~*~ (outnumbered).
 35296 | D:7      | 35296 ||| Stepping ~*~*~tactically~*~*~ (outnumbered).
 35298 | D:7      | 35298 ||| Stepping ~*~*~tactically~*~*~ (outnumbered).
 35300 | D:7      | 35300 ||| Stepping ~*~*~tactically~*~*~ (outnumbered).
 35302 | D:7      | 35302 ||| Stepping ~*~*~tactically~*~*~ (outnumbered).
 35304 | D:7      | 35304 ||| Stepping ~*~*~tactically~*~*~ (outnumbered).
 35306 | D:7      | 35306 ||| Stepping ~*~*~tactically~*~*~ (outnumbered).
 35308 | D:7      | 35308 ||| Stepping ~*~*~tactically~*~*~ (outnumbered).
 35310 | D:7      | 35310 ||| Stepping ~*~*~tactically~*~*~ (outnumbered).
 35312 | D:7      | 35312 ||| Stepping ~*~*~tactically~*~*~ (outnumbered).
 35314 | D:7      | 35314 ||| Stepping ~*~*~tactically~*~*~ (outnumbered).
 35316 | D:7      | 35316 ||| Stepping ~*~*~tactically~*~*~ (outnumbered).
 35318 | D:7      | 35318 ||| Stepping ~*~*~tactically~*~*~ (outnumbered).
 35320 | D:7      | 35320 ||| Stepping ~*~*~tactically~*~*~ (outnumbered).
 35322 | D:7      | 35322 ||| Stepping ~*~*~tactically~*~*~ (outnumbered).
 35324 | D:7      | 35324 ||| Stepping ~*~*~tactically~*~*~ (outnumbered).
 35326 | D:7      | 35326 ||| Stepping ~*~*~tactically~*~*~ (outnumbered).
 35328 | D:7      | 35328 ||| Stepping ~*~*~tactically~*~*~ (outnumbered).
 35330 | D:7      | 35330 ||| Stepping ~*~*~tactically~*~*~ (outnumbered).
 35332 | D:7      | 35332 ||| Stepping ~*~*~tactically~*~*~ (outnumbered).
 35334 | D:7      | 35334 ||| Stepping ~*~*~tactically~*~*~ (outnumbered).
 35336 | D:7      | 35336 ||| Stepping ~*~*~tactically~*~*~ (outnumbered).
 35338 | D:7      | 35338 ||| Stepping ~*~*~tactically~*~*~ (outnumbered).
 35340 | D:7      | 35340 ||| Stepping ~*~*~tactically~*~*~ (outnumbered).
 35342 | D:7      | 35342 ||| Stepping ~*~*~tactically~*~*~ (outnumbered).
 35344 | D:7      | 35344 ||| Stepping ~*~*~tactically~*~*~ (outnumbered).
 35346 | D:7      | 35346 ||| Stepping ~*~*~tactically~*~*~ (outnumbered).
 35348 | D:7      | 35348 ||| Stepping ~*~*~tactically~*~*~ (outnumbered).
 35350 | D:7      | 35350 ||| Stepping ~*~*~tactically~*~*~ (outnumbered).
 35352 | D:7      | 35352 ||| Stepping ~*~*~tactically~*~*~ (outnumbered).
 35354 | D:7      | 35354 ||| Stepping ~*~*~tactically~*~*~ (outnumbered).
 35356 | D:7      | 35356 ||| Stepping ~*~*~tactically~*~*~ (outnumbered).
 35358 | D:7      | 35358 ||| Stepping ~*~*~tactically~*~*~ (outnumbered).
 35360 | D:7      | 35360 ||| Stepping ~*~*~tactically~*~*~ (outnumbered).
 35362 | D:7      | 35362 ||| Stepping ~*~*~tactically~*~*~ (outnumbered).
 35364 | D:7      | 35364 ||| Stepping ~*~*~tactically~*~*~ (outnumbered).
 35366 | D:7      | 35366 ||| Stepping ~*~*~tactically~*~*~ (outnumbered).
 35368 | D:7      | 35368 ||| Stepping ~*~*~tactically~*~*~ (outnumbered).
 35370 | D:7      | 35370 ||| Stepping ~*~*~tactically~*~*~ (outnumbered).
 35372 | D:7      | 35372 ||| Stepping ~*~*~tactically~*~*~ (outnumbered).
 35374 | D:7      | 35374 ||| Stepping ~*~*~tactically~*~*~ (outnumbered).
 35376 | D:7      | 35376 ||| Stepping ~*~*~tactically~*~*~ (outnumbered).
 35378 | D:7      | 35378 ||| Stepping ~*~*~tactically~*~*~ (outnumbered).
 35380 | D:7      | 35380 ||| Stepping ~*~*~tactically~*~*~ (outnumbered).
 35382 | D:7      | 35382 ||| Stepping ~*~*~tactically~*~*~ (outnumbered).
 35384 | D:7      | 35384 ||| Stepping ~*~*~tactically~*~*~ (outnumbered).
 35386 | D:7      | 35386 ||| Stepping ~*~*~tactically~*~*~ (outnumbered).
 35388 | D:7      | 35388 ||| Stepping ~*~*~tactically~*~*~ (outnumbered).
 35390 | D:7      | 35390 ||| Stepping ~*~*~tactically~*~*~ (outnumbered).
 35392 | D:7      | 35392 ||| Stepping ~*~*~tactically~*~*~ (outnumbered).
 35394 | D:7      | 35394 ||| Stepping ~*~*~tactically~*~*~ (outnumbered).
 35396 | D:7      | 35396 ||| Stepping ~*~*~tactically~*~*~ (outnumbered).
 35398 | D:7      | 35398 ||| Stepping ~*~*~tactically~*~*~ (outnumbered).
 35400 | D:7      | 35400 ||| Stepping ~*~*~tactically~*~*~ (outnumbered).
 35402 | D:7      | 35402 ||| Stepping ~*~*~tactically~*~*~ (outnumbered).
 35404 | D:7      | 35404 ||| Stepping ~*~*~tactically~*~*~ (outnumbered).
 35406 | D:7      | 35406 ||| Stepping ~*~*~tactically~*~*~ (outnumbered).
 35408 | D:7      | 35408 ||| Stepping ~*~*~tactically~*~*~ (outnumbered).
 35410 | D:7      | 35410 ||| Stepping ~*~*~tactically~*~*~ (outnumbered).
 35412 | D:7      | 35412 ||| Stepping ~*~*~tactically~*~*~ (outnumbered).
 35414 | D:7      | 35414 ||| Stepping ~*~*~tactically~*~*~ (outnumbered).
 35416 | D:7      | 35416 ||| Stepping ~*~*~tactically~*~*~ (outnumbered).
 35418 | D:7      | 35418 ||| Stepping ~*~*~tactically~*~*~ (outnumbered).
 35420 | D:7      | 35420 ||| Stepping ~*~*~tactically~*~*~ (outnumbered).
 35422 | D:7      | 35422 ||| Stepping ~*~*~tactically~*~*~ (outnumbered).
 35424 | D:7      | 35424 ||| Stepping ~*~*~tactically~*~*~ (outnumbered).
 35426 | D:7      | 35426 ||| Stepping ~*~*~tactically~*~*~ (outnumbered).
 35428 | D:7      | 35428 ||| Stepping ~*~*~tactically~*~*~ (outnumbered).
 35430 | D:7      | 35430 ||| Stepping ~*~*~tactically~*~*~ (outnumbered).
 35432 | D:7      | 35432 ||| Stepping ~*~*~tactically~*~*~ (outnumbered).
 35434 | D:7      | 35434 ||| Stepping ~*~*~tactically~*~*~ (outnumbered).
 35436 | D:7      | 35436 ||| Stepping ~*~*~tactically~*~*~ (outnumbered).
 35438 | D:7      | 35438 ||| Stepping ~*~*~tactically~*~*~ (outnumbered).
 35440 | D:7      | 35440 ||| Stepping ~*~*~tactically~*~*~ (outnumbered).
 35442 | D:7      | 35442 ||| Stepping ~*~*~tactically~*~*~ (outnumbered).
 35444 | D:7      | 35444 ||| Stepping ~*~*~tactically~*~*~ (outnumbered).
 35446 | D:7      | 35446 ||| Stepping ~*~*~tactically~*~*~ (outnumbered).
 35448 | D:7      | 35448 ||| Stepping ~*~*~tactically~*~*~ (outnumbered).
 35450 | D:7      | 35450 ||| Stepping ~*~*~tactically~*~*~ (outnumbered).
 35452 | D:7      | 35452 ||| Stepping ~*~*~tactically~*~*~ (outnumbered).
 35454 | D:7      | 35454 ||| Stepping ~*~*~tactically~*~*~ (outnumbered).
 35456 | D:7      | 35456 ||| Stepping ~*~*~tactically~*~*~ (outnumbered).
 35458 | D:7      | 35458 ||| Stepping ~*~*~tactically~*~*~ (outnumbered).
 35460 | D:7      | 35460 ||| Stepping ~*~*~tactically~*~*~ (outnumbered).
 35462 | D:7      | 35462 ||| Stepping ~*~*~tactically~*~*~ (outnumbered).
 35464 | D:7      | 35464 ||| Stepping ~*~*~tactically~*~*~ (outnumbered).
 35466 | D:7      | 35466 ||| Stepping ~*~*~tactically~*~*~ (outnumbered).
 35468 | D:7      | 35468 ||| Stepping ~*~*~tactically~*~*~ (outnumbered).
 35470 | D:7      | 35470 ||| Stepping ~*~*~tactically~*~*~ (outnumbered).
 35472 | D:7      | 35472 ||| Stepping ~*~*~tactically~*~*~ (outnumbered).
 35474 | D:7      | 35474 ||| Stepping ~*~*~tactically~*~*~ (outnumbered).
 35476 | D:7      | 35476 ||| Stepping ~*~*~tactically~*~*~ (outnumbered).
 35478 | D:7      | 35478 ||| Stepping ~*~*~tactically~*~*~ (outnumbered).
 35480 | D:7      | 35480 ||| Stepping ~*~*~tactically~*~*~ (outnumbered).
 35482 | D:7      | 35482 ||| Stepping ~*~*~tactically~*~*~ (outnumbered).
 35484 | D:7      | 35484 ||| Stepping ~*~*~tactically~*~*~ (outnumbered).
 35486 | D:7      | 35486 ||| Stepping ~*~*~tactically~*~*~ (outnumbered).
 35488 | D:7      | 35488 ||| Stepping ~*~*~tactically~*~*~ (outnumbered).
 35490 | D:7      | 35490 ||| Stepping ~*~*~tactically~*~*~ (outnumbered).
 35492 | D:7      | 35492 ||| Stepping ~*~*~tactically~*~*~ (outnumbered).
 35494 | D:7      | 35494 ||| Stepping ~*~*~tactically~*~*~ (outnumbered).
 35496 | D:7      | 35496 ||| Stepping ~*~*~tactically~*~*~ (outnumbered).
 35498 | D:7      | 35498 ||| Stepping ~*~*~tactically~*~*~ (outnumbered).
 35500 | D:7      | 35500 ||| Stepping ~*~*~tactically~*~*~ (outnumbered).
 35502 | D:7      | 35502 ||| Stepping ~*~*~tactically~*~*~ (outnumbered).
 35504 | D:7      | 35504 ||| Stepping ~*~*~tactically~*~*~ (outnumbered).
 35506 | D:7      | 35506 ||| Stepping ~*~*~tactically~*~*~ (outnumbered).
 35508 | D:7      | 35508 ||| Stepping ~*~*~tactically~*~*~ (outnumbered).
 35510 | D:7      | 35510 ||| Stepping ~*~*~tactically~*~*~ (outnumbered).
 35512 | D:7      | 35512 ||| Stepping ~*~*~tactically~*~*~ (outnumbered).
 35514 | D:7      | 35514 ||| Stepping ~*~*~tactically~*~*~ (outnumbered).
 35516 | D:7      | 35516 ||| Stepping ~*~*~tactically~*~*~ (outnumbered).
 35518 | D:7      | 35518 ||| Stepping ~*~*~tactically~*~*~ (outnumbered).
 35520 | D:7      | 35520 ||| Stepping ~*~*~tactically~*~*~ (outnumbered).
 35522 | D:7      | 35522 ||| Stepping ~*~*~tactically~*~*~ (outnumbered).
 35524 | D:7      | 35524 ||| Stepping ~*~*~tactically~*~*~ (outnumbered).
 35526 | D:7      | 35526 ||| Stepping ~*~*~tactically~*~*~ (outnumbered).
 35528 | D:7      | 35528 ||| Stepping ~*~*~tactically~*~*~ (outnumbered).
 35530 | D:7      | 35530 ||| Stepping ~*~*~tactically~*~*~ (outnumbered).
 35532 | D:7      | 35532 ||| Stepping ~*~*~tactically~*~*~ (outnumbered).
 35534 | D:7      | 35534 ||| Stepping ~*~*~tactically~*~*~ (outnumbered).
 35536 | D:7      | 35536 ||| Stepping ~*~*~tactically~*~*~ (outnumbered).
 35538 | D:7      | 35538 ||| Stepping ~*~*~tactically~*~*~ (outnumbered).
 35540 | D:7      | 35540 ||| Stepping ~*~*~tactically~*~*~ (outnumbered).
 35542 | D:7      | 35542 ||| Stepping ~*~*~tactically~*~*~ (outnumbered).
 35544 | D:7      | 35544 ||| Stepping ~*~*~tactically~*~*~ (outnumbered).
 35546 | D:7      | 35546 ||| Stepping ~*~*~tactically~*~*~ (outnumbered).
 35548 | D:7      | 35548 ||| Stepping ~*~*~tactically~*~*~ (outnumbered).
 35550 | D:7      | 35550 ||| Stepping ~*~*~tactically~*~*~ (outnumbered).
 35552 | D:7      | 35552 ||| Stepping ~*~*~tactically~*~*~ (outnumbered).
 35554 | D:7      | 35554 ||| Stepping ~*~*~tactically~*~*~ (outnumbered).
 35556 | D:7      | 35556 ||| Stepping ~*~*~tactically~*~*~ (outnumbered).
 35558 | D:7      | 35558 ||| Stepping ~*~*~tactically~*~*~ (outnumbered).
 35560 | D:7      | 35560 ||| Stepping ~*~*~tactically~*~*~ (outnumbered).
 35562 | D:7      | 35562 ||| Stepping ~*~*~tactically~*~*~ (outnumbered).
 35564 | D:7      | 35564 ||| Stepping ~*~*~tactically~*~*~ (outnumbered).
 35566 | D:7      | 35566 ||| Stepping ~*~*~tactically~*~*~ (outnumbered).
 35568 | D:7      | 35568 ||| Stepping ~*~*~tactically~*~*~ (outnumbered).
 35570 | D:7      | 35570 ||| Stepping ~*~*~tactically~*~*~ (outnumbered).
 35572 | D:7      | 35572 ||| Stepping ~*~*~tactically~*~*~ (outnumbered).
 35574 | D:7      | 35574 ||| Stepping ~*~*~tactically~*~*~ (outnumbered).
 35576 | D:7      | 35576 ||| Stepping ~*~*~tactically~*~*~ (outnumbered).
 35578 | D:7      | 35578 ||| Stepping ~*~*~tactically~*~*~ (outnumbered).
 35580 | D:7      | 35580 ||| Stepping ~*~*~tactically~*~*~ (outnumbered).
 35582 | D:7      | 35582 ||| Stepping ~*~*~tactically~*~*~ (outnumbered).
 35584 | D:7      | 35584 ||| Stepping ~*~*~tactically~*~*~ (outnumbered).
 35586 | D:7      | 35586 ||| Stepping ~*~*~tactically~*~*~ (outnumbered).
 35588 | D:7      | 35588 ||| Stepping ~*~*~tactically~*~*~ (outnumbered).
 35590 | D:7      | 35590 ||| Stepping ~*~*~tactically~*~*~ (outnumbered).
 35592 | D:7      | 35592 ||| Stepping ~*~*~tactically~*~*~ (outnumbered).
 35594 | D:7      | 35594 ||| Stepping ~*~*~tactically~*~*~ (outnumbered).
 35596 | D:7      | 35596 ||| Stepping ~*~*~tactically~*~*~ (outnumbered).
 35598 | D:7      | 35598 ||| Stepping ~*~*~tactically~*~*~ (outnumbered).
 35600 | D:7      | 35600 ||| Stepping ~*~*~tactically~*~*~ (outnumbered).
 35602 | D:7      | 35602 ||| Stepping ~*~*~tactically~*~*~ (outnumbered).
 35604 | D:7      | 35604 ||| Stepping ~*~*~tactically~*~*~ (outnumbered).
 35606 | D:7      | 35606 ||| Stepping ~*~*~tactically~*~*~ (outnumbered).
 35608 | D:7      | 35608 ||| Stepping ~*~*~tactically~*~*~ (outnumbered).
 35610 | D:7      | 35610 ||| Stepping ~*~*~tactically~*~*~ (outnumbered).
 35612 | D:7      | 35612 ||| Stepping ~*~*~tactically~*~*~ (outnumbered).
 35614 | D:7      | 35614 ||| Stepping ~*~*~tactically~*~*~ (outnumbered).
 35616 | D:7      | 35616 ||| Stepping ~*~*~tactically~*~*~ (outnumbered).
 35618 | D:7      | 35618 ||| Stepping ~*~*~tactically~*~*~ (outnumbered).
 35620 | D:7      | 35620 ||| Stepping ~*~*~tactically~*~*~ (outnumbered).
 35622 | D:7      | 35622 ||| Stepping ~*~*~tactically~*~*~ (outnumbered).
 35624 | D:7      | 35624 ||| Stepping ~*~*~tactically~*~*~ (outnumbered).
 35626 | D:7      | 35626 ||| Stepping ~*~*~tactically~*~*~ (outnumbered).
 35628 | D:7      | 35628 ||| Stepping ~*~*~tactically~*~*~ (outnumbered).
 35630 | D:7      | 35630 ||| Stepping ~*~*~tactically~*~*~ (outnumbered).
 35632 | D:7      | 35632 ||| Stepping ~*~*~tactically~*~*~ (outnumbered).
 35634 | D:7      | 35634 ||| Stepping ~*~*~tactically~*~*~ (outnumbered).
 35636 | D:7      | 35636 ||| Stepping ~*~*~tactically~*~*~ (outnumbered).
 35638 | D:7      | 35638 ||| Stepping ~*~*~tactically~*~*~ (outnumbered).
 35640 | D:7      | 35640 ||| Stepping ~*~*~tactically~*~*~ (outnumbered).
 35642 | D:7      | 35642 ||| Stepping ~*~*~tactically~*~*~ (outnumbered).
 35644 | D:7      | 35644 ||| Stepping ~*~*~tactically~*~*~ (outnumbered).
 35645 | D:7      | Glimpsed the power of Zot.
 35646 | D:7      | 35646 ||| Stepping ~*~*~tactically~*~*~ (outnumbered).
 35648 | D:7      | 35648 ||| Stepping ~*~*~tactically~*~*~ (outnumbered).
 35650 | D:7      | 35650 ||| Stepping ~*~*~tactically~*~*~ (outnumbered).
 35652 | D:7      | 35652 ||| Stepping ~*~*~tactically~*~*~ (outnumbered).
 35654 | D:7      | 35654 ||| Stepping ~*~*~tactically~*~*~ (outnumbered).
 35656 | D:7      | 35656 ||| Stepping ~*~*~tactically~*~*~ (outnumbered).
 35658 | D:7      | 35658 ||| Stepping ~*~*~tactically~*~*~ (outnumbered).
 35660 | D:7      | 35660 ||| Stepping ~*~*~tactically~*~*~ (outnumbered).
 35662 | D:7      | 35662 ||| Stepping ~*~*~tactically~*~*~ (outnumbered).
 35664 | D:7      | 35664 ||| Stepping ~*~*~tactically~*~*~ (outnumbered).
 35666 | D:7      | 35666 ||| Stepping ~*~*~tactically~*~*~ (outnumbered).
 35668 | D:7      | 35668 ||| Stepping ~*~*~tactically~*~*~ (outnumbered).
 35670 | D:7      | 35670 ||| Stepping ~*~*~tactically~*~*~ (outnumbered).
 35672 | D:7      | 35672 ||| Stepping ~*~*~tactically~*~*~ (outnumbered).
 35674 | D:7      | 35674 ||| Stepping ~*~*~tactically~*~*~ (outnumbered).
 35676 | D:7      | 35676 ||| Stepping ~*~*~tactically~*~*~ (outnumbered).
 35678 | D:7      | 35678 ||| Stepping ~*~*~tactically~*~*~ (outnumbered).
 35680 | D:7      | 35680 ||| Stepping ~*~*~tactically~*~*~ (outnumbered).
 35682 | D:7      | 35682 ||| Stepping ~*~*~tactically~*~*~ (outnumbered).
 35684 | D:7      | 35684 ||| Stepping ~*~*~tactically~*~*~ (outnumbered).
 35686 | D:7      | 35686 ||| Stepping ~*~*~tactically~*~*~ (outnumbered).
 35688 | D:7      | 35688 ||| Stepping ~*~*~tactically~*~*~ (outnumbered).
 35690 | D:7      | 35690 ||| Stepping ~*~*~tactically~*~*~ (outnumbered).
 35692 | D:7      | 35692 ||| Stepping ~*~*~tactically~*~*~ (outnumbered).
 35694 | D:7      | 35694 ||| Stepping ~*~*~tactically~*~*~ (outnumbered).
 35696 | D:7      | 35696 ||| Stepping ~*~*~tactically~*~*~ (outnumbered).
 35698 | D:7      | 35698 ||| Stepping ~*~*~tactically~*~*~ (outnumbered).
 35700 | D:7      | 35700 ||| Stepping ~*~*~tactically~*~*~ (outnumbered).
 35702 | D:7      | 35702 ||| Stepping ~*~*~tactically~*~*~ (outnumbered).
 35704 | D:7      | 35704 ||| Stepping ~*~*~tactically~*~*~ (outnumbered).
 35706 | D:7      | 35706 ||| Stepping ~*~*~tactically~*~*~ (outnumbered).
 35708 | D:7      | 35708 ||| Stepping ~*~*~tactically~*~*~ (outnumbered).
 35710 | D:7      | 35710 ||| Stepping ~*~*~tactically~*~*~ (outnumbered).
 35712 | D:7      | 35712 ||| Stepping ~*~*~tactically~*~*~ (outnumbered).
 35714 | D:7      | 35714 ||| Stepping ~*~*~tactically~*~*~ (outnumbered).
 35716 | D:7      | 35716 ||| Stepping ~*~*~tactically~*~*~ (outnumbered).
 35718 | D:7      | 35718 ||| Stepping ~*~*~tactically~*~*~ (outnumbered).
 35720 | D:7      | 35720 ||| Stepping ~*~*~tactically~*~*~ (outnumbered).
 35722 | D:7      | 35722 ||| Stepping ~*~*~tactically~*~*~ (outnumbered).
 35724 | D:7      | 35724 ||| Stepping ~*~*~tactically~*~*~ (outnumbered).
 35726 | D:7      | 35726 ||| Stepping ~*~*~tactically~*~*~ (outnumbered).
 35728 | D:7      | 35728 ||| Stepping ~*~*~tactically~*~*~ (outnumbered).
 35730 | D:7      | 35730 ||| Stepping ~*~*~tactically~*~*~ (outnumbered).
 35732 | D:7      | 35732 ||| Stepping ~*~*~tactically~*~*~ (outnumbered).
 35734 | D:7      | 35734 ||| Stepping ~*~*~tactically~*~*~ (outnumbered).
 35736 | D:7      | 35736 ||| Stepping ~*~*~tactically~*~*~ (outnumbered).
 35738 | D:7      | 35738 ||| Stepping ~*~*~tactically~*~*~ (outnumbered).
 35740 | D:7      | 35740 ||| Stepping ~*~*~tactically~*~*~ (outnumbered).
 35742 | D:7      | 35742 ||| Stepping ~*~*~tactically~*~*~ (outnumbered).
 35744 | D:7      | 35744 ||| Stepping ~*~*~tactically~*~*~ (outnumbered).
 35744 | D:7      | Tarried too long and was consumed by Zot

Levels and vault maps discovered:
D:1:      onia_arrival_pentagram, layout_basic,
          chequers_ecumenical_altar_island, minmay_bisected
D:2:      layout_loops_corners, item_on_display_b, uniq_robin, uniq_jessica,
          uniq_sigmund
D:3:      layout_basic, mainiacjoe_overflow_catwalk,
          nicolae_tso_besieged_by_evil, hangedman_ru_absence,
          mainiacjoe_overflow_cross_hatched
D:4:      layout_gridville, yredelemnul_forgotten_temple_becter,
          minmay_temple_entry_poolview, nicolae_shop_fire_sale
          [nicolae_sub_dead_trees], uniq_grinder
D:5:      layout_cave_pools, mainiacjoe_overflow_small_starburst,
          dancing_weapons_uskayaw, grunt_ministairs_5
D:6:      layout_cave_pods, mainiacjoe_overflow_alcove_1,
          mainiacjoe_overflow_alcove_2, tgw_xom, nicolae_evil_shop
D:7:      layout_rooms, nicolae_dithmenos_shadow_blocks,
          mainiacjoe_overflow_paths, general_overflow_altar,
          kennysheep_okawaru_gauntlet, uniq_menkaure, uniq_duvessa

Skill      XL: |  1  2  3  4  5  6  7  8  9 |
---------------+----------------------------+-----
Unarmed Combat | 4 6 8 9 11 12 | 12.8
Fighting       | 3 4 5 |  5.0
Dodging        | 1 |  1.1
Spellcasting   | |  1.0
Fire Magic     | |  2.1

Action                   |  1- 3 |  4- 6 |  7- 9 || total
-------------------------+-------+-------+-------++-------
Melee: Unarmed           |    89 |   109 |   186 ||   384
       Punch             |       |     2 |     7 ||     9
Invok: Fiery Armour      |     1 |     2 |     4 ||     7
  Use: Scroll            |     7 |     7 |     7 ||    21
       Potion            |     3 |     1 |     2 ||     6
 Stab: Distracted        |       |       |     1 ||     1
Armor: Robe              |    29 |    31 |    43 ||   103
Dodge: Dodged            |    27 |    20 |    44 ||    91

Table legend:
 A = Non-vault XP
 B = Vault XP
 C = Vault XP percentage of total XP
 D = Non-vault monster count
 E = Vault monster count
 F = Vault count percentage of total count
                 A         B        C        D         E       F
            +---------+---------+-------+---------+---------+-------
      Total |    2790 |    1896 |  40.5 |     116 |      42 |  26.6
            +---------+---------+-------+---------+---------+-------
        D:1 |      33 |       6 |  15.4 |      19 |       3 |  13.6
        D:2 |      74 |     303 |  80.4 |      18 |      15 |  45.5
        D:3 |      22 |      20 |  47.6 |      11 |      11 |  50.0
        D:4 |     135 |     282 |  67.6 |      10 |       2 |  16.7
        D:5 |     774 |      41 |   5.0 |      15 |       2 |  11.8
        D:6 |     580 |     857 |  59.6 |       9 |       6 |  40.0
        D:7 |    1172 |     387 |  24.8 |      34 |       3 |   8.1
            +---------+---------+-------+---------+---------+-------
